 Dungeon Crawl Stone Soup version 0.26.1-11-gd32895ea62 (webtiles) character file.

Game seed: 7803662209398052555

1538999 DildoBatman the Petrodigitator (level 27, -7/249 HPs)
             Began as a Formicid Conjurer on May 26, 2021.
             Was an Initiate of Gozag.
             Killed from afar by a white draconian stormcaller (27 damage)
             ... on level 24 of a ziggurat on June 17, 2021.
             The game lasted 15:25:39 (204216 turns).

DildoBatman the Petrodigitator (FoCj)             Turns: 204216, Time: 15:25:39

Health: -7/249     AC: 50    Str: 18    XL:     27
Magic:  6/54       EV: 45    Int: 40    God:    Gozag
Gold:   417583     SH: 36    Dex: 40    Spells: 2/80 levels left

rFire    + + +     SeeInvis +   a - +3 Elemental Staff {rElec rF++ rC++ Will++ AC+5}
rCold    + + .     Faith    .   f - +8 tower shield {reflect}
rNeg     + . .     Spirit   .   p - +9 pearl dragon scales of Acvefapi {*Drain rN+ Regen+ Str+4 Dex+2}
rPois    .         Reflect  +   (helmet unavailable)
rElec    +         Harm     .   R - +1 cloak of Starlight {*Dazzle EV+4 Stlth--}
rCorr    +         Rampage  .   Q - +2 pair of gloves of Baldness {rElec Will- rCorr Dex+6}
Will     +++..     Clarity  +   j - +1 pair of boots "Wettaw" {*Contam rC- Regen+ Dex+8}
Stlth    ++++++....             m - amulet of Fanaticism {RegenMP Int+8}
HPRegen  1.31/turn              i - ring of Uxant {*Slow rF+ EV+4 Dex+5}
MPRegen  0.59/turn              o - ring "Bofair" {AC+4 Str+3 Dex+10 SInv Stlth-}

@: gold aura
A: permanent stasis, dig shafts and tunnels, four strong arms, antennae 3, claws
1, hooves 1, clarity, cold resistance 1, wild magic 1
}: 4/15 runes: decaying, silver, golden, gossamer
a: Dig, Shaft Self, Renounce Religion, Potion Petition, Call Merchant, Bribe
Branch


You were on level 24 of a ziggurat.
You worshipped Gozag.
Gozag was exalted by your worship.
You visited 10 branches of the dungeon, and saw 46 of its levels.
You visited the Abyss 1 time.
You visited 1 bazaar.
You visited 16 ziggurats (completing 15), and saw 429 of their levels.
You also visited: Ossuary, Gauntlet and Ice Cave.

You collected 760515 gold pieces.
You spent 28059 gold pieces at shops.
You paid 314873 gold pieces to Gozag.

Inventory:

Hand Weapons
 a - the +3 Elemental Staff (weapon) {rElec rF++ rC++ Will++ AC+5}
   (You found it on level 17 of a ziggurat)

   It affects your AC (+5).
   It greatly protects you from fire.
   It greatly protects you from cold.
   It insulates you from electricity.
   It affects your willpower, your defense against some magical effects.
 b - the +6 Majin-Bo {vamp, MP+6 Int+6}
   (You found it on level 15 of a ziggurat)

   It inflicts no extra harm, but heals its wielder when it wounds a living foe.
   It affects your intelligence (+6).
   It affects your magic capacity (+6).
 c - a +9 demon whip of electrocution
 d - the +7 Singing Sword {vorpal, sonic wave}
   (You took it off a deep elf elementalist on level 3 of the Elven Halls)

   It inflicts extra damage upon your enemies.
 e - the +9 staff of Wucad Mu {*channel}
   (You found it on level 27 of a ziggurat)
Missiles
 v - 5940 silver javelins (quivered)
 S - 102 throwing nets
Armour
 f - a +8 tower shield of reflection (worn)
 j - the +1 pair of boots "Wettaw" (worn) {*Contam rC- Regen+ Dex+8}
   (You found it on level 27 of a ziggurat)

   It affects your dexterity (+8).
   It makes you vulnerable to cold.
   It causes magical contamination when unequipped.
   It increases your rate of regeneration.
 p - the +9 pearl dragon scales of Acvefapi (worn) {*Drain rN+ Regen+ Str+4 Dex+2}
   (You bought it in a shop on level 1 of the Dungeon)

   It affects your strength (+4).
   It affects your dexterity (+2).
   It protects you from negative energy.
   It increases your rate of regeneration.
   It causes draining when unequipped.
 Q - the +2 pair of gloves of Baldness (worn) {rElec Will- rCorr Dex+6}
   (You found it on level 23 of a ziggurat)

   It affects your dexterity (+6).
   It insulates you from electricity.
   It affects your willpower, your defense against some magical effects.
   It provides partial protection from all sources of acid and corrosion.
 R - the +1 cloak of Starlight (worn) {*Dazzle EV+4 Stlth--}
   (You found it on level 25 of a ziggurat)

   It affects your evasion (+4).
   It makes you much less stealthy.
Jewellery
 i - the ring of Uxant (left hand) {*Slow rF+ EV+4 Dex+5}
   (You found it on level 24 of a ziggurat)

   [ring of evasion]

   It affects your evasion (+4).
   It affects your dexterity (+5).
   It protects you from fire.
   It may slow you when you take damage.
 m - the amulet of Fanaticism (around neck) {RegenMP Int+8}
   (You found it on level 15 of a ziggurat)

   [amulet of magic regeneration]

   It increases your magic regeneration.
   It affects your intelligence (+8).
 o - the ring "Bofair" (right hand) {AC+4 Str+3 Dex+10 SInv Stlth-}
   (You found it on level 5 of a ziggurat)

   [ring of protection]

   It affects your AC (+4).
   It affects your strength (+3).
   It affects your dexterity (+10).
   It lets you see invisible.
   It makes you less stealthy.
 r - the amulet of Hedonism {Reflect rF+ SH+5 SInv, unknown}
   (You found it on level 22 of a ziggurat)

   [amulet of reflection]

   It shields you and reflects attacks.
   It protects you from fire.
   It lets you see invisible.
   It affects your SH (+5).
 C - the amulet of Sin {RegenMP *Drain rElec Str-2 Int+7}
   (You found it on level 14 of a ziggurat)

   [amulet of magic regeneration]

   It increases your magic regeneration.
   It affects your strength (-2).
   It affects your intelligence (+7).
   It insulates you from electricity.
   It causes draining when unequipped.
 D - the ring "Ruja Uza" {EV+4 Str+2 Slay+3 SInv, unknown}
   (You found it on level 22 of a ziggurat)

   [ring of evasion]

   It affects your evasion (+4).
   It affects your strength (+2).
   It affects your accuracy and damage with ranged weapons and melee attacks
   (+3).
   It lets you see invisible.
 E - the amulet "Halaingoirph" {Acrobat Fragile rElec rPois rF+++, unknown}
   (You found it on level 23 of a ziggurat)

   [amulet of the acrobat]

   It helps you evade while moving and waiting.
   It renders you almost immune to fire.
   It insulates you from electricity.
   It protects you from poison.
   It will be destroyed if unequipped.
 F - the ring "Naaclie" {EV+4 Int+10}
   (You found it on level 19 of a ziggurat)

   [ring of evasion]

   It affects your evasion (+4).
   It affects your intelligence (+10).
 G - the amulet of the Country {rC+ rN+ Regen+ Int+3 Slay+2, unknown}
   (You found it on level 23 of a ziggurat)

   [amulet of regeneration]

   It affects your intelligence (+3).
   It affects your accuracy and damage with ranged weapons and melee attacks
   (+2).
   It protects you from cold.
   It protects you from negative energy.
   It increases your rate of regeneration.
Wands
 A - a wand of acid (122)
 L - a wand of disintegration (280)
 O - a wand of iceblast (172)
Scrolls
 n - 103 scrolls of holy word
 t - 17 scrolls of torment
 x - 392 scrolls of remove curse
 z - 41 scrolls of identify
 J - 127 scrolls of amnesia
 K - 12 scrolls of summoning
 P - 273 scrolls of fog
 U - 26 scrolls of immolation
Potions
 g - 75 potions of heal wounds
 h - 64 potions of magic
 q - 97 potions of curing
 s - 204 potions of mutation
 u - 31 potions of might
 w - 38 potions of ambrosia
 y - 67 potions of cancellation
 M - 32 potions of brilliance
 N - 11 potions of invisibility
 T - 7 potions of resistance
Miscellaneous
 k - a box of beasts
 l - a condenser vane
 B - a phial of floods
 H - a phantom mirror
 I - a lightning rod (4/4)
 Y - a tin of tremorstones (2/2)


   Skills:
 O Level 27 Fighting
 O Level 27 Short Blades
 O Level 27 Long Blades
 O Level 27 Axes
 O Level 27 Maces & Flails
 O Level 27 Polearms
 O Level 27 Staves
 O Level 27 Slings
 O Level 27 Bows
 O Level 27 Crossbows
 O Level 27 Throwing
 O Level 27 Armour
 O Level 27 Dodging
 O Level 27 Stealth
 O Level 27 Shields
 O Level 27 Unarmed Combat
 O Level 27 Spellcasting
 O Level 27 Conjurations
 O Level 27 Hexes
 O Level 27 Summonings
 O Level 27 Necromancy
 O Level 27 Translocations
 O Level 27 Transmutations
 O Level 27 Fire Magic
 O Level 27 Ice Magic
 O Level 27 Air Magic
 O Level 27 Earth Magic
 O Level 27 Poison Magic
 O Level 27 Invocations
 O Level 27 Evocations


You had 2 spell levels left.
You knew the following spells:

 Your Spells              Type           Power        Failure   Level
a - Borgnjor's Vile Clut  Necr/Erth      88%          1%          5
b - Shatter               Erth           88%          1%          9
c - Tornado               Air            88%          1%          9
d - Necromutation         Tmut/Necr      75%          1%          8
e - Chain Lightning       Conj/Air       88%          1%          8
f - Fire Storm            Conj/Fire      88%          1%          9
g - Ozocubu's Armour      Ice            100%         1%          3
h - Dispel Undead         Necr           100%         1%          4
i - Absolute Zero         Ice            88%          1%          9
j - Portal Projectile     Hex/Tloc       100%         1%          3
k - Death's Door          Necr           75%          1%          9
z - Sublimation of Blood  Necr           75%          1%          2

Your spell library contained the following spells:

 Spells                   Type           Power        Failure   Level
 Animate Skeleton         Necr           100%         1%          1
 Apportation              Tloc           100%         1%          1
 Beastly Appendage        Tmut           100%         1%          1
 Corona                   Hex            100%         1%          1
 Foxfire                  Conj/Fire      100%         1%          1
 Freeze                   Ice            100%         1%          1
 Magic Dart               Conj           100%         1%          1
 Pain                     Necr           100%         1%          1
 Sandblast                Erth           100%         1%          1
 Shock                    Conj/Air       100%         1%          1
 Sting                    Tmut/Pois      100%         1%          1
 Summon Small Mammal      Summ           100%         1%          1
 Call Imp                 Summ           100%         1%          2
 Corpse Rot               Necr/Air       N/A          1%          2
 Ensorcelled Hibernation  Hex/Ice        100%         1%          2
 Passwall                 Tmut/Erth      100%         1%          2
 Poisonous Vapours        Pois/Air       100%         1%          2
 Searing Ray              Conj           100%         1%          2
 Slow                     Hex            100%         1%          2
 Wereblood                Tmut           100%         1%          2
 Call Canine Familiar     Summ           100%         1%          3
 Confusing Touch          Hex            100%         1%          3
 Conjure Flame            Conj/Fire      100%         1%          3
 Dazzling Flash           Conj/Hex       100%         1%          3
 Frozen Ramparts          Ice            100%         1%          3
 Gell's Gravitas          Tloc           75%          1%          3
 Ignite Poison            Fire/Tmut/Pois 100%         1%          3
 Inner Flame              Hex/Fire       100%         1%          3
 Lesser Beckoning         Tloc           75%          1%          3
 Mephitic Cloud           Conj/Pois/Air  100%         1%          3
 Spider Form              Tmut/Pois      75%          1%          3
 Static Discharge         Conj/Air       100%         1%          3
 Stone Arrow              Conj/Erth      100%         1%          3
 Summon Guardian Golem    Hex/Summ       100%         1%          3
 Teleport Other           Tloc           100%         1%          3
 Tukima's Dance           Hex            100%         1%          3
 Vampiric Draining        Necr           75%          1%          3
 Airstrike                Air            88%          1%          4
 Animate Dead             Necr           75%          1%          4
 Cause Fear               Hex            75%          1%          4
 Fulminant Prism          Conj/Hex       75%          1%          4
 Hailstorm                Conj/Ice       100%         1%          4
 Ice Form                 Ice/Tmut       100%         1%          4
 Iskenderun's Mystic Bla  Conj/Tloc      100%         1%          4
 Leda's Liquefaction      Hex/Erth       88%          1%          4
 Olgreb's Toxic Radiance  Pois           100%         1%          4
 Passage of Golubria      Tloc           N/A          1%          4
 Petrify                  Tmut/Erth      100%         1%          4
 Sticky Flame             Conj/Fire      100%         1%          4
 Summon Ice Beast         Ice/Summ       100%         1%          4
 Summon Lightning Spire   Summ/Air       100%         1%          4
 Agony                    Necr           100%         1%          5
 Alistair's Intoxication  Tmut/Pois      100%         1%          5
 Blade Hands              Tmut           75%          1%          5
 Bolt of Magma            Conj/Fire/Erth 100%         1%          5
 Excruciating Wounds      Necr           75%          1%          5
 Fireball                 Conj/Fire      88%          1%          5
 Irradiate                Conj/Tmut      75%          1%          5
 Iskenderun's Battlesphe  Conj           100%         1%          5
 Lee's Rapid Deconstruct  Erth           88%          1%          5
 Lightning Bolt           Conj/Air       88%          1%          5
 Metabolic Englaciation   Hex/Ice        88%          1%          5
 Silence                  Hex/Air        88%          1%          5
 Summon Demon             Summ           75%          1%          5
 Summon Forest            Summ/Tloc      75%          1%          5
 Summon Mana Viper        Hex/Summ       100%         1%          5
 Yara's Violent Unravell  Hex/Tmut       75%          1%          5
 Conjure Ball Lightning   Conj/Air       88%          1%          6
 Death Channel            Necr           75%          1%          6
 Dispersal                Tloc           75%          1%          6
 Eringya's Noxious Bog    Tmut/Pois      75%          1%          6
 Freezing Cloud           Conj/Ice/Air   100%         1%          6
 Hydra Form               Tmut           75%          1%          6
 Invisibility             Hex            100%         1%          6
 Iron Shot                Conj/Erth      88%          1%          6
 Ozocubu's Refrigeration  Ice            88%          1%          6
 Shadow Creatures         Summ           N/A          1%          6
 Simulacrum               Ice/Necr       88%          1%          6
 Starburst                Conj/Fire      88%          1%          6
 Statue Form              Tmut/Erth      100%         1%          6
 Dragon Form              Tmut           75%          1%          7
 Haunt                    Necr/Summ      75%          1%          7
 Malign Gateway           Summ/Tloc      75%          1%          7
 Monstrous Menagerie      Summ           75%          1%          7
 Orb of Destruction       Conj           75%          1%          7
 Spellforged Servitor     Conj/Summ      75%          1%          7
 Summon Greater Demon     Summ           75%          1%          7
 Summon Hydra             Summ           75%          1%          7
 Borgnjor's Revivificati  Necr           75%          1%          8
 Discord                  Hex            75%          1%          8
 Disjunction              Tloc           75%          1%          8
 Ignition                 Fire           88%          1%          8
 Infestation              Necr           75%          1%          8
 Lehudib's Crystal Spear  Conj/Erth      88%          1%          8
 Summon Horrible Things   Summ           75%          1%          8
 Dragon's Call            Summ           75%          1%          9
 Blink                    Tloc           Unusable     N/A         2
 Swiftness                Air            Unusable     N/A         2

Dungeon Overview and Level Annotations

Branches:
Dungeon (15/15)            Temple (1/1) D:5            Lair (6/6) D:8
  Swamp (4/4) Lair:3       Spider (4/4) Lair:4        Slime (0/5) Lair:5
    Orc (2/2) D:11            Elf (3/3) Orc:2        Vaults (5/5) D:14
  Crypt (3/3) Vaults:3       Tomb (3/3) Crypt:3      Depths (0/5) D:15
Ossuary (visited)           IceCv (visited)         Gauntlet (visited)

Altars:
Ashenzari
Cheibriados
Dithmenos
Elyvilon
Fedhas
Gozag
Hepliaklqana
Kikubaaqudgha
Makhleb
Nemelex Xobeh
Okawaru
Qazlal
Ru
Sif Muna
Trog
Uskayaw
Vehumet
Wu Jian
Xom
Yredelemnul
Zin
The Shining One
Beogh
Jiyva

Shops:
D:1 =[([[[[==[==(=[=(([[[(=[[*=([[?([*?=*[*=   D:5 [[(*   D:9 :   Orc:1 (!
Orc:2 !*=*   Elf:2 ?}(   Vaults:2 *   Vaults:3 *![*


Innate Abilities, Weirdness & Mutations

You cannot be hasted, slowed, berserked, paralysed or teleported.
You can dig through walls and to a lower floor.
Your four strong arms can wield two-handed weapons with a shield.
You have a pair of large antennae on your head. (SInv)
You have sharp fingernails.
You have large cloven feet.
You possess an exceptional clarity of mind.
Your flesh is cold resistant. (rC+)
Your spells are a little harder to cast, but a little more powerful.


Message History

The purple draconian monk is almost dead.
You kill the white draconian annihilator!
You kill the purple draconian scorcher!
The black draconian shifter is no longer distracted by gold.
The black draconian shifter is moderately wounded.
The green draconian stormcaller is almost dead.
You feel yourself come back to life.
You feel a little less clever now.
You hear a roar! x10
A purple draconian comes into view. It is wielding a +0 hand axe.
The purple draconian monk becomes distracted by the nearby gold, dreaming of imaginary riches.
You block the black draconian's attack.
A red draconian monk comes into view.
A purple draconian shifter comes into view.
It is wielding a +0 short sword of protection.
A green draconian monk comes into view.
The white draconian stormcaller calls down the wrath of Qazlal upon you.
The blast of magma engulfs you!! You partially resist.
You die...
Your body crumbles into a pile of gold.

d$$q$d$qq$$$^.$.^.....▓
q$dd$$$$$$$$.$...$....▓▓
qq$§$$$.$$$.$$.........▓
$$qq$$$.$.$...$........▓
q$$$$$$.$$$$$..........▓
$$d$$$$.$q.$.$.........▓
$$$$$$$$$$$$..$$$......▓
$qq$.$$@$$.$$.$.$....∩..
q.qq$$$.$$$$)$$$$......▓
q$$$$$$$d$$$$$$........▓
d$$q$$$..$$..$.$.$.....▓
d$$q$$$$$$$$.$.........▓
qq.$$$$q$.$$$$q$.......▓
$qd$§$$q$qdq$q...$....▓▓
$qqqqq$$$$$$^...^.....▓


You could see 10 draconians, 5 draconians, 8 draconians, 2 draconians, 7
draconians, 3 draconians, 6 draconians and a green draconian scorcher.

Vanquished Creatures
  The ghost of Haitsiopt the Axe Maniac, a legendary DsGl of Makhleb (Zig:22)
  The ghost of Haitsiopt the Axe Maniac, a legendary DsGl of Makhleb (Zig:26)
  The ghost of Haitsiopt the Axe Maniac, a legendary DsGl of Makhleb (Zig:22)
  The ghost of Vuopse the Conqueror, a legendary GnIE of Ashenzari (Zig:26)
  The ghost of Vuopse the Conqueror, a legendary GnIE of Ashenzari (Zig:26)
  The ghost of SevenDeadlySins the Archmage, a legendary DrCj of Vehumet (Zig:22)
  The ghost of SevenDeadlySins the Archmage, a legendary DrCj of Vehumet (Zig:26)
  The ghost of SevenDeadlySins the Archmage, a legendary DrCj of Vehumet (Zig:14)
  The ghost of atomjack the Archmage, a legendary DsIE of Vehumet (Zig:1)
  The ghost of astronautguy the Formicid Barricade, a legendary FoEE of Makhleb (Zig:4)
  The ghost of astronautguy the Formicid Barricade, a legendary FoEE of Makhleb (Zig:26)
  The ghost of astronautguy the Formicid Barricade, a legendary FoEE of Makhleb (Zig:22)
  The ghost of scarywalker64 the Petrodigitator, a legendary GrEE of Vehumet (Zig:26)
  The ghost of scarywalker64 the Petrodigitator, a legendary GrEE of Vehumet (Zig:22)
  The ghost of scarywalker64 the Petrodigitator, a legendary GrEE of Vehumet (Zig:26)
  589 pandemonium lords
  The ghost of Nenig the Conqueror, a legendary GnFi of Okawaru (Zig:22)
  The ghost of Nenig the Conqueror, a legendary GnFi of Okawaru (Zig:26)
  The ghost of Boynear the Intangible, a legendary DECj of Vehumet (Zig:26)
  The ghost of Boynear the Intangible, a legendary DECj of Vehumet (Zig:26)
  The ghost of Xiwu the Conqueror, a legendary MiFi of the Shining One (Zig:26)
  The ghost of Xiwu the Conqueror, a legendary MiFi of the Shining One (Zig:26)
  The ghost of Huju the Spawn of Chaos, a legendary HOFi of Makhleb (Zig:4)
  The ghost of Huju the Spawn of Chaos, a legendary HOFi of Makhleb (Zig:26)
  The ghost of Huju the Spawn of Chaos, a legendary HOFi of Makhleb (Zig:26)
  The ghost of Xiwu the Conqueror, a legendary MiFi of the Shining One (Zig:26)
  The ghost of Oreexun the Archmage, a legendary DECj of Vehumet (Zig:26)
  The ghost of Oreexun the Archmage, a legendary DECj of Vehumet (Zig:26)
  The ghost of tigertrap the Metallomancer, a legendary DgWz (Zig:26)
  The ghost of Teaz Xo Upt the Hoplite, a legendary GnFE of Ashenzari (Zig:26)
  The ghost of Teaz Xo Upt the Hoplite, a legendary GnFE of Ashenzari (Zig:26)
  The ghost of Teaz Xo Upt the Hoplite, a legendary GnFE of Ashenzari (Zig:26)
  The ghost of Xuqyot the Conqueror, a legendary DsFi of Jiyva (Zig:26)
  The ghost of Xuqyot the Conqueror, a legendary DsFi of Jiyva (Zig:26)
  The ghost of Xuqyot the Conqueror, a legendary DsFi of Jiyva (Zig:26)
  The ghost of Fenir the Acrobat, a legendary GnAE of Ashenzari (Zig:26)
  The ghost of swap the Archmage, a legendary DEFE of Vehumet (Zig:26)
  The ghost of swap the Archmage, a legendary DEFE of Vehumet (Zig:22)
  The ghost of Manman the Conqueror, a legendary HOGl of Makhleb (Zig:26)
  The ghost of Kucykkydd the Axe Maniac, a legendary MiFi of Gozag (Zig:22)
  The ghost of BerryKnight the Divine Blade, a legendary DgFi (Zig:26)
  The ghost of BerryKnight the Divine Blade, a legendary DgFi (Zig:26)
  The ghost of BerryKnight the Divine Blade, a legendary DgFi (Zig:26)
  The ghost of Rueful the Heavyweight Champion, a legendary TrWr of Qazlal (Zig:26)
  The ghost of Rueful the Heavyweight Champion, a legendary TrWr of Qazlal (Zig:26)
  The ghost of Boduf the Metallomancer, a legendary FoHu of Cheibriados (Zig:26)
  The ghost of scarywalker64 the Sorcerer, a veteran BaSu of Sif Muna (Zig:14)
  The ghost of scarywalker64 the Sorcerer, a veteran BaSu of Sif Muna (Zig:26)
  The ghost of Dittersdorf the Conqueror, a legendary MiBe of Trog (Zig:26)
  The ghost of melllvar the Conqueror, a legendary MiBe of the Shining One (Zig:22)
  The ghost of Dittersdorf the Conqueror, a legendary MiBe of Trog (Zig:26)
  The ghost of sleeves the Acolyte, a legendary HuSk of the Shining One (Zig:26)
  The ghost of GlasyaLabolas the Conqueror, a legendary MiFi of Dithmenos (Zig:14)
  The ghost of sleeves the Acolyte, a legendary HuSk of the Shining One (Zig:26)
  The ghost of Hacvoq the Conqueror, a legendary HOFi of Zin (Zig:26)
  The ghost of sleeves the Acolyte, a legendary HuSk of the Shining One (Zig:26)
  The ghost of melllvar the Conqueror, a legendary MiBe of the Shining One (Zig:26)
  The ghost of deprived the Acolyte, a legendary HOFi of the Shining One (Zig:26)
  The ghost of Hacvoq the Conqueror, a legendary HOFi of Zin (Zig:26)
  The ghost of sleeves the Acolyte, a legendary HuSk of the Shining One (Zig:26)
  The ghost of sleeves the Acolyte, a legendary HuSk of the Shining One (Zig:26)
  The ghost of corvin the Slayer, a legendary OgWn of Dithmenos (Zig:26)
  The ghost of corvin the Slayer, a legendary OgWn of Dithmenos (Zig:26)
  The ghost of Xorhowon the Invulnerable, a legendary MiBe of Trog (Zig:26)
  The ghost of Fouwomub the Sorcerer, a legendary FoEE of Vehumet (Zig:26)
  The ghost of Sext the Conqueror, a legendary MiFi of the Shining One (Zig:26)
  The ghost of Xatwola the Axe Maniac, a legendary DDFi of Makhleb (Zig:26)
  The ghost of Xatwola the Axe Maniac, a legendary DDFi of Makhleb (Zig:26)
  The ghost of Xatwola the Axe Maniac, a legendary DDFi of Makhleb (Zig:26)
  The ghost of Fusentrap the Slayer, a legendary MiBe of Makhleb (Zig:26)
  The ghost of Veodywke the Conqueror, a legendary MiBe of the Shining One (Zig:26)
  144 orbs of fire
  The ghost of Hewasun the Conqueror, a legendary MiBe of the Shining One (Zig:4)
  The ghost of agentgt the Executioner, a legendary MiCK of Xom (Zig:4)
  The ghost of strangelove the Metallomancer, a master GrEE of Vehumet (Zig:26)
  The ghost of strangelove the Metallomancer, a master GrEE of Vehumet (Zig:26)
  Mara (Tomb:1)
  The ghost of thechecker02 the Slayer, a master DDFi of Makhleb (Zig:26)
  The ghost of thechecker02 the Slayer, a master DDFi of Makhleb (Zig:26)
  The ghost of Jeklifit the Conqueror, a legendary FoFi of the Shining One (Zig:26)
  The ghost of Giojuova the Slayer, a legendary GnBe of Trog (Zig:14)
  The ghost of Giojuova the Slayer, a legendary GnBe of Trog (Zig:26)
  The ghost of Totuz the Messenger, a legendary HOFi of Beogh (Zig:26)
  The ghost of Totuz the Messenger, a legendary HOFi of Beogh (Zig:26)
  The ghost of Qeilemp the Conqueror, a legendary HOFi of Beogh (Zig:22)
  The ghost of Qeilemp the Conqueror, a legendary HOFi of Beogh (Zig:26)
  The ghost of Becvyf the Sluggish Gnoll, a legendary GnFi of Cheibriados (Zig:26)
  The ghost of Zenecom the Conqueror, a legendary MiFi of Makhleb (Zig:22)
  The ghost of Zenecom the Conqueror, a legendary MiFi of Makhleb (Zig:26)
  The ghost of Fugi the Sniper, a legendary FoFi of Ashenzari (Zig:26)
  The ghost of grandjackal the Rhythm of Life and Death, a legendary DsGl of Uskayaw (Zig:26)
  The ghost of runemage the Impregnable, a legendary GnFi of Gozag (Zig:26)
  The ghost of Denobboc the Imperceptible, a legendary OpMo of Jiyva (Zig:26)
  The ghost of MrChinwatt the Slayer, a legendary DsWn of Qazlal (Zig:4)
  The ghost of MrChinwatt the Slayer, a legendary DsWn of Qazlal (Zig:22)
  The ghost of Ecsetopt the Hawkeye, a legendary BaWn of Cheibriados (Zig:26)
  The ghost of Ecsetopt the Hawkeye, a legendary BaWn of Cheibriados (Zig:26)
  The ghost of Kalug the Executioner, a legendary DrFi of Cheibriados (Zig:22)
  The ghost of Fueng the Anchorite, a legendary HOFi of Zin (Zig:26)
  The ghost of Fueng the Anchorite, a legendary HOFi of Zin (Zig:26)
  The ghost of Zoplarin the Conqueror, a legendary BaSk of Cheibriados (Zig:26)
  The ghost of Zoplarin the Conqueror, a legendary BaSk of Cheibriados (Zig:22)
  The ghost of frimble the Slayer, a legendary DsFi of Okawaru (Zig:4)
  The ghost of frimble the Slayer, a legendary DsFi of Okawaru (Zig:26)
  1448 ancient liches
  The ghost of Xaowkis the Impregnable, a legendary GnWr of Cheibriados (Zig:26)
  The ghost of Xaowkis the Impregnable, a legendary GnWr of Cheibriados (Zig:26)
  293 juggernauts
  The ghost of Zachydoop the Conqueror, a veteran MiMo of Ru (Zig:4)
  The ghost of Zachydoop the Conqueror, a veteran MiMo of Ru (Zig:26)
  The ghost of Zachydoop the Conqueror, a veteran MiMo of Ru (Zig:14)
  The ghost of Wammos the Grand Master, a legendary TeCj of Cheibriados (Zig:26)
  The ghost of Wammos the Grand Master, a legendary TeCj of Cheibriados (Zig:26)
  The ghost of Wammos the Grand Master, a legendary TeCj of Cheibriados (Zig:26)
  The ghost of Wammos the Grand Master, a legendary TeCj of Cheibriados (Zig:4)
  The ghost of Wammos the Grand Master, a legendary TeCj of Cheibriados (Zig:26)
  The ghost of Qupubruts the Slayer, a master HOFi of Okawaru (Zig:26)
  The ghost of Qupubruts the Slayer, a master HOFi of Okawaru (Zig:26)
  The ghost of Qupubruts the Slayer, a master HOFi of Okawaru (Zig:26)
  The ghost of Talannal the Sharpshooter, a legendary GnWz of Cheibriados (Zig:26)
  The ghost of Talannal the Sharpshooter, a legendary GnWz of Cheibriados (Zig:26)
  The ghost of Talannal the Sharpshooter, a legendary GnWz of Cheibriados (Zig:26)
  The ghost of Alysiarr the Cutthroat, a legendary KoHu of Okawaru (Zig:26)
  The ghost of TuffENuff the Formicid Mishap, a legendary FoFi of Qazlal (Zig:4)
  The ghost of TuffENuff the Formicid Mishap, a legendary FoFi of Qazlal (Zig:26)
  The ghost of TuffENuff the Formicid Mishap, a legendary FoFi of Qazlal (Zig:26)
  The ghost of TuffENuff the Formicid Mishap, a legendary FoFi of Qazlal (Zig:26)
  The ghost of TuffENuff the Formicid Mishap, a legendary FoFi of Qazlal (Zig:26)
  The ghost of blexxed the Conqueror, a legendary DsFi of Makhleb (Zig:26)
  The ghost of blexxed the Conqueror, a legendary DsFi of Makhleb (Zig:26)
  The ghost of stevelinton the Ninja, a legendary KoBe of Trog (Zig:26)
  The ghost of xzight the Conqueror, a legendary MiBe of Trog (Zig:26)
  The ghost of Rirumasy the Octopoid Blade, a legendary OpWn of Gozag (Zig:26)
  The ghost of Rirumasy the Octopoid Blade, a legendary OpWn of Gozag (Zig:26)
  The ghost of Walil the Intangible, a veteran MiMo of Dithmenos (Zig:26)
  The ghost of Walil the Intangible, a veteran MiMo of Dithmenos (Zig:26)
  The ghost of Walil the Intangible, a veteran MiMo of Dithmenos (Zig:26)
  750 royal mummies
  The ghost of thechecker02 the Impregnable, a legendary DDFi of Makhleb (Zig:26)
  The ghost of heteroy the Invulnerable, a legendary DsHu of Uskayaw (Zig:22)
  The ghost of Viugiw the Slayer, a legendary TeBe of the Shining One (Zig:26)
  The ghost of Viugiw the Slayer, a legendary TeBe of the Shining One (Zig:26)
  The ghost of BoringLoser the Acrobat, a veteran TeAE of Ru (Zig:22)
  The ghost of BoringLoser the Acrobat, a veteran TeAE of Ru (Zig:26)
  The ghost of BoringLoser the Acrobat, a veteran TeAE of Ru (Zig:14)
  Frederick (Vaults:4)
  The ghost of Evehuixoju the Rhythm of Life and Death, a legendary VSFi of Uskayaw (Zig:26)
  The ghost of Dameikh the Hoplite, a veteran FoFi of Nemelex Xobeh (Zig:26)
  The ghost of Godueg the Slayer, a veteran HOFi of the Shining One (Zig:26)
  The ghost of Piginabag the Questioner, a veteran GnMo of Ru (Zig:26)
  270 shard shrikes
  The ghost of yaoilover the Conqueror, a veteran MiBe of Trog (Zig:26)
  The ghost of yaoilover the Conqueror, a veteran MiBe of Trog (Zig:26)
  The ghost of lmSkywalker the Warrior, an adept DrTm of Okawaru (Zig:1)
  The ghost of lmSkywalker the Warrior, an adept DrTm of Okawaru (Zig:26)
  The ghost of lmSkywalker the Warrior, an adept DrTm of Okawaru (Zig:26)
  The ghost of frimble the Slayer, a legendary GrFi of Okawaru (Zig:26)
  The ghost of frimble the Slayer, a legendary GrFi of Okawaru (Zig:26)
  The ghost of Qatinlae the Archmage, a veteran DEFE of Sif Muna (Zig:22)
  The ghost of WeeknightWizard the Sorcerer, a veteran DEFE of Vehumet (Zig:14)
  The ghost of WeeknightWizard the Sorcerer, a veteran DEFE of Vehumet (Zig:26)
  The ghost of Ycuhohed the Acrobat, a veteran TeBe of Trog (Zig:26)
  The ghost of Ycuhohed the Acrobat, a veteran TeBe of Trog (Zig:14)
  The ghost of meatyocre the Brawler, a veteran TrFi of Uskayaw (Zig:22)
  The ghost of meatyocre the Brawler, a veteran TrFi of Uskayaw (Zig:26)
  The ghost of meatyocre the Brawler, a veteran TrFi of Uskayaw (Zig:26)
  The ghost of Heartburn the Minotaur Barricade, a veteran MiFi of Okawaru (Zig:26)
  The ghost of Heartburn the Minotaur Barricade, a veteran MiFi of Okawaru (Zig:26)
  2 caustic shrikes (shapeshifter)
  The ghost of EricTams the Hoplite, a veteran MiBe of Trog (Zig:26)
  221 Killer Klowns
  27 curse toes
  The ghost of Janeylunn the Struggler, a veteran GnWn of Okawaru (Zig:26)
  The ghost of Janeylunn the Struggler, a veteran GnWn of Okawaru (Zig:26)
  The ghost of Anafel the Impregnable, a legendary GrFi of the Shining One (Zig:26)
  The ghost of Anafel the Impregnable, a legendary GrFi of the Shining One (Zig:26)
  348 caustic shrikes
  The ghost of Gemnonof the Warrior, an adept DgCj (Zig:26)
  A golden dragon (shapeshifter) (Zig:20)
  Jory (Vaults:3)
  The ghost of Uhosoup the Slayer, a veteran GrFi of Okawaru (Zig:26)
  The ghost of Uhosoup the Slayer, a veteran GrFi of Okawaru (Zig:26)
  The ghost of Uhosoup the Slayer, a veteran GrFi of Okawaru (Zig:26)
  1046 golden dragons
  285 profane servitors
  Arachne (Spider:2)
  The ghost of Ebassic the Hoplite, a veteran GrFi of the Shining One (Zig:26)
  The ghost of Ebassic the Hoplite, a veteran GrFi of the Shining One (Zig:26)
  The ghost of Pikuto the Slayer, an adept MiBe of Trog (Zig:26)
  The ghost of Pikuto the Slayer, an adept MiBe of Trog (Zig:14)
  The ghost of Pikuto the Slayer, an adept MiBe of Trog (Zig:26)
  178 pearl dragons
  35 doom hounds
  446 bone dragons
  160 iron giants
  223 Brimstone Fiends
  16 electric golems
  An iron giant (shapeshifter) (Zig:12)
  The ghost of Xutext the Spry, an adept DsAK of Lugonu (Zig:26)
  The ghost of Xutext the Spry, an adept DsAK of Lugonu (Zig:14)
  The ghost of Xutext the Spry, an adept DsAK of Lugonu (Zig:22)
  318 hellephants
  336 liches
  187 Tzitzimimeh
  234 Hell Sentinels
  Jorgrun (Spider:2)
  303 tentacled monstrosities
  524 Ice Fiends
  8 quicksilver dragons (shapeshifter)
  395 quicksilver dragons
  309 deep elf master archers
  An acid blob (shapeshifter) (Zig:13)
  208 deep elf blademasters
  1054 titans
  114 tentacled starspawn
  1839 acid blobs
  7 sphinxes (shapeshifter)
  195 Executioners
  513 ancient champions
  9 thorn hunters
  The ghost of frimble the Struggler, an adept DsGl of Okawaru (Zig:26)
  The ghost of frimble the Struggler, an adept DsGl of Okawaru (Zig:26)
  322 sphinxes
  4 eldritch tentacles
  The ghost of Himmaryad the Brawler, an adept TrMo of Nemelex Xobeh (Zig:14)
  The ghost of Ubraesch the Brawler, an adept TrMo of Nemelex Xobeh (Zig:26)
  The ghost of Polaczum the Brawler, an adept TrMo of Nemelex Xobeh (Zig:14)
  The ghost of Polaczum the Brawler, an adept TrMo of Nemelex Xobeh (Zig:14)
  The ghost of Amikeex the Brawler, an adept TrMo of Nemelex Xobeh (Zig:26)
  The ghost of Barug the Brawler, an adept TrMo of Nemelex Xobeh (Zig:26)
  The ghost of Barug the Brawler, an adept TrMo of Nemelex Xobeh (Zig:26)
  The ghost of Barug the Brawler, an adept TrMo of Nemelex Xobeh (Zig:22)
  Kirke (Spider:4)
  117 storm dragons
  19 shadow dragons (shapeshifter)
  78 tengu reavers
  9 fenstrider witches (shapeshifter)
  161 shadow dragons
  718 azure jellies
  480 draconian monks
  Donald (Spider:4)
  195 warmongers
  6 fenstrider witches
  9 azure jellies (shapeshifter)
  560 revenants
  573 draconian knights
  119 daevas
  13 fire giants (shapeshifter)
  A ghost moth (shapeshifter) (Zig:15)
  Aizul (Crypt:1)
  267 fire giants
  1424 nagarajas
  130 iron dragons
  2 iron dragons (shapeshifter) (Zig:21)
  942 ghost moths
  15 frost giants (shapeshifter)
  507 draconian scorchers
  6 emperor scorpions (shapeshifter)
  182 frost giants
  74 deep elf sorcerers
  458 curse skulls
  454 orc warlords
  176 vault wardens
  86 juggernaut zombies
  177 cacodemons
  166 ironheart preservers
  605 emperor scorpions
  259 blood saints
  364 balrugs
  145 war gargoyles
  95 caustic shrike zombies
  60 ghouls
  91 caustic shrike skeletons
  17 deep elf elementalists
  71 angels
  493 stone giants
  474 draconian shifters
  484 reapers
  175 very ugly things
  501 draconian stormcallers
  73 juggernaut skeletons
  55 ophanim
  258 vampire knights
  328 bennus
  14 stone giants (shapeshifter)
  538 draconian annihilators
  194 green draconians
  198 black draconians
  73 apis
  16 dire elephants (shapeshifter)
  11 entropy weavers (shapeshifter)
  169 deep elf demonologists
  2 bunyips (shapeshifter)
  443 corrupters
  183 yellow draconians
  136 lorocyprocas
  75 spark wasps
  180 red draconians
  3 spark wasps (shapeshifter)
  225 black suns
  182 dire elephants
  7 minotaurs (shapeshifter)
  185 purple draconians
  197 white draconians
  A minotaur (Gauntlet)
  53 bunyips
  224 deep elf annihilators
  617 blizzard demons
  699 entropy weavers
  107 ettins
  24 eleionomae (shapeshifter)
  373 merfolk javelineers
  202 fire dragons
  59 merfolk impalers
  86 death oozes
  628 mummy priests
  64 eleionomae
  18 crystal guardians
  39 quicksilver dragon zombies
  3 fire dragons (shapeshifter)
  8 ettins (shapeshifter)
  158 shambling mangroves
  322 eidola
  263 green deaths
  Josephine (Lair:6)
  174 deep elf death magi
  208 great orbs of eyes
  48 jiangshi
  136 ogre magi
  5 great orbs of eyes (shapeshifter)
  A fenstrider witch zombie (Crypt:1)
  25 rakshasas
  18 monstrous demonspawn
  206 deep elf high priests
  7 hydras (shapeshifter)
  285 catoblepae
  113 hell beasts
  216 yaktaur captains
  103 boulder beetles
  6 boulder beetles (shapeshifter)
  245 naga warriors
  474 hydras
  3 ice dragons (shapeshifter)
  36 quicksilver dragon skeletons
  35 vault guards
  12 merfolk avatars
  4 catoblepae (shapeshifter)
  3 juggernaut simulacra
  64 ghost crabs
  7 caustic shrike simulacra
  59 spriggan air magi
  189 anacondas
  257 ice dragons
  A fenstrider witch skeleton (Crypt:3)
  6 queen ants (shapeshifter)
  49 death knights
  19 anacondas (shapeshifter)
  28 two-headed ogres (shapeshifter)
  117 satyrs
  8 alligators (shapeshifter)
  119 centaur warriors
  347 merfolk aquamancers
  61 alligator snapping turtles
  5 alligator snapping turtles (shapeshifter)
  62 alligators
  376 death scarabs
  A deep troll shaman (Vaults:4)
  2 deep troll earth magi (Vaults:3)
  41 two-headed ogres
  4 death yaks (shapeshifter)
  456 orc high priests
  7 satyrs (shapeshifter)
  358 vampire magi
  The ghost of RawMediocrity the Martial Artist, a novice GnTm of Cheibriados (D:9)
  Urug (D:13)
  23 death yaks
  A tengu warrior (D:9)
  36 hell hogs
  110 thrashing horrors
  464 naga sharpshooters
  37 hell knights
  144 soul eaters
  74 titan zombies
  297 deep elf knights
  34 sun demons
  340 shock serpents
  50 storm dragon zombies
  103 iron trolls
  15 iron golems
  15 iron trolls (shapeshifter)
  A spectral death yak (Gauntlet)
  46 spriggans
  28 shock serpents (shapeshifter)
  185 skeletal warriors
  64 titan skeletons
  84 sea snakes
  7 fire crabs (shapeshifter)
  60 fire crabs
  75 cherubim
  165 shadow wraiths
  89 sixfirhies
  74 storm dragon skeletons
  372 wretched stars
  40 goliath frogs
  9 goliath frogs (shapeshifter)
  30 spark wasp zombies
  85 golden dragon zombies
  111 death drakes
  10 death drakes (shapeshifter)
  77 salamander mystics
  A spectral catoblepas (Gauntlet)
  10 glowing orange brains (shapeshifter)
  21 wizards
  A quicksilver dragon simulacrum (Zig:19)
  16 sea snakes (shapeshifter)
  59 spatial maelstroms
  8 unseen horrors (shapeshifter)
  30 deep trolls
  314 starcursed masses
  16 infernal demonspawn
  12 unseen horrors
  313 spriggan druids
  30 orange crystal statues
  19 deep trolls (shapeshifter)
  19 gelid demonspawn
  23 torturous demonspawn
  13 swamp dragons (shapeshifter)
  32 obsidian statues
  63 glowing orange brains
  254 flayed ghosts
  23 bog bodies
  53 shadow dragon zombies
  294 deep elf archers
  165 shadow demons
  78 tengu zombies
  176 naga ritualists
  5 lindwurms
  4 harpies (shapeshifter)
  A bunyip skeleton (Gauntlet)
  69 sphinx zombies
  82 golden dragon skeletons
  168 ironbrand convokers
  242 swamp dragons
  162 phantasmal warriors
  17 lindwurms (shapeshifter)
  93 harpies
  203 orc knights
  15 mana vipers (shapeshifter)
  812 orb spiders
  66 necromancers
  A spectral alligator (Crypt:3)
  A spectral boulder beetle (Gauntlet)
  55 shadow dragon skeletons
  117 ugly things
  69 iron dragon zombies
  11 manticores (shapeshifter)
  24 fauns (shapeshifter)
  210 orc sorcerers
  729 deep elf magi
  185 shining eyes
  13 shining eyes (shapeshifter)
  29 fire giant zombies
  160 fauns
  144 mana vipers
  3 glowing shapeshifters
  440 wolf spiders
  35 worldbinders
  86 manticores
  7 orb spiders (shapeshifter)
  10 salamanders (shapeshifter)
  50 will-o-the-wisps
  18 cyclopes (shapeshifter)
  10 stone giant zombies
  22 wolf spiders (shapeshifter)
  10 moths of wrath (shapeshifter)
  27 oklob plants
  79 salamanders
  12 fire giant skeletons
  16 water nymphs (shapeshifter)
  29 frost giant zombies
  424 moths of wrath
  61 sphinx skeletons
  134 cyclopes
  16 frost giant skeletons
  423 naga magi
  17 elephants (shapeshifter)
  A shock serpent zombie (Tomb:3)
  49 merfolk sirens
  46 elephants
  136 rust devils
  173 vault sentinels
  2 centaur zombies
  4 stone giant skeletons
  103 spriggan zombies
  12 eyes of devastation (shapeshifter)
  A molten gargoyle (Zig:27)
  56 iron dragon skeletons
  2 titan simulacra
  115 apocalypse crabs
  356 guardian serpents
  4 black mambas (shapeshifter)
  11 guardian serpents (shapeshifter)
  616 torpor snails
  31 ice statues
  96 orange demons
  103 eyes of devastation
  295 water nymphs
  839 black mambas
  18 torpor snails (shapeshifter)
  185 smoke demons
  4 storm dragon simulacra
  The ghost of danmikkh the Covert, a novice SpEn (D:6)
  6 cane toads (shapeshifter)
  98 rime drakes
  16 yaktaurs (shapeshifter)
  162 cane toads
  9 gargoyles
  7 kobold demonologists
  79 efreet
  81 spriggan skeletons
  79 komodo dragons
  300 ice devils
  5 yaktaur zombies
  A green draconian zombie (Crypt:1)
  A dire elephant skeleton (Crypt:3)
  14 komodo dragons (shapeshifter)
  439 tormentors
  248 hellions
  86 red devils
  357 freezing wraiths
  174 yaktaurs
  100 hellwings
  1137 guardian mummies
  3 spark wasp simulacra
  297 demonic crawlers
  A pale draconian skeleton (Crypt:1)
  5 rime drakes (shapeshifter)
  3 golden dragon simulacra
  24 silent spectres
  131 trolls
  124 ancient zymes
  12 jumping spiders (shapeshifter)
  380 jumping spiders
  5 shadow dragon simulacra
  5 queen bees (shapeshifter)
  6 wind drakes (shapeshifter)
  A queen bee (D:12)
  71 wind drakes
  26 polar bears
  7 tengu simulacra
  43 tyrant leeches
  429 hornets
  22 merfolk (shapeshifter)
  244 merfolk
  10 meliai (shapeshifter)
  9 trolls (shapeshifter)
  434 large abominations
  13 bloated husks
  9 polar bears (shapeshifter)
  12 meliai
  2 hornets (shapeshifter)
  2 harpy zombies (Crypt:1)
  2 yaktaur skeletons
  A moth of wrath zombie (Crypt:2)
  650 slime creatures
  6 blink frogs (shapeshifter)
  23 dream sheep (shapeshifter)
  132 raiju
  10 tyrant leeches (shapeshifter)
  A guardian serpent zombie (Crypt:2)
  8 slime creatures (shapeshifter)
  2 hydra skeletons (D:12)
  8 raiju (shapeshifter)
  5 sphinx simulacra
  19 snapping turtles (shapeshifter)
  15 dream sheep
  6 ettin zombies
  A stone giant simulacrum (Vaults:2)
  2 fire dragon zombies
  4 ice dragon zombies (Zig:3)
  90 blink frogs
  5 iron dragon simulacra
  62 snapping turtles
  2 deep troll zombies
  A fire giant simulacrum (Zig:14)
  4 frost giant simulacra
  475 redbacks
  A spectral dream sheep (Gauntlet)
  106 air elementals
  15 tarantellas (shapeshifter)
  A boulder beetle zombie (D:11)
  25 redbacks (shapeshifter)
  452 ushabtiu
  4 ettin skeletons
  46 shadows
  540 flying skulls
  7 spriggans (shapeshifter)
  7 spriggan simulacra
  100 ynoxinuls
  A shapeshifter (Zig:25)
  347 tarantellas
  2 fire dragon skeletons (Zig:1)
  6 vampires
  161 wraiths
  4 alligator skeletons
  47 wyverns
  62 steam dragons
  143 water elementals
  6 yaks (shapeshifter)
  132 fire elementals
  2 wyverns (shapeshifter)
  129 yaks
  2 fire bats (shapeshifter) (Zig:26)
  88 golden eyes
  3 hogs (shapeshifter)
  3 hogs (Spider:4)
  6 humans (shapeshifter)
  3 golden eyes (shapeshifter)
  9 humans (D:14)
  4 basilisks (shapeshifter)
  24 basilisks
  23 elf simulacra
  2 steam dragons (shapeshifter)
  178 chaos spawn
  107 neqoxecs
  31 vampire mosquitoes
  118 wargs
  16 swamp worms
  2 wargs (shapeshifter)
  5 soldier ants (shapeshifter)
  2 soldier ants
  27 swamp worms (shapeshifter)
  5 acid dragons (shapeshifter)
  46 acid dragons
  Duvessa (D:7)
  An orb spider zombie (Crypt:3)
  106 hell hounds
  255 nagas
  3 nagas (shapeshifter)
  8 spatial vortices
  135 water moccasins
  3 water moccasins (shapeshifter)
  An ogre zombie (Gauntlet)
  4 deep troll skeletons
  22 floating eyes (shapeshifter)
  A torturous demonspawn skeleton (Crypt:2)
  134 floating eyes
  52 swamp drakes
  A faun skeleton (Crypt:1)
  651 orc warriors
  79 ice beasts
  A monstrous demonspawn skeleton (Crypt:3)
  4 sky beasts
  A snapping turtle zombie (Tomb:3)
  A swamp drake (shapeshifter) (Zig:27)
  7 eyes of draining (shapeshifter)
  12 boggarts
  2 naga zombies
  205 eyes of draining
  An ice beast (shapeshifter) (Zig:20)
  4 black bears
  6 phantoms
  218 elf zombies
  A sky beast (shapeshifter) (Zig:24)
  2 ogres (shapeshifter)
  4 wolves (shapeshifter)
  2 boggarts (shapeshifter)
  7 black bears (shapeshifter)
  An ice dragon simulacrum (Vaults:1)
  A manticore zombie (Crypt:1)
  A lindwurm skeleton (Gauntlet)
  69 necrophages
  272 ogres
  A swamp dragon skeleton (Tomb:1)
  41 wolves
  An ettin simulacrum (Vaults:1)
  88 centaurs
  A centaur (shapeshifter) (Zig:23)
  A manticore skeleton (Crypt:3)
  A merfolk skeleton (Gauntlet)
  2 big kobolds (shapeshifter)
  12 big kobolds
  A komodo dragon skeleton (D:10)
  2 bullfrogs (shapeshifter)
  24 bullfrogs
  3 gnoll sergeants
  A salamander skeleton (Crypt:2)
  A cyclops zombie (Gauntlet)
  210 elf skeletons
  86 earth elementals
  3 glowing shapeshifter simulacra
  2 water moccasin zombies
  2 wyvern skeletons (D:10)
  Dowan (D:7)
  A yak zombie (Gauntlet)
  7 scorpions
  A water moccasin skeleton (Gauntlet)
  A scorpion (shapeshifter) (Zig:25)
  153 small abominations
  2 warg skeletons (Orc:2)
  5 killer bees (shapeshifter)
  25 killer bees
  41 wights
  84 tengu skeletons
  2 polar bear skeletons
  A howler monkey (shapeshifter) (Zig:20)
  A vampire bat (D:5)
  14 electric eels
  A lava snake (Zig:27)
  5 bullfrog zombies
  6 crimson imps
  5 bullfrog skeletons
  A hound (shapeshifter) (Zig:26)
  10 human zombies
  2 jellies
  3 hounds
  A jelly (shapeshifter) (Vaults:2)
  6 centaur skeletons
  118 orc priests
  Crazy Yiuf (D:3)
  4 gnoll shamans
  106 iron imps
  106 orc wizards
  2 iguanas
  A soldier ant zombie (D:11)
  Ijyb (D:1)
  2 hell rats
  2 iguanas (shapeshifter)
  2 worker ants (shapeshifter)
  8 human skeletons
  4 lightning spires (Zig:18)
  17 worker ants
  3 big kobold zombies (Ossuary)
  A demigod skeleton (Crypt:2)
  An ogre skeleton (D:10)
  A naga skeleton (Gauntlet)
  An acid dragon skeleton (Crypt:1)
  A hound skeleton (D:12)
  1888 mummies
  Robin (D:4)
  13 gnolls
  8 adders
  A river rat (shapeshifter) (Zig:22)
  A steam dragon skeleton (Crypt:2)
  A swamp drake skeleton (Crypt:3)
  40 shadow imps
  167 white imps
  2 oozes
  2 adder skeletons
  5 adder zombies
  6 orc skeletons
  9 worms
  2 worms (shapeshifter)
  A dart slug (D:2)
  8 fire bats
  2 leopard geckos
  A leopard gecko (shapeshifter) (Zig:18)
  151 orcs
  2 spectral bats (D:5)
  A bat (shapeshifter) (Zig:20)
  15 bats
  3 bat skeletons (D:5)
  A bat zombie (D:5)
  3 giant cockroaches
  9 hobgoblins
  20 jackals
  17 kobolds
  A quokka (shapeshifter) (Zig:23)
  4 quokkas
  A ball python (shapeshifter) (Zig:20)
  2 ball pythons
  A bat simulacrum (D:5)
  2 frilled lizards
  A frilled lizard skeleton (Crypt:1)
  A giant cockroach zombie (Crypt:1)
  23 goblins
  A goblin zombie (Ossuary)
  5 hobgoblin zombies (Ossuary)
  A kobold skeleton (D:12)
  13 kobold zombies
  13 orc zombies
  2 quokka skeletons
  A quokka zombie (D:10)
  3 rats
  A rat zombie (Ossuary)
  19 ball lightnings
  25 briar patches (Zig:7)
  58 fire vortices
  17 plants
  29 starspawn tentacles
68931 creatures vanquished.

Vanquished Creatures (collateral kills)
  An Ice Fiend (Zig:18)
  A shadow dragon (shapeshifter) (Zig:12)
  A frost giant (Zig:18)
  A nagaraja (Zig:25)
  An alligator snapping turtle (shapeshifter) (Zig:13)
  A naga (Zig:25)
  A mummy (Zig:27)
7 creatures vanquished.

Vanquished Creatures (others)
  The ghost of astronautguy the Formicid Barricade, a legendary FoEE of Makhleb (Zig:4)
  The ghost of Hacvoq the Conqueror, a legendary HOFi of Zin (Zig:26)
  2 ancient liches
  The ghost of Jeklifit the Conqueror, a legendary FoFi of the Shining One (Zig:4)
  The ghost of Qeilemp the Conqueror, a legendary HOFi of Beogh (Zig:4)
  The ghost of MrChinwatt the Slayer, a legendary DsWn of Qazlal (Zig:4)
  The ghost of Talannal the Sharpshooter, a legendary GnWz of Cheibriados (Zig:4)
  A juggernaut (Zig:13)
  6 shard shrikes
  2 Killer Klowns
  The ghost of Pusocauss the Warrior, a legendary VSBe of Trog (Zig:22)
  A curse toe (Zig:4)
  7 pandemonium lords
  A golden dragon (Zig:16)
  A bone dragon (Zig:21)
  4 Tzitzimimeh
  5 tentacled monstrosities
  5 Ice Fiends
  A lich (Zig:15)
  An acid blob (shapeshifter) (Zig:21)
  7 deep elf blademasters
  4 deep elf master archers
  A sphinx (shapeshifter) (Zig:21)
  2 eldritch tentacles
  A sphinx (Zig:15)
  A shadow dragon (shapeshifter) (Zig:26)
  2 revenants (Zig:26)
  2 tengu reavers
  3 shadow dragons
  7 nagarajas
  An azure jelly (shapeshifter) (Zig:21)
  2 storm dragons
  3 iron dragons
  5 draconian knights
  An emperor scorpion (Zig:19)
  2 draconian scorchers
  A deep elf sorcerer (Zig:15)
  A fire giant (Zig:24)
  4 curse skulls (Zig:26)
  A warmonger (Zig:22)
  A vault warden (Zig:24)
  7 ghost moths
  5 black suns
  A cacodemon (Zig:23)
  3 draconian annihilators
  3 reapers
  A vampire knight (Zig:18)
  7 blood saints
  A war gargoyle (Zig:9)
  4 very ugly things
  6 deep elf annihilators
  4 black draconians
  2 bunyips
  2 spark wasps (Zig:17)
  6 merfolk javelineers
  2 deep elf demonologists
  5 eidola
  10 blizzard demons
  3 green deaths
  2 fire dragons
  A quicksilver dragon zombie (Zig:16)
  2 deep elf death magi
  A yaktaur captain (Zig:20)
  2 eleionomae (shapeshifter)
  An eleionoma (Zig:7)
  3 shambling mangroves
  2 deep elf high priests
  A vault guard (D:14)
  An ice dragon (shapeshifter) (Zig:20)
  3 ghost crabs (Zig:26)
  2 hell beasts
  3 ice dragons
  An alligator snapping turtle (Zig:26)
  A naga warrior (Zig:4)
  7 hydras
  4 spriggan air magi
  An alligator snapping turtle (shapeshifter) (Zig:13)
  334 dancing weapons
  3 merfolk aquamancers
  An alligator (Zig:19)
  2 death scarabs (Tomb:3)
  A death yak (Zig:24)
  4 spriggans
  2 soul eaters
  A titan zombie (Zig:3)
  8 deep elf knights
  A shock serpent (Zig:21)
  A skeletal warrior (Zig:14)
  A storm dragon skeleton (Zig:16)
  A titan skeleton (Zig:24)
  A sea snake (Zig:12)
  2 goliath frogs
  A spriggan druid (Zig:6)
  A death drake (shapeshifter) (Zig:23)
  3 naga ritualists
  5 deep elf archers
  A wizard (Zig:15)
  2 death drakes
  5 swamp dragons
  A phantasmal warrior (Zig:26)
  An orb spider (Zig:19)
  A shining eye (Zig:19)
  3 ugly things
  3 will-o-the-wisps
  19 deep elf magi
  A manticore (Zig:15)
  A mana viper (Zig:4)
  A wolf spider (Zig:25)
  2 guardian serpents
  2 large abominations
  3 black mambas
  A naga mage (Zig:5)
  A torpor snail (Zig:8)
  A storm dragon simulacrum (Zig:23)
  3 orange demons
  2 rime drakes
  3 hellions
  An ice devil (Zig:8)
  A kobold demonologist (D:9)
  A spriggan skeleton (Zig:21)
  A tormentor (Zig:24)
  A demonic crawler (Zig:19)
  2 hellwings
  2 raiju
  14 hornets
  2 bloated husks
  A tyrant leech (Swamp:1)
  A hornet (shapeshifter) (Zig:6)
  A snapping turtle (shapeshifter) (Zig:26)
  6 air elementals
  11 water elementals
  2 wraiths
  A tarantella (Zig:22)
  An elf zombie (Zig:16)
  8 fire elementals
  A golden eye (shapeshifter) (Zig:10)
  8 chaos spawn
  2 steam dragons
  A basilisk (shapeshifter) (Zig:26)
  2 neqoxecs
  A warg (shapeshifter) (Zig:21)
  4 small abominations
  An acid dragon (Zig:26)
  A water moccasin (Zig:24)
  3 hell hounds
  2 floating eyes (shapeshifter)
  A swamp drake (Zig:26)
  A swamp drake (shapeshifter) (Zig:20)
  An eye of draining (Zig:26)
  An orc warrior (Zig:20)
  An earth elemental (Zig:17)
  An orc wizard (D:14)
  A mummy (Zig:8)
  4 white imps
  41 ball lightnings
  4 briar patches (Zig:7)
  3 demonic plants (Abyss:5)
  57 fire vortices
  58 foxfires
  14 fungi
  72 plants
  31 starspawn tentacles
1010 creatures vanquished.

Grand Total: 69948 creatures vanquished

Notes
Turn   | Place    | Note
-------+----------+-------------------------------------------
     0 | D:1      | DildoBatman the Formicid Conjurer began the quest for the
                  | Orb.
     0 | D:1      | Reached XP level 1. HP: 13/13 MP: 3/3
   254 | D:1      | Reached XP level 2. HP: 10/19 MP: 3/5
   257 | D:1      | Learned a level 2 spell: Searing Ray
   895 | D:1      | Reached XP level 3. HP: 24/24 MP: 4/6
  1613 | D:3      | Reached XP level 4. HP: 29/30 MP: 5/7
  1622 | D:3      | Noticed a centaur
  1627 | D:3      | Killed a centaur
  1628 | D:3      | Reached skill level 5 in Conjurations
  1628 | D:3      | Reached XP level 5. HP: 26/35 MP: 2/8
  1958 | D:3      | Found a stormy altar of Qazlal.
  2011 | D:3      | Noticed Ijyb
  2125 | D:3      | Reached skill level 1 in Fighting
  2125 | D:3      | Reached skill level 1 in Armour
  2125 | D:3      | Reached XP level 6. HP: 36/43 MP: 9/9
  2416 | D:3      | Found a runed translucent door.
  2417 | D:3      | Noticed Crazy Yiuf
  2881 | D:4      | Found a sparkling altar of Nemelex Xobeh.
  2912 | D:4      | Found a sand-covered staircase.
  2919 | Ossuary  | Entered an ossuary
  3169 | Ossuary  | Reached XP level 7. HP: 35/50 MP: 0/12
  3631 | D:5      | Entered Level 5 of the Dungeon
  3659 | D:5      | Found a staircase to the Ecumenical Temple.
  3664 | Temple   | Entered the Ecumenical Temple
  3925 | Temple   | Became a worshipper of Kikubaaqudgha
  4040 | D:1      | Killed Ijyb
  4461 | D:4      | Reached skill level 5 in Spellcasting
  4888 | D:4      | Reached XP level 8. HP: 47/56 MP: 9/17
  4920 | D:4      | Noticed Robin
  4922 | D:4      | Killed Robin
  5268 | D:5      | Found Birphi Akhi's Armour Boutique.
  5277 | D:5      | Reached * piety under Kikubaaqudgha
  5277 | D:5      | Identified Kikubaaqudgha's Papyrus of Sinister Magic
                  | (Kikubaaqudgha gifted it to you on level 5 of the Dungeon)
  5277 | D:5      | Received a gift from Kikubaaqudgha
  5283 | D:5      | Learned a level 2 spell: Sublimation of Blood
  5287 | D:5      | Learned a level 3 spell: Vampiric Draining
  5347 | D:5      | Reached skill level 1 in Necromancy
  5691 | D:5      | Reached skill level 5 in Necromancy
  5691 | D:5      | Reached XP level 9. HP: 36/61 MP: 12/19
  5714 | D:5      | Found Hon Caen's Armour Boutique.
  5733 | D:5      | Found Giezenyr's Antique Weapon Emporium.
  5820 | D:5      | Found Denoyl's Assorted Antiques.
  5828 | D:5      | Bought a scroll labelled RIUSTE DOKHENK for 29 gold pieces
  5828 | D:5      | Bought a murky red potion for 26 gold pieces
  5872 | D:5      | Reached ** piety under Kikubaaqudgha
  5919 | D:5      | Found a hide-covered altar of Uskayaw.
  6487 | D:6      | Noticed a skeletal warrior
  6562 | D:6      | Got a transparent flail
  6563 | D:6      | Identified the +7 flail of Rircheirr {venom, rN++ Will-}
                  | (You found it on level 6 of the Dungeon)
  6878 | D:6      | Found an iron altar of Okawaru.
  6905 | D:6      | Reached *** piety under Kikubaaqudgha
  6905 | D:6      | Identified Kikubaaqudgha's Volume of Necromancy
                  | (Kikubaaqudgha gifted it to you on level 6 of the Dungeon)
  6905 | D:6      | Received a gift from Kikubaaqudgha
  6912 | D:6      | Learned a level 4 spell: Dispel Undead
  6930 | D:6      | Found a runed translucent gate.
  6931 | D:6      | Found a runed translucent gate.
  6931 | D:6      | Found a runed translucent gate.
  6934 | D:6      | Noticed danmikkh's ghost (novice SpEn)
  7491 | D:7      | Noticed Dowan
  7497 | D:7      | Noticed Duvessa
  7505 | D:7      | Killed Dowan
  7509 | D:7      | Killed Duvessa
  7564 | D:7      | Reached XP level 10. HP: 18/71 MP: 20/20
  8028 | D:8      | Reached skill level 1 in Shields
  8142 | D:8      | Found a staircase to the Lair.
  8309 | D:8      | Reached **** piety under Kikubaaqudgha
  8329 | D:8      | Reached skill level 5 in Armour
  8404 | D:8      | Reached skill level 5 in Fighting
  8852 | D:9      | Reached skill level 5 in Shields
  8938 | D:9      | Found a runed translucent gate.
  8938 | D:9      | Found a runed translucent gate.
  8938 | D:9      | Found a runed translucent gate.
  8939 | D:9      | Noticed RawMediocrity's ghost (novice GnTm)
  8939 | D:9      | Noticed a kobold demonologist
  8939 | D:9      | Identified the +8 whip of Liusuedi {elec, rElec Will+}
  8939 | D:9      | Noticed a kobold demonologist
  8970 | D:9      | Found Reogus's Book Shop.
  9569 | D:10     | Entered Level 10 of the Dungeon
  9627 | D:10     | Noticed a centaur warrior
  9628 | D:10     | Noticed a tengu warrior
  9632 | D:10     | Killed a centaur warrior
  9633 | D:10     | Reached XP level 11. HP: 79/79 MP: 16/21
  9659 | D:9      | Killed a tengu warrior
  9660 | D:9      | Reached skill level 10 in Shields
  9703 | D:10     | Got a sparkling bronze ring
  9711 | D:10     | Noticed a brown ugly thing
  9722 | D:10     | Killed a brown ugly thing
  9722 | D:10     | Reached ***** piety under Kikubaaqudgha
  9932 | D:10     | Noticed an unseen horror
  9934 | D:10     | Noticed a cyclops
  9945 | D:10     | Killed an unseen horror
  9972 | D:10     | Killed a cyclops
  9973 | D:10     | Noticed a two-headed ogre
  9979 | D:10     | Killed a two-headed ogre
 10397 | D:10     | Identified the ring of Kudocana {Will++ Str+3 Int+2 Dex-2
                  | SInv} (You found it on level 10 of the Dungeon)
 10653 | D:11     | Reached XP level 12. HP: 58/86 MP: 21/22
 10708 | D:11     | Noticed an unseen horror
 10721 | D:11     | Killed an unseen horror
 10892 | D:11     | Noticed a soul eater
 11036 | D:11     | Found a staircase to the Orcish Mines.
 11581 | Orc:1    | Entered Level 1 of the Orcish Mines
 11977 | Orc:1    | Reached skill level 15 in Shields
 12036 | Orc:1    | Found a roughly hewn altar of Beogh.
 12038 | Orc:1    | Found Pioc's Distillery.
 12039 | Orc:1    | You fall into a shaft and drop 1 floor!
 12039 | Orc:2    | Entered Level 2 of the Orcish Mines
 12039 | Orc:2    | Found a staircase to the Elven Halls.
 12116 | Orc:1    | Found Iniastac's Antique Weapon Shoppe.
 12121 | Orc:1    | Bought a potion of degeneration for 13 gold pieces
 12121 | Orc:1    | Bought a potion of mutation for 104 gold pieces
 12121 | Orc:1    | Bought a potion of heal wounds for 65 gold pieces
 12121 | Orc:1    | Bought a potion of curing for 39 gold pieces
 12122 | Orc:1    | Gained mutation: Your spells are a little harder to cast,
                  | but a little more powerful. [potion of mutation]
 12122 | Orc:1    | Gained mutation: Your system is resistant to poisons.
                  | (rPois) [potion of mutation]
 12122 | Orc:1    | Gained mutation: You possess an exceptional clarity of
                  | mind. [potion of mutation]
 12122 | Orc:1    | Gained mutation: You are partially covered in yellow
                  | scales. (AC +2) [potion of mutation]
 12215 | Orc:1    | Noticed an orc warlord
 12245 | Orc:1    | Killed an orc warlord
 12553 | Orc:2    | Reached ****** piety under Kikubaaqudgha
 12564 | Orc:2    | Received a gift from Kikubaaqudgha
 12570 | Orc:2    | Fell from the grace of Kikubaaqudgha
 12736 | Temple   | Became a worshipper of Gozag Ym Sagoz the Greedy
 12934 | Orc:2    | Noticed an orc high priest
 13062 | Orc:2    | Killed an orc high priest
 13160 | Orc:2    | Found a bloodstained altar of Trog.
 13648 | Orc:2    | Reached XP level 13. HP: 65/95 MP: 5/23
 14034 | Orc:2    | Reached skill level 5 in Dodging
 14471 | Orc:2    | Found Tean's Assorted Antiques.
 14474 | Orc:2    | Found Tiathoon's General Store.
 14477 | Orc:2    | Found Oviliq's Jewellery Shoppe.
 14478 | Orc:2    | Found Xusm's Distillery.
 14486 | Orc:2    | Bought a metallic emerald potion for 24 gold pieces
 14486 | Orc:2    | Bought a scroll labelled AKONEH GULOO for 27 gold pieces
 14486 | Orc:2    | Bought a scroll labelled LOVUSI XIVVIHE for 27 gold pieces
 14486 | Orc:2    | Bought a scroll labelled TEASAM FIETTUYJ for 27 gold pieces
 14486 | Orc:2    | Bought a scroll of identify for 54 gold pieces
 14486 | Orc:2    | Bought a scroll of identify for 54 gold pieces
 14873 | D:3      | Killed Crazy Yiuf
 15039 | D:6      | Killed danmikkh's ghost
 15253 | D:9      | Killed RawMediocrity's ghost
 15726 | D:12     | Found a gate leading to a gauntlet.
 15856 | Gauntlet | Entered a Gauntlet
 15856 | Gauntlet | Found a transporter.
 15856 | Gauntlet | Found a transporter.
 15866 | Gauntlet | Found a transporter.
 15869 | Gauntlet | Found a transporter.
 15912 | Gauntlet | Found a transporter.
 15916 | Gauntlet | Found a transporter.
 15918 | Gauntlet | Noticed a death ooze
 15924 | Gauntlet | Found a transporter.
 15928 | Gauntlet | Found a transporter.
 16228 | Gauntlet | Found a transporter.
 16243 | Gauntlet | Found a transporter.
 16257 | Gauntlet | Found a transporter.
 16261 | Gauntlet | Found a transporter.
 16787 | Gauntlet | Identified the Volume of Bewitchment
 16891 | Gauntlet | Reached XP level 14. HP: 16/109 MP: 0/24
 16904 | Gauntlet | Got a glittering garnet amulet
 17456 | Gauntlet | Was forgiven by Kikubaaqudgha
 17632 | Gauntlet | Noticed a minotaur
 17644 | Gauntlet | Killed a minotaur
 17650 | Gauntlet | Identified the amulet of the Blue Skies {Regen+ Int+6} (You
                  | found it in a Gauntlet)
 17783 | D:12     | Reached skill level 10 in Armour
 17804 | D:12     | Reached skill level 10 in Fighting
 18068 | D:12     | Reached skill level 10 in Necromancy
 19130 | D:13     | Noticed Urug
 19152 | D:13     | Killed Urug
 19893 | D:14     | Found a gate to the Vaults.
 20034 | D:15     | Entered Level 15 of the Dungeon
 20058 | D:15     | Reached XP level 15. HP: 78/115 MP: 24/28
 20248 | D:15     | Reached skill level 10 in Spellcasting
 21424 | D:15     | Found a staircase to the Depths.
 21861 | Lair:1   | Entered Level 1 of the Lair of Beasts
 22756 | Lair:2   | Got a steaming quarterstaff
 22847 | Lair:2   | Identified the +8 quarterstaff "Wadwaxt" {vorpal, rElec
                  | rPois Stlth+} (You found it on level 2 of the Lair of
                  | Beasts)
 23203 | Lair:2   | Got a smoking trident
 23205 | Lair:2   | Identified the cursed +0 trident "Xawnui" {vamp, Will+++}
                  | (You found it on level 2 of the Lair of Beasts)
 23213 | Lair:2   | Identified Sif Muna's Papyrus of Mutagenic Darkness
 23451 | Lair:3   | Found a staircase to the Swamp.
 23581 | Lair:3   | Found a glowing silver altar of Zin.
 23675 | Lair:3   | Got an ichor-stained kite shield
 23686 | Lair:3   | Identified the +2 kite shield of Polish {rPois Will+ Int-4}
                  | (You found it on level 3 of the Lair of Beasts)
 23953 | Lair:3   | Reached skill level 15 in Necromancy
 24369 | Lair:4   | Reached XP level 16. HP: 113/122 MP: 30/30
 24671 | Lair:4   | Found a hole to the Spider Nest.
 25600 | Lair:5   | Found a staircase to the Slime Pits.
 25603 | Lair:5   | Found a viscous altar of Jiyva.
 26055 | Lair:6   | Entered Level 6 of the Lair of Beasts
 26066 | Lair:6   | Noticed Josephine
 26093 | Lair:6   | Killed Josephine
 26308 | Lair:6   | Found a frozen archway.
 26317 | IceCv    | Entered an ice cave
 26432 | IceCv    | Reached XP level 17. HP: 89/128 MP: 27/31
 26784 | IceCv    | Got shimmering ice dragon scales
 26797 | IceCv    | Identified the +3 ice dragon scales of Oputwule {rF- rC++
                  | Dex+7 Slay+2} (You found it in an ice cave)
 27924 | D:5      | Bought a twisted spear for 152 gold pieces
 27924 | D:5      | Identified the cursed +1 spear "Jeovvuoph" {elec, Str+5}
                  | (You bought it in a shop on level 5 of the Dungeon)
 28126 | Orc:2    | Bought a potion of cancellation for 112 gold pieces
 28126 | Orc:2    | Bought a potion of brilliance for 56 gold pieces
 28126 | Orc:2    | Bought 2 potions of mutation for 224 gold pieces
 28126 | Orc:2    | Bought a potion of curing for 42 gold pieces
 28126 | Orc:2    | Bought a potion of curing for 42 gold pieces
 28129 | Orc:2    | Bought a potion of brilliance for 56 gold pieces
 28212 | Orc:1    | Bought a potion of invisibility for 104 gold pieces
 28407 | D:5      | Bought a +2 pair of gloves of dexterity for 215 gold pieces
 28642 | D:14     | Learned a level 5 spell: Irradiate
 28649 | D:14     | Learned a level 6 spell: Statue Form
 28925 | Spider:1 | Entered Level 1 of the Spider Nest
 28938 | Spider:1 | Reached skill level 1 in Transmutations
 29168 | Spider:1 | Reached skill level 5 in Transmutations
 30029 | Spider:2 | HP: 5/128 [entropy weaver (12)]
 30203 | Spider:2 | Noticed Jorgrun
 30356 | Spider:2 | Reached skill level 10 in Transmutations
 30540 | Spider:2 | Noticed Arachne
 30564 | Spider:2 | Killed Arachne
 30883 | Spider:3 | Reached XP level 18. HP: 100/134 MP: 24/32
 32467 | Spider:4 | Entered Level 4 of the Spider Nest
 33319 | Spider:4 | Reached skill level 15 in Transmutations
 33453 | Spider:4 | Noticed Kirke
 33485 | Spider:4 | Noticed Donald
 33489 | Spider:4 | Killed Kirke
 33506 | Spider:4 | Killed Donald
 33929 | Spider:4 | Reached XP level 19. HP: 97/140 MP: 0/33
 33990 | Spider:4 | Got a gossamer rune of Zot
 34008 | Spider:4 | Learned a level 8 spell: Necromutation
 34291 | Swamp:1  | Entered Level 1 of the Swamp
 34511 | Swamp:1  | Got a polished mace
 34515 | Swamp:1  | Identified the cursed +0 mace "Spiderbane" {flame, rN+
                  | Str-5 Dex+4} (You found it on level 1 of the Swamp)
 35613 | Swamp:2  | Learned a level 3 spell: Ozocubu's Armour
 35617 | Swamp:2  | Learned a level 3 spell: Frozen Ramparts
 36047 | Swamp:3  | Reached skill level 1 in Ice Magic
 36428 | Swamp:3  | Got a transparent glaive
 36656 | Swamp:3  | Identified the +5 glaive "Moshuekk" {protect, Int+4} (You
                  | found it on level 3 of the Swamp)
 36671 | Swamp:4  | Entered Level 4 of the Swamp
 37057 | Swamp:3  | Reached skill level 5 in Ice Magic
 37482 | Swamp:3  | Reached XP level 20. HP: 95/147 MP: 2/34
 38146 | Swamp:4  | Noticed a tentacled monstrosity
 38211 | Swamp:4  | Killed a tentacled monstrosity
 38691 | Swamp:4  | Got a decaying rune of Zot
 39158 | Vaults:1 | Entered Level 1 of the Vaults
 40155 | Vaults:1 | Learned a level 3 spell: Ozocubu's Armour
 40160 | Vaults:1 | Learned a level 3 spell: Stone Arrow
 40868 | Vaults:2 | Reached skill level 1 in Earth Magic
 41314 | Vaults:2 | Reached XP level 21. HP: 119/153 MP: 30/35
 41874 | Vaults:2 | Found a white marble altar of Elyvilon.
 41977 | Vaults:2 | Reached skill level 5 in Earth Magic
 42241 | Vaults:2 | Found Zontuol's General Store.
 42245 | Vaults:2 | Bought 2 potions of mutation for 368 gold pieces
 42245 | Vaults:2 | Bought a potion of curing for 69 gold pieces
 42564 | Vaults:3 | Found a staircase to the Crypt.
 43408 | Vaults:3 | Found Gozag's Assorted Antiques.
 43468 | Vaults:3 | Reached skill level 10 in Earth Magic
 43491 | Vaults:3 | HP: 3/153 [storm dragon (6)]
 43623 | Vaults:3 | Found Gozag's Antique Armour Shop.
 43631 | Vaults:3 | Found an opulent altar of Gozag.
 43647 | Vaults:3 | Found Gozag's Assorted Antiques.
 43886 | Vaults:3 | Bought a potion of heal wounds for 500 gold pieces
 43910 | Vaults:3 | Noticed Jory
 43923 | Vaults:3 | Killed Jory
 43926 | Vaults:3 | Found Wycen's Distillery.
 43934 | Vaults:3 | Bought a potion of curing for 54 gold pieces
 43934 | Vaults:3 | Bought 2 potions of mutation for 288 gold pieces
 43934 | Vaults:3 | Bought a potion of curing for 54 gold pieces
 43934 | Vaults:3 | Bought a potion of cancellation for 144 gold pieces
 43934 | Vaults:3 | Bought a potion of mutation for 144 gold pieces
 43934 | Vaults:3 | Bought a potion of curing for 54 gold pieces
 43934 | Vaults:3 | Bought a potion of resistance for 180 gold pieces
 43934 | Vaults:3 | Bought a potion of mutation for 144 gold pieces
 43934 | Vaults:3 | Bought a potion of curing for 54 gold pieces
 43934 | Vaults:3 | Bought a potion of invisibility for 144 gold pieces
 44542 | Vaults:4 | Reached XP level 22. HP: 20/159 MP: 1/38
 45287 | Vaults:4 | Got a smoking hand axe
 45289 | Vaults:4 | Identified the +11 hand axe "Zubez" {flame, rC++ Dex+2}
                  | (You found it on level 4 of the Vaults)
 46228 | Vaults:4 | Noticed Frederick
 46332 | Vaults:4 | Killed Frederick
 46333 | Vaults:4 | Reached skill level 15 in Earth Magic
 46550 | Vaults:4 | Got a bloodstained spear
 46556 | Vaults:4 | Identified the +9 spear "Killer Klown's Curse" {pain, rC+}
                  | (You found it on level 4 of the Vaults)
 47350 | Elf:1    | Entered Level 1 of the Elven Halls
 48097 | Elf:1    | Identified 3 scrolls of acquirement
 48953 | Elf:2    | Found Uqism's Gadget Shoppe.
 49134 | Elf:2    | Found Irhe's Antique Weapon Shop.
 49368 | Elf:2    | Found a runed translucent gate.
 49368 | Elf:2    | Found a runed translucent gate.
 49369 | Elf:2    | Found a runed translucent gate.
 49425 | Elf:2    | Reached XP level 23. HP: 165/165 MP: 39/39
 49493 | Elf:2    | Found Cideil's Magic Scroll Shop.
 49501 | Elf:2    | Bought a scroll of identify for 38 gold pieces
 49501 | Elf:2    | Bought a scroll of identify for 38 gold pieces
 49501 | Elf:2    | Bought a scroll of identify for 38 gold pieces
 49501 | Elf:2    | Bought a scroll of identify for 38 gold pieces
 49501 | Elf:2    | Bought a scroll of identify for 38 gold pieces
 49501 | Elf:2    | Bought a scroll of immolation for 66 gold pieces
 49501 | Elf:2    | Bought 3 scrolls of identify for 114 gold pieces
 49501 | Elf:2    | Bought a scroll of acquirement for 988 gold pieces
 49501 | Elf:2    | Bought a scroll of acquirement for 988 gold pieces
 50600 | Elf:3    | Entered Level 3 of the Elven Halls
 51077 | Elf:3    | Found a gateway to a bazaar.
 51484 | Elf:3    | Identified the +5 halberd "Qosyllav" {freeze, rC+ Will+}
 51870 | Elf:3    | Identified the cursed +0 ring mail of Action {rF+}
 51985 | Elf:3    | Identified the +1 flail "Hoogh" {holy, Dex+6}
 52125 | Elf:3    | Identified the +4 broad axe "Weloovum" {vorpal, rF+}
 52436 | Elf:3    | Identified the Catalogue of Dusty Lightness
 52600 | Elf:3    | Got a bloodstained ring mail
 52611 | Elf:3    | Identified the +1 ring mail "Aliatzeu" {*Contam rPois
                  | Str+4} (You found it on level 3 of the Elven Halls)
 52695 | Elf:3    | Learned a level 6 spell: Iron Shot
 52849 | Bazaar   | Entered a bazaar
 52853 | Bazaar   | Found Xugofo's Book Boutique.
 52858 | Bazaar   | Found Tiurph's Gadget Emporium.
 52868 | Bazaar   | Bought a wand of acid (12) for 448 gold pieces
 52868 | Bazaar   | Bought a wand of acid (10) for 392 gold pieces
 52868 | Bazaar   | Bought a wand of iceblast (12) for 224 gold pieces
 52881 | Bazaar   | Found Fecojaq's Jewellery Boutique.
 52890 | Bazaar   | Found Diuro's Jewellery Emporium.
 52922 | Bazaar   | Bought a book of Unlife for 585 gold pieces
 52949 | Elf:3    | Learned a level 5 spell: Borgnjor's Vile Clutch
 53476 | Crypt:1  | Entered Level 1 of the Crypt
 53605 | Crypt:1  | Reached XP level 24. HP: 147/172 MP: 15/39
 53752 | Crypt:1  | Noticed Aizul
 53764 | Crypt:1  | Killed Aizul
 55794 | Crypt:3  | Entered Level 3 of the Crypt
 56180 | Crypt:3  | Found a staircase to the Tomb.
 56467 | Crypt:3  | Noticed a curse toe
 56475 | Crypt:3  | Killed a curse toe
 56593 | Crypt:3  | Noticed an ancient lich
 56643 | Crypt:3  | Identified the Compendium of Evil
 57001 | Crypt:3  | Noticed an ancient lich
 57001 | Crypt:3  | Noticed an ancient lich
 57014 | Crypt:3  | Killed an ancient lich
 57014 | Crypt:3  | Killed an ancient lich
 57015 | Crypt:3  | Reached XP level 25. HP: 182/182 MP: 31/40
 57040 | Crypt:3  | Killed an ancient lich
 57052 | Crypt:3  | Got a shimmering brass ring
 57053 | Crypt:3  | Identified the Incunabulum of Stolen Souls
 57068 | Crypt:3  | Identified the ring "Tidaog" {Slay+2 SInv} (You found it on
                  | level 3 of the Crypt)
 57078 | Crypt:3  | Got a fine quarterstaff
 57079 | Crypt:3  | Identified the +1 quarterstaff of Erghis {pain, +Fly Will+
                  | Dex-5} (You found it on level 3 of the Crypt)
 57200 | Tomb:1   | Entered Level 1 of the Tomb of the Ancients
 57788 | Tomb:1   | Noticed an ancient lich
 57794 | Tomb:1   | Noticed an ancient lich
 57800 | Tomb:1   | Killed an ancient lich
 57800 | Tomb:1   | Noticed a royal mummy
 57802 | Tomb:1   | Killed an ancient lich
 57802 | Tomb:1   | Noticed a royal mummy
 57810 | Tomb:1   | Killed a royal mummy
 57972 | Tomb:1   | Killed a royal mummy
 58497 | Vaults:5 | Entered Level 5 of the Vaults
 58497 | Vaults:5 | Noticed an ancient lich
 58505 | Vaults:5 | Killed an ancient lich
 58769 | Vaults:5 | Reached skill level 15 in Armour
 58771 | Vaults:5 | Reached XP level 26. HP: 136/190 MP: 12/40
 59901 | Vaults:5 | Reached skill level 10 in Dodging
 60262 | Vaults:5 | Identified the +10 glaive "Onneteiw" {flame, +Inv Will+}
 60263 | Vaults:5 | Found the +27 Lear's hauberk
 60939 | Vaults:5 | Got a sparkling lead ring
 60941 | Vaults:5 | Identified the ring of Tuojiwk {*Drain rF+ rC++ Will+
                  | Str+2} (You found it on level 5 of the Vaults)
 61089 | Vaults:5 | Got a silver rune of Zot
 61109 | Vaults:5 | Identified a +0 pair of boots of running (You found it on
                  | level 5 of the Vaults)
 61194 | Vaults:5 | Identified the Incunabulum of Calling and Battle Magic
 61356 | Vaults:5 | Got a transparent glaive
 61357 | Vaults:5 | Identified the cursed +1 glaive of Experimentation {freeze,
                  | *Rage Will+++ Stlth+} (You found it on level 5 of the
                  | Vaults)
 61678 | Tomb:2   | Noticed a royal mummy
 61683 | Tomb:2   | Noticed a royal mummy
 61686 | Tomb:2   | Noticed a royal mummy
 61686 | Tomb:2   | Noticed a royal mummy
 61694 | Tomb:2   | Killed a royal mummy
 61705 | Tomb:2   | Killed a royal mummy
 61706 | Tomb:2   | Reached XP level 27. HP: 88/187 MP: 10/41
 62153 | Tomb:2   | Killed a royal mummy
 62161 | Tomb:2   | Killed a royal mummy
 62162 | Tomb:2   | Reached skill level 15 in Spellcasting
 62219 | Tomb:2   | Got a sparkling silver ring
 62221 | Tomb:2   | Identified the ring of Muniorch {*Contam rC+ rN+ Str+4
                  | Stlth+} (You found it on level 2 of the Tomb of the
                  | Ancients)
 62920 | Tomb:1   | Noticed a royal mummy
 62921 | Tomb:1   | Noticed a royal mummy
 62928 | Tomb:1   | Noticed a royal mummy
 62928 | Tomb:1   | Killed a royal mummy
 62930 | Tomb:1   | Noticed a royal mummy
 62940 | Tomb:1   | Killed a royal mummy
 62940 | Tomb:1   | Noticed a royal mummy
 62943 | Tomb:1   | Noticed a royal mummy
 62949 | Tomb:1   | Noticed a royal mummy
 62950 | Tomb:1   | Killed a royal mummy
 62955 | Tomb:1   | Killed a royal mummy
 62956 | Tomb:1   | Killed a royal mummy
 62962 | Tomb:1   | Killed a royal mummy
 62965 | Tomb:1   | Killed a royal mummy
 63144 | Tomb:1   | Noticed a royal mummy
 63153 | Tomb:1   | Killed a royal mummy
 63301 | Tomb:1   | Noticed a royal mummy
 63320 | Tomb:1   | Killed a royal mummy
 63348 | Tomb:1   | Noticed a royal mummy
 63348 | Tomb:1   | Noticed Mara
 63352 | Tomb:1   | Noticed a royal mummy
 63358 | Tomb:1   | Killed Mara
 63396 | Tomb:1   | Killed a royal mummy
 63399 | Tomb:1   | Killed a royal mummy
 63432 | Tomb:1   | Noticed a royal mummy
 63446 | Tomb:1   | Killed a royal mummy
 63507 | Tomb:1   | Noticed a royal mummy
 63515 | Tomb:1   | Killed a royal mummy
 64088 | Tomb:3   | Entered Level 3 of the Tomb of the Ancients
 64100 | Tomb:3   | Reached skill level 1 in Long Blades
 64103 | Tomb:3   | Noticed a royal mummy
 64106 | Tomb:3   | Noticed a royal mummy
 64110 | Tomb:3   | Noticed a royal mummy
 64111 | Tomb:3   | Noticed a royal mummy
 64112 | Tomb:3   | Reached skill level 5 in Long Blades
 64115 | Tomb:3   | Killed a royal mummy
 64116 | Tomb:3   | Killed a royal mummy
 64116 | Tomb:3   | Noticed a royal mummy
 64117 | Tomb:3   | Killed a royal mummy
 64124 | Tomb:3   | Noticed a royal mummy
 64303 | Tomb:3   | Noticed a royal mummy
 64303 | Tomb:3   | Noticed a royal mummy
 64308 | Tomb:3   | Killed a royal mummy
 64309 | Tomb:3   | Killed a royal mummy
 64315 | Tomb:3   | Killed a royal mummy
 64316 | Tomb:3   | Reached skill level 10 in Long Blades
 64319 | Tomb:3   | Killed a royal mummy
 64324 | Tomb:3   | Killed a royal mummy
 64777 | Tomb:3   | Got a golden rune of Zot
 64849 | Tomb:3   | Identified the Guide on the Mountains
 64860 | Tomb:3   | Identified Sif Muna's Grimoire of Aerial Heat
 64910 | Tomb:3   | Identified the Reference Book on Stones and Translocation
 64922 | Tomb:3   | Learned a level 9 spell: Shatter
 65118 | Tomb:3   | Got a transparent longbow
 65119 | Tomb:3   | Identified the +7 longbow of Moral Flaws {freeze, rPois
                  | Str-4 Dex+5} (You found it on level 3 of the Tomb of the
                  | Ancients)
 65736 | Tomb:3   | Acquired 529 gold pieces
 65737 | Tomb:3   | Acquired 690 gold pieces
 65738 | Tomb:3   | Acquired 508 gold pieces
 65739 | Tomb:3   | Acquired 446 gold pieces
 65740 | Tomb:3   | Acquired 649 gold pieces
 65741 | Tomb:3   | Acquired 619 gold pieces
 65782 | Zig:1    | Entered Level 1 of a ziggurat
 65799 | Zig:2    | Entered Level 2 of a ziggurat
 65800 | Zig:2    | Noticed a shard shrike
 65806 | Zig:2    | Killed a shard shrike
 65825 | Zig:2    | Got an encrusted mace
 65899 | Zig:3    | Entered Level 3 of a ziggurat
 65900 | Zig:3    | Noticed Emello the pandemonium lord
 65907 | Zig:3    | Killed Emello the pandemonium lord
 65995 | Zig:4    | Entered Level 4 of a ziggurat
 66013 | Zig:4    | Got a glittering steel amulet
 66030 | Zig:5    | Entered Level 5 of a ziggurat
 66036 | Zig:5    | Found the ring of the Octopus King
 66053 | Zig:5    | Got a clouded graven amulet
 66055 | Zig:5    | Got a scintillating wooden ring
 66059 | Zig:5    | Got a ring of the Octopus King
 66067 | Zig:5    | Got a scorched trident
 66078 | Zig:6    | Entered Level 6 of a ziggurat
 66087 | Zig:6    | Reached skill level 27 in Earth Magic
 66134 | Zig:7    | Entered Level 7 of a ziggurat
 66224 | Zig:7    | Identified the cursed +2 mace "Ugowk" {vorpal, Will+ Str+3
                  | Int+2 SInv} (You found it on level 2 of a ziggurat)
 66235 | Zig:7    | Identified the amulet "Maurus" {Regen+ Str+4 Slay+2} (You
                  | found it on level 4 of a ziggurat)
 66242 | Zig:7    | Got a tattered robe
 66255 | Zig:7    | Identified the +2 robe of Wisdom {rPois rC+} (You found it
                  | on level 7 of a ziggurat)
 66258 | Zig:7    | Identified the cursed +1 trident "Etongot" {chaos, rElec
                  | rPois} (You found it on level 5 of a ziggurat)
 66277 | Zig:7    | Identified the amulet of Mubetuote {Spirit *Contam rN++
                  | Int+6} (You found it on level 5 of a ziggurat)
 66288 | Zig:7    | Identified the ring "Bofair" {AC+4 Str+3 Dex+10 SInv
                  | Stlth-} (You found it on level 5 of a ziggurat)
 66289 | Zig:7    | Identified a ring of the Octopus King {MP+9 AC+1 EV+1 Str+1
                  | Int+1 Dex+1} (You found it on level 5 of a ziggurat)
 66325 | Zig:8    | Entered Level 8 of a ziggurat
 66380 | Zig:8    | Got a sparkling lapis lazuli ring
 66381 | Zig:8    | Identified the Tome of Harmful Venom
 66395 | Zig:9    | Entered Level 9 of a ziggurat
 66401 | Zig:9    | Noticed Queggede the pandemonium lord
 66404 | Zig:9    | Found the amulet of the Air {Inacc +Fly rElec EV+5 RMsl}
 66412 | Zig:9    | Killed Queggede the pandemonium lord
 66526 | Zig:9    | Identified the cursed ring of Mukoad {+Fly AC-4 Str+4} (You
                  | found it on level 8 of a ziggurat)
 66591 | Zig:10   | Entered Level 10 of a ziggurat
 66605 | Zig:10   | Reached skill level 1 in Evocations
 66699 | Zig:11   | Entered Level 11 of a ziggurat
 66710 | Zig:11   | Reached skill level 5 in Stealth
 66765 | Zig:11   | Identified the Collected Works on Conjuration
 66774 | Zig:11   | Identified the Tome of Shifting Execration
 66849 | Zig:12   | Entered Level 12 of a ziggurat
 66859 | Zig:12   | Noticed a royal mummy
 66859 | Zig:12   | Noticed a royal mummy
 66861 | Zig:12   | Noticed a royal mummy
 66862 | Zig:12   | Noticed a royal mummy
 66866 | Zig:12   | Killed a royal mummy
 66867 | Zig:12   | Reached skill level 5 in Evocations
 66868 | Zig:12   | Killed a royal mummy
 66868 | Zig:12   | Killed a royal mummy
 66868 | Zig:12   | Killed a royal mummy
 66922 | Zig:12   | Identified the Guide on Freezing Heat
 66953 | Zig:12   | Got a brightly glowing demon blade
 66957 | Zig:12   | Identified the +3 demon blade "Paoshog" {vamp, Int+4} (You
                  | found it on level 12 of a ziggurat)
 66967 | Zig:13   | Entered Level 13 of a ziggurat
 67096 | Zig:13   | Got an ichor-stained trident
 67101 | Zig:14   | Entered Level 14 of a ziggurat
 67111 | Zig:14   | Noticed a royal mummy
 67112 | Zig:14   | Noticed a royal mummy
 67112 | Zig:14   | Noticed a royal mummy
 67116 | Zig:14   | Noticed a royal mummy
 67116 | Zig:14   | Noticed a royal mummy
 67118 | Zig:14   | Killed a royal mummy
 67118 | Zig:14   | Killed a royal mummy
 67118 | Zig:14   | Killed a royal mummy
 67120 | Zig:14   | Killed a royal mummy
 67120 | Zig:14   | Killed a royal mummy
 67121 | Zig:14   | Reached skill level 10 in Stealth
 67212 | Zig:14   | Identified Ifobeogi's Guide on Venom and Confrontation
 67257 | Zig:14   | Got a warped scale mail
 67264 | Zig:14   | Identified the +8 trident of Anxiety {elec, rElec} (You
                  | found it on level 13 of a ziggurat)
 67277 | Zig:14   | Identified the +1 scale mail of Paekoah {rElec} (You found
                  | it on level 14 of a ziggurat)
 67302 | Zig:14   | Got a faintly glowing great sword
 67305 | Zig:14   | Got a crude plate armour
 67311 | Zig:14   | Got a steaming trident
 67313 | Zig:14   | Identified the +10 trident "Sath" {holy, rPois rF+} (You
                  | found it on level 14 of a ziggurat)
 67318 | Zig:14   | Identified the cursed +1 great sword "Conservator" {freeze,
                  | Int+2 Stlth+} (You found it on level 14 of a ziggurat)
 67329 | Zig:14   | Identified the cursed +0 plate armour of Disappointment
                  | {rElec rF+ Slay-4} (You found it on level 14 of a ziggurat)
 67381 | Zig:15   | Entered Level 15 of a ziggurat
 67509 | Zig:16   | Entered Level 16 of a ziggurat
 67522 | Zig:16   | Noticed a royal mummy
 67524 | Zig:16   | Noticed a royal mummy
 67525 | Zig:16   | Noticed a royal mummy
 67526 | Zig:16   | Noticed a royal mummy
 67527 | Zig:16   | Killed a royal mummy
 67527 | Zig:16   | Noticed a royal mummy
 67528 | Zig:16   | Reached skill level 15 in Dodging
 67530 | Zig:16   | Killed a royal mummy
 67530 | Zig:16   | Killed a royal mummy
 67530 | Zig:16   | Killed a royal mummy
 67537 | Zig:16   | Killed a royal mummy
 67601 | Zig:16   | Identified Woratu's Disquisition on the Flamy Compass
 67670 | Zig:16   | Got a bloodstained ring mail
 67672 | Zig:16   | Got a blackened plate armour
 67675 | Zig:16   | Got a silken robe
 67680 | Zig:16   | Got a fading quarterstaff
 67687 | Zig:16   | Identified the +5 quarterstaff of Ydin Bae {protect, +Inv
                  | rElec Will- Int+5} (You found it on level 16 of a ziggurat)
 67691 | Zig:16   | Got a black opal-studded scale mail
 67705 | Zig:16   | Identified the cursed +1 ring mail "Wuvyts" {Will++ Str+4}
                  | (You found it on level 16 of a ziggurat)
 67718 | Zig:16   | Identified the +6 plate armour "Xomoloqa" {Dex+3} (You
                  | found it on level 16 of a ziggurat)
 67730 | Zig:16   | Identified the +1 robe "Ninopn" {rPois Dex+7} (You found it
                  | on level 16 of a ziggurat)
 67742 | Zig:16   | Identified the +9 scale mail "Estriull" {rPois rF- Will+
                  | Int+2} (You found it on level 16 of a ziggurat)
 67768 | Zig:17   | Entered Level 17 of a ziggurat
 67865 | Zig:17   | Reached skill level 10 in Evocations
 68111 | Zig:17   | Found the +3 Elemental Staff {rElec rF++ rC++ Will++ AC+5}
 68155 | Zig:17   | Got an ichor-stained ring mail
 68176 | Zig:17   | Identified the +4 ring mail of the Catfish {rF- rCorr
                  | Slay+6} (You found it on level 17 of a ziggurat)
 68200 | Zig:17   | Learned a level 5 spell: Bolt of Magma
 68209 | Zig:17   | Learned a level 8 spell: Lehudib's Crystal Spear
 68221 | Zig:18   | Entered Level 18 of a ziggurat
 68329 | Zig:18   | Got a coiled crystal amulet
 68359 | Zig:18   | Identified the Reference Book on Damaging Transmigration
 68368 | Zig:18   | Got a warped pewter amulet
 68369 | Zig:18   | Identified Rirar's Disquisition on the Supportive Volcanoes
 68371 | Zig:18   | Identified the Guide on Blistering Black Rituals
 68409 | Zig:18   | Identified the amulet of Jubruh {rElec rF++ rN+ Regen+
                  | Dex-3} (You found it on level 18 of a ziggurat)
 68411 | Zig:18   | Identified the amulet of Inovir {Inacc rPois rF++ rC-
                  | Dex+3} (You found it on level 18 of a ziggurat)
 68417 | Zig:18   | Got an encrusted scimitar
 68418 | Zig:18   | Identified the +1 scimitar of Defiance {vorpal, *Contam
                  | rElec rPois Will- Stlth+} (You found it on level 18 of a
                  | ziggurat)
 68434 | Zig:19   | Entered Level 19 of a ziggurat
 68655 | Zig:19   | Identified Katu's Advanced Steps in Thaumaturgy
 68697 | Zig:19   | Got a polished broad axe
 68708 | Zig:19   | Identified the cursed +1 broad axe "Tufauq" {drain, Dex+2}
                  | (You found it on level 19 of a ziggurat)
 68724 | Zig:20   | Entered Level 20 of a ziggurat
 68739 | Zig:20   | Noticed a royal mummy
 68754 | Zig:20   | Reached skill level 1 in Staves
 68772 | Zig:20   | Noticed a royal mummy
 68773 | Zig:20   | Noticed a royal mummy
 68778 | Zig:20   | Killed a royal mummy
 68779 | Zig:20   | Noticed a royal mummy
 68779 | Zig:20   | Noticed a royal mummy
 68782 | Zig:20   | Noticed a royal mummy
 68790 | Zig:20   | Killed a royal mummy
 68793 | Zig:20   | Killed a royal mummy
 68794 | Zig:20   | Reached skill level 5 in Staves
 68795 | Zig:20   | Killed a royal mummy
 68795 | Zig:20   | Killed a royal mummy
 68797 | Zig:20   | Killed a royal mummy
 68963 | Zig:20   | Found the +9 sword of Zonguldrok {reap}
 68990 | Zig:20   | Got a shimmering lead ring
 68991 | Zig:20   | Identified the ring "Leudeur" {Will+ Str+6} (You found it
                  | on level 20 of a ziggurat)
 68993 | Zig:20   | Identified the Papyrus of Black Secrets and Air
 69051 | Zig:21   | Entered Level 21 of a ziggurat
 69066 | Zig:21   | Noticed a royal mummy
 69067 | Zig:21   | Noticed a royal mummy
 69069 | Zig:21   | Noticed a royal mummy
 69069 | Zig:21   | Noticed a royal mummy
 69071 | Zig:21   | Noticed a royal mummy
 69071 | Zig:21   | Noticed a royal mummy
 69073 | Zig:21   | Noticed a royal mummy
 69076 | Zig:21   | Killed a royal mummy
 69076 | Zig:21   | Noticed a royal mummy
 69077 | Zig:21   | Reached skill level 10 in Staves
 69077 | Zig:21   | Reached skill level 5 in Fire Magic
 69077 | Zig:21   | Killed a royal mummy
 69079 | Zig:21   | Killed a royal mummy
 69079 | Zig:21   | Noticed a royal mummy
 69085 | Zig:21   | Killed a royal mummy
 69085 | Zig:21   | Killed a royal mummy
 69088 | Zig:21   | Killed a royal mummy
 69088 | Zig:21   | Killed a royal mummy
 69088 | Zig:21   | Killed a royal mummy
 69088 | Zig:21   | Killed a royal mummy
 69089 | Zig:21   | Reached skill level 10 in Fire Magic
 69110 | Zig:21   | Found the +2 ratskin cloak {*Rats rPois rN+ Str-1 Int-1
                  | Dex+1}
 69336 | Zig:22   | Entered Level 22 of a ziggurat
 69802 | Zig:22   | Reached skill level 15 in Staves
 69821 | Zig:22   | Got a heavily runed golden ring
 69825 | Zig:22   | Identified Sif Muna's Catalogue of the Enthralling Voyage
 69861 | Zig:22   | Identified the ring "Bobit" {AC+4 Int+4} (You found it on
                  | level 22 of a ziggurat)
 69866 | Zig:22   | Acquired a manual of Staves
 69890 | Zig:23   | Entered Level 23 of a ziggurat
 69907 | Zig:23   | Noticed an ancient lich
 69915 | Zig:23   | Noticed an ancient lich
 69916 | Zig:23   | Noticed an ancient lich
 69917 | Zig:23   | Noticed an ancient lich
 69917 | Zig:23   | Noticed an ancient lich
 69917 | Zig:23   | Noticed an ancient lich
 69918 | Zig:23   | Noticed an ancient lich
 69918 | Zig:23   | Killed an ancient lich
 69918 | Zig:23   | Noticed an ancient lich
 69919 | Zig:23   | Killed an ancient lich
 69919 | Zig:23   | Killed an ancient lich
 69919 | Zig:23   | Killed an ancient lich
 69919 | Zig:23   | Killed an ancient lich
 69919 | Zig:23   | Killed an ancient lich
 69919 | Zig:23   | Killed an ancient lich
 69928 | Zig:23   | Found the cursed necklace of Bloodlust {*Rage +Rage Will++
                  | Int-3 Slay+6 *Curse}
 70022 | Zig:23   | Got a clouded pewter ring
 70120 | Zig:23   | Identified the ring of Zeug {rF+ rC+ Will+ SInv} (You found
                  | it on level 23 of a ziggurat)
 70137 | Zig:24   | Entered Level 24 of a ziggurat
 70368 | Zig:24   | Got a steaming golden ring
 70417 | Zig:24   | Identified the cursed ring "Xefeuxt" {rF+ AC-4} (You found
                  | it on level 24 of a ziggurat)
 70422 | Zig:24   | Got a pair of dazzling boots
 70433 | Zig:24   | Identified the +0 pair of boots "Fotou" {rC- Str+8} (You
                  | found it on level 24 of a ziggurat)
 70455 | Zig:25   | Entered Level 25 of a ziggurat
 70740 | Zig:25   | Found the brooch of Shielding {Spirit SH+8}
 70906 | Zig:25   | Got an ancient wooden ring
 70910 | Zig:25   | Identified Eruup's Incunabulum of Cold
 70913 | Zig:25   | Got a heavily runed bronze ring
 70953 | Zig:25   | Identified the ring of Ymou {Fire Dex+4} (You found it on
                  | level 25 of a ziggurat)
 70956 | Zig:25   | Identified the ring "Xoureuxacli" {+Inv Str+4 Int+6} (You
                  | found it on level 25 of a ziggurat)
 70962 | Zig:25   | Got a pitted triple sword
 70963 | Zig:25   | Identified the +7 triple sword "Lafuraj" {holy, rN++ Will+
                  | Int-4} (You found it on level 25 of a ziggurat)
 70995 | Zig:25   | Learned a level 9 spell: Death's Door
 71012 | Zig:26   | Entered Level 26 of a ziggurat
 71244 | Zig:26   | Reached skill level 10 in Maces & Flails
 71251 | Zig:27   | Entered Level 27 of a ziggurat
 71270 | Zig:27   | Noticed an ancient lich
 71272 | Zig:27   | Noticed an ancient lich
 71277 | Zig:27   | Killed an ancient lich
 71278 | Zig:27   | Killed an ancient lich
 71280 | Zig:27   | Noticed an ancient lich
 71286 | Zig:27   | Killed an ancient lich
 71396 | Zig:27   | Got a shimmering emerald amulet
 71398 | Zig:27   | Got a fine golden ring
 71405 | Zig:27   | Identified the amulet of Reimbursement {Spirit +Inv rF+ rN+
                  | Int+3} (You found it on level 27 of a ziggurat)
 71407 | Zig:27   | Identified the ring of Riheibb {SInv Stlth+} (You found it
                  | on level 27 of a ziggurat)
 71421 | Zig:27   | Got a bound brass ring
 71525 | Zig:27   | Identified the ring "Amaemp Lohu" {*Tele rPois Will+
                  | Stlth-} (You found it on level 27 of a ziggurat)
 71618 | Zig:1    | Entered Level 1 of a ziggurat
 71644 | Zig:2    | Entered Level 2 of a ziggurat
 71683 | Zig:3    | Entered Level 3 of a ziggurat
 71769 | Zig:4    | Entered Level 4 of a ziggurat
 71779 | Zig:4    | Reached skill level 1 in Throwing
 71847 | Zig:4    | Identified Kaqiol's Grimoire of Weightlessness and Blows
                  | and Bruises
 71870 | Zig:5    | Entered Level 5 of a ziggurat
 71894 | Zig:5    | Identified the Collected Works on Shifting Fire
 71919 | Zig:6    | Entered Level 6 of a ziggurat
 72001 | Zig:7    | Entered Level 7 of a ziggurat
 72040 | Zig:7    | Identified Puujiap's Handbook of the Noxious Frostbite
 72065 | Zig:8    | Entered Level 8 of a ziggurat
 72155 | Zig:9    | Entered Level 9 of a ziggurat
 72168 | Zig:9    | Reached skill level 1 in Axes
 72272 | Zig:10   | Entered Level 10 of a ziggurat
 72337 | Zig:10   | Identified Weiggim's Grimoire of Freezing Transmigration
 72389 | Zig:11   | Entered Level 11 of a ziggurat
 72394 | Zig:11   | Noticed a Killer Klown
 72395 | Zig:11   | Noticed a Killer Klown
 72396 | Zig:11   | Noticed Utineir the pandemonium lord
 72417 | Zig:11   | Killed a Killer Klown
 72417 | Zig:11   | Noticed Neeg the pandemonium lord
 72425 | Zig:11   | Killed Neeg the pandemonium lord
 72432 | Zig:11   | Killed Utineir the pandemonium lord
 72437 | Zig:11   | Noticed Dokotof the pandemonium lord
 72445 | Zig:11   | Killed Dokotof the pandemonium lord
 72473 | Zig:11   | Killed a Killer Klown
 72530 | Zig:11   | Found the +8 storm bow {elec, penet}
 72577 | Zig:12   | Entered Level 12 of a ziggurat
 72592 | Zig:12   | Reached skill level 5 in Axes
 72708 | Zig:13   | Entered Level 13 of a ziggurat
 72726 | Zig:13   | Reached skill level 5 in Throwing
 72760 | Zig:13   | Got a scorched marble ring
 72770 | Zig:13   | Got a fine jade ring
 72834 | Zig:13   | Got a jewelled triple sword
 72836 | Zig:13   | Identified the +8 triple sword of Dominance {freeze, Dex+2}
                  | (You found it on level 13 of a ziggurat)
 72843 | Zig:14   | Entered Level 14 of a ziggurat
 72856 | Zig:14   | Noticed a shard shrike
 72856 | Zig:14   | Noticed a shard shrike
 72857 | Zig:14   | Noticed a shard shrike
 72858 | Zig:14   | Noticed a shard shrike
 72858 | Zig:14   | Noticed a shard shrike
 72861 | Zig:14   | Killed a shard shrike
 72863 | Zig:14   | Reached skill level 15 in Evocations
 72866 | Zig:14   | Killed a shard shrike
 72866 | Zig:14   | Killed a shard shrike
 72868 | Zig:14   | Killed a shard shrike
 72882 | Zig:14   | Killed a shard shrike
 72969 | Zig:14   | Got a crude brass ring
 72977 | Zig:14   | Identified Biba's Almanac of Unholy Attacks
 73040 | Zig:15   | Entered Level 15 of a ziggurat
 73063 | Zig:15   | Identified the ring "Gamiphuu" {*Corrode rElec rF+ Int+3
                  | SInv} (You found it on level 13 of a ziggurat)
 73066 | Zig:15   | Identified the ring of the Eagle {rPois Int+5} (You found
                  | it on level 13 of a ziggurat)
 73068 | Zig:15   | Identified the ring "Ysimytan" {rElec rF+ rN+ Will++ Str-3}
                  | (You found it on level 14 of a ziggurat)
 73074 | Zig:15   | Acquired the +4 pair of boots of Elitism {rElec Will+
                  | Str-5}
 73309 | Zig:15   | Identified the Grimoire of the Entourage and Unholy Secrets
 73374 | Zig:16   | Entered Level 16 of a ziggurat
 73394 | Zig:16   | Reached skill level 10 in Axes
 73402 | Zig:16   | Reached skill level 10 in Conjurations
 73500 | Zig:16   | Got a wavering bronze ring
 73561 | Zig:17   | Entered Level 17 of a ziggurat
 73648 | Zig:17   | Got an ancient bronze ring
 73654 | Zig:17   | Got a smoking copper ring
 73730 | Zig:18   | Entered Level 18 of a ziggurat
 73744 | Zig:18   | Noticed an ancient lich
 73746 | Zig:18   | Noticed an ancient lich
 73749 | Zig:18   | Found the amulet of Vitality {Regen+ HP+15}
 73749 | Zig:18   | Killed an ancient lich
 73750 | Zig:18   | Reached skill level 15 in Fighting
 73750 | Zig:18   | Killed an ancient lich
 73761 | Zig:18   | Noticed an ancient lich
 73767 | Zig:18   | Killed an ancient lich
 73884 | Zig:18   | Identified the Guide on Weightlessness and the Voyage
 73887 | Zig:18   | Identified the Incunabulum of Fetching Poison
 73898 | Zig:18   | Identified the ring of Vewki {Str+4 Int+6} (You found it on
                  | level 16 of a ziggurat)
 73901 | Zig:18   | Identified the ring of Xom's Best Wishes {Str+6 Int+2
                  | Dex+2} (You found it on level 17 of a ziggurat)
 73904 | Zig:18   | Identified the ring of Ifoasiat {rN+ rCorr Str-4 Dex+4}
                  | (You found it on level 17 of a ziggurat)
 73911 | Zig:18   | Got a shimmering silver ring
 73913 | Zig:18   | Identified the ring of Meodaka {Will+ Stlth-} (You found it
                  | on level 18 of a ziggurat)
 73987 | Zig:19   | Entered Level 19 of a ziggurat
 73991 | Zig:19   | Noticed an ancient lich
 74001 | Zig:19   | Noticed a shard shrike
 74003 | Zig:19   | Killed an ancient lich
 74012 | Zig:19   | Killed a shard shrike
 74019 | Zig:19   | Noticed a shard shrike
 74031 | Zig:19   | Killed a shard shrike
 74153 | Zig:19   | Identified the Grimoire of Weightlessness
 74224 | Zig:20   | Entered Level 20 of a ziggurat
 74247 | Zig:20   | Noticed Jutar the pandemonium lord
 74250 | Zig:20   | Reached skill level 15 in Stealth
 74252 | Zig:20   | Killed Jutar the pandemonium lord
 74428 | Zig:21   | Entered Level 21 of a ziggurat
 74557 | Zig:21   | Got a wavering tin ring
 74563 | Zig:21   | Identified the Guide on Gliding Ice
 74567 | Zig:21   | Got a wavering iron ring
 74570 | Zig:21   | Identified the Disquisition on Intoxication
 74588 | Zig:21   | Identified the cursed ring "Niam" {rElec AC-4 Str+9 Int-4
                  | Stlth-} (You found it on level 21 of a ziggurat)
 74591 | Zig:21   | Identified the ring "Gotaceun" {rN+ Will+ Stlth+} (You
                  | found it on level 21 of a ziggurat)
 74694 | Zig:22   | Entered Level 22 of a ziggurat
 75093 | Zig:22   | Found the +8 demon trident "Rift" {distort, reach+}
 75103 | Zig:22   | Got a brightly glowing turquoise ring
 75105 | Zig:22   | Got a twitching platinum ring
 75113 | Zig:22   | Got a scorched garnet amulet
 75124 | Zig:22   | Identified the ring of the Wild Haggis {*Corrode rPois rN+
                  | MP+9 Dex+4} (You found it on level 22 of a ziggurat)
 75127 | Zig:22   | Identified the ring "Vos Defi" {*Drain rF+ Str+6 Int+3
                  | Dex+2} (You found it on level 22 of a ziggurat)
 75130 | Zig:22   | Identified the amulet of Zyigowon {+Inv rN++ Will- Regen+
                  | SInv} (You found it on level 22 of a ziggurat)
 75166 | Zig:23   | Entered Level 23 of a ziggurat
 75182 | Zig:23   | Noticed an ancient lich
 75185 | Zig:23   | Noticed an ancient lich
 75185 | Zig:23   | Noticed an ancient lich
 75186 | Zig:23   | Noticed an ancient lich
 75187 | Zig:23   | Killed an ancient lich
 75187 | Zig:23   | Killed an ancient lich
 75187 | Zig:23   | Killed an ancient lich
 75188 | Zig:23   | Reached skill level 27 in Necromancy
 75191 | Zig:23   | Killed an ancient lich
 75245 | Zig:23   | Got a bound brass amulet
 75251 | Zig:23   | Got a brightly glowing lead ring
 75259 | Zig:23   | Got a flickering bronze amulet
 75404 | Zig:24   | Entered Level 24 of a ziggurat
 75418 | Zig:24   | Noticed a shard shrike
 75421 | Zig:24   | Noticed a shard shrike
 75421 | Zig:24   | Noticed a shard shrike
 75422 | Zig:24   | Noticed a shard shrike
 75422 | Zig:24   | Noticed a shard shrike
 75423 | Zig:24   | Noticed a shard shrike
 75425 | Zig:24   | Killed a shard shrike
 75425 | Zig:24   | Killed a shard shrike
 75426 | Zig:24   | Noticed a shard shrike
 75427 | Zig:24   | Noticed a shard shrike
 75427 | Zig:24   | Noticed a shard shrike
 75430 | Zig:24   | Killed a shard shrike
 75430 | Zig:24   | Killed a shard shrike
 75431 | Zig:24   | Killed a shard shrike
 75436 | Zig:24   | Killed a shard shrike
 75437 | Zig:24   | Reached skill level 27 in Spellcasting
 75449 | Zig:24   | Killed a shard shrike
 75452 | Zig:24   | Killed a shard shrike
 75455 | Zig:24   | Killed a shard shrike
 75546 | Zig:24   | Found the +10 dark maul {vorpal}
 75599 | Zig:24   | Identified the Handbook of Attacks and Venom
 75606 | Zig:24   | Identified the amulet "Uxaesm" {Spirit Str+3} (You found it
                  | on level 23 of a ziggurat)
 75609 | Zig:24   | Identified the ring of Red Wine {rC+ Stlth-} (You found it
                  | on level 23 of a ziggurat)
 75612 | Zig:24   | Identified the amulet "Asufron" {Inacc Str+4 Dex+2} (You
                  | found it on level 23 of a ziggurat)
 75715 | Zig:25   | Entered Level 25 of a ziggurat
 75945 | Zig:25   | Got a pitted marble ring
 75952 | Zig:25   | Identified the ring of Untruth {rPois Str+8 Int+6 Dex-2}
                  | (You found it on level 25 of a ziggurat)
 75971 | Zig:25   | Got a scintillating steel ring
 75977 | Zig:25   | Got a scintillating turquoise ring
 76051 | Zig:25   | Identified the ring "Amakkex" {rElec MP+9 Int+2 Dex+2} (You
                  | found it on level 25 of a ziggurat)
 76054 | Zig:25   | Identified the ring of Sloth {+Fly Str+3} (You found it on
                  | level 25 of a ziggurat)
 76066 | Zig:26   | Entered Level 26 of a ziggurat
 76102 | Zig:26   | Reached skill level 15 in Conjurations
 76453 | Zig:26   | Identified the Collected Works on Clay and Weightlessness
 76460 | Zig:26   | Got a smoking lead ring
 76510 | Zig:26   | Got a heavily runed ruby amulet
 76512 | Zig:26   | Got an ancient granite ring
 76596 | Zig:26   | Identified the ring of Luzoczon {+Fly Str+3} (You found it
                  | on level 26 of a ziggurat)
 76598 | Zig:26   | Identified the amulet of Ypiwiest {Spirit rElec rPois rF-}
                  | (You found it on level 26 of a ziggurat)
 76600 | Zig:26   | Identified the ring "Was Ydoe" {rF+ Will+ rCorr} (You found
                  | it on level 26 of a ziggurat)
 76606 | Zig:26   | Acquired a manual of Ice Magic
 76616 | Zig:27   | Entered Level 27 of a ziggurat
 76634 | Zig:27   | Noticed a shard shrike
 76635 | Zig:27   | Noticed a shard shrike
 76638 | Zig:27   | Noticed a shard shrike
 76638 | Zig:27   | Noticed a shard shrike
 76639 | Zig:27   | Noticed a shard shrike
 76642 | Zig:27   | Killed a shard shrike
 76643 | Zig:27   | Reached skill level 10 in Ice Magic
 76648 | Zig:27   | Noticed a shard shrike
 76650 | Zig:27   | Killed a shard shrike
 76660 | Zig:27   | Killed a shard shrike
 76661 | Zig:27   | Killed a shard shrike
 76664 | Zig:27   | Killed a shard shrike
 76668 | Zig:27   | Killed a shard shrike
 76713 | Zig:27   | Found the +8 arc blade {discharge, rElec}
 76767 | Zig:27   | Identified Maryfaal's Tome of Execration and Confrontation
 77013 | Tomb:3   | Acquired 1156 gold pieces
 77614 | D:1      | Learned a level 9 spell: Tornado
 77624 | D:1      | Learned a level 8 spell: Chain Lightning
 77634 | D:1      | Learned a level 9 spell: Fire Storm
 77635 | Zig:1    | Entered Level 1 of a ziggurat
 77635 | Zig:1    | Noticed Rekk the pandemonium lord
 77645 | Zig:1    | Killed Rekk the pandemonium lord
 77662 | Zig:2    | Entered Level 2 of a ziggurat
 77690 | Zig:3    | Entered Level 3 of a ziggurat
 77693 | Zig:3    | Reached skill level 5 in Air Magic
 77716 | Zig:4    | Entered Level 4 of a ziggurat
 77761 | Zig:5    | Entered Level 5 of a ziggurat
 77790 | Zig:5    | Got an ancient tin ring
 77810 | Zig:5    | Got a jewelled crystal plate armour
 77827 | Zig:5    | Identified the +3 crystal plate armour of Rinis {rElec
                  | Str+3 Dex+4} (You found it on level 5 of a ziggurat)
 77838 | Zig:5    | Identified the ring of Darkness {*Corrode *Drain rN+ Str+3
                  | Int+5} (You found it on level 5 of a ziggurat)
 77843 | Zig:6    | Entered Level 6 of a ziggurat
 77849 | Zig:6    | Found the +7 sceptre of Torment {pain, torment}
 77908 | Zig:6    | Got a pair of glimmering boots
 77920 | Zig:6    | Identified the cursed +0 pair of boots of Pantheism {*Drain
                  | Str+2 Int+4} (You found it on level 6 of a ziggurat)
 77935 | Zig:7    | Entered Level 7 of a ziggurat
 77948 | Zig:7    | Reached skill level 10 in Air Magic
 77984 | Zig:7    | Identified Unyizays's Guide on Floating Transmigration
 78020 | Zig:8    | Entered Level 8 of a ziggurat
 78029 | Zig:8    | Noticed Haffev the pandemonium lord
 78039 | Zig:8    | Killed Haffev the pandemonium lord
 78096 | Zig:8    | Identified Sif Muna's Tome of Fire and Moulding
 78132 | Zig:9    | Entered Level 9 of a ziggurat
 78139 | Zig:9    | Noticed a juggernaut
 78146 | Zig:9    | Killed a juggernaut
 78177 | Zig:9    | Identified the Reference Book on Intoxication and
                  | Displacement
 78207 | Zig:9    | Identified Ybistuge's Reference Book on Flamy Poison
 78262 | Zig:10   | Entered Level 10 of a ziggurat
 78278 | Zig:10   | Found the +6 shillelagh "Devastator" {shatter}
 78404 | Zig:10   | Got smoking gold dragon scales
 78415 | Zig:10   | Identified the cursed +0 gold dragon scales of Teafrai
                  | {rElec rPois rF+ rC+ rCorr Dex+4 Slay-6} (You found it on
                  | level 10 of a ziggurat)
 78427 | Zig:11   | Entered Level 11 of a ziggurat
 78431 | Zig:11   | Noticed a juggernaut
 78433 | Zig:11   | Noticed a juggernaut
 78434 | Zig:11   | Noticed a juggernaut
 78436 | Zig:11   | Noticed a juggernaut
 78439 | Zig:11   | Killed a juggernaut
 78439 | Zig:11   | Killed a juggernaut
 78440 | Zig:11   | Killed a juggernaut
 78440 | Zig:11   | Killed a juggernaut
 78441 | Zig:11   | Reached skill level 15 in Air Magic
 78471 | Zig:11   | Found the +3 giant club "Skullcrusher" {speed, Str+7}
 78573 | Zig:12   | Entered Level 12 of a ziggurat
 78768 | Zig:13   | Entered Level 13 of a ziggurat
 78780 | Zig:13   | Noticed a shard shrike
 78782 | Zig:13   | Found the +2 shield of Resistance {rF++ rC++ Will++}
 78782 | Zig:13   | Noticed a shard shrike
 78783 | Zig:13   | Noticed a shard shrike
 78783 | Zig:13   | Noticed a shard shrike
 78785 | Zig:13   | Killed a shard shrike
 78786 | Zig:13   | Killed a shard shrike
 78787 | Zig:13   | Killed a shard shrike
 78787 | Zig:13   | Killed a shard shrike
 78864 | Zig:13   | Got a shimmering pewter ring
 78928 | Zig:14   | Entered Level 14 of a ziggurat
 78940 | Zig:14   | Noticed a royal mummy
 78941 | Zig:14   | Noticed a royal mummy
 78943 | Zig:14   | Noticed a royal mummy
 78949 | Zig:14   | Noticed a royal mummy
 78949 | Zig:14   | Noticed a royal mummy
 78949 | Zig:14   | Noticed a royal mummy
 78951 | Zig:14   | Found the +9 heavy crossbow "Sniper" {vorpal, Acc+∞ SInv}
 78952 | Zig:14   | Killed a royal mummy
 78952 | Zig:14   | Killed a royal mummy
 78953 | Zig:14   | Killed a royal mummy
 78953 | Zig:14   | Killed a royal mummy
 78953 | Zig:14   | Killed a royal mummy
 78964 | Zig:14   | Killed a royal mummy
 79157 | Zig:15   | Entered Level 15 of a ziggurat
 79165 | Zig:15   | Noticed Lisorong the pandemonium lord
 79165 | Zig:15   | Noticed Wona the pandemonium lord
 79180 | Zig:15   | Killed Lisorong the pandemonium lord
 79183 | Zig:15   | Noticed a Killer Klown
 79186 | Zig:15   | Killed Wona the pandemonium lord
 79189 | Zig:15   | Noticed a Killer Klown
 79191 | Zig:15   | Noticed Uxzy the pandemonium lord
 79194 | Zig:15   | Killed a Killer Klown
 79197 | Zig:15   | Killed a Killer Klown
 79201 | Zig:15   | Noticed Tumen the pandemonium lord
 79201 | Zig:15   | Noticed Lubb the pandemonium lord
 79201 | Zig:15   | Noticed a Killer Klown
 79203 | Zig:15   | Noticed Vyahoo the pandemonium lord
 79203 | Zig:15   | Killed Uxzy the pandemonium lord
 79205 | Zig:15   | Noticed a Killer Klown
 79206 | Zig:15   | Noticed Jam Ber the pandemonium lord
 79207 | Zig:15   | Killed a Killer Klown
 79207 | Zig:15   | Noticed Mogeupiny the pandemonium lord
 79209 | Zig:15   | Killed Vyahoo the pandemonium lord
 79211 | Zig:15   | Noticed Bucasmag the pandemonium lord
 79213 | Zig:15   | Killed Lubb the pandemonium lord
 79214 | Zig:15   | Noticed a Killer Klown
 79214 | Zig:15   | Noticed a Killer Klown
 79215 | Zig:15   | Killed a Killer Klown
 79215 | Zig:15   | Noticed a Killer Klown
 79218 | Zig:15   | Noticed a Killer Klown
 79219 | Zig:15   | Killed Tumen the pandemonium lord
 79219 | Zig:15   | Noticed Ravococw the pandemonium lord
 79221 | Zig:15   | Killed a Killer Klown
 79228 | Zig:15   | Killed Mogeupiny the pandemonium lord
 79228 | Zig:15   | Killed Ravococw the pandemonium lord
 79228 | Zig:15   | Killed a Killer Klown
 79228 | Zig:15   | Killed a Killer Klown
 79231 | Zig:15   | Noticed Husu the pandemonium lord
 79233 | Zig:15   | Noticed a Killer Klown
 79237 | Zig:15   | Killed Bucasmag the pandemonium lord
 79242 | Zig:15   | Killed Husu the pandemonium lord
 79243 | Zig:15   | Killed Jam Ber the pandemonium lord
 79245 | Zig:15   | Killed a Killer Klown
 79399 | Zig:15   | Found the ring of Shadows {Umbra +Inv Stlth+}
 79400 | Zig:15   | Found the +4 Cigotuvi's embrace {rMiasma *Drain rN+}
 79471 | Zig:16   | Entered Level 16 of a ziggurat
 79480 | Zig:16   | Noticed a royal mummy
 79484 | Zig:16   | Noticed a royal mummy
 79484 | Zig:16   | Noticed a royal mummy
 79487 | Zig:16   | Noticed a royal mummy
 79487 | Zig:16   | Killed a royal mummy
 79488 | Zig:16   | Noticed a royal mummy
 79488 | Zig:16   | Noticed a royal mummy
 79488 | Zig:16   | Noticed a royal mummy
 79489 | Zig:16   | Noticed a royal mummy
 79489 | Zig:16   | Noticed a royal mummy
 79495 | Zig:16   | Killed a royal mummy
 79495 | Zig:16   | Killed a royal mummy
 79495 | Zig:16   | Killed a royal mummy
 79497 | Zig:16   | Killed a royal mummy
 79497 | Zig:16   | Killed a royal mummy
 79497 | Zig:16   | Killed a royal mummy
 79499 | Zig:16   | Killed a royal mummy
 79505 | Zig:16   | Killed a royal mummy
 79680 | Zig:16   | Identified Boenla's Reference Book on Warped Envenoming
 79687 | Zig:16   | Identified the Tome of Unstable Conjuration
 79690 | Zig:16   | Identified the Almanac of Mutagenic Combat Magic
 79756 | Zig:17   | Entered Level 17 of a ziggurat
 79837 | Zig:17   | Identified the Compendium of Contamination and Creation
 79839 | Zig:17   | Identified the ring "Pamyjusy" {Wiz rElec Int+4 Slay+2
                  | SInv} (You found it on level 13 of a ziggurat)
 79842 | Zig:17   | Acquired a manual of Ice Magic
 79862 | Zig:17   | Reached skill level 15 in Axes
 79864 | Zig:17   | Got a shimmering marble ring
 79867 | Zig:17   | Identified the ring "Jasi" {Fire rElec Str+4 Stlth+} (You
                  | found it on level 17 of a ziggurat)
 79917 | Zig:17   | Reached skill level 15 in Ice Magic
 79988 | Zig:18   | Entered Level 18 of a ziggurat
 80103 | Zig:18   | Got a twitching jade ring
 80217 | Zig:18   | Got polished pearl dragon scales
 80229 | Zig:18   | Identified the cursed +0 pearl dragon scales of Goysu {Harm
                  | rN+} (You found it on level 18 of a ziggurat)
 80245 | Zig:18   | Identified the ring "Vugib" {+Inv SInv Stlth+} (You found
                  | it on level 18 of a ziggurat)
 80249 | Zig:19   | Entered Level 19 of a ziggurat
 80268 | Zig:19   | Noticed a juggernaut
 80270 | Zig:19   | Killed a juggernaut
 80270 | Zig:19   | Noticed a juggernaut
 80271 | Zig:19   | Noticed a juggernaut
 80275 | Zig:19   | Killed a juggernaut
 80280 | Zig:19   | Killed a juggernaut
 80608 | Zig:20   | Entered Level 20 of a ziggurat
 81026 | Zig:21   | Entered Level 21 of a ziggurat
 81250 | Zig:21   | Identified the Collected Works on Changing
 81259 | Zig:21   | Got a smoking bone ring
 81268 | Zig:21   | Got an ancient glass ring
 81344 | Zig:21   | Identified the ring "Wemoecau" {Str+5 Dex+6} (You found it
                  | on level 21 of a ziggurat)
 81347 | Zig:21   | Identified the ring "Natziell" {EV+4 Str+4 Dex+3} (You
                  | found it on level 21 of a ziggurat)
 81352 | Zig:21   | Got a bloodstained lajatang
 81356 | Zig:21   | Identified the +7 lajatang "Pendulum" {speed, rC+} (You
                  | found it on level 21 of a ziggurat)
 81389 | Zig:22   | Entered Level 22 of a ziggurat
 81413 | Zig:22   | Noticed MrChinwatt's ghost (legendary DsWn)
 81413 | Zig:22   | Noticed Qatinlae's ghost (veteran DEFE)
 81413 | Zig:22   | Noticed swap's ghost (legendary DEFE)
 81414 | Zig:22   | Noticed Haitsiopt's ghost (legendary DsGl)
 81414 | Zig:22   | Noticed Zenecom's ghost (legendary MiFi)
 81414 | Zig:22   | Noticed SevenDeadlySins's ghost (legendary DrCj)
 81414 | Zig:22   | Noticed Kucykkydd's ghost (legendary MiFi)
 81415 | Zig:22   | Noticed Pusocauss's ghost (legendary VSBe)
 81417 | Zig:22   | Noticed Xutext's ghost (adept DsAK)
 81417 | Zig:22   | Noticed Haitsiopt's ghost (legendary DsGl)
 81418 | Zig:22   | Reached skill level 5 in Polearms
 81419 | Zig:22   | Noticed heteroy's ghost (legendary DsHu)
 81419 | Zig:22   | Killed Qatinlae's ghost
 81437 | Zig:22   | Killed swap's ghost
 81438 | Zig:22   | Reached skill level 10 in Polearms
 81440 | Zig:22   | Killed MrChinwatt's ghost
 81441 | Zig:22   | Killed Xutext's ghost
 81450 | Zig:22   | Noticed Zoplarin's ghost (legendary BaSk)
 81459 | Zig:22   | Killed Haitsiopt's ghost
 81464 | Zig:22   | Noticed Nenig's ghost (legendary GnFi)
 81465 | Zig:22   | Noticed meatyocre's ghost (veteran TrFi)
 81468 | Zig:22   | Killed Pusocauss's ghost
 81470 | Zig:22   | Killed Haitsiopt's ghost
 81476 | Zig:22   | Killed SevenDeadlySins's ghost
 81476 | Zig:22   | Killed Zenecom's ghost
 81477 | Zig:22   | Killed Nenig's ghost
 81477 | Zig:22   | Killed Kucykkydd's ghost
 81477 | Zig:22   | Killed Zoplarin's ghost
 81478 | Zig:22   | Killed meatyocre's ghost
 81478 | Zig:22   | Noticed Kalug's ghost (legendary DrFi)
 81480 | Zig:22   | Killed Kalug's ghost
 81480 | Zig:22   | Noticed melllvar's ghost (legendary MiBe)
 81481 | Zig:22   | Killed heteroy's ghost
 81483 | Zig:22   | Noticed scarywalker64's ghost (legendary GrEE)
 81492 | Zig:22   | Noticed astronautguy's ghost (legendary FoEE)
 81494 | Zig:22   | Killed scarywalker64's ghost
 81496 | Zig:22   | Noticed Qeilemp's ghost (legendary HOFi)
 81496 | Zig:22   | Noticed Barug's ghost (adept TrMo)
 81500 | Zig:22   | Killed melllvar's ghost
 81502 | Zig:22   | Killed Barug's ghost
 81503 | Zig:22   | Killed astronautguy's ghost
 81504 | Zig:22   | Killed Qeilemp's ghost
 81585 | Zig:22   | Noticed BoringLoser's ghost (veteran TeAE)
 81656 | Zig:22   | Killed BoringLoser's ghost
 81745 | Zig:22   | Found the +2 Maxwell's thermic engine {flame, freeze}
 81789 | Zig:22   | Got a sparkling brass ring
 81791 | Zig:22   | Got a scintillating granite ring
 81864 | Zig:22   | Identified the ring of the Albatross {rElec rPois rF+++ rN+
                  | Dex-3} (You found it on level 22 of a ziggurat)
 81866 | Zig:22   | Identified the ring of Pyromania {rCorr Str+2 SInv} (You
                  | found it on level 22 of a ziggurat)
 81871 | Zig:23   | Entered Level 23 of a ziggurat
 81894 | Zig:23   | Noticed an orb of fire
 81894 | Zig:23   | Noticed an orb of fire
 81926 | Zig:23   | Killed an orb of fire
 81938 | Zig:23   | Noticed an orb of fire
 81943 | Zig:23   | Noticed an orb of fire
 81947 | Zig:23   | Killed an orb of fire
 81966 | Zig:23   | Killed an orb of fire
 81981 | Zig:23   | Reached skill level 15 in Crossbows
 81990 | Zig:23   | Noticed an orb of fire
 82000 | Zig:23   | Noticed an orb of fire
 82006 | Zig:23   | Noticed an orb of fire
 82011 | Zig:23   | Noticed an orb of fire
 82016 | Zig:23   | Killed an orb of fire
 82017 | Zig:23   | Killed an orb of fire
 82017 | Zig:23   | Killed an orb of fire
 82017 | Zig:23   | Noticed an orb of fire
 82020 | Zig:23   | Killed an orb of fire
 82020 | Zig:23   | Killed an orb of fire
 82031 | Zig:23   | Killed an orb of fire
 82218 | Zig:23   | Found the +8 autumn katana {vorpal, Clar}
 82366 | Zig:24   | Entered Level 24 of a ziggurat
 82542 | Zig:24   | Got an ancient brass amulet
 82550 | Zig:24   | Got a scorched iron ring
 82623 | Zig:24   | Got a translucent silver ring
 82773 | Zig:24   | Identified the amulet of Sitoyven {Faith Slay+4} (You found
                  | it on level 24 of a ziggurat)
 82776 | Zig:24   | Identified the ring of Ascent {rC+ Int+3 Slay+3} (You found
                  | it on level 24 of a ziggurat)
 82779 | Zig:24   | Identified the ring "Betang" {*Contam rC+++ rN+ Dex+4
                  | Stlth+} (You found it on level 24 of a ziggurat)
 82794 | Zig:24   | Got a pair of bloodstained boots
 82818 | Zig:24   | Identified the +3 pair of boots of Wiasul {Will+ Int+6}
                  | (You found it on level 24 of a ziggurat)
 82839 | Zig:25   | Entered Level 25 of a ziggurat
 83180 | Zig:25   | Reached skill level 27 in Shields
 83446 | Zig:25   | Identified Tiylao Iborr's Collected Works on the Frostbite
                  | and the Volcanoes
 83449 | Zig:25   | Identified the Reference Book on the Dusty Escort
 83457 | Zig:25   | Identified the Compendium of the Fiery Rocks
 83466 | Zig:25   | Identified Ezugeat's Compendium of the Ageless Nightmares
 83523 | Zig:25   | Got a pair of pitted gloves
 83535 | Zig:25   | Identified the +2 pair of gloves of Fuloxu Vozu {*Drain
                  | Str+7} (You found it on level 25 of a ziggurat)
 83547 | Zig:25   | Acquired the +11 plutonium sword {*Contam Stlth-}
 83548 | Zig:25   | Found the +11 plutonium sword {*Contam Stlth-}
 83550 | Zig:25   | Reached skill level 27 in Air Magic
 83560 | Zig:26   | Entered Level 26 of a ziggurat
 83872 | Zig:26   | Got a warped brass amulet
 83990 | Zig:26   | Identified the amulet "Toll" {Acrobat rElec rF+ rN++ Dex-5}
                  | (You found it on level 26 of a ziggurat)
 83995 | Zig:27   | Entered Level 27 of a ziggurat
 84249 | Zig:27   | Got a flickering ivory ring
 84432 | Zig:27   | Identified the ring of the Robin {Str+2 Dex+6 SInv Stlth-}
                  | (You found it on level 27 of a ziggurat)
 84484 | D:1      | Bought a polished cloak for 323 gold pieces
 84484 | D:1      | Bought an encrusted troll leather armour for 680 gold
                  | pieces
 84494 | D:1      | Identified the +2 cloak of the Slightly Bent {*Contam rPois
                  | rCorr SInv} (You bought it in a shop on level 1 of the
                  | Dungeon)
 84504 | D:1      | Identified the +7 troll leather armour of Disguise {Regen+
                  | Dex+2 SInv} (You bought it in a shop on level 1 of the
                  | Dungeon)
 84579 | D:1      | Bought the +9 pearl dragon scales of Acvefapi {*Drain rN+
                  | Regen+ Str+4 Dex+2} for 2881 gold pieces
 84671 | Zig:1    | Entered Level 1 of a ziggurat
 84710 | Zig:2    | Entered Level 2 of a ziggurat
 84744 | Zig:3    | Entered Level 3 of a ziggurat
 84779 | Zig:3    | Got a smoking silver amulet
 84804 | Zig:4    | Entered Level 4 of a ziggurat
 84865 | Zig:4    | Got a pitted crystal amulet
 84893 | Zig:5    | Entered Level 5 of a ziggurat
 84991 | Zig:6    | Entered Level 6 of a ziggurat
 84997 | Zig:6    | Noticed Hapru the pandemonium lord
 85013 | Zig:6    | Killed Hapru the pandemonium lord
 85082 | Zig:7    | Entered Level 7 of a ziggurat
 85085 | Zig:7    | Noticed an ancient lich
 85086 | Zig:7    | Killed an ancient lich
 85087 | Zig:7    | Noticed an ancient lich
 85088 | Zig:7    | Noticed an ancient lich
 85093 | Zig:7    | Killed an ancient lich
 85093 | Zig:7    | Killed an ancient lich
 85151 | Zig:7    | Identified the Reference Book on Battle Magic and the
                  | Frostbite
 85164 | Zig:8    | Entered Level 8 of a ziggurat
 85269 | Zig:8    | Got a scorched bone ring
 85276 | Zig:8    | Identified the amulet "Elluf" {Reflect rElec rF+ SH+5} (You
                  | found it on level 3 of a ziggurat)
 85279 | Zig:8    | Identified the amulet "Kozuffo" {Inacc +Blink} (You found
                  | it on level 4 of a ziggurat)
 85282 | Zig:8    | Identified the ring "Abbism" {rF- rCorr Str+5} (You found
                  | it on level 8 of a ziggurat)
 85292 | Zig:9    | Entered Level 9 of a ziggurat
 85303 | Zig:9    | Reached skill level 27 in Armour
 85411 | Zig:10   | Entered Level 10 of a ziggurat
 85557 | Zig:11   | Entered Level 11 of a ziggurat
 85562 | Zig:11   | Noticed a shard shrike
 85563 | Zig:11   | Noticed a shard shrike
 85565 | Zig:11   | Noticed a shard shrike
 85566 | Zig:11   | Noticed a shard shrike
 85568 | Zig:11   | Killed a shard shrike
 85569 | Zig:11   | Killed a shard shrike
 85571 | Zig:11   | Killed a shard shrike
 85572 | Zig:11   | Killed a shard shrike
 85672 | Zig:11   | Identified Kalot's Compendium of Moulding
 85735 | Zig:12   | Entered Level 12 of a ziggurat
 85944 | Zig:13   | Entered Level 13 of a ziggurat
 85949 | Zig:13   | Noticed a juggernaut
 85950 | Zig:13   | Noticed a juggernaut
 85951 | Zig:13   | Noticed a juggernaut
 85952 | Zig:13   | Noticed a juggernaut
 85952 | Zig:13   | Noticed a juggernaut
 85953 | Zig:13   | Noticed a juggernaut
 85954 | Zig:13   | Noticed a juggernaut
 85955 | Zig:13   | Noticed a juggernaut
 85957 | Zig:13   | Killed a juggernaut
 85957 | Zig:13   | Killed a juggernaut
 85958 | Zig:13   | Killed a juggernaut
 85959 | Zig:13   | Killed a juggernaut
 85959 | Zig:13   | Killed a juggernaut
 85959 | Zig:13   | Killed a juggernaut
 85959 | Zig:13   | Killed a juggernaut
 85960 | Zig:13   | Noticed a juggernaut
 85967 | Zig:13   | Killed a juggernaut
 85969 | Zig:13   | Reached skill level 27 in Fighting
 85970 | Zig:13   | Killed a juggernaut
 86059 | Zig:13   | Got a glittering granite ring
 86069 | Zig:13   | Got a glittering silver ring
 86114 | Zig:14   | Entered Level 14 of a ziggurat
 86123 | Zig:14   | Noticed Xutext's ghost (adept DsAK)
 86123 | Zig:14   | Noticed Giojuova's ghost (legendary GnBe)
 86123 | Zig:14   | Noticed Zachydoop's ghost (veteran MiMo)
 86132 | Zig:14   | Killed Giojuova's ghost
 86132 | Zig:14   | Noticed SevenDeadlySins's ghost (legendary DrCj)
 86135 | Zig:14   | Noticed Polaczum's ghost (adept TrMo)
 86136 | Zig:14   | Noticed BoringLoser's ghost (veteran TeAE)
 86140 | Zig:14   | Killed Xutext's ghost
 86140 | Zig:14   | Noticed Polaczum's ghost (adept TrMo)
 86141 | Zig:14   | Noticed GlasyaLabolas's ghost (legendary MiFi)
 86142 | Zig:14   | Killed Zachydoop's ghost
 86145 | Zig:14   | Noticed Ycuhohed's ghost (veteran TeBe)
 86149 | Zig:14   | Killed Polaczum's ghost
 86149 | Zig:14   | Noticed Himmaryad's ghost (adept TrMo)
 86151 | Zig:14   | Noticed Pikuto's ghost (adept MiBe)
 86152 | Zig:14   | Noticed scarywalker64's ghost (veteran BaSu)
 86152 | Zig:14   | Killed SevenDeadlySins's ghost
 86152 | Zig:14   | Noticed WeeknightWizard's ghost (veteran DEFE)
 86155 | Zig:14   | Killed BoringLoser's ghost
 86164 | Zig:14   | Killed Polaczum's ghost
 86165 | Zig:14   | Killed WeeknightWizard's ghost
 86165 | Zig:14   | Killed GlasyaLabolas's ghost
 86167 | Zig:14   | Reached skill level 27 in Dodging
 86168 | Zig:14   | Killed scarywalker64's ghost
 86168 | Zig:14   | Killed Himmaryad's ghost
 86168 | Zig:14   | Killed Ycuhohed's ghost
 86169 | Zig:14   | Killed Pikuto's ghost
 86177 | Zig:14   | Found the +8 trident of the Octopus King {venom, rElec
                  | rPois Will+}
 86316 | Zig:14   | Got a vibrating bone amulet
 86325 | Zig:14   | Identified the ring of Linearity {+Fly Will+} (You found it
                  | on level 13 of a ziggurat)
 86328 | Zig:14   | Identified the ring of Wenuf {Fire *Slow Int+6} (You found
                  | it on level 13 of a ziggurat)
 86331 | Zig:14   | Identified the amulet "Pydghuavu" {Spirit Slay+2} (You
                  | found it on level 14 of a ziggurat)
 86336 | Zig:14   | Got a slimy marble ring
 86346 | Zig:14   | Identified Sif Muna's Handbook of Dark Flight
 86377 | Zig:14   | Identified the ring "Gidghergh" {Str+6 Dex+5} (You found it
                  | on level 14 of a ziggurat)
 86382 | Zig:14   | Acquired a manual of Evocations
 86389 | Zig:15   | Entered Level 15 of a ziggurat
 86459 | Zig:15   | Identified the Compendium of the Oath
 86564 | Zig:16   | Entered Level 16 of a ziggurat
 86710 | Zig:16   | Identified the Volume of the Destructive Compass
 86717 | Zig:16   | Got a warped marble ring
 86732 | Zig:16   | Got a translucent bronze ring
 86738 | Zig:16   | Got a scorched zirconium amulet
 86765 | Zig:16   | Identified the Compendium of Scorching Weightlessness
 86768 | Zig:16   | Identified the Compendium of the Birds and Changing
 86794 | Zig:16   | Identified the ring "Iler" {EV+4 Str+2} (You found it on
                  | level 16 of a ziggurat)
 86797 | Zig:16   | Identified the ring of Autumn {rN++ Str-5 Dex+2 SInv} (You
                  | found it on level 16 of a ziggurat)
 86800 | Zig:16   | Identified the amulet "Ceewafi" {RegenMP Will+ Str+6 Dex-5}
                  | (You found it on level 16 of a ziggurat)
 86805 | Zig:16   | Got a smoking tower shield
 86817 | Zig:16   | Identified the +0 tower shield "Beqiost" {rPois SInv} (You
                  | found it on level 16 of a ziggurat)
 86835 | Zig:16   | Acquired 873 gold pieces
 86840 | Zig:17   | Entered Level 17 of a ziggurat
 86872 | Zig:17   | Found the +10 zealot's sword {holy, *Rage rN+ EV+3}
 87127 | Zig:18   | Entered Level 18 of a ziggurat
 87155 | Zig:18   | Found the cursed +13 scythe of Curses {drain, *Curse}
 87355 | Zig:18   | Identified the Volume of the Snowflakes
 87365 | Zig:18   | Got a clouded lapis lazuli ring
 87374 | Zig:18   | Got a pair of spiked gloves
 87393 | Zig:18   | Got a faintly glowing bardiche
 87394 | Zig:18   | Identified the +0 bardiche of Prudence {freeze, rElec} (You
                  | found it on level 18 of a ziggurat)
 87399 | Zig:18   | Identified the +1 pair of gloves of Wesol {-Cast rN+ Int+4}
                  | (You found it on level 18 of a ziggurat)
 87401 | Zig:18   | Identified the ring of Urirgh {Int+6 Dex+3} (You found it
                  | on level 18 of a ziggurat)
 87411 | Zig:19   | Entered Level 19 of a ziggurat
 87707 | Zig:19   | Identified the Compendium of the Noxious Rocks
 87720 | Zig:20   | Entered Level 20 of a ziggurat
 87737 | Zig:20   | Reached skill level 27 in Stealth
 88054 | Zig:20   | Got a heavily runed glass ring
 88055 | Zig:20   | Identified Vyst's Volume of Translocation
 88060 | Zig:20   | Got a heavily runed amber ring
 88070 | Zig:20   | Identified the ring "Nozam" {rElec Slay+6 Stlth-} (You
                  | found it on level 20 of a ziggurat)
 88072 | Zig:20   | Identified the ring "Loasku" {Will+ Int+3} (You found it on
                  | level 20 of a ziggurat)
 88079 | Zig:20   | Got a scintillating turquoise ring
 88087 | Zig:20   | Identified the ring of the Thirteen Hosts {Ice +Inv rElec
                  | Int+2} (You found it on level 20 of a ziggurat)
 88090 | Zig:20   | Got a faintly glowing silver amulet
 88091 | Zig:20   | Identified the amulet of Ishoiho {Faith +Blink rElec Str-5}
                  | (You found it on level 20 of a ziggurat)
 88132 | Zig:21   | Entered Level 21 of a ziggurat
 88166 | Zig:21   | Reached skill level 27 in Evocations
 88224 | Zig:21   | Found the +18 shield of the Gong {rElec rN+ Will+ EV-5}
 88424 | Zig:21   | Identified the Grimoire of the Entourage
 88426 | Zig:21   | Identified the Collected Works on Earth
 88435 | Zig:21   | Identified Sif Muna's Collected Works on Shape Shifting and
                  | Malediction
 88440 | Zig:21   | Got a brightly glowing brass ring
 88510 | Zig:22   | Entered Level 22 of a ziggurat
 88543 | Zig:22   | Found the +5 sword of Power {vorpal}
 88549 | Zig:22   | Got a steaming turquoise ring
 88691 | Zig:22   | Got a twitching glass ring
 88700 | Zig:22   | Identified the Guide on Toxic Weightlessness
 88776 | Zig:22   | Identified the ring of Xom's Whimsicality {MP+9 Stlth+}
                  | (You found it on level 21 of a ziggurat)
 88778 | Zig:22   | Identified the ring of Geozyaj {rPois rC+ Will+} (You found
                  | it on level 22 of a ziggurat)
 88780 | Zig:22   | Identified the ring of the Devil's Team {Dex+3 Slay-6 SInv
                  | Stlth-} (You found it on level 22 of a ziggurat)
 88783 | Zig:22   | Got a scorched quick blade
 88784 | Zig:22   | Identified the +8 quick blade of Fogisiha {protect, Will+}
                  | (You found it on level 22 of a ziggurat)
 88796 | Zig:23   | Entered Level 23 of a ziggurat
 89102 | Zig:23   | Got a clouded copper ring
 89112 | Zig:23   | Identified the ring "Xodasaite" {Fire +Fly} (You found it
                  | on level 23 of a ziggurat)
 89115 | Zig:23   | Got a clouded pewter ring
 89116 | Zig:23   | Identified the ring of Wariness {rPois rCorr} (You found it
                  | on level 23 of a ziggurat)
 89120 | Zig:23   | Got a warped jade ring
 89121 | Zig:23   | Identified the ring of the Sun {rC+ Will+} (You found it on
                  | level 23 of a ziggurat)
 89129 | Zig:23   | Identified the Disquisition on Envenoming and Sinister
                  | Rites
 89197 | Zig:24   | Entered Level 24 of a ziggurat
 89213 | Zig:24   | Noticed an ancient lich
 89213 | Zig:24   | Noticed an ancient lich
 89215 | Zig:24   | Noticed an ancient lich
 89216 | Zig:24   | Noticed an ancient lich
 89219 | Zig:24   | Killed an ancient lich
 89220 | Zig:24   | Killed an ancient lich
 89220 | Zig:24   | Killed an ancient lich
 89220 | Zig:24   | Killed an ancient lich
 89220 | Zig:24   | Noticed an ancient lich
 89221 | Zig:24   | Noticed an ancient lich
 89221 | Zig:24   | Noticed an ancient lich
 89221 | Zig:24   | Noticed an ancient lich
 89221 | Zig:24   | Noticed an ancient lich
 89221 | Zig:24   | Noticed an ancient lich
 89222 | Zig:24   | Noticed an ancient lich
 89222 | Zig:24   | Noticed an ancient lich
 89222 | Zig:24   | Noticed an ancient lich
 89222 | Zig:24   | Noticed an ancient lich
 89223 | Zig:24   | Noticed an ancient lich
 89224 | Zig:24   | Noticed an ancient lich
 89229 | Zig:24   | Killed an ancient lich
 89232 | Zig:24   | Killed an ancient lich
 89232 | Zig:24   | Killed an ancient lich
 89234 | Zig:24   | Killed an ancient lich
 89236 | Zig:24   | Killed an ancient lich
 89236 | Zig:24   | Killed an ancient lich
 89236 | Zig:24   | Killed an ancient lich
 89236 | Zig:24   | Killed an ancient lich
 89236 | Zig:24   | Killed an ancient lich
 89236 | Zig:24   | Killed an ancient lich
 89236 | Zig:24   | Killed an ancient lich
 89236 | Zig:24   | Killed an ancient lich
 89237 | Zig:24   | Reached skill level 27 in Conjurations
 89243 | Zig:24   | Noticed an ancient lich
 89270 | Zig:24   | Killed an ancient lich
 89421 | Zig:24   | Found the ring of the Tortoise {AC+8}
 89471 | Zig:24   | Identified Guigg's Papyrus of Shifting Ice
 89474 | Zig:24   | Identified the Disquisition on Enthralling Fire
 89480 | Zig:24   | Got a shimmering marble ring
 89536 | Zig:24   | Identified the ring of Yfunav {*Contam rPois rC- rN+ Dex+9}
                  | (You found it on level 24 of a ziggurat)
 89543 | Zig:24   | Got a blackened cloak
 89552 | Zig:24   | Lost mutation: Your system is resistant to poisons. (rPois)
                  | [mutagenic glow]
 89554 | Zig:24   | Identified the +2 cloak "Kogismy" {rElec rN+ Str-3 Dex+3}
                  | (You found it on level 24 of a ziggurat)
 89591 | Zig:25   | Entered Level 25 of a ziggurat
 89708 | Zig:25   | Found the +1 cloak of Starlight {*Dazzle EV+4 Stlth--}
 90029 | Zig:25   | Got a distressingly furry crystal plate armour
 90040 | Zig:25   | Identified the +1 crystal plate armour of Spite {Dex+4
                  | SInv} (You found it on level 25 of a ziggurat)
 90062 | Zig:26   | Entered Level 26 of a ziggurat
 90374 | Zig:26   | Got a twitching platinum ring
 90462 | Zig:26   | Identified the ring "Idakhug" {Fire rElec Will+ Str-5
                  | Int+4} (You found it on level 26 of a ziggurat)
 90503 | Zig:27   | Entered Level 27 of a ziggurat
 90515 | Zig:27   | Noticed a juggernaut
 90518 | Zig:27   | Noticed a juggernaut
 90520 | Zig:27   | Noticed a juggernaut
 90521 | Zig:27   | Noticed a juggernaut
 90522 | Zig:27   | Noticed a juggernaut
 90525 | Zig:27   | Noticed a juggernaut
 90528 | Zig:27   | Noticed a juggernaut
 90528 | Zig:27   | Noticed a juggernaut
 90528 | Zig:27   | Killed a juggernaut
 90528 | Zig:27   | Killed a juggernaut
 90529 | Zig:27   | Noticed a juggernaut
 90529 | Zig:27   | Killed a juggernaut
 90529 | Zig:27   | Killed a juggernaut
 90529 | Zig:27   | Noticed a juggernaut
 90530 | Zig:27   | Killed a juggernaut
 90530 | Zig:27   | Killed a juggernaut
 90530 | Zig:27   | Killed a juggernaut
 90531 | Zig:27   | Reached skill level 27 in Fire Magic
 90533 | Zig:27   | Killed a juggernaut
 90535 | Zig:27   | Killed a juggernaut
 90535 | Zig:27   | Killed a juggernaut
 90536 | Zig:27   | Noticed a juggernaut
 90537 | Zig:27   | Noticed a juggernaut
 90539 | Zig:27   | Noticed a juggernaut
 90548 | Zig:27   | Killed a juggernaut
 90548 | Zig:27   | Killed a juggernaut
 90555 | Zig:27   | Killed a juggernaut
 90935 | Zig:27   | Found the +5 robe of Night {Dark Will+ SInv}
 90940 | Zig:27   | Identified Sif Muna's Incunabulum of Earthen Transmigration
 90946 | Zig:27   | Identified the Incunabulum of the Oath and Sinister Rituals
 90989 | Zig:27   | Got a bound bronze ring
 90990 | Zig:27   | Identified the ring of Guinum {*Tele *Slow rF+++ Will-
                  | Dex+2} (You found it on level 27 of a ziggurat)
 91355 | D:1      | Lost mutation: Your spells are a little harder to cast, but
                  | a little more powerful. [potion of mutation]
 91355 | D:1      | Lost mutation: You possess an exceptional clarity of mind.
                  | [potion of mutation]
 91355 | D:1      | Lost mutation: You are partially covered in yellow scales.
                  | (AC +2) [potion of mutation]
 91355 | D:1      | Gained mutation: You are somewhat resistant to further
                  | mutation. [potion of mutation]
 91355 | D:1      | Gained mutation: Your mind is acute. (Int +2) [potion of
                  | mutation]
 91356 | D:1      | Lost mutation: You are somewhat resistant to further
                  | mutation. [potion of mutation]
 91356 | D:1      | Lost mutation: Your mind is acute. (Int +2) [potion of
                  | mutation]
 91356 | D:1      | Gained mutation: Your spells are a little harder to cast,
                  | but a little more powerful. [potion of mutation]
 91356 | D:1      | Gained mutation: Potions are less effective at restoring
                  | your health. [potion of mutation]
 91356 | D:1      | Gained mutation: Your muscles are strong. (Str +2) [potion
                  | of mutation]
 91357 | D:1      | Lost mutation: Your spells are a little harder to cast, but
                  | a little more powerful. [potion of mutation]
 91357 | D:1      | Lost mutation: Your muscles are strong. (Str +2) [potion of
                  | mutation]
 91357 | D:1      | Lost mutation: Potions are less effective at restoring your
                  | health. [potion of mutation]
 91357 | D:1      | Gained mutation: You have very sharp teeth. [potion of
                  | mutation]
 91357 | D:1      | Gained mutation: You are weak. (Str -2) [potion of
                  | mutation]
 91357 | D:1      | Gained mutation: Your spells are a little harder to cast,
                  | but a little more powerful. [potion of mutation]
 91358 | D:1      | Lost mutation: You are weak. (Str -2) [potion of mutation]
 91358 | D:1      | Gained mutation: Your flesh is heat resistant. (rF+)
                  | [potion of mutation]
 91358 | D:1      | Gained mutation: You expend magic power (3 MP) to
                  | strengthen your wands. [potion of mutation]
 91359 | D:1      | Lost mutation: Your spells are a little harder to cast, but
                  | a little more powerful. [potion of mutation]
 91359 | D:1      | Lost mutation: You expend magic power (3 MP) to strengthen
                  | your wands. [potion of mutation]
 91359 | D:1      | Gained mutation: You evolve. [potion of mutation]
 91359 | D:1      | Lost mutation: You evolve. [potion of mutation]
 91359 | D:1      | Gained mutation: You possess an exceptional clarity of
                  | mind. [potion of mutation]
 91360 | D:1      | Lost mutation: You possess an exceptional clarity of mind.
                  | [potion of mutation]
 91360 | D:1      | Lost mutation: You have very sharp teeth. [potion of
                  | mutation]
 91360 | D:1      | Lost mutation: Your flesh is heat resistant. (rF+) [potion
                  | of mutation]
 91360 | D:1      | Gained mutation: You are frail. (-10% HP) [potion of
                  | mutation]
 91360 | D:1      | Gained mutation: Your magical capacity is low. (-10% MP)
                  | [potion of mutation]
 91360 | D:1      | Gained mutation: You occasionally shout uncontrollably at
                  | your foes. [potion of mutation]
 91360 | D:1      | Gained mutation: You are somewhat resistant to further
                  | mutation. [potion of mutation]
 91361 | D:1      | Lost mutation: Your magical capacity is low. (-10% MP)
                  | [potion of mutation]
 91361 | D:1      | Lost mutation: You occasionally shout uncontrollably at
                  | your foes. [potion of mutation]
 91362 | D:1      | Lost mutation: You are somewhat resistant to further
                  | mutation. [potion of mutation]
 91362 | D:1      | Lost mutation: You are frail. (-10% HP) [potion of
                  | mutation]
 91362 | D:1      | Gained mutation: You are frail. (-10% HP) [potion of
                  | mutation]
 91362 | D:1      | Gained mutation: You have an increased reservoir of magic.
                  | (+10% MP) [potion of mutation]
 91362 | D:1      | Gained mutation: You are clumsy. (Dex -2) [potion of
                  | mutation]
 91362 | D:1      | Lost mutation: You are clumsy. (Dex -2) [potion of
                  | mutation]
 91363 | D:1      | Lost mutation: You have an increased reservoir of magic.
                  | (+10% MP) [potion of mutation]
 91363 | D:1      | Gained mutation: Your spells are a little harder to cast,
                  | but a little more powerful. [potion of mutation]
 91363 | D:1      | Gained mutation: Scrolls take you a little longer to read.
                  | [potion of mutation]
 91363 | D:1      | Gained mutation: You possess an exceptional clarity of
                  | mind. [potion of mutation]
 91363 | D:1      | Lost mutation: You are frail. (-10% HP) [potion of
                  | mutation]
 91364 | D:1      | Lost mutation: Scrolls take you a little longer to read.
                  | [potion of mutation]
 91364 | D:1      | Lost mutation: Your spells are a little harder to cast, but
                  | a little more powerful. [potion of mutation]
 91364 | D:1      | Lost mutation: You possess an exceptional clarity of mind.
                  | [potion of mutation]
 91364 | D:1      | Gained mutation: You expend magic power (3 MP) to
                  | strengthen your wands. [potion of mutation]
 91364 | D:1      | Gained mutation: You are dopey. (Int -2) [potion of
                  | mutation]
 91364 | D:1      | Gained mutation: Your spells are a little harder to cast,
                  | but a little more powerful. [potion of mutation]
 91365 | D:1      | Lost mutation: You expend magic power (3 MP) to strengthen
                  | your wands. [potion of mutation]
 91365 | D:1      | Lost mutation: You are dopey. (Int -2) [potion of mutation]
 91365 | D:1      | Lost mutation: Your spells are a little harder to cast, but
                  | a little more powerful. [potion of mutation]
 91365 | D:1      | Gained mutation: You are dopey. (Int -2) [potion of
                  | mutation]
 91365 | D:1      | Gained mutation: You are agile. (Dex +2) [potion of
                  | mutation]
 91365 | D:1      | Gained mutation: You expend magic power (3 MP) to
                  | strengthen your wands. [potion of mutation]
 91366 | D:1      | Lost mutation: You are dopey. (Int -2) [potion of mutation]
 91366 | D:1      | Lost mutation: You are agile. (Dex +2) [potion of mutation]
 91366 | D:1      | Gained mutation: You are clumsy. (Dex -2) [potion of
                  | mutation]
 91366 | D:1      | Gained mutation: You are somewhat resistant to further
                  | mutation. [potion of mutation]
 91367 | D:1      | Lost mutation: You are clumsy. (Dex -2) [potion of
                  | mutation]
 91367 | D:1      | Lost mutation: You are somewhat resistant to further
                  | mutation. [potion of mutation]
 91367 | D:1      | Gained mutation: You are partially covered in icy blue
                  | scales. (AC +2) [potion of mutation]
 91367 | D:1      | Gained mutation: Your mind is acute. (Int +2) [potion of
                  | mutation]
 91367 | D:1      | Gained mutation: You are strong-willed. (Will+) [potion of
                  | mutation]
 91367 | D:1      | Gained mutation: You are robust. (+10% HP) [potion of
                  | mutation]
 91368 | D:1      | Lost mutation: You expend magic power (3 MP) to strengthen
                  | your wands. [potion of mutation]
 91368 | D:1      | Lost mutation: You are robust. (+10% HP) [potion of
                  | mutation]
 91368 | D:1      | Lost mutation: Your mind is acute. (Int +2) [potion of
                  | mutation]
 91368 | D:1      | Gained mutation: You have large cloven feet. [potion of
                  | mutation]
 91368 | D:1      | Gained mutation: You are clumsy. (Dex -2) [potion of
                  | mutation]
 91368 | D:1      | Lost mutation: You are clumsy. (Dex -2) [potion of
                  | mutation]
 91368 | D:1      | Gained mutation: Your flesh is cold resistant. (rC+)
                  | [potion of mutation]
 91369 | D:1      | Lost mutation: You have large cloven feet. [potion of
                  | mutation]
 91369 | D:1      | Lost mutation: You are strong-willed. (Will+) [potion of
                  | mutation]
 91369 | D:1      | Lost mutation: Your flesh is cold resistant. (rC+) [potion
                  | of mutation]
 91369 | D:1      | Gained mutation: Your mind is acute. (Int +2) [potion of
                  | mutation]
 91369 | D:1      | Gained mutation: You are strong-willed. (Will+) [potion of
                  | mutation]
 91370 | D:1      | Lost mutation: Your mind is acute. (Int +2) [potion of
                  | mutation]
 91370 | D:1      | Gained mutation: You are partially covered in rugged brown
                  | scales. (AC +1, +3% HP) [potion of mutation]
 91370 | D:1      | Gained mutation: You are highly strong-willed. (Will++)
                  | [potion of mutation]
 91370 | D:1      | Gained mutation: You have an increased reservoir of magic.
                  | (+10% MP) [potion of mutation]
 91370 | D:1      | Gained mutation: You are robust. (+10% HP) [potion of
                  | mutation]
 91371 | D:1      | Lost mutation: You are partially covered in rugged brown
                  | scales. (AC +1, +3% HP) [potion of mutation]
 91371 | D:1      | Lost mutation: You have an increased reservoir of magic.
                  | (+10% MP) [potion of mutation]
 91371 | D:1      | Lost mutation: You are robust. (+10% HP) [potion of
                  | mutation]
 91371 | D:1      | Gained mutation: You have sharp toenails. [potion of
                  | mutation]
 91371 | D:1      | Gained mutation: You are dopey. (Int -2) [potion of
                  | mutation]
 91371 | D:1      | Gained mutation: You evolve. [potion of mutation]
 91372 | D:1      | Lost mutation: You have sharp toenails. [potion of
                  | mutation]
 91372 | D:1      | Lost mutation: You are partially covered in icy blue
                  | scales. (AC +2) [potion of mutation]
 91372 | D:1      | Lost mutation: You are highly strong-willed. (Will++)
                  | [potion of mutation]
 91372 | D:1      | Lost mutation: You are dopey. (Int -2) [potion of mutation]
 91372 | D:1      | Gained mutation: You are highly strong-willed. (Will++)
                  | [potion of mutation]
 91372 | D:1      | Gained mutation: You passively map a small area around you.
                  | [potion of mutation]
 91373 | D:1      | Lost mutation: You are highly strong-willed. (Will++)
                  | [potion of mutation]
 91373 | D:1      | Lost mutation: You are strong-willed. (Will+) [potion of
                  | mutation]
 91373 | D:1      | Gained mutation: Your muscles are strong. (Str +2) [potion
                  | of mutation]
 91373 | D:1      | Gained mutation: Your flesh is cold resistant. (rC+)
                  | [potion of mutation]
 91373 | D:1      | Gained mutation: You are partially covered in yellow
                  | scales. (AC +2) [potion of mutation]
 91373 | D:1      | Gained mutation: You have large cloven feet. [potion of
                  | mutation]
 91392 | Zig:1    | Entered Level 1 of a ziggurat
 91396 | Zig:1    | Reached skill level 15 in Long Blades
 91424 | Zig:2    | Entered Level 2 of a ziggurat
 91429 | Zig:2    | Gained mutation: You expend magic power (3 MP) to
                  | strengthen your wands. [evolution]
 91479 | Zig:3    | Entered Level 3 of a ziggurat
 91538 | Zig:4    | Entered Level 4 of a ziggurat
 91538 | Zig:4    | Noticed a Killer Klown
 91539 | Zig:4    | Noticed a Killer Klown
 91542 | Zig:4    | Noticed a Killer Klown
 91542 | Zig:4    | Killed a Killer Klown
 91542 | Zig:4    | Noticed a Killer Klown
 91543 | Zig:4    | Killed a Killer Klown
 91544 | Zig:4    | Killed a Killer Klown
 91544 | Zig:4    | Killed a Killer Klown
 91607 | Zig:5    | Entered Level 5 of a ziggurat
 91678 | Zig:6    | Entered Level 6 of a ziggurat
 91760 | Zig:6    | Identified Dispater's Catalogue of Summoning
 91781 | Zig:7    | Entered Level 7 of a ziggurat
 91899 | Zig:8    | Entered Level 8 of a ziggurat
 91899 | Zig:8    | Noticed a royal mummy
 91902 | Zig:8    | Noticed a royal mummy
 91904 | Zig:8    | Noticed a royal mummy
 91906 | Zig:8    | Killed a royal mummy
 91907 | Zig:8    | Killed a royal mummy
 91913 | Zig:8    | Killed a royal mummy
 92012 | Zig:8    | Got a sparkling turquoise ring
 92073 | Zig:9    | Entered Level 9 of a ziggurat
 92191 | Zig:10   | Entered Level 10 of a ziggurat
 92195 | Zig:10   | Noticed a Killer Klown
 92195 | Zig:10   | Noticed a Killer Klown
 92195 | Zig:10   | Noticed a Killer Klown
 92196 | Zig:10   | Noticed a Killer Klown
 92196 | Zig:10   | Noticed a Killer Klown
 92196 | Zig:10   | Noticed Osiluc the pandemonium lord
 92196 | Zig:10   | Noticed Couguyb the pandemonium lord
 92196 | Zig:10   | Noticed a Killer Klown
 92196 | Zig:10   | Noticed Vaqaore the pandemonium lord
 92197 | Zig:10   | Noticed a Killer Klown
 92197 | Zig:10   | Noticed Xihait the pandemonium lord
 92198 | Zig:10   | Noticed Cian the pandemonium lord
 92198 | Zig:10   | Noticed Ijae the pandemonium lord
 92203 | Zig:10   | Killed a Killer Klown
 92203 | Zig:10   | Killed a Killer Klown
 92203 | Zig:10   | Killed a Killer Klown
 92207 | Zig:10   | Noticed Jier the pandemonium lord
 92209 | Zig:10   | Killed Xihait the pandemonium lord
 92210 | Zig:10   | Killed a Killer Klown
 92210 | Zig:10   | Killed Couguyb the pandemonium lord
 92210 | Zig:10   | Killed a Killer Klown
 92210 | Zig:10   | Killed a Killer Klown
 92212 | Zig:10   | Killed Vaqaore the pandemonium lord
 92214 | Zig:10   | Killed a Killer Klown
 92214 | Zig:10   | Killed Cian the pandemonium lord
 92216 | Zig:10   | Reached skill level 27 in Transmutations
 92216 | Zig:10   | Killed Ijae the pandemonium lord
 92217 | Zig:10   | Killed Jier the pandemonium lord
 92218 | Zig:10   | Killed Osiluc the pandemonium lord
 92300 | Zig:10   | Identified the Tome of the Evil Traveller
 92343 | Zig:11   | Entered Level 11 of a ziggurat
 92345 | Zig:11   | Identified the ring "Zeapis" {+Inv rF+ MP+9} (You found it
                  | on level 8 of a ziggurat)
 92355 | Zig:11   | Noticed Dorghobb the pandemonium lord
 92360 | Zig:11   | Killed Dorghobb the pandemonium lord
 92362 | Zig:11   | Reached skill level 27 in Staves
 92500 | Zig:12   | Entered Level 12 of a ziggurat
 92512 | Zig:12   | Found the +6 arbalest "Damnation" {damnation}
 92513 | Zig:12   | Found the +8 Wrath of Trog {antimagic, *Rage}
 92541 | Zig:12   | Got a translucent marble ring
 92689 | Zig:12   | Lost mutation: Your muscles are strong. (Str +2) [mutagenic
                  | glow]
 92708 | Zig:13   | Entered Level 13 of a ziggurat
 92852 | Zig:13   | Got a transparent glass ring
 92858 | Zig:13   | Identified the Tome of Clay
 92872 | Zig:14   | Entered Level 14 of a ziggurat
 93051 | Zig:14   | Identified the ring "Feick" {Fire rPois Stlth+} (You found
                  | it on level 12 of a ziggurat)
 93053 | Zig:14   | Identified the ring "Ytzicoga" {rElec rN+ Will+++ Str-2
                  | Dex-5} (You found it on level 13 of a ziggurat)
 93057 | Zig:15   | Entered Level 15 of a ziggurat
 93072 | Zig:15   | Reached skill level 10 in Unarmed Combat
 93279 | Zig:16   | Entered Level 16 of a ziggurat
 93297 | Zig:16   | Found the +7 mace of Variability {chain chaos}
 93409 | Zig:16   | Identified Xity's Grimoire of Supportive Poison
 93461 | Zig:17   | Entered Level 17 of a ziggurat
 93465 | Zig:17   | Noticed a royal mummy
 93465 | Zig:17   | Noticed a royal mummy
 93465 | Zig:17   | Noticed a royal mummy
 93466 | Zig:17   | Noticed a royal mummy
 93466 | Zig:17   | Noticed a royal mummy
 93466 | Zig:17   | Noticed a royal mummy
 93470 | Zig:17   | Noticed a royal mummy
 93471 | Zig:17   | Reached skill level 27 in Long Blades
 93471 | Zig:17   | Reached skill level 15 in Unarmed Combat
 93471 | Zig:17   | Noticed a royal mummy
 93473 | Zig:17   | Noticed a royal mummy
 93477 | Zig:17   | Reached skill level 10 in Throwing
 93478 | Zig:17   | Killed a royal mummy
 93478 | Zig:17   | Killed a royal mummy
 93478 | Zig:17   | Killed a royal mummy
 93478 | Zig:17   | Killed a royal mummy
 93480 | Zig:17   | Killed a royal mummy
 93481 | Zig:17   | Killed a royal mummy
 93482 | Zig:17   | Killed a royal mummy
 93489 | Zig:17   | Killed a royal mummy
 93514 | Zig:17   | Killed a royal mummy
 93553 | Zig:17   | Got a glittering pewter ring
 93805 | Zig:18   | Entered Level 18 of a ziggurat
 93809 | Zig:18   | Noticed a shard shrike
 93809 | Zig:18   | Noticed a shard shrike
 93813 | Zig:18   | Noticed a shard shrike
 93815 | Zig:18   | Noticed a shard shrike
 93816 | Zig:18   | Killed a shard shrike
 93817 | Zig:18   | Killed a shard shrike
 93818 | Zig:18   | Killed a shard shrike
 93819 | Zig:18   | Killed a shard shrike
 93821 | Zig:18   | Noticed a shard shrike
 93821 | Zig:18   | Noticed a shard shrike
 93826 | Zig:18   | Noticed a shard shrike
 93826 | Zig:18   | Noticed a shard shrike
 93826 | Zig:18   | Noticed a shard shrike
 93826 | Zig:18   | Noticed a shard shrike
 93828 | Zig:18   | Killed a shard shrike
 93829 | Zig:18   | Killed a shard shrike
 93831 | Zig:18   | Found the +7 Spriggan's Knife {stab, EV+4 Stlth+}
 93855 | Zig:18   | Found the +8 glaive of the Guard {elec, spectral, AC+5}
 93976 | Zig:18   | Identified the Reference Book on Warped Flight
 93991 | Zig:18   | Identified the Catalogue of Calling and the Voyage
 94015 | Zig:18   | Identified the Disquisition on Unstable Flight
 94059 | Zig:18   | Identified the ring "Nuut" {+Inv rPois rC++ MP+9 Slay+3}
                  | (You found it on level 17 of a ziggurat)
 94062 | Zig:19   | Entered Level 19 of a ziggurat
 94071 | Zig:19   | Reached skill level 15 in Throwing
 94115 | Zig:19   | Identified the Incunabulum of the Poisonous Birds
 94117 | Zig:19   | Identified the Collected Works on Dusty Companions
 94126 | Zig:19   | Got a sparkling bronze ring
 94324 | Zig:19   | Lost mutation: You have large cloven feet. [potion of
                  | mutation]
 94324 | Zig:19   | Lost mutation: You expend magic power (3 MP) to strengthen
                  | your wands. [potion of mutation]
 94324 | Zig:19   | Lost mutation: You evolve. [potion of mutation]
 94324 | Zig:19   | Gained mutation: Your system is resistant to poisons.
                  | (rPois) [potion of mutation]
 94324 | Zig:19   | Gained mutation: You possess an exceptional clarity of
                  | mind. [potion of mutation]
 94325 | Zig:19   | Lost mutation: You possess an exceptional clarity of mind.
                  | [potion of mutation]
 94325 | Zig:19   | Gained mutation: You are somewhat resistant to further
                  | mutation. [potion of mutation]
 94325 | Zig:19   | Gained mutation: You expend magic power (3 MP) to
                  | strengthen your wands. [potion of mutation]
 94338 | Zig:19   | Lost mutation: Your flesh is cold resistant. (rC+) [potion
                  | of mutation]
 94338 | Zig:19   | Lost mutation: You passively map a small area around you.
                  | [potion of mutation]
 94338 | Zig:19   | Lost mutation: Your system is resistant to poisons. (rPois)
                  | [potion of mutation]
 94338 | Zig:19   | Gained mutation: You are frail. (-10% HP) [potion of
                  | mutation]
 94339 | Zig:19   | Lost mutation: You are frail. (-10% HP) [potion of
                  | mutation]
 94339 | Zig:19   | Lost mutation: You expend magic power (3 MP) to strengthen
                  | your wands. [potion of mutation]
 94339 | Zig:19   | Gained mutation: You are frail. (-10% HP) [potion of
                  | mutation]
 94339 | Zig:19   | Gained mutation: Your mind is acute. (Int +2) [potion of
                  | mutation]
 94340 | Zig:19   | Lost mutation: Your mind is acute. (Int +2) [potion of
                  | mutation]
 94340 | Zig:19   | Lost mutation: You are frail. (-10% HP) [potion of
                  | mutation]
 94340 | Zig:19   | Gained mutation: You are agile. (Dex +2) [potion of
                  | mutation]
 94340 | Zig:19   | Gained mutation: You have a somewhat thin skeletal
                  | structure. (Dex +2, Stealth) [potion of mutation]
 94341 | Zig:19   | Lost mutation: You are agile. (Dex +2) [potion of mutation]
 94341 | Zig:19   | Lost mutation: You are somewhat resistant to further
                  | mutation. [potion of mutation]
 94341 | Zig:19   | Lost mutation: You have a somewhat thin skeletal structure.
                  | (Dex +2, Stealth) [potion of mutation]
 94341 | Zig:19   | Gained mutation: Scrolls take you a little longer to read.
                  | [potion of mutation]
 94341 | Zig:19   | Gained mutation: You are somewhat resistant to further
                  | mutation. [potion of mutation]
 94342 | Zig:19   | Lost mutation: Scrolls take you a little longer to read.
                  | [potion of mutation]
 94342 | Zig:19   | Lost mutation: You are somewhat resistant to further
                  | mutation. [potion of mutation]
 94342 | Zig:19   | Gained mutation: You expend magic power (3 MP) to
                  | strengthen your wands. [potion of mutation]
 94342 | Zig:19   | Gained mutation: You are dopey. (Int -2) [potion of
                  | mutation]
 94342 | Zig:19   | Gained mutation: You are covered in fur. (AC +1) [potion of
                  | mutation]
 94342 | Zig:19   | Gained mutation: You have a beak for a mouth. [potion of
                  | mutation]
 94343 | Zig:19   | Lost mutation: You are dopey. (Int -2) [potion of mutation]
 94343 | Zig:19   | Gained mutation: Your spells are a little harder to cast,
                  | but a little more powerful. [potion of mutation]
 94343 | Zig:19   | Gained mutation: Your muscles are strong. (Str +2) [potion
                  | of mutation]
 94343 | Zig:19   | Gained mutation: Your mind is acute. (Int +2) [potion of
                  | mutation]
 94344 | Zig:19   | Lost mutation: Your spells are a little harder to cast, but
                  | a little more powerful. [potion of mutation]
 94344 | Zig:19   | Lost mutation: You are partially covered in yellow scales.
                  | (AC +2) [potion of mutation]
 94344 | Zig:19   | Lost mutation: You expend magic power (3 MP) to strengthen
                  | your wands. [potion of mutation]
 94344 | Zig:19   | Gained mutation: Your muscles are very strong. (Str +4)
                  | [potion of mutation]
 94344 | Zig:19   | Gained mutation: You are surrounded by a mild repulsion
                  | field. (EV +2) [potion of mutation]
 94345 | Zig:19   | Lost mutation: You have a beak for a mouth. [potion of
                  | mutation]
 94345 | Zig:19   | Lost mutation: Your muscles are very strong. (Str +4)
                  | [potion of mutation]
 94345 | Zig:19   | Lost mutation: Your muscles are strong. (Str +2) [potion of
                  | mutation]
 94345 | Zig:19   | Lost mutation: You are covered in fur. (AC +1) [potion of
                  | mutation]
 94345 | Zig:19   | Gained mutation: Your flesh is cold resistant. (rC+)
                  | [potion of mutation]
 94345 | Zig:19   | Gained mutation: You are frail. (-10% HP) [potion of
                  | mutation]
 94345 | Zig:19   | Gained mutation: Your system is resistant to poisons.
                  | (rPois) [potion of mutation]
 94346 | Zig:19   | Lost mutation: Your flesh is cold resistant. (rC+) [potion
                  | of mutation]
 94346 | Zig:19   | Lost mutation: Your system is resistant to poisons. (rPois)
                  | [potion of mutation]
 94346 | Zig:19   | Lost mutation: Your mind is acute. (Int +2) [potion of
                  | mutation]
 94346 | Zig:19   | Lost mutation: You are frail. (-10% HP) [potion of
                  | mutation]
 94346 | Zig:19   | Gained mutation: Armour fits poorly on your strangely
                  | shaped body. [potion of mutation]
 94346 | Zig:19   | Gained mutation: You are frail. (-10% HP) [potion of
                  | mutation]
 94346 | Zig:19   | Gained mutation: Your magical capacity is low. (-10% MP)
                  | [potion of mutation]
 94346 | Zig:19   | Gained mutation: You are somewhat resistant to further
                  | mutation. [potion of mutation]
 94347 | Zig:19   | Lost mutation: Your magical capacity is low. (-10% MP)
                  | [potion of mutation]
 94347 | Zig:19   | Lost mutation: You are frail. (-10% HP) [potion of
                  | mutation]
 94347 | Zig:19   | Lost mutation: You are surrounded by a mild repulsion
                  | field. (EV +2) [potion of mutation]
 94347 | Zig:19   | Lost mutation: Armour fits poorly on your strangely shaped
                  | body. [potion of mutation]
 94347 | Zig:19   | Gained mutation: You are clumsy. (Dex -2) [potion of
                  | mutation]
 94348 | Zig:19   | Lost mutation: You are somewhat resistant to further
                  | mutation. [potion of mutation]
 94348 | Zig:19   | Lost mutation: You are clumsy. (Dex -2) [potion of
                  | mutation]
 94348 | Zig:19   | Gained mutation: You expend magic power (3 MP) to
                  | strengthen your wands. [potion of mutation]
 94348 | Zig:19   | Gained mutation: Your flesh is cold resistant. (rC+)
                  | [potion of mutation]
 94349 | Zig:19   | Lost mutation: Your flesh is cold resistant. (rC+) [potion
                  | of mutation]
 94349 | Zig:19   | Lost mutation: You expend magic power (3 MP) to strengthen
                  | your wands. [potion of mutation]
 94349 | Zig:19   | Gained mutation: You possess an exceptional clarity of
                  | mind. [potion of mutation]
 94349 | Zig:19   | Gained mutation: You are somewhat resistant to further
                  | mutation. [potion of mutation]
 94350 | Zig:19   | Lost mutation: You possess an exceptional clarity of mind.
                  | [potion of mutation]
 94350 | Zig:19   | Lost mutation: You are somewhat resistant to further
                  | mutation. [potion of mutation]
 94350 | Zig:19   | Gained mutation: You are frail. (-10% HP) [potion of
                  | mutation]
 94350 | Zig:19   | Gained mutation: Your muscles are strong. (Str +2) [potion
                  | of mutation]
 94351 | Zig:19   | Lost mutation: Your muscles are strong. (Str +2) [potion of
                  | mutation]
 94351 | Zig:19   | Lost mutation: You are frail. (-10% HP) [potion of
                  | mutation]
 94351 | Zig:19   | Gained mutation: You are dopey. (Int -2) [potion of
                  | mutation]
 94351 | Zig:19   | Gained mutation: You evolve. [potion of mutation]
 94352 | Zig:19   | Lost mutation: You are dopey. (Int -2) [potion of mutation]
 94352 | Zig:19   | Lost mutation: You evolve. [potion of mutation]
 94352 | Zig:19   | Gained mutation: Your body sometimes deteriorates upon
                  | taking damage. [potion of mutation]
 94352 | Zig:19   | Gained mutation: You are dopey. (Int -2) [potion of
                  | mutation]
 94352 | Zig:19   | Gained mutation: You are clumsy. (Dex -2) [potion of
                  | mutation]
 94352 | Zig:19   | Gained mutation: You have sharp fingernails. [potion of
                  | mutation]
 94353 | Zig:19   | Lost mutation: Your body sometimes deteriorates upon taking
                  | damage. [potion of mutation]
 94353 | Zig:19   | Lost mutation: You are clumsy. (Dex -2) [potion of
                  | mutation]
 94353 | Zig:19   | Gained mutation: You have very sharp fingernails. [potion
                  | of mutation]
 94353 | Zig:19   | Gained mutation: Your flesh is heat resistant. (rF+)
                  | [potion of mutation]
 94353 | Zig:19   | Gained mutation: You are partially covered in thin metallic
                  | scales. (AC +2) [potion of mutation]
 94354 | Zig:19   | Lost mutation: Your flesh is heat resistant. (rF+) [potion
                  | of mutation]
 94354 | Zig:19   | Lost mutation: You are dopey. (Int -2) [potion of mutation]
 94354 | Zig:19   | Lost mutation: You are partially covered in thin metallic
                  | scales. (AC +2) [potion of mutation]
 94354 | Zig:19   | Gained mutation: You have an increased reservoir of magic.
                  | (+10% MP) [potion of mutation]
 94354 | Zig:19   | Gained mutation: Your spells are a little harder to cast,
                  | but a little more powerful. [potion of mutation]
 94355 | Zig:19   | Lost mutation: Your spells are a little harder to cast, but
                  | a little more powerful. [potion of mutation]
 94355 | Zig:19   | Lost mutation: You have an increased reservoir of magic.
                  | (+10% MP) [potion of mutation]
 94355 | Zig:19   | Gained mutation: You have claws for hands. [potion of
                  | mutation]
 94356 | Zig:19   | Lost mutation: You have claws for hands. [potion of
                  | mutation]
 94356 | Zig:19   | Lost mutation: You have very sharp fingernails. [potion of
                  | mutation]
 94356 | Zig:19   | Gained mutation: Armour fits poorly on your strangely
                  | shaped body. [potion of mutation]
 94356 | Zig:19   | Gained mutation: Your mind is acute. (Int +2) [potion of
                  | mutation]
 94356 | Zig:19   | Gained mutation: Your spells are a little harder to cast,
                  | but a little more powerful. [potion of mutation]
 94357 | Zig:19   | Lost mutation: Your spells are a little harder to cast, but
                  | a little more powerful. [potion of mutation]
 94357 | Zig:19   | Lost mutation: Armour fits poorly on your strangely shaped
                  | body. [potion of mutation]
 94357 | Zig:19   | Lost mutation: Your mind is acute. (Int +2) [potion of
                  | mutation]
 94357 | Zig:19   | Gained mutation: Your spells are a little easier to cast,
                  | but a little less powerful. [potion of mutation]
 94357 | Zig:19   | Gained mutation: You are partially covered in large bone
                  | plates. (SH +4) [potion of mutation]
 94357 | Zig:19   | Gained mutation: You have large cloven feet. [potion of
                  | mutation]
 94357 | Zig:19   | Gained mutation: Your muscles are strong. (Str +2) [potion
                  | of mutation]
 94358 | Zig:19   | Lost mutation: You have large cloven feet. [potion of
                  | mutation]
 94358 | Zig:19   | Lost mutation: Your spells are a little easier to cast, but
                  | a little less powerful. [potion of mutation]
 94358 | Zig:19   | Gained mutation: Armour fits poorly on your strangely
                  | shaped body. [potion of mutation]
 94358 | Zig:19   | Gained mutation: You occasionally shout uncontrollably at
                  | your foes. [potion of mutation]
 94358 | Zig:19   | Gained mutation: You are partially covered in yellow
                  | scales. (AC +2) [potion of mutation]
 94359 | Zig:19   | Lost mutation: You occasionally shout uncontrollably at
                  | your foes. [potion of mutation]
 94359 | Zig:19   | Lost mutation: You are partially covered in large bone
                  | plates. (SH +4) [potion of mutation]
 94359 | Zig:19   | Lost mutation: You have sharp fingernails. [potion of
                  | mutation]
 94359 | Zig:19   | Gained mutation: You expend magic power (3 MP) to
                  | strengthen your wands. [potion of mutation]
 94360 | Zig:19   | Lost mutation: You expend magic power (3 MP) to strengthen
                  | your wands. [potion of mutation]
 94360 | Zig:19   | Lost mutation: Armour fits poorly on your strangely shaped
                  | body. [potion of mutation]
 94360 | Zig:19   | Lost mutation: You are partially covered in yellow scales.
                  | (AC +2) [potion of mutation]
 94360 | Zig:19   | Lost mutation: Your muscles are strong. (Str +2) [potion of
                  | mutation]
 94360 | Zig:19   | Gained mutation: Armour fits poorly on your strangely
                  | shaped body. [potion of mutation]
 94360 | Zig:19   | Gained mutation: You are clumsy. (Dex -2) [potion of
                  | mutation]
 94360 | Zig:19   | Gained mutation: You are dopey. (Int -2) [potion of
                  | mutation]
 94360 | Zig:19   | Lost mutation: You are clumsy. (Dex -2) [potion of
                  | mutation]
 94361 | Zig:19   | Lost mutation: Armour fits poorly on your strangely shaped
                  | body. [potion of mutation]
 94361 | Zig:19   | Lost mutation: You are dopey. (Int -2) [potion of mutation]
 94361 | Zig:19   | Gained mutation: Your magical capacity is low. (-10% MP)
                  | [potion of mutation]
 94361 | Zig:19   | Gained mutation: Your movements are slightly less
                  | encumbered by armour. (ER -2) [potion of mutation]
 94362 | Zig:19   | Lost mutation: Your movements are slightly less encumbered
                  | by armour. (ER -2) [potion of mutation]
 94362 | Zig:19   | Lost mutation: Your magical capacity is low. (-10% MP)
                  | [potion of mutation]
 94362 | Zig:19   | Gained mutation: You have a somewhat thin skeletal
                  | structure. (Dex +2, Stealth) [potion of mutation]
 94362 | Zig:19   | Gained mutation: You are partially covered in large bone
                  | plates. (SH +4) [potion of mutation]
 94363 | Zig:19   | Lost mutation: You are partially covered in large bone
                  | plates. (SH +4) [potion of mutation]
 94363 | Zig:19   | Lost mutation: You have a somewhat thin skeletal structure.
                  | (Dex +2, Stealth) [potion of mutation]
 94363 | Zig:19   | Gained mutation: You have an increased reservoir of magic.
                  | (+10% MP) [potion of mutation]
 94363 | Zig:19   | Gained mutation: You are frail. (-10% HP) [potion of
                  | mutation]
 94363 | Zig:19   | Gained mutation: You have sharp toenails. [potion of
                  | mutation]
 94364 | Zig:19   | Lost mutation: You are frail. (-10% HP) [potion of
                  | mutation]
 94364 | Zig:19   | Lost mutation: You have sharp toenails. [potion of
                  | mutation]
 94364 | Zig:19   | Lost mutation: You have an increased reservoir of magic.
                  | (+10% MP) [potion of mutation]
 94364 | Zig:19   | Gained mutation: You are surrounded by a mild repulsion
                  | field. (EV +2) [potion of mutation]
 94364 | Zig:19   | Gained mutation: Your system is resistant to poisons.
                  | (rPois) [potion of mutation]
 94365 | Zig:19   | Lost mutation: You are surrounded by a mild repulsion
                  | field. (EV +2) [potion of mutation]
 94365 | Zig:19   | Lost mutation: Your system is resistant to poisons. (rPois)
                  | [potion of mutation]
 94365 | Zig:19   | Gained mutation: You are clumsy. (Dex -2) [potion of
                  | mutation]
 94365 | Zig:19   | Gained mutation: Your skin changes colour to match your
                  | surroundings (Stealth+). [potion of mutation]
 94365 | Zig:19   | Gained mutation: You are weak. (Str -2) [potion of
                  | mutation]
 94365 | Zig:19   | Gained mutation: You are covered in fur. (AC +1) [potion of
                  | mutation]
 94366 | Zig:19   | Lost mutation: You are clumsy. (Dex -2) [potion of
                  | mutation]
 94366 | Zig:19   | Lost mutation: You are weak. (Str -2) [potion of mutation]
 94366 | Zig:19   | Lost mutation: You are covered in fur. (AC +1) [potion of
                  | mutation]
 94366 | Zig:19   | Gained mutation: You occasionally shout uncontrollably at
                  | your foes. [potion of mutation]
 94366 | Zig:19   | Gained mutation: You are partially covered in molten
                  | scales. (AC +2) [potion of mutation]
 94366 | Zig:19   | Gained mutation: You are strong-willed. (Will+) [potion of
                  | mutation]
 94367 | Zig:19   | Lost mutation: You occasionally shout uncontrollably at
                  | your foes. [potion of mutation]
 94367 | Zig:19   | Lost mutation: You are partially covered in molten scales.
                  | (AC +2) [potion of mutation]
 94367 | Zig:19   | Lost mutation: You are strong-willed. (Will+) [potion of
                  | mutation]
 94367 | Zig:19   | Lost mutation: Your skin changes colour to match your
                  | surroundings (Stealth+). [potion of mutation]
 94367 | Zig:19   | Gained mutation: Your skin changes colour to match your
                  | surroundings (Stealth+). [potion of mutation]
 94367 | Zig:19   | Gained mutation: You have sharp toenails. [potion of
                  | mutation]
 94368 | Zig:19   | Lost mutation: You have sharp toenails. [potion of
                  | mutation]
 94368 | Zig:19   | Gained mutation: You are dopey. (Int -2) [potion of
                  | mutation]
 94368 | Zig:19   | Gained mutation: Your spells are a little easier to cast,
                  | but a little less powerful. [potion of mutation]
 94368 | Zig:19   | Gained mutation: You passively map a small area around you.
                  | [potion of mutation]
 94369 | Zig:19   | Lost mutation: You passively map a small area around you.
                  | [potion of mutation]
 94369 | Zig:19   | Lost mutation: Your spells are a little easier to cast, but
                  | a little less powerful. [potion of mutation]
 94369 | Zig:19   | Gained mutation: You are resistant to electric shocks.
                  | (rElec) [potion of mutation]
 94369 | Zig:19   | Gained mutation: You are very dopey. (Int -4) [potion of
                  | mutation]
 94369 | Zig:19   | Gained mutation: You evolve. [potion of mutation]
 94370 | Zig:19   | Lost mutation: You are very dopey. (Int -4) [potion of
                  | mutation]
 94370 | Zig:19   | Lost mutation: You evolve. [potion of mutation]
 94370 | Zig:19   | Lost mutation: You are resistant to electric shocks.
                  | (rElec) [potion of mutation]
 94370 | Zig:19   | Lost mutation: You are dopey. (Int -2) [potion of mutation]
 94370 | Zig:19   | Gained mutation: You are somewhat resistant to further
                  | mutation. [potion of mutation]
 94370 | Zig:19   | Gained mutation: You have very sharp teeth. [potion of
                  | mutation]
 94371 | Zig:19   | Lost mutation: You are somewhat resistant to further
                  | mutation. [potion of mutation]
 94371 | Zig:19   | Lost mutation: You have very sharp teeth. [potion of
                  | mutation]
 94371 | Zig:19   | Gained mutation: Your skin blends seamlessly with your
                  | surroundings (Stealth++). [potion of mutation]
 94371 | Zig:19   | Gained mutation: Your mind is acute. (Int +2) [potion of
                  | mutation]
 94371 | Zig:19   | Gained mutation: You are partially covered in slimy green
                  | scales. (AC +2) [potion of mutation]
 94372 | Zig:19   | Lost mutation: Your skin blends seamlessly with your
                  | surroundings (Stealth++). [potion of mutation]
 94372 | Zig:19   | Lost mutation: Your mind is acute. (Int +2) [potion of
                  | mutation]
 94372 | Zig:19   | Gained mutation: You are weak. (Str -2) [potion of
                  | mutation]
 94372 | Zig:19   | Gained mutation: Armour fits poorly on your strangely
                  | shaped body. [potion of mutation]
 94372 | Zig:19   | Gained mutation: You have sharp fingernails. [potion of
                  | mutation]
 94373 | Zig:19   | Lost mutation: You are weak. (Str -2) [potion of mutation]
 94373 | Zig:19   | Lost mutation: Armour fits poorly on your strangely shaped
                  | body. [potion of mutation]
 94373 | Zig:19   | Gained mutation: You are robust. (+10% HP) [potion of
                  | mutation]
 94373 | Zig:19   | Gained mutation: You are partially covered in yellow
                  | scales. (AC +2) [potion of mutation]
 94374 | Zig:19   | Lost mutation: You are partially covered in yellow scales.
                  | (AC +2) [potion of mutation]
 94374 | Zig:19   | Lost mutation: You have sharp fingernails. [potion of
                  | mutation]
 94374 | Zig:19   | Gained mutation: You occasionally shout uncontrollably at
                  | your foes. [potion of mutation]
 94374 | Zig:19   | Gained mutation: You are partially covered in large bone
                  | plates. (SH +4) [potion of mutation]
 94374 | Zig:19   | Gained mutation: You are partially covered in molten
                  | scales. (AC +2) [potion of mutation]
 94375 | Zig:19   | Lost mutation: You are robust. (+10% HP) [potion of
                  | mutation]
 94375 | Zig:19   | Lost mutation: You occasionally shout uncontrollably at
                  | your foes. [potion of mutation]
 94375 | Zig:19   | Lost mutation: You are partially covered in molten scales.
                  | (AC +2) [potion of mutation]
 94375 | Zig:19   | Gained mutation: You are frail. (-10% HP) [potion of
                  | mutation]
 94375 | Zig:19   | Gained mutation: You passively map a small area around you.
                  | [potion of mutation]
 94375 | Zig:19   | Gained mutation: Your spells are a little harder to cast,
                  | but a little more powerful. [potion of mutation]
 94376 | Zig:19   | Lost mutation: You passively map a small area around you.
                  | [potion of mutation]
 94376 | Zig:19   | Lost mutation: You are frail. (-10% HP) [potion of
                  | mutation]
 94376 | Zig:19   | Lost mutation: Your skin changes colour to match your
                  | surroundings (Stealth+). [potion of mutation]
 94376 | Zig:19   | Lost mutation: You are partially covered in slimy green
                  | scales. (AC +2) [potion of mutation]
 94376 | Zig:19   | Gained mutation: Your system is resistant to poisons.
                  | (rPois) [potion of mutation]
 94376 | Zig:19   | Gained mutation: You are partially covered in rugged brown
                  | scales. (AC +1, +3% HP) [potion of mutation]
 94376 | Zig:19   | Gained mutation: You are agile. (Dex +2) [potion of
                  | mutation]
 94377 | Zig:19   | Lost mutation: You are partially covered in large bone
                  | plates. (SH +4) [potion of mutation]
 94377 | Zig:19   | Lost mutation: Your spells are a little harder to cast, but
                  | a little more powerful. [potion of mutation]
 94377 | Zig:19   | Gained mutation: You occasionally shout uncontrollably at
                  | your foes. [potion of mutation]
 94377 | Zig:19   | Gained mutation: You are somewhat resistant to further
                  | mutation. [potion of mutation]
 94377 | Zig:19   | Gained mutation: Your spells are a little easier to cast,
                  | but a little less powerful. [potion of mutation]
 94378 | Zig:19   | Lost mutation: Your spells are a little easier to cast, but
                  | a little less powerful. [potion of mutation]
 94378 | Zig:19   | Lost mutation: You occasionally shout uncontrollably at
                  | your foes. [potion of mutation]
 94378 | Zig:19   | Gained mutation: You expend magic power (3 MP) to
                  | strengthen your wands. [potion of mutation]
 94379 | Zig:19   | Lost mutation: You expend magic power (3 MP) to strengthen
                  | your wands. [potion of mutation]
 94379 | Zig:19   | Lost mutation: Your system is resistant to poisons. (rPois)
                  | [potion of mutation]
 94379 | Zig:19   | Lost mutation: You are partially covered in rugged brown
                  | scales. (AC +1, +3% HP) [potion of mutation]
 94379 | Zig:19   | Lost mutation: You are somewhat resistant to further
                  | mutation. [potion of mutation]
 94379 | Zig:19   | Gained mutation: You expend magic power (3 MP) to
                  | strengthen your wands. [potion of mutation]
 94380 | Zig:19   | Lost mutation: You expend magic power (3 MP) to strengthen
                  | your wands. [potion of mutation]
 94380 | Zig:19   | Lost mutation: You are agile. (Dex +2) [potion of mutation]
 94380 | Zig:19   | Gained mutation: Your body sometimes deteriorates upon
                  | taking damage. [potion of mutation]
 94380 | Zig:19   | Gained mutation: Your flesh is heat resistant. (rF+)
                  | [potion of mutation]
 94381 | Zig:19   | Lost mutation: Your body sometimes deteriorates upon taking
                  | damage. [potion of mutation]
 94381 | Zig:19   | Lost mutation: Your flesh is heat resistant. (rF+) [potion
                  | of mutation]
 94381 | Zig:19   | Gained mutation: You are partially covered in molten
                  | scales. (AC +2) [potion of mutation]
 94381 | Zig:19   | Gained mutation: Your magical capacity is low. (-10% MP)
                  | [potion of mutation]
 94381 | Zig:19   | Gained mutation: You have large cloven feet. [potion of
                  | mutation]
 94382 | Zig:19   | Lost mutation: Your magical capacity is low. (-10% MP)
                  | [potion of mutation]
 94382 | Zig:19   | Lost mutation: You have large cloven feet. [potion of
                  | mutation]
 94382 | Zig:19   | Gained mutation: You possess an exceptional clarity of
                  | mind. [potion of mutation]
 94382 | Zig:19   | Gained mutation: You are clumsy. (Dex -2) [potion of
                  | mutation]
 94382 | Zig:19   | Gained mutation: Your flesh is cold resistant. (rC+)
                  | [potion of mutation]
 94383 | Zig:19   | Lost mutation: You possess an exceptional clarity of mind.
                  | [potion of mutation]
 94383 | Zig:19   | Lost mutation: You are clumsy. (Dex -2) [potion of
                  | mutation]
 94383 | Zig:19   | Lost mutation: You are partially covered in molten scales.
                  | (AC +2) [potion of mutation]
 94383 | Zig:19   | Lost mutation: Your flesh is cold resistant. (rC+) [potion
                  | of mutation]
 94383 | Zig:19   | Gained mutation: Scrolls take you a little longer to read.
                  | [potion of mutation]
 94383 | Zig:19   | Gained mutation: You expend magic power (3 MP) to
                  | strengthen your wands. [potion of mutation]
 94383 | Zig:19   | Gained mutation: You passively map a small area around you.
                  | [potion of mutation]
 94384 | Zig:19   | Lost mutation: You expend magic power (3 MP) to strengthen
                  | your wands. [potion of mutation]
 94384 | Zig:19   | Lost mutation: Scrolls take you a little longer to read.
                  | [potion of mutation]
 94384 | Zig:19   | Lost mutation: You passively map a small area around you.
                  | [potion of mutation]
 94384 | Zig:19   | Gained mutation: You possess an exceptional clarity of
                  | mind. [potion of mutation]
 94384 | Zig:19   | Gained mutation: Your magical capacity is low. (-10% MP)
                  | [potion of mutation]
 94384 | Zig:19   | Gained mutation: Scrolls take you a little longer to read.
                  | [potion of mutation]
 94384 | Zig:19   | Gained mutation: Your flesh is cold resistant. (rC+)
                  | [potion of mutation]
 94385 | Zig:19   | Lost mutation: You possess an exceptional clarity of mind.
                  | [potion of mutation]
 94385 | Zig:19   | Lost mutation: Your magical capacity is low. (-10% MP)
                  | [potion of mutation]
 94385 | Zig:19   | Lost mutation: Scrolls take you a little longer to read.
                  | [potion of mutation]
 94385 | Zig:19   | Lost mutation: Your flesh is cold resistant. (rC+) [potion
                  | of mutation]
 94385 | Zig:19   | Gained mutation: Your system is resistant to poisons.
                  | (rPois) [potion of mutation]
 94385 | Zig:19   | Gained mutation: Your muscles are strong. (Str +2) [potion
                  | of mutation]
 94386 | Zig:19   | Lost mutation: Your system is resistant to poisons. (rPois)
                  | [potion of mutation]
 94386 | Zig:19   | Lost mutation: Your muscles are strong. (Str +2) [potion of
                  | mutation]
 94386 | Zig:19   | Gained mutation: Your spells are a little easier to cast,
                  | but a little less powerful. [potion of mutation]
 94386 | Zig:19   | Gained mutation: You expend magic power (3 MP) to
                  | strengthen your wands. [potion of mutation]
 94386 | Zig:19   | Gained mutation: You are partially covered in large bone
                  | plates. (SH +4) [potion of mutation]
 94387 | Zig:19   | Lost mutation: You expend magic power (3 MP) to strengthen
                  | your wands. [potion of mutation]
 94387 | Zig:19   | Lost mutation: Your spells are a little easier to cast, but
                  | a little less powerful. [potion of mutation]
 94387 | Zig:19   | Gained mutation: You have a somewhat thin skeletal
                  | structure. (Dex +2, Stealth) [potion of mutation]
 94387 | Zig:19   | Gained mutation: Your spells are a little easier to cast,
                  | but a little less powerful. [potion of mutation]
 94387 | Zig:19   | Gained mutation: You have an increased reservoir of magic.
                  | (+10% MP) [potion of mutation]
 94388 | Zig:19   | Lost mutation: You are partially covered in large bone
                  | plates. (SH +4) [potion of mutation]
 94388 | Zig:19   | Lost mutation: Your spells are a little easier to cast, but
                  | a little less powerful. [potion of mutation]
 94388 | Zig:19   | Gained mutation: Your spells are a little harder to cast,
                  | but a little more powerful. [potion of mutation]
 94388 | Zig:19   | Gained mutation: You are partially covered in rugged brown
                  | scales. (AC +1, +3% HP) [potion of mutation]
 94388 | Zig:19   | Gained mutation: You have sharp fingernails. [potion of
                  | mutation]
 94406 | Zig:20   | Entered Level 20 of a ziggurat
 94414 | Zig:20   | Noticed an ancient lich
 94415 | Zig:20   | Noticed an ancient lich
 94415 | Zig:20   | Noticed an ancient lich
 94415 | Zig:20   | Noticed an ancient lich
 94415 | Zig:20   | Noticed an ancient lich
 94415 | Zig:20   | Noticed an ancient lich
 94415 | Zig:20   | Noticed an ancient lich
 94416 | Zig:20   | Noticed an ancient lich
 94416 | Zig:20   | Noticed an ancient lich
 94417 | Zig:20   | Noticed an ancient lich
 94417 | Zig:20   | Noticed an ancient lich
 94417 | Zig:20   | Noticed an ancient lich
 94419 | Zig:20   | Killed an ancient lich
 94419 | Zig:20   | Killed an ancient lich
 94419 | Zig:20   | Killed an ancient lich
 94419 | Zig:20   | Killed an ancient lich
 94420 | Zig:20   | Noticed an ancient lich
 94420 | Zig:20   | Noticed an ancient lich
 94420 | Zig:20   | Noticed an ancient lich
 94420 | Zig:20   | Killed an ancient lich
 94421 | Zig:20   | Killed an ancient lich
 94421 | Zig:20   | Killed an ancient lich
 94421 | Zig:20   | Killed an ancient lich
 94421 | Zig:20   | Killed an ancient lich
 94422 | Zig:20   | Killed an ancient lich
 94422 | Zig:20   | Killed an ancient lich
 94422 | Zig:20   | Killed an ancient lich
 94423 | Zig:20   | Killed an ancient lich
 94423 | Zig:20   | Killed an ancient lich
 94424 | Zig:20   | Reached skill level 10 in Translocations
 94424 | Zig:20   | Found the +10 morningstar "Eos" {elec, Halo rElec}
 94433 | Zig:20   | Killed an ancient lich
 94499 | Zig:20   | Got a slimy tin amulet
 94671 | Zig:21   | Entered Level 21 of a ziggurat
 94769 | Zig:21   | Got a crude glass ring
 94973 | Zig:21   | Identified the ring of the Monkey {rElec Will+ MP+9 SInv}
                  | (You found it on level 19 of a ziggurat)
 94975 | Zig:21   | Identified the ring "Ciucho" {Dex+3 Stlth+} (You found it
                  | on level 21 of a ziggurat)
 94977 | Zig:21   | Identified the amulet of Eweitin {+Inv rElec Regen+} (You
                  | found it on level 20 of a ziggurat)
 94997 | Zig:21   | Got a bound diamond amulet
 94999 | Zig:21   | Got a pair of slimy boots
 95010 | Zig:21   | Identified the cursed +0 pair of boots "Cagak" {rC+ rN++
                  | Will- rCorr} (You found it on level 21 of a ziggurat)
 95022 | Zig:21   | Identified the amulet of Leaves {Spirit Dex+4} (You found
                  | it on level 21 of a ziggurat)
 95032 | Zig:22   | Entered Level 22 of a ziggurat
 95040 | Zig:22   | Noticed an ancient lich
 95041 | Zig:22   | Noticed an ancient lich
 95041 | Zig:22   | Noticed an ancient lich
 95042 | Zig:22   | Noticed an ancient lich
 95043 | Zig:22   | Noticed an ancient lich
 95044 | Zig:22   | Noticed an ancient lich
 95044 | Zig:22   | Noticed an ancient lich
 95045 | Zig:22   | Killed an ancient lich
 95046 | Zig:22   | Noticed an ancient lich
 95046 | Zig:22   | Noticed an ancient lich
 95046 | Zig:22   | Killed an ancient lich
 95046 | Zig:22   | Killed an ancient lich
 95046 | Zig:22   | Noticed an ancient lich
 95047 | Zig:22   | Killed an ancient lich
 95047 | Zig:22   | Killed an ancient lich
 95048 | Zig:22   | Killed an ancient lich
 95049 | Zig:22   | Noticed an ancient lich
 95049 | Zig:22   | Noticed an ancient lich
 95049 | Zig:22   | Noticed an ancient lich
 95049 | Zig:22   | Noticed an ancient lich
 95050 | Zig:22   | Noticed an ancient lich
 95054 | Zig:22   | Killed an ancient lich
 95056 | Zig:22   | Killed an ancient lich
 95057 | Zig:22   | Killed an ancient lich
 95058 | Zig:22   | Killed an ancient lich
 95059 | Zig:22   | Killed an ancient lich
 95060 | Zig:22   | Killed an ancient lich
 95070 | Zig:22   | Killed an ancient lich
 95070 | Zig:22   | Killed an ancient lich
 95070 | Zig:22   | Killed an ancient lich
 95253 | Zig:22   | Got a transparent lead amulet
 95339 | Zig:23   | Entered Level 23 of a ziggurat
 95344 | Zig:23   | Noticed a Killer Klown
 95344 | Zig:23   | Noticed Ysiexi Ziem the pandemonium lord
 95344 | Zig:23   | Noticed Ydone the pandemonium lord
 95344 | Zig:23   | Noticed Duwutabu the pandemonium lord
 95345 | Zig:23   | Noticed a Killer Klown
 95345 | Zig:23   | Noticed Sysauqim the pandemonium lord
 95345 | Zig:23   | Noticed Buephor the pandemonium lord
 95345 | Zig:23   | Noticed a Killer Klown
 95346 | Zig:23   | Noticed Jut Atui the pandemonium lord
 95346 | Zig:23   | Noticed a Killer Klown
 95346 | Zig:23   | Noticed Senoeber the pandemonium lord
 95346 | Zig:23   | Noticed a Killer Klown
 95346 | Zig:23   | Noticed Mauff the pandemonium lord
 95346 | Zig:23   | Noticed Faraf the pandemonium lord
 95347 | Zig:23   | Noticed Zuggep the pandemonium lord
 95347 | Zig:23   | Noticed Rifrucuuss the pandemonium lord
 95347 | Zig:23   | Noticed Bakoebbu the pandemonium lord
 95347 | Zig:23   | Noticed Vimpaink the pandemonium lord
 95347 | Zig:23   | Noticed a Killer Klown
 95347 | Zig:23   | Noticed Uthrur Gudgh the pandemonium lord
 95347 | Zig:23   | Noticed a Killer Klown
 95347 | Zig:23   | Noticed a Killer Klown
 95347 | Zig:23   | Noticed a Killer Klown
 95348 | Zig:23   | Noticed Hoedyxka the pandemonium lord
 95349 | Zig:23   | Noticed Namoal the pandemonium lord
 95350 | Zig:23   | Noticed a Killer Klown
 95352 | Zig:23   | Killed a Killer Klown
 95352 | Zig:23   | Killed a Killer Klown
 95352 | Zig:23   | Cast into level 5 of the Abyss (Faraf)
 95352 | Abyss:5  | Entered Level 5 of the Abyss
 95403 | Abyss:5  | Identified the amulet "Xezuof" {RegenMP rN+ Str-3 Dex+4
                  | Stlth+}
 95406 | Abyss:5  | Found a shimmering blue altar of Sif Muna.
 95408 | Abyss:5  | Reached skill level 27 in Ice Magic
 95450 | Zig:23   | Escaped the Abyss
 95450 | Zig:23   | Noticed Xackuum the pandemonium lord
 95457 | Zig:23   | Killed Jut Atui the pandemonium lord
 95457 | Zig:23   | Killed Mauff the pandemonium lord
 95457 | Zig:23   | Killed a Killer Klown
 95457 | Zig:23   | Killed a Killer Klown
 95459 | Zig:23   | Killed Ysiexi Ziem the pandemonium lord
 95459 | Zig:23   | Killed Duwutabu the pandemonium lord
 95461 | Zig:23   | Killed Sysauqim the pandemonium lord
 95461 | Zig:23   | Killed Senoeber the pandemonium lord
 95461 | Zig:23   | Noticed Bakucame the pandemonium lord
 95462 | Zig:23   | Noticed Kositoaf the pandemonium lord
 95465 | Zig:23   | Killed Uthrur Gudgh the pandemonium lord
 95466 | Zig:23   | Killed Namoal the pandemonium lord
 95469 | Zig:23   | Killed Xackuum the pandemonium lord
 95472 | Zig:23   | Noticed Buafiuha the pandemonium lord
 95473 | Zig:23   | Killed a Killer Klown
 95473 | Zig:23   | Noticed Ilothrase the pandemonium lord
 95473 | Zig:23   | Noticed Weumoirph the pandemonium lord
 95474 | Zig:23   | Noticed Lawkiel the pandemonium lord
 95474 | Zig:23   | Killed Buephor the pandemonium lord
 95474 | Zig:23   | Noticed Cymo the pandemonium lord
 95474 | Zig:23   | Noticed Toeczol the pandemonium lord
 95475 | Zig:23   | Noticed Ifaum the pandemonium lord
 95475 | Zig:23   | Noticed a Killer Klown
 95476 | Zig:23   | Noticed Kimenium the pandemonium lord
 95476 | Zig:23   | Killed Ydone the pandemonium lord
 95476 | Zig:23   | Noticed a Killer Klown
 95476 | Zig:23   | Noticed a Killer Klown
 95477 | Zig:23   | Noticed a Killer Klown
 95477 | Zig:23   | Killed Rifrucuuss the pandemonium lord
 95477 | Zig:23   | Noticed Levew the pandemonium lord
 95478 | Zig:23   | Killed a Killer Klown
 95478 | Zig:23   | Noticed Ywnox the pandemonium lord
 95478 | Zig:23   | Noticed a Killer Klown
 95481 | Zig:23   | Noticed a Killer Klown
 95482 | Zig:23   | Killed a Killer Klown
 95482 | Zig:23   | Killed Zuggep the pandemonium lord
 95482 | Zig:23   | Killed Hoedyxka the pandemonium lord
 95482 | Zig:23   | Killed a Killer Klown
 95482 | Zig:23   | Killed Faraf the pandemonium lord
 95482 | Zig:23   | Killed Bakoebbu the pandemonium lord
 95482 | Zig:23   | Noticed Gaigruis the pandemonium lord
 95483 | Zig:23   | Killed Kositoaf the pandemonium lord
 95483 | Zig:23   | Killed a Killer Klown
 95483 | Zig:23   | Killed a Killer Klown
 95483 | Zig:23   | Killed a Killer Klown
 95483 | Zig:23   | Killed a Killer Klown
 95483 | Zig:23   | Killed a Killer Klown
 95483 | Zig:23   | Killed a Killer Klown
 95483 | Zig:23   | Killed Ilothrase the pandemonium lord
 95483 | Zig:23   | Noticed Juqul the pandemonium lord
 95484 | Zig:23   | Reached skill level 27 in Throwing
 95484 | Zig:23   | Killed Vimpaink the pandemonium lord
 95484 | Zig:23   | Killed Lawkiel the pandemonium lord
 95484 | Zig:23   | Killed a Killer Klown
 95484 | Zig:23   | Killed a Killer Klown
 95484 | Zig:23   | Noticed Heydgh the pandemonium lord
 95484 | Zig:23   | Noticed Ummaq the pandemonium lord
 95484 | Zig:23   | Noticed a Killer Klown
 95485 | Zig:23   | Reached skill level 10 in Summonings
 95485 | Zig:23   | Killed Levew the pandemonium lord
 95485 | Zig:23   | Killed Gaigruis the pandemonium lord
 95485 | Zig:23   | Noticed a Killer Klown
 95486 | Zig:23   | Killed Juqul the pandemonium lord
 95486 | Zig:23   | Killed Toeczol the pandemonium lord
 95486 | Zig:23   | Killed a Killer Klown
 95487 | Zig:23   | Noticed a Killer Klown
 95487 | Zig:23   | Noticed Zonatostu the pandemonium lord
 95487 | Zig:23   | Noticed Turhugae the pandemonium lord
 95488 | Zig:23   | Killed Ifaum the pandemonium lord
 95488 | Zig:23   | Killed Kimenium the pandemonium lord
 95488 | Zig:23   | Killed Ywnox the pandemonium lord
 95488 | Zig:23   | Killed Heydgh the pandemonium lord
 95488 | Zig:23   | Killed a Killer Klown
 95488 | Zig:23   | Killed Buafiuha the pandemonium lord
 95488 | Zig:23   | Noticed Zuxup the pandemonium lord
 95489 | Zig:23   | Reached skill level 15 in Summonings
 95489 | Zig:23   | Noticed a Killer Klown
 95490 | Zig:23   | Killed Weumoirph the pandemonium lord
 95490 | Zig:23   | Killed a Killer Klown
 95491 | Zig:23   | Killed a Killer Klown
 95491 | Zig:23   | Killed Zuxup the pandemonium lord
 95492 | Zig:23   | Killed Cymo the pandemonium lord
 95492 | Zig:23   | Killed Bakucame the pandemonium lord
 95492 | Zig:23   | Noticed Suebicreuno the pandemonium lord
 95493 | Zig:23   | Killed Zonatostu the pandemonium lord
 95493 | Zig:23   | Noticed a Killer Klown
 95494 | Zig:23   | Noticed a Killer Klown
 95500 | Zig:23   | Noticed Melolapp the pandemonium lord
 95501 | Zig:23   | Noticed Zampacikh the pandemonium lord
 95504 | Zig:23   | Killed Turhugae the pandemonium lord
 95504 | Zig:23   | Killed Suebicreuno the pandemonium lord
 95504 | Zig:23   | Killed a Killer Klown
 95505 | Zig:23   | Killed a Killer Klown
 95506 | Zig:23   | Killed Ummaq the pandemonium lord
 95508 | Zig:23   | Killed Melolapp the pandemonium lord
 95514 | Zig:23   | Killed Zampacikh the pandemonium lord
 95661 | Zig:23   | Found the +4 skin of Zhor {Englaciate rC+++ SInv}
 95682 | Zig:23   | Got a serpentine diamond amulet
 95730 | Zig:23   | Identified the amulet "Yreodus" {rC- Regen+ MP-9 Int+8
                  | Dex+4} (You found it on level 22 of a ziggurat)
 95733 | Zig:23   | Identified the amulet "Siekuq" {rElec Regen+} (You found it
                  | on level 23 of a ziggurat)
 95744 | Zig:24   | Entered Level 24 of a ziggurat
 95752 | Zig:24   | Noticed an ancient lich
 95753 | Zig:24   | Noticed an ancient lich
 95753 | Zig:24   | Noticed an ancient lich
 95753 | Zig:24   | Noticed an ancient lich
 95753 | Zig:24   | Noticed an ancient lich
 95753 | Zig:24   | Noticed an ancient lich
 95755 | Zig:24   | Killed an ancient lich
 95755 | Zig:24   | Killed an ancient lich
 95756 | Zig:24   | Noticed an ancient lich
 95757 | Zig:24   | Killed an ancient lich
 95757 | Zig:24   | Killed an ancient lich
 95757 | Zig:24   | Killed an ancient lich
 95757 | Zig:24   | Killed an ancient lich
 95759 | Zig:24   | Noticed an ancient lich
 95759 | Zig:24   | Noticed an ancient lich
 95760 | Zig:24   | Noticed an ancient lich
 95760 | Zig:24   | Noticed an ancient lich
 95761 | Zig:24   | Noticed an ancient lich
 95762 | Zig:24   | Noticed an ancient lich
 95762 | Zig:24   | Noticed an ancient lich
 95763 | Zig:24   | Found the +8 frozen axe "Frostbite" {freezing cloud, *Noise
                  | +Fly rC+}
 95765 | Zig:24   | Killed an ancient lich
 95766 | Zig:24   | Killed an ancient lich
 95766 | Zig:24   | Killed an ancient lich
 95766 | Zig:24   | Killed an ancient lich
 95766 | Zig:24   | Killed an ancient lich
 95766 | Zig:24   | Killed an ancient lich
 95767 | Zig:24   | Killed an ancient lich
 95768 | Zig:24   | Killed an ancient lich
 95869 | Zig:24   | Got a translucent wooden ring
 95873 | Zig:24   | Got a warped bone ring
 95906 | Zig:24   | Identified the ring "Yju Ruhe" {rElec rC+ rN++ Slay-6 SInv}
                  | (You found it on level 24 of a ziggurat)
 95908 | Zig:24   | Identified the ring "Koso" {rPois MP+9 AC+4 SInv} (You
                  | found it on level 24 of a ziggurat)
 96033 | Zig:24   | Got a glittering golden ring
 96071 | Zig:24   | Reached skill level 5 in Short Blades
 96072 | Zig:24   | Reached skill level 1 in Slings
 96075 | Zig:24   | Acquired 538 gold pieces
 96087 | Zig:25   | Entered Level 25 of a ziggurat
 96103 | Zig:25   | Reached skill level 5 in Slings
 96106 | Zig:25   | Found the +2 robe of Vines {NoPotionHeal Regen+7}
 96182 | Zig:25   | Identified the Catalogue of Earthen Dislocation
 96193 | Zig:25   | Identified the Incunabulum of the Frostbite and Enchantment
 96514 | Zig:25   | Identified the Handbook of Snow and Heat
 96525 | Zig:25   | Identified the ring "Imimait" {rPois rN+} (You found it on
                  | level 24 of a ziggurat)
 96548 | Zig:25   | Reached skill level 10 in Short Blades
 96552 | Zig:26   | Entered Level 26 of a ziggurat
 96567 | Zig:26   | Reached skill level 15 in Maces & Flails
 96917 | Zig:26   | Identified Sif Muna's Collected Works on Ice
 96933 | Zig:26   | Got jewelled shadow dragon scales
 96945 | Zig:26   | Identified the +1 shadow dragon scales "Rukagojaga" {-Tele
                  | rN+ Regen+ SInv Stlth++++} (You found it on level 26 of a
                  | ziggurat)
 96965 | Zig:27   | Entered Level 27 of a ziggurat
 96979 | Zig:27   | Reached skill level 15 in Polearms
 96979 | Zig:27   | Reached skill level 10 in Slings
 96989 | Zig:27   | Killed a starcursed mass
 96990 | Zig:27   | Reached skill level 15 in Translocations
 96994 | Zig:27   | Found the +9 staff of Wucad Mu {*channel}
 97432 | Zig:27   | Identified the Tome of Arcane Weapons and Dark Magic
 97607 | Zig:1    | Entered Level 1 of a ziggurat
 97646 | Zig:2    | Entered Level 2 of a ziggurat
 97705 | Zig:3    | Entered Level 3 of a ziggurat
 97707 | Zig:3    | Noticed a Killer Klown
 97707 | Zig:3    | Noticed Jahak the pandemonium lord
 97708 | Zig:3    | Noticed a Killer Klown
 97708 | Zig:3    | Noticed a Killer Klown
 97710 | Zig:3    | Killed a Killer Klown
 97714 | Zig:3    | Killed a Killer Klown
 97716 | Zig:3    | Killed a Killer Klown
 97716 | Zig:3    | Killed Jahak the pandemonium lord
 97778 | Zig:4    | Entered Level 4 of a ziggurat
 97778 | Zig:4    | Noticed a shard shrike
 97780 | Zig:4    | Noticed a shard shrike
 97782 | Zig:4    | Killed a shard shrike
 97784 | Zig:4    | Killed a shard shrike
 97837 | Zig:5    | Entered Level 5 of a ziggurat
 97857 | Zig:5    | Got a polished troll leather armour
 97870 | Zig:5    | Identified Olaxez's Papyrus of Ghastly Combat Magic
 97956 | Zig:6    | Entered Level 6 of a ziggurat
 97962 | Zig:6    | Noticed Asosuic the pandemonium lord
 97966 | Zig:6    | Killed Asosuic the pandemonium lord
 98050 | Zig:7    | Entered Level 7 of a ziggurat
 98173 | Zig:8    | Entered Level 8 of a ziggurat
 98181 | Zig:8    | Reached skill level 15 in Short Blades
 98310 | Zig:9    | Entered Level 9 of a ziggurat
 98514 | Zig:9    | Got a bound diamond amulet
 98552 | Zig:10   | Entered Level 10 of a ziggurat
 98684 | Zig:11   | Entered Level 11 of a ziggurat
 98686 | Zig:11   | Noticed an ancient lich
 98687 | Zig:11   | Noticed an ancient lich
 98688 | Zig:11   | Noticed an ancient lich
 98689 | Zig:11   | Noticed an ancient lich
 98689 | Zig:11   | Noticed an ancient lich
 98689 | Zig:11   | Noticed an ancient lich
 98690 | Zig:11   | Noticed an ancient lich
 98693 | Zig:11   | Noticed an ancient lich
 98693 | Zig:11   | Noticed an ancient lich
 98694 | Zig:11   | Noticed an ancient lich
 98694 | Zig:11   | Killed an ancient lich
 98694 | Zig:11   | Killed an ancient lich
 98695 | Zig:11   | Killed an ancient lich
 98696 | Zig:11   | Killed an ancient lich
 98696 | Zig:11   | Killed an ancient lich
 98697 | Zig:11   | Killed an ancient lich
 98697 | Zig:11   | Killed an ancient lich
 98698 | Zig:11   | Reached skill level 27 in Summonings
 98698 | Zig:11   | Killed an ancient lich
 98698 | Zig:11   | Killed an ancient lich
 98698 | Zig:11   | Killed an ancient lich
 98701 | Zig:11   | Found the +5 demon whip "Spellbinder" {antimagic, Will+}
 98701 | Zig:11   | Found the +3 sling "Punk" {acid, rCorr}
 98866 | Zig:12   | Entered Level 12 of a ziggurat
 98877 | Zig:12   | Reached skill level 15 in Slings
 98881 | Zig:12   | Noticed a shard shrike
 98918 | Zig:12   | Killed a shard shrike
 99030 | Zig:12   | Got a clouded tin ring
 99045 | Zig:12   | Got a shimmering silver amulet
 99051 | Zig:12   | Got a shimmering lead ring
 99094 | Zig:13   | Entered Level 13 of a ziggurat
 99099 | Zig:13   | Noticed a juggernaut
 99100 | Zig:13   | Noticed a juggernaut
 99100 | Zig:13   | Noticed a juggernaut
 99101 | Zig:13   | Noticed a juggernaut
 99105 | Zig:13   | Killed a juggernaut
 99106 | Zig:13   | Killed a juggernaut
 99106 | Zig:13   | Killed a juggernaut
 99106 | Zig:13   | Killed a juggernaut
 99258 | Zig:14   | Entered Level 14 of a ziggurat
 99259 | Zig:14   | Noticed a juggernaut
 99259 | Zig:14   | Noticed a juggernaut
 99264 | Zig:14   | Noticed a juggernaut
 99268 | Zig:14   | Killed a juggernaut
 99269 | Zig:14   | Noticed a juggernaut
 99269 | Zig:14   | Killed a juggernaut
 99283 | Zig:14   | Killed a juggernaut
 99295 | Zig:14   | Killed a juggernaut
 99500 | Zig:14   | Got a translucent iron ring
 99504 | Zig:14   | Got a slimy jade amulet
 99534 | Zig:14   | Identified the Volume of Mezcal
 99536 | Zig:14   | Identified Okeecor's Catalogue of Clay and Intoxication
 99577 | Zig:14   | Identified the amulet of Jeaghala {rC+ Regen+ Int+6} (You
                  | found it on level 9 of a ziggurat)
 99588 | Zig:14   | Identified the +3 troll leather armour of Calculation
                  | {Rampage +Inv rC+ Regen+ Stlth-} (You found it on level 5
                  | of a ziggurat)
 99599 | Zig:14   | Identified the ring of the Vendetta {Ice Int+4} (You found
                  | it on level 12 of a ziggurat)
 99601 | Zig:14   | Identified the amulet "Kimeq" {Regen+ Int+4} (You found it
                  | on level 12 of a ziggurat)
 99603 | Zig:14   | Identified the ring of Equivalence {rElec rPois Str+4 SInv}
                  | (You found it on level 12 of a ziggurat)
 99605 | Zig:14   | Identified the ring "Ehig" {*Corrode rF+++ rC+ Dex+4 SInv}
                  | (You found it on level 14 of a ziggurat)
 99607 | Zig:14   | Identified the amulet of Sin {RegenMP *Drain rElec Str-2
                  | Int+7} (You found it on level 14 of a ziggurat)
 99652 | Zig:15   | Entered Level 15 of a ziggurat
 99652 | Zig:15   | Noticed a royal mummy
 99652 | Zig:15   | Noticed a royal mummy
 99653 | Zig:15   | Noticed a royal mummy
 99656 | Zig:15   | Reached skill level 1 in Bows
 99656 | Zig:15   | Noticed a royal mummy
 99656 | Zig:15   | Noticed a royal mummy
 99656 | Zig:15   | Noticed a royal mummy
 99657 | Zig:15   | Noticed a royal mummy
 99658 | Zig:15   | Noticed a royal mummy
 99658 | Zig:15   | Noticed a royal mummy
 99659 | Zig:15   | Noticed a royal mummy
 99659 | Zig:15   | Killed a royal mummy
 99659 | Zig:15   | Killed a royal mummy
 99660 | Zig:15   | Noticed a royal mummy
 99662 | Zig:15   | Noticed an ancient lich
 99662 | Zig:15   | Noticed a royal mummy
 99662 | Zig:15   | Killed a royal mummy
 99663 | Zig:15   | Killed a royal mummy
 99663 | Zig:15   | Killed a royal mummy
 99663 | Zig:15   | Killed a royal mummy
 99663 | Zig:15   | Noticed a royal mummy
 99664 | Zig:15   | Reached skill level 5 in Hexes
 99669 | Zig:15   | Killed a royal mummy
 99670 | Zig:15   | Killed a royal mummy
 99670 | Zig:15   | Killed a royal mummy
 99672 | Zig:15   | Killed a royal mummy
 99672 | Zig:15   | Killed an ancient lich
 99679 | Zig:15   | Noticed a royal mummy
 99679 | Zig:15   | Noticed a royal mummy
 99685 | Zig:15   | Killed a royal mummy
 99688 | Zig:15   | Noticed a royal mummy
 99693 | Zig:15   | Killed a royal mummy
 99694 | Zig:15   | Reached skill level 5 in Bows
 99694 | Zig:15   | Killed a royal mummy
 99695 | Zig:15   | Killed a royal mummy
 99699 | Zig:15   | Killed a royal mummy
 99703 | Zig:15   | Killed a royal mummy
 99803 | Zig:15   | Identified the Reference Book on Unstable Ice
 99968 | Zig:16   | Entered Level 16 of a ziggurat
100053 | Zig:16   | Reached skill level 10 in Hexes
100251 | Zig:16   | Got a crude amber ring
100345 | Zig:16   | Got an iridescent triple sword
100346 | Zig:16   | Identified the cursed +1 triple sword "Yrillo" {freeze,
                  | Int+6} (You found it on level 16 of a ziggurat)
100360 | Zig:17   | Entered Level 17 of a ziggurat
100363 | Zig:17   | Noticed a juggernaut
100369 | Zig:17   | Noticed a juggernaut
100370 | Zig:17   | Noticed a juggernaut
100370 | Zig:17   | Killed a juggernaut
100378 | Zig:17   | Killed a juggernaut
100380 | Zig:17   | Killed a juggernaut
100437 | Zig:17   | Identified the Papyrus of Creative Intoxication
100448 | Zig:17   | Got a vibrating graven amulet
100729 | Zig:18   | Entered Level 18 of a ziggurat
100833 | Zig:18   | Reached skill level 10 in Bows
101004 | Zig:18   | Identified the Reference Book on the Birds and
                  | Contamination
101013 | Zig:18   | Got a flickering zirconium amulet
101030 | Zig:18   | Got a shimmering platinum ring
101048 | Zig:19   | Entered Level 19 of a ziggurat
101048 | Zig:19   | Noticed a royal mummy
101048 | Zig:19   | Noticed a royal mummy
101048 | Zig:19   | Noticed a royal mummy
101049 | Zig:19   | Noticed a royal mummy
101049 | Zig:19   | Noticed a royal mummy
101049 | Zig:19   | Noticed a royal mummy
101049 | Zig:19   | Noticed a royal mummy
101051 | Zig:19   | Noticed a royal mummy
101052 | Zig:19   | Noticed a royal mummy
101056 | Zig:19   | Noticed a royal mummy
101059 | Zig:19   | Killed a royal mummy
101061 | Zig:19   | Killed a royal mummy
101067 | Zig:19   | Killed a royal mummy
101067 | Zig:19   | Killed a royal mummy
101068 | Zig:19   | Killed a royal mummy
101070 | Zig:19   | Killed a royal mummy
101070 | Zig:19   | Killed a royal mummy
101071 | Zig:19   | Noticed a royal mummy
101073 | Zig:19   | Killed a royal mummy
101073 | Zig:19   | Killed a royal mummy
101074 | Zig:19   | Reached skill level 15 in Hexes
101079 | Zig:19   | Killed a royal mummy
101080 | Zig:19   | Noticed a royal mummy
101080 | Zig:19   | Noticed a royal mummy
101083 | Zig:19   | Noticed a royal mummy
101083 | Zig:19   | Noticed a royal mummy
101087 | Zig:19   | Noticed a royal mummy
101089 | Zig:19   | Killed a royal mummy
101089 | Zig:19   | Noticed a royal mummy
101090 | Zig:19   | Killed a royal mummy
101091 | Zig:19   | Killed a royal mummy
101092 | Zig:19   | Noticed a royal mummy
101102 | Zig:19   | Killed a royal mummy
101104 | Zig:19   | Killed a royal mummy
101107 | Zig:19   | Killed a royal mummy
101107 | Zig:19   | Killed a royal mummy
101120 | Zig:19   | Killed a royal mummy
101462 | Zig:20   | Entered Level 20 of a ziggurat
101631 | Zig:20   | Found the macabre finger necklace {rN+}
101636 | Zig:20   | Found the +2 hat of the Bear Spirit {Spirit, +Rage rN+
                  | Will++}
101797 | Zig:20   | Got a sparkling turquoise ring
101804 | Zig:20   | Got an ancient platinum ring
101829 | Zig:20   | Identified the ring of Spite {Wiz Str+4} (You found it on
                  | level 16 of a ziggurat)
101831 | Zig:20   | Identified the amulet "Fecoim" {*Drain Will++ Regen+ Str+6}
                  | (You found it on level 18 of a ziggurat)
101833 | Zig:20   | Identified the ring of Zuback {rPois rN+ Str+6 SInv} (You
                  | found it on level 18 of a ziggurat)
101835 | Zig:20   | Identified the ring of Wyfa Tunkufa {*Tele +Blink Will++
                  | Dex+4 Slay+3} (You found it on level 20 of a ziggurat)
101837 | Zig:20   | Identified the ring "Umu Ruag" {rF+ Str+5 Slay-3} (You
                  | found it on level 20 of a ziggurat)
101839 | Zig:20   | Identified the amulet of Joy {Acrobat Int+4} (You found it
                  | on level 17 of a ziggurat)
101842 | Zig:20   | Got a crude marble ring
101846 | Zig:20   | Got a shimmering iron ring
101892 | Zig:20   | Identified the ring "Baack" {Wiz SInv Stlth+} (You found it
                  | on level 20 of a ziggurat)
101894 | Zig:20   | Identified the ring of New Discoveries {Fire *Corrode rPois
                  | Int+3} (You found it on level 20 of a ziggurat)
101898 | Zig:21   | Entered Level 21 of a ziggurat
101980 | Zig:21   | Got a twitching graven amulet
101982 | Zig:21   | Identified the Almanac of Supportive Translocation
101988 | Zig:21   | Identified the Incunabulum of the Boiling Point
101990 | Zig:21   | Identified the Papyrus of Frigorific Flight
102004 | Zig:21   | Got a flickering tin amulet
102293 | Zig:22   | Entered Level 22 of a ziggurat
102306 | Zig:22   | Noticed Mukha the pandemonium lord
102313 | Zig:22   | Killed Mukha the pandemonium lord
102580 | Zig:22   | Got a sparkling tin ring
102653 | Zig:23   | Entered Level 23 of a ziggurat
102671 | Zig:23   | Reached skill level 27 in Crossbows
102676 | Zig:23   | Noticed Coavucas the pandemonium lord
102695 | Zig:23   | Killed Coavucas the pandemonium lord
102730 | Zig:23   | Got a warped bronze ring
102731 | Zig:23   | Identified the Almanac of Dried Tears
102754 | Zig:23   | Identified the Reference Book on Clay and Conjuration
103017 | Zig:23   | Identified the amulet "Lohaotz" {RegenMP Fragile rC+ Str+3
                  | Dex+2} (You found it on level 21 of a ziggurat)
103019 | Zig:23   | Identified the amulet "Diak" {Faith rElec rC+ Will-} (You
                  | found it on level 21 of a ziggurat)
103021 | Zig:23   | Identified the ring "Ikatofem" {rElec Int+4 Dex+6 Slay-4
                  | Stlth+} (You found it on level 22 of a ziggurat)
103023 | Zig:23   | Identified the ring "Uppug" {rF++ rC- Stlth-} (You found it
                  | on level 23 of a ziggurat)
103026 | Zig:23   | Got an ichor-stained tower shield
103039 | Zig:23   | Identified the cursed -2 tower shield "Geduagg" {rElec
                  | rPois Will+ Regen+} (You found it on level 23 of a
                  | ziggurat)
103058 | Zig:24   | Entered Level 24 of a ziggurat
103080 | Zig:24   | Reached skill level 15 in Bows
103107 | Zig:24   | Found the +8 longbow "Zephyr" {speed, Dex+3 SInv}
103109 | Zig:24   | Found the +6 lightning scales {run, rElec}
103343 | Zig:24   | Identified the Incunabulum of Moulding
103362 | Zig:24   | Got a wavering marble ring
103397 | Zig:24   | Identified the cursed ring "Tixyep" {rF+ rN+ Str-4 Stlth-}
                  | (You found it on level 24 of a ziggurat)
103427 | Zig:25   | Entered Level 25 of a ziggurat
103490 | Zig:25   | Got a vibrating ivory ring
103498 | Zig:25   | Identified the Grimoire of Frigorific Stolen Souls
103963 | Zig:25   | Identified the Reference Book on Burning Arcane Weapons
103990 | Zig:26   | Entered Level 26 of a ziggurat
104009 | Zig:26   | Noticed Ceckoup the pandemonium lord
104012 | Zig:26   | Killed Ceckoup the pandemonium lord
104284 | Zig:26   | Found the +5 scythe "Finisher" {speed, eviscerate}
104286 | Zig:26   | Got a pitted iron ring
104297 | Zig:26   | Identified the ring of Tosteubaofo {Ice +Inv Int+8 Dex-3}
                  | (You found it on level 25 of a ziggurat)
104300 | Zig:26   | Identified the ring of Ysoaxzeu {rF+ rC- rCorr Dex+4
                  | Stlth+} (You found it on level 26 of a ziggurat)
104311 | Zig:26   | Identified the Collected Works on the Voyage and
                  | Contamination
104314 | Zig:26   | Identified the Incunabulum of Darkness and the Escort
104320 | Zig:26   | Got a bound granite ring
104327 | Zig:26   | Identified the ring "Jygint" {+Inv Slay+5 SInv} (You found
                  | it on level 26 of a ziggurat)
104332 | Zig:26   | Got a pitted iron ring
104336 | Zig:26   | Got an ancient glass ring
104387 | Zig:26   | Identified the ring of Coronation {+Fly rPois rF+ Str-5
                  | Dex+5} (You found it on level 26 of a ziggurat)
104390 | Zig:26   | Identified the ring "Hasyawec" {+Fly Dex+3} (You found it
                  | on level 26 of a ziggurat)
104395 | Zig:26   | Got a pair of crude boots
104406 | Zig:26   | Identified the -6 pair of boots of Serendipity {-Tele Will+
                  | Int+3 Stlth+} (You found it on level 26 of a ziggurat)
104434 | Zig:27   | Entered Level 27 of a ziggurat
104853 | Zig:27   | Identified Iseuva Sarph's Guide on the Flying Glacier
104865 | Zig:27   | Got a clouded granite ring
104888 | Zig:27   | Identified the ring of Hegev {+Fly rCorr Dex+3} (You found
                  | it on level 27 of a ziggurat)
104892 | Zig:27   | Got a pair of spiked boots
104906 | Zig:27   | Identified the +4 pair of boots of Tiotyfad {Regen+ Dex+3}
                  | (You found it on level 27 of a ziggurat)
104995 | D:1      | Acquired 961 gold pieces
104996 | D:1      | Acquired 496 gold pieces
105342 | Spider:2 | Killed Jorgrun
105751 | D:1      | Bought the +7 great mace "Undeadhunter" {disrupt, rN+} for
                  | 2371 gold pieces
105751 | D:1      | Found the +7 great mace "Undeadhunter" {disrupt, rN+}
105763 | D:1      | Bought the ring of the Mage {Wiz Will++ Int+3} for 672 gold
                  | pieces
105763 | D:1      | Found the ring of the Mage {Wiz Will++ Int+3}
105763 | D:1      | Bought a ring of the Octopus King {Wiz AC+1 EV+1 Str+1
                  | Int+1 Dex+1} for 672 gold pieces
105763 | D:1      | Found the ring of the Octopus King {Wiz AC+1 EV+1 Str+1
                  | Int+1 Dex+1}
105765 | D:1      | Bought the +12 glaive of Prune {vorpal} for 1994 gold
                  | pieces
105765 | D:1      | Found the +12 glaive of Prune {vorpal}
105768 | D:1      | Bought the +2 hood of the Assassin {Detection Stab+
                  | Stlth++} for 1920 gold pieces
105768 | D:1      | Found the +2 hood of the Assassin {Detection Stab+ Stlth++}
105769 | D:1      | Bought the +8 orange crystal plate armour {Archmagi, Int+3
                  | Clar} for 3468 gold pieces
105769 | D:1      | Found the +8 orange crystal plate armour {Archmagi, Int+3
                  | Clar}
105770 | D:1      | Bought the +3 robe of Clouds {+Thunder rCloud rElec} for
                  | 861 gold pieces
105770 | D:1      | Found the +3 robe of Clouds {+Thunder rCloud rElec}
105773 | D:1      | Bought the +10 Black Knight's barding {ponderous, rPois
                  | rN+} for 1331 gold pieces
105773 | D:1      | Found the +10 Black Knight's barding {ponderous, rPois rN+}
105776 | D:1      | Bought the +3 crown of Dyrovepreva {rElec Int+2 SInv} for
                  | 745 gold pieces
105776 | D:1      | Found the +3 crown of Dyrovepreva {rElec Int+2 SInv}
105901 | D:1      | Lost mutation: You have sharp fingernails. [potion of
                  | mutation]
105901 | D:1      | Lost mutation: Your spells are a little harder to cast, but
                  | a little more powerful. [potion of mutation]
105901 | D:1      | Lost mutation: You are partially covered in rugged brown
                  | scales. (AC +1, +3% HP) [potion of mutation]
105901 | D:1      | Gained mutation: You are agile. (Dex +2) [potion of
                  | mutation]
105902 | D:1      | Lost mutation: You have a somewhat thin skeletal structure.
                  | (Dex +2, Stealth) [potion of mutation]
105902 | D:1      | Lost mutation: You are agile. (Dex +2) [potion of mutation]
105902 | D:1      | Lost mutation: You have an increased reservoir of magic.
                  | (+10% MP) [potion of mutation]
105902 | D:1      | Gained mutation: Your muscles are strong. (Str +2) [potion
                  | of mutation]
105902 | D:1      | Gained mutation: Scrolls take you a little longer to read.
                  | [potion of mutation]
105902 | D:1      | Gained mutation: Your flesh is cold resistant. (rC+)
                  | [potion of mutation]
105903 | D:1      | Lost mutation: Your muscles are strong. (Str +2) [potion of
                  | mutation]
105903 | D:1      | Lost mutation: Your flesh is cold resistant. (rC+) [potion
                  | of mutation]
105903 | D:1      | Lost mutation: Scrolls take you a little longer to read.
                  | [potion of mutation]
105903 | D:1      | Gained mutation: You are agile. (Dex +2) [potion of
                  | mutation]
105903 | D:1      | Gained mutation: You are frail. (-10% HP) [potion of
                  | mutation]
105903 | D:1      | Gained mutation: You are surrounded by a mild repulsion
                  | field. (EV +2) [potion of mutation]
105904 | D:1      | Lost mutation: You are frail. (-10% HP) [potion of
                  | mutation]
105904 | D:1      | Gained mutation: You are somewhat resistant to further
                  | mutation. [potion of mutation]
105905 | D:1      | Lost mutation: You are agile. (Dex +2) [potion of mutation]
105905 | D:1      | Lost mutation: You are somewhat resistant to further
                  | mutation. [potion of mutation]
105905 | D:1      | Gained mutation: You evolve. [potion of mutation]
105905 | D:1      | Gained mutation: You possess an exceptional clarity of
                  | mind. [potion of mutation]
105921 | Zig:1    | Entered Level 1 of a ziggurat
105956 | Zig:2    | Entered Level 2 of a ziggurat
106019 | Zig:3    | Entered Level 3 of a ziggurat
106050 | Zig:3    | Got a scintillating platinum ring
106069 | Zig:4    | Entered Level 4 of a ziggurat
106157 | Zig:5    | Entered Level 5 of a ziggurat
106166 | Zig:5    | Noticed Xisitwo the pandemonium lord
106178 | Zig:5    | Killed Xisitwo the pandemonium lord
106275 | Zig:6    | Entered Level 6 of a ziggurat
106280 | Zig:6    | Reached skill level 27 in Axes
106407 | Zig:7    | Entered Level 7 of a ziggurat
106417 | Zig:7    | Reached skill level 27 in Maces & Flails
106451 | Zig:7    | Got a clouded steel ring
106546 | Zig:8    | Entered Level 8 of a ziggurat
106752 | Zig:9    | Entered Level 9 of a ziggurat
106803 | Zig:9    | Got a sparkling bone ring
106918 | Zig:10   | Entered Level 10 of a ziggurat
106921 | Zig:10   | Noticed a juggernaut
106921 | Zig:10   | Noticed a juggernaut
106922 | Zig:10   | Noticed a juggernaut
106922 | Zig:10   | Noticed a juggernaut
106922 | Zig:10   | Noticed a juggernaut
106923 | Zig:10   | Noticed a juggernaut
106923 | Zig:10   | Noticed a juggernaut
106926 | Zig:10   | Killed a juggernaut
106927 | Zig:10   | Killed a juggernaut
106927 | Zig:10   | Killed a juggernaut
106928 | Zig:10   | Killed a juggernaut
106928 | Zig:10   | Killed a juggernaut
106928 | Zig:10   | Killed a juggernaut
106932 | Zig:10   | Killed a juggernaut
107178 | Zig:11   | Entered Level 11 of a ziggurat
107534 | Zig:12   | Entered Level 12 of a ziggurat
107540 | Zig:12   | Noticed Wasam the pandemonium lord
107540 | Zig:12   | Noticed Eckull the pandemonium lord
107540 | Zig:12   | Noticed Fimelupho the pandemonium lord
107540 | Zig:12   | Noticed a Killer Klown
107540 | Zig:12   | Noticed a Killer Klown
107540 | Zig:12   | Noticed a Killer Klown
107541 | Zig:12   | Noticed Bigosar the pandemonium lord
107541 | Zig:12   | Noticed Guruetas the pandemonium lord
107541 | Zig:12   | Noticed Xeprur the pandemonium lord
107542 | Zig:12   | Noticed Loedoef the pandemonium lord
107542 | Zig:12   | Noticed a Killer Klown
107542 | Zig:12   | Noticed Buefe the pandemonium lord
107542 | Zig:12   | Noticed a Killer Klown
107543 | Zig:12   | Noticed Syepn the pandemonium lord
107545 | Zig:12   | Noticed a Killer Klown
107549 | Zig:12   | Noticed Rot Sude the pandemonium lord
107549 | Zig:12   | Noticed Hangoleh the pandemonium lord
107551 | Zig:12   | Noticed a Killer Klown
107552 | Zig:12   | Noticed a Killer Klown
107552 | Zig:12   | Killed a Killer Klown
107552 | Zig:12   | Killed Eckull the pandemonium lord
107552 | Zig:12   | Killed Wasam the pandemonium lord
107552 | Zig:12   | Killed a Killer Klown
107552 | Zig:12   | Killed a Killer Klown
107552 | Zig:12   | Noticed Ofeux the pandemonium lord
107553 | Zig:12   | Noticed Vegy the pandemonium lord
107555 | Zig:12   | Killed Loedoef the pandemonium lord
107555 | Zig:12   | Killed a Killer Klown
107555 | Zig:12   | Killed a Killer Klown
107556 | Zig:12   | Noticed a Killer Klown
107556 | Zig:12   | Noticed a Killer Klown
107557 | Zig:12   | Killed Xeprur the pandemonium lord
107557 | Zig:12   | Killed Guruetas the pandemonium lord
107558 | Zig:12   | Noticed Esotyi the pandemonium lord
107558 | Zig:12   | Killed a Killer Klown
107558 | Zig:12   | Killed a Killer Klown
107558 | Zig:12   | Killed Bigosar the pandemonium lord
107558 | Zig:12   | Killed Fimelupho the pandemonium lord
107559 | Zig:12   | Reached skill level 27 in Unarmed Combat
107559 | Zig:12   | Noticed a Killer Klown
107559 | Zig:12   | Killed Syepn the pandemonium lord
107560 | Zig:12   | Noticed a Killer Klown
107560 | Zig:12   | Killed Rot Sude the pandemonium lord
107561 | Zig:12   | Killed Ofeux the pandemonium lord
107561 | Zig:12   | Killed a Killer Klown
107561 | Zig:12   | Killed a Killer Klown
107562 | Zig:12   | Killed Hangoleh the pandemonium lord
107562 | Zig:12   | Killed Buefe the pandemonium lord
107567 | Zig:12   | Killed a Killer Klown
107573 | Zig:12   | Killed Vegy the pandemonium lord
107576 | Zig:12   | Killed Esotyi the pandemonium lord
107581 | Zig:12   | Killed a Killer Klown
107586 | Zig:12   | Killed a Killer Klown
107588 | Zig:12   | Found the +4 moon troll leather armour {Spirit, Regen++
                  | MP+5}
107747 | Zig:13   | Entered Level 13 of a ziggurat
107759 | Zig:13   | Noticed Rejopn the pandemonium lord
107791 | Zig:13   | Killed Rejopn the pandemonium lord
107819 | Zig:13   | Got a shimmering golden ring
107986 | Zig:13   | Got a fine iron ring
107988 | Zig:13   | Got a heavily runed bronze ring
107996 | Zig:13   | Identified Geky's Disquisition on Supportive Beguiling
108005 | Zig:14   | Entered Level 14 of a ziggurat
108015 | Zig:14   | Noticed an ancient lich
108016 | Zig:14   | Noticed an ancient lich
108016 | Zig:14   | Noticed an ancient lich
108017 | Zig:14   | Noticed an ancient lich
108018 | Zig:14   | Noticed an ancient lich
108018 | Zig:14   | Noticed an ancient lich
108019 | Zig:14   | Noticed an ancient lich
108020 | Zig:14   | Killed an ancient lich
108020 | Zig:14   | Killed an ancient lich
108021 | Zig:14   | Noticed an ancient lich
108021 | Zig:14   | Noticed an ancient lich
108021 | Zig:14   | Killed an ancient lich
108021 | Zig:14   | Killed an ancient lich
108021 | Zig:14   | Killed an ancient lich
108021 | Zig:14   | Killed an ancient lich
108021 | Zig:14   | Killed an ancient lich
108022 | Zig:14   | Killed an ancient lich
108023 | Zig:14   | Killed an ancient lich
108027 | Zig:14   | Reached skill level 27 in Polearms
108027 | Zig:14   | Reached skill level 27 in Slings
108170 | Zig:14   | Identified the Reference Book on Harmful Execration
108173 | Zig:14   | Identified A Thorough Guide to Theurgy
108176 | Zig:14   | Got a bound granite ring
108234 | Zig:15   | Entered Level 15 of a ziggurat
108240 | Zig:15   | Noticed a royal mummy
108241 | Zig:15   | Noticed a royal mummy
108241 | Zig:15   | Noticed a royal mummy
108241 | Zig:15   | Noticed a royal mummy
108241 | Zig:15   | Noticed a royal mummy
108241 | Zig:15   | Noticed a royal mummy
108243 | Zig:15   | Noticed a royal mummy
108243 | Zig:15   | Noticed a royal mummy
108244 | Zig:15   | Noticed a royal mummy
108251 | Zig:15   | Noticed a royal mummy
108251 | Zig:15   | Noticed a royal mummy
108252 | Zig:15   | Noticed a royal mummy
108259 | Zig:15   | Noticed a royal mummy
108260 | Zig:15   | Killed a royal mummy
108261 | Zig:15   | Noticed a royal mummy
108261 | Zig:15   | Noticed a royal mummy
108261 | Zig:15   | Killed a royal mummy
108261 | Zig:15   | Killed a royal mummy
108261 | Zig:15   | Noticed a royal mummy
108262 | Zig:15   | Noticed a royal mummy
108263 | Zig:15   | Noticed a royal mummy
108264 | Zig:15   | Noticed a royal mummy
108264 | Zig:15   | Noticed a royal mummy
108265 | Zig:15   | Noticed a royal mummy
108266 | Zig:15   | Killed a royal mummy
108266 | Zig:15   | Killed a royal mummy
108266 | Zig:15   | Killed a royal mummy
108266 | Zig:15   | Killed a royal mummy
108266 | Zig:15   | Noticed a royal mummy
108267 | Zig:15   | Reached skill level 27 in Hexes
108267 | Zig:15   | Noticed a royal mummy
108267 | Zig:15   | Noticed a royal mummy
108269 | Zig:15   | Noticed a royal mummy
108270 | Zig:15   | Killed a royal mummy
108271 | Zig:15   | Killed a royal mummy
108272 | Zig:15   | Killed a royal mummy
108272 | Zig:15   | Killed a royal mummy
108274 | Zig:15   | Killed a royal mummy
108274 | Zig:15   | Killed a royal mummy
108275 | Zig:15   | Killed a royal mummy
108277 | Zig:15   | Killed a royal mummy
108277 | Zig:15   | Killed a royal mummy
108277 | Zig:15   | Killed a royal mummy
108277 | Zig:15   | Killed a royal mummy
108277 | Zig:15   | Killed a royal mummy
108277 | Zig:15   | Killed a royal mummy
108278 | Zig:15   | Reached skill level 27 in Short Blades
108282 | Zig:15   | Killed a royal mummy
108292 | Zig:15   | Killed a royal mummy
108298 | Zig:15   | Killed a royal mummy
108309 | Zig:15   | Killed a royal mummy
108330 | Zig:15   | Killed a royal mummy
108392 | Zig:15   | Identified Lihefesa's Catalogue of Companions and the
                  | Frostbite
108397 | Zig:15   | Identified the Tome of Earth
108422 | Zig:15   | Got a fine pewter ring
108697 | Zig:16   | Entered Level 16 of a ziggurat
108724 | Zig:16   | Identified the cursed -6 tower shield of the Solstice
                  | {rPois rN+ MP+9 Str-2}
108725 | Zig:16   | Reached skill level 27 in Translocations
108726 | Zig:16   | Identified the +3 tower shield "Dinos" {rC- Will+ rCorr
                  | Str+10}
109004 | Zig:16   | Got a pair of jewelled boots
109012 | Zig:17   | Entered Level 17 of a ziggurat
109043 | Zig:17   | Found the +5 robe of Misfortune {*Contam Harm *Corrode
                  | *Drain *Slow EV+5}
109073 | Zig:17   | Identified Paxywed's Papyrus of Destructive Stones
109321 | Zig:17   | Identified the Almanac of the Frostbite and Displacement
109422 | Zig:17   | Identified the cursed ring of Lidog {rElec rPois EV-4
                  | Int+5} (You found it on level 3 of a ziggurat)
109428 | Zig:17   | Identified the ring of Abstinence {rPois rF+++ Str-3 Dex-5
                  | Slay+5} (You found it on level 7 of a ziggurat)
109431 | Zig:17   | Identified the ring "Poatsor" {+Fly rF+ Str+4 Stlth-} (You
                  | found it on level 9 of a ziggurat)
109434 | Zig:17   | Identified the ring "Maduferi" {rC+ MP+9 Int+4 Dex+4} (You
                  | found it on level 14 of a ziggurat)
109437 | Zig:17   | Identified the ring of Tesunlee {Will+ Str+5 Int+3 Dex-5
                  | Stlth+} (You found it on level 13 of a ziggurat)
109440 | Zig:17   | Identified the ring "Taisask" {Wiz rC- Int+3 SInv} (You
                  | found it on level 13 of a ziggurat)
109443 | Zig:17   | Identified the ring "Emiug" {rF+ Str+2 Dex+4} (You found it
                  | on level 13 of a ziggurat)
109445 | Zig:17   | Identified the ring "Pigel" {+Fly rPois rF+} (You found it
                  | on level 15 of a ziggurat)
109459 | Zig:17   | Identified the +1 pair of boots of Negation {Dex+3} (You
                  | found it on level 16 of a ziggurat)
109482 | Zig:18   | Entered Level 18 of a ziggurat
109488 | Zig:18   | Noticed a royal mummy
109490 | Zig:18   | Noticed a royal mummy
109490 | Zig:18   | Noticed a royal mummy
109490 | Zig:18   | Noticed a royal mummy
109490 | Zig:18   | Noticed a royal mummy
109491 | Zig:18   | Noticed a royal mummy
109491 | Zig:18   | Noticed a royal mummy
109492 | Zig:18   | Noticed a royal mummy
109492 | Zig:18   | Noticed a royal mummy
109492 | Zig:18   | Noticed a royal mummy
109492 | Zig:18   | Noticed a royal mummy
109493 | Zig:18   | Noticed a royal mummy
109493 | Zig:18   | Noticed a royal mummy
109494 | Zig:18   | Noticed a royal mummy
109494 | Zig:18   | Noticed a royal mummy
109495 | Zig:18   | Noticed a royal mummy
109497 | Zig:18   | Killed a royal mummy
109497 | Zig:18   | Killed a royal mummy
109497 | Zig:18   | Killed a royal mummy
109497 | Zig:18   | Noticed a royal mummy
109498 | Zig:18   | Noticed a royal mummy
109498 | Zig:18   | Noticed a royal mummy
109498 | Zig:18   | Killed a royal mummy
109498 | Zig:18   | Killed a royal mummy
109498 | Zig:18   | Killed a royal mummy
109498 | Zig:18   | Killed a royal mummy
109499 | Zig:18   | Noticed a royal mummy
109499 | Zig:18   | Noticed a royal mummy
109499 | Zig:18   | Killed a royal mummy
109499 | Zig:18   | Noticed a royal mummy
109499 | Zig:18   | Noticed a royal mummy
109500 | Zig:18   | Noticed a royal mummy
109500 | Zig:18   | Killed a royal mummy
109501 | Zig:18   | Noticed a royal mummy
109501 | Zig:18   | Noticed a royal mummy
109501 | Zig:18   | Noticed a royal mummy
109501 | Zig:18   | Killed a royal mummy
109501 | Zig:18   | Killed a royal mummy
109501 | Zig:18   | Killed a royal mummy
109501 | Zig:18   | Noticed a royal mummy
109502 | Zig:18   | Reached skill level 27 in Bows
109503 | Zig:18   | Noticed a royal mummy
109504 | Zig:18   | Noticed a royal mummy
109506 | Zig:18   | Noticed a royal mummy
109509 | Zig:18   | Killed a royal mummy
109512 | Zig:18   | Reached skill level 5 in Poison Magic
109512 | Zig:18   | Killed a royal mummy
109513 | Zig:18   | Reached skill level 5 in Invocations
109514 | Zig:18   | Killed a royal mummy
109514 | Zig:18   | Killed a royal mummy
109514 | Zig:18   | Killed a royal mummy
109514 | Zig:18   | Killed a royal mummy
109514 | Zig:18   | Killed a royal mummy
109514 | Zig:18   | Noticed a royal mummy
109520 | Zig:18   | Killed a royal mummy
109525 | Zig:18   | Killed a royal mummy
109526 | Zig:18   | Reached skill level 10 in Poison Magic
109526 | Zig:18   | Killed a royal mummy
109526 | Zig:18   | Killed a royal mummy
109526 | Zig:18   | Killed a royal mummy
109527 | Zig:18   | Reached skill level 10 in Invocations
109532 | Zig:18   | Killed a royal mummy
109535 | Zig:18   | Killed a royal mummy
109536 | Zig:18   | Killed a royal mummy
109538 | Zig:18   | Killed a royal mummy
109540 | Zig:18   | Killed a royal mummy
109546 | Zig:18   | Killed a royal mummy
109553 | Zig:18   | Killed a royal mummy
109554 | Zig:18   | Killed a royal mummy
109708 | Zig:18   | Lost mutation: You possess an exceptional clarity of mind.
                  | [evolution]
109797 | Zig:18   | Identified Ruxufuet's Guide on Companions and Malediction
109908 | Zig:18   | Got a bound iron ring
109913 | Zig:18   | Got a shimmering copper ring
109953 | Zig:18   | Lost mutation: You evolve. [potion of mutation]
109953 | Zig:18   | Gained mutation: You are weak. (Str -2) [potion of
                  | mutation]
109953 | Zig:18   | Gained mutation: You have sharp fingernails. [potion of
                  | mutation]
109954 | Zig:18   | Lost mutation: You are weak. (Str -2) [potion of mutation]
109954 | Zig:18   | Lost mutation: You have sharp fingernails. [potion of
                  | mutation]
109954 | Zig:18   | Gained mutation: You expend magic power (3 MP) to
                  | strengthen your wands. [potion of mutation]
109954 | Zig:18   | Gained mutation: You have large cloven feet. [potion of
                  | mutation]
109955 | Zig:18   | Lost mutation: You are surrounded by a mild repulsion
                  | field. (EV +2) [potion of mutation]
109955 | Zig:18   | Lost mutation: You expend magic power (3 MP) to strengthen
                  | your wands. [potion of mutation]
109955 | Zig:18   | Lost mutation: You have large cloven feet. [potion of
                  | mutation]
109955 | Zig:18   | Gained mutation: Scrolls take you a little longer to read.
                  | [potion of mutation]
109955 | Zig:18   | Gained mutation: You are frail. (-10% HP) [potion of
                  | mutation]
109955 | Zig:18   | Lost mutation: You are frail. (-10% HP) [potion of
                  | mutation]
109955 | Zig:18   | Gained mutation: You have a somewhat thin skeletal
                  | structure. (Dex +2, Stealth) [potion of mutation]
109956 | Zig:18   | Lost mutation: You have a somewhat thin skeletal structure.
                  | (Dex +2, Stealth) [potion of mutation]
109956 | Zig:18   | Lost mutation: Scrolls take you a little longer to read.
                  | [potion of mutation]
109956 | Zig:18   | Gained mutation: You have sharp fingernails. [potion of
                  | mutation]
109956 | Zig:18   | Gained mutation: You are weak. (Str -2) [potion of
                  | mutation]
109956 | Zig:18   | Gained mutation: You are frail. (-10% HP) [potion of
                  | mutation]
109956 | Zig:18   | Gained mutation: You expend magic power (3 MP) to
                  | strengthen your wands. [potion of mutation]
109957 | Zig:18   | Lost mutation: You are frail. (-10% HP) [potion of
                  | mutation]
109957 | Zig:18   | Lost mutation: You are weak. (Str -2) [potion of mutation]
109957 | Zig:18   | Lost mutation: You expend magic power (3 MP) to strengthen
                  | your wands. [potion of mutation]
109957 | Zig:18   | Gained mutation: You evolve. [potion of mutation]
109957 | Zig:18   | Gained mutation: You are partially covered in molten
                  | scales. (AC +2) [potion of mutation]
109958 | Zig:18   | Lost mutation: You are partially covered in molten scales.
                  | (AC +2) [potion of mutation]
109958 | Zig:18   | Lost mutation: You evolve. [potion of mutation]
109958 | Zig:18   | Lost mutation: You have sharp fingernails. [potion of
                  | mutation]
109958 | Zig:18   | Gained mutation: You are dopey. (Int -2) [potion of
                  | mutation]
109958 | Zig:18   | Gained mutation: You possess an exceptional clarity of
                  | mind. [potion of mutation]
109959 | Zig:18   | Lost mutation: You possess an exceptional clarity of mind.
                  | [potion of mutation]
109959 | Zig:18   | Lost mutation: You are dopey. (Int -2) [potion of mutation]
109959 | Zig:18   | Gained mutation: You are strong-willed. (Will+) [potion of
                  | mutation]
109959 | Zig:18   | Gained mutation: You passively map a small area around you.
                  | [potion of mutation]
109959 | Zig:18   | Gained mutation: Your flesh is cold resistant. (rC+)
                  | [potion of mutation]
109960 | Zig:18   | Lost mutation: You passively map a small area around you.
                  | [potion of mutation]
109960 | Zig:18   | Lost mutation: You are strong-willed. (Will+) [potion of
                  | mutation]
109960 | Zig:18   | Gained mutation: Your body sometimes deteriorates upon
                  | taking damage. [potion of mutation]
109960 | Zig:18   | Gained mutation: Your flesh is heat resistant. (rF+)
                  | [potion of mutation]
109960 | Zig:18   | Gained mutation: Your flesh is very heat resistant. (rF++)
                  | [potion of mutation]
109960 | Zig:18   | Gained mutation: You have sharp fingernails. [potion of
                  | mutation]
109961 | Zig:18   | Lost mutation: You have sharp fingernails. [potion of
                  | mutation]
109961 | Zig:18   | Lost mutation: Your flesh is cold resistant. (rC+) [potion
                  | of mutation]
109961 | Zig:18   | Lost mutation: Your body sometimes deteriorates upon taking
                  | damage. [potion of mutation]
109961 | Zig:18   | Gained mutation: Your flesh is cold resistant. (rC+)
                  | [potion of mutation]
109961 | Zig:18   | Lost mutation: Your flesh is cold resistant. (rC+) [potion
                  | of mutation]
109961 | Zig:18   | Gained mutation: You have sharp fingernails. [potion of
                  | mutation]
109962 | Zig:18   | Lost mutation: Your flesh is very heat resistant. (rF++)
                  | [potion of mutation]
109962 | Zig:18   | Lost mutation: You have sharp fingernails. [potion of
                  | mutation]
109962 | Zig:18   | Gained mutation: You are partially covered in slimy green
                  | scales. (AC +2) [potion of mutation]
109962 | Zig:18   | Gained mutation: You are frail. (-10% HP) [potion of
                  | mutation]
109962 | Zig:18   | Gained mutation: Your spells are a little easier to cast,
                  | but a little less powerful. [potion of mutation]
109962 | Zig:18   | Gained mutation: You are agile. (Dex +2) [potion of
                  | mutation]
109963 | Zig:18   | Lost mutation: Your spells are a little easier to cast, but
                  | a little less powerful. [potion of mutation]
109963 | Zig:18   | Lost mutation: You are agile. (Dex +2) [potion of mutation]
109963 | Zig:18   | Lost mutation: You are frail. (-10% HP) [potion of
                  | mutation]
109963 | Zig:18   | Gained mutation: Your mind is acute. (Int +2) [potion of
                  | mutation]
109963 | Zig:18   | Gained mutation: You are partially covered in thin metallic
                  | scales. (AC +2) [potion of mutation]
109964 | Zig:18   | Lost mutation: You are partially covered in slimy green
                  | scales. (AC +2) [potion of mutation]
109964 | Zig:18   | Lost mutation: Your flesh is heat resistant. (rF+) [potion
                  | of mutation]
109964 | Zig:18   | Gained mutation: You are partially covered in large bone
                  | plates. (SH +4) [potion of mutation]
109964 | Zig:18   | Gained mutation: Scrolls take you a little longer to read.
                  | [potion of mutation]
109964 | Zig:18   | Gained mutation: You are partially covered in molten
                  | scales. (AC +2) [potion of mutation]
109965 | Zig:18   | Lost mutation: Scrolls take you a little longer to read.
                  | [potion of mutation]
109965 | Zig:18   | Lost mutation: Your mind is acute. (Int +2) [potion of
                  | mutation]
109965 | Zig:18   | Lost mutation: You are partially covered in large bone
                  | plates. (SH +4) [potion of mutation]
109965 | Zig:18   | Gained mutation: You possess an exceptional clarity of
                  | mind. [potion of mutation]
109965 | Zig:18   | Gained mutation: You are partially covered in large bone
                  | plates. (SH +4) [potion of mutation]
109973 | Zig:19   | Entered Level 19 of a ziggurat
109990 | Zig:19   | Reached skill level 15 in Poison Magic
109993 | Zig:19   | Reached skill level 15 in Invocations
110000 | Zig:19   | Found the +12 Vampire's Tooth {vamp}
110053 | Zig:19   | Got a twitching ruby amulet
110054 | Zig:19   | Identified the Catalogue of the Birds and Ignition
110057 | Zig:19   | Got a vibrating ivory ring
110274 | Zig:19   | Got a twitching granite ring
110316 | Zig:20   | Entered Level 20 of a ziggurat
110345 | Zig:20   | Found the ring of the Octopus King
110346 | Zig:20   | Found the +7 great mace "Firestarter" {inner flame, rF++}
110569 | Zig:20   | Got a ring of the Octopus King
110630 | Zig:20   | Identified the ring of Irossenn {Ice rElec Int-3 Slay+2}
                  | (You found it on level 18 of a ziggurat)
110633 | Zig:20   | Identified the ring of Exypruyz {rPois Int+2 Dex+3} (You
                  | found it on level 18 of a ziggurat)
110636 | Zig:20   | Identified the amulet of Zyfoonki {Faith *Drain rPois
                  | Int+4} (You found it on level 19 of a ziggurat)
110639 | Zig:20   | Identified the ring of Gaframa {Fire *Corrode Str-2 Int+5
                  | Dex+8} (You found it on level 19 of a ziggurat)
110642 | Zig:20   | Identified the ring of Xom's Flight of Fancy {rF+ rN+ Str+4
                  | Int-2} (You found it on level 19 of a ziggurat)
110645 | Zig:20   | Identified a ring of the Octopus King {AC+1 EV+1 Str+1
                  | Int+1 Dex+1 SInv} (You found it on level 20 of a ziggurat)
110666 | Zig:21   | Entered Level 21 of a ziggurat
110674 | Zig:21   | Noticed a Killer Klown
110674 | Zig:21   | Noticed Sedwoisa the pandemonium lord
110675 | Zig:21   | Noticed Wicseus the pandemonium lord
110675 | Zig:21   | Noticed Sullax the pandemonium lord
110679 | Zig:21   | Noticed a juggernaut
110679 | Zig:21   | a Killer Klown changed into a juggernaut
110682 | Zig:21   | Noticed a Killer Klown
110684 | Zig:21   | Killed a juggernaut
110685 | Zig:21   | Noticed a Killer Klown
110686 | Zig:21   | Killed a Killer Klown
110689 | Zig:21   | Killed Sedwoisa the pandemonium lord
110698 | Zig:21   | Killed a Killer Klown
110698 | Zig:21   | Noticed Utishroet the pandemonium lord
110717 | Zig:21   | Noticed Riopiph the pandemonium lord
110728 | Zig:21   | Noticed Ezalet the pandemonium lord
110730 | Zig:21   | Noticed a Killer Klown
110731 | Zig:21   | Killed Tixzod the pandemonium lord
110733 | Zig:21   | Noticed a Killer Klown
110733 | Zig:21   | Noticed a Killer Klown
110733 | Zig:21   | Noticed Secur the pandemonium lord
110747 | Zig:21   | Noticed Sokh the pandemonium lord
110749 | Zig:21   | Noticed a Killer Klown
110750 | Zig:21   | Killed Secur the pandemonium lord
110751 | Zig:21   | Noticed Wibacro the pandemonium lord
110752 | Zig:21   | Killed a Killer Klown
110752 | Zig:21   | Noticed a Killer Klown
110753 | Zig:21   | Noticed a Killer Klown
110754 | Zig:21   | Noticed a Killer Klown
110754 | Zig:21   | Noticed Woirgh Wyufo the pandemonium lord
110755 | Zig:21   | Noticed Jagaotef the pandemonium lord
110756 | Zig:21   | Noticed Ihenlav the pandemonium lord
110757 | Zig:21   | Killed a Killer Klown
110759 | Zig:21   | Noticed Qefate the pandemonium lord
110759 | Zig:21   | Noticed Kullez the pandemonium lord
110759 | Zig:21   | Noticed Gatiux the pandemonium lord
110760 | Zig:21   | Noticed a Killer Klown
110763 | Zig:21   | Noticed a Killer Klown
110765 | Zig:21   | Killed Woirgh Wyufo the pandemonium lord
110766 | Zig:21   | Noticed a Killer Klown
110767 | Zig:21   | Killed a Killer Klown
110769 | Zig:21   | Killed Qefate the pandemonium lord
110769 | Zig:21   | Killed a Killer Klown
110769 | Zig:21   | Noticed Tul Decackyi the pandemonium lord
110769 | Zig:21   | Noticed a Killer Klown
110770 | Zig:21   | Killed Sokh the pandemonium lord
110770 | Zig:21   | Killed Ezalet the pandemonium lord
110770 | Zig:21   | Killed Wicseus the pandemonium lord
110770 | Zig:21   | Noticed a Killer Klown
110771 | Zig:21   | Noticed Loyzxenn the pandemonium lord
110771 | Zig:21   | Killed Sullax the pandemonium lord
110772 | Zig:21   | Killed Ihenlav the pandemonium lord
110772 | Zig:21   | Noticed Xeid Beu the pandemonium lord
110772 | Zig:21   | Noticed Loraada the pandemonium lord
110773 | Zig:21   | Noticed Pusenkoa the pandemonium lord
110773 | Zig:21   | Noticed Aqa Ymim the pandemonium lord
110774 | Zig:21   | Noticed Inurgh the pandemonium lord
110774 | Zig:21   | Noticed a Killer Klown
110775 | Zig:21   | Noticed Xolam the pandemonium lord
110777 | Zig:21   | Noticed a Killer Klown
110778 | Zig:21   | Noticed Doezonleaxy the pandemonium lord
110778 | Zig:21   | Killed Kullez the pandemonium lord
110778 | Zig:21   | Noticed Woutaiz the pandemonium lord
110778 | Zig:21   | Noticed a Killer Klown
110779 | Zig:21   | Noticed Usuodel the pandemonium lord
110779 | Zig:21   | Killed a Killer Klown
110780 | Zig:21   | Killed Jagaotef the pandemonium lord
110780 | Zig:21   | Noticed Pazxosmiz the pandemonium lord
110781 | Zig:21   | Killed Tul Decackyi the pandemonium lord
110781 | Zig:21   | Noticed Ocsown the pandemonium lord
110782 | Zig:21   | Killed Pusenkoa the pandemonium lord
110782 | Zig:21   | Noticed Vahim the pandemonium lord
110783 | Zig:21   | Killed a Killer Klown
110784 | Zig:21   | Noticed Oskadey the pandemonium lord
110784 | Zig:21   | Killed Utishroet the pandemonium lord
110784 | Zig:21   | Killed a Killer Klown
110785 | Zig:21   | Noticed Eseuliskid the pandemonium lord
110785 | Zig:21   | Killed a Killer Klown
110785 | Zig:21   | Killed a Killer Klown
110785 | Zig:21   | Killed a Killer Klown
110785 | Zig:21   | Killed Wibacro the pandemonium lord
110785 | Zig:21   | Killed a Killer Klown
110785 | Zig:21   | Killed Xolam the pandemonium lord
110785 | Zig:21   | Noticed Reogeh the pandemonium lord
110785 | Zig:21   | Noticed Buynluc the pandemonium lord
110786 | Zig:21   | Killed a Killer Klown
110786 | Zig:21   | Killed Vahim the pandemonium lord
110786 | Zig:21   | Killed a Killer Klown
110786 | Zig:21   | Killed a Killer Klown
110786 | Zig:21   | Killed a Killer Klown
110786 | Zig:21   | Killed Gatiux the pandemonium lord
110786 | Zig:21   | Noticed a Killer Klown
110786 | Zig:21   | Noticed Keorudod the pandemonium lord
110787 | Zig:21   | Noticed a Killer Klown
110788 | Zig:21   | Killed Xeid Beu the pandemonium lord
110788 | Zig:21   | Killed Inurgh the pandemonium lord
110792 | Zig:21   | Killed Buynluc the pandemonium lord
110794 | Zig:21   | Noticed a Killer Klown
110795 | Zig:21   | Killed Ocsown the pandemonium lord
110795 | Zig:21   | Noticed Raxol the pandemonium lord
110796 | Zig:21   | Noticed Zulusaq the pandemonium lord
110799 | Zig:21   | Noticed a Killer Klown
110800 | Zig:21   | Killed Reogeh the pandemonium lord
110800 | Zig:21   | Noticed Uhuy the pandemonium lord
110800 | Zig:21   | Noticed Xereorie the pandemonium lord
110802 | Zig:21   | Killed Keorudod the pandemonium lord
110802 | Zig:21   | Killed Pazxosmiz the pandemonium lord
110802 | Zig:21   | Noticed Zefuf the pandemonium lord
110803 | Zig:21   | Killed Loraada the pandemonium lord
110804 | Zig:21   | Killed Eseuliskid the pandemonium lord
110804 | Zig:21   | Killed Oskadey the pandemonium lord
110804 | Zig:21   | Killed a Killer Klown
110805 | Zig:21   | Killed Doezonleaxy the pandemonium lord
110807 | Zig:21   | Noticed a Killer Klown
110808 | Zig:21   | Killed Aqa Ymim the pandemonium lord
110810 | Zig:21   | Noticed Upoidus the pandemonium lord
110811 | Zig:21   | Killed a Killer Klown
110812 | Zig:21   | Killed Loyzxenn the pandemonium lord
110812 | Zig:21   | Killed Zulusaq the pandemonium lord
110812 | Zig:21   | Killed Zefuf the pandemonium lord
110812 | Zig:21   | Killed a Killer Klown
110812 | Zig:21   | Killed Upoidus the pandemonium lord
110812 | Zig:21   | Noticed Hiow the pandemonium lord
110812 | Zig:21   | Noticed Pygiwa the pandemonium lord
110813 | Zig:21   | Noticed Urhadwa the pandemonium lord
110814 | Zig:21   | Killed a Killer Klown
110814 | Zig:21   | Killed Uhuy the pandemonium lord
110814 | Zig:21   | Noticed a Killer Klown
110815 | Zig:21   | Killed Riopiph the pandemonium lord
110816 | Zig:21   | Reached skill level 27 in Poison Magic
110817 | Zig:21   | Killed Usuodel the pandemonium lord
110817 | Zig:21   | Killed Woutaiz the pandemonium lord
110819 | Zig:21   | Killed Pygiwa the pandemonium lord
110820 | Zig:21   | Killed Raxol the pandemonium lord
110820 | Zig:21   | Killed Hiow the pandemonium lord
110820 | Zig:21   | Killed a Killer Klown
110820 | Zig:21   | Killed Urhadwa the pandemonium lord
110821 | Zig:21   | Killed a Killer Klown
110827 | Zig:21   | Killed Xereorie the pandemonium lord
110999 | Zig:21   | Found the +15 Maxwell's patent armour {-Cast -Tele rElec
                  | Will+ rCorr}
111012 | Zig:21   | Identified the Almanac of Arcane Weapons
111025 | Zig:21   | Identified the Catalogue of Glacial Flames
111082 | Zig:22   | Entered Level 22 of a ziggurat
111102 | Zig:22   | Reached skill level 27 in Invocations
111143 | Zig:22   | Found the +7 captain's cutlass {speed, disarm}
111143 | Zig:22   | Found the +9 staff of Olgreb {rPois∞}
111310 | Zig:22   | Found the +3 pair of gauntlets of War {Slay+5}
111402 | Zig:22   | Identified Sif Muna's Grimoire of Vitriolic Transformation
111412 | Zig:22   | Got a crude emerald amulet
111414 | Zig:22   | Got a twitching garnet amulet
111527 | Zig:22   | Got a transparent cloak
111537 | Zig:23   | Entered Level 23 of a ziggurat
111558 | Zig:23   | Noticed Ylin the pandemonium lord
111563 | Zig:23   | Killed Ylin the pandemonium lord
111611 | Zig:23   | Got a bound glass ring
111661 | Zig:23   | Identified the cursed +0 cloak of the Blessed Realm {+Inv
                  | rCorr} (You found it on level 22 of a ziggurat)
111664 | Zig:23   | Identified the ring of False Pretenses {rPois rF+ rC+} (You
                  | found it on level 23 of a ziggurat)
111667 | Zig:23   | Identified the amulet "Cybbar" {rPois rF+ rC+ Regen+} (You
                  | found it on level 22 of a ziggurat)
111670 | Zig:23   | Identified the amulet "Fayprabb" {Reflect Will++ Int+4
                  | SH+5} (You found it on level 22 of a ziggurat)
111683 | Zig:23   | Identified the Guide on Hurtful Transformation
111691 | Zig:23   | Got a pitted bone ring
112042 | Zig:24   | Entered Level 24 of a ziggurat
112167 | Zig:24   | Found the ring of the Octopus King
112170 | Zig:24   | Found the +8 lance "Wyrmbane" {slay drac, rPois rF+ rC+
                  | AC+3}
112419 | Zig:24   | Got a ring of the Octopus King
112426 | Zig:24   | Identified Janep's Incunabulum of Dislocated Hexes
112555 | Zig:25   | Entered Level 25 of a ziggurat
112582 | Zig:25   | Noticed Inuec the pandemonium lord
112600 | Zig:25   | Killed Inuec the pandemonium lord
112724 | Zig:25   | Got a coiled copper ring
112730 | Zig:25   | Identified the Grimoire of Transformation
112747 | Zig:25   | Identified the Collected Works on the Mutagenic Voyage
112752 | Zig:25   | Identified Vyodwob's Volume of Stones and Darkness
112756 | Zig:25   | Got a steaming bone amulet
112902 | Zig:26   | Entered Level 26 of a ziggurat
112914 | Zig:26   | Noticed an orb of fire
112915 | Zig:26   | Noticed an orb of fire
112917 | Zig:26   | Gained mutation: Potions are less effective at restoring
                  | your health. [an orb of fire]
112918 | Zig:26   | Noticed an orb of fire
112918 | Zig:26   | Noticed an orb of fire
112919 | Zig:26   | Noticed an orb of fire
112919 | Zig:26   | Gained mutation: Scrolls take you a little longer to read.
                  | [an orb of fire]
112920 | Zig:26   | Gained mutation: You are weak. (Str -2) [an orb of fire]
112920 | Zig:26   | Gained mutation: You are frail. (-10% HP) [an orb of fire]
112921 | Zig:26   | Noticed an orb of fire
112921 | Zig:26   | Noticed an orb of fire
112921 | Zig:26   | Noticed an orb of fire
112921 | Zig:26   | Gained mutation: You are clumsy. (Dex -2) [an orb of fire]
112922 | Zig:26   | Killed an orb of fire
112922 | Zig:26   | Killed an orb of fire
112922 | Zig:26   | Noticed an orb of fire
112923 | Zig:26   | Noticed an orb of fire
112923 | Zig:26   | Noticed an orb of fire
112924 | Zig:26   | Noticed an orb of fire
112925 | Zig:26   | Killed an orb of fire
112925 | Zig:26   | Killed an orb of fire
112925 | Zig:26   | Noticed an orb of fire
112925 | Zig:26   | Noticed an orb of fire
112927 | Zig:26   | Killed an orb of fire
112927 | Zig:26   | Noticed an orb of fire
112928 | Zig:26   | Noticed an orb of fire
112928 | Zig:26   | Noticed an orb of fire
112929 | Zig:26   | Noticed an orb of fire
112930 | Zig:26   | Noticed an orb of fire
112931 | Zig:26   | Killed an orb of fire
112932 | Zig:26   | Noticed an orb of fire
112933 | Zig:26   | Killed an orb of fire
112933 | Zig:26   | Killed an orb of fire
112933 | Zig:26   | Killed an orb of fire
112934 | Zig:26   | Killed an orb of fire
112934 | Zig:26   | Killed an orb of fire
112934 | Zig:26   | Killed an orb of fire
112935 | Zig:26   | Noticed an orb of fire
112936 | Zig:26   | Noticed an orb of fire
112937 | Zig:26   | Killed an orb of fire
112937 | Zig:26   | Noticed an orb of fire
112938 | Zig:26   | Noticed an orb of fire
112938 | Zig:26   | Killed an orb of fire
112938 | Zig:26   | Noticed an orb of fire
112939 | Zig:26   | Noticed an orb of fire
112939 | Zig:26   | Killed an orb of fire
112939 | Zig:26   | Killed an orb of fire
112940 | Zig:26   | Noticed an orb of fire
112940 | Zig:26   | Killed an orb of fire
112940 | Zig:26   | Noticed an orb of fire
112940 | Zig:26   | Noticed an orb of fire
112941 | Zig:26   | Killed an orb of fire
112941 | Zig:26   | Noticed an orb of fire
112942 | Zig:26   | Killed an orb of fire
112942 | Zig:26   | Killed an orb of fire
112942 | Zig:26   | Noticed an orb of fire
112942 | Zig:26   | Noticed an orb of fire
112943 | Zig:26   | Noticed an orb of fire
112943 | Zig:26   | Noticed an orb of fire
112943 | Zig:26   | Noticed an orb of fire
112944 | Zig:26   | Noticed an orb of fire
112945 | Zig:26   | Noticed an orb of fire
112945 | Zig:26   | Noticed an orb of fire
112947 | Zig:26   | Noticed an orb of fire
112947 | Zig:26   | Killed an orb of fire
112947 | Zig:26   | Killed an orb of fire
112948 | Zig:26   | Killed an orb of fire
112948 | Zig:26   | Noticed an orb of fire
112949 | Zig:26   | Noticed an orb of fire
112949 | Zig:26   | Noticed an orb of fire
112951 | Zig:26   | Killed an orb of fire
112951 | Zig:26   | Killed an orb of fire
112951 | Zig:26   | Killed an orb of fire
112951 | Zig:26   | Killed an orb of fire
112951 | Zig:26   | Killed an orb of fire
112951 | Zig:26   | Noticed an orb of fire
112953 | Zig:26   | Noticed an orb of fire
112953 | Zig:26   | Killed an orb of fire
112953 | Zig:26   | Killed an orb of fire
112953 | Zig:26   | Killed an orb of fire
112953 | Zig:26   | Killed an orb of fire
112953 | Zig:26   | Killed an orb of fire
112955 | Zig:26   | Killed an orb of fire
112957 | Zig:26   | Killed an orb of fire
112957 | Zig:26   | Killed an orb of fire
112958 | Zig:26   | Noticed an orb of fire
112958 | Zig:26   | Killed an orb of fire
112958 | Zig:26   | Killed an orb of fire
112959 | Zig:26   | Killed an orb of fire
112959 | Zig:26   | Killed an orb of fire
112960 | Zig:26   | Killed an orb of fire
112966 | Zig:26   | Killed an orb of fire
112967 | Zig:26   | Killed an orb of fire
112968 | Zig:26   | Killed an orb of fire
112968 | Zig:26   | Killed an orb of fire
113210 | Zig:26   | Identified the Guide on Envenoming and Ice
113218 | Zig:26   | Identified the cursed ring "Pujul" {*Slow rElec Will+ AC-4}
                  | (You found it on level 23 of a ziggurat)
113222 | Zig:26   | Identified a ring of the Octopus King {rCorr AC+1 EV+1
                  | Str+1 Int+1 Dex+1} (You found it on level 24 of a ziggurat)
113227 | Zig:26   | Identified the ring of Daffodils {+Fly rPois rF+} (You
                  | found it on level 25 of a ziggurat)
113231 | Zig:26   | Identified the amulet of Ymycrufu {*Corrode rPois rF+++
                  | Regen+ Str+4} (You found it on level 25 of a ziggurat)
113239 | Zig:26   | Got a sparkling bronze ring
113242 | Zig:26   | Identified the Handbook of Ensnaring Clay
113244 | Zig:26   | Identified the Compendium of Intoxication
113249 | Zig:26   | Got a glittering copper ring
113351 | Zig:26   | Identified the ring of Amezeogoh {Will+ MP+9 Str+7 Slay-6}
                  | (You found it on level 26 of a ziggurat)
113355 | Zig:26   | Identified the ring "Yvuec" {rN+ Will+ Int-3 SInv} (You
                  | found it on level 26 of a ziggurat)
113379 | Zig:27   | Entered Level 27 of a ziggurat
113386 | Zig:27   | Noticed a royal mummy
113389 | Zig:27   | Noticed a royal mummy
113394 | Zig:27   | Noticed a royal mummy
113397 | Zig:27   | Noticed a royal mummy
113397 | Zig:27   | Noticed a royal mummy
113398 | Zig:27   | Noticed a royal mummy
113398 | Zig:27   | Noticed a royal mummy
113398 | Zig:27   | Noticed an ancient lich
113398 | Zig:27   | Noticed a royal mummy
113398 | Zig:27   | Noticed a royal mummy
113398 | Zig:27   | Noticed a royal mummy
113399 | Zig:27   | Noticed a royal mummy
113399 | Zig:27   | Noticed a royal mummy
113399 | Zig:27   | Killed a royal mummy
113399 | Zig:27   | Noticed a royal mummy
113399 | Zig:27   | Noticed a royal mummy
113400 | Zig:27   | Killed a royal mummy
113400 | Zig:27   | Noticed a royal mummy
113401 | Zig:27   | Noticed a royal mummy
113401 | Zig:27   | Noticed a royal mummy
113401 | Zig:27   | Noticed a royal mummy
113401 | Zig:27   | Noticed a royal mummy
113402 | Zig:27   | Noticed a royal mummy
113402 | Zig:27   | Noticed a royal mummy
113403 | Zig:27   | Noticed a royal mummy
113405 | Zig:27   | Killed a royal mummy
113405 | Zig:27   | Killed a royal mummy
113405 | Zig:27   | Killed an ancient lich
113405 | Zig:27   | Killed a royal mummy
113405 | Zig:27   | Noticed a royal mummy
113405 | Zig:27   | Noticed a royal mummy
113405 | Zig:27   | Noticed a royal mummy
113405 | Zig:27   | Noticed a royal mummy
113406 | Zig:27   | Killed a royal mummy
113406 | Zig:27   | Killed a royal mummy
113406 | Zig:27   | Killed a royal mummy
113406 | Zig:27   | Killed a royal mummy
113406 | Zig:27   | Killed a royal mummy
113406 | Zig:27   | Killed a royal mummy
113406 | Zig:27   | Killed a royal mummy
113406 | Zig:27   | Killed a royal mummy
113406 | Zig:27   | Killed a royal mummy
113406 | Zig:27   | Noticed a royal mummy
113406 | Zig:27   | Noticed a royal mummy
113406 | Zig:27   | Noticed a royal mummy
113408 | Zig:27   | Noticed a royal mummy
113408 | Zig:27   | Killed a royal mummy
113409 | Zig:27   | Noticed a royal mummy
113409 | Zig:27   | Noticed a royal mummy
113409 | Zig:27   | Noticed a royal mummy
113410 | Zig:27   | Killed a royal mummy
113411 | Zig:27   | Killed a royal mummy
113412 | Zig:27   | Killed a royal mummy
113418 | Zig:27   | Killed a royal mummy
113419 | Zig:27   | Killed a royal mummy
113419 | Zig:27   | Killed a royal mummy
113419 | Zig:27   | Killed a royal mummy
113419 | Zig:27   | Killed a royal mummy
113424 | Zig:27   | Killed a royal mummy
113427 | Zig:27   | Noticed a royal mummy
113427 | Zig:27   | Noticed a royal mummy
113428 | Zig:27   | Noticed a royal mummy
113428 | Zig:27   | Noticed a royal mummy
113428 | Zig:27   | Killed a royal mummy
113429 | Zig:27   | Killed a royal mummy
113431 | Zig:27   | Killed a royal mummy
113432 | Zig:27   | Noticed a royal mummy
113433 | Zig:27   | Noticed a royal mummy
113435 | Zig:27   | Noticed a royal mummy
113442 | Zig:27   | Killed a royal mummy
113444 | Zig:27   | Killed a royal mummy
113448 | Zig:27   | Noticed a royal mummy
113449 | Zig:27   | Noticed a royal mummy
113449 | Zig:27   | Noticed a royal mummy
113451 | Zig:27   | Killed a royal mummy
113457 | Zig:27   | Killed a royal mummy
113460 | Zig:27   | Noticed a royal mummy
113462 | Zig:27   | Killed a royal mummy
113464 | Zig:27   | Killed a royal mummy
113464 | Zig:27   | Killed a royal mummy
113466 | Zig:27   | Noticed a royal mummy
113467 | Zig:27   | Killed a royal mummy
113468 | Zig:27   | Killed a royal mummy
113468 | Zig:27   | Killed a royal mummy
113470 | Zig:27   | Killed a royal mummy
113472 | Zig:27   | Noticed a royal mummy
113473 | Zig:27   | Killed a royal mummy
113481 | Zig:27   | Noticed a royal mummy
113481 | Zig:27   | Noticed a royal mummy
113483 | Zig:27   | Noticed a royal mummy
113486 | Zig:27   | Killed a royal mummy
113486 | Zig:27   | Noticed a royal mummy
113487 | Zig:27   | Killed a royal mummy
113487 | Zig:27   | Killed a royal mummy
113487 | Zig:27   | Killed a royal mummy
113488 | Zig:27   | Noticed a royal mummy
113489 | Zig:27   | Killed a royal mummy
113495 | Zig:27   | Killed a royal mummy
113500 | Zig:27   | Noticed a royal mummy
113503 | Zig:27   | Killed a royal mummy
113503 | Zig:27   | Killed a royal mummy
113504 | Zig:27   | Killed a royal mummy
113504 | Zig:27   | Killed a royal mummy
113504 | Zig:27   | Noticed a royal mummy
113509 | Zig:27   | Killed a royal mummy
113511 | Zig:27   | Noticed a royal mummy
113513 | Zig:27   | Noticed a royal mummy
113514 | Zig:27   | Killed a royal mummy
113515 | Zig:27   | Killed a royal mummy
113518 | Zig:27   | Killed a royal mummy
113518 | Zig:27   | Killed a royal mummy
113518 | Zig:27   | Killed a royal mummy
113991 | Zig:27   | Identified An Early Guide to Spellcraft
114001 | Zig:27   | Got a shimmering golden ring
114004 | Zig:27   | Identified the Papyrus of the Kangaroo
114008 | Zig:27   | Identified the Incunabulum of Conjuration
114057 | Zig:27   | Identified the ring of Daffodils {*Corrode +Inv +Fly Str+5
                  | Slay+4} (You found it on level 27 of a ziggurat)
114143 | D:1      | Bought a steaming cloak for 323 gold pieces
114153 | D:1      | Bought a pair of bloodstained gloves for 484 gold pieces
114162 | D:1      | Identified the cursed +0 cloak "Kopove Tywu" {rC- Str+5}
                  | (You bought it in a shop on level 1 of the Dungeon)
114164 | D:1      | Identified the -5 pair of gloves of Zumik {rPois Int+2
                  | Stlth-} (You bought it in a shop on level 1 of the Dungeon)
114173 | Zig:1    | Entered Level 1 of a ziggurat
114221 | Zig:2    | Entered Level 2 of a ziggurat
114303 | Zig:3    | Entered Level 3 of a ziggurat
114336 | Zig:3    | Identified Sif Muna's Collected Works on Hexes
114385 | Zig:4    | Entered Level 4 of a ziggurat
114385 | Zig:4    | Noticed a royal mummy
114385 | Zig:4    | Noticed a royal mummy
114385 | Zig:4    | Noticed a royal mummy
114385 | Zig:4    | Noticed a royal mummy
114387 | Zig:4    | Noticed a royal mummy
114393 | Zig:4    | Killed a royal mummy
114393 | Zig:4    | Killed a royal mummy
114394 | Zig:4    | Killed a royal mummy
114395 | Zig:4    | Killed a royal mummy
114404 | Zig:4    | Killed a royal mummy
114513 | Zig:5    | Entered Level 5 of a ziggurat
114641 | Zig:6    | Entered Level 6 of a ziggurat
114779 | Zig:7    | Entered Level 7 of a ziggurat
114821 | Zig:7    | Identified the Catalogue of Beyond
114923 | Zig:8    | Entered Level 8 of a ziggurat
115070 | Zig:8    | Identified the Grimoire of Supportive Feathers
115100 | Zig:9    | Entered Level 9 of a ziggurat
115103 | Zig:9    | Noticed an ancient lich
115103 | Zig:9    | Noticed an ancient lich
115105 | Zig:9    | Noticed an ancient lich
115105 | Zig:9    | Noticed an ancient lich
115107 | Zig:9    | Noticed an ancient lich
115108 | Zig:9    | Noticed an ancient lich
115109 | Zig:9    | Killed an ancient lich
115111 | Zig:9    | Killed an ancient lich
115112 | Zig:9    | Killed an ancient lich
115115 | Zig:9    | Killed an ancient lich
115123 | Zig:9    | Found the +8 mithril axe "Arga" {speed, Will+}
115123 | Zig:9    | Killed an ancient lich
115128 | Zig:9    | Killed an ancient lich
115168 | Zig:9    | Got a glittering platinum amulet
115170 | Zig:9    | Got a shimmering copper ring
115273 | Zig:10   | Entered Level 10 of a ziggurat
115407 | Zig:10   | Got a coiled jade ring
115435 | Zig:10   | Lost mutation: You are partially covered in thin metallic
                  | scales. (AC +2) [potion of mutation]
115435 | Zig:10   | Lost mutation: You are clumsy. (Dex -2) [potion of
                  | mutation]
115435 | Zig:10   | Lost mutation: You are frail. (-10% HP) [potion of
                  | mutation]
115435 | Zig:10   | Lost mutation: Scrolls take you a little longer to read.
                  | [potion of mutation]
115435 | Zig:10   | Gained mutation: You are very weak. (Str -4) [potion of
                  | mutation]
115435 | Zig:10   | Gained mutation: You have an increased reservoir of magic.
                  | (+10% MP) [potion of mutation]
115436 | Zig:10   | Lost mutation: You are very weak. (Str -4) [potion of
                  | mutation]
115436 | Zig:10   | Lost mutation: You possess an exceptional clarity of mind.
                  | [potion of mutation]
115436 | Zig:10   | Lost mutation: You have an increased reservoir of magic.
                  | (+10% MP) [potion of mutation]
115436 | Zig:10   | Lost mutation: You are weak. (Str -2) [potion of mutation]
115436 | Zig:10   | Gained mutation: You passively map a small area around you.
                  | [potion of mutation]
115437 | Zig:10   | Lost mutation: Potions are less effective at restoring your
                  | health. [potion of mutation]
115437 | Zig:10   | Lost mutation: You are partially covered in large bone
                  | plates. (SH +4) [potion of mutation]
115437 | Zig:10   | Lost mutation: You passively map a small area around you.
                  | [potion of mutation]
115437 | Zig:10   | Gained mutation: Your movements are slightly less
                  | encumbered by armour. (ER -2) [potion of mutation]
115437 | Zig:10   | Gained mutation: Your system is resistant to poisons.
                  | (rPois) [potion of mutation]
115437 | Zig:10   | Gained mutation: You expend magic power (3 MP) to
                  | strengthen your wands. [potion of mutation]
115437 | Zig:10   | Gained mutation: You possess an exceptional clarity of
                  | mind. [potion of mutation]
115438 | Zig:10   | Lost mutation: You expend magic power (3 MP) to strengthen
                  | your wands. [potion of mutation]
115438 | Zig:10   | Lost mutation: Your system is resistant to poisons. (rPois)
                  | [potion of mutation]
115438 | Zig:10   | Lost mutation: You possess an exceptional clarity of mind.
                  | [potion of mutation]
115438 | Zig:10   | Gained mutation: Your muscles are strong. (Str +2) [potion
                  | of mutation]
115438 | Zig:10   | Gained mutation: You expend magic power (3 MP) to
                  | strengthen your wands. [potion of mutation]
115439 | Zig:10   | Lost mutation: You expend magic power (3 MP) to strengthen
                  | your wands. [potion of mutation]
115439 | Zig:10   | Lost mutation: Your muscles are strong. (Str +2) [potion of
                  | mutation]
115439 | Zig:10   | Lost mutation: Your movements are slightly less encumbered
                  | by armour. (ER -2) [potion of mutation]
115439 | Zig:10   | Gained mutation: Your flesh is cold resistant. (rC+)
                  | [potion of mutation]
115439 | Zig:10   | Gained mutation: Your system is resistant to poisons.
                  | (rPois) [potion of mutation]
115440 | Zig:10   | Lost mutation: You are partially covered in molten scales.
                  | (AC +2) [potion of mutation]
115440 | Zig:10   | Lost mutation: Your system is resistant to poisons. (rPois)
                  | [potion of mutation]
115440 | Zig:10   | Gained mutation: You are partially covered in slimy green
                  | scales. (AC +2) [potion of mutation]
115440 | Zig:10   | Gained mutation: You are clumsy. (Dex -2) [potion of
                  | mutation]
115440 | Zig:10   | Gained mutation: Your system is resistant to poisons.
                  | (rPois) [potion of mutation]
115441 | Zig:10   | Lost mutation: You are clumsy. (Dex -2) [potion of
                  | mutation]
115441 | Zig:10   | Lost mutation: You are partially covered in slimy green
                  | scales. (AC +2) [potion of mutation]
115441 | Zig:10   | Lost mutation: Your system is resistant to poisons. (rPois)
                  | [potion of mutation]
115441 | Zig:10   | Gained mutation: You do not regenerate when monsters are
                  | visible. [potion of mutation]
115441 | Zig:10   | Gained mutation: You are dopey. (Int -2) [potion of
                  | mutation]
115441 | Zig:10   | Gained mutation: Your muscles are strong. (Str +2) [potion
                  | of mutation]
115442 | Zig:10   | Lost mutation: You do not regenerate when monsters are
                  | visible. [potion of mutation]
115442 | Zig:10   | Lost mutation: You are dopey. (Int -2) [potion of mutation]
115442 | Zig:10   | Lost mutation: Your muscles are strong. (Str +2) [potion of
                  | mutation]
115442 | Zig:10   | Lost mutation: Your flesh is cold resistant. (rC+) [potion
                  | of mutation]
115442 | Zig:10   | Gained mutation: You expend magic power (3 MP) to
                  | strengthen your wands. [potion of mutation]
115442 | Zig:10   | Gained mutation: Your natural rate of healing is unusually
                  | fast. [potion of mutation]
115442 | Zig:10   | Gained mutation: You are agile. (Dex +2) [potion of
                  | mutation]
115442 | Zig:10   | Gained mutation: You possess an exceptional clarity of
                  | mind. [potion of mutation]
115443 | Zig:10   | Lost mutation: You are agile. (Dex +2) [potion of mutation]
115443 | Zig:10   | Lost mutation: You possess an exceptional clarity of mind.
                  | [potion of mutation]
115443 | Zig:10   | Gained mutation: Armour fits poorly on your strangely
                  | shaped body. [potion of mutation]
115443 | Zig:10   | Lost mutation: Armour fits poorly on your strangely shaped
                  | body. [potion of mutation]
115443 | Zig:10   | Gained mutation: You are partially covered in rugged brown
                  | scales. (AC +1, +3% HP) [potion of mutation]
115443 | Zig:10   | Gained mutation: You have sharp toenails. [potion of
                  | mutation]
115444 | Zig:10   | Lost mutation: You have sharp toenails. [potion of
                  | mutation]
115444 | Zig:10   | Lost mutation: You are partially covered in rugged brown
                  | scales. (AC +1, +3% HP) [potion of mutation]
115444 | Zig:10   | Lost mutation: You expend magic power (3 MP) to strengthen
                  | your wands. [potion of mutation]
115444 | Zig:10   | Lost mutation: Your natural rate of healing is unusually
                  | fast. [potion of mutation]
115444 | Zig:10   | Gained mutation: You passively map a small area around you.
                  | [potion of mutation]
115444 | Zig:10   | Gained mutation: Armour fits poorly on your strangely
                  | shaped body. [potion of mutation]
115444 | Zig:10   | Gained mutation: You have very sharp teeth. [potion of
                  | mutation]
115444 | Zig:10   | Gained mutation: You evolve. [potion of mutation]
115445 | Zig:10   | Lost mutation: You evolve. [potion of mutation]
115445 | Zig:10   | Lost mutation: You passively map a small area around you.
                  | [potion of mutation]
115445 | Zig:10   | Gained mutation: Your spells are a little harder to cast,
                  | but a little more powerful. [potion of mutation]
115445 | Zig:10   | Gained mutation: You are somewhat resistant to further
                  | mutation. [potion of mutation]
115446 | Zig:10   | Lost mutation: Your spells are a little harder to cast, but
                  | a little more powerful. [potion of mutation]
115446 | Zig:10   | Lost mutation: You have very sharp teeth. [potion of
                  | mutation]
115446 | Zig:10   | Lost mutation: Armour fits poorly on your strangely shaped
                  | body. [potion of mutation]
115446 | Zig:10   | Lost mutation: You are somewhat resistant to further
                  | mutation. [potion of mutation]
115446 | Zig:10   | Gained mutation: Your spells are a little harder to cast,
                  | but a little more powerful. [potion of mutation]
115446 | Zig:10   | Lost mutation: Your spells are a little harder to cast, but
                  | a little more powerful. [potion of mutation]
115446 | Zig:10   | Gained mutation: You are clumsy. (Dex -2) [potion of
                  | mutation]
115446 | Zig:10   | Gained mutation: You are resistant to electric shocks.
                  | (rElec) [potion of mutation]
115447 | Zig:10   | Lost mutation: You are clumsy. (Dex -2) [potion of
                  | mutation]
115447 | Zig:10   | Lost mutation: You are resistant to electric shocks.
                  | (rElec) [potion of mutation]
115447 | Zig:10   | Gained mutation: Your natural rate of healing is unusually
                  | fast. [potion of mutation]
115447 | Zig:10   | Gained mutation: You are clumsy. (Dex -2) [potion of
                  | mutation]
115447 | Zig:10   | Gained mutation: You are partially covered in icy blue
                  | scales. (AC +2) [potion of mutation]
115448 | Zig:10   | Lost mutation: You are clumsy. (Dex -2) [potion of
                  | mutation]
115448 | Zig:10   | Gained mutation: You are clumsy. (Dex -2) [potion of
                  | mutation]
115448 | Zig:10   | Gained mutation: You are resistant to electric shocks.
                  | (rElec) [potion of mutation]
115449 | Zig:10   | Lost mutation: You are clumsy. (Dex -2) [potion of
                  | mutation]
115449 | Zig:10   | Lost mutation: You are resistant to electric shocks.
                  | (rElec) [potion of mutation]
115449 | Zig:10   | Lost mutation: Your natural rate of healing is unusually
                  | fast. [potion of mutation]
115449 | Zig:10   | Gained mutation: You are somewhat resistant to further
                  | mutation. [potion of mutation]
115449 | Zig:10   | Gained mutation: Your muscles are strong. (Str +2) [potion
                  | of mutation]
115449 | Zig:10   | Gained mutation: You have sharp toenails. [potion of
                  | mutation]
115449 | Zig:10   | Gained mutation: You are partially covered in rugged brown
                  | scales. (AC +1, +3% HP) [potion of mutation]
115450 | Zig:10   | Lost mutation: You have sharp toenails. [potion of
                  | mutation]
115450 | Zig:10   | Lost mutation: Your muscles are strong. (Str +2) [potion of
                  | mutation]
115450 | Zig:10   | Lost mutation: You are partially covered in rugged brown
                  | scales. (AC +1, +3% HP) [potion of mutation]
115450 | Zig:10   | Gained mutation: You have sharp toenails. [potion of
                  | mutation]
115451 | Zig:10   | Lost mutation: You are somewhat resistant to further
                  | mutation. [potion of mutation]
115451 | Zig:10   | Lost mutation: You have sharp toenails. [potion of
                  | mutation]
115451 | Zig:10   | Gained mutation: You are frail. (-10% HP) [potion of
                  | mutation]
115451 | Zig:10   | Gained mutation: You are weak. (Str -2) [potion of
                  | mutation]
115451 | Zig:10   | Lost mutation: You are frail. (-10% HP) [potion of
                  | mutation]
115451 | Zig:10   | Gained mutation: Your spells are a little harder to cast,
                  | but a little more powerful. [potion of mutation]
115452 | Zig:10   | Lost mutation: You are weak. (Str -2) [potion of mutation]
115452 | Zig:10   | Lost mutation: Your spells are a little harder to cast, but
                  | a little more powerful. [potion of mutation]
115452 | Zig:10   | Lost mutation: You are partially covered in icy blue
                  | scales. (AC +2) [potion of mutation]
115452 | Zig:10   | Gained mutation: You are partially covered in icy blue
                  | scales. (AC +2) [potion of mutation]
115452 | Zig:10   | Gained mutation: You passively map a small area around you.
                  | [potion of mutation]
115452 | Zig:10   | Gained mutation: Your mind is acute. (Int +2) [potion of
                  | mutation]
115452 | Zig:10   | Gained mutation: You have sharp fingernails. [potion of
                  | mutation]
115453 | Zig:10   | Lost mutation: You are partially covered in icy blue
                  | scales. (AC +2) [potion of mutation]
115453 | Zig:10   | Lost mutation: Your mind is acute. (Int +2) [potion of
                  | mutation]
115453 | Zig:10   | Lost mutation: You passively map a small area around you.
                  | [potion of mutation]
115453 | Zig:10   | Lost mutation: You have sharp fingernails. [potion of
                  | mutation]
115453 | Zig:10   | Gained mutation: You are frail. (-10% HP) [potion of
                  | mutation]
115453 | Zig:10   | Gained mutation: Your mind is acute. (Int +2) [potion of
                  | mutation]
115454 | Zig:10   | Lost mutation: You are frail. (-10% HP) [potion of
                  | mutation]
115454 | Zig:10   | Lost mutation: Your mind is acute. (Int +2) [potion of
                  | mutation]
115454 | Zig:10   | Gained mutation: Your mind is acute. (Int +2) [potion of
                  | mutation]
115454 | Zig:10   | Gained mutation: You are partially covered in large bone
                  | plates. (SH +4) [potion of mutation]
115454 | Zig:10   | Gained mutation: You are partially covered in rugged brown
                  | scales. (AC +1, +3% HP) [potion of mutation]
115454 | Zig:10   | Gained mutation: You evolve. [potion of mutation]
115455 | Zig:10   | Identified the amulet of Caro {Faith Will+ Str+4 Stlth+}
                  | (You found it on level 9 of a ziggurat)
115457 | Zig:10   | Identified the ring of Poitem {Str+3 Int+2 Dex-2 SInv
                  | Stlth+} (You found it on level 9 of a ziggurat)
115459 | Zig:10   | Identified the ring "Vymodeg" {*Tele rElec Dex+2} (You
                  | found it on level 10 of a ziggurat)
115463 | Zig:11   | Entered Level 11 of a ziggurat
115463 | Zig:11   | Noticed a royal mummy
115463 | Zig:11   | Noticed a royal mummy
115463 | Zig:11   | Noticed a royal mummy
115463 | Zig:11   | Noticed a royal mummy
115465 | Zig:11   | Noticed a royal mummy
115465 | Zig:11   | Noticed a royal mummy
115466 | Zig:11   | Noticed a royal mummy
115467 | Zig:11   | Noticed a royal mummy
115471 | Zig:11   | Noticed a royal mummy
115471 | Zig:11   | Killed a royal mummy
115472 | Zig:11   | Killed a royal mummy
115473 | Zig:11   | Killed a royal mummy
115473 | Zig:11   | Killed a royal mummy
115475 | Zig:11   | Noticed a royal mummy
115476 | Zig:11   | Noticed a royal mummy
115480 | Zig:11   | Killed a royal mummy
115486 | Zig:11   | Killed a royal mummy
115486 | Zig:11   | Killed a royal mummy
115487 | Zig:11   | Killed a royal mummy
115488 | Zig:11   | Killed a royal mummy
115496 | Zig:11   | Killed a royal mummy
115503 | Zig:11   | Killed a royal mummy
115527 | Zig:11   | Got an ancient pewter ring
115528 | Zig:11   | Identified Sif Muna's Compendium of Clay and Envenoming
115701 | Zig:11   | Gained mutation: Your muscles are strong. (Str +2)
                  | [evolution]
115765 | Zig:11   | Got amethyst-encrusted ice dragon scales
115767 | Zig:11   | Identified the +4 ice dragon scales "Eheguesi" {Harm
                  | Rampage rF- rC++ Will-} (You found it on level 11 of a
                  | ziggurat)
115769 | Zig:11   | Identified the ring "Ydebue" {rPois Dex+6} (You found it on
                  | level 11 of a ziggurat)
115775 | Zig:12   | Entered Level 12 of a ziggurat
115786 | Zig:12   | Found the cursed +14 obsidian axe {vorpal, +Fly SInv
                  | *Curse}
115972 | Zig:12   | Identified Rora's Almanac of Excruciating Weightlessness
115980 | Zig:12   | Identified the Collected Works on the Ensnaring Traveller
116008 | Zig:12   | Identified the Papyrus of Poison
116023 | Zig:13   | Entered Level 13 of a ziggurat
116025 | Zig:13   | Noticed a Killer Klown
116025 | Zig:13   | Noticed Edowonuo the pandemonium lord
116025 | Zig:13   | Noticed Vemacw the pandemonium lord
116025 | Zig:13   | Noticed Jyhiedof the pandemonium lord
116025 | Zig:13   | Noticed a Killer Klown
116025 | Zig:13   | Noticed Meugg the pandemonium lord
116026 | Zig:13   | Noticed a Killer Klown
116026 | Zig:13   | Noticed Ruegy the pandemonium lord
116026 | Zig:13   | Noticed Ceicestra the pandemonium lord
116027 | Zig:13   | Noticed a Killer Klown
116027 | Zig:13   | Noticed Afiuc the pandemonium lord
116027 | Zig:13   | Noticed Enoud the pandemonium lord
116027 | Zig:13   | Noticed Tyvvab the pandemonium lord
116027 | Zig:13   | Noticed Xyvum the pandemonium lord
116027 | Zig:13   | Noticed a Killer Klown
116027 | Zig:13   | Noticed a Killer Klown
116027 | Zig:13   | Noticed Kelacisko the pandemonium lord
116027 | Zig:13   | Noticed a Killer Klown
116027 | Zig:13   | Noticed Hekippur the pandemonium lord
116027 | Zig:13   | Noticed a Killer Klown
116028 | Zig:13   | Noticed Beywka the pandemonium lord
116028 | Zig:13   | Noticed Lawked the pandemonium lord
116028 | Zig:13   | Noticed a Killer Klown
116028 | Zig:13   | Noticed Otrer the pandemonium lord
116028 | Zig:13   | Noticed Perhehopn the pandemonium lord
116028 | Zig:13   | Noticed Meniy the pandemonium lord
116028 | Zig:13   | Noticed Jumustruq the pandemonium lord
116028 | Zig:13   | Noticed Xoenahel the pandemonium lord
116029 | Zig:13   | Noticed Oshraul the pandemonium lord
116029 | Zig:13   | Noticed Jociasm the pandemonium lord
116029 | Zig:13   | Noticed a Killer Klown
116029 | Zig:13   | Noticed Puru the pandemonium lord
116029 | Zig:13   | Noticed Bushrostri the pandemonium lord
116030 | Zig:13   | Noticed a Killer Klown
116030 | Zig:13   | Noticed a Killer Klown
116030 | Zig:13   | Noticed a Killer Klown
116031 | Zig:13   | Noticed Ceaxid the pandemonium lord
116032 | Zig:13   | Noticed Iheriosch the pandemonium lord
116032 | Zig:13   | Killed Meugg the pandemonium lord
116032 | Zig:13   | Killed a Killer Klown
116033 | Zig:13   | Killed a Killer Klown
116033 | Zig:13   | Killed a Killer Klown
116033 | Zig:13   | Killed a Killer Klown
116033 | Zig:13   | Killed a Killer Klown
116033 | Zig:13   | Killed a Killer Klown
116033 | Zig:13   | Killed a Killer Klown
116033 | Zig:13   | Noticed Astoaqum the pandemonium lord
116033 | Zig:13   | Noticed Kufuogo the pandemonium lord
116034 | Zig:13   | Killed a Killer Klown
116034 | Zig:13   | Killed Beywka the pandemonium lord
116034 | Zig:13   | Killed Ceaxid the pandemonium lord
116034 | Zig:13   | Killed a Killer Klown
116034 | Zig:13   | Killed Ruegy the pandemonium lord
116034 | Zig:13   | Killed a Killer Klown
116034 | Zig:13   | Killed Hekippur the pandemonium lord
116034 | Zig:13   | Killed a Killer Klown
116034 | Zig:13   | Killed Puru the pandemonium lord
116034 | Zig:13   | Killed Xoenahel the pandemonium lord
116034 | Zig:13   | Killed Jumustruq the pandemonium lord
116034 | Zig:13   | Noticed Wubryis the pandemonium lord
116035 | Zig:13   | Killed Edowonuo the pandemonium lord
116035 | Zig:13   | Killed Vemacw the pandemonium lord
116035 | Zig:13   | Killed a Killer Klown
116035 | Zig:13   | Killed Kufuogo the pandemonium lord
116035 | Zig:13   | Killed Tyvvab the pandemonium lord
116035 | Zig:13   | Killed Xyvum the pandemonium lord
116035 | Zig:13   | Killed Bushrostri the pandemonium lord
116035 | Zig:13   | Killed a Killer Klown
116035 | Zig:13   | Killed Jyhiedof the pandemonium lord
116035 | Zig:13   | Killed Enoud the pandemonium lord
116035 | Zig:13   | Noticed a Killer Klown
116036 | Zig:13   | Noticed Fupisuto the pandemonium lord
116037 | Zig:13   | Killed Perhehopn the pandemonium lord
116037 | Zig:13   | Killed Afiuc the pandemonium lord
116037 | Zig:13   | Killed Iheriosch the pandemonium lord
116037 | Zig:13   | Killed Ceicestra the pandemonium lord
116037 | Zig:13   | Noticed Teileo Hidgh the pandemonium lord
116038 | Zig:13   | Killed Astoaqum the pandemonium lord
116038 | Zig:13   | Noticed Gysagh the pandemonium lord
116039 | Zig:13   | Killed Meniy the pandemonium lord
116039 | Zig:13   | Killed Oshraul the pandemonium lord
116039 | Zig:13   | Killed Otrer the pandemonium lord
116039 | Zig:13   | Killed Lawked the pandemonium lord
116039 | Zig:13   | Killed Kelacisko the pandemonium lord
116039 | Zig:13   | Killed a Killer Klown
116041 | Zig:13   | Noticed Ammotsonu the pandemonium lord
116045 | Zig:13   | Killed Wubryis the pandemonium lord
116046 | Zig:13   | Killed Jociasm the pandemonium lord
116047 | Zig:13   | Killed Fupisuto the pandemonium lord
116048 | Zig:13   | Killed Gysagh the pandemonium lord
116049 | Zig:13   | Killed Teileo Hidgh the pandemonium lord
116051 | Zig:13   | Killed Ammotsonu the pandemonium lord
116229 | Zig:14   | Entered Level 14 of a ziggurat
116232 | Zig:14   | Noticed an ancient lich
116232 | Zig:14   | Noticed an ancient lich
116232 | Zig:14   | Noticed an ancient lich
116233 | Zig:14   | Noticed an ancient lich
116233 | Zig:14   | Noticed an ancient lich
116233 | Zig:14   | Noticed an ancient lich
116233 | Zig:14   | Noticed an ancient lich
116235 | Zig:14   | Noticed an ancient lich
116236 | Zig:14   | Noticed an ancient lich
116236 | Zig:14   | Noticed an ancient lich
116237 | Zig:14   | Killed an ancient lich
116237 | Zig:14   | Killed an ancient lich
116237 | Zig:14   | Killed an ancient lich
116239 | Zig:14   | Killed an ancient lich
116239 | Zig:14   | Killed an ancient lich
116239 | Zig:14   | Noticed an ancient lich
116240 | Zig:14   | Killed an ancient lich
116240 | Zig:14   | Killed an ancient lich
116241 | Zig:14   | Killed an ancient lich
116241 | Zig:14   | Killed an ancient lich
116241 | Zig:14   | Killed an ancient lich
116243 | Zig:14   | Killed an ancient lich
116374 | Zig:14   | Gained mutation: You are partially covered in iridescent
                  | scales. (AC +2) [evolution]
116469 | Zig:15   | Entered Level 15 of a ziggurat
116470 | Zig:15   | Noticed an ancient lich
116470 | Zig:15   | Noticed an ancient lich
116470 | Zig:15   | Noticed an ancient lich
116472 | Zig:15   | Noticed an ancient lich
116473 | Zig:15   | Noticed an ancient lich
116473 | Zig:15   | Noticed an ancient lich
116475 | Zig:15   | Noticed an ancient lich
116475 | Zig:15   | Noticed an ancient lich
116476 | Zig:15   | Killed an ancient lich
116476 | Zig:15   | Killed an ancient lich
116476 | Zig:15   | Killed an ancient lich
116476 | Zig:15   | Killed an ancient lich
116476 | Zig:15   | Killed an ancient lich
116476 | Zig:15   | Killed an ancient lich
116476 | Zig:15   | Killed an ancient lich
116476 | Zig:15   | Noticed an ancient lich
116477 | Zig:15   | Noticed an ancient lich
116479 | Zig:15   | Noticed an ancient lich
116479 | Zig:15   | Killed an ancient lich
116480 | Zig:15   | Noticed an ancient lich
116481 | Zig:15   | Noticed an ancient lich
116482 | Zig:15   | Noticed an ancient lich
116482 | Zig:15   | Noticed an ancient lich
116483 | Zig:15   | Found the +6 Majin-Bo {vamp, MP+6 Int+6}
116483 | Zig:15   | Found the +4 robe of Augmentation {Str+4 Int+4 Dex+4}
116483 | Zig:15   | Noticed an ancient lich
116485 | Zig:15   | Killed an ancient lich
116485 | Zig:15   | Noticed an ancient lich
116486 | Zig:15   | Killed an ancient lich
116486 | Zig:15   | Killed an ancient lich
116486 | Zig:15   | Killed an ancient lich
116487 | Zig:15   | Killed an ancient lich
116487 | Zig:15   | Killed an ancient lich
116487 | Zig:15   | Killed an ancient lich
116487 | Zig:15   | Killed an ancient lich
116488 | Zig:15   | Killed an ancient lich
116577 | Zig:15   | Identified Axzudic's Grimoire of Changing and the Entourage
116761 | Zig:15   | Got a pair of masterwork gloves
116776 | Zig:15   | Identified the cursed +0 pair of gloves of Prudence {Dex+4
                  | Slay+2} (You found it on level 15 of a ziggurat)
116789 | Zig:16   | Entered Level 16 of a ziggurat
116921 | Zig:16   | Gained mutation: You are covered in fur. (AC +1)
                  | [evolution]
116970 | Zig:16   | Identified the Papyrus of Dusty Evil
116990 | Zig:16   | Got a fine silver ring
116992 | Zig:16   | Got a faintly glowing bronze ring
116995 | Zig:16   | Identified Cuicraigg's Arcane Secrets of Spellweaving
117014 | Zig:16   | Identified the Reference Book on Supportive Hexes
117016 | Zig:16   | Identified Sif Muna's Grimoire of Flamy Transformation
117068 | Zig:17   | Entered Level 17 of a ziggurat
117070 | Zig:17   | Noticed an ancient lich
117070 | Zig:17   | Noticed an ancient lich
117072 | Zig:17   | Noticed an ancient lich
117072 | Zig:17   | Noticed an ancient lich
117073 | Zig:17   | Noticed an ancient lich
117075 | Zig:17   | Noticed an ancient lich
117075 | Zig:17   | Noticed an ancient lich
117078 | Zig:17   | Noticed an ancient lich
117078 | Zig:17   | Noticed an ancient lich
117078 | Zig:17   | Noticed an ancient lich
117078 | Zig:17   | Killed an ancient lich
117079 | Zig:17   | Noticed an ancient lich
117079 | Zig:17   | Killed an ancient lich
117079 | Zig:17   | Killed an ancient lich
117079 | Zig:17   | Killed an ancient lich
117080 | Zig:17   | Noticed an ancient lich
117080 | Zig:17   | Noticed an ancient lich
117080 | Zig:17   | Killed an ancient lich
117080 | Zig:17   | Killed an ancient lich
117080 | Zig:17   | Killed an ancient lich
117081 | Zig:17   | Noticed an ancient lich
117081 | Zig:17   | Noticed an ancient lich
117081 | Zig:17   | Killed an ancient lich
117081 | Zig:17   | Killed an ancient lich
117081 | Zig:17   | Killed an ancient lich
117082 | Zig:17   | Noticed an ancient lich
117083 | Zig:17   | Killed an ancient lich
117083 | Zig:17   | Killed an ancient lich
117083 | Zig:17   | Killed an ancient lich
117083 | Zig:17   | Killed an ancient lich
117084 | Zig:17   | Noticed an ancient lich
117088 | Zig:17   | Killed an ancient lich
117088 | Zig:17   | Killed an ancient lich
117091 | Zig:17   | Killed an ancient lich
117376 | Zig:18   | Entered Level 18 of a ziggurat
117390 | Zig:18   | Noticed Wycit the pandemonium lord
117394 | Zig:18   | Killed Wycit the pandemonium lord
117675 | Zig:18   | Identified the Handbook of Frigorific Intoxication
117679 | Zig:18   | Identified the Papyrus of Calling
117691 | Zig:18   | Identified Wudueph's Compendium of Combat Magic
117715 | Zig:18   | Got a flickering pewter ring
117722 | Zig:18   | Identified the Compendium of Creative Enchantment
117725 | Zig:18   | Got a smoking golden ring
117766 | Zig:18   | Identified the ring "Jepyu" {rPois Will+ Str+6} (You found
                  | it on level 16 of a ziggurat)
117768 | Zig:18   | Identified the ring of the Several Nightmares {Wiz rElec
                  | Will+ Stlth-} (You found it on level 18 of a ziggurat)
117770 | Zig:18   | Identified the ring "Diryt" {rF+ rC+ MP+9 Int+4} (You found
                  | it on level 18 of a ziggurat)
117772 | Zig:18   | Identified the ring of Creativity {rC+ rN+ Int+6 Stlth+}
                  | (You found it on level 16 of a ziggurat)
117781 | Zig:19   | Entered Level 19 of a ziggurat
117862 | Zig:19   | Identified Sif Muna's Almanac of a Thousand Invaders
117866 | Zig:19   | Identified the Tome of Flying Hexes
117871 | Zig:19   | Got a glittering pewter ring
117873 | Zig:19   | Got a brightly glowing platinum ring
118130 | Zig:20   | Entered Level 20 of a ziggurat
118130 | Zig:20   | Noticed a royal mummy
118130 | Zig:20   | Noticed a royal mummy
118130 | Zig:20   | Noticed a royal mummy
118130 | Zig:20   | Noticed a royal mummy
118130 | Zig:20   | Noticed a royal mummy
118130 | Zig:20   | Noticed a royal mummy
118130 | Zig:20   | Noticed a royal mummy
118130 | Zig:20   | Noticed a royal mummy
118132 | Zig:20   | Noticed a royal mummy
118135 | Zig:20   | Noticed a royal mummy
118135 | Zig:20   | Noticed a royal mummy
118135 | Zig:20   | Noticed a royal mummy
118135 | Zig:20   | Killed a royal mummy
118136 | Zig:20   | Noticed a royal mummy
118136 | Zig:20   | Noticed a royal mummy
118137 | Zig:20   | Noticed a royal mummy
118137 | Zig:20   | Noticed a royal mummy
118137 | Zig:20   | Killed a royal mummy
118137 | Zig:20   | Killed a royal mummy
118138 | Zig:20   | Killed a royal mummy
118139 | Zig:20   | Noticed a royal mummy
118139 | Zig:20   | Noticed a royal mummy
118139 | Zig:20   | Noticed a royal mummy
118140 | Zig:20   | Noticed a royal mummy
118140 | Zig:20   | Noticed a royal mummy
118140 | Zig:20   | Noticed a royal mummy
118140 | Zig:20   | Noticed a royal mummy
118140 | Zig:20   | Noticed a royal mummy
118140 | Zig:20   | Killed a royal mummy
118140 | Zig:20   | Noticed a royal mummy
118140 | Zig:20   | Noticed a royal mummy
118141 | Zig:20   | Noticed a royal mummy
118141 | Zig:20   | Noticed a royal mummy
118141 | Zig:20   | Noticed a royal mummy
118141 | Zig:20   | Noticed a royal mummy
118142 | Zig:20   | Noticed a royal mummy
118144 | Zig:20   | Killed a royal mummy
118144 | Zig:20   | Killed a royal mummy
118144 | Zig:20   | Killed a royal mummy
118146 | Zig:20   | Killed a royal mummy
118146 | Zig:20   | Noticed a royal mummy
118147 | Zig:20   | Noticed a royal mummy
118147 | Zig:20   | Noticed a royal mummy
118147 | Zig:20   | Noticed a royal mummy
118147 | Zig:20   | Noticed a royal mummy
118148 | Zig:20   | Killed a royal mummy
118149 | Zig:20   | Noticed a royal mummy
118149 | Zig:20   | Noticed a royal mummy
118149 | Zig:20   | Noticed a royal mummy
118149 | Zig:20   | Killed a royal mummy
118149 | Zig:20   | Killed a royal mummy
118149 | Zig:20   | Killed a royal mummy
118149 | Zig:20   | Noticed a royal mummy
118150 | Zig:20   | Noticed a royal mummy
118150 | Zig:20   | Killed a royal mummy
118150 | Zig:20   | Killed a royal mummy
118150 | Zig:20   | Killed a royal mummy
118151 | Zig:20   | Noticed a royal mummy
118151 | Zig:20   | Noticed a royal mummy
118151 | Zig:20   | Killed a royal mummy
118152 | Zig:20   | Killed a royal mummy
118153 | Zig:20   | Killed a royal mummy
118153 | Zig:20   | Killed a royal mummy
118153 | Zig:20   | Killed a royal mummy
118153 | Zig:20   | Killed a royal mummy
118153 | Zig:20   | Killed a royal mummy
118158 | Zig:20   | Killed a royal mummy
118160 | Zig:20   | Killed a royal mummy
118160 | Zig:20   | Killed a royal mummy
118161 | Zig:20   | Killed a royal mummy
118162 | Zig:20   | Killed a royal mummy
118162 | Zig:20   | Killed a royal mummy
118162 | Zig:20   | Killed a royal mummy
118166 | Zig:20   | Killed a royal mummy
118168 | Zig:20   | Killed a royal mummy
118168 | Zig:20   | Killed a royal mummy
118168 | Zig:20   | Killed a royal mummy
118168 | Zig:20   | Killed a royal mummy
118168 | Zig:20   | Killed a royal mummy
118168 | Zig:20   | Killed a royal mummy
118168 | Zig:20   | Killed a royal mummy
118177 | Zig:20   | Killed a royal mummy
118178 | Zig:20   | Killed a royal mummy
118179 | Zig:20   | Killed a royal mummy
118179 | Zig:20   | Killed a royal mummy
118179 | Zig:20   | Killed a royal mummy
118473 | Zig:20   | Identified Sif Muna's Volume of Dislocated Hexes
118475 | Zig:20   | Identified Jealuwn's Incunabulum of the Blistering Glacier
118526 | Zig:20   | Got a scorched bronze ring
118619 | Zig:20   | Identified the ring "Fizef" {*Contam +Blink rF+ SInv
                  | Stlth+} (You found it on level 19 of a ziggurat)
118621 | Zig:20   | Identified the ring of Fedhas's Favour {*Tele rF+} (You
                  | found it on level 20 of a ziggurat)
118623 | Zig:20   | Identified the ring of the Evening {Fire rElec Slay+6} (You
                  | found it on level 19 of a ziggurat)
118639 | Zig:21   | Entered Level 21 of a ziggurat
118744 | Zig:21   | Identified the Almanac of Blistering Shape Shifting
118747 | Zig:21   | Got a clouded iron amulet
118755 | Zig:21   | Identified the Handbook of the Tired Persimmons
118941 | Zig:21   | Got a slimy graven amulet
119113 | Zig:21   | Got a pair of warped gloves
119129 | Zig:22   | Entered Level 22 of a ziggurat
119605 | Zig:22   | Got a glittering bronze ring
119610 | Zig:22   | Got a smoking amber ring
119694 | Zig:23   | Entered Level 23 of a ziggurat
120012 | Zig:23   | Identified the Incunabulum of Poisonous Stolen Souls
120015 | Zig:23   | Got a sparkling copper ring
120029 | Zig:23   | Identified the Reference Book on Evil Weightlessness
120050 | Zig:23   | Identified the +2 pair of gloves "Loomaxtuqud" {rN+ Int+4}
                  | (You found it on level 21 of a ziggurat)
120052 | Zig:23   | Identified the amulet "Fuuplor" {Inacc rF+ rN+ Int+2 Dex+2}
                  | (You found it on level 21 of a ziggurat)
120054 | Zig:23   | Identified the amulet of Dogma {RegenMP Slay+3} (You found
                  | it on level 21 of a ziggurat)
120056 | Zig:23   | Identified the ring of Cyong {*Tele rN+} (You found it on
                  | level 22 of a ziggurat)
120058 | Zig:23   | Identified the ring "Yteosi" {rC- Str+5 Dex+4 Stlth-} (You
                  | found it on level 22 of a ziggurat)
120060 | Zig:23   | Identified the cursed ring "Gudwo" {rC+ Will+ Int+4 Dex-4}
                  | (You found it on level 23 of a ziggurat)
120063 | Zig:23   | Got a pair of fine gloves
120066 | Zig:23   | Identified the +2 pair of gloves of Baldness {rElec Will-
                  | rCorr Dex+6} (You found it on level 23 of a ziggurat)
120086 | Zig:23   | Got a spiked cloak
120087 | Zig:23   | Identified the +1 cloak "Juaphaf" {rC+} (You found it on
                  | level 23 of a ziggurat)
120098 | Zig:24   | Entered Level 24 of a ziggurat
120519 | Zig:24   | Got a scintillating copper ring
120586 | Zig:25   | Entered Level 25 of a ziggurat
120703 | Zig:25   | Identified Sif Muna's Guide on Earthen Sinister Rites
120705 | Zig:25   | Identified the Guide on Flying Fire
120717 | Zig:25   | Got a clouded pewter amulet
120718 | Zig:25   | Identified The Testament of the Prophet
121159 | Zig:26   | Entered Level 26 of a ziggurat
121625 | Zig:26   | Got a steaming brass amulet
121642 | Zig:26   | Identified the Almanac of Twisted Calling
121709 | Zig:26   | Got a clouded iron ring
121710 | Zig:26   | Identified Faloqeem's Last Secrets of Sorcery
121745 | Zig:26   | Got a wavering platinum ring
121776 | Zig:26   | Identified Sif Muna's Collected Works on Torrid Sinister
                  | Arts
121794 | Zig:27   | Entered Level 27 of a ziggurat
121834 | Zig:27   | Noticed Peamett the pandemonium lord
121847 | Zig:27   | Killed Peamett the pandemonium lord
122218 | Zig:27   | Identified the Volume of Lightness
122230 | Zig:27   | Got a scintillating golden ring
122244 | Zig:27   | Identified the ring "Beolainu" {*Tele rC+ Str+4 Int+3} (You
                  | found it on level 24 of a ziggurat)
122246 | Zig:27   | Identified the amulet "Ciffes" {Inacc Str+3} (You found it
                  | on level 25 of a ziggurat)
122249 | Zig:27   | Identified the amulet of Ysietamud {Spirit rPois Str-3
                  | Int+4} (You found it on level 26 of a ziggurat)
122251 | Zig:27   | Identified the ring of Symmetry {*Tele rC+ MP+9 Dex+2} (You
                  | found it on level 26 of a ziggurat)
122253 | Zig:27   | Identified the ring of Divine Compulsion {Fire Str+2 Dex+2}
                  | (You found it on level 26 of a ziggurat)
122255 | Zig:27   | Identified the ring of Ahoiw {AC+4 Dex+3} (You found it on
                  | level 27 of a ziggurat)
122259 | Zig:27   | Got a wavering diamond amulet
122283 | Zig:27   | Identified the amulet of the Omega Point {Spirit *Corrode
                  | +Blink Int+4 Slay+3} (You found it on level 27 of a
                  | ziggurat)
122327 | D:1      | Bought a pair of encrusted boots for 266 gold pieces
122451 | Zig:1    | Entered Level 1 of a ziggurat
122527 | Zig:2    | Entered Level 2 of a ziggurat
122585 | Zig:3    | Entered Level 3 of a ziggurat
122711 | Zig:4    | Entered Level 4 of a ziggurat
122771 | Zig:4    | Got a translucent steel ring
122810 | Zig:5    | Entered Level 5 of a ziggurat
122856 | Zig:5    | Got a faintly glowing amber ring
122863 | Zig:5    | Identified the Almanac of Venom and Companions
122943 | Zig:6    | Entered Level 6 of a ziggurat
122952 | Zig:6    | Found the +7 lajatang of Order {silver, rMut}
123110 | Zig:7    | Entered Level 7 of a ziggurat
123110 | Zig:7    | Noticed an ancient lich
123112 | Zig:7    | Noticed an ancient lich
123113 | Zig:7    | Noticed an ancient lich
123116 | Zig:7    | Noticed an ancient lich
123117 | Zig:7    | Killed an ancient lich
123117 | Zig:7    | Killed an ancient lich
123117 | Zig:7    | Killed an ancient lich
123117 | Zig:7    | Killed an ancient lich
123117 | Zig:7    | Noticed an ancient lich
123124 | Zig:7    | Noticed an ancient lich
123125 | Zig:7    | Killed an ancient lich
123134 | Zig:7    | Killed an ancient lich
123270 | Zig:8    | Entered Level 8 of a ziggurat
123270 | Zig:8    | Noticed a juggernaut
123270 | Zig:8    | Noticed a juggernaut
123275 | Zig:8    | Killed a juggernaut
123277 | Zig:8    | Noticed a juggernaut
123277 | Zig:8    | Noticed a juggernaut
123277 | Zig:8    | Killed a juggernaut
123285 | Zig:8    | Killed a juggernaut
123288 | Zig:8    | Killed a juggernaut
123439 | Zig:8    | Identified Fevviash's Handbook of Glacial Evil
123474 | Zig:9    | Entered Level 9 of a ziggurat
123550 | Zig:9    | Found the ring of the Octopus King
123662 | Zig:9    | Got a ring of the Octopus King
123696 | Zig:10   | Entered Level 10 of a ziggurat
123696 | Zig:10   | Noticed a royal mummy
123696 | Zig:10   | Noticed a royal mummy
123696 | Zig:10   | Noticed a royal mummy
123696 | Zig:10   | Noticed a royal mummy
123696 | Zig:10   | Noticed a royal mummy
123696 | Zig:10   | Noticed a royal mummy
123700 | Zig:10   | Noticed a royal mummy
123700 | Zig:10   | Noticed a royal mummy
123702 | Zig:10   | Killed a royal mummy
123703 | Zig:10   | Killed a royal mummy
123705 | Zig:10   | Noticed a royal mummy
123706 | Zig:10   | Noticed a royal mummy
123708 | Zig:10   | Killed a royal mummy
123708 | Zig:10   | Killed a royal mummy
123708 | Zig:10   | Killed a royal mummy
123708 | Zig:10   | Killed a royal mummy
123714 | Zig:10   | Killed a royal mummy
123721 | Zig:10   | Killed a royal mummy
123723 | Zig:10   | Killed a royal mummy
123729 | Zig:10   | Killed a royal mummy
123983 | Zig:11   | Entered Level 11 of a ziggurat
124030 | Zig:11   | Identified the Guide on Envenoming
124033 | Zig:11   | Got a translucent lapis lazuli ring
124255 | Zig:12   | Entered Level 12 of a ziggurat
124331 | Zig:12   | Killed a starcursed mass
124580 | Zig:12   | Identified the Incunabulum of the Unstable Volcanoes
124612 | Zig:13   | Entered Level 13 of a ziggurat
124624 | Zig:13   | Noticed Abioduev the pandemonium lord
124632 | Zig:13   | Killed Abioduev the pandemonium lord
124636 | Zig:13   | Found the ring of the Octopus King
124890 | Zig:13   | Identified Sif Muna's Papyrus of the Bewitching Entourage
124894 | Zig:13   | Got a ring of the Octopus King
124904 | Zig:13   | Got a scorched brass ring
124921 | Zig:14   | Entered Level 14 of a ziggurat
124921 | Zig:14   | Noticed a royal mummy
124921 | Zig:14   | Noticed a royal mummy
124921 | Zig:14   | Noticed a royal mummy
124921 | Zig:14   | Noticed a royal mummy
124921 | Zig:14   | Noticed a royal mummy
124921 | Zig:14   | Noticed a royal mummy
124921 | Zig:14   | Noticed a royal mummy
124921 | Zig:14   | Noticed a royal mummy
124921 | Zig:14   | Noticed a royal mummy
124923 | Zig:14   | Noticed a royal mummy
124924 | Zig:14   | Noticed a royal mummy
124924 | Zig:14   | Noticed a royal mummy
124925 | Zig:14   | Noticed a royal mummy
124926 | Zig:14   | Noticed a royal mummy
124927 | Zig:14   | Noticed a royal mummy
124927 | Zig:14   | Noticed a royal mummy
124929 | Zig:14   | Killed a royal mummy
124932 | Zig:14   | Killed a royal mummy
124932 | Zig:14   | Noticed a royal mummy
124933 | Zig:14   | Killed a royal mummy
124933 | Zig:14   | Killed a royal mummy
124934 | Zig:14   | Killed a royal mummy
124934 | Zig:14   | Killed a royal mummy
124934 | Zig:14   | Killed a royal mummy
124934 | Zig:14   | Noticed a royal mummy
124935 | Zig:14   | Killed a royal mummy
124935 | Zig:14   | Noticed a royal mummy
124936 | Zig:14   | Killed a royal mummy
124939 | Zig:14   | Killed a royal mummy
124939 | Zig:14   | Killed a royal mummy
124939 | Zig:14   | Killed a royal mummy
124939 | Zig:14   | Killed a royal mummy
124940 | Zig:14   | Noticed a royal mummy
124941 | Zig:14   | Noticed a royal mummy
124942 | Zig:14   | Killed a royal mummy
124943 | Zig:14   | Killed a royal mummy
124943 | Zig:14   | Killed a royal mummy
124944 | Zig:14   | Killed a royal mummy
124944 | Zig:14   | Killed a royal mummy
124945 | Zig:14   | Noticed a royal mummy
124946 | Zig:14   | Killed a royal mummy
124948 | Zig:14   | Killed a royal mummy
124948 | Zig:14   | Killed a royal mummy
124949 | Zig:14   | Noticed a royal mummy
124958 | Zig:14   | Noticed a royal mummy
124970 | Zig:14   | Killed a royal mummy
124977 | Zig:14   | Killed a royal mummy
125003 | Zig:14   | Killed a royal mummy
125212 | Zig:14   | Identified Ozih's Reference Book on Darkness
125272 | Zig:15   | Entered Level 15 of a ziggurat
125278 | Zig:15   | Noticed an ancient lich
125283 | Zig:15   | Found the -2 hat of the Alchemist {rElec rPois rF+ rC+ rN+
                  | Will+ rMut rCorr}
125288 | Zig:15   | Killed an ancient lich
125343 | Zig:15   | Killed a starcursed mass
125388 | Zig:15   | Identified Werchusi's Guide on Dusty Battle Magic
125576 | Zig:15   | Gained mutation: You have large cloven feet. [evolution]
125666 | Zig:16   | Entered Level 16 of a ziggurat
125927 | Zig:16   | Got a flickering granite ring
125945 | Zig:16   | Identified the +0 pair of boots of Taysud {Regen+} (You
                  | bought it in a shop on level 1 of the Dungeon)
125948 | Zig:16   | Identified the ring "Kuuntapp" {rPois rC+ rCorr} (You found
                  | it on level 4 of a ziggurat)
125951 | Zig:16   | Identified the ring of Xom's Full Attention {rPois Str+6
                  | Int+3 Dex+3 Stlth-} (You found it on level 5 of a ziggurat)
125954 | Zig:16   | Identified a ring of the Octopus King {rN+ AC+1 EV+1 Str+1
                  | Int+1 Dex+1} (You found it on level 9 of a ziggurat)
125957 | Zig:16   | Identified the ring of Jibeq {Str+6 Stlth+} (You found it
                  | on level 11 of a ziggurat)
125960 | Zig:16   | Identified a ring of the Octopus King {AC+1 EV+1 Str+1
                  | Int+1 Dex+1 Stlth+} (You found it on level 13 of a
                  | ziggurat)
125963 | Zig:16   | Identified the ring of Jealousy {rF++ rN+ Str-5 Int+4
                  | Stlth+} (You found it on level 13 of a ziggurat)
125966 | Zig:16   | Identified the ring of the Harvest {rC+ Int+2} (You found
                  | it on level 16 of a ziggurat)
126028 | Zig:16   | Got a steaming marble ring
126031 | Zig:16   | Got a faintly glowing amber ring
126055 | Zig:16   | Identified Zaedytan's Catalogue of the Ten Suns
126058 | Zig:16   | Identified the Grimoire of Changing and Weightlessness
126062 | Zig:16   | Identified the ring "Zehaaf" {rPois rF+} (You found it on
                  | level 16 of a ziggurat)
126064 | Zig:16   | Identified the ring "Kuowongomidd" {rN+ rCorr Slay+2 SInv}
                  | (You found it on level 16 of a ziggurat)
126073 | Zig:17   | Entered Level 17 of a ziggurat
126073 | Zig:17   | Noticed a juggernaut
126073 | Zig:17   | Noticed a juggernaut
126074 | Zig:17   | Noticed a juggernaut
126074 | Zig:17   | Noticed a juggernaut
126076 | Zig:17   | Noticed a juggernaut
126077 | Zig:17   | Noticed a juggernaut
126078 | Zig:17   | Noticed a juggernaut
126078 | Zig:17   | Killed a juggernaut
126081 | Zig:17   | Noticed a juggernaut
126086 | Zig:17   | Killed a juggernaut
126086 | Zig:17   | Noticed a juggernaut
126088 | Zig:17   | Noticed a juggernaut
126089 | Zig:17   | Noticed a juggernaut
126089 | Zig:17   | Noticed a juggernaut
126091 | Zig:17   | Noticed a juggernaut
126092 | Zig:17   | Killed a juggernaut
126094 | Zig:17   | Noticed a juggernaut
126094 | Zig:17   | Noticed a juggernaut
126094 | Zig:17   | Killed a juggernaut
126094 | Zig:17   | Killed a juggernaut
126095 | Zig:17   | Killed a juggernaut
126095 | Zig:17   | Killed a juggernaut
126095 | Zig:17   | Killed a juggernaut
126097 | Zig:17   | Killed a juggernaut
126097 | Zig:17   | Killed a juggernaut
126098 | Zig:17   | Noticed a juggernaut
126101 | Zig:17   | Noticed a juggernaut
126102 | Zig:17   | Noticed a juggernaut
126106 | Zig:17   | Noticed a juggernaut
126106 | Zig:17   | Killed a juggernaut
126106 | Zig:17   | Killed a juggernaut
126111 | Zig:17   | Killed a juggernaut
126111 | Zig:17   | Killed a juggernaut
126111 | Zig:17   | Killed a juggernaut
126111 | Zig:17   | Killed a juggernaut
126111 | Zig:17   | Killed a juggernaut
126120 | Zig:17   | Killed a juggernaut
126120 | Zig:17   | Killed a juggernaut
126237 | Zig:17   | Lost mutation: You are partially covered in iridescent
                  | scales. (AC +2) [evolution]
126342 | Zig:17   | Identified the Handbook of Stones and Flight
126345 | Zig:17   | Got a bound ivory ring
126352 | Zig:17   | Got a transparent garnet amulet
126353 | Zig:17   | Identified Sif Muna's Handbook of Ghastly Execration
126367 | Zig:17   | Got a transparent pewter ring
126370 | Zig:17   | Got a wavering pewter amulet
126381 | Zig:17   | Got a translucent lapis lazuli ring
126382 | Zig:17   | Identified the Handbook of Execration
126386 | Zig:17   | Identified the Collected Works on Arcane Weapons
126398 | Zig:17   | Lost mutation: You are partially covered in rugged brown
                  | scales. (AC +1, +3% HP) [potion of mutation]
126398 | Zig:17   | Lost mutation: Your mind is acute. (Int +2) [potion of
                  | mutation]
126398 | Zig:17   | Lost mutation: You have large cloven feet. [potion of
                  | mutation]
126398 | Zig:17   | Gained mutation: You are partially covered in icy blue
                  | scales. (AC +2) [potion of mutation]
126398 | Zig:17   | Lost mutation: You are covered in fur. (AC +1) [potion of
                  | mutation]
126398 | Zig:17   | Gained mutation: Your body sometimes deteriorates upon
                  | taking damage. [potion of mutation]
126398 | Zig:17   | Gained mutation: You are partially covered in thin metallic
                  | scales. (AC +2) [potion of mutation]
126399 | Zig:17   | Lost mutation: Your body sometimes deteriorates upon taking
                  | damage. [potion of mutation]
126399 | Zig:17   | Lost mutation: Your muscles are strong. (Str +2) [potion of
                  | mutation]
126399 | Zig:17   | Gained mutation: Your body sometimes deteriorates upon
                  | taking damage. [potion of mutation]
126399 | Zig:17   | Gained mutation: You rapidly evolve. [potion of mutation]
126400 | Zig:17   | Lost mutation: Your body sometimes deteriorates upon taking
                  | damage. [potion of mutation]
126400 | Zig:17   | Lost mutation: You rapidly evolve. [potion of mutation]
126400 | Zig:17   | Lost mutation: You are partially covered in thin metallic
                  | scales. (AC +2) [potion of mutation]
126400 | Zig:17   | Lost mutation: You are partially covered in icy blue
                  | scales. (AC +2) [potion of mutation]
126400 | Zig:17   | Gained mutation: You are partially covered in yellow
                  | scales. (AC +2) [potion of mutation]
126401 | Zig:17   | Lost mutation: You evolve. [potion of mutation]
126401 | Zig:17   | Lost mutation: You are partially covered in large bone
                  | plates. (SH +4) [potion of mutation]
126401 | Zig:17   | Lost mutation: You are partially covered in yellow scales.
                  | (AC +2) [potion of mutation]
126401 | Zig:17   | Gained mutation: You have an increased reservoir of magic.
                  | (+10% MP) [potion of mutation]
126401 | Zig:17   | Gained mutation: You are covered in fur. (AC +1) [potion of
                  | mutation]
126402 | Zig:17   | Lost mutation: You are covered in fur. (AC +1) [potion of
                  | mutation]
126402 | Zig:17   | Lost mutation: You have an increased reservoir of magic.
                  | (+10% MP) [potion of mutation]
126402 | Zig:17   | Gained mutation: Your flesh is cold resistant. (rC+)
                  | [potion of mutation]
126402 | Zig:17   | Gained mutation: Your body sometimes deteriorates upon
                  | taking damage. [potion of mutation]
126402 | Zig:17   | Gained mutation: Scrolls take you a little longer to read.
                  | [potion of mutation]
126402 | Zig:17   | Gained mutation: Your system is resistant to poisons.
                  | (rPois) [potion of mutation]
126403 | Zig:17   | Lost mutation: Scrolls take you a little longer to read.
                  | [potion of mutation]
126403 | Zig:17   | Lost mutation: Your system is resistant to poisons. (rPois)
                  | [potion of mutation]
126403 | Zig:17   | Gained mutation: You are clumsy. (Dex -2) [potion of
                  | mutation]
126403 | Zig:17   | Gained mutation: You are partially covered in molten
                  | scales. (AC +2) [potion of mutation]
126404 | Zig:17   | Lost mutation: Your body sometimes deteriorates upon taking
                  | damage. [potion of mutation]
126404 | Zig:17   | Lost mutation: Your flesh is cold resistant. (rC+) [potion
                  | of mutation]
126404 | Zig:17   | Gained mutation: Scrolls take you a little longer to read.
                  | [potion of mutation]
126404 | Zig:17   | Gained mutation: You are very clumsy. (Dex -4) [potion of
                  | mutation]
126404 | Zig:17   | Gained mutation: You are partially covered in yellow
                  | scales. (AC +2) [potion of mutation]
126405 | Zig:17   | Lost mutation: Scrolls take you a little longer to read.
                  | [potion of mutation]
126405 | Zig:17   | Lost mutation: You are very clumsy. (Dex -4) [potion of
                  | mutation]
126405 | Zig:17   | Lost mutation: You are clumsy. (Dex -2) [potion of
                  | mutation]
126405 | Zig:17   | Gained mutation: You expend magic power (3 MP) to
                  | strengthen your wands. [potion of mutation]
126405 | Zig:17   | Gained mutation: Scrolls take you a little longer to read.
                  | [potion of mutation]
126405 | Zig:17   | Gained mutation: Your spells are a little harder to cast,
                  | but a little more powerful. [potion of mutation]
126406 | Zig:17   | Lost mutation: Your spells are a little harder to cast, but
                  | a little more powerful. [potion of mutation]
126406 | Zig:17   | Lost mutation: You are partially covered in molten scales.
                  | (AC +2) [potion of mutation]
126406 | Zig:17   | Lost mutation: You are partially covered in yellow scales.
                  | (AC +2) [potion of mutation]
126406 | Zig:17   | Gained mutation: You are weak. (Str -2) [potion of
                  | mutation]
126406 | Zig:17   | Gained mutation: You are partially covered in slimy green
                  | scales. (AC +2) [potion of mutation]
126407 | Zig:17   | Lost mutation: You are weak. (Str -2) [potion of mutation]
126407 | Zig:17   | Lost mutation: Scrolls take you a little longer to read.
                  | [potion of mutation]
126407 | Zig:17   | Lost mutation: You expend magic power (3 MP) to strengthen
                  | your wands. [potion of mutation]
126407 | Zig:17   | Gained mutation: You expend magic power (3 MP) to
                  | strengthen your wands. [potion of mutation]
126407 | Zig:17   | Gained mutation: Your system is resistant to poisons.
                  | (rPois) [potion of mutation]
126408 | Zig:17   | Lost mutation: You expend magic power (3 MP) to strengthen
                  | your wands. [potion of mutation]
126408 | Zig:17   | Lost mutation: Your system is resistant to poisons. (rPois)
                  | [potion of mutation]
126408 | Zig:17   | Gained mutation: You expend magic power (3 MP) to
                  | strengthen your wands. [potion of mutation]
126408 | Zig:17   | Gained mutation: Your mind is acute. (Int +2) [potion of
                  | mutation]
126409 | Zig:17   | Lost mutation: You expend magic power (3 MP) to strengthen
                  | your wands. [potion of mutation]
126409 | Zig:17   | Lost mutation: Your mind is acute. (Int +2) [potion of
                  | mutation]
126409 | Zig:17   | Gained mutation: You possess an exceptional clarity of
                  | mind. [potion of mutation]
126409 | Zig:17   | Gained mutation: You are somewhat resistant to further
                  | mutation. [potion of mutation]
126410 | Zig:17   | Lost mutation: You possess an exceptional clarity of mind.
                  | [potion of mutation]
126410 | Zig:17   | Lost mutation: You are somewhat resistant to further
                  | mutation. [potion of mutation]
126410 | Zig:17   | Gained mutation: Your body sometimes deteriorates upon
                  | taking damage. [potion of mutation]
126410 | Zig:17   | Gained mutation: Scrolls take you a little longer to read.
                  | [potion of mutation]
126410 | Zig:17   | Gained mutation: You are covered in fur. (AC +1) [potion of
                  | mutation]
126411 | Zig:17   | Lost mutation: You are covered in fur. (AC +1) [potion of
                  | mutation]
126411 | Zig:17   | Lost mutation: Scrolls take you a little longer to read.
                  | [potion of mutation]
126411 | Zig:17   | Lost mutation: Your body sometimes deteriorates upon taking
                  | damage. [potion of mutation]
126411 | Zig:17   | Gained mutation: Your spells are a little easier to cast,
                  | but a little less powerful. [potion of mutation]
126411 | Zig:17   | Gained mutation: Your muscles are strong. (Str +2) [potion
                  | of mutation]
126411 | Zig:17   | Gained mutation: You are clumsy. (Dex -2) [potion of
                  | mutation]
126411 | Zig:17   | Gained mutation: You have sharp toenails. [potion of
                  | mutation]
126412 | Zig:17   | Lost mutation: Your muscles are strong. (Str +2) [potion of
                  | mutation]
126412 | Zig:17   | Gained mutation: Your muscles are strong. (Str +2) [potion
                  | of mutation]
126412 | Zig:17   | Gained mutation: You expend magic power (3 MP) to
                  | strengthen your wands. [potion of mutation]
126412 | Zig:17   | Lost mutation: You are clumsy. (Dex -2) [potion of
                  | mutation]
126413 | Zig:17   | Lost mutation: You are partially covered in slimy green
                  | scales. (AC +2) [potion of mutation]
126413 | Zig:17   | Lost mutation: Your muscles are strong. (Str +2) [potion of
                  | mutation]
126413 | Zig:17   | Lost mutation: You expend magic power (3 MP) to strengthen
                  | your wands. [potion of mutation]
126413 | Zig:17   | Gained mutation: Your mind is acute. (Int +2) [potion of
                  | mutation]
126413 | Zig:17   | Gained mutation: Your flesh is heat resistant. (rF+)
                  | [potion of mutation]
126413 | Zig:17   | Gained mutation: You are agile. (Dex +2) [potion of
                  | mutation]
126413 | Zig:17   | Gained mutation: You possess an exceptional clarity of
                  | mind. [potion of mutation]
126414 | Zig:17   | Lost mutation: You have sharp toenails. [potion of
                  | mutation]
126414 | Zig:17   | Lost mutation: You are agile. (Dex +2) [potion of mutation]
126414 | Zig:17   | Lost mutation: Your mind is acute. (Int +2) [potion of
                  | mutation]
126414 | Zig:17   | Gained mutation: Scrolls take you a little longer to read.
                  | [potion of mutation]
126414 | Zig:17   | Lost mutation: Scrolls take you a little longer to read.
                  | [potion of mutation]
126414 | Zig:17   | Gained mutation: You have sharp toenails. [potion of
                  | mutation]
126415 | Zig:17   | Lost mutation: You possess an exceptional clarity of mind.
                  | [potion of mutation]
126415 | Zig:17   | Lost mutation: You have sharp toenails. [potion of
                  | mutation]
126415 | Zig:17   | Lost mutation: Your spells are a little easier to cast, but
                  | a little less powerful. [potion of mutation]
126415 | Zig:17   | Lost mutation: Your flesh is heat resistant. (rF+) [potion
                  | of mutation]
126415 | Zig:17   | Gained mutation: Your magical capacity is low. (-10% MP)
                  | [potion of mutation]
126415 | Zig:17   | Gained mutation: You do not regenerate when monsters are
                  | visible. [potion of mutation]
126415 | Zig:17   | Gained mutation: You have very sharp teeth. [potion of
                  | mutation]
126416 | Zig:17   | Lost mutation: Your magical capacity is low. (-10% MP)
                  | [potion of mutation]
126416 | Zig:17   | Lost mutation: You have very sharp teeth. [potion of
                  | mutation]
126416 | Zig:17   | Gained mutation: Your spells are a little harder to cast,
                  | but a little more powerful. [potion of mutation]
126416 | Zig:17   | Gained mutation: Your movements are slightly less
                  | encumbered by armour. (ER -2) [potion of mutation]
126416 | Zig:17   | Gained mutation: You expend magic power (3 MP) to
                  | strengthen your wands. [potion of mutation]
126417 | Zig:17   | Lost mutation: You expend magic power (3 MP) to strengthen
                  | your wands. [potion of mutation]
126417 | Zig:17   | Lost mutation: You do not regenerate when monsters are
                  | visible. [potion of mutation]
126417 | Zig:17   | Gained mutation: Your magical capacity is low. (-10% MP)
                  | [potion of mutation]
126417 | Zig:17   | Gained mutation: You are partially covered in slimy green
                  | scales. (AC +2) [potion of mutation]
126428 | Zig:17   | Lost mutation: Your magical capacity is low. (-10% MP)
                  | [potion of mutation]
126428 | Zig:17   | Lost mutation: You are partially covered in slimy green
                  | scales. (AC +2) [potion of mutation]
126428 | Zig:17   | Lost mutation: Your movements are slightly less encumbered
                  | by armour. (ER -2) [potion of mutation]
126428 | Zig:17   | Lost mutation: Your spells are a little harder to cast, but
                  | a little more powerful. [potion of mutation]
126428 | Zig:17   | Gained mutation: Your system is resistant to poisons.
                  | (rPois) [potion of mutation]
126428 | Zig:17   | Gained mutation: You are resistant to electric shocks.
                  | (rElec) [potion of mutation]
126429 | Zig:17   | Lost mutation: Your system is resistant to poisons. (rPois)
                  | [potion of mutation]
126429 | Zig:17   | Lost mutation: You are resistant to electric shocks.
                  | (rElec) [potion of mutation]
126429 | Zig:17   | Gained mutation: You are dopey. (Int -2) [potion of
                  | mutation]
126429 | Zig:17   | Gained mutation: Your magical capacity is low. (-10% MP)
                  | [potion of mutation]
126429 | Zig:17   | Gained mutation: You are robust. (+10% HP) [potion of
                  | mutation]
126430 | Zig:17   | Lost mutation: You are dopey. (Int -2) [potion of mutation]
126430 | Zig:17   | Lost mutation: Your magical capacity is low. (-10% MP)
                  | [potion of mutation]
126430 | Zig:17   | Gained mutation: You have a somewhat thin skeletal
                  | structure. (Dex +2, Stealth) [potion of mutation]
126430 | Zig:17   | Gained mutation: Armour fits poorly on your strangely
                  | shaped body. [potion of mutation]
126430 | Zig:17   | Gained mutation: Your spells are a little harder to cast,
                  | but a little more powerful. [potion of mutation]
126431 | Zig:17   | Lost mutation: You are robust. (+10% HP) [potion of
                  | mutation]
126431 | Zig:17   | Lost mutation: Armour fits poorly on your strangely shaped
                  | body. [potion of mutation]
126431 | Zig:17   | Lost mutation: You have a somewhat thin skeletal structure.
                  | (Dex +2, Stealth) [potion of mutation]
126431 | Zig:17   | Gained mutation: You have large cloven feet. [potion of
                  | mutation]
126431 | Zig:17   | Gained mutation: Your mind is acute. (Int +2) [potion of
                  | mutation]
126431 | Zig:17   | Gained mutation: Your flesh is heat resistant. (rF+)
                  | [potion of mutation]
126432 | Zig:17   | Lost mutation: You have large cloven feet. [potion of
                  | mutation]
126432 | Zig:17   | Lost mutation: Your spells are a little harder to cast, but
                  | a little more powerful. [potion of mutation]
126432 | Zig:17   | Lost mutation: Your mind is acute. (Int +2) [potion of
                  | mutation]
126432 | Zig:17   | Gained mutation: You occasionally shout uncontrollably at
                  | your foes. [potion of mutation]
126432 | Zig:17   | Gained mutation: You are agile. (Dex +2) [potion of
                  | mutation]
126433 | Zig:17   | Lost mutation: You occasionally shout uncontrollably at
                  | your foes. [potion of mutation]
126433 | Zig:17   | Lost mutation: Your flesh is heat resistant. (rF+) [potion
                  | of mutation]
126433 | Zig:17   | Gained mutation: You are resistant to electric shocks.
                  | (rElec) [potion of mutation]
126433 | Zig:17   | Gained mutation: You have a somewhat thin skeletal
                  | structure. (Dex +2, Stealth) [potion of mutation]
126434 | Zig:17   | Lost mutation: You are agile. (Dex +2) [potion of mutation]
126434 | Zig:17   | Lost mutation: You have a somewhat thin skeletal structure.
                  | (Dex +2, Stealth) [potion of mutation]
126434 | Zig:17   | Gained mutation: Your muscles are strong. (Str +2) [potion
                  | of mutation]
126434 | Zig:17   | Gained mutation: Your movements are slightly less
                  | encumbered by armour. (ER -2) [potion of mutation]
126434 | Zig:17   | Gained mutation: You are strong-willed. (Will+) [potion of
                  | mutation]
126435 | Zig:17   | Lost mutation: You are strong-willed. (Will+) [potion of
                  | mutation]
126435 | Zig:17   | Lost mutation: Your muscles are strong. (Str +2) [potion of
                  | mutation]
126435 | Zig:17   | Lost mutation: You are resistant to electric shocks.
                  | (rElec) [potion of mutation]
126435 | Zig:17   | Gained mutation: You are frail. (-10% HP) [potion of
                  | mutation]
126435 | Zig:17   | Gained mutation: You are strong-willed. (Will+) [potion of
                  | mutation]
126436 | Zig:17   | Lost mutation: You are frail. (-10% HP) [potion of
                  | mutation]
126436 | Zig:17   | Gained mutation: You do not regenerate when monsters are
                  | visible. [potion of mutation]
126436 | Zig:17   | Gained mutation: Your system is resistant to poisons.
                  | (rPois) [potion of mutation]
126436 | Zig:17   | Gained mutation: You have sharp toenails. [potion of
                  | mutation]
126437 | Zig:17   | Lost mutation: You do not regenerate when monsters are
                  | visible. [potion of mutation]
126437 | Zig:17   | Lost mutation: You have sharp toenails. [potion of
                  | mutation]
126437 | Zig:17   | Lost mutation: You are strong-willed. (Will+) [potion of
                  | mutation]
126437 | Zig:17   | Lost mutation: Your movements are slightly less encumbered
                  | by armour. (ER -2) [potion of mutation]
126437 | Zig:17   | Gained mutation: You possess an exceptional clarity of
                  | mind. [potion of mutation]
126437 | Zig:17   | Gained mutation: Your magical capacity is low. (-10% MP)
                  | [potion of mutation]
126437 | Zig:17   | Gained mutation: Scrolls take you a little longer to read.
                  | [potion of mutation]
126437 | Zig:17   | Gained mutation: You evolve. [potion of mutation]
126438 | Zig:17   | Lost mutation: You possess an exceptional clarity of mind.
                  | [potion of mutation]
126438 | Zig:17   | Lost mutation: You evolve. [potion of mutation]
126438 | Zig:17   | Gained mutation: You are strong-willed. (Will+) [potion of
                  | mutation]
126438 | Zig:17   | Lost mutation: Scrolls take you a little longer to read.
                  | [potion of mutation]
126438 | Zig:17   | Gained mutation: Scrolls take you a little longer to read.
                  | [potion of mutation]
126438 | Zig:17   | Gained mutation: You have a beak for a mouth. [potion of
                  | mutation]
126439 | Zig:17   | Lost mutation: Scrolls take you a little longer to read.
                  | [potion of mutation]
126439 | Zig:17   | Lost mutation: Your system is resistant to poisons. (rPois)
                  | [potion of mutation]
126439 | Zig:17   | Gained mutation: You passively map a small area around you.
                  | [potion of mutation]
126439 | Zig:17   | Gained mutation: You expend magic power (3 MP) to
                  | strengthen your wands. [potion of mutation]
126440 | Zig:17   | Lost mutation: You passively map a small area around you.
                  | [potion of mutation]
126440 | Zig:17   | Lost mutation: You expend magic power (3 MP) to strengthen
                  | your wands. [potion of mutation]
126440 | Zig:17   | Gained mutation: You are partially covered in icy blue
                  | scales. (AC +2) [potion of mutation]
126440 | Zig:17   | Gained mutation: Your magical capacity is very low. (-20%
                  | MP) [potion of mutation]
126440 | Zig:17   | Gained mutation: You are robust. (+10% HP) [potion of
                  | mutation]
126441 | Zig:17   | Lost mutation: You are partially covered in icy blue
                  | scales. (AC +2) [potion of mutation]
126441 | Zig:17   | Lost mutation: You are strong-willed. (Will+) [potion of
                  | mutation]
126441 | Zig:17   | Lost mutation: Your magical capacity is very low. (-20% MP)
                  | [potion of mutation]
126441 | Zig:17   | Lost mutation: You are robust. (+10% HP) [potion of
                  | mutation]
126441 | Zig:17   | Gained mutation: Your magical capacity is very low. (-20%
                  | MP) [potion of mutation]
126441 | Zig:17   | Gained mutation: You possess an exceptional clarity of
                  | mind. [potion of mutation]
126441 | Zig:17   | Gained mutation: You have large cloven feet. [potion of
                  | mutation]
126442 | Zig:17   | Lost mutation: You possess an exceptional clarity of mind.
                  | [potion of mutation]
126442 | Zig:17   | Lost mutation: Your magical capacity is very low. (-20% MP)
                  | [potion of mutation]
126442 | Zig:17   | Lost mutation: Your magical capacity is low. (-10% MP)
                  | [potion of mutation]
126442 | Zig:17   | Lost mutation: You have large cloven feet. [potion of
                  | mutation]
126442 | Zig:17   | Gained mutation: You are agile. (Dex +2) [potion of
                  | mutation]
126442 | Zig:17   | Gained mutation: Your system is resistant to poisons.
                  | (rPois) [potion of mutation]
126442 | Zig:17   | Gained mutation: Your body sometimes deteriorates upon
                  | taking damage. [potion of mutation]
126442 | Zig:17   | Gained mutation: Your muscles are strong. (Str +2) [potion
                  | of mutation]
126443 | Zig:17   | Lost mutation: Your system is resistant to poisons. (rPois)
                  | [potion of mutation]
126443 | Zig:17   | Lost mutation: You have a beak for a mouth. [potion of
                  | mutation]
126443 | Zig:17   | Lost mutation: Your body sometimes deteriorates upon taking
                  | damage. [potion of mutation]
126443 | Zig:17   | Lost mutation: Your muscles are strong. (Str +2) [potion of
                  | mutation]
126443 | Zig:17   | Gained mutation: Your movements are slightly less
                  | encumbered by armour. (ER -2) [potion of mutation]
126443 | Zig:17   | Gained mutation: You passively map a small area around you.
                  | [potion of mutation]
126444 | Zig:17   | Lost mutation: You passively map a small area around you.
                  | [potion of mutation]
126444 | Zig:17   | Lost mutation: Your movements are slightly less encumbered
                  | by armour. (ER -2) [potion of mutation]
126444 | Zig:17   | Gained mutation: You are partially covered in iridescent
                  | scales. (AC +2) [potion of mutation]
126444 | Zig:17   | Gained mutation: You passively map a small area around you.
                  | [potion of mutation]
126444 | Zig:17   | Gained mutation: You are somewhat resistant to further
                  | mutation. [potion of mutation]
126445 | Zig:17   | Lost mutation: You are somewhat resistant to further
                  | mutation. [potion of mutation]
126445 | Zig:17   | Lost mutation: You are agile. (Dex +2) [potion of mutation]
126445 | Zig:17   | Gained mutation: You are robust. (+10% HP) [potion of
                  | mutation]
126445 | Zig:17   | Gained mutation: Your system is resistant to poisons.
                  | (rPois) [potion of mutation]
126446 | Zig:17   | Lost mutation: Your system is resistant to poisons. (rPois)
                  | [potion of mutation]
126446 | Zig:17   | Lost mutation: You are partially covered in iridescent
                  | scales. (AC +2) [potion of mutation]
126446 | Zig:17   | Lost mutation: You are robust. (+10% HP) [potion of
                  | mutation]
126446 | Zig:17   | Gained mutation: You are partially covered in yellow
                  | scales. (AC +2) [potion of mutation]
126446 | Zig:17   | Gained mutation: You are mostly covered in yellow scales.
                  | (AC +3) [potion of mutation]
126447 | Zig:17   | Lost mutation: You passively map a small area around you.
                  | [potion of mutation]
126447 | Zig:17   | Lost mutation: You are mostly covered in yellow scales. (AC
                  | +3) [potion of mutation]
126447 | Zig:17   | Gained mutation: You are weak. (Str -2) [potion of
                  | mutation]
126447 | Zig:17   | Gained mutation: Your spells are a little harder to cast,
                  | but a little more powerful. [potion of mutation]
126447 | Zig:17   | Gained mutation: You have sharp toenails. [potion of
                  | mutation]
126447 | Zig:17   | Gained mutation: You are partially covered in large bone
                  | plates. (SH +4) [potion of mutation]
126448 | Zig:17   | Lost mutation: You have sharp toenails. [potion of
                  | mutation]
126448 | Zig:17   | Lost mutation: Your spells are a little harder to cast, but
                  | a little more powerful. [potion of mutation]
126448 | Zig:17   | Lost mutation: You are weak. (Str -2) [potion of mutation]
126448 | Zig:17   | Gained mutation: You are robust. (+10% HP) [potion of
                  | mutation]
126448 | Zig:17   | Gained mutation: You are surrounded by a mild repulsion
                  | field. (EV +2) [potion of mutation]
126449 | Zig:17   | Lost mutation: You are partially covered in large bone
                  | plates. (SH +4) [potion of mutation]
126449 | Zig:17   | Lost mutation: You are robust. (+10% HP) [potion of
                  | mutation]
126449 | Zig:17   | Gained mutation: Your body sometimes deteriorates upon
                  | taking damage. [potion of mutation]
126449 | Zig:17   | Gained mutation: You are agile. (Dex +2) [potion of
                  | mutation]
126449 | Zig:17   | Gained mutation: Your muscles are strong. (Str +2) [potion
                  | of mutation]
126450 | Zig:17   | Lost mutation: You are agile. (Dex +2) [potion of mutation]
126450 | Zig:17   | Lost mutation: You are surrounded by a mild repulsion
                  | field. (EV +2) [potion of mutation]
126450 | Zig:17   | Lost mutation: Your body sometimes deteriorates upon taking
                  | damage. [potion of mutation]
126450 | Zig:17   | Gained mutation: You have large cloven feet. [potion of
                  | mutation]
126450 | Zig:17   | Gained mutation: You are surrounded by a mild repulsion
                  | field. (EV +2) [potion of mutation]
126450 | Zig:17   | Gained mutation: Your muscles are very strong. (Str +4)
                  | [potion of mutation]
126451 | Zig:17   | Lost mutation: Your muscles are very strong. (Str +4)
                  | [potion of mutation]
126451 | Zig:17   | Lost mutation: You are surrounded by a mild repulsion
                  | field. (EV +2) [potion of mutation]
126451 | Zig:17   | Lost mutation: Your muscles are strong. (Str +2) [potion of
                  | mutation]
126451 | Zig:17   | Gained mutation: You are partially covered in thin metallic
                  | scales. (AC +2) [potion of mutation]
126451 | Zig:17   | Gained mutation: Armour fits poorly on your strangely
                  | shaped body. [potion of mutation]
126451 | Zig:17   | Lost mutation: Armour fits poorly on your strangely shaped
                  | body. [potion of mutation]
126451 | Zig:17   | Gained mutation: You are partially covered in slimy green
                  | scales. (AC +2) [potion of mutation]
126452 | Zig:17   | Lost mutation: You have large cloven feet. [potion of
                  | mutation]
126452 | Zig:17   | Lost mutation: You are partially covered in yellow scales.
                  | (AC +2) [potion of mutation]
126452 | Zig:17   | Gained mutation: Your spells are a little easier to cast,
                  | but a little less powerful. [potion of mutation]
126452 | Zig:17   | Gained mutation: Armour fits poorly on your strangely
                  | shaped body. [potion of mutation]
126452 | Zig:17   | Gained mutation: You are strong-willed. (Will+) [potion of
                  | mutation]
126452 | Zig:17   | Gained mutation: You possess an exceptional clarity of
                  | mind. [potion of mutation]
126453 | Zig:17   | Lost mutation: Your spells are a little easier to cast, but
                  | a little less powerful. [potion of mutation]
126453 | Zig:17   | Lost mutation: You are partially covered in slimy green
                  | scales. (AC +2) [potion of mutation]
126453 | Zig:17   | Gained mutation: You are partially covered in icy blue
                  | scales. (AC +2) [potion of mutation]
126453 | Zig:17   | Gained mutation: You have sharp fingernails. [potion of
                  | mutation]
126453 | Zig:17   | Gained mutation: You are partially covered in large bone
                  | plates. (SH +4) [potion of mutation]
126453 | Zig:17   | Gained mutation: You are robust. (+10% HP) [potion of
                  | mutation]
126454 | Zig:17   | Lost mutation: You are robust. (+10% HP) [potion of
                  | mutation]
126454 | Zig:17   | Lost mutation: You are partially covered in thin metallic
                  | scales. (AC +2) [potion of mutation]
126454 | Zig:17   | Lost mutation: You are strong-willed. (Will+) [potion of
                  | mutation]
126454 | Zig:17   | Gained mutation: Your flesh is heat resistant. (rF+)
                  | [potion of mutation]
126454 | Zig:17   | Gained mutation: You expend magic power (3 MP) to
                  | strengthen your wands. [potion of mutation]
126455 | Zig:17   | Lost mutation: You possess an exceptional clarity of mind.
                  | [potion of mutation]
126455 | Zig:17   | Lost mutation: You expend magic power (3 MP) to strengthen
                  | your wands. [potion of mutation]
126455 | Zig:17   | Lost mutation: Armour fits poorly on your strangely shaped
                  | body. [potion of mutation]
126455 | Zig:17   | Gained mutation: Your flesh is cold resistant. (rC+)
                  | [potion of mutation]
126455 | Zig:17   | Gained mutation: You evolve. [potion of mutation]
126455 | Zig:17   | Gained mutation: Your mind is acute. (Int +2) [potion of
                  | mutation]
126458 | Zig:17   | Lost mutation: Your mind is acute. (Int +2) [potion of
                  | mutation]
126458 | Zig:17   | Lost mutation: Your flesh is heat resistant. (rF+) [potion
                  | of mutation]
126458 | Zig:17   | Lost mutation: You are partially covered in large bone
                  | plates. (SH +4) [potion of mutation]
126458 | Zig:17   | Gained mutation: You are weak. (Str -2) [potion of
                  | mutation]
126458 | Zig:17   | Gained mutation: You expend magic power (3 MP) to
                  | strengthen your wands. [potion of mutation]
126458 | Zig:17   | Gained mutation: You passively map a small area around you.
                  | [potion of mutation]
126458 | Zig:17   | Gained mutation: You have very sharp fingernails. [potion
                  | of mutation]
126459 | Zig:17   | Lost mutation: You are weak. (Str -2) [potion of mutation]
126459 | Zig:17   | Lost mutation: Your flesh is cold resistant. (rC+) [potion
                  | of mutation]
126459 | Zig:17   | Lost mutation: You have very sharp fingernails. [potion of
                  | mutation]
126459 | Zig:17   | Lost mutation: You expend magic power (3 MP) to strengthen
                  | your wands. [potion of mutation]
126459 | Zig:17   | Gained mutation: Your flesh is cold resistant. (rC+)
                  | [potion of mutation]
126459 | Zig:17   | Gained mutation: Scrolls take you a little longer to read.
                  | [potion of mutation]
126459 | Zig:17   | Gained mutation: You rapidly evolve. [potion of mutation]
126460 | Zig:17   | Lost mutation: You rapidly evolve. [potion of mutation]
126460 | Zig:17   | Lost mutation: Your flesh is cold resistant. (rC+) [potion
                  | of mutation]
126460 | Zig:17   | Lost mutation: Scrolls take you a little longer to read.
                  | [potion of mutation]
126460 | Zig:17   | Gained mutation: You are partially covered in slimy green
                  | scales. (AC +2) [potion of mutation]
126461 | Zig:17   | Lost mutation: You evolve. [potion of mutation]
126461 | Zig:17   | Lost mutation: You have sharp fingernails. [potion of
                  | mutation]
126461 | Zig:17   | Lost mutation: You passively map a small area around you.
                  | [potion of mutation]
126461 | Zig:17   | Lost mutation: You are partially covered in icy blue
                  | scales. (AC +2) [potion of mutation]
126461 | Zig:17   | Gained mutation: You are dopey. (Int -2) [potion of
                  | mutation]
126461 | Zig:17   | Gained mutation: You are clumsy. (Dex -2) [potion of
                  | mutation]
126461 | Zig:17   | Gained mutation: Your muscles are strong. (Str +2) [potion
                  | of mutation]
126462 | Zig:17   | Lost mutation: You are partially covered in slimy green
                  | scales. (AC +2) [potion of mutation]
126462 | Zig:17   | Lost mutation: Your muscles are strong. (Str +2) [potion of
                  | mutation]
126462 | Zig:17   | Lost mutation: You are dopey. (Int -2) [potion of mutation]
126462 | Zig:17   | Gained mutation: Armour fits poorly on your strangely
                  | shaped body. [potion of mutation]
126462 | Zig:17   | Gained mutation: Your flesh is heat resistant. (rF+)
                  | [potion of mutation]
126462 | Zig:17   | Gained mutation: You are somewhat resistant to further
                  | mutation. [potion of mutation]
126463 | Zig:17   | Lost mutation: You are clumsy. (Dex -2) [potion of
                  | mutation]
126463 | Zig:17   | Lost mutation: Your flesh is heat resistant. (rF+) [potion
                  | of mutation]
126463 | Zig:17   | Lost mutation: You are somewhat resistant to further
                  | mutation. [potion of mutation]
126463 | Zig:17   | Lost mutation: Armour fits poorly on your strangely shaped
                  | body. [potion of mutation]
126463 | Zig:17   | Gained mutation: You are partially covered in large bone
                  | plates. (SH +4) [potion of mutation]
126463 | Zig:17   | Gained mutation: You evolve. [potion of mutation]
126464 | Zig:17   | Lost mutation: You are partially covered in large bone
                  | plates. (SH +4) [potion of mutation]
126464 | Zig:17   | Lost mutation: You evolve. [potion of mutation]
126464 | Zig:17   | Gained mutation: You are frail. (-10% HP) [potion of
                  | mutation]
126464 | Zig:17   | Gained mutation: You are somewhat resistant to further
                  | mutation. [potion of mutation]
126465 | Zig:17   | Lost mutation: You are frail. (-10% HP) [potion of
                  | mutation]
126465 | Zig:17   | Lost mutation: You are somewhat resistant to further
                  | mutation. [potion of mutation]
126465 | Zig:17   | Gained mutation: You are frail. (-10% HP) [potion of
                  | mutation]
126465 | Zig:17   | Gained mutation: You are partially covered in yellow
                  | scales. (AC +2) [potion of mutation]
126465 | Zig:17   | Gained mutation: You are somewhat resistant to further
                  | mutation. [potion of mutation]
126466 | Zig:17   | Lost mutation: You are somewhat resistant to further
                  | mutation. [potion of mutation]
126466 | Zig:17   | Lost mutation: You are partially covered in yellow scales.
                  | (AC +2) [potion of mutation]
126466 | Zig:17   | Gained mutation: You are agile. (Dex +2) [potion of
                  | mutation]
126466 | Zig:17   | Gained mutation: Scrolls take you a little longer to read.
                  | [potion of mutation]
126466 | Zig:17   | Gained mutation: Your spells are a little harder to cast,
                  | but a little more powerful. [potion of mutation]
126467 | Zig:17   | Lost mutation: Scrolls take you a little longer to read.
                  | [potion of mutation]
126467 | Zig:17   | Lost mutation: You are frail. (-10% HP) [potion of
                  | mutation]
126467 | Zig:17   | Lost mutation: Your spells are a little harder to cast, but
                  | a little more powerful. [potion of mutation]
126467 | Zig:17   | Lost mutation: You are agile. (Dex +2) [potion of mutation]
126467 | Zig:17   | Gained mutation: You are partially covered in rugged brown
                  | scales. (AC +1, +3% HP) [potion of mutation]
126467 | Zig:17   | Gained mutation: Your system is resistant to poisons.
                  | (rPois) [potion of mutation]
126467 | Zig:17   | Gained mutation: Your muscles are strong. (Str +2) [potion
                  | of mutation]
126468 | Zig:17   | Lost mutation: Your muscles are strong. (Str +2) [potion of
                  | mutation]
126468 | Zig:17   | Gained mutation: You are frail. (-10% HP) [potion of
                  | mutation]
126468 | Zig:17   | Gained mutation: Your skin changes colour to match your
                  | surroundings (Stealth+). [potion of mutation]
126468 | Zig:17   | Gained mutation: You are partially covered in thin metallic
                  | scales. (AC +2) [potion of mutation]
126468 | Zig:17   | Gained mutation: You possess an exceptional clarity of
                  | mind. [potion of mutation]
126469 | Zig:17   | Lost mutation: You are partially covered in thin metallic
                  | scales. (AC +2) [potion of mutation]
126469 | Zig:17   | Lost mutation: You are frail. (-10% HP) [potion of
                  | mutation]
126469 | Zig:17   | Lost mutation: You possess an exceptional clarity of mind.
                  | [potion of mutation]
126469 | Zig:17   | Gained mutation: You are frail. (-10% HP) [potion of
                  | mutation]
126469 | Zig:17   | Gained mutation: Your muscles are strong. (Str +2) [potion
                  | of mutation]
126469 | Zig:17   | Gained mutation: Your mind is acute. (Int +2) [potion of
                  | mutation]
126470 | Zig:17   | Lost mutation: Your muscles are strong. (Str +2) [potion of
                  | mutation]
126470 | Zig:17   | Lost mutation: You are frail. (-10% HP) [potion of
                  | mutation]
126470 | Zig:17   | Lost mutation: Your mind is acute. (Int +2) [potion of
                  | mutation]
126470 | Zig:17   | Gained mutation: Armour fits poorly on your strangely
                  | shaped body. [potion of mutation]
126470 | Zig:17   | Gained mutation: You expend magic power (3 MP) to
                  | strengthen your wands. [potion of mutation]
126471 | Zig:17   | Lost mutation: Armour fits poorly on your strangely shaped
                  | body. [potion of mutation]
126471 | Zig:17   | Lost mutation: Your system is resistant to poisons. (rPois)
                  | [potion of mutation]
126471 | Zig:17   | Lost mutation: You expend magic power (3 MP) to strengthen
                  | your wands. [potion of mutation]
126471 | Zig:17   | Gained mutation: Scrolls take you a little longer to read.
                  | [potion of mutation]
126471 | Zig:17   | Gained mutation: Your system is resistant to poisons.
                  | (rPois) [potion of mutation]
126472 | Zig:17   | Lost mutation: Your skin changes colour to match your
                  | surroundings (Stealth+). [potion of mutation]
126472 | Zig:17   | Lost mutation: Scrolls take you a little longer to read.
                  | [potion of mutation]
126472 | Zig:17   | Lost mutation: Your system is resistant to poisons. (rPois)
                  | [potion of mutation]
126472 | Zig:17   | Gained mutation: You have a beak for a mouth. [potion of
                  | mutation]
126472 | Zig:17   | Gained mutation: Your mind is acute. (Int +2) [potion of
                  | mutation]
126473 | Zig:17   | Lost mutation: You have a beak for a mouth. [potion of
                  | mutation]
126473 | Zig:17   | Lost mutation: You are partially covered in rugged brown
                  | scales. (AC +1, +3% HP) [potion of mutation]
126473 | Zig:17   | Lost mutation: Your mind is acute. (Int +2) [potion of
                  | mutation]
126473 | Zig:17   | Gained mutation: Your muscles are strong. (Str +2) [potion
                  | of mutation]
126473 | Zig:17   | Gained mutation: Your spells are a little harder to cast,
                  | but a little more powerful. [potion of mutation]
126474 | Zig:17   | Lost mutation: Your muscles are strong. (Str +2) [potion of
                  | mutation]
126474 | Zig:17   | Lost mutation: Your spells are a little harder to cast, but
                  | a little more powerful. [potion of mutation]
126474 | Zig:17   | Gained mutation: You evolve. [potion of mutation]
126474 | Zig:17   | Gained mutation: Armour fits poorly on your strangely
                  | shaped body. [potion of mutation]
126474 | Zig:17   | Gained mutation: You are robust. (+10% HP) [potion of
                  | mutation]
126475 | Zig:17   | Lost mutation: Armour fits poorly on your strangely shaped
                  | body. [potion of mutation]
126475 | Zig:17   | Lost mutation: You evolve. [potion of mutation]
126475 | Zig:17   | Gained mutation: Your system is resistant to poisons.
                  | (rPois) [potion of mutation]
126475 | Zig:17   | Gained mutation: You have an increased reservoir of magic.
                  | (+10% MP) [potion of mutation]
126476 | Zig:17   | Lost mutation: You are robust. (+10% HP) [potion of
                  | mutation]
126476 | Zig:17   | Lost mutation: You have an increased reservoir of magic.
                  | (+10% MP) [potion of mutation]
126476 | Zig:17   | Lost mutation: Your system is resistant to poisons. (rPois)
                  | [potion of mutation]
126476 | Zig:17   | Gained mutation: You have large cloven feet. [potion of
                  | mutation]
126476 | Zig:17   | Gained mutation: You are strong-willed. (Will+) [potion of
                  | mutation]
126476 | Zig:17   | Gained mutation: You are highly strong-willed. (Will++)
                  | [potion of mutation]
126477 | Zig:17   | Lost mutation: You have large cloven feet. [potion of
                  | mutation]
126477 | Zig:17   | Lost mutation: You are highly strong-willed. (Will++)
                  | [potion of mutation]
126477 | Zig:17   | Lost mutation: You are strong-willed. (Will+) [potion of
                  | mutation]
126477 | Zig:17   | Gained mutation: Your spells are a little harder to cast,
                  | but a little more powerful. [potion of mutation]
126477 | Zig:17   | Gained mutation: You are dopey. (Int -2) [potion of
                  | mutation]
126477 | Zig:17   | Lost mutation: You are dopey. (Int -2) [potion of mutation]
126477 | Zig:17   | Gained mutation: You possess an exceptional clarity of
                  | mind. [potion of mutation]
126478 | Zig:17   | Lost mutation: You possess an exceptional clarity of mind.
                  | [potion of mutation]
126478 | Zig:17   | Gained mutation: You are surrounded by a mild repulsion
                  | field. (EV +2) [potion of mutation]
126478 | Zig:17   | Gained mutation: You are agile. (Dex +2) [potion of
                  | mutation]
126479 | Zig:17   | Lost mutation: Your spells are a little harder to cast, but
                  | a little more powerful. [potion of mutation]
126479 | Zig:17   | Lost mutation: You are agile. (Dex +2) [potion of mutation]
126479 | Zig:17   | Lost mutation: You are surrounded by a mild repulsion
                  | field. (EV +2) [potion of mutation]
126479 | Zig:17   | Gained mutation: You possess an exceptional clarity of
                  | mind. [potion of mutation]
126479 | Zig:17   | Gained mutation: You are somewhat resistant to further
                  | mutation. [potion of mutation]
126480 | Zig:17   | Lost mutation: You possess an exceptional clarity of mind.
                  | [potion of mutation]
126480 | Zig:17   | Lost mutation: You are somewhat resistant to further
                  | mutation. [potion of mutation]
126480 | Zig:17   | Gained mutation: You expend magic power (3 MP) to
                  | strengthen your wands. [potion of mutation]
126480 | Zig:17   | Gained mutation: You are covered in fur. (AC +1) [potion of
                  | mutation]
126480 | Zig:17   | Gained mutation: You have an increased reservoir of magic.
                  | (+10% MP) [potion of mutation]
126481 | Zig:17   | Lost mutation: You expend magic power (3 MP) to strengthen
                  | your wands. [potion of mutation]
126481 | Zig:17   | Lost mutation: You are covered in fur. (AC +1) [potion of
                  | mutation]
126481 | Zig:17   | Lost mutation: You have an increased reservoir of magic.
                  | (+10% MP) [potion of mutation]
126481 | Zig:17   | Gained mutation: You have large cloven feet. [potion of
                  | mutation]
126481 | Zig:17   | Gained mutation: You possess an exceptional clarity of
                  | mind. [potion of mutation]
126482 | Zig:17   | Lost mutation: You possess an exceptional clarity of mind.
                  | [potion of mutation]
126482 | Zig:17   | Lost mutation: You have large cloven feet. [potion of
                  | mutation]
126482 | Zig:17   | Gained mutation: You are robust. (+10% HP) [potion of
                  | mutation]
126482 | Zig:17   | Gained mutation: You are very robust. (+20% HP) [potion of
                  | mutation]
126482 | Zig:17   | Gained mutation: Armour fits poorly on your strangely
                  | shaped body. [potion of mutation]
126482 | Zig:17   | Gained mutation: Your spells are a little harder to cast,
                  | but a little more powerful. [potion of mutation]
126483 | Zig:17   | Lost mutation: Armour fits poorly on your strangely shaped
                  | body. [potion of mutation]
126483 | Zig:17   | Lost mutation: You are very robust. (+20% HP) [potion of
                  | mutation]
126483 | Zig:17   | Gained mutation: You have large cloven feet. [potion of
                  | mutation]
126483 | Zig:17   | Gained mutation: You are somewhat resistant to further
                  | mutation. [potion of mutation]
126484 | Zig:17   | Lost mutation: Your spells are a little harder to cast, but
                  | a little more powerful. [potion of mutation]
126485 | Zig:17   | Lost mutation: You have large cloven feet. [potion of
                  | mutation]
126485 | Zig:17   | Gained mutation: You are clumsy. (Dex -2) [potion of
                  | mutation]
126485 | Zig:17   | Gained mutation: You have large cloven feet. [potion of
                  | mutation]
126486 | Zig:17   | Lost mutation: You are somewhat resistant to further
                  | mutation. [potion of mutation]
126486 | Zig:17   | Lost mutation: You are robust. (+10% HP) [potion of
                  | mutation]
126486 | Zig:17   | Lost mutation: You have large cloven feet. [potion of
                  | mutation]
126486 | Zig:17   | Gained mutation: Your body sometimes deteriorates upon
                  | taking damage. [potion of mutation]
126486 | Zig:17   | Gained mutation: You have large cloven feet. [potion of
                  | mutation]
126487 | Zig:17   | Lost mutation: Your body sometimes deteriorates upon taking
                  | damage. [potion of mutation]
126487 | Zig:17   | Lost mutation: You are clumsy. (Dex -2) [potion of
                  | mutation]
126487 | Zig:17   | Lost mutation: You have large cloven feet. [potion of
                  | mutation]
126487 | Zig:17   | Gained mutation: You are frail. (-10% HP) [potion of
                  | mutation]
126487 | Zig:17   | Gained mutation: Your mind is acute. (Int +2) [potion of
                  | mutation]
126488 | Zig:17   | Lost mutation: Your mind is acute. (Int +2) [potion of
                  | mutation]
126488 | Zig:17   | Lost mutation: You are frail. (-10% HP) [potion of
                  | mutation]
126488 | Zig:17   | Gained mutation: You possess an exceptional clarity of
                  | mind. [potion of mutation]
126488 | Zig:17   | Gained mutation: You have large cloven feet. [potion of
                  | mutation]
126508 | Zig:18   | Entered Level 18 of a ziggurat
126778 | Zig:19   | Entered Level 19 of a ziggurat
127097 | Zig:19   | Got a pitted wooden ring
127134 | Zig:20   | Entered Level 20 of a ziggurat
127147 | Zig:20   | Noticed Naheit the pandemonium lord
127163 | Zig:20   | Killed Naheit the pandemonium lord
127415 | Zig:20   | Got a scorched steel ring
127416 | Zig:20   | Identified the Grimoire of the Creative Snowflakes
127428 | Zig:20   | Identified the ring of the Snail {rF+ rC+ rN+ Dex+5} (You
                  | found it on level 17 of a ziggurat)
127430 | Zig:20   | Identified the amulet "Bausarch" {RegenMP Will+ Dex+6} (You
                  | found it on level 17 of a ziggurat)
127458 | Zig:20   | Got a brightly glowing steel ring
127495 | Zig:20   | Got a pair of masterwork boots
127507 | Zig:20   | Identified the cursed +0 pair of boots "Geyruwn" {rC+
                  | Regen+ Int+3 Slay-5} (You found it on level 20 of a
                  | ziggurat)
127509 | Zig:20   | Identified the ring "Moiteamo" {Wiz rN+ Int+4} (You found
                  | it on level 20 of a ziggurat)
127511 | Zig:20   | Identified the ring "Mekkisel" {+Blink rPois Int+4 Dex+2}
                  | (You found it on level 17 of a ziggurat)
127513 | Zig:20   | Identified the amulet "Unwif" {rF+ Regen+ SInv} (You found
                  | it on level 17 of a ziggurat)
127515 | Zig:20   | Identified the ring "Dufrej" {+Inv Will++ Str-2 SInv} (You
                  | found it on level 17 of a ziggurat)
127517 | Zig:20   | Identified the ring of Zeopt {+Inv Dex+6} (You found it on
                  | level 19 of a ziggurat)
127519 | Zig:20   | Identified the ring "Tewusai" {rElec Will+ rCorr Str+6
                  | Dex-2} (You found it on level 20 of a ziggurat)
127535 | Zig:21   | Entered Level 21 of a ziggurat
127538 | Zig:21   | Noticed an ancient lich
127538 | Zig:21   | Noticed an ancient lich
127540 | Zig:21   | Noticed an ancient lich
127541 | Zig:21   | Noticed an ancient lich
127542 | Zig:21   | Killed an ancient lich
127543 | Zig:21   | Noticed an ancient lich
127544 | Zig:21   | Noticed an ancient lich
127544 | Zig:21   | Noticed an ancient lich
127544 | Zig:21   | Noticed an ancient lich
127544 | Zig:21   | Noticed an ancient lich
127544 | Zig:21   | Noticed an ancient lich
127545 | Zig:21   | Killed an ancient lich
127546 | Zig:21   | Noticed an ancient lich
127546 | Zig:21   | Killed an ancient lich
127547 | Zig:21   | Noticed an ancient lich
127547 | Zig:21   | Noticed an ancient lich
127547 | Zig:21   | Noticed an ancient lich
127547 | Zig:21   | Killed an ancient lich
127548 | Zig:21   | Noticed an ancient lich
127548 | Zig:21   | Killed an ancient lich
127548 | Zig:21   | Killed an ancient lich
127548 | Zig:21   | Killed an ancient lich
127548 | Zig:21   | Killed an ancient lich
127548 | Zig:21   | Killed an ancient lich
127548 | Zig:21   | Killed an ancient lich
127548 | Zig:21   | Noticed an ancient lich
127549 | Zig:21   | Killed an ancient lich
127549 | Zig:21   | Killed an ancient lich
127550 | Zig:21   | Killed an ancient lich
127550 | Zig:21   | Killed an ancient lich
127550 | Zig:21   | Killed an ancient lich
127553 | Zig:21   | Noticed an ancient lich
127558 | Zig:21   | Noticed an ancient lich
127559 | Zig:21   | Noticed an ancient lich
127559 | Zig:21   | Noticed an ancient lich
127560 | Zig:21   | Killed an ancient lich
127560 | Zig:21   | Noticed an ancient lich
127562 | Zig:21   | Killed an ancient lich
127576 | Zig:21   | Killed an ancient lich
127577 | Zig:21   | Killed an ancient lich
127584 | Zig:21   | Killed an ancient lich
127587 | Zig:21   | Killed an ancient lich
127869 | Zig:21   | Got an ancient ivory ring
127897 | Zig:22   | Entered Level 22 of a ziggurat
127905 | Zig:22   | Noticed an ancient lich
127938 | Zig:22   | Killed an ancient lich
128378 | Zig:22   | Got a sparkling amber ring
128390 | Zig:22   | Identified Dausochu's Papyrus of Black Rituals and Calling
128412 | Zig:23   | Entered Level 23 of a ziggurat
128966 | Zig:24   | Entered Level 24 of a ziggurat
129423 | Zig:24   | Identified the Tome of Creative Contamination
129468 | Zig:24   | Got a twitching crystal amulet
129479 | Zig:24   | Got a crude tin ring
129488 | Zig:24   | Identified the Tome of Flight and the Traveller
129526 | Zig:24   | Got a shimmering lead ring
129596 | Zig:25   | Entered Level 25 of a ziggurat
129916 | Zig:25   | Found the ring of the Octopus King
129918 | Zig:25   | Identified the Guide on Creation
129925 | Zig:25   | Got a scorched marble ring
129934 | Zig:25   | Got a ring of the Octopus King
129947 | Zig:25   | Identified the ring "Rium" {Will+ Int+6 Dex+3 Slay-6} (You
                  | found it on level 21 of a ziggurat)
129949 | Zig:25   | Identified the ring "Puny" {rElec rC+ rN+ Stlth+} (You
                  | found it on level 22 of a ziggurat)
129951 | Zig:25   | Identified the amulet "Daqiguuk" {RegenMP +Fly rElec rPois
                  | rC-} (You found it on level 24 of a ziggurat)
129953 | Zig:25   | Identified the ring of Ophuuxt {rF+ Str+3} (You found it on
                  | level 24 of a ziggurat)
129958 | Zig:25   | Got a shimmering garnet amulet
129967 | Zig:25   | Identified the amulet "Fithroip" {Acrobat Dex+3} (You found
                  | it on level 25 of a ziggurat)
129969 | Zig:25   | Identified the ring of the Doge {Will++ EV+4 SInv} (You
                  | found it on level 24 of a ziggurat)
129971 | Zig:25   | Identified the ring of Jumiot {rF+ Str+6 Dex-4} (You found
                  | it on level 25 of a ziggurat)
129973 | Zig:25   | Identified a ring of the Octopus King {rC+ AC+1 EV+1 Str+1
                  | Int+1 Dex+1} (You found it on level 25 of a ziggurat)
130001 | Zig:26   | Entered Level 26 of a ziggurat
130437 | Zig:26   | Got a faintly glowing lead ring
130441 | Zig:26   | Got a heavily runed steel ring
130466 | Zig:26   | Got a wavering ruby amulet
130491 | Zig:26   | Got a bound silver ring
130682 | Zig:27   | Entered Level 27 of a ziggurat
131036 | Zig:27   | Found the +4 dagger "Morg" {pain, Will+ Int+5}
131044 | Zig:27   | Got a scorched glass ring
131046 | Zig:27   | Got a transparent sapphire amulet
131060 | Zig:27   | Identified the ring of the Singing King {+Blink rPois rC+
                  | Int+3} (You found it on level 26 of a ziggurat)
131062 | Zig:27   | Identified the ring of Doubts {*Contam rElec rCorr MP+9
                  | Dex+4} (You found it on level 26 of a ziggurat)
131064 | Zig:27   | Identified the amulet "Cugrit" {Inacc rPois rC- rN+++
                  | Int+4} (You found it on level 26 of a ziggurat)
131066 | Zig:27   | Identified the ring of the Lotus Blossom {AC+4 Dex+4} (You
                  | found it on level 26 of a ziggurat)
131068 | Zig:27   | Identified the ring of Moriesh {rElec rC+ Dex+6} (You found
                  | it on level 27 of a ziggurat)
131070 | Zig:27   | Identified the amulet "Adell" {Acrobat +Blink rElec Stlth+}
                  | (You found it on level 27 of a ziggurat)
131078 | Zig:27   | Got a twitching amber ring
131105 | Zig:27   | Identified the ring "Urow" {Dex+2 Slay+4} (You found it on
                  | level 27 of a ziggurat)
131125 | Zig:27   | Got a brightly glowing crystal plate armour
131127 | Zig:27   | Identified the cursed +0 crystal plate armour of Zeastrilu
                  | {rPois rF- Str+7 Dex+2} (You found it on level 27 of a
                  | ziggurat)
131248 | D:1      | Bought a vibrating sapphire amulet for 220 gold pieces
131273 | Zig:1    | Entered Level 1 of a ziggurat
131273 | Zig:1    | Noticed lmSkywalker's ghost (adept DrTm)
131275 | Zig:1    | Noticed atomjack's ghost (legendary DsIE)
131282 | Zig:1    | Killed lmSkywalker's ghost
131307 | Zig:1    | Killed atomjack's ghost
131354 | Zig:2    | Entered Level 2 of a ziggurat
131403 | Zig:2    | Got a glittering copper ring
131427 | Zig:3    | Entered Level 3 of a ziggurat
131427 | Zig:3    | Noticed a Killer Klown
131427 | Zig:3    | Noticed a Killer Klown
131427 | Zig:3    | Noticed a Killer Klown
131427 | Zig:3    | Noticed a Killer Klown
131427 | Zig:3    | Noticed Famuant the pandemonium lord
131427 | Zig:3    | Noticed Qoshrieb the pandemonium lord
131427 | Zig:3    | Noticed a Killer Klown
131427 | Zig:3    | Noticed Umulorent the pandemonium lord
131428 | Zig:3    | Noticed a Killer Klown
131429 | Zig:3    | Noticed a Killer Klown
131429 | Zig:3    | Noticed a Killer Klown
131436 | Zig:3    | Killed a Killer Klown
131437 | Zig:3    | Killed a Killer Klown
131437 | Zig:3    | Killed Famuant the pandemonium lord
131437 | Zig:3    | Killed a Killer Klown
131438 | Zig:3    | Killed a Killer Klown
131438 | Zig:3    | Killed a Killer Klown
131439 | Zig:3    | Killed Qoshrieb the pandemonium lord
131439 | Zig:3    | Killed a Killer Klown
131439 | Zig:3    | Killed a Killer Klown
131441 | Zig:3    | Killed a Killer Klown
131442 | Zig:3    | Killed Umulorent the pandemonium lord
131479 | Zig:3    | Got a scintillating granite ring
131528 | Zig:4    | Entered Level 4 of a ziggurat
131528 | Zig:4    | Noticed an ancient lich
131528 | Zig:4    | Noticed an ancient lich
131528 | Zig:4    | Noticed an ancient lich
131532 | Zig:4    | Killed an ancient lich
131533 | Zig:4    | Killed an ancient lich
131533 | Zig:4    | Killed an ancient lich
131628 | Zig:5    | Entered Level 5 of a ziggurat
131771 | Zig:5    | Learned a level 9 spell: Absolute Zero
131773 | Zig:6    | Entered Level 6 of a ziggurat
131773 | Zig:6    | Noticed a juggernaut
131775 | Zig:6    | Noticed a juggernaut
131777 | Zig:6    | Noticed a juggernaut
131777 | Zig:6    | Noticed a juggernaut
131777 | Zig:6    | Noticed a juggernaut
131778 | Zig:6    | Noticed a juggernaut
131784 | Zig:6    | Killed a juggernaut
131784 | Zig:6    | Killed a juggernaut
131785 | Zig:6    | Killed a juggernaut
131786 | Zig:6    | Killed a juggernaut
131786 | Zig:6    | Killed a juggernaut
131787 | Zig:6    | Killed a juggernaut
131844 | Zig:6    | Got a clouded bone amulet
131991 | Zig:7    | Entered Level 7 of a ziggurat
132032 | Zig:7    | Identified the Handbook of the Gliding Volcanoes
132041 | Zig:7    | Got a flickering bone ring
132160 | Zig:8    | Entered Level 8 of a ziggurat
132241 | Zig:8    | Identified the Compendium of the Shifting Mountains
132405 | Zig:8    | Got a clouded bone ring
132412 | Zig:8    | Got a slimy brass amulet
132449 | Zig:9    | Entered Level 9 of a ziggurat
132646 | Zig:9    | Identified the Disquisition on Dislocation and the Rocks
132662 | Zig:9    | Got a translucent golden ring
132665 | Zig:10   | Entered Level 10 of a ziggurat
132973 | Zig:11   | Entered Level 11 of a ziggurat
132973 | Zig:11   | Noticed a royal mummy
132973 | Zig:11   | Noticed a royal mummy
132973 | Zig:11   | Noticed a royal mummy
132973 | Zig:11   | Noticed a royal mummy
132973 | Zig:11   | Noticed a royal mummy
132973 | Zig:11   | Noticed a royal mummy
132974 | Zig:11   | Noticed a royal mummy
132976 | Zig:11   | Noticed a royal mummy
132979 | Zig:11   | Killed a royal mummy
132981 | Zig:11   | Noticed a royal mummy
132982 | Zig:11   | Killed a royal mummy
132982 | Zig:11   | Killed a royal mummy
132991 | Zig:11   | Killed a royal mummy
132991 | Zig:11   | Killed a royal mummy
132991 | Zig:11   | Noticed a royal mummy
132992 | Zig:11   | Killed a royal mummy
132992 | Zig:11   | Noticed a royal mummy
132995 | Zig:11   | Noticed an ancient lich
132996 | Zig:11   | Killed a royal mummy
133003 | Zig:11   | Noticed a royal mummy
133005 | Zig:11   | Killed a royal mummy
133005 | Zig:11   | Killed a royal mummy
133005 | Zig:11   | Killed a royal mummy
133008 | Zig:11   | Killed an ancient lich
133009 | Zig:11   | Killed a royal mummy
133014 | Zig:11   | Killed a royal mummy
133021 | Zig:11   | Noticed a royal mummy
133055 | Zig:11   | Killed a royal mummy
133256 | Zig:11   | Identified the Tome of Enchanting Displacement
133290 | Zig:12   | Entered Level 12 of a ziggurat
133556 | Zig:12   | Identified the amulet of Vecagikk {Acrobat Int+3} (You
                  | bought it in a shop on level 1 of the Dungeon)
133558 | Zig:12   | Identified the ring "Ceraifu" {+Fly rPois} (You found it on
                  | level 2 of a ziggurat)
133560 | Zig:12   | Identified the ring "Anyolausk" {+Fly Int+9 Slay-4 SInv
                  | Stlth+} (You found it on level 3 of a ziggurat)
133562 | Zig:12   | Identified the amulet "Diloyd" {Inacc +Blink rC+ Int+4}
                  | (You found it on level 6 of a ziggurat)
133564 | Zig:12   | Identified the ring of Sunlight {rCorr Str+3} (You found it
                  | on level 7 of a ziggurat)
133566 | Zig:12   | Identified the ring "Nureg" {*Contam rElec rN+ Str+3} (You
                  | found it on level 8 of a ziggurat)
133568 | Zig:12   | Got a twitching pewter amulet
133570 | Zig:12   | Identified the amulet of Laohat {Spirit Fragile rElec
                  | Dex+4} (You found it on level 12 of a ziggurat)
133572 | Zig:12   | Identified the amulet "Poig" {Faith Int+3} (You found it on
                  | level 8 of a ziggurat)
133574 | Zig:12   | Identified the ring of Sif Muna's Scorn {rN+ Dex+2 Slay+2
                  | Stlth-} (You found it on level 9 of a ziggurat)
133581 | Zig:12   | Got a warped marble ring
133588 | Zig:12   | Identified Teatumun's Compendium of Evil Magic and Snow
133593 | Zig:12   | Got a coiled amber ring
133635 | Zig:12   | Got a slimy marble ring
133638 | Zig:12   | Identified the ring "Ywkuaklu" {rN++ rCorr} (You found it
                  | on level 12 of a ziggurat)
133640 | Zig:12   | Identified the ring "Naegiru" {*Corrode +Fly rElec MP+9}
                  | (You found it on level 12 of a ziggurat)
133642 | Zig:12   | Identified the ring "Ikicvish" {*Contam *Slow Will++ rCorr
                  | Int+8} (You found it on level 12 of a ziggurat)
133675 | Zig:13   | Entered Level 13 of a ziggurat
133915 | Zig:13   | Got a shimmering pewter amulet
133924 | Zig:13   | Identified the Papyrus of the Traveller and Dark Magic
133928 | Zig:13   | Identified the amulet "Miymen" {Spirit Str+5 Int-2} (You
                  | found it on level 13 of a ziggurat)
133941 | Zig:14   | Entered Level 14 of a ziggurat
133941 | Zig:14   | Noticed a shard shrike
133942 | Zig:14   | Noticed a shard shrike
133945 | Zig:14   | Killed a shard shrike
133947 | Zig:14   | Noticed a shard shrike
133952 | Zig:14   | Noticed a shard shrike
133954 | Zig:14   | Noticed a shard shrike
133960 | Zig:14   | Killed a shard shrike
133962 | Zig:14   | Killed a shard shrike
133974 | Zig:14   | Noticed a shard shrike
133979 | Zig:14   | Noticed a shard shrike
133980 | Zig:14   | Killed a shard shrike
133981 | Zig:14   | Killed a shard shrike
133982 | Zig:14   | Killed a shard shrike
133984 | Zig:14   | Killed a shard shrike
134189 | Zig:14   | Got a glittering marble ring
134260 | Zig:15   | Entered Level 15 of a ziggurat
134501 | Zig:15   | Identified Pesmub's Handbook of Enchanting Weightlessness
134524 | Zig:15   | Identified the Reference Book on Heat and Confrontation
134550 | Zig:16   | Entered Level 16 of a ziggurat
134806 | Zig:16   | Got a brightly glowing turquoise ring
134808 | Zig:16   | Got a glittering copper ring
134885 | Zig:17   | Entered Level 17 of a ziggurat
135283 | Zig:17   | Identified Sif Muna's Handbook of Fetching Lightness
135308 | Zig:18   | Entered Level 18 of a ziggurat
135554 | Zig:18   | Identified Sif Muna's Incunabulum of the Earthen Birds
135561 | Zig:18   | Got a pair of polished gloves
135588 | Zig:19   | Entered Level 19 of a ziggurat
135896 | Zig:20   | Entered Level 20 of a ziggurat
136097 | Zig:20   | Killed a starcursed mass
136099 | Zig:20   | Killed a starcursed mass
136367 | Zig:20   | Got a scintillating lead ring
136384 | Zig:20   | Identified Hiviafec's Almanac of the Unstable Voyage
136395 | Zig:20   | Got a steaming marble ring
136396 | Zig:20   | Identified the Tome of Supportive Necromancy
136408 | Zig:20   | Got a slimy diamond amulet
136412 | Zig:20   | Identified the Handbook of Weightlessness
136416 | Zig:20   | Identified the Almanac of Lightness and Combat Magic
136520 | Zig:21   | Entered Level 21 of a ziggurat
136851 | Zig:21   | Got a heavily runed tin ring
136860 | Zig:21   | Identified the Incunabulum of Toxins and Cold
136866 | Zig:21   | Identified the Compendium of Dislocated Shape Shifting
136870 | Zig:21   | Identified the +0 pair of gloves of Defence {rPois rC- rN+}
                  | (You found it on level 18 of a ziggurat)
136872 | Zig:21   | Identified the ring "Ysenusyo" {rF+ rC+ Int+6} (You found
                  | it on level 14 of a ziggurat)
136874 | Zig:21   | Identified the ring of Joiwn {rElec Str+6 Int+4 Dex+2} (You
                  | found it on level 16 of a ziggurat)
136876 | Zig:21   | Identified the ring of Uhudorem {Ice +Fly} (You found it on
                  | level 16 of a ziggurat)
136879 | Zig:21   | Got a brightly glowing ruby amulet
136900 | Zig:21   | Identified the amulet of the Stag {Spirit rC+ rN+ Dex-5
                  | Stlth+} (You found it on level 21 of a ziggurat)
136902 | Zig:21   | Identified the ring of Saphyly {rPois Will+++ Int-4 Stlth-}
                  | (You found it on level 20 of a ziggurat)
136904 | Zig:21   | Identified the ring "Tuchigar" {rElec rN+ Will+ Dex+6
                  | Stlth-} (You found it on level 20 of a ziggurat)
136906 | Zig:21   | Identified the amulet "Ubbuamai" {Acrobat Will+ Int+2} (You
                  | found it on level 20 of a ziggurat)
136908 | Zig:21   | Identified the ring of the Shining Light {rF+ Will- rCorr
                  | Int+5} (You found it on level 21 of a ziggurat)
136936 | Zig:22   | Entered Level 22 of a ziggurat
136936 | Zig:22   | Noticed a royal mummy
136936 | Zig:22   | Noticed a royal mummy
136936 | Zig:22   | Noticed a royal mummy
136936 | Zig:22   | Noticed a royal mummy
136936 | Zig:22   | Noticed a royal mummy
136936 | Zig:22   | Noticed a royal mummy
136936 | Zig:22   | Noticed a royal mummy
136936 | Zig:22   | Noticed a royal mummy
136936 | Zig:22   | Noticed a royal mummy
136937 | Zig:22   | Noticed a royal mummy
136937 | Zig:22   | Noticed a royal mummy
136937 | Zig:22   | Noticed a royal mummy
136942 | Zig:22   | Noticed a royal mummy
136943 | Zig:22   | Killed a royal mummy
136945 | Zig:22   | Noticed a royal mummy
136946 | Zig:22   | Killed a royal mummy
136947 | Zig:22   | Killed a royal mummy
136950 | Zig:22   | Killed a royal mummy
136950 | Zig:22   | Noticed a royal mummy
136954 | Zig:22   | Noticed a royal mummy
136958 | Zig:22   | Killed a royal mummy
136960 | Zig:22   | Killed a royal mummy
136962 | Zig:22   | Noticed a royal mummy
136964 | Zig:22   | Killed a royal mummy
136971 | Zig:22   | Noticed a royal mummy
136971 | Zig:22   | Noticed a royal mummy
136972 | Zig:22   | Noticed a royal mummy
136972 | Zig:22   | Noticed a royal mummy
136972 | Zig:22   | Noticed a royal mummy
136973 | Zig:22   | Noticed a royal mummy
136973 | Zig:22   | Noticed a royal mummy
136973 | Zig:22   | Noticed a royal mummy
136974 | Zig:22   | Noticed a royal mummy
136977 | Zig:22   | Killed a royal mummy
136977 | Zig:22   | Killed a royal mummy
136977 | Zig:22   | Noticed a royal mummy
136977 | Zig:22   | Noticed a royal mummy
136977 | Zig:22   | Noticed a royal mummy
136977 | Zig:22   | Noticed a royal mummy
136978 | Zig:22   | Killed a royal mummy
136978 | Zig:22   | Killed a royal mummy
136978 | Zig:22   | Noticed a royal mummy
136979 | Zig:22   | Killed a royal mummy
136979 | Zig:22   | Killed a royal mummy
136980 | Zig:22   | Killed a royal mummy
136980 | Zig:22   | Noticed a royal mummy
136981 | Zig:22   | Killed a royal mummy
136981 | Zig:22   | Noticed a royal mummy
136982 | Zig:22   | Killed a royal mummy
136982 | Zig:22   | Killed a royal mummy
136982 | Zig:22   | Killed a royal mummy
136982 | Zig:22   | Killed a royal mummy
136983 | Zig:22   | Killed a royal mummy
136983 | Zig:22   | Killed a royal mummy
136989 | Zig:22   | Noticed a royal mummy
136992 | Zig:22   | Noticed a royal mummy
136994 | Zig:22   | Killed a royal mummy
136997 | Zig:22   | Killed a royal mummy
136997 | Zig:22   | Killed a royal mummy
136997 | Zig:22   | Noticed a royal mummy
136998 | Zig:22   | Killed a royal mummy
136998 | Zig:22   | Killed a royal mummy
136998 | Zig:22   | Noticed a royal mummy
136998 | Zig:22   | Noticed a royal mummy
137003 | Zig:22   | Killed a royal mummy
137015 | Zig:22   | Killed a royal mummy
137017 | Zig:22   | Killed a royal mummy
137017 | Zig:22   | Killed a royal mummy
137020 | Zig:22   | Killed a royal mummy
137020 | Zig:22   | Killed a royal mummy
137020 | Zig:22   | Killed a royal mummy
137020 | Zig:22   | Killed a royal mummy
137020 | Zig:22   | Noticed a royal mummy
137021 | Zig:22   | Killed a royal mummy
137022 | Zig:22   | Killed a royal mummy
137027 | Zig:22   | Killed a royal mummy
137030 | Zig:22   | Noticed a royal mummy
137032 | Zig:22   | Killed a royal mummy
137033 | Zig:22   | Noticed a royal mummy
137035 | Zig:22   | Noticed a royal mummy
137042 | Zig:22   | Noticed a royal mummy
137059 | Zig:22   | Killed a royal mummy
137066 | Zig:22   | Killed a royal mummy
137067 | Zig:22   | Noticed a royal mummy
137075 | Zig:22   | Killed a royal mummy
137075 | Zig:22   | Killed a royal mummy
137087 | Zig:22   | Killed a royal mummy
137094 | Zig:22   | Killed a royal mummy
137417 | Zig:22   | Got a pitted lapis lazuli ring
137427 | Zig:22   | Got a clouded platinum amulet
137432 | Zig:22   | Got a twitching garnet amulet
137445 | Zig:22   | Identified the Handbook of Dark Conjuration
137453 | Zig:22   | Got a glittering pewter ring
137463 | Zig:22   | Identified the Volume of Beguiling and Changing
137500 | Zig:23   | Entered Level 23 of a ziggurat
137640 | Zig:23   | Killed a starcursed mass
137913 | Zig:23   | Identified Jiboatir's Volume of Frigorific Air
137916 | Zig:23   | Got a glittering pewter amulet
138080 | Zig:24   | Entered Level 24 of a ziggurat
138097 | Zig:24   | Noticed Madenir the pandemonium lord
138126 | Zig:24   | Killed Madenir the pandemonium lord
138133 | Zig:24   | Identified Wuoto Kirch's Reference Book on Calling
138146 | Zig:24   | Got an ancient tin ring
138561 | Zig:24   | Got a faintly glowing glass ring
138641 | Zig:25   | Entered Level 25 of a ziggurat
138667 | Zig:25   | Killed a starcursed mass
138673 | Zig:25   | Found the +3 salamander hide armour {Flames rF++ rC--}
138675 | Zig:25   | Killed a starcursed mass
138699 | Zig:25   | Killed a starcursed mass
138818 | Zig:25   | Identified the Compendium of the Fiery Snowflakes
138821 | Zig:25   | Got an ancient ruby amulet
138854 | Zig:25   | Identified the ring of Sif Muna's Castigation {+Fly rF+++
                  | rC- Str+3} (You found it on level 22 of a ziggurat)
138856 | Zig:25   | Identified the amulet "Haekhovu" {Inacc rPois rF+} (You
                  | found it on level 22 of a ziggurat)
138858 | Zig:25   | Identified the amulet "Mucuz" {rC+ Regen+ Stlth+} (You
                  | found it on level 22 of a ziggurat)
138860 | Zig:25   | Identified the ring of Sapseirphon {Will+ MP+9 Stlth-} (You
                  | found it on level 22 of a ziggurat)
138862 | Zig:25   | Identified the ring of Henotheism {rF+ rC++} (You found it
                  | on level 24 of a ziggurat)
138864 | Zig:25   | Identified the ring of Perfectionism {Fire Int-5 Dex+6}
                  | (You found it on level 24 of a ziggurat)
138866 | Zig:25   | Identified the amulet of Trepidation {RegenMP rPois} (You
                  | found it on level 23 of a ziggurat)
138868 | Zig:25   | Identified the amulet of Mentock {RegenMP rF+ Will- Str+7
                  | Stlth+} (You found it on level 25 of a ziggurat)
138882 | Zig:25   | Got a flickering steel ring
138887 | Zig:25   | Identified the Almanac of Stones and Attacks
138893 | Zig:25   | Identified the Catalogue of Aerial Summoning
138896 | Zig:25   | Got a wavering iron ring
138918 | Zig:25   | Got a bound golden ring
139042 | Zig:25   | Got an ancient lead ring
139306 | Zig:25   | Identified the cursed ring "Boecha" {+Blink rElec rC+ Str+4
                  | Dex-4 Stlth-} (You found it on level 25 of a ziggurat)
139308 | Zig:25   | Identified the ring "Furchash" {*Contam Str+9 Dex+6} (You
                  | found it on level 25 of a ziggurat)
139310 | Zig:25   | Identified the ring of Foolhardiness {rPois rF+ rN+} (You
                  | found it on level 25 of a ziggurat)
139312 | Zig:25   | Identified the ring of Eneupsou {Ice Dex+4} (You found it
                  | on level 25 of a ziggurat)
139345 | Zig:26   | Entered Level 26 of a ziggurat
139345 | Zig:26   | Noticed an ancient lich
139346 | Zig:26   | Noticed an ancient lich
139347 | Zig:26   | Noticed an ancient lich
139350 | Zig:26   | Killed an ancient lich
139351 | Zig:26   | Noticed an ancient lich
139352 | Zig:26   | Noticed an ancient lich
139352 | Zig:26   | Noticed an ancient lich
139352 | Zig:26   | Noticed an ancient lich
139352 | Zig:26   | Noticed an ancient lich
139353 | Zig:26   | Noticed an ancient lich
139353 | Zig:26   | Noticed an ancient lich
139353 | Zig:26   | Noticed an ancient lich
139353 | Zig:26   | Noticed an ancient lich
139354 | Zig:26   | Killed an ancient lich
139355 | Zig:26   | Killed an ancient lich
139355 | Zig:26   | Noticed an ancient lich
139356 | Zig:26   | Noticed an ancient lich
139356 | Zig:26   | Noticed an ancient lich
139356 | Zig:26   | Killed an ancient lich
139356 | Zig:26   | Killed an ancient lich
139356 | Zig:26   | Killed an ancient lich
139357 | Zig:26   | Noticed an ancient lich
139357 | Zig:26   | Noticed an ancient lich
139357 | Zig:26   | Killed an ancient lich
139357 | Zig:26   | Killed an ancient lich
139358 | Zig:26   | Noticed an ancient lich
139358 | Zig:26   | Noticed an ancient lich
139358 | Zig:26   | Noticed an ancient lich
139358 | Zig:26   | Noticed an ancient lich
139358 | Zig:26   | Noticed an ancient lich
139360 | Zig:26   | Noticed an ancient lich
139365 | Zig:26   | Noticed an ancient lich
139365 | Zig:26   | Killed an ancient lich
139365 | Zig:26   | Killed an ancient lich
139365 | Zig:26   | Killed an ancient lich
139365 | Zig:26   | Killed an ancient lich
139365 | Zig:26   | Killed an ancient lich
139365 | Zig:26   | Killed an ancient lich
139365 | Zig:26   | Killed an ancient lich
139365 | Zig:26   | Killed an ancient lich
139365 | Zig:26   | Killed an ancient lich
139368 | Zig:26   | Noticed an ancient lich
139368 | Zig:26   | Noticed an ancient lich
139374 | Zig:26   | Noticed an ancient lich
139374 | Zig:26   | Killed an ancient lich
139374 | Zig:26   | Killed an ancient lich
139374 | Zig:26   | Killed an ancient lich
139374 | Zig:26   | Killed an ancient lich
139375 | Zig:26   | Killed an ancient lich
139375 | Zig:26   | Killed an ancient lich
139375 | Zig:26   | Killed an ancient lich
139376 | Zig:26   | Noticed an ancient lich
139378 | Zig:26   | Noticed an ancient lich
139384 | Zig:26   | Killed an ancient lich
139384 | Zig:26   | Killed an ancient lich
139384 | Zig:26   | Killed an ancient lich
139389 | Zig:26   | Noticed an ancient lich
139391 | Zig:26   | Killed an ancient lich
139391 | Zig:26   | Killed an ancient lich
139403 | Zig:26   | Killed an ancient lich
139730 | Zig:26   | Got a sparkling silver ring
139774 | Zig:26   | Got a twitching pewter amulet
139779 | Zig:26   | Identified the Tome of Mana
139783 | Zig:26   | Got a translucent granite ring
139789 | Zig:26   | Got a fine bronze ring
139790 | Zig:26   | Identified Qeggamaw's Sophisticated Rites and Rhymes
139811 | Zig:26   | Got a clouded jade amulet
139813 | Zig:26   | Got a translucent silver ring
139888 | Zig:27   | Entered Level 27 of a ziggurat
139888 | Zig:27   | Noticed a royal mummy
139888 | Zig:27   | Noticed a royal mummy
139888 | Zig:27   | Noticed a royal mummy
139888 | Zig:27   | Noticed a royal mummy
139888 | Zig:27   | Noticed a royal mummy
139888 | Zig:27   | Noticed a royal mummy
139888 | Zig:27   | Noticed a royal mummy
139888 | Zig:27   | Noticed a royal mummy
139888 | Zig:27   | Noticed a royal mummy
139888 | Zig:27   | Noticed a royal mummy
139888 | Zig:27   | Noticed a royal mummy
139888 | Zig:27   | Noticed a royal mummy
139888 | Zig:27   | Noticed a royal mummy
139888 | Zig:27   | Noticed a royal mummy
139889 | Zig:27   | Noticed a royal mummy
139889 | Zig:27   | Noticed a royal mummy
139891 | Zig:27   | Noticed a royal mummy
139893 | Zig:27   | Killed a royal mummy
139893 | Zig:27   | Killed a royal mummy
139893 | Zig:27   | Noticed a royal mummy
139894 | Zig:27   | Noticed a royal mummy
139894 | Zig:27   | Noticed a royal mummy
139894 | Zig:27   | Killed a royal mummy
139894 | Zig:27   | Noticed a royal mummy
139895 | Zig:27   | Noticed a royal mummy
139895 | Zig:27   | Noticed a royal mummy
139895 | Zig:27   | Killed a royal mummy
139895 | Zig:27   | Killed a royal mummy
139896 | Zig:27   | Noticed a royal mummy
139896 | Zig:27   | Killed a royal mummy
139896 | Zig:27   | Killed a royal mummy
139896 | Zig:27   | Killed a royal mummy
139896 | Zig:27   | Killed a royal mummy
139896 | Zig:27   | Killed a royal mummy
139897 | Zig:27   | Noticed a royal mummy
139897 | Zig:27   | Noticed a royal mummy
139897 | Zig:27   | Noticed a royal mummy
139897 | Zig:27   | Noticed a royal mummy
139897 | Zig:27   | Killed a royal mummy
139898 | Zig:27   | Noticed a royal mummy
139898 | Zig:27   | Noticed a royal mummy
139898 | Zig:27   | Noticed a royal mummy
139899 | Zig:27   | Killed a royal mummy
139899 | Zig:27   | Killed a royal mummy
139899 | Zig:27   | Killed a royal mummy
139899 | Zig:27   | Noticed a royal mummy
139899 | Zig:27   | Noticed a royal mummy
139899 | Zig:27   | Noticed a royal mummy
139900 | Zig:27   | Killed a royal mummy
139900 | Zig:27   | Killed a royal mummy
139900 | Zig:27   | Killed a royal mummy
139900 | Zig:27   | Killed a royal mummy
139900 | Zig:27   | Killed a royal mummy
139900 | Zig:27   | Noticed a royal mummy
139900 | Zig:27   | Noticed a royal mummy
139901 | Zig:27   | Noticed a royal mummy
139901 | Zig:27   | Noticed a royal mummy
139903 | Zig:27   | Noticed a royal mummy
139904 | Zig:27   | Killed a royal mummy
139904 | Zig:27   | Killed a royal mummy
139905 | Zig:27   | Killed a royal mummy
139905 | Zig:27   | Killed a royal mummy
139906 | Zig:27   | Noticed a royal mummy
139906 | Zig:27   | Killed a royal mummy
139907 | Zig:27   | Noticed a royal mummy
139907 | Zig:27   | Noticed a royal mummy
139907 | Zig:27   | Killed a royal mummy
139907 | Zig:27   | Killed a royal mummy
139907 | Zig:27   | Killed a royal mummy
139911 | Zig:27   | Noticed a royal mummy
139914 | Zig:27   | Killed a royal mummy
139915 | Zig:27   | Killed a royal mummy
139915 | Zig:27   | Killed a royal mummy
139916 | Zig:27   | Noticed a royal mummy
139916 | Zig:27   | Noticed a royal mummy
139916 | Zig:27   | Killed a royal mummy
139917 | Zig:27   | Killed a royal mummy
139918 | Zig:27   | Noticed a royal mummy
139918 | Zig:27   | Noticed a royal mummy
139918 | Zig:27   | Noticed a royal mummy
139920 | Zig:27   | Noticed a royal mummy
139920 | Zig:27   | Noticed a royal mummy
139923 | Zig:27   | Killed a royal mummy
139925 | Zig:27   | Killed a royal mummy
139925 | Zig:27   | Killed a royal mummy
139925 | Zig:27   | Killed a royal mummy
139926 | Zig:27   | Killed a royal mummy
139926 | Zig:27   | Killed a royal mummy
139928 | Zig:27   | Killed a royal mummy
139928 | Zig:27   | Killed a royal mummy
139928 | Zig:27   | Killed a royal mummy
139928 | Zig:27   | Killed a royal mummy
139928 | Zig:27   | Noticed a royal mummy
139928 | Zig:27   | Noticed a royal mummy
139929 | Zig:27   | Killed a royal mummy
139929 | Zig:27   | Killed a royal mummy
139929 | Zig:27   | Killed a royal mummy
139929 | Zig:27   | Noticed a royal mummy
139930 | Zig:27   | Killed a royal mummy
139931 | Zig:27   | Killed a royal mummy
139931 | Zig:27   | Killed a royal mummy
139931 | Zig:27   | Killed a royal mummy
139931 | Zig:27   | Killed a royal mummy
139931 | Zig:27   | Killed a royal mummy
139931 | Zig:27   | Killed a royal mummy
139931 | Zig:27   | Killed a royal mummy
139931 | Zig:27   | Noticed a royal mummy
139931 | Zig:27   | Noticed a royal mummy
139932 | Zig:27   | Noticed a royal mummy
139936 | Zig:27   | Noticed a royal mummy
139941 | Zig:27   | Killed a royal mummy
139942 | Zig:27   | Noticed a royal mummy
139943 | Zig:27   | Killed a royal mummy
139943 | Zig:27   | Killed a royal mummy
139943 | Zig:27   | Killed a royal mummy
139945 | Zig:27   | Killed a royal mummy
140414 | Zig:27   | Got a shimmering lapis lazuli ring
140429 | Zig:27   | Identified the amulet of Ninweuss {Acrobat +Inv Int+4
                  | Stlth+} (You found it on level 26 of a ziggurat)
140431 | Zig:27   | Identified the ring of Plog {rPois Will+ Str+6 Int-4} (You
                  | found it on level 26 of a ziggurat)
140439 | Zig:27   | Got a fine ivory ring
140441 | Zig:27   | Got a shimmering wooden ring
140446 | Zig:27   | Identified Ihediory's Almanac of the Compass
140451 | Zig:27   | Identified Sif Muna's Collected Works on Dusty Curses
140463 | Zig:27   | Identified Qepni's Compendium of Fetching Feathers
140481 | Zig:27   | Acquired 808 gold pieces
140482 | Zig:27   | Acquired 670 gold pieces
140483 | Zig:27   | Acquired 372 gold pieces
140484 | Zig:27   | Acquired 901 gold pieces
140485 | Zig:27   | Acquired 328 gold pieces
140486 | Zig:27   | Acquired 437 gold pieces
140508 | Zig:27   | Got a slimy turquoise ring
140519 | Zig:27   | Identified the ring "Ompel" {Ice *Slow rPois rN+ Will+}
                  | (You found it on level 27 of a ziggurat)
140520 | Zig:27   | Identified the ring "Xirriy" {*Drain rPois rF+++ Int+3
                  | Slay+4} (You found it on level 27 of a ziggurat)
140527 | Zig:27   | Got a brightly glowing ivory ring
140731 | D:1      | Bought a translucent cloak for 180 gold pieces
140731 | D:1      | Bought a brightly glowing cloak for 180 gold pieces
140735 | D:1      | Bought 2 scrolls of identify for 60 gold pieces
140735 | D:1      | Bought a scroll of identify for 30 gold pieces
140735 | D:1      | Bought a scroll of identify for 30 gold pieces
140739 | D:1      | Bought a heavily runed cloak for 361 gold pieces
140743 | D:1      | Bought a scroll of identify for 28 gold pieces
140750 | D:1      | Bought a potion of invisibility for 104 gold pieces
140750 | D:1      | Bought a potion of curing for 39 gold pieces
140754 | D:1      | Bought a potion of curing for 57 gold pieces
140754 | D:1      | Bought a potion of curing for 57 gold pieces
140754 | D:1      | Bought a scroll of identify for 38 gold pieces
140802 | D:1      | Identified the +3 cloak "Hanluck" {rPois Will+ Slay+5} (You
                  | bought it in a shop on level 1 of the Dungeon)
140813 | D:1      | Identified the cursed +0 cloak "Oskiwket" {rElec rCorr}
                  | (You bought it in a shop on level 1 of the Dungeon)
140824 | D:1      | Identified the +1 cloak of the Ecumenical Temple {Harm rN++
                  | Dex+4} (You bought it in a shop on level 1 of the Dungeon)
140865 | Zig:1    | Entered Level 1 of a ziggurat
140930 | Zig:2    | Entered Level 2 of a ziggurat
141001 | Zig:3    | Entered Level 3 of a ziggurat
141132 | Zig:4    | Entered Level 4 of a ziggurat
141132 | Zig:4    | Noticed a juggernaut
141132 | Zig:4    | Noticed a juggernaut
141139 | Zig:4    | Killed a juggernaut
141141 | Zig:4    | Killed a juggernaut
141257 | Zig:5    | Entered Level 5 of a ziggurat
141257 | Zig:5    | Noticed an ancient lich
141257 | Zig:5    | Noticed an ancient lich
141257 | Zig:5    | Noticed an ancient lich
141257 | Zig:5    | Noticed an ancient lich
141258 | Zig:5    | Noticed an ancient lich
141259 | Zig:5    | Killed an ancient lich
141261 | Zig:5    | Noticed an ancient lich
141261 | Zig:5    | Killed an ancient lich
141261 | Zig:5    | Killed an ancient lich
141264 | Zig:5    | Killed an ancient lich
141268 | Zig:5    | Noticed an ancient lich
141274 | Zig:5    | Killed an ancient lich
141278 | Zig:5    | Killed an ancient lich
141278 | Zig:5    | Killed an ancient lich
141303 | Zig:5    | Identified the Handbook of Bewitching Displacement
141407 | Zig:6    | Entered Level 6 of a ziggurat
141556 | Zig:6    | Got a shimmering marble ring
141603 | Zig:6    | Got a jewelled troll leather armour
141610 | Zig:7    | Entered Level 7 of a ziggurat
141610 | Zig:7    | Noticed an ancient lich
141610 | Zig:7    | Noticed an ancient lich
141610 | Zig:7    | Noticed an ancient lich
141610 | Zig:7    | Noticed an ancient lich
141611 | Zig:7    | Noticed an ancient lich
141611 | Zig:7    | Noticed an ancient lich
141612 | Zig:7    | Noticed an ancient lich
141614 | Zig:7    | Killed an ancient lich
141616 | Zig:7    | Killed an ancient lich
141617 | Zig:7    | Killed an ancient lich
141617 | Zig:7    | Killed an ancient lich
141618 | Zig:7    | Killed an ancient lich
141619 | Zig:7    | Killed an ancient lich
141620 | Zig:7    | Killed an ancient lich
141634 | Zig:7    | Found the +0 mask of the Dragon {Will+ Slay+3 SInv}
141784 | Zig:8    | Entered Level 8 of a ziggurat
141955 | Zig:8    | Got a translucent platinum ring
141963 | Zig:9    | Entered Level 9 of a ziggurat
142162 | Zig:9    | Identified Jiong's Incunabulum of the Shifting Rocks
142165 | Zig:9    | Identified the Papyrus of Fiery Changing
142197 | Zig:10   | Entered Level 10 of a ziggurat
142197 | Zig:10   | Noticed a royal mummy
142198 | Zig:10   | Noticed a royal mummy
142198 | Zig:10   | Noticed a royal mummy
142198 | Zig:10   | Noticed a royal mummy
142199 | Zig:10   | Noticed a royal mummy
142200 | Zig:10   | Noticed a royal mummy
142205 | Zig:10   | Killed a royal mummy
142205 | Zig:10   | Noticed a royal mummy
142219 | Zig:10   | Noticed an ancient lich
142223 | Zig:10   | Killed a royal mummy
142224 | Zig:10   | Killed a royal mummy
142224 | Zig:10   | Killed an ancient lich
142225 | Zig:10   | Killed a royal mummy
142226 | Zig:10   | Noticed a royal mummy
142230 | Zig:10   | Killed a royal mummy
142230 | Zig:10   | Killed a royal mummy
142234 | Zig:10   | Killed a royal mummy
142240 | Zig:10   | Noticed a royal mummy
142243 | Zig:10   | Killed a royal mummy
142251 | Zig:10   | Killed a royal mummy
142471 | Zig:11   | Entered Level 11 of a ziggurat
142661 | Zig:11   | Got a shimmering golden amulet
142677 | Zig:11   | Identified Sumihyli's Reference Book on Unstable Creation
142697 | Zig:12   | Entered Level 12 of a ziggurat
142941 | Zig:13   | Entered Level 13 of a ziggurat
143095 | Zig:13   | Identified the ring of Cynicism {MP+9 EV+4} (You found it
                  | on level 6 of a ziggurat)
143097 | Zig:13   | Identified the ring of Kiotet {Fire Str+4 Int+3 Dex-4} (You
                  | found it on level 8 of a ziggurat)
143099 | Zig:13   | Identified the amulet of the Barracuda {Acrobat SInv} (You
                  | found it on level 11 of a ziggurat)
143111 | Zig:13   | Identified the +3 troll leather armour of Springtime {rElec
                  | Will+ Regen+ Str+2} (You found it on level 6 of a ziggurat)
143126 | Zig:13   | Acquired 1151 gold pieces
143136 | Zig:13   | Got a slimy iron ring
143146 | Zig:13   | Got a translucent bronze ring
143160 | Zig:13   | Got a heavily runed iron amulet
143259 | Zig:13   | Identified the ring of the Imp {Wiz *Corrode Str+2 Int+4
                  | Stlth+} (You found it on level 13 of a ziggurat)
143261 | Zig:13   | Identified the ring "Fylotoat" {+Blink +Fly rN++ Int+3}
                  | (You found it on level 13 of a ziggurat)
143263 | Zig:13   | Identified the amulet of Spontaneous Combustion {Inacc
                  | rPois rN++ Str-4 SInv} (You found it on level 13 of a
                  | ziggurat)
143277 | Zig:14   | Entered Level 14 of a ziggurat
143395 | Zig:14   | Killed a starcursed mass
143637 | Zig:14   | Got a sparkling lapis lazuli ring
143684 | Zig:14   | Got a twisted troll leather armour
143696 | Zig:14   | Identified the cursed +1 troll leather armour "Likloemu"
                  | {rC+ Regen+} (You found it on level 14 of a ziggurat)
143718 | Zig:15   | Entered Level 15 of a ziggurat
143935 | Zig:15   | Identified the Reference Book on the Entourage and Combat
                  | Magic
143943 | Zig:15   | Got a transparent iron ring
143949 | Zig:15   | Identified Coggud's Catalogue of Creative Air
143958 | Zig:15   | Identified the Handbook of Warped Stones
143976 | Zig:15   | Got spiked shadow dragon scales
143987 | Zig:15   | Identified the +8 shadow dragon scales of Hopscotch {rN+
                  | Int+6 Stlth++++} (You found it on level 15 of a ziggurat)
144003 | Zig:15   | Identified the ring "Zirch" {rPois Will+} (You found it on
                  | level 14 of a ziggurat)
144005 | Zig:15   | Identified the ring "Bueqean" {rC+ rN+ MP+9 Int+3} (You
                  | found it on level 15 of a ziggurat)
144042 | Zig:16   | Entered Level 16 of a ziggurat
144042 | Zig:16   | Noticed an ancient lich
144042 | Zig:16   | Noticed an ancient lich
144042 | Zig:16   | Noticed an ancient lich
144042 | Zig:16   | Noticed an ancient lich
144044 | Zig:16   | Killed an ancient lich
144044 | Zig:16   | Noticed an ancient lich
144045 | Zig:16   | Killed an ancient lich
144045 | Zig:16   | Killed an ancient lich
144045 | Zig:16   | Noticed an ancient lich
144047 | Zig:16   | Killed an ancient lich
144049 | Zig:16   | Noticed an ancient lich
144052 | Zig:16   | Noticed an ancient lich
144056 | Zig:16   | Noticed an ancient lich
144057 | Zig:16   | Noticed an ancient lich
144057 | Zig:16   | Killed an ancient lich
144057 | Zig:16   | Killed an ancient lich
144059 | Zig:16   | Killed an ancient lich
144060 | Zig:16   | Noticed an ancient lich
144061 | Zig:16   | Noticed an ancient lich
144063 | Zig:16   | Killed an ancient lich
144063 | Zig:16   | Killed an ancient lich
144063 | Zig:16   | Killed an ancient lich
144063 | Zig:16   | Killed an ancient lich
144064 | Zig:16   | Noticed an ancient lich
144064 | Zig:16   | Noticed an ancient lich
144064 | Zig:16   | Noticed an ancient lich
144064 | Zig:16   | Noticed an ancient lich
144065 | Zig:16   | Killed an ancient lich
144065 | Zig:16   | Killed an ancient lich
144066 | Zig:16   | Noticed an ancient lich
144066 | Zig:16   | Noticed an ancient lich
144068 | Zig:16   | Noticed an ancient lich
144069 | Zig:16   | Noticed an ancient lich
144070 | Zig:16   | Killed an ancient lich
144070 | Zig:16   | Killed an ancient lich
144071 | Zig:16   | Killed an ancient lich
144071 | Zig:16   | Killed an ancient lich
144072 | Zig:16   | Noticed an ancient lich
144072 | Zig:16   | Killed an ancient lich
144073 | Zig:16   | Killed an ancient lich
144078 | Zig:16   | Noticed an ancient lich
144078 | Zig:16   | Noticed an ancient lich
144079 | Zig:16   | Noticed an ancient lich
144079 | Zig:16   | Killed an ancient lich
144080 | Zig:16   | Killed an ancient lich
144082 | Zig:16   | Killed an ancient lich
144086 | Zig:16   | Killed an ancient lich
144087 | Zig:16   | Killed an ancient lich
144114 | Zig:16   | Identified Nonakh's Almanac of the Glacier and the Oath
144136 | Zig:16   | Identified the Catalogue of Nocuous Orientation
144351 | Zig:17   | Entered Level 17 of a ziggurat
144752 | Zig:17   | Got a pitted jade ring
144777 | Zig:18   | Entered Level 18 of a ziggurat
144777 | Zig:18   | Noticed a shard shrike
144777 | Zig:18   | Noticed a shard shrike
144777 | Zig:18   | Noticed a shard shrike
144777 | Zig:18   | Noticed a shard shrike
144777 | Zig:18   | Noticed a shard shrike
144777 | Zig:18   | Noticed a shard shrike
144777 | Zig:18   | Noticed a shard shrike
144777 | Zig:18   | Noticed a shard shrike
144777 | Zig:18   | Noticed a shard shrike
144777 | Zig:18   | Noticed a shard shrike
144777 | Zig:18   | Noticed a shard shrike
144777 | Zig:18   | Noticed a shard shrike
144781 | Zig:18   | Killed a shard shrike
144781 | Zig:18   | Killed a shard shrike
144781 | Zig:18   | Noticed a shard shrike
144781 | Zig:18   | Noticed a shard shrike
144781 | Zig:18   | Killed a shard shrike
144782 | Zig:18   | Killed a shard shrike
144782 | Zig:18   | Killed a shard shrike
144782 | Zig:18   | Killed a shard shrike
144782 | Zig:18   | Killed a shard shrike
144782 | Zig:18   | Killed a shard shrike
144782 | Zig:18   | Killed a shard shrike
144783 | Zig:18   | Killed a shard shrike
144783 | Zig:18   | Killed a shard shrike
144783 | Zig:18   | Killed a shard shrike
144784 | Zig:18   | Killed a shard shrike
144784 | Zig:18   | Killed a shard shrike
144785 | Zig:18   | Noticed a shard shrike
144785 | Zig:18   | Noticed a shard shrike
144785 | Zig:18   | Noticed a shard shrike
144786 | Zig:18   | Noticed a shard shrike
144788 | Zig:18   | Noticed a shard shrike
144788 | Zig:18   | Noticed a shard shrike
144788 | Zig:18   | Noticed a shard shrike
144790 | Zig:18   | Noticed a shard shrike
144790 | Zig:18   | Noticed a shard shrike
144790 | Zig:18   | Noticed a shard shrike
144792 | Zig:18   | Noticed a shard shrike
144793 | Zig:18   | Noticed a shard shrike
144793 | Zig:18   | Killed a shard shrike
144794 | Zig:18   | Noticed a shard shrike
144801 | Zig:18   | Killed a shard shrike
144805 | Zig:18   | Noticed a shard shrike
144805 | Zig:18   | Noticed a shard shrike
144805 | Zig:18   | Noticed a shard shrike
144809 | Zig:18   | Killed a shard shrike
144811 | Zig:18   | Killed a shard shrike
144811 | Zig:18   | Killed a shard shrike
144812 | Zig:18   | Killed a shard shrike
144812 | Zig:18   | Killed a shard shrike
144813 | Zig:18   | Noticed a shard shrike
144813 | Zig:18   | Killed a shard shrike
144813 | Zig:18   | Killed a shard shrike
144814 | Zig:18   | Noticed a shard shrike
144818 | Zig:18   | Killed a shard shrike
144826 | Zig:18   | Noticed a shard shrike
144828 | Zig:18   | Killed a shard shrike
144829 | Zig:18   | Noticed a shard shrike
144829 | Zig:18   | Noticed a shard shrike
144843 | Zig:18   | Killed a shard shrike
144845 | Zig:18   | Killed a shard shrike
144850 | Zig:18   | Killed a shard shrike
144861 | Zig:18   | Killed a shard shrike
144863 | Zig:18   | Killed a shard shrike
144865 | Zig:18   | Killed a shard shrike
144866 | Zig:18   | Killed a shard shrike
144891 | Zig:18   | Killed a shard shrike
144892 | Zig:18   | Killed a shard shrike
144895 | Zig:18   | Killed a shard shrike
145145 | Zig:18   | Got a twitching silver ring
145147 | Zig:18   | Got a wavering iron ring
145148 | Zig:18   | Identified Jegul Coss's Compendium of Congealing Venom
145229 | Zig:19   | Entered Level 19 of a ziggurat
145307 | Zig:19   | Got a vibrating platinum amulet
145309 | Zig:19   | Got a translucent ruby amulet
145310 | Zig:19   | Identified Sizxypipo's Catalogue of Captivating Ignition
145328 | Zig:19   | Got a shimmering ivory ring
145646 | Zig:19   | Identified the Volume of Poisonous Lightness
145669 | Zig:20   | Entered Level 20 of a ziggurat
145755 | Zig:20   | Got a translucent granite ring
146035 | Zig:20   | Identified the Grimoire of Venomous Enchantment
146039 | Zig:20   | Identified the Disquisition on the Dislocated Arsonist
146063 | Zig:20   | Identified the Grimoire of the Feathery Entourage
146072 | Zig:20   | Identified the ring "Veon" {rPois rF+ Str+2 Int+4} (You
                  | found it on level 17 of a ziggurat)
146074 | Zig:20   | Identified the ring "Supluw" {rC+ Will+ Str+2 Dex+3 Stlth+}
                  | (You found it on level 18 of a ziggurat)
146076 | Zig:20   | Identified the ring of the Death Scarab {rElec rN++ Dex-3
                  | SInv} (You found it on level 18 of a ziggurat)
146078 | Zig:20   | Identified the amulet "Compooj" {Inacc Dex+4} (You found it
                  | on level 19 of a ziggurat)
146080 | Zig:20   | Identified the amulet of Understanding {Spirit Str+6} (You
                  | found it on level 19 of a ziggurat)
146082 | Zig:20   | Identified the ring of Foolhardiness {*Slow rElec Will++
                  | rCorr Dex+2} (You found it on level 19 of a ziggurat)
146084 | Zig:20   | Identified the ring of Pifist {rC++ rCorr} (You found it on
                  | level 20 of a ziggurat)
146133 | Zig:20   | Got a slimy bone ring
146140 | Zig:20   | Got a scintillating bronze ring
146145 | Zig:20   | Got a scintillating golden ring
146148 | Zig:20   | Identified the Handbook of Dislocation
146155 | Zig:20   | Got a clouded ruby amulet
146161 | Zig:20   | Got a scintillating jade ring
146170 | Zig:20   | Identified the ring "Nyabrow" {rPois rF+ rCorr} (You found
                  | it on level 20 of a ziggurat)
146172 | Zig:20   | Identified the ring "Acugh" {rF+ rC+ rN+ Int+6} (You found
                  | it on level 20 of a ziggurat)
146174 | Zig:20   | Identified the ring "Vias" {rElec rPois rCorr SInv} (You
                  | found it on level 20 of a ziggurat)
146176 | Zig:20   | Identified the amulet of the Hippo {rElec rF+ rC+ Regen+
                  | SInv} (You found it on level 20 of a ziggurat)
146178 | Zig:20   | Identified the ring "Gacar" {rN+ Str+2} (You found it on
                  | level 20 of a ziggurat)
146209 | Zig:21   | Entered Level 21 of a ziggurat
146210 | Zig:21   | Noticed an ancient lich
146211 | Zig:21   | Noticed an ancient lich
146211 | Zig:21   | Noticed an ancient lich
146211 | Zig:21   | Noticed an ancient lich
146212 | Zig:21   | Killed an ancient lich
146213 | Zig:21   | Noticed an ancient lich
146213 | Zig:21   | Noticed an ancient lich
146214 | Zig:21   | Killed an ancient lich
146214 | Zig:21   | Killed an ancient lich
146214 | Zig:21   | Killed an ancient lich
146214 | Zig:21   | Killed an ancient lich
146214 | Zig:21   | Noticed an ancient lich
146217 | Zig:21   | Noticed an ancient lich
146220 | Zig:21   | Killed an ancient lich
146220 | Zig:21   | Killed an ancient lich
146220 | Zig:21   | Noticed an ancient lich
146221 | Zig:21   | Noticed an ancient lich
146222 | Zig:21   | Noticed an ancient lich
146226 | Zig:21   | Noticed an ancient lich
146226 | Zig:21   | Killed an ancient lich
146226 | Zig:21   | Killed an ancient lich
146227 | Zig:21   | Noticed an ancient lich
146228 | Zig:21   | Noticed an ancient lich
146230 | Zig:21   | Killed an ancient lich
146230 | Zig:21   | Killed an ancient lich
146230 | Zig:21   | Killed an ancient lich
146230 | Zig:21   | Killed an ancient lich
146230 | Zig:21   | Killed an ancient lich
146230 | Zig:21   | Noticed an ancient lich
146231 | Zig:21   | Noticed an ancient lich
146232 | Zig:21   | Noticed an ancient lich
146235 | Zig:21   | Killed an ancient lich
146235 | Zig:21   | Killed an ancient lich
146238 | Zig:21   | Noticed an ancient lich
146239 | Zig:21   | Killed an ancient lich
146246 | Zig:21   | Noticed an ancient lich
146246 | Zig:21   | Killed an ancient lich
146247 | Zig:21   | Noticed an ancient lich
146251 | Zig:21   | Killed an ancient lich
146257 | Zig:21   | Killed an ancient lich
146260 | Zig:21   | Noticed an ancient lich
146274 | Zig:21   | Killed an ancient lich
146479 | Zig:21   | Got a glittering glass ring
146482 | Zig:21   | Got a faintly glowing brass ring
146485 | Zig:21   | Got a crude diamond amulet
146497 | Zig:21   | Identified the Guide on Enthralling Stolen Souls
146501 | Zig:21   | Identified the Papyrus of Gliding Dark Rituals
146504 | Zig:21   | Got a bound bone ring
146507 | Zig:21   | Got a steaming marble ring
146511 | Zig:21   | Identified the ring of Pystriloy {Int+2 Stlth+} (You found
                  | it on level 21 of a ziggurat)
146513 | Zig:21   | Identified the ring of Winter {rN+ Slay-4 SInv Stlth-} (You
                  | found it on level 21 of a ziggurat)
146515 | Zig:21   | Identified the amulet of the Dripping Hero {Inacc Will+
                  | Dex+4} (You found it on level 21 of a ziggurat)
146517 | Zig:21   | Identified the ring of Winter {rElec rPois rF+ Str+5 Int-2}
                  | (You found it on level 21 of a ziggurat)
146519 | Zig:21   | Identified the ring of Intercession {+Blink rC+ MP+9 Dex+4
                  | Stlth+} (You found it on level 21 of a ziggurat)
146548 | Zig:22   | Entered Level 22 of a ziggurat
146549 | Zig:22   | Noticed an ancient lich
146549 | Zig:22   | Noticed an ancient lich
146549 | Zig:22   | Noticed an ancient lich
146549 | Zig:22   | Noticed an ancient lich
146550 | Zig:22   | Noticed an ancient lich
146550 | Zig:22   | Noticed an ancient lich
146550 | Zig:22   | Noticed an ancient lich
146551 | Zig:22   | Noticed an ancient lich
146551 | Zig:22   | Noticed an ancient lich
146551 | Zig:22   | Noticed an ancient lich
146552 | Zig:22   | Noticed an ancient lich
146552 | Zig:22   | Noticed an ancient lich
146552 | Zig:22   | Noticed an ancient lich
146552 | Zig:22   | Noticed an ancient lich
146553 | Zig:22   | Noticed an ancient lich
146554 | Zig:22   | Noticed an ancient lich
146555 | Zig:22   | Killed an ancient lich
146555 | Zig:22   | Noticed an ancient lich
146556 | Zig:22   | Killed an ancient lich
146556 | Zig:22   | Killed an ancient lich
146556 | Zig:22   | Killed an ancient lich
146556 | Zig:22   | Noticed an ancient lich
146557 | Zig:22   | Noticed an ancient lich
146557 | Zig:22   | Noticed an ancient lich
146557 | Zig:22   | Killed an ancient lich
146557 | Zig:22   | Killed an ancient lich
146557 | Zig:22   | Killed an ancient lich
146557 | Zig:22   | Killed an ancient lich
146557 | Zig:22   | Killed an ancient lich
146557 | Zig:22   | Killed an ancient lich
146557 | Zig:22   | Killed an ancient lich
146557 | Zig:22   | Killed an ancient lich
146557 | Zig:22   | Killed an ancient lich
146558 | Zig:22   | Killed an ancient lich
146558 | Zig:22   | Killed an ancient lich
146558 | Zig:22   | Killed an ancient lich
146558 | Zig:22   | Killed an ancient lich
146558 | Zig:22   | Killed an ancient lich
146558 | Zig:22   | Killed an ancient lich
146558 | Zig:22   | Noticed an ancient lich
146558 | Zig:22   | Noticed an ancient lich
146558 | Zig:22   | Noticed an ancient lich
146559 | Zig:22   | Killed an ancient lich
146559 | Zig:22   | Noticed an ancient lich
146561 | Zig:22   | Noticed an ancient lich
146562 | Zig:22   | Noticed an ancient lich
146562 | Zig:22   | Killed an ancient lich
146562 | Zig:22   | Killed an ancient lich
146562 | Zig:22   | Killed an ancient lich
146563 | Zig:22   | Killed an ancient lich
146563 | Zig:22   | Killed an ancient lich
146563 | Zig:22   | Killed an ancient lich
146564 | Zig:22   | Noticed an ancient lich
146564 | Zig:22   | Noticed an ancient lich
146566 | Zig:22   | Noticed an ancient lich
146566 | Zig:22   | Noticed an ancient lich
146570 | Zig:22   | Noticed an ancient lich
146572 | Zig:22   | Noticed an ancient lich
146573 | Zig:22   | Noticed an ancient lich
146575 | Zig:22   | Noticed an ancient lich
146576 | Zig:22   | Killed an ancient lich
146576 | Zig:22   | Killed an ancient lich
146576 | Zig:22   | Killed an ancient lich
146576 | Zig:22   | Killed an ancient lich
146576 | Zig:22   | Killed an ancient lich
146576 | Zig:22   | Noticed an ancient lich
146577 | Zig:22   | Killed an ancient lich
146577 | Zig:22   | Killed an ancient lich
146577 | Zig:22   | Killed an ancient lich
146577 | Zig:22   | Noticed an ancient lich
146577 | Zig:22   | Noticed an ancient lich
146578 | Zig:22   | Noticed an ancient lich
146579 | Zig:22   | Noticed an ancient lich
146582 | Zig:22   | Noticed an ancient lich
146582 | Zig:22   | Noticed an ancient lich
146586 | Zig:22   | Killed an ancient lich
146586 | Zig:22   | Killed an ancient lich
146588 | Zig:22   | Noticed an ancient lich
146593 | Zig:22   | Killed an ancient lich
146593 | Zig:22   | Killed an ancient lich
146593 | Zig:22   | Noticed an ancient lich
146594 | Zig:22   | Noticed an ancient lich
146597 | Zig:22   | Killed an ancient lich
146597 | Zig:22   | Noticed an ancient lich
146599 | Zig:22   | Killed an ancient lich
146603 | Zig:22   | Killed an ancient lich
146606 | Zig:22   | Killed an ancient lich
146630 | Zig:22   | Killed an ancient lich
146631 | Zig:22   | Killed an ancient lich
146631 | Zig:22   | Killed an ancient lich
146689 | Zig:22   | Found the +0 pair of fencer's gloves {Riposte Dex+3}
146934 | Zig:22   | Got a fine diamond amulet
146947 | Zig:22   | Got a brightly glowing pewter ring
146983 | Zig:22   | Identified the amulet "Rumpeim" {Reflect rPois Will++ SH+5}
                  | (You found it on level 22 of a ziggurat)
146985 | Zig:22   | Identified the ring of Arrival {Ice rPois Dex+2} (You found
                  | it on level 22 of a ziggurat)
147026 | Zig:23   | Entered Level 23 of a ziggurat
147349 | Zig:23   | Got a pitted amethyst amulet
147353 | Zig:23   | Got a scintillating gossamer ring
147406 | Zig:24   | Entered Level 24 of a ziggurat
147880 | Zig:24   | Got a sparkling glass ring
147905 | Zig:24   | Got a slimy lead ring
147976 | Zig:25   | Entered Level 25 of a ziggurat
147977 | Zig:25   | Noticed an ancient lich
147978 | Zig:25   | Noticed an ancient lich
147979 | Zig:25   | Noticed an ancient lich
147979 | Zig:25   | Noticed an ancient lich
147979 | Zig:25   | Noticed an ancient lich
147979 | Zig:25   | Noticed an ancient lich
147980 | Zig:25   | Noticed an ancient lich
147980 | Zig:25   | Noticed an ancient lich
147980 | Zig:25   | Noticed an ancient lich
147980 | Zig:25   | Noticed an ancient lich
147980 | Zig:25   | Noticed an ancient lich
147981 | Zig:25   | Killed an ancient lich
147981 | Zig:25   | Noticed an ancient lich
147982 | Zig:25   | Killed an ancient lich
147982 | Zig:25   | Killed an ancient lich
147982 | Zig:25   | Killed an ancient lich
147982 | Zig:25   | Killed an ancient lich
147982 | Zig:25   | Killed an ancient lich
147982 | Zig:25   | Killed an ancient lich
147982 | Zig:25   | Killed an ancient lich
147982 | Zig:25   | Noticed an ancient lich
147982 | Zig:25   | Noticed an ancient lich
147982 | Zig:25   | Noticed an ancient lich
147983 | Zig:25   | Noticed an ancient lich
147983 | Zig:25   | Noticed an ancient lich
147984 | Zig:25   | Noticed an ancient lich
147985 | Zig:25   | Noticed an ancient lich
147985 | Zig:25   | Killed an ancient lich
147985 | Zig:25   | Killed an ancient lich
147985 | Zig:25   | Killed an ancient lich
147985 | Zig:25   | Killed an ancient lich
147986 | Zig:25   | Noticed an ancient lich
147988 | Zig:25   | Killed an ancient lich
147988 | Zig:25   | Killed an ancient lich
147988 | Zig:25   | Killed an ancient lich
147988 | Zig:25   | Killed an ancient lich
147988 | Zig:25   | Killed an ancient lich
147988 | Zig:25   | Killed an ancient lich
147989 | Zig:25   | Noticed an ancient lich
147989 | Zig:25   | Killed an ancient lich
147990 | Zig:25   | Noticed an ancient lich
147990 | Zig:25   | Noticed an ancient lich
147990 | Zig:25   | Noticed an ancient lich
147990 | Zig:25   | Noticed an ancient lich
147990 | Zig:25   | Killed an ancient lich
147990 | Zig:25   | Killed an ancient lich
147990 | Zig:25   | Killed an ancient lich
147992 | Zig:25   | Noticed an ancient lich
147992 | Zig:25   | Noticed an ancient lich
147992 | Zig:25   | Noticed an ancient lich
147993 | Zig:25   | Noticed an ancient lich
147993 | Zig:25   | Noticed an ancient lich
147993 | Zig:25   | Noticed an ancient lich
147994 | Zig:25   | Noticed an ancient lich
147994 | Zig:25   | Noticed an ancient lich
147994 | Zig:25   | Noticed an ancient lich
147995 | Zig:25   | Noticed an ancient lich
147995 | Zig:25   | Noticed an ancient lich
147996 | Zig:25   | Killed an ancient lich
147996 | Zig:25   | Killed an ancient lich
147996 | Zig:25   | Killed an ancient lich
147996 | Zig:25   | Killed an ancient lich
147996 | Zig:25   | Killed an ancient lich
147996 | Zig:25   | Killed an ancient lich
147996 | Zig:25   | Killed an ancient lich
147996 | Zig:25   | Killed an ancient lich
147997 | Zig:25   | Killed an ancient lich
147999 | Zig:25   | Killed an ancient lich
148001 | Zig:25   | Noticed an ancient lich
148001 | Zig:25   | Noticed an ancient lich
148001 | Zig:25   | Noticed an ancient lich
148009 | Zig:25   | Killed an ancient lich
148010 | Zig:25   | Noticed an ancient lich
148010 | Zig:25   | Killed an ancient lich
148020 | Zig:25   | Killed an ancient lich
148020 | Zig:25   | Killed an ancient lich
148020 | Zig:25   | Killed an ancient lich
148023 | Zig:25   | Noticed an ancient lich
148025 | Zig:25   | Killed an ancient lich
148025 | Zig:25   | Killed an ancient lich
148025 | Zig:25   | Killed an ancient lich
148031 | Zig:25   | Noticed an ancient lich
148033 | Zig:25   | Killed an ancient lich
148034 | Zig:25   | Killed an ancient lich
148035 | Zig:25   | Noticed an ancient lich
148049 | Zig:25   | Killed an ancient lich
148398 | Zig:25   | Found the +2 cloak of the Thief {*Fog Slay-2 SInv Stlth+}
148415 | Zig:25   | Identified the Tome of Excruciating Weightlessness
148424 | Zig:25   | Got a bound iron ring
148425 | Zig:25   | Identified the Papyrus of Sinister Execration
148452 | Zig:25   | Identified the amulet of the Turtledove {Faith Str+3} (You
                  | found it on level 23 of a ziggurat)
148454 | Zig:25   | Identified the ring "Tugysill" {*Tele *Slow rC+++ Will+
                  | Int+3} (You found it on level 23 of a ziggurat)
148459 | Zig:25   | Identified the ring of Descent {*Tele Will+ Str+3 SInv}
                  | (You found it on level 24 of a ziggurat)
148461 | Zig:25   | Identified the ring of the Duchess {+Fly Will+ Int+4 Dex+6}
                  | (You found it on level 24 of a ziggurat)
148463 | Zig:25   | Identified the ring "Otey" {rElec MP+9} (You found it on
                  | level 25 of a ziggurat)
148475 | Zig:25   | Got a coiled glass ring
148477 | Zig:25   | Identified the ring of Reimbursement {rPois rF- rN+ Str+3
                  | Dex+4} (You found it on level 25 of a ziggurat)
148514 | Zig:26   | Entered Level 26 of a ziggurat
148871 | Zig:26   | Got a slimy bronze ring
148873 | Zig:26   | Identified the Collected Works on Evil and the Volcanoes
148887 | Zig:26   | Got a sparkling lead amulet
148893 | Zig:26   | Identified the Guide on Necromancy and Clay
148898 | Zig:26   | Identified Wezoe's Collected Works on the Volcanoes and the
                  | Entourage
148906 | Zig:26   | Identified the Guide on Ice and Orientation
148936 | Zig:26   | Got a pair of translucent boots
148939 | Zig:26   | Identified the ring of Ascent {rF+ Str-3 Int+6 Dex+6 SInv}
                  | (You found it on level 26 of a ziggurat)
148940 | Zig:26   | Identified the amulet "Ununwo" {Faith Dex+4 SInv} (You
                  | found it on level 26 of a ziggurat)
148964 | Zig:26   | Identified the +3 pair of boots "Qiric" {+Inv rC+ Will+
                  | Str-2} (You found it on level 26 of a ziggurat)
149020 | Zig:27   | Entered Level 27 of a ziggurat
149021 | Zig:27   | Noticed an ancient lich
149021 | Zig:27   | Noticed an ancient lich
149021 | Zig:27   | Noticed an ancient lich
149022 | Zig:27   | Noticed an ancient lich
149022 | Zig:27   | Noticed an ancient lich
149022 | Zig:27   | Noticed an ancient lich
149022 | Zig:27   | Noticed an ancient lich
149023 | Zig:27   | Noticed an ancient lich
149023 | Zig:27   | Noticed an ancient lich
149024 | Zig:27   | Noticed an ancient lich
149024 | Zig:27   | Noticed an ancient lich
149025 | Zig:27   | Noticed an ancient lich
149025 | Zig:27   | Noticed an ancient lich
149025 | Zig:27   | Noticed an ancient lich
149025 | Zig:27   | Noticed an ancient lich
149026 | Zig:27   | Noticed an ancient lich
149026 | Zig:27   | Noticed an ancient lich
149027 | Zig:27   | Killed an ancient lich
149027 | Zig:27   | Killed an ancient lich
149027 | Zig:27   | Killed an ancient lich
149027 | Zig:27   | Noticed an ancient lich
149027 | Zig:27   | Noticed an ancient lich
149028 | Zig:27   | Noticed an ancient lich
149029 | Zig:27   | Noticed an ancient lich
149030 | Zig:27   | Killed an ancient lich
149030 | Zig:27   | Killed an ancient lich
149030 | Zig:27   | Killed an ancient lich
149031 | Zig:27   | Noticed an ancient lich
149031 | Zig:27   | Noticed an ancient lich
149031 | Zig:27   | Killed an ancient lich
149031 | Zig:27   | Killed an ancient lich
149031 | Zig:27   | Killed an ancient lich
149031 | Zig:27   | Killed an ancient lich
149031 | Zig:27   | Killed an ancient lich
149031 | Zig:27   | Killed an ancient lich
149031 | Zig:27   | Killed an ancient lich
149031 | Zig:27   | Killed an ancient lich
149031 | Zig:27   | Killed an ancient lich
149031 | Zig:27   | Killed an ancient lich
149031 | Zig:27   | Noticed an ancient lich
149032 | Zig:27   | Noticed an ancient lich
149032 | Zig:27   | Killed an ancient lich
149032 | Zig:27   | Killed an ancient lich
149032 | Zig:27   | Noticed an ancient lich
149033 | Zig:27   | Noticed an ancient lich
149033 | Zig:27   | Killed an ancient lich
149033 | Zig:27   | Killed an ancient lich
149033 | Zig:27   | Killed an ancient lich
149033 | Zig:27   | Killed an ancient lich
149033 | Zig:27   | Killed an ancient lich
149033 | Zig:27   | Noticed an ancient lich
149034 | Zig:27   | Killed an ancient lich
149034 | Zig:27   | Killed an ancient lich
149034 | Zig:27   | Killed an ancient lich
149034 | Zig:27   | Killed an ancient lich
149034 | Zig:27   | Noticed an ancient lich
149034 | Zig:27   | Noticed an ancient lich
149034 | Zig:27   | Noticed an ancient lich
149035 | Zig:27   | Killed an ancient lich
149035 | Zig:27   | Killed an ancient lich
149035 | Zig:27   | Killed an ancient lich
149035 | Zig:27   | Noticed an ancient lich
149035 | Zig:27   | Noticed an ancient lich
149036 | Zig:27   | Noticed an ancient lich
149036 | Zig:27   | Killed an ancient lich
149036 | Zig:27   | Killed an ancient lich
149036 | Zig:27   | Noticed an ancient lich
149036 | Zig:27   | Noticed an ancient lich
149036 | Zig:27   | Noticed an ancient lich
149037 | Zig:27   | Killed an ancient lich
149037 | Zig:27   | Killed an ancient lich
149037 | Zig:27   | Killed an ancient lich
149037 | Zig:27   | Noticed an ancient lich
149038 | Zig:27   | Killed an ancient lich
149038 | Zig:27   | Killed an ancient lich
149038 | Zig:27   | Noticed an ancient lich
149038 | Zig:27   | Noticed an ancient lich
149041 | Zig:27   | Killed an ancient lich
149042 | Zig:27   | Noticed an ancient lich
149042 | Zig:27   | Noticed an ancient lich
149043 | Zig:27   | Noticed an ancient lich
149045 | Zig:27   | Killed an ancient lich
149045 | Zig:27   | Killed an ancient lich
149047 | Zig:27   | Noticed an ancient lich
149048 | Zig:27   | Killed an ancient lich
149048 | Zig:27   | Killed an ancient lich
149048 | Zig:27   | Killed an ancient lich
149048 | Zig:27   | Noticed an ancient lich
149049 | Zig:27   | Noticed an ancient lich
149049 | Zig:27   | Noticed an ancient lich
149050 | Zig:27   | Noticed an ancient lich
149051 | Zig:27   | Noticed an ancient lich
149051 | Zig:27   | Noticed an ancient lich
149053 | Zig:27   | Killed an ancient lich
149054 | Zig:27   | Noticed an ancient lich
149054 | Zig:27   | Noticed an ancient lich
149056 | Zig:27   | Noticed an ancient lich
149057 | Zig:27   | Noticed an ancient lich
149058 | Zig:27   | Noticed an ancient lich
149058 | Zig:27   | Killed an ancient lich
149058 | Zig:27   | Killed an ancient lich
149058 | Zig:27   | Killed an ancient lich
149059 | Zig:27   | Noticed an ancient lich
149059 | Zig:27   | Killed an ancient lich
149059 | Zig:27   | Killed an ancient lich
149059 | Zig:27   | Killed an ancient lich
149059 | Zig:27   | Killed an ancient lich
149059 | Zig:27   | Killed an ancient lich
149059 | Zig:27   | Killed an ancient lich
149059 | Zig:27   | Killed an ancient lich
149059 | Zig:27   | Killed an ancient lich
149059 | Zig:27   | Noticed an ancient lich
149059 | Zig:27   | Noticed an ancient lich
149061 | Zig:27   | Noticed an ancient lich
149062 | Zig:27   | Noticed an ancient lich
149063 | Zig:27   | Noticed an ancient lich
149064 | Zig:27   | Killed an ancient lich
149064 | Zig:27   | Killed an ancient lich
149065 | Zig:27   | Noticed an ancient lich
149067 | Zig:27   | Killed an ancient lich
149067 | Zig:27   | Killed an ancient lich
149067 | Zig:27   | Killed an ancient lich
149067 | Zig:27   | Killed an ancient lich
149068 | Zig:27   | Noticed an ancient lich
149069 | Zig:27   | Noticed an ancient lich
149071 | Zig:27   | Noticed an ancient lich
149071 | Zig:27   | Killed an ancient lich
149071 | Zig:27   | Killed an ancient lich
149071 | Zig:27   | Killed an ancient lich
149071 | Zig:27   | Noticed an ancient lich
149071 | Zig:27   | Noticed an ancient lich
149077 | Zig:27   | Killed an ancient lich
149082 | Zig:27   | Noticed an ancient lich
149093 | Zig:27   | Killed an ancient lich
149093 | Zig:27   | Killed an ancient lich
149102 | Zig:27   | Killed an ancient lich
149404 | Zig:27   | Got a faintly glowing tin amulet
149406 | Zig:27   | Got a scorched bone ring
149432 | Zig:27   | Got a clouded jade amulet
149440 | Zig:27   | Got a brightly glowing golden ring
149458 | Zig:27   | Identified the amulet "Ewicigh" {Spirit rN+ Dex+4} (You
                  | found it on level 27 of a ziggurat)
149460 | Zig:27   | Identified the ring "Baedd" {rF+ rC- EV+4 Int+5 Stlth+}
                  | (You found it on level 27 of a ziggurat)
149463 | Zig:27   | Identified the amulet "Tymmor" {Spirit +Inv rPois Dex+9}
                  | (You found it on level 27 of a ziggurat)
149465 | Zig:27   | Identified the ring "Cunin" {*Tele Will++} (You found it on
                  | level 27 of a ziggurat)
149477 | Zig:27   | Got a vibrating steel ring
149481 | Zig:27   | Got a wavering silver ring
149490 | Zig:27   | Identified the ring "Oqodut" {Wiz Str-2 Dex+9} (You found
                  | it on level 27 of a ziggurat)
149492 | Zig:27   | Identified the cursed ring of Vysoh {rC+ EV-4 Int+3 Dex+4}
                  | (You found it on level 27 of a ziggurat)
149586 | D:1      | Gained mutation: You are resistant to electric shocks.
                  | (rElec) [mutagenic glow]
149634 | D:1      | Lost mutation: You possess an exceptional clarity of mind.
                  | [potion of mutation]
149634 | D:1      | Lost mutation: You have large cloven feet. [potion of
                  | mutation]
149634 | D:1      | Lost mutation: You are resistant to electric shocks.
                  | (rElec) [potion of mutation]
149634 | D:1      | Gained mutation: Your mind is acute. (Int +2) [potion of
                  | mutation]
149634 | D:1      | Gained mutation: You are agile. (Dex +2) [potion of
                  | mutation]
149634 | D:1      | Lost mutation: You are agile. (Dex +2) [potion of mutation]
149634 | D:1      | Gained mutation: You passively map a small area around you.
                  | [potion of mutation]
149635 | D:1      | Lost mutation: Your mind is acute. (Int +2) [potion of
                  | mutation]
149635 | D:1      | Lost mutation: You passively map a small area around you.
                  | [potion of mutation]
149635 | D:1      | Gained mutation: Your mind is acute. (Int +2) [potion of
                  | mutation]
149635 | D:1      | Gained mutation: You are strong-willed. (Will+) [potion of
                  | mutation]
149636 | D:1      | Lost mutation: Your mind is acute. (Int +2) [potion of
                  | mutation]
149636 | D:1      | Gained mutation: Your mind is acute. (Int +2) [potion of
                  | mutation]
149636 | D:1      | Gained mutation: Your natural rate of healing is unusually
                  | fast. [potion of mutation]
149636 | D:1      | Gained mutation: You are agile. (Dex +2) [potion of
                  | mutation]
149637 | D:1      | Lost mutation: You are strong-willed. (Will+) [potion of
                  | mutation]
149637 | D:1      | Gained mutation: You are robust. (+10% HP) [potion of
                  | mutation]
149637 | D:1      | Gained mutation: Your muscles are strong. (Str +2) [potion
                  | of mutation]
149638 | D:1      | Lost mutation: Your muscles are strong. (Str +2) [potion of
                  | mutation]
149638 | D:1      | Lost mutation: Your natural rate of healing is unusually
                  | fast. [potion of mutation]
149638 | D:1      | Lost mutation: You are agile. (Dex +2) [potion of mutation]
149638 | D:1      | Gained mutation: You expend magic power (3 MP) to
                  | strengthen your wands. [potion of mutation]
149638 | D:1      | Lost mutation: You expend magic power (3 MP) to strengthen
                  | your wands. [potion of mutation]
149638 | D:1      | Gained mutation: Your movements are slightly less
                  | encumbered by armour. (ER -2) [potion of mutation]
149639 | D:1      | Lost mutation: Your mind is acute. (Int +2) [potion of
                  | mutation]
149639 | D:1      | Lost mutation: You are robust. (+10% HP) [potion of
                  | mutation]
149639 | D:1      | Gained mutation: You are frail. (-10% HP) [potion of
                  | mutation]
149639 | D:1      | Gained mutation: Your muscles are strong. (Str +2) [potion
                  | of mutation]
149640 | D:1      | Lost mutation: Your movements are slightly less encumbered
                  | by armour. (ER -2) [potion of mutation]
149640 | D:1      | Lost mutation: You are frail. (-10% HP) [potion of
                  | mutation]
149640 | D:1      | Gained mutation: Your muscles are very strong. (Str +4)
                  | [potion of mutation]
149640 | D:1      | Gained mutation: Your flesh is heat resistant. (rF+)
                  | [potion of mutation]
149640 | D:1      | Gained mutation: You are partially covered in slimy green
                  | scales. (AC +2) [potion of mutation]
149641 | D:1      | Lost mutation: Your muscles are very strong. (Str +4)
                  | [potion of mutation]
149641 | D:1      | Lost mutation: Your flesh is heat resistant. (rF+) [potion
                  | of mutation]
149641 | D:1      | Gained mutation: You are partially covered in iridescent
                  | scales. (AC +2) [potion of mutation]
149641 | D:1      | Gained mutation: Your muscles are very strong. (Str +4)
                  | [potion of mutation]
149642 | D:1      | Lost mutation: Your muscles are very strong. (Str +4)
                  | [potion of mutation]
149642 | D:1      | Lost mutation: You are partially covered in slimy green
                  | scales. (AC +2) [potion of mutation]
149642 | D:1      | Gained mutation: You are strong-willed. (Will+) [potion of
                  | mutation]
149642 | D:1      | Gained mutation: You are agile. (Dex +2) [potion of
                  | mutation]
149642 | D:1      | Gained mutation: You possess an exceptional clarity of
                  | mind. [potion of mutation]
149643 | D:1      | Lost mutation: Your muscles are strong. (Str +2) [potion of
                  | mutation]
149643 | D:1      | Lost mutation: You are agile. (Dex +2) [potion of mutation]
149643 | D:1      | Gained mutation: You are partially covered in thin metallic
                  | scales. (AC +2) [potion of mutation]
149644 | D:1      | Lost mutation: You are strong-willed. (Will+) [potion of
                  | mutation]
149644 | D:1      | Gained mutation: You do not regenerate when monsters are
                  | visible. [potion of mutation]
149644 | D:1      | Gained mutation: You have sharp toenails. [potion of
                  | mutation]
149645 | D:1      | Lost mutation: You are partially covered in thin metallic
                  | scales. (AC +2) [potion of mutation]
149645 | D:1      | Lost mutation: You have sharp toenails. [potion of
                  | mutation]
149645 | D:1      | Lost mutation: You possess an exceptional clarity of mind.
                  | [potion of mutation]
149645 | D:1      | Lost mutation: You are partially covered in iridescent
                  | scales. (AC +2) [potion of mutation]
149645 | D:1      | Gained mutation: You are clumsy. (Dex -2) [potion of
                  | mutation]
149645 | D:1      | Gained mutation: Your muscles are strong. (Str +2) [potion
                  | of mutation]
149646 | D:1      | Lost mutation: You are clumsy. (Dex -2) [potion of
                  | mutation]
149646 | D:1      | Lost mutation: Your muscles are strong. (Str +2) [potion of
                  | mutation]
149646 | D:1      | Gained mutation: You are clumsy. (Dex -2) [potion of
                  | mutation]
149646 | D:1      | Gained mutation: You have sharp toenails. [potion of
                  | mutation]
149647 | D:1      | Lost mutation: You have sharp toenails. [potion of
                  | mutation]
149647 | D:1      | Lost mutation: You are clumsy. (Dex -2) [potion of
                  | mutation]
149647 | D:1      | Lost mutation: You do not regenerate when monsters are
                  | visible. [potion of mutation]
149647 | D:1      | Gained mutation: Scrolls take you a little longer to read.
                  | [potion of mutation]
149647 | D:1      | Gained mutation: You have sharp fingernails. [potion of
                  | mutation]
149647 | D:1      | Gained mutation: Armour fits poorly on your strangely
                  | shaped body. [potion of mutation]
149647 | D:1      | Gained mutation: You are strong-willed. (Will+) [potion of
                  | mutation]
149648 | D:1      | Lost mutation: Armour fits poorly on your strangely shaped
                  | body. [potion of mutation]
149648 | D:1      | Lost mutation: Scrolls take you a little longer to read.
                  | [potion of mutation]
149648 | D:1      | Lost mutation: You are strong-willed. (Will+) [potion of
                  | mutation]
149648 | D:1      | Gained mutation: You do not regenerate when monsters are
                  | visible. [potion of mutation]
149648 | D:1      | Gained mutation: Your spells are a little easier to cast,
                  | but a little less powerful. [potion of mutation]
149648 | D:1      | Gained mutation: You are partially covered in molten
                  | scales. (AC +2) [potion of mutation]
149649 | D:1      | Lost mutation: You do not regenerate when monsters are
                  | visible. [potion of mutation]
149649 | D:1      | Lost mutation: Your spells are a little easier to cast, but
                  | a little less powerful. [potion of mutation]
149649 | D:1      | Lost mutation: You have sharp fingernails. [potion of
                  | mutation]
149649 | D:1      | Gained mutation: Your flesh is cold resistant. (rC+)
                  | [potion of mutation]
149649 | D:1      | Gained mutation: You expend magic power (3 MP) to
                  | strengthen your wands. [potion of mutation]
149649 | D:1      | Gained mutation: You are partially covered in icy blue
                  | scales. (AC +2) [potion of mutation]
149650 | D:1      | Lost mutation: You expend magic power (3 MP) to strengthen
                  | your wands. [potion of mutation]
149650 | D:1      | Lost mutation: Your flesh is cold resistant. (rC+) [potion
                  | of mutation]
149650 | D:1      | Lost mutation: You are partially covered in icy blue
                  | scales. (AC +2) [potion of mutation]
149650 | D:1      | Gained mutation: Scrolls take you a little longer to read.
                  | [potion of mutation]
149650 | D:1      | Gained mutation: Your body sometimes deteriorates upon
                  | taking damage. [potion of mutation]
149650 | D:1      | Gained mutation: Your movements are slightly less
                  | encumbered by armour. (ER -2) [potion of mutation]
149651 | D:1      | Lost mutation: Your body sometimes deteriorates upon taking
                  | damage. [potion of mutation]
149651 | D:1      | Lost mutation: Your movements are slightly less encumbered
                  | by armour. (ER -2) [potion of mutation]
149651 | D:1      | Gained mutation: You are frail. (-10% HP) [potion of
                  | mutation]
149651 | D:1      | Gained mutation: You expend magic power (3 MP) to
                  | strengthen your wands. [potion of mutation]
149651 | D:1      | Gained mutation: Armour fits poorly on your strangely
                  | shaped body. [potion of mutation]
149651 | D:1      | Gained mutation: You have large cloven feet. [potion of
                  | mutation]
149652 | D:1      | Lost mutation: You are partially covered in molten scales.
                  | (AC +2) [potion of mutation]
149652 | D:1      | Lost mutation: You expend magic power (3 MP) to strengthen
                  | your wands. [potion of mutation]
149652 | D:1      | Lost mutation: You have large cloven feet. [potion of
                  | mutation]
149652 | D:1      | Gained mutation: You occasionally shout uncontrollably at
                  | your foes. [potion of mutation]
149652 | D:1      | Gained mutation: Your system is resistant to poisons.
                  | (rPois) [potion of mutation]
149653 | D:1      | Lost mutation: You are frail. (-10% HP) [potion of
                  | mutation]
149653 | D:1      | Lost mutation: Your system is resistant to poisons. (rPois)
                  | [potion of mutation]
149653 | D:1      | Lost mutation: You occasionally shout uncontrollably at
                  | your foes. [potion of mutation]
149653 | D:1      | Lost mutation: Scrolls take you a little longer to read.
                  | [potion of mutation]
149653 | D:1      | Gained mutation: You are clumsy. (Dex -2) [potion of
                  | mutation]
149653 | D:1      | Gained mutation: Your mind is acute. (Int +2) [potion of
                  | mutation]
149653 | D:1      | Gained mutation: You expend magic power (3 MP) to
                  | strengthen your wands. [potion of mutation]
149654 | D:1      | Lost mutation: Armour fits poorly on your strangely shaped
                  | body. [potion of mutation]
149654 | D:1      | Lost mutation: You expend magic power (3 MP) to strengthen
                  | your wands. [potion of mutation]
149654 | D:1      | Lost mutation: You are clumsy. (Dex -2) [potion of
                  | mutation]
149654 | D:1      | Gained mutation: Your mind is very acute. (Int +4) [potion
                  | of mutation]
149654 | D:1      | Gained mutation: You possess an exceptional clarity of
                  | mind. [potion of mutation]
149655 | D:1      | Lost mutation: Your mind is very acute. (Int +4) [potion of
                  | mutation]
149655 | D:1      | Lost mutation: You possess an exceptional clarity of mind.
                  | [potion of mutation]
149655 | D:1      | Lost mutation: Your mind is acute. (Int +2) [potion of
                  | mutation]
149655 | D:1      | Gained mutation: You are robust. (+10% HP) [potion of
                  | mutation]
149655 | D:1      | Gained mutation: You are strong-willed. (Will+) [potion of
                  | mutation]
149656 | D:1      | Lost mutation: You are strong-willed. (Will+) [potion of
                  | mutation]
149656 | D:1      | Gained mutation: You are dopey. (Int -2) [potion of
                  | mutation]
149656 | D:1      | Gained mutation: You passively map a small area around you.
                  | [potion of mutation]
149656 | D:1      | Gained mutation: You are partially covered in large bone
                  | plates. (SH +4) [potion of mutation]
149657 | D:1      | Lost mutation: You are robust. (+10% HP) [potion of
                  | mutation]
149657 | D:1      | Gained mutation: Your spells are a little harder to cast,
                  | but a little more powerful. [potion of mutation]
149658 | D:1      | Lost mutation: You are partially covered in large bone
                  | plates. (SH +4) [potion of mutation]
149658 | D:1      | Lost mutation: You passively map a small area around you.
                  | [potion of mutation]
149658 | D:1      | Gained mutation: Your muscles are strong. (Str +2) [potion
                  | of mutation]
149658 | D:1      | Gained mutation: Your muscles are very strong. (Str +4)
                  | [potion of mutation]
149659 | D:1      | Lost mutation: You are dopey. (Int -2) [potion of mutation]
149659 | D:1      | Lost mutation: Your muscles are very strong. (Str +4)
                  | [potion of mutation]
149659 | D:1      | Gained mutation: You expend magic power (3 MP) to
                  | strengthen your wands. [potion of mutation]
149659 | D:1      | Gained mutation: You have large cloven feet. [potion of
                  | mutation]
149659 | D:1      | Gained mutation: You are partially covered in slimy green
                  | scales. (AC +2) [potion of mutation]
149661 | D:1      | Lost mutation: You have large cloven feet. [potion of
                  | mutation]
149661 | D:1      | Lost mutation: Your muscles are strong. (Str +2) [potion of
                  | mutation]
149661 | D:1      | Lost mutation: Your spells are a little harder to cast, but
                  | a little more powerful. [potion of mutation]
149661 | D:1      | Lost mutation: You expend magic power (3 MP) to strengthen
                  | your wands. [potion of mutation]
149661 | D:1      | Gained mutation: Your muscles are strong. (Str +2) [potion
                  | of mutation]
149661 | D:1      | Gained mutation: Your flesh is cold resistant. (rC+)
                  | [potion of mutation]
149661 | D:1      | Gained mutation: Your mind is acute. (Int +2) [potion of
                  | mutation]
149662 | D:1      | Lost mutation: Your mind is acute. (Int +2) [potion of
                  | mutation]
149662 | D:1      | Lost mutation: Your muscles are strong. (Str +2) [potion of
                  | mutation]
149662 | D:1      | Lost mutation: Your flesh is cold resistant. (rC+) [potion
                  | of mutation]
149662 | D:1      | Gained mutation: Your magical capacity is low. (-10% MP)
                  | [potion of mutation]
149662 | D:1      | Gained mutation: You passively map a small area around you.
                  | [potion of mutation]
149663 | D:1      | Lost mutation: Your magical capacity is low. (-10% MP)
                  | [potion of mutation]
149663 | D:1      | Lost mutation: You passively map a small area around you.
                  | [potion of mutation]
149663 | D:1      | Gained mutation: You are surrounded by a mild repulsion
                  | field. (EV +2) [potion of mutation]
149663 | D:1      | Gained mutation: You are partially covered in large bone
                  | plates. (SH +4) [potion of mutation]
149664 | D:1      | Lost mutation: You are surrounded by a mild repulsion
                  | field. (EV +2) [potion of mutation]
149664 | D:1      | Lost mutation: You are partially covered in large bone
                  | plates. (SH +4) [potion of mutation]
149664 | D:1      | Gained mutation: You have large cloven feet. [potion of
                  | mutation]
149664 | D:1      | Gained mutation: Armour fits poorly on your strangely
                  | shaped body. [potion of mutation]
149664 | D:1      | Gained mutation: You are partially covered in molten
                  | scales. (AC +2) [potion of mutation]
149665 | D:1      | Lost mutation: Armour fits poorly on your strangely shaped
                  | body. [potion of mutation]
149665 | D:1      | Gained mutation: You occasionally shout uncontrollably at
                  | your foes. [potion of mutation]
149665 | D:1      | Gained mutation: You are somewhat resistant to further
                  | mutation. [potion of mutation]
149666 | D:1      | Lost mutation: You occasionally shout uncontrollably at
                  | your foes. [potion of mutation]
149666 | D:1      | Lost mutation: You have large cloven feet. [potion of
                  | mutation]
149666 | D:1      | Gained mutation: You possess an exceptional clarity of
                  | mind. [potion of mutation]
149667 | D:1      | Lost mutation: You possess an exceptional clarity of mind.
                  | [potion of mutation]
149667 | D:1      | Lost mutation: You are somewhat resistant to further
                  | mutation. [potion of mutation]
149667 | D:1      | Gained mutation: Scrolls take you a little longer to read.
                  | [potion of mutation]
149667 | D:1      | Gained mutation: Your magical capacity is low. (-10% MP)
                  | [potion of mutation]
149667 | D:1      | Gained mutation: You have sharp toenails. [potion of
                  | mutation]
149668 | D:1      | Lost mutation: Your magical capacity is low. (-10% MP)
                  | [potion of mutation]
149668 | D:1      | Lost mutation: Scrolls take you a little longer to read.
                  | [potion of mutation]
149668 | D:1      | Gained mutation: You are agile. (Dex +2) [potion of
                  | mutation]
149668 | D:1      | Gained mutation: You are partially covered in large bone
                  | plates. (SH +4) [potion of mutation]
149669 | D:1      | Lost mutation: You are partially covered in molten scales.
                  | (AC +2) [potion of mutation]
149669 | D:1      | Lost mutation: You have sharp toenails. [potion of
                  | mutation]
149669 | D:1      | Lost mutation: You are partially covered in large bone
                  | plates. (SH +4) [potion of mutation]
149669 | D:1      | Gained mutation: You are partially covered in thin metallic
                  | scales. (AC +2) [potion of mutation]
149669 | D:1      | Gained mutation: You are mostly covered in slimy green
                  | scales. (AC +3) [potion of mutation]
149670 | D:1      | Lost mutation: You are mostly covered in slimy green
                  | scales. (AC +3) [potion of mutation]
149670 | D:1      | Lost mutation: You are agile. (Dex +2) [potion of mutation]
149670 | D:1      | Gained mutation: Scrolls take you a little longer to read.
                  | [potion of mutation]
149670 | D:1      | Gained mutation: Your movements are slightly less
                  | encumbered by armour. (ER -2) [potion of mutation]
149670 | D:1      | Gained mutation: You occasionally shout uncontrollably at
                  | your foes. [potion of mutation]
149670 | D:1      | Gained mutation: You are robust. (+10% HP) [potion of
                  | mutation]
149671 | D:1      | Lost mutation: Scrolls take you a little longer to read.
                  | [potion of mutation]
149671 | D:1      | Lost mutation: You occasionally shout uncontrollably at
                  | your foes. [potion of mutation]
149671 | D:1      | Gained mutation: Your muscles are strong. (Str +2) [potion
                  | of mutation]
149671 | D:1      | Gained mutation: Your natural rate of healing is unusually
                  | fast. [potion of mutation]
149672 | D:1      | Lost mutation: You are robust. (+10% HP) [potion of
                  | mutation]
149672 | D:1      | Gained mutation: You are strong-willed. (Will+) [potion of
                  | mutation]
149672 | D:1      | Gained mutation: Your muscles are very strong. (Str +4)
                  | [potion of mutation]
149673 | D:1      | Lost mutation: Your muscles are very strong. (Str +4)
                  | [potion of mutation]
149673 | D:1      | Lost mutation: You are strong-willed. (Will+) [potion of
                  | mutation]
149673 | D:1      | Lost mutation: Your muscles are strong. (Str +2) [potion of
                  | mutation]
149673 | D:1      | Gained mutation: Scrolls take you a little longer to read.
                  | [potion of mutation]
149673 | D:1      | Gained mutation: Your flesh is cold resistant. (rC+)
                  | [potion of mutation]
149674 | D:1      | Lost mutation: You are partially covered in thin metallic
                  | scales. (AC +2) [potion of mutation]
149674 | D:1      | Lost mutation: Scrolls take you a little longer to read.
                  | [potion of mutation]
149674 | D:1      | Lost mutation: Your movements are slightly less encumbered
                  | by armour. (ER -2) [potion of mutation]
149674 | D:1      | Gained mutation: You expend magic power (3 MP) to
                  | strengthen your wands. [potion of mutation]
149675 | D:1      | Lost mutation: You are partially covered in slimy green
                  | scales. (AC +2) [potion of mutation]
149675 | D:1      | Lost mutation: You expend magic power (3 MP) to strengthen
                  | your wands. [potion of mutation]
149675 | D:1      | Lost mutation: Your natural rate of healing is unusually
                  | fast. [potion of mutation]
149675 | D:1      | Lost mutation: Your flesh is cold resistant. (rC+) [potion
                  | of mutation]
149675 | D:1      | Gained mutation: You have large cloven feet. [potion of
                  | mutation]
149675 | D:1      | Gained mutation: You have hoof-like feet. [potion of
                  | mutation]
149675 | D:1      | Gained mutation: Your spells are a little easier to cast,
                  | but a little less powerful. [potion of mutation]
149675 | D:1      | Gained mutation: You are partially covered in icy blue
                  | scales. (AC +2) [potion of mutation]
149676 | D:1      | Lost mutation: You are partially covered in icy blue
                  | scales. (AC +2) [potion of mutation]
149676 | D:1      | Lost mutation: Your spells are a little easier to cast, but
                  | a little less powerful. [potion of mutation]
149676 | D:1      | Gained mutation: You have hooves in place of feet. [potion
                  | of mutation]
149676 | D:1      | Gained mutation: You are dopey. (Int -2) [potion of
                  | mutation]
149676 | D:1      | Lost mutation: You are dopey. (Int -2) [potion of mutation]
149677 | D:1      | Lost mutation: You have hooves in place of feet. [potion of
                  | mutation]
149677 | D:1      | Lost mutation: You have hoof-like feet. [potion of
                  | mutation]
149677 | D:1      | Gained mutation: Your spells are a little harder to cast,
                  | but a little more powerful. [potion of mutation]
149677 | D:1      | Lost mutation: You have large cloven feet. [potion of
                  | mutation]
149677 | D:1      | Gained mutation: Your natural rate of healing is unusually
                  | fast. [potion of mutation]
149678 | D:1      | Lost mutation: Your spells are a little harder to cast, but
                  | a little more powerful. [potion of mutation]
149678 | D:1      | Lost mutation: Your natural rate of healing is unusually
                  | fast. [potion of mutation]
149678 | D:1      | Gained mutation: You have an increased reservoir of magic.
                  | (+10% MP) [potion of mutation]
149678 | D:1      | Gained mutation: You passively map a small area around you.
                  | [potion of mutation]
149678 | D:1      | Gained mutation: You have sharp toenails. [potion of
                  | mutation]
149679 | D:1      | Lost mutation: You passively map a small area around you.
                  | [potion of mutation]
149679 | D:1      | Gained mutation: You passively map a small area around you.
                  | [potion of mutation]
149679 | D:1      | Lost mutation: You have sharp toenails. [potion of
                  | mutation]
149679 | D:1      | Gained mutation: You occasionally shout uncontrollably at
                  | your foes. [potion of mutation]
149679 | D:1      | Gained mutation: Your mind is acute. (Int +2) [potion of
                  | mutation]
149680 | D:1      | Lost mutation: Your mind is acute. (Int +2) [potion of
                  | mutation]
149680 | D:1      | Lost mutation: You occasionally shout uncontrollably at
                  | your foes. [potion of mutation]
149680 | D:1      | Gained mutation: You are resistant to electric shocks.
                  | (rElec) [potion of mutation]
149680 | D:1      | Gained mutation: Potions are less effective at restoring
                  | your health. [potion of mutation]
149680 | D:1      | Gained mutation: You are partially covered in icy blue
                  | scales. (AC +2) [potion of mutation]
149680 | D:1      | Gained mutation: You expend magic power (3 MP) to
                  | strengthen your wands. [potion of mutation]
149681 | D:1      | Lost mutation: You have an increased reservoir of magic.
                  | (+10% MP) [potion of mutation]
149681 | D:1      | Lost mutation: Potions are less effective at restoring your
                  | health. [potion of mutation]
149681 | D:1      | Gained mutation: You have sharp fingernails. [potion of
                  | mutation]
149681 | D:1      | Gained mutation: You are partially covered in yellow
                  | scales. (AC +2) [potion of mutation]
149681 | D:1      | Gained mutation: You are agile. (Dex +2) [potion of
                  | mutation]
149682 | D:1      | Lost mutation: You are partially covered in icy blue
                  | scales. (AC +2) [potion of mutation]
149682 | D:1      | Lost mutation: You expend magic power (3 MP) to strengthen
                  | your wands. [potion of mutation]
149682 | D:1      | Lost mutation: You are agile. (Dex +2) [potion of mutation]
149682 | D:1      | Gained mutation: You are mostly covered in yellow scales.
                  | (AC +3) [potion of mutation]
149682 | D:1      | Gained mutation: Armour fits poorly on your strangely
                  | shaped body. [potion of mutation]
149682 | D:1      | Gained mutation: You have large cloven feet. [potion of
                  | mutation]
149683 | D:1      | Lost mutation: You have sharp fingernails. [potion of
                  | mutation]
149683 | D:1      | Lost mutation: You are mostly covered in yellow scales. (AC
                  | +3) [potion of mutation]
149683 | D:1      | Gained mutation: You are covered in fur. (AC +1) [potion of
                  | mutation]
149683 | D:1      | Gained mutation: Potions are less effective at restoring
                  | your health. [potion of mutation]
149683 | D:1      | Gained mutation: Your muscles are strong. (Str +2) [potion
                  | of mutation]
149684 | D:1      | Lost mutation: Potions are less effective at restoring your
                  | health. [potion of mutation]
149684 | D:1      | Lost mutation: Armour fits poorly on your strangely shaped
                  | body. [potion of mutation]
149684 | D:1      | Gained mutation: You have an increased reservoir of magic.
                  | (+10% MP) [potion of mutation]
149685 | D:1      | Lost mutation: Your muscles are strong. (Str +2) [potion of
                  | mutation]
149685 | D:1      | Lost mutation: You have large cloven feet. [potion of
                  | mutation]
149685 | D:1      | Gained mutation: Your spells are a little harder to cast,
                  | but a little more powerful. [potion of mutation]
149685 | D:1      | Gained mutation: You have large cloven feet. [potion of
                  | mutation]
149686 | D:1      | Lost mutation: Your spells are a little harder to cast, but
                  | a little more powerful. [potion of mutation]
149686 | D:1      | Lost mutation: You have an increased reservoir of magic.
                  | (+10% MP) [potion of mutation]
149686 | D:1      | Lost mutation: You passively map a small area around you.
                  | [potion of mutation]
149686 | D:1      | Gained mutation: You do not regenerate when monsters are
                  | visible. [potion of mutation]
149686 | D:1      | Gained mutation: You passively map a small area around you.
                  | [potion of mutation]
149687 | D:1      | Lost mutation: You are covered in fur. (AC +1) [potion of
                  | mutation]
149687 | D:1      | Lost mutation: You do not regenerate when monsters are
                  | visible. [potion of mutation]
149687 | D:1      | Lost mutation: You are partially covered in yellow scales.
                  | (AC +2) [potion of mutation]
149687 | D:1      | Gained mutation: Scrolls take you a little longer to read.
                  | [potion of mutation]
149687 | D:1      | Gained mutation: You evolve. [potion of mutation]
149687 | D:1      | Gained mutation: Your muscles are strong. (Str +2) [potion
                  | of mutation]
149688 | D:1      | Lost mutation: Scrolls take you a little longer to read.
                  | [potion of mutation]
149688 | D:1      | Lost mutation: You are resistant to electric shocks.
                  | (rElec) [potion of mutation]
149688 | D:1      | Lost mutation: You passively map a small area around you.
                  | [potion of mutation]
149688 | D:1      | Gained mutation: You are robust. (+10% HP) [potion of
                  | mutation]
149688 | D:1      | Gained mutation: Your flesh is heat resistant. (rF+)
                  | [potion of mutation]
149689 | D:1      | Lost mutation: Your flesh is heat resistant. (rF+) [potion
                  | of mutation]
149689 | D:1      | Lost mutation: You evolve. [potion of mutation]
149689 | D:1      | Lost mutation: You are robust. (+10% HP) [potion of
                  | mutation]
149689 | D:1      | Lost mutation: Your muscles are strong. (Str +2) [potion of
                  | mutation]
149689 | D:1      | Gained mutation: Your spells are a little harder to cast,
                  | but a little more powerful. [potion of mutation]
149689 | D:1      | Gained mutation: You are weak. (Str -2) [potion of
                  | mutation]
149689 | D:1      | Gained mutation: You are agile. (Dex +2) [potion of
                  | mutation]
149689 | D:1      | Gained mutation: You possess an exceptional clarity of
                  | mind. [potion of mutation]
149789 | D:1      | Acquired 860 gold pieces
149833 | Zig:1    | Entered Level 1 of a ziggurat
149926 | Zig:2    | Entered Level 2 of a ziggurat
150186 | Zig:3    | Entered Level 3 of a ziggurat
150358 | Zig:4    | Entered Level 4 of a ziggurat
150602 | Zig:4    | Got a brightly glowing marble ring
150636 | Zig:4    | Identified the ring "Otwirico" {Ice +Blink +Fly Dex+2
                  | Stlth-} (You found it on level 4 of a ziggurat)
150649 | Zig:5    | Entered Level 5 of a ziggurat
150967 | Zig:6    | Entered Level 6 of a ziggurat
151135 | Zig:6    | Identified the Tome of Dark Arts and Displacement
151142 | Zig:7    | Entered Level 7 of a ziggurat
151380 | Zig:8    | Entered Level 8 of a ziggurat
151381 | Zig:8    | Noticed a Killer Klown
151381 | Zig:8    | Noticed a Killer Klown
151381 | Zig:8    | Noticed a Killer Klown
151381 | Zig:8    | Noticed a Killer Klown
151382 | Zig:8    | Noticed Entast the pandemonium lord
151382 | Zig:8    | Noticed a Killer Klown
151382 | Zig:8    | Noticed Kabbug the pandemonium lord
151382 | Zig:8    | Noticed Maczof the pandemonium lord
151382 | Zig:8    | Noticed a Killer Klown
151382 | Zig:8    | Noticed a Killer Klown
151382 | Zig:8    | Noticed Tengihy the pandemonium lord
151382 | Zig:8    | Noticed Doerewk the pandemonium lord
151383 | Zig:8    | Noticed Teilafatu the pandemonium lord
151383 | Zig:8    | Noticed Zoshreira the pandemonium lord
151383 | Zig:8    | Noticed a Killer Klown
151383 | Zig:8    | Noticed a Killer Klown
151383 | Zig:8    | Noticed Iffiocsus the pandemonium lord
151383 | Zig:8    | Noticed Gapoalam the pandemonium lord
151384 | Zig:8    | Noticed a Killer Klown
151384 | Zig:8    | Noticed a Killer Klown
151384 | Zig:8    | Noticed Sejexta the pandemonium lord
151384 | Zig:8    | Noticed Syclaf the pandemonium lord
151384 | Zig:8    | Noticed Osunioqa the pandemonium lord
151384 | Zig:8    | Noticed Efraukuu the pandemonium lord
151384 | Zig:8    | Noticed Jadghood the pandemonium lord
151384 | Zig:8    | Noticed Saob the pandemonium lord
151384 | Zig:8    | Noticed a Killer Klown
151384 | Zig:8    | Noticed a Killer Klown
151386 | Zig:8    | Noticed Xiur the pandemonium lord
151386 | Zig:8    | Noticed Yrehagh the pandemonium lord
151386 | Zig:8    | Noticed a Killer Klown
151386 | Zig:8    | Noticed Ofyuzuv the pandemonium lord
151386 | Zig:8    | Noticed Gynkiru the pandemonium lord
151386 | Zig:8    | Noticed Jijimynn the pandemonium lord
151386 | Zig:8    | Noticed a Killer Klown
151387 | Zig:8    | Killed a Killer Klown
151387 | Zig:8    | Noticed Izoly the pandemonium lord
151387 | Zig:8    | Noticed Vehaiblu the pandemonium lord
151388 | Zig:8    | Killed a Killer Klown
151388 | Zig:8    | a Killer Klown changed into an iron giant
151388 | Zig:8    | Noticed Eruhigir the pandemonium lord
151389 | Zig:8    | Killed a Killer Klown
151390 | Zig:8    | Killed Zoshreira the pandemonium lord
151390 | Zig:8    | Killed a Killer Klown
151390 | Zig:8    | Killed Entast the pandemonium lord
151390 | Zig:8    | Killed a Killer Klown
151392 | Zig:8    | Killed Tengihy the pandemonium lord
151392 | Zig:8    | Killed Gapoalam the pandemonium lord
151393 | Zig:8    | Killed a Killer Klown
151393 | Zig:8    | Killed a Killer Klown
151393 | Zig:8    | Killed a Killer Klown
151393 | Zig:8    | Killed a Killer Klown
151393 | Zig:8    | Noticed Dautzaer the pandemonium lord
151393 | Zig:8    | Noticed Kiwuravi the pandemonium lord
151394 | Zig:8    | Killed Maczof the pandemonium lord
151395 | Zig:8    | Noticed Ilyon the pandemonium lord
151398 | Zig:8    | Killed Kabbug the pandemonium lord
151399 | Zig:8    | Noticed Hesod the pandemonium lord
151399 | Zig:8    | Killed a Killer Klown
151402 | Zig:8    | Killed Jadghood the pandemonium lord
151402 | Zig:8    | Noticed a Killer Klown
151403 | Zig:8    | Noticed Zevi the pandemonium lord
151403 | Zig:8    | Noticed a Killer Klown
151403 | Zig:8    | Killed a Killer Klown
151403 | Zig:8    | Killed a Killer Klown
151403 | Zig:8    | Killed Iffiocsus the pandemonium lord
151403 | Zig:8    | Noticed Barhoap the pandemonium lord
151404 | Zig:8    | Killed a Killer Klown
151404 | Zig:8    | Killed a Killer Klown
151404 | Zig:8    | Killed a Killer Klown
151405 | Zig:8    | Killed Jijimynn the pandemonium lord
151405 | Zig:8    | Killed Yrehagh the pandemonium lord
151405 | Zig:8    | Killed Ofyuzuv the pandemonium lord
151405 | Zig:8    | Killed a Killer Klown
151405 | Zig:8    | Killed Ilyon the pandemonium lord
151405 | Zig:8    | Noticed a Killer Klown
151406 | Zig:8    | Killed Kiwuravi the pandemonium lord
151406 | Zig:8    | Noticed a Killer Klown
151407 | Zig:8    | Killed Hesod the pandemonium lord
151407 | Zig:8    | Killed a Killer Klown
151407 | Zig:8    | Noticed Loid the pandemonium lord
151408 | Zig:8    | Noticed a Killer Klown
151410 | Zig:8    | Killed Doerewk the pandemonium lord
151410 | Zig:8    | Killed Efraukuu the pandemonium lord
151410 | Zig:8    | Killed Osunioqa the pandemonium lord
151410 | Zig:8    | Killed Sejexta the pandemonium lord
151411 | Zig:8    | Killed Xiur the pandemonium lord
151411 | Zig:8    | Killed Dautzaer the pandemonium lord
151411 | Zig:8    | Killed Izoly the pandemonium lord
151412 | Zig:8    | Killed Teilafatu the pandemonium lord
151412 | Zig:8    | Killed Eruhigir the pandemonium lord
151413 | Zig:8    | Killed Saob the pandemonium lord
151413 | Zig:8    | Killed Vehaiblu the pandemonium lord
151415 | Zig:8    | Killed Syclaf the pandemonium lord
151425 | Zig:8    | Killed Barhoap the pandemonium lord
151427 | Zig:8    | Killed a Killer Klown
151427 | Zig:8    | Killed Gynkiru the pandemonium lord
151428 | Zig:8    | Killed Loid the pandemonium lord
151429 | Zig:8    | Killed Zevi the pandemonium lord
151439 | Zig:8    | Killed a Killer Klown
151559 | Zig:8    | Got a crude lead ring
151622 | Zig:8    | Got a pair of distressingly furry boots
151645 | Zig:9    | Entered Level 9 of a ziggurat
151925 | Zig:9    | Identified the +2 pair of boots of Entitlement {Will+
                  | Int+4} (You found it on level 8 of a ziggurat)
152153 | Zig:9    | Got a wavering pewter ring
152175 | Zig:10   | Entered Level 10 of a ziggurat
152430 | Zig:11   | Entered Level 11 of a ziggurat
152462 | Zig:11   | Found the +10 tower shield of Ignorance {rN+ Int-4}
152543 | Zig:11   | Got a pitted steel amulet
152554 | Zig:11   | Got a wavering marble ring
152557 | Zig:11   | Got a steaming marble ring
152826 | Zig:12   | Entered Level 12 of a ziggurat
152828 | Zig:12   | Noticed an ancient lich
152829 | Zig:12   | Noticed an ancient lich
152830 | Zig:12   | Noticed an ancient lich
152831 | Zig:12   | Noticed an ancient lich
152831 | Zig:12   | Noticed an ancient lich
152832 | Zig:12   | Noticed an ancient lich
152832 | Zig:12   | Noticed an ancient lich
152832 | Zig:12   | Killed an ancient lich
152832 | Zig:12   | Killed an ancient lich
152832 | Zig:12   | Killed an ancient lich
152832 | Zig:12   | Killed an ancient lich
152832 | Zig:12   | Noticed an ancient lich
152833 | Zig:12   | Noticed an ancient lich
152833 | Zig:12   | Noticed an ancient lich
152833 | Zig:12   | Noticed an ancient lich
152833 | Zig:12   | Noticed an ancient lich
152833 | Zig:12   | Noticed an ancient lich
152835 | Zig:12   | Killed an ancient lich
152835 | Zig:12   | Killed an ancient lich
152837 | Zig:12   | Killed an ancient lich
152838 | Zig:12   | Noticed an ancient lich
152839 | Zig:12   | Noticed an ancient lich
152844 | Zig:12   | Noticed an ancient lich
152845 | Zig:12   | Noticed an ancient lich
152847 | Zig:12   | Killed an ancient lich
152847 | Zig:12   | Killed an ancient lich
152847 | Zig:12   | Killed an ancient lich
152847 | Zig:12   | Killed an ancient lich
152847 | Zig:12   | Killed an ancient lich
152847 | Zig:12   | Killed an ancient lich
152847 | Zig:12   | Killed an ancient lich
152847 | Zig:12   | Killed an ancient lich
152852 | Zig:12   | Killed an ancient lich
152871 | Zig:12   | Killed an ancient lich
153117 | Zig:12   | Got a coiled iron ring
153140 | Zig:12   | Identified the Grimoire of the Spatial Rocks
153142 | Zig:12   | Identified Sif Muna's Compendium of Poison and Bewitchment
153208 | Zig:13   | Entered Level 13 of a ziggurat
153208 | Zig:13   | Noticed a royal mummy
153208 | Zig:13   | Noticed a royal mummy
153208 | Zig:13   | Noticed a royal mummy
153208 | Zig:13   | Noticed a royal mummy
153208 | Zig:13   | Noticed a royal mummy
153208 | Zig:13   | Noticed a royal mummy
153208 | Zig:13   | Noticed a royal mummy
153208 | Zig:13   | Noticed a royal mummy
153208 | Zig:13   | Noticed a royal mummy
153208 | Zig:13   | Noticed a royal mummy
153208 | Zig:13   | Noticed a royal mummy
153210 | Zig:13   | Noticed a royal mummy
153211 | Zig:13   | Killed a royal mummy
153211 | Zig:13   | Killed a royal mummy
153211 | Zig:13   | Killed a royal mummy
153211 | Zig:13   | Killed a royal mummy
153211 | Zig:13   | Killed a royal mummy
153212 | Zig:13   | Noticed a royal mummy
153213 | Zig:13   | Killed a royal mummy
153213 | Zig:13   | Noticed a royal mummy
153214 | Zig:13   | Noticed a royal mummy
153214 | Zig:13   | Killed a royal mummy
153214 | Zig:13   | Killed a royal mummy
153215 | Zig:13   | Noticed a royal mummy
153215 | Zig:13   | Noticed a royal mummy
153215 | Zig:13   | Killed a royal mummy
153215 | Zig:13   | Killed a royal mummy
153215 | Zig:13   | Killed a royal mummy
153216 | Zig:13   | Noticed a royal mummy
153216 | Zig:13   | Noticed a royal mummy
153216 | Zig:13   | Noticed a royal mummy
153216 | Zig:13   | Killed a royal mummy
153217 | Zig:13   | Noticed a royal mummy
153218 | Zig:13   | Noticed a royal mummy
153219 | Zig:13   | Noticed a royal mummy
153220 | Zig:13   | Noticed a royal mummy
153226 | Zig:13   | Noticed a royal mummy
153232 | Zig:13   | Noticed a royal mummy
153232 | Zig:13   | Noticed a royal mummy
153233 | Zig:13   | Noticed a royal mummy
153233 | Zig:13   | Noticed a royal mummy
153235 | Zig:13   | Killed a royal mummy
153235 | Zig:13   | Killed a royal mummy
153235 | Zig:13   | Noticed a royal mummy
153236 | Zig:13   | Noticed a royal mummy
153236 | Zig:13   | Killed a royal mummy
153236 | Zig:13   | Killed a royal mummy
153236 | Zig:13   | Killed a royal mummy
153236 | Zig:13   | Killed a royal mummy
153236 | Zig:13   | Killed a royal mummy
153237 | Zig:13   | Noticed a royal mummy
153237 | Zig:13   | Killed a royal mummy
153238 | Zig:13   | Killed a royal mummy
153238 | Zig:13   | Noticed a royal mummy
153247 | Zig:13   | Noticed a royal mummy
153248 | Zig:13   | Killed a royal mummy
153249 | Zig:13   | Killed a royal mummy
153249 | Zig:13   | Killed a royal mummy
153250 | Zig:13   | Killed a royal mummy
153251 | Zig:13   | Killed a royal mummy
153254 | Zig:13   | Killed a royal mummy
153262 | Zig:13   | Killed a royal mummy
153263 | Zig:13   | Killed a royal mummy
153265 | Zig:13   | Killed a royal mummy
153268 | Zig:13   | Killed a royal mummy
153270 | Zig:13   | Killed a royal mummy
153274 | Zig:13   | Killed a royal mummy
153274 | Zig:13   | Noticed a royal mummy
153277 | Zig:13   | Killed a royal mummy
153283 | Zig:13   | Killed a royal mummy
153363 | Zig:13   | Got a flickering iron ring
153382 | Zig:13   | Identified the ring "Daceori" {rElec Int+4 Stlth+} (You
                  | found it on level 8 of a ziggurat)
153384 | Zig:13   | Identified the ring "Vapn" {*Tele rF+ rC- rN+ Dex+5} (You
                  | found it on level 9 of a ziggurat)
153386 | Zig:13   | Identified the amulet "Qulaxuosh" {Faith rElec rF++ Str-3
                  | Int+4} (You found it on level 11 of a ziggurat)
153388 | Zig:13   | Identified the ring of the Genius {rC+ Will+ Stlth+} (You
                  | found it on level 11 of a ziggurat)
153390 | Zig:13   | Identified the ring "Plog" {*Tele *Drain rC++ Str+2} (You
                  | found it on level 12 of a ziggurat)
153392 | Zig:13   | Identified the ring "Weoqix" {Int+7 Slay+3 SInv Stlth-}
                  | (You found it on level 13 of a ziggurat)
153394 | Zig:13   | Identified the ring "Hefing" {rC+ Dex+6} (You found it on
                  | level 11 of a ziggurat)
153397 | Zig:13   | Got a pair of ichor-stained gloves
153400 | Zig:13   | Got a flickering lead amulet
153402 | Zig:13   | Got a warped tin ring
153685 | Zig:13   | Identified the +1 pair of gloves of Fortitude {+Fly rElec}
                  | (You found it on level 13 of a ziggurat)
153687 | Zig:13   | Identified the amulet "Tiakh" {Spirit rF+ Str+9} (You found
                  | it on level 13 of a ziggurat)
153689 | Zig:13   | Identified the ring of the Forsaken Yaks {rC+ Str-5 Int+6
                  | Dex+4} (You found it on level 13 of a ziggurat)
153698 | Zig:14   | Entered Level 14 of a ziggurat
153699 | Zig:14   | Noticed a shard shrike
153700 | Zig:14   | Noticed a shard shrike
153703 | Zig:14   | Noticed a shard shrike
153704 | Zig:14   | Noticed a shard shrike
153704 | Zig:14   | Noticed a shard shrike
153706 | Zig:14   | Noticed a shard shrike
153707 | Zig:14   | Noticed a shard shrike
153709 | Zig:14   | Noticed a shard shrike
153710 | Zig:14   | Killed a shard shrike
153710 | Zig:14   | Killed a shard shrike
153712 | Zig:14   | Killed a shard shrike
153714 | Zig:14   | Killed a shard shrike
153714 | Zig:14   | Killed a shard shrike
153715 | Zig:14   | Noticed a shard shrike
153722 | Zig:14   | Killed a shard shrike
153722 | Zig:14   | Killed a shard shrike
153725 | Zig:14   | Killed a shard shrike
153729 | Zig:14   | Noticed a shard shrike
153742 | Zig:14   | Killed a shard shrike
153745 | Zig:14   | Noticed a shard shrike
153745 | Zig:14   | Noticed a shard shrike
153754 | Zig:14   | Killed a shard shrike
153768 | Zig:14   | Killed a shard shrike
153802 | Zig:14   | Noticed a shard shrike
153803 | Zig:14   | Killed a shard shrike
153817 | Zig:14   | Killed a shard shrike
154168 | Zig:14   | Got an ancient ivory ring
154245 | Zig:15   | Entered Level 15 of a ziggurat
154249 | Zig:15   | Noticed an ancient lich
154249 | Zig:15   | Noticed an ancient lich
154250 | Zig:15   | Noticed an ancient lich
154251 | Zig:15   | Noticed an ancient lich
154251 | Zig:15   | Noticed an ancient lich
154252 | Zig:15   | Noticed an ancient lich
154253 | Zig:15   | Noticed an ancient lich
154253 | Zig:15   | Noticed an ancient lich
154255 | Zig:15   | Killed an ancient lich
154255 | Zig:15   | Killed an ancient lich
154255 | Zig:15   | Killed an ancient lich
154255 | Zig:15   | Killed an ancient lich
154255 | Zig:15   | Killed an ancient lich
154255 | Zig:15   | Killed an ancient lich
154255 | Zig:15   | Noticed an ancient lich
154256 | Zig:15   | Noticed an ancient lich
154257 | Zig:15   | Noticed an ancient lich
154257 | Zig:15   | Killed an ancient lich
154257 | Zig:15   | Killed an ancient lich
154257 | Zig:15   | Killed an ancient lich
154257 | Zig:15   | Killed an ancient lich
154258 | Zig:15   | Noticed an ancient lich
154260 | Zig:15   | Noticed an ancient lich
154260 | Zig:15   | Noticed an ancient lich
154262 | Zig:15   | Noticed an ancient lich
154262 | Zig:15   | Noticed an ancient lich
154263 | Zig:15   | Noticed an ancient lich
154263 | Zig:15   | Noticed an ancient lich
154263 | Zig:15   | Noticed an ancient lich
154264 | Zig:15   | Noticed an ancient lich
154264 | Zig:15   | Noticed an ancient lich
154264 | Zig:15   | Killed an ancient lich
154265 | Zig:15   | Killed an ancient lich
154266 | Zig:15   | Killed an ancient lich
154266 | Zig:15   | Killed an ancient lich
154274 | Zig:15   | Killed an ancient lich
154275 | Zig:15   | Killed an ancient lich
154276 | Zig:15   | Killed an ancient lich
154276 | Zig:15   | Killed an ancient lich
154277 | Zig:15   | Killed an ancient lich
154286 | Zig:15   | Killed an ancient lich
154325 | Zig:15   | Killed an ancient lich
154598 | Zig:15   | Got a sparkling wooden ring
154603 | Zig:15   | Got a vibrating granite ring
154607 | Zig:15   | Identified the Disquisition on Enchantment
154633 | Zig:16   | Entered Level 16 of a ziggurat
155492 | Zig:16   | Identified the Reference Book on Destructive Companions
155500 | Zig:16   | Identified the Papyrus of Flames
155510 | Zig:16   | Got an ancient copper ring
155512 | Zig:16   | Got a brightly glowing wooden ring
155519 | Zig:16   | Identified the ring "Nopset" {rC- Will- Str+6 Int+4 Dex+7}
                  | (You found it on level 14 of a ziggurat)
155522 | Zig:16   | Identified the ring "Winnomm" {rF+ rC+ Will+ Str-3} (You
                  | found it on level 15 of a ziggurat)
155525 | Zig:16   | Identified the ring "Quoriamm" {Ice +Blink +Fly Dex+3 SInv}
                  | (You found it on level 15 of a ziggurat)
155527 | Zig:16   | Identified the ring "Sooniam" {+Fly Int+5 Dex+3} (You found
                  | it on level 16 of a ziggurat)
155529 | Zig:16   | Identified the ring of the Snail {+Fly rElec rF+++ Int+6
                  | Dex-5} (You found it on level 16 of a ziggurat)
155553 | Zig:17   | Entered Level 17 of a ziggurat
156011 | Zig:18   | Entered Level 18 of a ziggurat
156375 | Zig:18   | Identified the Incunabulum of Poisoning and Transformation
156381 | Zig:18   | Identified the Papyrus of Shape Shifting and the Frostbite
156400 | Zig:18   | Identified Emueniu's Reference Book on Shifting Enchantment
156471 | Zig:19   | Entered Level 19 of a ziggurat
157033 | Zig:19   | Identified the Almanac of the Venomous Compass
157044 | Zig:19   | Got a steaming brass ring
157081 | Zig:20   | Entered Level 20 of a ziggurat
157083 | Zig:20   | Noticed a juggernaut
157083 | Zig:20   | Noticed a juggernaut
157084 | Zig:20   | Noticed a juggernaut
157086 | Zig:20   | Noticed a juggernaut
157086 | Zig:20   | Noticed a juggernaut
157086 | Zig:20   | Noticed a juggernaut
157087 | Zig:20   | Noticed a juggernaut
157087 | Zig:20   | Noticed a juggernaut
157087 | Zig:20   | Noticed a juggernaut
157087 | Zig:20   | Noticed a juggernaut
157089 | Zig:20   | Noticed a juggernaut
157096 | Zig:20   | Noticed a juggernaut
157097 | Zig:20   | Killed a juggernaut
157098 | Zig:20   | Killed a juggernaut
157099 | Zig:20   | Noticed a juggernaut
157099 | Zig:20   | Noticed a juggernaut
157100 | Zig:20   | Killed a juggernaut
157101 | Zig:20   | Killed a juggernaut
157102 | Zig:20   | Killed a juggernaut
157102 | Zig:20   | Noticed a juggernaut
157103 | Zig:20   | Noticed a juggernaut
157104 | Zig:20   | Noticed a juggernaut
157106 | Zig:20   | Killed a juggernaut
157106 | Zig:20   | Noticed a juggernaut
157112 | Zig:20   | Killed a juggernaut
157113 | Zig:20   | Noticed a juggernaut
157114 | Zig:20   | Noticed a juggernaut
157116 | Zig:20   | Killed a juggernaut
157116 | Zig:20   | Noticed a juggernaut
157118 | Zig:20   | Killed a juggernaut
157120 | Zig:20   | Killed a juggernaut
157120 | Zig:20   | Noticed a juggernaut
157121 | Zig:20   | Killed a juggernaut
157121 | Zig:20   | Killed a juggernaut
157122 | Zig:20   | Killed a juggernaut
157126 | Zig:20   | Noticed a juggernaut
157128 | Zig:20   | Noticed a juggernaut
157129 | Zig:20   | Noticed a juggernaut
157131 | Zig:20   | Noticed a juggernaut
157131 | Zig:20   | Noticed a juggernaut
157134 | Zig:20   | Noticed a juggernaut
157135 | Zig:20   | Noticed a juggernaut
157136 | Zig:20   | Noticed a juggernaut
157139 | Zig:20   | Killed a juggernaut
157140 | Zig:20   | Killed a juggernaut
157141 | Zig:20   | Killed a juggernaut
157145 | Zig:20   | Killed a juggernaut
157148 | Zig:20   | Killed a juggernaut
157148 | Zig:20   | Killed a juggernaut
157148 | Zig:20   | Killed a juggernaut
157148 | Zig:20   | Killed a juggernaut
157148 | Zig:20   | Killed a juggernaut
157148 | Zig:20   | Killed a juggernaut
157148 | Zig:20   | Killed a juggernaut
157148 | Zig:20   | Killed a juggernaut
157148 | Zig:20   | Noticed a juggernaut
157152 | Zig:20   | Killed a juggernaut
157154 | Zig:20   | Killed a juggernaut
157158 | Zig:20   | Noticed a juggernaut
157159 | Zig:20   | Killed a juggernaut
157164 | Zig:20   | Noticed a juggernaut
157167 | Zig:20   | Killed a juggernaut
157168 | Zig:20   | Killed a juggernaut
157180 | Zig:20   | Killed a juggernaut
157193 | Zig:20   | Noticed a juggernaut
157197 | Zig:20   | Killed a juggernaut
157199 | Zig:20   | Killed a juggernaut
157206 | Zig:20   | Killed a juggernaut
157228 | Zig:20   | Noticed a juggernaut
157277 | Zig:20   | Killed a juggernaut
157583 | Zig:20   | Got a sparkling granite ring
157641 | Zig:20   | Got a pair of heavily runed boots
157646 | Zig:20   | Got a pair of encrusted boots
157657 | Zig:21   | Entered Level 21 of a ziggurat
158225 | Zig:21   | Identified the Reference Book on Hurtful Curses
158241 | Zig:21   | Identified the Catalogue of Spatial Toxins
158259 | Zig:21   | Identified the Grimoire of the Frigorific Mountains
158266 | Zig:21   | Identified the Volume of Burning Poisoning
158318 | Zig:21   | Got a pair of polished boots
158320 | Zig:21   | Got a pair of faintly humming gloves
158326 | Zig:22   | Entered Level 22 of a ziggurat
158329 | Zig:22   | Noticed a juggernaut
158331 | Zig:22   | Noticed a juggernaut
158334 | Zig:22   | Noticed a juggernaut
158334 | Zig:22   | Noticed a juggernaut
158334 | Zig:22   | Noticed a juggernaut
158336 | Zig:22   | Noticed a juggernaut
158337 | Zig:22   | Noticed a juggernaut
158337 | Zig:22   | Noticed a juggernaut
158337 | Zig:22   | Noticed a juggernaut
158338 | Zig:22   | Noticed a juggernaut
158339 | Zig:22   | Noticed a juggernaut
158340 | Zig:22   | Noticed a juggernaut
158342 | Zig:22   | Killed a juggernaut
158342 | Zig:22   | Killed a juggernaut
158342 | Zig:22   | Killed a juggernaut
158342 | Zig:22   | Killed a juggernaut
158342 | Zig:22   | Killed a juggernaut
158342 | Zig:22   | Noticed a juggernaut
158345 | Zig:22   | Noticed a juggernaut
158346 | Zig:22   | Noticed a juggernaut
158347 | Zig:22   | Noticed a juggernaut
158348 | Zig:22   | Killed a juggernaut
158348 | Zig:22   | Killed a juggernaut
158348 | Zig:22   | Killed a juggernaut
158348 | Zig:22   | Killed a juggernaut
158348 | Zig:22   | Killed a juggernaut
158348 | Zig:22   | Killed a juggernaut
158348 | Zig:22   | Killed a juggernaut
158348 | Zig:22   | Noticed a juggernaut
158350 | Zig:22   | Noticed a juggernaut
158351 | Zig:22   | Noticed a juggernaut
158353 | Zig:22   | Noticed a juggernaut
158354 | Zig:22   | Noticed a juggernaut
158356 | Zig:22   | Noticed a juggernaut
158362 | Zig:22   | Noticed a juggernaut
158363 | Zig:22   | Killed a juggernaut
158363 | Zig:22   | Killed a juggernaut
158364 | Zig:22   | Noticed a juggernaut
158370 | Zig:22   | Killed a juggernaut
158370 | Zig:22   | Killed a juggernaut
158370 | Zig:22   | Killed a juggernaut
158370 | Zig:22   | Killed a juggernaut
158370 | Zig:22   | Killed a juggernaut
158370 | Zig:22   | Killed a juggernaut
158370 | Zig:22   | Noticed a juggernaut
158370 | Zig:22   | Noticed a juggernaut
158373 | Zig:22   | Noticed a juggernaut
158374 | Zig:22   | Noticed a juggernaut
158379 | Zig:22   | Noticed a juggernaut
158385 | Zig:22   | Noticed a juggernaut
158389 | Zig:22   | Noticed a juggernaut
158390 | Zig:22   | Killed a juggernaut
158390 | Zig:22   | Killed a juggernaut
158390 | Zig:22   | Killed a juggernaut
158390 | Zig:22   | Noticed a juggernaut
158397 | Zig:22   | Noticed a juggernaut
158406 | Zig:22   | Noticed a juggernaut
158414 | Zig:22   | Noticed a juggernaut
158417 | Zig:22   | Killed a juggernaut
158417 | Zig:22   | Killed a juggernaut
158417 | Zig:22   | Killed a juggernaut
158418 | Zig:22   | Noticed a juggernaut
158420 | Zig:22   | Killed a juggernaut
158420 | Zig:22   | Killed a juggernaut
158420 | Zig:22   | Killed a juggernaut
158420 | Zig:22   | Killed a juggernaut
158420 | Zig:22   | Killed a juggernaut
158422 | Zig:22   | Killed a juggernaut
158422 | Zig:22   | Killed a juggernaut
158422 | Zig:22   | Killed a juggernaut
158422 | Zig:22   | Noticed a juggernaut
158423 | Zig:22   | Killed a juggernaut
158424 | Zig:22   | Killed a juggernaut
158442 | Zig:22   | Killed a juggernaut
158774 | Zig:22   | Identified Mopourum's Collected Works on Curses and
                  | Summoning
158794 | Zig:23   | Entered Level 23 of a ziggurat
158805 | Zig:23   | Noticed an ancient lich
158806 | Zig:23   | Noticed an ancient lich
158807 | Zig:23   | Killed an ancient lich
158809 | Zig:23   | Noticed an ancient lich
158810 | Zig:23   | Noticed an ancient lich
158814 | Zig:23   | Noticed an ancient lich
158815 | Zig:23   | Noticed an ancient lich
158815 | Zig:23   | Noticed an ancient lich
158816 | Zig:23   | Noticed an ancient lich
158820 | Zig:23   | Noticed an ancient lich
158820 | Zig:23   | Noticed an ancient lich
158821 | Zig:23   | Noticed an ancient lich
158822 | Zig:23   | Noticed an ancient lich
158822 | Zig:23   | Noticed an ancient lich
158825 | Zig:23   | Noticed an ancient lich
158828 | Zig:23   | Noticed an ancient lich
158829 | Zig:23   | Noticed an ancient lich
158832 | Zig:23   | Noticed an ancient lich
158834 | Zig:23   | Noticed an ancient lich
158837 | Zig:23   | Killed an ancient lich
158840 | Zig:23   | Noticed an ancient lich
158850 | Zig:23   | Killed an ancient lich
158851 | Zig:23   | Killed an ancient lich
158853 | Zig:23   | Killed an ancient lich
158854 | Zig:23   | Killed an ancient lich
158855 | Zig:23   | Killed an ancient lich
158855 | Zig:23   | Killed an ancient lich
158855 | Zig:23   | Killed an ancient lich
158856 | Zig:23   | Killed an ancient lich
158857 | Zig:23   | Killed an ancient lich
158857 | Zig:23   | Killed an ancient lich
158860 | Zig:23   | Noticed an ancient lich
158863 | Zig:23   | Killed an ancient lich
158866 | Zig:23   | Killed an ancient lich
158869 | Zig:23   | Noticed an ancient lich
158874 | Zig:23   | Noticed an ancient lich
158875 | Zig:23   | Noticed an ancient lich
158875 | Zig:23   | Killed an ancient lich
158875 | Zig:23   | Killed an ancient lich
158877 | Zig:23   | Killed an ancient lich
158880 | Zig:23   | Noticed an ancient lich
158884 | Zig:23   | Noticed an ancient lich
158888 | Zig:23   | Killed an ancient lich
158888 | Zig:23   | Killed an ancient lich
158888 | Zig:23   | Noticed an ancient lich
158896 | Zig:23   | Killed an ancient lich
158905 | Zig:23   | Killed an ancient lich
158905 | Zig:23   | Killed an ancient lich
158905 | Zig:23   | Killed an ancient lich
158905 | Zig:23   | Killed an ancient lich
158907 | Zig:23   | Killed an ancient lich
158915 | Zig:23   | Noticed an ancient lich
158915 | Zig:23   | Noticed an ancient lich
158918 | Zig:23   | Noticed an ancient lich
158928 | Zig:23   | Killed an ancient lich
158928 | Zig:23   | Killed an ancient lich
158931 | Zig:23   | Killed an ancient lich
158931 | Zig:23   | Killed an ancient lich
159364 | Zig:23   | Identified the Tome of Earthen Fire
159369 | Zig:23   | Got a warped turquoise ring
159370 | Zig:23   | Identified the Incunabulum of Envenoming
159377 | Zig:23   | Identified the ring of Due Proportion {rPois rF+ Int+4
                  | Dex+8 Slay-5} (You found it on level 19 of a ziggurat)
159379 | Zig:23   | Identified the ring of Kiefo {rPois Str+3} (You found it on
                  | level 20 of a ziggurat)
159381 | Zig:23   | Identified the ring of Xom's Full Attention {rC+ Will+ MP+9
                  | Stlth+} (You found it on level 23 of a ziggurat)
159394 | Zig:23   | Identified the cursed -6 pair of boots of Pantheism {+Fly
                  | Slay+3 Stlth+} (You found it on level 20 of a ziggurat)
159404 | Zig:23   | Identified the cursed +0 pair of gloves "Jolecraph" {+Blink
                  | rElec Regen+ Str-3} (You found it on level 21 of a
                  | ziggurat)
159416 | Zig:23   | Identified the +2 pair of boots of Chimes {Dex+3} (You
                  | found it on level 20 of a ziggurat)
159427 | Zig:23   | Identified the +2 pair of boots of the Original Sin {+Inv
                  | rPois Str+2 Dex+2} (You found it on level 21 of a ziggurat)
159456 | Zig:23   | Acquired 519 gold pieces
159457 | Zig:23   | Acquired 1147 gold pieces
159466 | Zig:23   | Identified the Compendium of Mastery
159469 | Zig:23   | Got a wavering bone ring
159489 | Zig:23   | Got a vibrating tin ring
159502 | Zig:23   | Got a coiled golden ring
159554 | Zig:23   | Identified the ring of the Death Scarab {Will+ MP+9} (You
                  | found it on level 23 of a ziggurat)
159556 | Zig:23   | Identified the ring "Irusuemu" {Wiz rC+ rN+ Dex-4 Stlth+}
                  | (You found it on level 23 of a ziggurat)
159558 | Zig:23   | Identified the ring of Nihilism {rF+ rC+ Will+ Str+3} (You
                  | found it on level 23 of a ziggurat)
159579 | Zig:24   | Entered Level 24 of a ziggurat
159587 | Zig:24   | Noticed an ancient lich
159588 | Zig:24   | Noticed an ancient lich
159591 | Zig:24   | Noticed an ancient lich
159591 | Zig:24   | Noticed an ancient lich
159591 | Zig:24   | Noticed an ancient lich
159592 | Zig:24   | Noticed an ancient lich
159592 | Zig:24   | Killed an ancient lich
159592 | Zig:24   | Noticed an ancient lich
159593 | Zig:24   | Killed an ancient lich
159595 | Zig:24   | Noticed an ancient lich
159595 | Zig:24   | Noticed an ancient lich
159596 | Zig:24   | Noticed an ancient lich
159596 | Zig:24   | Noticed an ancient lich
159596 | Zig:24   | Noticed an ancient lich
159597 | Zig:24   | Killed an ancient lich
159597 | Zig:24   | Killed an ancient lich
159598 | Zig:24   | Noticed an ancient lich
159599 | Zig:24   | Noticed an ancient lich
159599 | Zig:24   | Noticed an ancient lich
159602 | Zig:24   | Killed an ancient lich
159602 | Zig:24   | Noticed an ancient lich
159604 | Zig:24   | Killed an ancient lich
159604 | Zig:24   | Noticed an ancient lich
159607 | Zig:24   | Noticed an ancient lich
159608 | Zig:24   | Noticed an ancient lich
159609 | Zig:24   | Killed an ancient lich
159609 | Zig:24   | Killed an ancient lich
159609 | Zig:24   | Killed an ancient lich
159609 | Zig:24   | Killed an ancient lich
159609 | Zig:24   | Noticed an ancient lich
159609 | Zig:24   | Noticed an ancient lich
159611 | Zig:24   | Killed an ancient lich
159612 | Zig:24   | Noticed an ancient lich
159612 | Zig:24   | Killed an ancient lich
159612 | Zig:24   | Killed an ancient lich
159613 | Zig:24   | Noticed an ancient lich
159614 | Zig:24   | Noticed an ancient lich
159614 | Zig:24   | Killed an ancient lich
159616 | Zig:24   | Noticed an ancient lich
159619 | Zig:24   | Noticed an ancient lich
159620 | Zig:24   | Noticed an ancient lich
159622 | Zig:24   | Noticed an ancient lich
159622 | Zig:24   | Noticed an ancient lich
159622 | Zig:24   | Killed an ancient lich
159622 | Zig:24   | Killed an ancient lich
159622 | Zig:24   | Killed an ancient lich
159622 | Zig:24   | Noticed an ancient lich
159623 | Zig:24   | Killed an ancient lich
159623 | Zig:24   | Noticed an ancient lich
159625 | Zig:24   | Noticed an ancient lich
159625 | Zig:24   | Killed an ancient lich
159625 | Zig:24   | Killed an ancient lich
159625 | Zig:24   | Killed an ancient lich
159628 | Zig:24   | Noticed an ancient lich
159629 | Zig:24   | Noticed an ancient lich
159630 | Zig:24   | Killed an ancient lich
159630 | Zig:24   | Killed an ancient lich
159630 | Zig:24   | Noticed an ancient lich
159631 | Zig:24   | Killed an ancient lich
159631 | Zig:24   | Killed an ancient lich
159631 | Zig:24   | Killed an ancient lich
159631 | Zig:24   | Killed an ancient lich
159632 | Zig:24   | Noticed an ancient lich
159632 | Zig:24   | Noticed an ancient lich
159633 | Zig:24   | Noticed an ancient lich
159633 | Zig:24   | Noticed an ancient lich
159634 | Zig:24   | Killed an ancient lich
159635 | Zig:24   | Killed an ancient lich
159635 | Zig:24   | Killed an ancient lich
159635 | Zig:24   | Killed an ancient lich
159637 | Zig:24   | Killed an ancient lich
159637 | Zig:24   | Killed an ancient lich
159638 | Zig:24   | Noticed an ancient lich
159638 | Zig:24   | Noticed an ancient lich
159642 | Zig:24   | Noticed an ancient lich
159643 | Zig:24   | Noticed an ancient lich
159649 | Zig:24   | Killed an ancient lich
159649 | Zig:24   | Killed an ancient lich
159649 | Zig:24   | Killed an ancient lich
159649 | Zig:24   | Killed an ancient lich
159649 | Zig:24   | Killed an ancient lich
159649 | Zig:24   | Killed an ancient lich
159650 | Zig:24   | Killed an ancient lich
159653 | Zig:24   | Killed an ancient lich
159654 | Zig:24   | Killed an ancient lich
159655 | Zig:24   | Killed an ancient lich
160161 | Zig:24   | Got a shimmering tin amulet
160165 | Zig:24   | Got a transparent gossamer ring
160179 | Zig:24   | Got a crude platinum ring
160181 | Zig:24   | Got a heavily runed granite ring
160183 | Zig:24   | Got a wavering turquoise ring
160185 | Zig:24   | Got a wavering bronze ring
160198 | Zig:24   | Got a flickering iron ring
160287 | Zig:25   | Entered Level 25 of a ziggurat
160294 | Zig:25   | Noticed an ancient lich
160295 | Zig:25   | Noticed an ancient lich
160295 | Zig:25   | Noticed an ancient lich
160295 | Zig:25   | Noticed an ancient lich
160296 | Zig:25   | Noticed an ancient lich
160297 | Zig:25   | Noticed an ancient lich
160297 | Zig:25   | Noticed an ancient lich
160298 | Zig:25   | Noticed an ancient lich
160298 | Zig:25   | Noticed an ancient lich
160298 | Zig:25   | Noticed an ancient lich
160298 | Zig:25   | Noticed an ancient lich
160298 | Zig:25   | Noticed an ancient lich
160304 | Zig:25   | Killed an ancient lich
160305 | Zig:25   | Killed an ancient lich
160305 | Zig:25   | Killed an ancient lich
160305 | Zig:25   | Noticed an ancient lich
160306 | Zig:25   | Killed an ancient lich
160306 | Zig:25   | Killed an ancient lich
160306 | Zig:25   | Killed an ancient lich
160306 | Zig:25   | Noticed an ancient lich
160307 | Zig:25   | Killed an ancient lich
160307 | Zig:25   | Killed an ancient lich
160307 | Zig:25   | Killed an ancient lich
160307 | Zig:25   | Killed an ancient lich
160307 | Zig:25   | Killed an ancient lich
160307 | Zig:25   | Noticed an ancient lich
160309 | Zig:25   | Noticed an ancient lich
160311 | Zig:25   | Noticed an ancient lich
160312 | Zig:25   | Noticed an ancient lich
160312 | Zig:25   | Noticed an ancient lich
160313 | Zig:25   | Noticed an ancient lich
160313 | Zig:25   | Noticed an ancient lich
160315 | Zig:25   | Noticed an ancient lich
160316 | Zig:25   | Noticed an ancient lich
160316 | Zig:25   | Noticed an ancient lich
160316 | Zig:25   | Noticed an ancient lich
160317 | Zig:25   | Noticed an ancient lich
160317 | Zig:25   | Killed an ancient lich
160317 | Zig:25   | Killed an ancient lich
160317 | Zig:25   | Killed an ancient lich
160317 | Zig:25   | Killed an ancient lich
160317 | Zig:25   | Killed an ancient lich
160317 | Zig:25   | Killed an ancient lich
160317 | Zig:25   | Killed an ancient lich
160317 | Zig:25   | Killed an ancient lich
160317 | Zig:25   | Noticed an ancient lich
160320 | Zig:25   | Killed an ancient lich
160321 | Zig:25   | Killed an ancient lich
160338 | Zig:25   | Noticed an ancient lich
160338 | Zig:25   | Noticed an ancient lich
160339 | Zig:25   | Killed an ancient lich
160339 | Zig:25   | Killed an ancient lich
160339 | Zig:25   | Killed an ancient lich
160339 | Zig:25   | Killed an ancient lich
160339 | Zig:25   | Noticed an ancient lich
160340 | Zig:25   | Noticed an ancient lich
160340 | Zig:25   | Noticed an ancient lich
160340 | Zig:25   | Killed an ancient lich
160342 | Zig:25   | Noticed an ancient lich
160343 | Zig:25   | Killed an ancient lich
160343 | Zig:25   | Killed an ancient lich
160343 | Zig:25   | Killed an ancient lich
160343 | Zig:25   | Killed an ancient lich
160343 | Zig:25   | Noticed an ancient lich
160343 | Zig:25   | Noticed an ancient lich
160344 | Zig:25   | Noticed an ancient lich
160344 | Zig:25   | Killed an ancient lich
160344 | Zig:25   | Killed an ancient lich
160344 | Zig:25   | Killed an ancient lich
160344 | Zig:25   | Noticed an ancient lich
160346 | Zig:25   | Noticed an ancient lich
160346 | Zig:25   | Noticed an ancient lich
160349 | Zig:25   | Noticed an ancient lich
160350 | Zig:25   | Killed an ancient lich
160350 | Zig:25   | Killed an ancient lich
160350 | Zig:25   | Killed an ancient lich
160350 | Zig:25   | Killed an ancient lich
160350 | Zig:25   | Killed an ancient lich
160350 | Zig:25   | Noticed an ancient lich
160351 | Zig:25   | Noticed an ancient lich
160351 | Zig:25   | Noticed an ancient lich
160352 | Zig:25   | Noticed an ancient lich
160352 | Zig:25   | Noticed an ancient lich
160352 | Zig:25   | Noticed an ancient lich
160353 | Zig:25   | Noticed an ancient lich
160353 | Zig:25   | Noticed an ancient lich
160353 | Zig:25   | Noticed an ancient lich
160353 | Zig:25   | Noticed an ancient lich
160353 | Zig:25   | Noticed an ancient lich
160353 | Zig:25   | Killed an ancient lich
160354 | Zig:25   | Killed an ancient lich
160355 | Zig:25   | Noticed an ancient lich
160355 | Zig:25   | Noticed an ancient lich
160356 | Zig:25   | Noticed an ancient lich
160356 | Zig:25   | Noticed an ancient lich
160356 | Zig:25   | Noticed an ancient lich
160356 | Zig:25   | Noticed an ancient lich
160358 | Zig:25   | Noticed an ancient lich
160359 | Zig:25   | Noticed an ancient lich
160359 | Zig:25   | Noticed an ancient lich
160361 | Zig:25   | Killed an ancient lich
160361 | Zig:25   | Killed an ancient lich
160361 | Zig:25   | Killed an ancient lich
160361 | Zig:25   | Killed an ancient lich
160361 | Zig:25   | Killed an ancient lich
160361 | Zig:25   | Killed an ancient lich
160361 | Zig:25   | Killed an ancient lich
160361 | Zig:25   | Killed an ancient lich
160361 | Zig:25   | Killed an ancient lich
160361 | Zig:25   | Killed an ancient lich
160361 | Zig:25   | Killed an ancient lich
160361 | Zig:25   | Killed an ancient lich
160361 | Zig:25   | Killed an ancient lich
160361 | Zig:25   | Killed an ancient lich
160367 | Zig:25   | Noticed an ancient lich
160367 | Zig:25   | Noticed an ancient lich
160367 | Zig:25   | Noticed an ancient lich
160367 | Zig:25   | Noticed an ancient lich
160368 | Zig:25   | Noticed an ancient lich
160368 | Zig:25   | Noticed an ancient lich
160372 | Zig:25   | Killed an ancient lich
160372 | Zig:25   | Killed an ancient lich
160372 | Zig:25   | Killed an ancient lich
160372 | Zig:25   | Killed an ancient lich
160372 | Zig:25   | Killed an ancient lich
160372 | Zig:25   | Killed an ancient lich
160372 | Zig:25   | Killed an ancient lich
160374 | Zig:25   | Killed an ancient lich
160374 | Zig:25   | Killed an ancient lich
160374 | Zig:25   | Killed an ancient lich
160375 | Zig:25   | Killed an ancient lich
160375 | Zig:25   | Killed an ancient lich
160605 | Zig:25   | Identified the amulet "Jodulyro" {RegenMP rElec rF+ Int+4}
                  | (You found it on level 24 of a ziggurat)
160606 | Zig:25   | Identified the ring "Pofomm" {Ice rElec rN+ Int-5} (You
                  | found it on level 24 of a ziggurat)
160608 | Zig:25   | Identified the ring of Sulozatz {rC+ Int+6 SInv} (You found
                  | it on level 24 of a ziggurat)
160610 | Zig:25   | Identified the ring "Bipyc" {*Drain +Fly MP+9 Int+4 Dex+5}
                  | (You found it on level 24 of a ziggurat)
160612 | Zig:25   | Identified the ring "Ybbe" {*Tele MP+9} (You found it on
                  | level 24 of a ziggurat)
160614 | Zig:25   | Identified the ring "Qaisau" {*Tele rElec} (You found it on
                  | level 24 of a ziggurat)
160616 | Zig:25   | Identified the ring of Light {*Tele rC+} (You found it on
                  | level 24 of a ziggurat)
160620 | Zig:25   | Got a shimmering bone ring
160621 | Zig:25   | Identified Kumit's Reference Book on Calling and the Rocks
160992 | Zig:25   | Identified the ring of Qomicvakk {+Fly Dex+3} (You found it
                  | on level 25 of a ziggurat)
161024 | Zig:26   | Entered Level 26 of a ziggurat
161035 | Zig:26   | Noticed Ecsetopt's ghost (legendary BaWn)
161038 | Zig:26   | Noticed meatyocre's ghost (veteran TrFi)
161058 | Zig:26   | Killed meatyocre's ghost
161058 | Zig:26   | Noticed sleeves's ghost (legendary HuSk)
161065 | Zig:26   | Noticed Ecsetopt's ghost (legendary BaWn)
161085 | Zig:26   | Noticed melllvar's ghost (legendary MiBe)
161087 | Zig:26   | Noticed Xaowkis's ghost (legendary GnWr)
161089 | Zig:26   | Noticed Vuopse's ghost (legendary GnIE)
161090 | Zig:26   | Noticed lmSkywalker's ghost (adept DrTm)
161091 | Zig:26   | Noticed TuffENuff's ghost (legendary FoFi)
161096 | Zig:26   | Killed sleeves's ghost
161098 | Zig:26   | Noticed Ycuhohed's ghost (veteran TeBe)
161099 | Zig:26   | Noticed Wammos's ghost (legendary TeCj)
161100 | Zig:26   | Noticed Qupubruts's ghost (master HOFi)
161102 | Zig:26   | Killed Ecsetopt's ghost
161103 | Zig:26   | Noticed Walil's ghost (veteran MiMo)
161104 | Zig:26   | Noticed BerryKnight's ghost (legendary DgFi)
161108 | Zig:26   | Killed Xaowkis's ghost
161108 | Zig:26   | Noticed Teaz Xo Upt's ghost (legendary GnFE)
161109 | Zig:26   | Noticed Manman's ghost (legendary HOGl)
161110 | Zig:26   | Killed TuffENuff's ghost
161110 | Zig:26   | Noticed yaoilover's ghost (veteran MiBe)
161110 | Zig:26   | Noticed TuffENuff's ghost (legendary FoFi)
161111 | Zig:26   | Noticed Anafel's ghost (legendary GrFi)
161111 | Zig:26   | Noticed Talannal's ghost (legendary GnWz)
161111 | Zig:26   | Noticed Dittersdorf's ghost (legendary MiBe)
161112 | Zig:26   | Noticed Heartburn's ghost (veteran MiFi)
161112 | Zig:26   | Noticed Teaz Xo Upt's ghost (legendary GnFE)
161114 | Zig:26   | Noticed Alysiarr's ghost (legendary KoHu)
161114 | Zig:26   | Noticed Vuopse's ghost (legendary GnIE)
161117 | Zig:26   | Noticed Xaowkis's ghost (legendary GnWr)
161117 | Zig:26   | Noticed Zachydoop's ghost (veteran MiMo)
161117 | Zig:26   | Killed Qupubruts's ghost
161117 | Zig:26   | Noticed Hacvoq's ghost (legendary HOFi)
161117 | Zig:26   | Noticed Denobboc's ghost (legendary OpMo)
161118 | Zig:26   | Noticed sleeves's ghost (legendary HuSk)
161119 | Zig:26   | Noticed frimble's ghost (adept DsGl)
161119 | Zig:26   | Noticed Fouwomub's ghost (legendary FoEE)
161119 | Zig:26   | Noticed Xatwola's ghost (legendary DDFi)
161119 | Zig:26   | Noticed Totuz's ghost (legendary HOFi)
161119 | Zig:26   | Noticed Xatwola's ghost (legendary DDFi)
161119 | Zig:26   | Noticed Anafel's ghost (legendary GrFi)
161119 | Zig:26   | Noticed Janeylunn's ghost (veteran GnWn)
161120 | Zig:26   | Noticed xzight's ghost (legendary MiBe)
161120 | Zig:26   | Noticed Fugi's ghost (legendary FoFi)
161120 | Zig:26   | Noticed scarywalker64's ghost (legendary GrEE)
161120 | Zig:26   | Noticed Zenecom's ghost (legendary MiFi)
161120 | Zig:26   | Noticed corvin's ghost (legendary OgWn)
161120 | Zig:26   | Noticed Fueng's ghost (legendary HOFi)
161120 | Zig:26   | Noticed Gemnonof's ghost (adept DgCj)
161120 | Zig:26   | Noticed Fusentrap's ghost (legendary MiBe)
161120 | Zig:26   | Noticed Godueg's ghost (veteran HOFi)
161120 | Zig:26   | Noticed yaoilover's ghost (veteran MiBe)
161120 | Zig:26   | Noticed tigertrap's ghost (legendary DgWz)
161121 | Zig:26   | Noticed Giojuova's ghost (legendary GnBe)
161121 | Zig:26   | Noticed Talannal's ghost (legendary GnWz)
161121 | Zig:26   | Noticed Rueful's ghost (legendary TrWr)
161121 | Zig:26   | Noticed Huju's ghost (legendary HOFi)
161121 | Zig:26   | Noticed Heartburn's ghost (veteran MiFi)
161121 | Zig:26   | Noticed Zoplarin's ghost (legendary BaSk)
161121 | Zig:26   | Noticed Talannal's ghost (legendary GnWz)
161121 | Zig:26   | Noticed Becvyf's ghost (legendary GnFi)
161121 | Zig:26   | Noticed meatyocre's ghost (veteran TrFi)
161121 | Zig:26   | Noticed frimble's ghost (legendary DsFi)
161121 | Zig:26   | Noticed Xatwola's ghost (legendary DDFi)
161122 | Zig:26   | Noticed Walil's ghost (veteran MiMo)
161122 | Zig:26   | Noticed Veodywke's ghost (legendary MiBe)
161122 | Zig:26   | Noticed Fueng's ghost (legendary HOFi)
161122 | Zig:26   | Noticed Rueful's ghost (legendary TrWr)
161122 | Zig:26   | Noticed thechecker02's ghost (legendary DDFi)
161122 | Zig:26   | Noticed Xuqyot's ghost (legendary DsFi)
161122 | Zig:26   | Noticed Dittersdorf's ghost (legendary MiBe)
161122 | Zig:26   | Noticed swap's ghost (legendary DEFE)
161123 | Zig:26   | Noticed Barug's ghost (adept TrMo)
161123 | Zig:26   | Killed frimble's ghost
161123 | Zig:26   | Killed Anafel's ghost
161123 | Zig:26   | Noticed Totuz's ghost (legendary HOFi)
161124 | Zig:26   | Killed Denobboc's ghost
161124 | Zig:26   | Killed Zachydoop's ghost
161124 | Zig:26   | Killed Ycuhohed's ghost
161124 | Zig:26   | Killed Vuopse's ghost
161124 | Zig:26   | Killed Alysiarr's ghost
161124 | Zig:26   | Killed Wammos's ghost
161124 | Zig:26   | Noticed corvin's ghost (legendary OgWn)
161125 | Zig:26   | Killed TuffENuff's ghost
161125 | Zig:26   | Killed Teaz Xo Upt's ghost
161125 | Zig:26   | Killed Heartburn's ghost
161125 | Zig:26   | Killed yaoilover's ghost
161125 | Zig:26   | Killed meatyocre's ghost
161125 | Zig:26   | Killed Walil's ghost
161125 | Zig:26   | Noticed Huju's ghost (legendary HOFi)
161125 | Zig:26   | Noticed Ebassic's ghost (veteran GrFi)
161125 | Zig:26   | Noticed Haitsiopt's ghost (legendary DsGl)
161125 | Zig:26   | Noticed scarywalker64's ghost (veteran BaSu)
161125 | Zig:26   | Noticed Barug's ghost (adept TrMo)
161126 | Zig:26   | Noticed Jeklifit's ghost (legendary FoFi)
161126 | Zig:26   | Killed Talannal's ghost
161126 | Zig:26   | Killed Xaowkis's ghost
161126 | Zig:26   | Killed BerryKnight's ghost
161126 | Zig:26   | Killed xzight's ghost
161126 | Zig:26   | Killed Talannal's ghost
161126 | Zig:26   | Killed yaoilover's ghost
161126 | Zig:26   | Killed Teaz Xo Upt's ghost
161126 | Zig:26   | Killed Anafel's ghost
161126 | Zig:26   | Killed Gemnonof's ghost
161126 | Zig:26   | Noticed strangelove's ghost (master GrEE)
161126 | Zig:26   | Noticed BoringLoser's ghost (veteran TeAE)
161127 | Zig:26   | Killed Vuopse's ghost
161127 | Zig:26   | Killed sleeves's ghost
161127 | Zig:26   | Killed Becvyf's ghost
161127 | Zig:26   | Killed Xatwola's ghost
161127 | Zig:26   | Killed Dittersdorf's ghost
161127 | Zig:26   | Killed tigertrap's ghost
161127 | Zig:26   | Killed Fueng's ghost
161127 | Zig:26   | Killed Heartburn's ghost
161128 | Zig:26   | Noticed Uhosoup's ghost (veteran GrFi)
161128 | Zig:26   | Killed Dittersdorf's ghost
161128 | Zig:26   | Killed Godueg's ghost
161128 | Zig:26   | Killed Fusentrap's ghost
161128 | Zig:26   | Killed Janeylunn's ghost
161128 | Zig:26   | Noticed Boynear's ghost (legendary DECj)
161128 | Zig:26   | Noticed Uhosoup's ghost (veteran GrFi)
161129 | Zig:26   | Killed Rueful's ghost
161129 | Zig:26   | Killed thechecker02's ghost
161129 | Zig:26   | Killed Zenecom's ghost
161129 | Zig:26   | Killed Ecsetopt's ghost
161129 | Zig:26   | Killed lmSkywalker's ghost
161129 | Zig:26   | Killed Barug's ghost
161129 | Zig:26   | Noticed Xorhowon's ghost (legendary MiBe)
161129 | Zig:26   | Noticed grandjackal's ghost (legendary DsGl)
161129 | Zig:26   | Noticed frimble's ghost (adept DsGl)
161130 | Zig:26   | Killed Xatwola's ghost
161130 | Zig:26   | Noticed Nenig's ghost (legendary GnFi)
161132 | Zig:26   | Noticed sleeves's ghost (legendary HuSk)
161132 | Zig:26   | Noticed Piginabag's ghost (veteran GnMo)
161132 | Zig:26   | Killed Xuqyot's ghost
161132 | Zig:26   | Killed Talannal's ghost
161133 | Zig:26   | Noticed Pikuto's ghost (adept MiBe)
161133 | Zig:26   | Noticed thechecker02's ghost (master DDFi)
161133 | Zig:26   | Noticed Xutext's ghost (adept DsAK)
161133 | Zig:26   | Noticed EricTams's ghost (veteran MiBe)
161133 | Zig:26   | Killed frimble's ghost
161133 | Zig:26   | Killed Xatwola's ghost
161133 | Zig:26   | Noticed Teaz Xo Upt's ghost (legendary GnFE)
161134 | Zig:26   | Noticed blexxed's ghost (legendary DsFi)
161134 | Zig:26   | Killed Manman's ghost
161134 | Zig:26   | Killed Totuz's ghost
161134 | Zig:26   | Killed Walil's ghost
161134 | Zig:26   | Killed Hacvoq's ghost
161135 | Zig:26   | Noticed Viugiw's ghost (legendary TeBe)
161135 | Zig:26   | Noticed frimble's ghost (legendary GrFi)
161135 | Zig:26   | Noticed Wammos's ghost (legendary TeCj)
161135 | Zig:26   | Killed Giojuova's ghost
161135 | Zig:26   | Killed Barug's ghost
161135 | Zig:26   | Killed corvin's ghost
161135 | Zig:26   | Killed melllvar's ghost
161135 | Zig:26   | Killed strangelove's ghost
161136 | Zig:26   | Killed Veodywke's ghost
161136 | Zig:26   | Killed scarywalker64's ghost
161136 | Zig:26   | Killed Fueng's ghost
161136 | Zig:26   | Killed Uhosoup's ghost
161136 | Zig:26   | Killed Totuz's ghost
161136 | Zig:26   | Killed Fugi's ghost
161136 | Zig:26   | Killed Huju's ghost
161136 | Zig:26   | Killed frimble's ghost
161136 | Zig:26   | Noticed scarywalker64's ghost (legendary GrEE)
161137 | Zig:26   | Noticed stevelinton's ghost (legendary KoBe)
161137 | Zig:26   | Killed corvin's ghost
161137 | Zig:26   | Killed scarywalker64's ghost
161138 | Zig:26   | Killed Uhosoup's ghost
161138 | Zig:26   | Killed swap's ghost
161138 | Zig:26   | Noticed Qeilemp's ghost (legendary HOFi)
161139 | Zig:26   | Noticed Qeilemp's ghost (legendary HOFi)
161139 | Zig:26   | Noticed sleeves's ghost (legendary HuSk)
161139 | Zig:26   | Killed Huju's ghost
161139 | Zig:26   | Killed Boynear's ghost
161139 | Zig:26   | Killed BoringLoser's ghost
161139 | Zig:26   | Killed Fouwomub's ghost
161139 | Zig:26   | Killed Rueful's ghost
161139 | Zig:26   | Noticed Oreexun's ghost (legendary DECj)
161140 | Zig:26   | Killed Ebassic's ghost
161140 | Zig:26   | Noticed Amikeex's ghost (adept TrMo)
161140 | Zig:26   | Noticed Pikuto's ghost (adept MiBe)
161141 | Zig:26   | Killed Zoplarin's ghost
161141 | Zig:26   | Killed Xutext's ghost
161142 | Zig:26   | Noticed blexxed's ghost (legendary DsFi)
161142 | Zig:26   | Killed Jeklifit's ghost
161142 | Zig:26   | Killed grandjackal's ghost
161142 | Zig:26   | Killed EricTams's ghost
161143 | Zig:26   | Noticed astronautguy's ghost (legendary FoEE)
161144 | Zig:26   | Killed frimble's ghost
161144 | Zig:26   | Killed Pikuto's ghost
161144 | Zig:26   | Killed Nenig's ghost
161144 | Zig:26   | Killed Piginabag's ghost
161145 | Zig:26   | Killed Xorhowon's ghost
161145 | Zig:26   | Noticed Rirumasy's ghost (legendary OpWn)
161146 | Zig:26   | Noticed Rirumasy's ghost (legendary OpWn)
161146 | Zig:26   | Noticed Janeylunn's ghost (veteran GnWn)
161146 | Zig:26   | Noticed TuffENuff's ghost (legendary FoFi)
161146 | Zig:26   | Noticed Sext's ghost (legendary MiFi)
161146 | Zig:26   | Killed Wammos's ghost
161146 | Zig:26   | Killed Viugiw's ghost
161146 | Zig:26   | Noticed Boynear's ghost (legendary DECj)
161146 | Zig:26   | Noticed deprived's ghost (legendary HOFi)
161147 | Zig:26   | Noticed WeeknightWizard's ghost (veteran DEFE)
161147 | Zig:26   | Noticed Fenir's ghost (legendary GnAE)
161147 | Zig:26   | Noticed Boduf's ghost (legendary FoHu)
161147 | Zig:26   | Noticed Xiwu's ghost (legendary MiFi)
161148 | Zig:26   | Killed stevelinton's ghost
161148 | Zig:26   | Killed Oreexun's ghost
161148 | Zig:26   | Killed blexxed's ghost
161148 | Zig:26   | Killed sleeves's ghost
161148 | Zig:26   | Noticed frimble's ghost (legendary GrFi)
161149 | Zig:26   | Noticed Xuqyot's ghost (legendary DsFi)
161149 | Zig:26   | Noticed Wammos's ghost (legendary TeCj)
161149 | Zig:26   | Noticed TuffENuff's ghost (legendary FoFi)
161149 | Zig:26   | Noticed Xiwu's ghost (legendary MiFi)
161150 | Zig:26   | Noticed Qupubruts's ghost (master HOFi)
161150 | Zig:26   | Noticed Dameikh's ghost (veteran FoFi)
161150 | Zig:26   | Noticed Qupubruts's ghost (master HOFi)
161151 | Zig:26   | Noticed Wammos's ghost (legendary TeCj)
161152 | Zig:26   | Noticed SevenDeadlySins's ghost (legendary DrCj)
161153 | Zig:26   | Noticed Walil's ghost (veteran MiMo)
161154 | Zig:26   | Noticed Xuqyot's ghost (legendary DsFi)
161154 | Zig:26   | Killed Rirumasy's ghost
161154 | Zig:26   | Killed Haitsiopt's ghost
161154 | Zig:26   | Killed Amikeex's ghost
161158 | Zig:26   | Noticed Hacvoq's ghost (legendary HOFi)
161158 | Zig:26   | Killed thechecker02's ghost
161158 | Zig:26   | Noticed runemage's ghost (legendary GnFi)
161158 | Zig:26   | Noticed BerryKnight's ghost (legendary DgFi)
161159 | Zig:26   | Noticed Viugiw's ghost (legendary TeBe)
161160 | Zig:26   | Noticed BerryKnight's ghost (legendary DgFi)
161160 | Zig:26   | Killed Janeylunn's ghost
161162 | Zig:26   | Killed WeeknightWizard's ghost
161163 | Zig:26   | Noticed lmSkywalker's ghost (adept DrTm)
161163 | Zig:26   | Killed Boynear's ghost
161163 | Zig:26   | Killed Wammos's ghost
161164 | Zig:26   | Killed Rirumasy's ghost
161164 | Zig:26   | Killed deprived's ghost
161164 | Zig:26   | Killed scarywalker64's ghost
161164 | Zig:26   | Killed Fenir's ghost
161164 | Zig:26   | Killed Wammos's ghost
161164 | Zig:26   | Killed Pikuto's ghost
161164 | Zig:26   | Killed sleeves's ghost
161165 | Zig:26   | Noticed Uhosoup's ghost (veteran GrFi)
161166 | Zig:26   | Noticed sleeves's ghost (legendary HuSk)
161167 | Zig:26   | Noticed Ebassic's ghost (veteran GrFi)
161170 | Zig:26   | Noticed Evehuixoju's ghost (legendary VSFi)
161172 | Zig:26   | Noticed Hacvoq's ghost (legendary HOFi)
161172 | Zig:26   | Killed Sext's ghost
161173 | Zig:26   | Killed Boduf's ghost
161175 | Zig:26   | Killed Xiwu's ghost
161175 | Zig:26   | Killed blexxed's ghost
161175 | Zig:26   | Killed frimble's ghost
161176 | Zig:26   | Killed astronautguy's ghost
161176 | Zig:26   | Killed Qeilemp's ghost
161177 | Zig:26   | Noticed Ubraesch's ghost (adept TrMo)
161177 | Zig:26   | Noticed thechecker02's ghost (master DDFi)
161177 | Zig:26   | Killed TuffENuff's ghost
161179 | Zig:26   | Killed TuffENuff's ghost
161179 | Zig:26   | Killed Xuqyot's ghost
161183 | Zig:26   | Killed Teaz Xo Upt's ghost
161198 | Zig:26   | Killed Xiwu's ghost
161199 | Zig:26   | Noticed Oreexun's ghost (legendary DECj)
161199 | Zig:26   | Noticed strangelove's ghost (master GrEE)
161200 | Zig:26   | Noticed Xiwu's ghost (legendary MiFi)
161200 | Zig:26   | Killed Dameikh's ghost
161200 | Zig:26   | Killed SevenDeadlySins's ghost
161202 | Zig:26   | Killed Qupubruts's ghost
161202 | Zig:26   | Killed Qupubruts's ghost
161205 | Zig:26   | Killed Evehuixoju's ghost
161205 | Zig:26   | Killed lmSkywalker's ghost
161205 | Zig:26   | Killed Xuqyot's ghost
161211 | Zig:26   | Killed Ubraesch's ghost
161211 | Zig:26   | Killed Walil's ghost
161211 | Zig:26   | Killed sleeves's ghost
161212 | Zig:26   | Killed Ebassic's ghost
161212 | Zig:26   | Killed Viugiw's ghost
161213 | Zig:26   | Killed Oreexun's ghost
161213 | Zig:26   | Killed strangelove's ghost
161214 | Zig:26   | Killed Hacvoq's ghost
161214 | Zig:26   | Killed Uhosoup's ghost
161217 | Zig:26   | Killed runemage's ghost
161220 | Zig:26   | Killed Hacvoq's ghost
161221 | Zig:26   | Killed Xiwu's ghost
161226 | Zig:26   | Killed thechecker02's ghost
161227 | Zig:26   | Killed BerryKnight's ghost
161234 | Zig:26   | Killed BerryKnight's ghost
161716 | Zig:26   | Identified the Volume of the Frigorific Traveller
161728 | Zig:26   | Identified the Papyrus of Glamour and Stones
161767 | Zig:27   | Entered Level 27 of a ziggurat
161956 | Zig:27   | Got a pitted silver amulet
161965 | Zig:27   | Identified the Almanac of Hexes
161980 | Zig:27   | Identified the Guide on Fiery Translocation
161997 | Zig:27   | Got a shimmering silver ring
162100 | Zig:27   | Identified Ygususos's Guide on Cold and Flames
162400 | Zig:27   | Identified the amulet "Loset" {RegenMP +Fly rF+ rC+} (You
                  | found it on level 27 of a ziggurat)
162402 | Zig:27   | Identified the ring "Coki" {Wiz rC+} (You found it on level
                  | 27 of a ziggurat)
162581 | D:1      | Acquired 1065 gold pieces
162667 | Zig:1    | Entered Level 1 of a ziggurat
162723 | Zig:2    | Entered Level 2 of a ziggurat
162812 | Zig:3    | Entered Level 3 of a ziggurat
162812 | Zig:3    | Noticed a juggernaut
162812 | Zig:3    | Noticed a juggernaut
162813 | Zig:3    | Noticed a juggernaut
162818 | Zig:3    | Killed a juggernaut
162819 | Zig:3    | Killed a juggernaut
162820 | Zig:3    | Killed a juggernaut
162912 | Zig:4    | Entered Level 4 of a ziggurat
163039 | Zig:5    | Entered Level 5 of a ziggurat
163179 | Zig:5    | Got a transparent platinum ring
163181 | Zig:5    | Got a shimmering steel amulet
163201 | Zig:6    | Entered Level 6 of a ziggurat
163408 | Zig:7    | Entered Level 7 of a ziggurat
163585 | Zig:7    | Identified the Catalogue of Creative Venom
163594 | Zig:8    | Entered Level 8 of a ziggurat
163594 | Zig:8    | Noticed an ancient lich
163594 | Zig:8    | Noticed an ancient lich
163594 | Zig:8    | Noticed an ancient lich
163594 | Zig:8    | Noticed an ancient lich
163594 | Zig:8    | Noticed an ancient lich
163594 | Zig:8    | Noticed an ancient lich
163595 | Zig:8    | Killed an ancient lich
163595 | Zig:8    | Killed an ancient lich
163595 | Zig:8    | Killed an ancient lich
163595 | Zig:8    | Killed an ancient lich
163596 | Zig:8    | Killed an ancient lich
163596 | Zig:8    | Killed an ancient lich
163603 | Zig:8    | Noticed an ancient lich
163607 | Zig:8    | Noticed an ancient lich
163609 | Zig:8    | Killed an ancient lich
163615 | Zig:8    | Killed an ancient lich
163615 | Zig:8    | Noticed an ancient lich
163635 | Zig:8    | Killed an ancient lich
163773 | Zig:9    | Entered Level 9 of a ziggurat
163773 | Zig:9    | Noticed an ancient lich
163773 | Zig:9    | Noticed an ancient lich
163773 | Zig:9    | Noticed an ancient lich
163773 | Zig:9    | Noticed an ancient lich
163773 | Zig:9    | Noticed an ancient lich
163773 | Zig:9    | Noticed an ancient lich
163774 | Zig:9    | Killed an ancient lich
163774 | Zig:9    | Killed an ancient lich
163775 | Zig:9    | Noticed an ancient lich
163777 | Zig:9    | Noticed an ancient lich
163779 | Zig:9    | Killed an ancient lich
163779 | Zig:9    | Killed an ancient lich
163779 | Zig:9    | Killed an ancient lich
163779 | Zig:9    | Killed an ancient lich
163779 | Zig:9    | Killed an ancient lich
163779 | Zig:9    | Noticed an ancient lich
163784 | Zig:9    | Noticed an ancient lich
163787 | Zig:9    | Noticed an ancient lich
163788 | Zig:9    | Noticed an ancient lich
163791 | Zig:9    | Noticed an ancient lich
163793 | Zig:9    | Killed an ancient lich
163793 | Zig:9    | Killed an ancient lich
163793 | Zig:9    | Killed an ancient lich
163793 | Zig:9    | Killed an ancient lich
163799 | Zig:9    | Killed an ancient lich
163799 | Zig:9    | Killed an ancient lich
163973 | Zig:9    | Identified the Catalogue of the Excruciating Volcanoes
163983 | Zig:9    | Identified the Tome of Virous Clay
164001 | Zig:9    | Learned a level 3 spell: Portal Projectile
164018 | Zig:10   | Entered Level 10 of a ziggurat
164018 | Zig:10   | Noticed an ancient lich
164018 | Zig:10   | Noticed an ancient lich
164018 | Zig:10   | Noticed an ancient lich
164018 | Zig:10   | Noticed an ancient lich
164018 | Zig:10   | Noticed an ancient lich
164018 | Zig:10   | Noticed an ancient lich
164018 | Zig:10   | Noticed an ancient lich
164018 | Zig:10   | Noticed an ancient lich
164018 | Zig:10   | Noticed an ancient lich
164019 | Zig:10   | Killed an ancient lich
164019 | Zig:10   | Killed an ancient lich
164019 | Zig:10   | Killed an ancient lich
164020 | Zig:10   | Killed an ancient lich
164020 | Zig:10   | Killed an ancient lich
164020 | Zig:10   | Killed an ancient lich
164020 | Zig:10   | Killed an ancient lich
164020 | Zig:10   | Killed an ancient lich
164020 | Zig:10   | Noticed an ancient lich
164021 | Zig:10   | Noticed an ancient lich
164025 | Zig:10   | Noticed an ancient lich
164025 | Zig:10   | Killed an ancient lich
164028 | Zig:10   | Noticed an ancient lich
164029 | Zig:10   | Noticed an ancient lich
164030 | Zig:10   | Noticed an ancient lich
164031 | Zig:10   | Noticed an ancient lich
164031 | Zig:10   | Killed an ancient lich
164031 | Zig:10   | Killed an ancient lich
164031 | Zig:10   | Noticed an ancient lich
164032 | Zig:10   | Noticed an ancient lich
164034 | Zig:10   | Noticed an ancient lich
164034 | Zig:10   | Killed an ancient lich
164034 | Zig:10   | Killed an ancient lich
164034 | Zig:10   | Killed an ancient lich
164034 | Zig:10   | Killed an ancient lich
164034 | Zig:10   | Killed an ancient lich
164036 | Zig:10   | Noticed an ancient lich
164046 | Zig:10   | Killed an ancient lich
164046 | Zig:10   | Killed an ancient lich
164046 | Zig:10   | Killed an ancient lich
164057 | Zig:10   | Killed an ancient lich
164229 | Zig:10   | Got a scorched wooden ring
164237 | Zig:11   | Entered Level 11 of a ziggurat
164237 | Zig:11   | Noticed an ancient lich
164244 | Zig:11   | Killed an ancient lich
164313 | Zig:11   | Noticed an ancient lich
164338 | Zig:11   | Killed an ancient lich
164526 | Zig:12   | Entered Level 12 of a ziggurat
164778 | Zig:12   | Identified Sif Muna's Compendium of Curses
164820 | Zig:13   | Entered Level 13 of a ziggurat
164915 | Zig:13   | Got a shimmering wooden ring
164919 | Zig:13   | Identified the Guide on the Captivating Arsonist
164933 | Zig:13   | Identified the Collected Works on Fire and Changing
164941 | Zig:13   | Got a fine amethyst amulet
165120 | Zig:14   | Entered Level 14 of a ziggurat
165120 | Zig:14   | Noticed an ancient lich
165127 | Zig:14   | Killed an ancient lich
165218 | Zig:14   | Killed a starcursed mass
165470 | Zig:14   | Got a steaming steel ring
165476 | Zig:14   | Identified the Grimoire of the Mountains
165531 | Zig:15   | Entered Level 15 of a ziggurat
165620 | Zig:15   | Killed a starcursed mass
165881 | Zig:15   | Got a shimmering bronze ring
165898 | Zig:16   | Entered Level 16 of a ziggurat
166237 | Zig:16   | Got a flickering brass ring
166300 | Zig:17   | Entered Level 17 of a ziggurat
166539 | Zig:17   | Got a pitted wooden ring
166551 | Zig:17   | Identified the ring of Relativism {+Fly rElec Str+2} (You
                  | found it on level 5 of a ziggurat)
166553 | Zig:17   | Identified the amulet of Daisies {rPois rF+ Regen+} (You
                  | found it on level 5 of a ziggurat)
166555 | Zig:17   | Identified the ring of Accord {rElec rC+ MP+9 Str-3 Slay+3}
                  | (You found it on level 10 of a ziggurat)
166557 | Zig:17   | Identified the ring of Itrunojalo {rN+ Stlth+} (You found
                  | it on level 13 of a ziggurat)
166559 | Zig:17   | Identified the amulet of Linearity {RegenMP rC+ Will+
                  | Int+4} (You found it on level 13 of a ziggurat)
166561 | Zig:17   | Identified the ring "Meim" {*Slow +Blink rElec rF+ AC+4}
                  | (You found it on level 14 of a ziggurat)
166563 | Zig:17   | Identified the ring "Zuovulau" {*Tele rPois Int+2 Dex-3}
                  | (You found it on level 15 of a ziggurat)
166565 | Zig:17   | Identified the ring "Yhulot" {rElec rPois rC+ Str+5 Dex-2}
                  | (You found it on level 16 of a ziggurat)
166567 | Zig:17   | Identified the ring of Polytheism {*Slow rC+ Int+3 Dex+3
                  | Stlth+} (You found it on level 17 of a ziggurat)
166571 | Zig:17   | Got a bound pewter ring
166576 | Zig:17   | Got a glittering tin ring
166580 | Zig:17   | Identified Jore's Guide on the Traveller
166616 | Zig:17   | Got a pair of polished boots
166628 | Zig:18   | Entered Level 18 of a ziggurat
166628 | Zig:18   | Noticed an ancient lich
166628 | Zig:18   | Noticed an ancient lich
166628 | Zig:18   | Noticed an ancient lich
166628 | Zig:18   | Noticed an ancient lich
166628 | Zig:18   | Noticed an ancient lich
166628 | Zig:18   | Noticed an ancient lich
166628 | Zig:18   | Noticed an ancient lich
166628 | Zig:18   | Noticed an ancient lich
166628 | Zig:18   | Noticed an ancient lich
166628 | Zig:18   | Noticed an ancient lich
166628 | Zig:18   | Noticed an ancient lich
166628 | Zig:18   | Noticed an ancient lich
166628 | Zig:18   | Noticed an ancient lich
166628 | Zig:18   | Noticed an ancient lich
166628 | Zig:18   | Noticed an ancient lich
166629 | Zig:18   | Killed an ancient lich
166629 | Zig:18   | Killed an ancient lich
166629 | Zig:18   | Killed an ancient lich
166629 | Zig:18   | Killed an ancient lich
166629 | Zig:18   | Noticed an ancient lich
166630 | Zig:18   | Killed an ancient lich
166630 | Zig:18   | Killed an ancient lich
166630 | Zig:18   | Killed an ancient lich
166630 | Zig:18   | Killed an ancient lich
166630 | Zig:18   | Killed an ancient lich
166630 | Zig:18   | Killed an ancient lich
166630 | Zig:18   | Killed an ancient lich
166630 | Zig:18   | Killed an ancient lich
166631 | Zig:18   | Killed an ancient lich
166631 | Zig:18   | Noticed an ancient lich
166631 | Zig:18   | Noticed an ancient lich
166632 | Zig:18   | Killed an ancient lich
166632 | Zig:18   | Killed an ancient lich
166632 | Zig:18   | Killed an ancient lich
166632 | Zig:18   | Noticed an ancient lich
166635 | Zig:18   | Noticed an ancient lich
166640 | Zig:18   | Noticed an ancient lich
166640 | Zig:18   | Killed an ancient lich
166640 | Zig:18   | Killed an ancient lich
166640 | Zig:18   | Killed an ancient lich
166640 | Zig:18   | Killed an ancient lich
166640 | Zig:18   | Killed an ancient lich
166640 | Zig:18   | Noticed an ancient lich
166641 | Zig:18   | Noticed an ancient lich
166641 | Zig:18   | Noticed an ancient lich
166641 | Zig:18   | Noticed an ancient lich
166642 | Zig:18   | Noticed an ancient lich
166642 | Zig:18   | Noticed an ancient lich
166643 | Zig:18   | Noticed an ancient lich
166644 | Zig:18   | Noticed an ancient lich
166644 | Zig:18   | Noticed an ancient lich
166647 | Zig:18   | Killed an ancient lich
166647 | Zig:18   | Killed an ancient lich
166648 | Zig:18   | Noticed an ancient lich
166652 | Zig:18   | Killed an ancient lich
166652 | Zig:18   | Killed an ancient lich
166652 | Zig:18   | Killed an ancient lich
166652 | Zig:18   | Killed an ancient lich
166652 | Zig:18   | Killed an ancient lich
166652 | Zig:18   | Killed an ancient lich
166652 | Zig:18   | Killed an ancient lich
166652 | Zig:18   | Noticed an ancient lich
166655 | Zig:18   | Noticed an ancient lich
166656 | Zig:18   | Noticed an ancient lich
166658 | Zig:18   | Noticed an ancient lich
166658 | Zig:18   | Killed an ancient lich
166658 | Zig:18   | Killed an ancient lich
166658 | Zig:18   | Killed an ancient lich
166658 | Zig:18   | Noticed an ancient lich
166661 | Zig:18   | Noticed an ancient lich
166662 | Zig:18   | Noticed an ancient lich
166664 | Zig:18   | Noticed an ancient lich
166665 | Zig:18   | Noticed an ancient lich
166672 | Zig:18   | Killed an ancient lich
166672 | Zig:18   | Killed an ancient lich
166672 | Zig:18   | Killed an ancient lich
166672 | Zig:18   | Killed an ancient lich
166674 | Zig:18   | Noticed an ancient lich
166674 | Zig:18   | Noticed an ancient lich
166677 | Zig:18   | Killed an ancient lich
166677 | Zig:18   | Killed an ancient lich
166677 | Zig:18   | Killed an ancient lich
166677 | Zig:18   | Killed an ancient lich
166677 | Zig:18   | Noticed an ancient lich
166686 | Zig:18   | Noticed an ancient lich
166689 | Zig:18   | Killed an ancient lich
166692 | Zig:18   | Noticed an ancient lich
166698 | Zig:18   | Killed an ancient lich
166698 | Zig:18   | Killed an ancient lich
166698 | Zig:18   | Killed an ancient lich
166926 | Zig:18   | Identified the Volume of Earth and Shape Shifting
166932 | Zig:18   | Identified the Disquisition on Ashen Execration
166940 | Zig:18   | Got an ancient ruby amulet
166959 | Zig:18   | Got a crude jade ring
166969 | Zig:18   | Got a serpentine iron ring
166973 | Zig:18   | Identified the ring of Gluttony {rC+ rCorr} (You found it
                  | on level 17 of a ziggurat)
166975 | Zig:18   | Identified the ring of Fatigue {rC+ Str+2} (You found it on
                  | level 17 of a ziggurat)
166989 | Zig:18   | Identified the +2 pair of boots "Etait" {Rampage Dex+4
                  | SInv} (You found it on level 17 of a ziggurat)
167002 | Zig:18   | Identified the ring of Ykkyuz {MP+9 Int+4} (You found it on
                  | level 18 of a ziggurat)
167005 | Zig:18   | Identified the amulet "Juwur" {Faith rPois rF+ Dex+5} (You
                  | found it on level 18 of a ziggurat)
167008 | Zig:18   | Identified the ring of Jycexzic {Fire +Fly MP+9 Int+2
                  | Slay-3} (You found it on level 18 of a ziggurat)
167024 | Zig:19   | Entered Level 19 of a ziggurat
167434 | Zig:19   | Got an ancient steel ring
167444 | Zig:20   | Entered Level 20 of a ziggurat
167515 | Zig:20   | Identified the Papyrus of Enthralling Summoning
167539 | Zig:20   | Identified the Incunabulum of Dusty Toxins
167547 | Zig:20   | Identified the Handbook of Mutagenic Cold
167823 | Zig:20   | Got a pitted golden amulet
167840 | Zig:20   | Identified the Reference Book on the Supportive Birds
167847 | Zig:20   | Got a scorched silver ring
167931 | Zig:21   | Entered Level 21 of a ziggurat
168167 | Zig:21   | Noticed an ancient lich
168169 | Zig:21   | Killed an ancient lich
168192 | Zig:21   | Identified the Catalogue of Ashen Contamination
168199 | Zig:21   | Got a smoking lead ring
168209 | Zig:21   | Identified the Collected Works on the Voyage
168220 | Zig:21   | Got a translucent bone amulet
168227 | Zig:21   | Got a glittering bronze ring
168248 | Zig:21   | Got a twisted cloak
168256 | Zig:22   | Entered Level 22 of a ziggurat
168256 | Zig:22   | Noticed an ancient lich
168256 | Zig:22   | Noticed an ancient lich
168256 | Zig:22   | Noticed an ancient lich
168256 | Zig:22   | Noticed an ancient lich
168256 | Zig:22   | Noticed an ancient lich
168256 | Zig:22   | Noticed an ancient lich
168256 | Zig:22   | Noticed an ancient lich
168256 | Zig:22   | Noticed an ancient lich
168256 | Zig:22   | Noticed an ancient lich
168256 | Zig:22   | Noticed an ancient lich
168256 | Zig:22   | Noticed an ancient lich
168256 | Zig:22   | Noticed an ancient lich
168256 | Zig:22   | Noticed an ancient lich
168257 | Zig:22   | Killed an ancient lich
168257 | Zig:22   | Killed an ancient lich
168257 | Zig:22   | Killed an ancient lich
168257 | Zig:22   | Killed an ancient lich
168257 | Zig:22   | Noticed an ancient lich
168258 | Zig:22   | Noticed an ancient lich
168258 | Zig:22   | Noticed an ancient lich
168258 | Zig:22   | Noticed an ancient lich
168259 | Zig:22   | Killed an ancient lich
168259 | Zig:22   | Killed an ancient lich
168259 | Zig:22   | Killed an ancient lich
168259 | Zig:22   | Killed an ancient lich
168259 | Zig:22   | Killed an ancient lich
168259 | Zig:22   | Killed an ancient lich
168259 | Zig:22   | Killed an ancient lich
168259 | Zig:22   | Killed an ancient lich
168259 | Zig:22   | Killed an ancient lich
168259 | Zig:22   | Killed an ancient lich
168259 | Zig:22   | Noticed an ancient lich
168259 | Zig:22   | Noticed an ancient lich
168261 | Zig:22   | Noticed an ancient lich
168261 | Zig:22   | Noticed an ancient lich
168261 | Zig:22   | Noticed an ancient lich
168261 | Zig:22   | Noticed an ancient lich
168261 | Zig:22   | Noticed an ancient lich
168262 | Zig:22   | Noticed an ancient lich
168262 | Zig:22   | Noticed an ancient lich
168262 | Zig:22   | Noticed an ancient lich
168262 | Zig:22   | Killed an ancient lich
168262 | Zig:22   | Noticed an ancient lich
168262 | Zig:22   | Noticed an ancient lich
168263 | Zig:22   | Noticed an ancient lich
168264 | Zig:22   | Noticed an ancient lich
168265 | Zig:22   | Noticed an ancient lich
168265 | Zig:22   | Killed an ancient lich
168265 | Zig:22   | Noticed an ancient lich
168266 | Zig:22   | Noticed an ancient lich
168266 | Zig:22   | Noticed an ancient lich
168267 | Zig:22   | Noticed an ancient lich
168267 | Zig:22   | Noticed an ancient lich
168267 | Zig:22   | Noticed an ancient lich
168267 | Zig:22   | Killed an ancient lich
168268 | Zig:22   | Killed an ancient lich
168268 | Zig:22   | Killed an ancient lich
168268 | Zig:22   | Killed an ancient lich
168268 | Zig:22   | Killed an ancient lich
168268 | Zig:22   | Killed an ancient lich
168268 | Zig:22   | Killed an ancient lich
168268 | Zig:22   | Killed an ancient lich
168268 | Zig:22   | Killed an ancient lich
168268 | Zig:22   | Killed an ancient lich
168268 | Zig:22   | Killed an ancient lich
168268 | Zig:22   | Killed an ancient lich
168268 | Zig:22   | Killed an ancient lich
168268 | Zig:22   | Killed an ancient lich
168268 | Zig:22   | Killed an ancient lich
168269 | Zig:22   | Killed an ancient lich
168269 | Zig:22   | Killed an ancient lich
168269 | Zig:22   | Killed an ancient lich
168269 | Zig:22   | Killed an ancient lich
168269 | Zig:22   | Killed an ancient lich
168269 | Zig:22   | Killed an ancient lich
168269 | Zig:22   | Noticed an ancient lich
168272 | Zig:22   | Noticed an ancient lich
168272 | Zig:22   | Killed an ancient lich
168272 | Zig:22   | Killed an ancient lich
168272 | Zig:22   | Killed an ancient lich
168273 | Zig:22   | Noticed an ancient lich
168275 | Zig:22   | Noticed an ancient lich
168275 | Zig:22   | Noticed an ancient lich
168276 | Zig:22   | Noticed an ancient lich
168276 | Zig:22   | Noticed an ancient lich
168276 | Zig:22   | Noticed an ancient lich
168276 | Zig:22   | Noticed an ancient lich
168277 | Zig:22   | Noticed an ancient lich
168278 | Zig:22   | Killed an ancient lich
168279 | Zig:22   | Noticed an ancient lich
168291 | Zig:22   | Killed an ancient lich
168291 | Zig:22   | Killed an ancient lich
168291 | Zig:22   | Killed an ancient lich
168292 | Zig:22   | Noticed an ancient lich
168295 | Zig:22   | Noticed an ancient lich
168300 | Zig:22   | Noticed an ancient lich
168300 | Zig:22   | Killed an ancient lich
168300 | Zig:22   | Killed an ancient lich
168300 | Zig:22   | Killed an ancient lich
168300 | Zig:22   | Killed an ancient lich
168304 | Zig:22   | Killed an ancient lich
168304 | Zig:22   | Killed an ancient lich
168304 | Zig:22   | Killed an ancient lich
168307 | Zig:22   | Killed an ancient lich
168332 | Zig:22   | Identified the Collected Works on the Birds and Cold
168693 | Zig:22   | Identified the Guide on the Voyage and Poison
168723 | Zig:22   | Got a sparkling copper ring
168732 | Zig:22   | Identified Udeoprarph's Volume of the Escort and Black
                  | Rites
168793 | Zig:23   | Entered Level 23 of a ziggurat
168793 | Zig:23   | Noticed a royal mummy
168793 | Zig:23   | Noticed a royal mummy
168793 | Zig:23   | Noticed a royal mummy
168793 | Zig:23   | Noticed a royal mummy
168793 | Zig:23   | Noticed a royal mummy
168793 | Zig:23   | Noticed a royal mummy
168793 | Zig:23   | Noticed a royal mummy
168793 | Zig:23   | Noticed a royal mummy
168793 | Zig:23   | Noticed a royal mummy
168793 | Zig:23   | Noticed a royal mummy
168793 | Zig:23   | Noticed a royal mummy
168793 | Zig:23   | Noticed a royal mummy
168793 | Zig:23   | Noticed a royal mummy
168797 | Zig:23   | Noticed a royal mummy
168797 | Zig:23   | Noticed a royal mummy
168799 | Zig:23   | Killed a royal mummy
168800 | Zig:23   | Killed a royal mummy
168800 | Zig:23   | Killed a royal mummy
168800 | Zig:23   | Killed a royal mummy
168803 | Zig:23   | Noticed a royal mummy
168803 | Zig:23   | Noticed a royal mummy
168803 | Zig:23   | Noticed a royal mummy
168804 | Zig:23   | Noticed a royal mummy
168807 | Zig:23   | Killed a royal mummy
168809 | Zig:23   | Noticed a royal mummy
168815 | Zig:23   | Killed a royal mummy
168816 | Zig:23   | Killed a royal mummy
168816 | Zig:23   | Killed a royal mummy
168817 | Zig:23   | Killed a royal mummy
168817 | Zig:23   | Noticed a royal mummy
168818 | Zig:23   | Killed a royal mummy
168818 | Zig:23   | Killed a royal mummy
168818 | Zig:23   | Killed a royal mummy
168818 | Zig:23   | Noticed a royal mummy
168818 | Zig:23   | Noticed a royal mummy
168818 | Zig:23   | Noticed a royal mummy
168818 | Zig:23   | Noticed a royal mummy
168819 | Zig:23   | Killed a royal mummy
168819 | Zig:23   | Killed a royal mummy
168819 | Zig:23   | Noticed a royal mummy
168819 | Zig:23   | Noticed a royal mummy
168820 | Zig:23   | Killed a royal mummy
168820 | Zig:23   | Killed a royal mummy
168820 | Zig:23   | Killed a royal mummy
168820 | Zig:23   | Killed a royal mummy
168820 | Zig:23   | Killed a royal mummy
168820 | Zig:23   | Noticed a royal mummy
168820 | Zig:23   | Noticed a royal mummy
168820 | Zig:23   | Noticed a royal mummy
168821 | Zig:23   | Killed a royal mummy
168821 | Zig:23   | Killed a royal mummy
168821 | Zig:23   | Killed a royal mummy
168821 | Zig:23   | Killed a royal mummy
168821 | Zig:23   | Killed a royal mummy
168821 | Zig:23   | Killed a royal mummy
168821 | Zig:23   | Noticed a royal mummy
168822 | Zig:23   | Noticed a royal mummy
168822 | Zig:23   | Noticed a royal mummy
168823 | Zig:23   | Noticed a royal mummy
168823 | Zig:23   | Noticed a royal mummy
168823 | Zig:23   | Noticed a royal mummy
168823 | Zig:23   | Noticed a royal mummy
168824 | Zig:23   | Noticed a royal mummy
168824 | Zig:23   | Noticed a royal mummy
168824 | Zig:23   | Noticed a royal mummy
168825 | Zig:23   | Noticed a royal mummy
168828 | Zig:23   | Noticed a royal mummy
168829 | Zig:23   | Killed a royal mummy
168829 | Zig:23   | Killed a royal mummy
168829 | Zig:23   | Killed a royal mummy
168830 | Zig:23   | Killed a royal mummy
168831 | Zig:23   | Killed a royal mummy
168832 | Zig:23   | Killed a royal mummy
168832 | Zig:23   | Killed a royal mummy
168832 | Zig:23   | Killed a royal mummy
168832 | Zig:23   | Killed a royal mummy
168832 | Zig:23   | Noticed a royal mummy
168832 | Zig:23   | Noticed a royal mummy
168833 | Zig:23   | Killed a royal mummy
168833 | Zig:23   | Killed a royal mummy
168833 | Zig:23   | Killed a royal mummy
168833 | Zig:23   | Killed a royal mummy
168833 | Zig:23   | Killed a royal mummy
168833 | Zig:23   | Killed a royal mummy
168833 | Zig:23   | Noticed a royal mummy
168833 | Zig:23   | Noticed a royal mummy
168835 | Zig:23   | Noticed a royal mummy
168838 | Zig:23   | Killed a royal mummy
168838 | Zig:23   | Killed a royal mummy
168838 | Zig:23   | Killed a royal mummy
168838 | Zig:23   | Noticed a royal mummy
168838 | Zig:23   | Noticed a royal mummy
168839 | Zig:23   | Killed a royal mummy
168839 | Zig:23   | Killed a royal mummy
168839 | Zig:23   | Killed a royal mummy
168841 | Zig:23   | Noticed a royal mummy
168844 | Zig:23   | Noticed a royal mummy
168846 | Zig:23   | Killed a royal mummy
168846 | Zig:23   | Killed a royal mummy
168846 | Zig:23   | Noticed a royal mummy
168846 | Zig:23   | Noticed a royal mummy
168848 | Zig:23   | Noticed a royal mummy
168849 | Zig:23   | Killed a royal mummy
168850 | Zig:23   | Noticed a royal mummy
168850 | Zig:23   | Noticed a royal mummy
168852 | Zig:23   | Killed a royal mummy
168852 | Zig:23   | Killed a royal mummy
168852 | Zig:23   | Killed a royal mummy
168853 | Zig:23   | Noticed a royal mummy
168857 | Zig:23   | Killed a royal mummy
168857 | Zig:23   | Killed a royal mummy
168857 | Zig:23   | Killed a royal mummy
168857 | Zig:23   | Killed a royal mummy
168868 | Zig:23   | Killed a royal mummy
168897 | Zig:23   | Identified the Catalogue of the Rocks and the Frostbite
168926 | Zig:23   | Identified the Tome of Warped Heat
169297 | Zig:23   | Got smouldering shadow dragon scales
169318 | Zig:24   | Entered Level 24 of a ziggurat
169318 | Zig:24   | Noticed an orb of fire
169318 | Zig:24   | Noticed an orb of fire
169318 | Zig:24   | Noticed an orb of fire
169318 | Zig:24   | Noticed an orb of fire
169318 | Zig:24   | Noticed an orb of fire
169318 | Zig:24   | Noticed an orb of fire
169318 | Zig:24   | Noticed an orb of fire
169318 | Zig:24   | Noticed an orb of fire
169318 | Zig:24   | Noticed an orb of fire
169318 | Zig:24   | Noticed an orb of fire
169318 | Zig:24   | Noticed an orb of fire
169318 | Zig:24   | Noticed an orb of fire
169318 | Zig:24   | Noticed an orb of fire
169318 | Zig:24   | Noticed an orb of fire
169318 | Zig:24   | Noticed an orb of fire
169318 | Zig:24   | Noticed an orb of fire
169320 | Zig:24   | Noticed an orb of fire
169320 | Zig:24   | Noticed an orb of fire
169320 | Zig:24   | Noticed an orb of fire
169320 | Zig:24   | Noticed an orb of fire
169320 | Zig:24   | Noticed an orb of fire
169321 | Zig:24   | Noticed an orb of fire
169322 | Zig:24   | Noticed an orb of fire
169322 | Zig:24   | Noticed an orb of fire
169323 | Zig:24   | Noticed an orb of fire
169323 | Zig:24   | Killed an orb of fire
169323 | Zig:24   | Killed an orb of fire
169323 | Zig:24   | Noticed an orb of fire
169323 | Zig:24   | Noticed an orb of fire
169324 | Zig:24   | Noticed an orb of fire
169324 | Zig:24   | Killed an orb of fire
169324 | Zig:24   | Killed an orb of fire
169324 | Zig:24   | Killed an orb of fire
169324 | Zig:24   | Killed an orb of fire
169324 | Zig:24   | Killed an orb of fire
169324 | Zig:24   | Killed an orb of fire
169324 | Zig:24   | Killed an orb of fire
169324 | Zig:24   | Noticed an orb of fire
169324 | Zig:24   | Noticed an orb of fire
169325 | Zig:24   | Noticed an orb of fire
169325 | Zig:24   | Killed an orb of fire
169325 | Zig:24   | Killed an orb of fire
169325 | Zig:24   | Killed an orb of fire
169325 | Zig:24   | Killed an orb of fire
169325 | Zig:24   | Killed an orb of fire
169325 | Zig:24   | Killed an orb of fire
169325 | Zig:24   | Killed an orb of fire
169325 | Zig:24   | Killed an orb of fire
169325 | Zig:24   | Noticed an orb of fire
169325 | Zig:24   | Noticed an orb of fire
169325 | Zig:24   | Noticed an orb of fire
169325 | Zig:24   | Noticed an orb of fire
169326 | Zig:24   | Noticed an orb of fire
169326 | Zig:24   | Killed an orb of fire
169326 | Zig:24   | Noticed an orb of fire
169326 | Zig:24   | Noticed an orb of fire
169327 | Zig:24   | Noticed an orb of fire
169327 | Zig:24   | Killed an orb of fire
169327 | Zig:24   | Killed an orb of fire
169327 | Zig:24   | Noticed an orb of fire
169327 | Zig:24   | Noticed an orb of fire
169328 | Zig:24   | Killed an orb of fire
169328 | Zig:24   | Killed an orb of fire
169328 | Zig:24   | Killed an orb of fire
169328 | Zig:24   | Noticed an orb of fire
169328 | Zig:24   | Noticed an orb of fire
169328 | Zig:24   | Noticed an orb of fire
169329 | Zig:24   | Noticed an orb of fire
169329 | Zig:24   | Killed an orb of fire
169329 | Zig:24   | Killed an orb of fire
169329 | Zig:24   | Killed an orb of fire
169329 | Zig:24   | Killed an orb of fire
169329 | Zig:24   | Noticed an orb of fire
169329 | Zig:24   | Noticed an orb of fire
169330 | Zig:24   | Noticed an orb of fire
169338 | Zig:24   | Killed an orb of fire
169338 | Zig:24   | Killed an orb of fire
169339 | Zig:24   | Killed an orb of fire
169339 | Zig:24   | Killed an orb of fire
169339 | Zig:24   | Killed an orb of fire
169339 | Zig:24   | Killed an orb of fire
169339 | Zig:24   | Killed an orb of fire
169339 | Zig:24   | Killed an orb of fire
169339 | Zig:24   | Killed an orb of fire
169340 | Zig:24   | Noticed an orb of fire
169340 | Zig:24   | Noticed an orb of fire
169340 | Zig:24   | Killed an orb of fire
169340 | Zig:24   | Killed an orb of fire
169340 | Zig:24   | Killed an orb of fire
169340 | Zig:24   | Killed an orb of fire
169340 | Zig:24   | Killed an orb of fire
169341 | Zig:24   | Noticed an orb of fire
169341 | Zig:24   | Killed an orb of fire
169341 | Zig:24   | Killed an orb of fire
169341 | Zig:24   | Killed an orb of fire
169341 | Zig:24   | Killed an orb of fire
169341 | Zig:24   | Killed an orb of fire
169341 | Zig:24   | Killed an orb of fire
169341 | Zig:24   | Killed an orb of fire
169342 | Zig:24   | Noticed an orb of fire
169342 | Zig:24   | Noticed an orb of fire
169342 | Zig:24   | Noticed an orb of fire
169342 | Zig:24   | Noticed an orb of fire
169342 | Zig:24   | Noticed an orb of fire
169342 | Zig:24   | Noticed an orb of fire
169342 | Zig:24   | Noticed an orb of fire
169342 | Zig:24   | Noticed an orb of fire
169342 | Zig:24   | Killed an orb of fire
169342 | Zig:24   | Killed an orb of fire
169342 | Zig:24   | Noticed an orb of fire
169342 | Zig:24   | Noticed an orb of fire
169343 | Zig:24   | Noticed an orb of fire
169343 | Zig:24   | Noticed an orb of fire
169343 | Zig:24   | Noticed an orb of fire
169343 | Zig:24   | Noticed an orb of fire
169343 | Zig:24   | Noticed an orb of fire
169343 | Zig:24   | Noticed an orb of fire
169343 | Zig:24   | Noticed an orb of fire
169343 | Zig:24   | Noticed an orb of fire
169343 | Zig:24   | Noticed an orb of fire
169343 | Zig:24   | Noticed an orb of fire
169343 | Zig:24   | Noticed an orb of fire
169343 | Zig:24   | Noticed an orb of fire
169344 | Zig:24   | Killed an orb of fire
169345 | Zig:24   | Noticed an orb of fire
169345 | Zig:24   | Killed an orb of fire
169346 | Zig:24   | Noticed an orb of fire
169346 | Zig:24   | Noticed an orb of fire
169346 | Zig:24   | Killed an orb of fire
169346 | Zig:24   | Killed an orb of fire
169346 | Zig:24   | Killed an orb of fire
169346 | Zig:24   | Killed an orb of fire
169346 | Zig:24   | Killed an orb of fire
169346 | Zig:24   | Killed an orb of fire
169346 | Zig:24   | Noticed an orb of fire
169347 | Zig:24   | Killed an orb of fire
169347 | Zig:24   | Killed an orb of fire
169347 | Zig:24   | Killed an orb of fire
169348 | Zig:24   | Noticed an orb of fire
169348 | Zig:24   | Noticed an orb of fire
169348 | Zig:24   | Killed an orb of fire
169348 | Zig:24   | Killed an orb of fire
169348 | Zig:24   | Killed an orb of fire
169349 | Zig:24   | Noticed an orb of fire
169349 | Zig:24   | Killed an orb of fire
169349 | Zig:24   | Killed an orb of fire
169349 | Zig:24   | Killed an orb of fire
169349 | Zig:24   | Killed an orb of fire
169349 | Zig:24   | Noticed an orb of fire
169350 | Zig:24   | Noticed an orb of fire
169350 | Zig:24   | Killed an orb of fire
169350 | Zig:24   | Killed an orb of fire
169350 | Zig:24   | Killed an orb of fire
169350 | Zig:24   | Killed an orb of fire
169350 | Zig:24   | Killed an orb of fire
169350 | Zig:24   | Killed an orb of fire
169351 | Zig:24   | Noticed an orb of fire
169351 | Zig:24   | Noticed an orb of fire
169356 | Zig:24   | Killed an orb of fire
169357 | Zig:24   | Noticed an orb of fire
169357 | Zig:24   | Noticed an orb of fire
169358 | Zig:24   | Noticed an orb of fire
169358 | Zig:24   | Noticed an orb of fire
169358 | Zig:24   | Killed an orb of fire
169359 | Zig:24   | Killed an orb of fire
169360 | Zig:24   | Killed an orb of fire
169360 | Zig:24   | Killed an orb of fire
169362 | Zig:24   | Noticed an orb of fire
169368 | Zig:24   | Killed an orb of fire
169370 | Zig:24   | Killed an orb of fire
169371 | Zig:24   | Killed an orb of fire
169371 | Zig:24   | Killed an orb of fire
169371 | Zig:24   | Killed an orb of fire
169372 | Zig:24   | Killed an orb of fire
169373 | Zig:24   | Killed an orb of fire
169378 | Zig:24   | Killed an orb of fire
169384 | Zig:24   | Killed an orb of fire
169391 | Zig:24   | Killed an orb of fire
169394 | Zig:24   | Killed an orb of fire
169683 | Zig:24   | Identified the cursed -2 cloak of Parlour Games {Harm Will-
                  | Int+3 Stlth+} (You found it on level 21 of a ziggurat)
169693 | Zig:24   | Identified the cursed +1 shadow dragon scales "Osoenl
                  | Anomi" {Int-2 Dex+8 SInv Stlth++++} (You found it on level
                  | 23 of a ziggurat)
169728 | Zig:24   | Identified the Catalogue of the Escort
169732 | Zig:24   | Got a smoking pewter amulet
169749 | Zig:24   | Got a sparkling glass ring
169839 | Zig:24   | Identified the ring "Jupatist" {rC+ rN+} (You found it on
                  | level 19 of a ziggurat)
169842 | Zig:24   | Identified the amulet of Rulamab {Spirit *Contam Will+
                  | Str+3 Dex+4} (You found it on level 20 of a ziggurat)
169844 | Zig:24   | Identified the ring "Daismi" {Will++ rCorr Dex+4} (You
                  | found it on level 21 of a ziggurat)
169847 | Zig:24   | Identified the ring of Kauph {+Inv rElec Int-4 Dex+6} (You
                  | found it on level 20 of a ziggurat)
169850 | Zig:24   | Identified the amulet "Gusorec" {Inacc rN+ Str+2 Dex+7
                  | Stlth-} (You found it on level 21 of a ziggurat)
169853 | Zig:24   | Identified the ring of Gechuus {*Contam Dex+5 Stlth-} (You
                  | found it on level 21 of a ziggurat)
169856 | Zig:24   | Identified the amulet of Wosivvy {Spirit rN+ Str+5 Stlth-}
                  | (You found it on level 24 of a ziggurat)
169859 | Zig:24   | Identified the ring "Nuziesk" {rPois EV+4 Dex-5 Slay+5}
                  | (You found it on level 22 of a ziggurat)
169862 | Zig:24   | Identified the ring "Miumapt" {Fire rElec rPois Str+3} (You
                  | found it on level 24 of a ziggurat)
169874 | Zig:24   | Got dazzling ice dragon scales
169904 | Zig:25   | Entered Level 25 of a ziggurat
170206 | Zig:25   | Got an ancient brass ring
170212 | Zig:25   | Got a flickering steel ring
170215 | Zig:25   | Got a pitted turquoise ring
170275 | Zig:26   | Entered Level 26 of a ziggurat
170275 | Zig:26   | Noticed Fuzxong the pandemonium lord
170275 | Zig:26   | Noticed a Killer Klown
170275 | Zig:26   | Noticed Loren the pandemonium lord
170275 | Zig:26   | Noticed a Killer Klown
170275 | Zig:26   | Noticed Erchis the pandemonium lord
170275 | Zig:26   | Noticed a Killer Klown
170275 | Zig:26   | Noticed Sazxel the pandemonium lord
170275 | Zig:26   | Noticed Osas the pandemonium lord
170275 | Zig:26   | Noticed Ribetoud the pandemonium lord
170275 | Zig:26   | Noticed Tautuergh the pandemonium lord
170275 | Zig:26   | Noticed Woasoxun the pandemonium lord
170275 | Zig:26   | Noticed Ciacy the pandemonium lord
170275 | Zig:26   | Noticed Jazyniur the pandemonium lord
170275 | Zig:26   | Noticed a Killer Klown
170275 | Zig:26   | Noticed Neostits the pandemonium lord
170275 | Zig:26   | Noticed Piesch the pandemonium lord
170275 | Zig:26   | Noticed Jahara Buwk the pandemonium lord
170275 | Zig:26   | Noticed Ymuwuwn the pandemonium lord
170275 | Zig:26   | Noticed Zieduel the pandemonium lord
170275 | Zig:26   | Noticed Jonorria the pandemonium lord
170275 | Zig:26   | Noticed Itaul the pandemonium lord
170275 | Zig:26   | Noticed Zahunk the pandemonium lord
170275 | Zig:26   | Noticed a Killer Klown
170275 | Zig:26   | Noticed Axzyzyqa the pandemonium lord
170275 | Zig:26   | Noticed Ceocuf the pandemonium lord
170275 | Zig:26   | Noticed Zeiveit the pandemonium lord
170275 | Zig:26   | Noticed Iddoakh the pandemonium lord
170275 | Zig:26   | Noticed Hoipliz the pandemonium lord
170275 | Zig:26   | Noticed Ekheamic the pandemonium lord
170275 | Zig:26   | Noticed a Killer Klown
170275 | Zig:26   | Noticed Hogo the pandemonium lord
170275 | Zig:26   | Noticed Qeriraweg the pandemonium lord
170275 | Zig:26   | Noticed Hiytwier the pandemonium lord
170275 | Zig:26   | Noticed Naoxun the pandemonium lord
170275 | Zig:26   | Noticed Ygegeklu the pandemonium lord
170275 | Zig:26   | Noticed Plog the pandemonium lord
170275 | Zig:26   | Noticed a Killer Klown
170275 | Zig:26   | Noticed Munan the pandemonium lord
170275 | Zig:26   | Noticed Micwur the pandemonium lord
170275 | Zig:26   | Noticed a Killer Klown
170275 | Zig:26   | Noticed Yffuip the pandemonium lord
170275 | Zig:26   | Noticed Vaedghof the pandemonium lord
170275 | Zig:26   | Noticed Socwumif the pandemonium lord
170275 | Zig:26   | Noticed Vabieh the pandemonium lord
170275 | Zig:26   | Noticed Mesoubb the pandemonium lord
170275 | Zig:26   | Noticed Ifuceu the pandemonium lord
170275 | Zig:26   | Noticed Cuovew the pandemonium lord
170275 | Zig:26   | Noticed a Killer Klown
170277 | Zig:26   | Noticed Putoc the pandemonium lord
170277 | Zig:26   | Noticed Dyxzux the pandemonium lord
170277 | Zig:26   | Noticed Upheo the pandemonium lord
170277 | Zig:26   | Noticed Biadec the pandemonium lord
170278 | Zig:26   | Killed Vabieh the pandemonium lord
170278 | Zig:26   | Noticed Duicolam the pandemonium lord
170279 | Zig:26   | Killed a Killer Klown
170279 | Zig:26   | Killed a Killer Klown
170279 | Zig:26   | Killed Ciacy the pandemonium lord
170279 | Zig:26   | Killed a Killer Klown
170279 | Zig:26   | Killed a Killer Klown
170279 | Zig:26   | Killed Socwumif the pandemonium lord
170279 | Zig:26   | Noticed a Killer Klown
170279 | Zig:26   | Noticed Joreale the pandemonium lord
170279 | Zig:26   | Noticed Ruenkeh the pandemonium lord
170280 | Zig:26   | Noticed Ticseh the pandemonium lord
170280 | Zig:26   | Noticed Daxyps the pandemonium lord
170280 | Zig:26   | Noticed Ipnuisun the pandemonium lord
170280 | Zig:26   | Killed Micwur the pandemonium lord
170280 | Zig:26   | Killed a Killer Klown
170280 | Zig:26   | Killed a Killer Klown
170281 | Zig:26   | Noticed Meggiol the pandemonium lord
170281 | Zig:26   | Noticed Beor the pandemonium lord
170281 | Zig:26   | Killed Zeiveit the pandemonium lord
170281 | Zig:26   | Killed Mesoubb the pandemonium lord
170281 | Zig:26   | Killed Cuovew the pandemonium lord
170281 | Zig:26   | Killed Naoxun the pandemonium lord
170281 | Zig:26   | Killed a Killer Klown
170281 | Zig:26   | Killed Fuzxong the pandemonium lord
170281 | Zig:26   | Killed Upheo the pandemonium lord
170281 | Zig:26   | Killed Erchis the pandemonium lord
170281 | Zig:26   | Killed Ygegeklu the pandemonium lord
170281 | Zig:26   | Killed a Killer Klown
170281 | Zig:26   | Killed Qeriraweg the pandemonium lord
170281 | Zig:26   | Killed a Killer Klown
170281 | Zig:26   | Noticed a Killer Klown
170281 | Zig:26   | Noticed Niadev the pandemonium lord
170282 | Zig:26   | Noticed Bumahav the pandemonium lord
170282 | Zig:26   | Noticed Nobb the pandemonium lord
170282 | Zig:26   | Killed Iddoakh the pandemonium lord
170282 | Zig:26   | Killed Plog the pandemonium lord
170282 | Zig:26   | Killed Munan the pandemonium lord
170282 | Zig:26   | Killed Ifuceu the pandemonium lord
170282 | Zig:26   | Killed Yffuip the pandemonium lord
170282 | Zig:26   | Killed Axzyzyqa the pandemonium lord
170282 | Zig:26   | Killed Ceocuf the pandemonium lord
170282 | Zig:26   | Killed Ekheamic the pandemonium lord
170282 | Zig:26   | Killed Jonorria the pandemonium lord
170282 | Zig:26   | Killed Ruenkeh the pandemonium lord
170282 | Zig:26   | Killed Daxyps the pandemonium lord
170282 | Zig:26   | Killed a Killer Klown
170282 | Zig:26   | Noticed Poadysteutt the pandemonium lord
170283 | Zig:26   | Noticed Gaplit the pandemonium lord
170283 | Zig:26   | Noticed Edworor the pandemonium lord
170283 | Zig:26   | Noticed Nouvyac the pandemonium lord
170283 | Zig:26   | Noticed a Killer Klown
170284 | Zig:26   | Noticed Okyexzev the pandemonium lord
170284 | Zig:26   | Killed a Killer Klown
170284 | Zig:26   | Killed Hiytwier the pandemonium lord
170284 | Zig:26   | Killed Jahara Buwk the pandemonium lord
170284 | Zig:26   | Killed Beor the pandemonium lord
170284 | Zig:26   | Killed Hoipliz the pandemonium lord
170284 | Zig:26   | Killed Ribetoud the pandemonium lord
170284 | Zig:26   | Noticed Daixtint the pandemonium lord
170284 | Zig:26   | Noticed Anuink the pandemonium lord
170285 | Zig:26   | Noticed a Killer Klown
170285 | Zig:26   | Noticed Jenimiy the pandemonium lord
170285 | Zig:26   | Noticed Qeluit the pandemonium lord
170286 | Zig:26   | Killed Vaedghof the pandemonium lord
170286 | Zig:26   | Killed Osas the pandemonium lord
170286 | Zig:26   | Killed Dyxzux the pandemonium lord
170286 | Zig:26   | Killed Ipnuisun the pandemonium lord
170286 | Zig:26   | Killed Gaplit the pandemonium lord
170286 | Zig:26   | Killed a Killer Klown
170286 | Zig:26   | Noticed a Killer Klown
170287 | Zig:26   | Noticed Tujax the pandemonium lord
170288 | Zig:26   | Killed a Killer Klown
170288 | Zig:26   | Killed Hogo the pandemonium lord
170288 | Zig:26   | Killed Itaul the pandemonium lord
170288 | Zig:26   | Killed Jazyniur the pandemonium lord
170288 | Zig:26   | Killed Duicolam the pandemonium lord
170288 | Zig:26   | Killed Meggiol the pandemonium lord
170288 | Zig:26   | Noticed a Killer Klown
170288 | Zig:26   | Noticed Wiamn the pandemonium lord
170289 | Zig:26   | Noticed Leal the pandemonium lord
170289 | Zig:26   | Killed Tautuergh the pandemonium lord
170289 | Zig:26   | Killed Edworor the pandemonium lord
170289 | Zig:26   | Killed Putoc the pandemonium lord
170289 | Zig:26   | Killed Piesch the pandemonium lord
170289 | Zig:26   | Killed Poadysteutt the pandemonium lord
170289 | Zig:26   | Killed a Killer Klown
170289 | Zig:26   | Killed Bumahav the pandemonium lord
170289 | Zig:26   | Noticed Tevyssokh the pandemonium lord
170289 | Zig:26   | Noticed a Killer Klown
170289 | Zig:26   | Noticed a Killer Klown
170290 | Zig:26   | Noticed Kelug the pandemonium lord
170291 | Zig:26   | Noticed Najom the pandemonium lord
170291 | Zig:26   | Noticed Tusiog the pandemonium lord
170292 | Zig:26   | Noticed Kosef the pandemonium lord
170292 | Zig:26   | Noticed Irphaef the pandemonium lord
170293 | Zig:26   | Killed Woasoxun the pandemonium lord
170293 | Zig:26   | Killed Zieduel the pandemonium lord
170294 | Zig:26   | Noticed Ditwoul the pandemonium lord
170294 | Zig:26   | Noticed Voenitwe the pandemonium lord
170295 | Zig:26   | Killed Zahunk the pandemonium lord
170295 | Zig:26   | Killed Anuink the pandemonium lord
170295 | Zig:26   | Killed a Killer Klown
170295 | Zig:26   | Killed Qeluit the pandemonium lord
170295 | Zig:26   | Killed Leal the pandemonium lord
170295 | Zig:26   | Killed Jenimiy the pandemonium lord
170295 | Zig:26   | Killed Najom the pandemonium lord
170295 | Zig:26   | Noticed Qesoathraz the pandemonium lord
170295 | Zig:26   | Noticed Icyruded the pandemonium lord
170296 | Zig:26   | Killed Neostits the pandemonium lord
170296 | Zig:26   | Noticed Basina the pandemonium lord
170296 | Zig:26   | Noticed a Killer Klown
170297 | Zig:26   | Killed Kosef the pandemonium lord
170297 | Zig:26   | Killed Wiamn the pandemonium lord
170297 | Zig:26   | Killed a Killer Klown
170297 | Zig:26   | Killed Irphaef the pandemonium lord
170297 | Zig:26   | Killed Ticseh the pandemonium lord
170297 | Zig:26   | Killed Tujax the pandemonium lord
170297 | Zig:26   | Killed Loren the pandemonium lord
170297 | Zig:26   | Noticed a Killer Klown
170298 | Zig:26   | Noticed Fol Eme the pandemonium lord
170298 | Zig:26   | Noticed a Killer Klown
170298 | Zig:26   | Killed Sazxel the pandemonium lord
170298 | Zig:26   | Killed Biadec the pandemonium lord
170298 | Zig:26   | Killed a Killer Klown
170298 | Zig:26   | Killed a Killer Klown
170298 | Zig:26   | Killed Joreale the pandemonium lord
170298 | Zig:26   | Killed a Killer Klown
170298 | Zig:26   | Killed Nouvyac the pandemonium lord
170298 | Zig:26   | Killed Nobb the pandemonium lord
170298 | Zig:26   | Noticed Elaebrir the pandemonium lord
170298 | Zig:26   | Noticed Gegew the pandemonium lord
170298 | Zig:26   | Noticed Texifur the pandemonium lord
170299 | Zig:26   | Killed Ymuwuwn the pandemonium lord
170299 | Zig:26   | Killed Okyexzev the pandemonium lord
170299 | Zig:26   | Killed Fol Eme the pandemonium lord
170299 | Zig:26   | Killed Daixtint the pandemonium lord
170299 | Zig:26   | Noticed Lohyjeorgh the pandemonium lord
170299 | Zig:26   | Noticed Kuly the pandemonium lord
170300 | Zig:26   | Killed Niadev the pandemonium lord
170300 | Zig:26   | Killed Elaebrir the pandemonium lord
170300 | Zig:26   | Noticed Peituir the pandemonium lord
170300 | Zig:26   | Noticed a Killer Klown
170300 | Zig:26   | Noticed Xudy the pandemonium lord
170300 | Zig:26   | Noticed Hoshrosch the pandemonium lord
170301 | Zig:26   | Noticed Jaelinoc the pandemonium lord
170301 | Zig:26   | Noticed a Killer Klown
170301 | Zig:26   | Noticed Cereugunie the pandemonium lord
170301 | Zig:26   | Noticed Bocedgh the pandemonium lord
170302 | Zig:26   | Killed Voenitwe the pandemonium lord
170302 | Zig:26   | Killed Texifur the pandemonium lord
170302 | Zig:26   | Killed Icyruded the pandemonium lord
170302 | Zig:26   | Killed a Killer Klown
170302 | Zig:26   | Killed a Killer Klown
170302 | Zig:26   | Noticed Oqypsum the pandemonium lord
170302 | Zig:26   | Noticed a Killer Klown
170302 | Zig:26   | Noticed Nekat the pandemonium lord
170303 | Zig:26   | Killed Ditwoul the pandemonium lord
170303 | Zig:26   | Killed Basina the pandemonium lord
170303 | Zig:26   | Killed Kelug the pandemonium lord
170303 | Zig:26   | Killed Lohyjeorgh the pandemonium lord
170303 | Zig:26   | Killed a Killer Klown
170303 | Zig:26   | Noticed Kyorph the pandemonium lord
170303 | Zig:26   | Noticed Kylun the pandemonium lord
170304 | Zig:26   | Noticed Afeull Gibb the pandemonium lord
170304 | Zig:26   | Noticed Neeplynu the pandemonium lord
170304 | Zig:26   | Noticed Qepuko the pandemonium lord
170304 | Zig:26   | Noticed a Killer Klown
170305 | Zig:26   | Killed Jaelinoc the pandemonium lord
170305 | Zig:26   | Killed a Killer Klown
170305 | Zig:26   | Killed Hoshrosch the pandemonium lord
170305 | Zig:26   | Noticed Rohix the pandemonium lord
170305 | Zig:26   | Noticed Emisij the pandemonium lord
170306 | Zig:26   | Killed Gegew the pandemonium lord
170306 | Zig:26   | Killed Tevyssokh the pandemonium lord
170306 | Zig:26   | Noticed a Killer Klown
170306 | Zig:26   | Noticed Jeekloq the pandemonium lord
170307 | Zig:26   | Killed Kylun the pandemonium lord
170307 | Zig:26   | Killed a Killer Klown
170307 | Zig:26   | Killed Xudy the pandemonium lord
170307 | Zig:26   | Killed Qesoathraz the pandemonium lord
170307 | Zig:26   | Noticed a Killer Klown
170307 | Zig:26   | Noticed Venots the pandemonium lord
170307 | Zig:26   | Noticed Viwkumog the pandemonium lord
170308 | Zig:26   | Noticed Afyshy the pandemonium lord
170308 | Zig:26   | Killed Peituir the pandemonium lord
170308 | Zig:26   | Killed a Killer Klown
170308 | Zig:26   | Killed Cereugunie the pandemonium lord
170308 | Zig:26   | Noticed Esoynem the pandemonium lord
170308 | Zig:26   | Noticed Maucvagg the pandemonium lord
170309 | Zig:26   | Noticed Vios the pandemonium lord
170309 | Zig:26   | Killed Jeekloq the pandemonium lord
170309 | Zig:26   | Noticed Kennenit the pandemonium lord
170310 | Zig:26   | Noticed Takleo the pandemonium lord
170310 | Zig:26   | Killed Tusiog the pandemonium lord
170310 | Zig:26   | Killed Qepuko the pandemonium lord
170310 | Zig:26   | Killed Rohix the pandemonium lord
170310 | Zig:26   | Noticed Cecazuux the pandemonium lord
170311 | Zig:26   | Noticed a Killer Klown
170311 | Zig:26   | Killed Maucvagg the pandemonium lord
170312 | Zig:26   | Noticed Hinof the pandemonium lord
170312 | Zig:26   | Noticed Sorinyda the pandemonium lord
170312 | Zig:26   | Noticed Tuseyhadd the pandemonium lord
170312 | Zig:26   | Noticed Piheng the pandemonium lord
170312 | Zig:26   | Noticed a Killer Klown
170313 | Zig:26   | Noticed Kenuulal the pandemonium lord
170313 | Zig:26   | Noticed a Killer Klown
170314 | Zig:26   | Killed a Killer Klown
170314 | Zig:26   | Noticed a Killer Klown
170315 | Zig:26   | Noticed Uxyr the pandemonium lord
170315 | Zig:26   | Killed Kuly the pandemonium lord
170315 | Zig:26   | Killed a Killer Klown
170315 | Zig:26   | Noticed a Killer Klown
170315 | Zig:26   | Noticed Ufeawuox the pandemonium lord
170317 | Zig:26   | Killed Nekat the pandemonium lord
170317 | Zig:26   | Killed Takleo the pandemonium lord
170318 | Zig:26   | Killed Kyorph the pandemonium lord
170319 | Zig:26   | Killed a Killer Klown
170320 | Zig:26   | Killed Bocedgh the pandemonium lord
170320 | Zig:26   | Killed a Killer Klown
170320 | Zig:26   | Killed Cecazuux the pandemonium lord
170322 | Zig:26   | Killed a Killer Klown
170322 | Zig:26   | Killed Tuseyhadd the pandemonium lord
170323 | Zig:26   | Noticed Ruvin the pandemonium lord
170323 | Zig:26   | Killed Afyshy the pandemonium lord
170323 | Zig:26   | Killed Piheng the pandemonium lord
170323 | Zig:26   | Killed a Killer Klown
170323 | Zig:26   | Noticed a Killer Klown
170323 | Zig:26   | Noticed a Killer Klown
170324 | Zig:26   | Killed Ufeawuox the pandemonium lord
170324 | Zig:26   | Killed Uxyr the pandemonium lord
170324 | Zig:26   | Killed Kenuulal the pandemonium lord
170325 | Zig:26   | Killed Venots the pandemonium lord
170325 | Zig:26   | Killed Kennenit the pandemonium lord
170325 | Zig:26   | Killed a Killer Klown
170325 | Zig:26   | Killed Afeull Gibb the pandemonium lord
170325 | Zig:26   | Noticed a Killer Klown
170325 | Zig:26   | Noticed a Killer Klown
170326 | Zig:26   | Killed Viwkumog the pandemonium lord
170326 | Zig:26   | Killed Ruvin the pandemonium lord
170327 | Zig:26   | Killed a Killer Klown
170327 | Zig:26   | Killed a Killer Klown
170327 | Zig:26   | Killed Vios the pandemonium lord
170327 | Zig:26   | Killed a Killer Klown
170327 | Zig:26   | Noticed Miucoaro the pandemonium lord
170327 | Zig:26   | Noticed Iveqokk the pandemonium lord
170327 | Zig:26   | Noticed Ronedgh the pandemonium lord
170327 | Zig:26   | Noticed a Killer Klown
170328 | Zig:26   | Killed Hinof the pandemonium lord
170328 | Zig:26   | Noticed Neiwoe the pandemonium lord
170331 | Zig:26   | Noticed a Killer Klown
170332 | Zig:26   | Noticed Byasoijo the pandemonium lord
170333 | Zig:26   | Noticed Fakaut the pandemonium lord
170333 | Zig:26   | Noticed Bososs the pandemonium lord
170335 | Zig:26   | Noticed Hudu the pandemonium lord
170336 | Zig:26   | Noticed Igiythus the pandemonium lord
170337 | Zig:26   | Noticed Minyrid the pandemonium lord
170340 | Zig:26   | Killed a Killer Klown
170340 | Zig:26   | Noticed Dougill the pandemonium lord
170341 | Zig:26   | Killed a Killer Klown
170341 | Zig:26   | Killed Fakaut the pandemonium lord
170341 | Zig:26   | Killed Minyrid the pandemonium lord
170341 | Zig:26   | Noticed Xuzoin the pandemonium lord
170341 | Zig:26   | Noticed Qyihio the pandemonium lord
170342 | Zig:26   | Noticed Deewk the pandemonium lord
170343 | Zig:26   | Killed Oqypsum the pandemonium lord
170343 | Zig:26   | Noticed Kuith the pandemonium lord
170344 | Zig:26   | Killed Miucoaro the pandemonium lord
170345 | Zig:26   | Noticed Gaonaale the pandemonium lord
170345 | Zig:26   | Killed Neeplynu the pandemonium lord
170345 | Zig:26   | Noticed Lolys the pandemonium lord
170346 | Zig:26   | Killed Xuzoin the pandemonium lord
170346 | Zig:26   | Killed Bososs the pandemonium lord
170346 | Zig:26   | Noticed Errukoeg the pandemonium lord
170346 | Zig:26   | Noticed a Killer Klown
170346 | Zig:26   | Noticed a Killer Klown
170347 | Zig:26   | Noticed Akutam the pandemonium lord
170347 | Zig:26   | Noticed Ydeurofu the pandemonium lord
170348 | Zig:26   | Noticed a Killer Klown
170348 | Zig:26   | Killed a Killer Klown
170348 | Zig:26   | Killed Qyihio the pandemonium lord
170348 | Zig:26   | Noticed a Killer Klown
170348 | Zig:26   | Noticed Maiduam the pandemonium lord
170349 | Zig:26   | Noticed Nelev the pandemonium lord
170350 | Zig:26   | Killed a Killer Klown
170350 | Zig:26   | Killed Iveqokk the pandemonium lord
170350 | Zig:26   | Killed Sorinyda the pandemonium lord
170350 | Zig:26   | Killed Kuith the pandemonium lord
170350 | Zig:26   | Killed Emisij the pandemonium lord
170350 | Zig:26   | Killed Lolys the pandemonium lord
170350 | Zig:26   | Noticed Ekkuiruu the pandemonium lord
170350 | Zig:26   | Noticed Unoblig the pandemonium lord
170353 | Zig:26   | Killed Neiwoe the pandemonium lord
170353 | Zig:26   | Killed a Killer Klown
170353 | Zig:26   | Killed Dougill the pandemonium lord
170353 | Zig:26   | Killed a Killer Klown
170353 | Zig:26   | Killed Akutam the pandemonium lord
170353 | Zig:26   | Killed Deewk the pandemonium lord
170353 | Zig:26   | Noticed Fotuanam the pandemonium lord
170353 | Zig:26   | Noticed Niatsey the pandemonium lord
170353 | Zig:26   | Noticed Byvur the pandemonium lord
170353 | Zig:26   | Noticed a Killer Klown
170354 | Zig:26   | Noticed Pyokupya the pandemonium lord
170356 | Zig:26   | Noticed Daosi the pandemonium lord
170356 | Zig:26   | Killed a Killer Klown
170357 | Zig:26   | Killed Esoynem the pandemonium lord
170357 | Zig:26   | Killed Fotuanam the pandemonium lord
170357 | Zig:26   | Noticed Jen Vov the pandemonium lord
170358 | Zig:26   | Killed Byasoijo the pandemonium lord
170358 | Zig:26   | Noticed a Killer Klown
170358 | Zig:26   | Noticed a Killer Klown
170359 | Zig:26   | Noticed Hemmiulu the pandemonium lord
170359 | Zig:26   | Killed Daosi the pandemonium lord
170359 | Zig:26   | Noticed Xakhyonk the pandemonium lord
170360 | Zig:26   | Killed Ronedgh the pandemonium lord
170360 | Zig:26   | Killed Errukoeg the pandemonium lord
170360 | Zig:26   | Killed Nelev the pandemonium lord
170360 | Zig:26   | Noticed Vuprengi the pandemonium lord
170361 | Zig:26   | Killed a Killer Klown
170361 | Zig:26   | Killed a Killer Klown
170361 | Zig:26   | Noticed a Killer Klown
170362 | Zig:26   | Killed Pyokupya the pandemonium lord
170365 | Zig:26   | Killed Maiduam the pandemonium lord
170365 | Zig:26   | Killed a Killer Klown
170365 | Zig:26   | Killed Byvur the pandemonium lord
170365 | Zig:26   | Noticed Paudwauj the pandemonium lord
170366 | Zig:26   | Noticed Voynid the pandemonium lord
170366 | Zig:26   | Noticed Tetreokagu the pandemonium lord
170367 | Zig:26   | Killed Hudu the pandemonium lord
170367 | Zig:26   | Noticed Tutec the pandemonium lord
170368 | Zig:26   | Killed Tetreokagu the pandemonium lord
170368 | Zig:26   | Noticed a Killer Klown
170369 | Zig:26   | Killed a Killer Klown
170369 | Zig:26   | Killed Xakhyonk the pandemonium lord
170370 | Zig:26   | Killed Igiythus the pandemonium lord
170371 | Zig:26   | Killed Voynid the pandemonium lord
170371 | Zig:26   | Noticed Xocimea the pandemonium lord
170372 | Zig:26   | Noticed Amposhru the pandemonium lord
170375 | Zig:26   | Killed Unoblig the pandemonium lord
170376 | Zig:26   | Noticed Soud the pandemonium lord
170376 | Zig:26   | Killed Gaonaale the pandemonium lord
170377 | Zig:26   | Noticed Ding the pandemonium lord
170381 | Zig:26   | Noticed Okijagg the pandemonium lord
170384 | Zig:26   | Noticed Qiyteor the pandemonium lord
170385 | Zig:26   | Killed Ydeurofu the pandemonium lord
170388 | Zig:26   | Killed Niatsey the pandemonium lord
170388 | Zig:26   | Killed Paudwauj the pandemonium lord
170388 | Zig:26   | Noticed Reicyk the pandemonium lord
170395 | Zig:26   | Killed Hemmiulu the pandemonium lord
170397 | Zig:26   | Noticed Wineros the pandemonium lord
170397 | Zig:26   | Noticed Dunumeuh the pandemonium lord
170399 | Zig:26   | Killed Xocimea the pandemonium lord
170400 | Zig:26   | Noticed a Killer Klown
170404 | Zig:26   | Killed Ding the pandemonium lord
170404 | Zig:26   | Killed Okijagg the pandemonium lord
170404 | Zig:26   | Killed Jen Vov the pandemonium lord
170404 | Zig:26   | Killed Amposhru the pandemonium lord
170404 | Zig:26   | Noticed Emuvunegh the pandemonium lord
170405 | Zig:26   | Killed Soud the pandemonium lord
170405 | Zig:26   | Killed Qiyteor the pandemonium lord
170405 | Zig:26   | Killed a Killer Klown
170405 | Zig:26   | Noticed Soukh the pandemonium lord
170405 | Zig:26   | Noticed Neoreyra the pandemonium lord
170407 | Zig:26   | Killed Ekkuiruu the pandemonium lord
170409 | Zig:26   | Killed Reicyk the pandemonium lord
170411 | Zig:26   | Killed Dunumeuh the pandemonium lord
170411 | Zig:26   | Noticed Quvosmuf the pandemonium lord
170417 | Zig:26   | Killed Soukh the pandemonium lord
170417 | Zig:26   | Killed Quvosmuf the pandemonium lord
170417 | Zig:26   | Killed Neoreyra the pandemonium lord
170417 | Zig:26   | Killed Vuprengi the pandemonium lord
170417 | Zig:26   | Killed Emuvunegh the pandemonium lord
170424 | Zig:26   | Killed Wineros the pandemonium lord
170437 | Zig:26   | Killed Tutec the pandemonium lord
170618 | Zig:26   | Identified the Almanac of the Twenty Xalams
170634 | Zig:26   | Identified the Almanac of Venomous Black Secrets
170646 | Zig:26   | Got a brightly glowing iron ring
170649 | Zig:26   | Got a vibrating bone ring
170651 | Zig:26   | Got a vibrating ivory amulet
170726 | Zig:27   | Entered Level 27 of a ziggurat
170726 | Zig:27   | Noticed an ancient lich
170731 | Zig:27   | Killed an ancient lich
171008 | Zig:27   | Killed a starcursed mass
171015 | Zig:27   | Identified the Reference Book on the Twisted Snowflakes
171029 | Zig:27   | Identified the Handbook of Noxious Heat
171544 | Zig:27   | Got a pair of faintly humming boots
171548 | Zig:27   | Got a pair of dazzling boots
171581 | Zig:27   | Identified the +1 pair of boots "Wettaw" {*Contam rC-
                  | Regen+ Dex+8} (You found it on level 27 of a ziggurat)
171602 | Zig:27   | Identified the +1 pair of boots of the Nexus {rF+ rC+} (You
                  | found it on level 27 of a ziggurat)
171608 | Zig:27   | Identified the ring "Aweiggots" {rF- rN+ rCorr Dex+7
                  | Slay+4} (You found it on level 25 of a ziggurat)
171611 | Zig:27   | Identified the ring of Egomania {rPois Will+ Dex+5} (You
                  | found it on level 25 of a ziggurat)
171615 | Zig:27   | Identified the ring "Zaeha" {rElec rPois rN+ Str-5 Stlth+}
                  | (You found it on level 25 of a ziggurat)
171618 | Zig:27   | Identified the ring of Sixkaxt {rPois Str-2 Dex+8 Slay-4
                  | SInv} (You found it on level 26 of a ziggurat)
171621 | Zig:27   | Identified the ring "Worgh" {Ice *Slow rN+++ Str-3 Int+10}
                  | (You found it on level 26 of a ziggurat)
171624 | Zig:27   | Identified the amulet "Vuisugog" {Spirit +Inv} (You found
                  | it on level 26 of a ziggurat)
171629 | Zig:27   | Acquired 1008 gold pieces
171630 | Zig:27   | Acquired 648 gold pieces
171631 | Zig:27   | Acquired 959 gold pieces
171771 | Zig:1    | Entered Level 1 of a ziggurat
171829 | Zig:2    | Entered Level 2 of a ziggurat
171829 | Zig:2    | Noticed an ancient lich
171829 | Zig:2    | Noticed an ancient lich
171829 | Zig:2    | Noticed an ancient lich
171832 | Zig:2    | Killed an ancient lich
171832 | Zig:2    | Killed an ancient lich
171832 | Zig:2    | Killed an ancient lich
171920 | Zig:3    | Entered Level 3 of a ziggurat
171920 | Zig:3    | Noticed an ancient lich
171920 | Zig:3    | Noticed an ancient lich
171927 | Zig:3    | Killed an ancient lich
171928 | Zig:3    | Killed an ancient lich
171955 | Zig:3    | Got an ancient brass ring
172067 | Zig:4    | Entered Level 4 of a ziggurat
172067 | Zig:4    | Noticed MrChinwatt's ghost (legendary DsWn)
172067 | Zig:4    | Noticed TuffENuff's ghost (legendary FoFi)
172067 | Zig:4    | Noticed MrChinwatt's ghost (legendary DsWn)
172067 | Zig:4    | Noticed frimble's ghost (legendary DsFi)
172067 | Zig:4    | Noticed astronautguy's ghost (legendary FoEE)
172068 | Zig:4    | Noticed astronautguy's ghost (legendary FoEE)
172068 | Zig:4    | Noticed Talannal's ghost (legendary GnWz)
172068 | Zig:4    | Noticed Hewasun's ghost (legendary MiBe)
172068 | Zig:4    | Noticed Zachydoop's ghost (veteran MiMo)
172068 | Zig:4    | Noticed Qeilemp's ghost (legendary HOFi)
172069 | Zig:4    | Noticed Jeklifit's ghost (legendary FoFi)
172070 | Zig:4    | Noticed Wammos's ghost (legendary TeCj)
172072 | Zig:4    | Noticed agentgt's ghost (legendary MiCK)
172074 | Zig:4    | Killed Wammos's ghost
172077 | Zig:4    | Noticed Huju's ghost (legendary HOFi)
172079 | Zig:4    | Killed Talannal's ghost
172080 | Zig:4    | Killed frimble's ghost
172080 | Zig:4    | Killed Zachydoop's ghost
172080 | Zig:4    | Killed astronautguy's ghost
172081 | Zig:4    | Killed Hewasun's ghost
172081 | Zig:4    | Killed Jeklifit's ghost
172082 | Zig:4    | Killed MrChinwatt's ghost
172082 | Zig:4    | Killed Qeilemp's ghost
172083 | Zig:4    | Killed MrChinwatt's ghost
172084 | Zig:4    | Killed agentgt's ghost
172084 | Zig:4    | Killed TuffENuff's ghost
172085 | Zig:4    | Killed astronautguy's ghost
172096 | Zig:4    | Killed Huju's ghost
172159 | Zig:4    | Got a vibrating bone amulet
172163 | Zig:4    | Identified the Disquisition on Dark Arts and Conjuration
172211 | Zig:5    | Entered Level 5 of a ziggurat
172218 | Zig:5    | Noticed Lebyew the pandemonium lord
172231 | Zig:5    | Killed Lebyew the pandemonium lord
172400 | Zig:6    | Entered Level 6 of a ziggurat
172619 | Zig:7    | Entered Level 7 of a ziggurat
172619 | Zig:7    | Noticed a royal mummy
172619 | Zig:7    | Noticed a royal mummy
172619 | Zig:7    | Noticed a royal mummy
172619 | Zig:7    | Noticed a royal mummy
172619 | Zig:7    | Noticed a royal mummy
172619 | Zig:7    | Noticed a royal mummy
172619 | Zig:7    | Noticed a royal mummy
172621 | Zig:7    | Noticed a royal mummy
172622 | Zig:7    | Noticed a royal mummy
172627 | Zig:7    | Killed a royal mummy
172628 | Zig:7    | Killed a royal mummy
172628 | Zig:7    | Killed a royal mummy
172628 | Zig:7    | Noticed a royal mummy
172629 | Zig:7    | Killed a royal mummy
172629 | Zig:7    | Killed a royal mummy
172631 | Zig:7    | Noticed a royal mummy
172634 | Zig:7    | Killed a royal mummy
172634 | Zig:7    | Killed a royal mummy
172634 | Zig:7    | Killed a royal mummy
172635 | Zig:7    | Killed a royal mummy
172641 | Zig:7    | Killed a royal mummy
172641 | Zig:7    | Killed a royal mummy
172641 | Zig:7    | Noticed a royal mummy
172661 | Zig:7    | Killed a royal mummy
172914 | Zig:7    | Got a pitted cloak
172922 | Zig:8    | Entered Level 8 of a ziggurat
172922 | Zig:8    | Noticed an ancient lich
172922 | Zig:8    | Noticed an ancient lich
172923 | Zig:8    | Killed an ancient lich
172923 | Zig:8    | Noticed an ancient lich
172925 | Zig:8    | Noticed an ancient lich
172930 | Zig:8    | Noticed an ancient lich
172931 | Zig:8    | Killed an ancient lich
172932 | Zig:8    | Noticed an ancient lich
172932 | Zig:8    | Noticed an ancient lich
172935 | Zig:8    | Noticed an ancient lich
172935 | Zig:8    | Killed an ancient lich
172936 | Zig:8    | Noticed an ancient lich
172939 | Zig:8    | Noticed an ancient lich
172940 | Zig:8    | Killed an ancient lich
172940 | Zig:8    | Killed an ancient lich
172940 | Zig:8    | Killed an ancient lich
172940 | Zig:8    | Killed an ancient lich
172940 | Zig:8    | Noticed an ancient lich
172941 | Zig:8    | Noticed an ancient lich
172941 | Zig:8    | Noticed an ancient lich
172942 | Zig:8    | Noticed an ancient lich
172945 | Zig:8    | Killed an ancient lich
172946 | Zig:8    | Killed an ancient lich
172947 | Zig:8    | Killed an ancient lich
172948 | Zig:8    | Killed an ancient lich
172949 | Zig:8    | Killed an ancient lich
172949 | Zig:8    | Killed an ancient lich
172961 | Zig:8    | Killed an ancient lich
173131 | Zig:8    | Identified Ceotieju's Incunabulum of Earth and Companions
173148 | Zig:9    | Entered Level 9 of a ziggurat
173431 | Zig:9    | Got a steaming bone ring
173439 | Zig:9    | Got a coiled lapis lazuli ring
173472 | Zig:10   | Entered Level 10 of a ziggurat
173472 | Zig:10   | Noticed an ancient lich
173472 | Zig:10   | Noticed an ancient lich
173472 | Zig:10   | Noticed an ancient lich
173472 | Zig:10   | Noticed an ancient lich
173474 | Zig:10   | Noticed an ancient lich
173474 | Zig:10   | Noticed an ancient lich
173475 | Zig:10   | Noticed an ancient lich
173476 | Zig:10   | Killed an ancient lich
173476 | Zig:10   | Killed an ancient lich
173476 | Zig:10   | Noticed an ancient lich
173477 | Zig:10   | Noticed an ancient lich
173477 | Zig:10   | Noticed an ancient lich
173478 | Zig:10   | Killed an ancient lich
173478 | Zig:10   | Killed an ancient lich
173478 | Zig:10   | Killed an ancient lich
173479 | Zig:10   | Noticed an ancient lich
173479 | Zig:10   | Killed an ancient lich
173480 | Zig:10   | Noticed an ancient lich
173480 | Zig:10   | Killed an ancient lich
173481 | Zig:10   | Noticed an ancient lich
173481 | Zig:10   | Noticed an ancient lich
173481 | Zig:10   | Killed an ancient lich
173482 | Zig:10   | Noticed an ancient lich
173482 | Zig:10   | Noticed an ancient lich
173483 | Zig:10   | Noticed an ancient lich
173483 | Zig:10   | Noticed an ancient lich
173483 | Zig:10   | Noticed an ancient lich
173485 | Zig:10   | Noticed an ancient lich
173490 | Zig:10   | Noticed an ancient lich
173494 | Zig:10   | Killed an ancient lich
173494 | Zig:10   | Killed an ancient lich
173496 | Zig:10   | Killed an ancient lich
173496 | Zig:10   | Killed an ancient lich
173496 | Zig:10   | Killed an ancient lich
173499 | Zig:10   | Killed an ancient lich
173499 | Zig:10   | Killed an ancient lich
173499 | Zig:10   | Killed an ancient lich
173509 | Zig:10   | Killed an ancient lich
173509 | Zig:10   | Killed an ancient lich
173509 | Zig:10   | Killed an ancient lich
173509 | Zig:10   | Killed an ancient lich
173509 | Zig:10   | Killed an ancient lich
173728 | Zig:10   | Got a shimmering iron ring
173758 | Zig:10   | Got a sparkling steel amulet
173766 | Zig:10   | Got a translucent steel ring
173783 | Zig:10   | Got a steaming cloak
173801 | Zig:10   | Got an ichor-stained demon whip
173813 | Zig:11   | Entered Level 11 of a ziggurat
174262 | Zig:11   | Identified the ring of Attitude {rC+ AC+4} (You found it on
                  | level 3 of a ziggurat)
174275 | Zig:11   | Identified the +0 cloak of Quginliv {Int+6} (You found it
                  | on level 7 of a ziggurat)
174287 | Zig:11   | Identified the +0 cloak of Articulation {*Corrode rC+
                  | Will+} (You found it on level 10 of a ziggurat)
174300 | Zig:11   | Identified the +3 demon whip of Rerigh {pain, Int+2} (You
                  | found it on level 10 of a ziggurat)
174304 | Zig:11   | Identified the amulet of Moral Flaws {Spirit Int+4} (You
                  | found it on level 4 of a ziggurat)
174307 | Zig:11   | Identified the ring of Attitude {AC+4 Str+2} (You found it
                  | on level 9 of a ziggurat)
174310 | Zig:11   | Identified the ring of Sauteok {Str+5 Int+6} (You found it
                  | on level 9 of a ziggurat)
174313 | Zig:11   | Identified the ring "Deites" {Ice rN++ Str+4 Stlth+} (You
                  | found it on level 10 of a ziggurat)
174316 | Zig:11   | Identified the amulet of Attitude {Reflect rC+ SH+5} (You
                  | found it on level 10 of a ziggurat)
174319 | Zig:11   | Identified the ring "Iwkyac" {Str-5 Dex+5 SInv} (You found
                  | it on level 10 of a ziggurat)
174332 | Zig:11   | Got an ancient brass ring
174335 | Zig:11   | Got a clouded granite ring
174345 | Zig:11   | Got a pitted brass ring
174347 | Zig:11   | Got an ancient graven amulet
174377 | Zig:11   | Identified the ring of Temperance {rElec Int+6 Dex+8 SInv}
                  | (You found it on level 11 of a ziggurat)
174378 | Zig:11   | Identified the ring of Xom's Best Wishes {*Tele rC+ Dex+7}
                  | (You found it on level 11 of a ziggurat)
174381 | Zig:11   | Identified the ring "Xaovuihy" {*Tele *Drain rF+++ MP+9
                  | Stlth+} (You found it on level 11 of a ziggurat)
174384 | Zig:11   | Identified the amulet "Teeluelo" {Faith rElec rF+ Stlth+}
                  | (You found it on level 11 of a ziggurat)
174412 | Zig:12   | Entered Level 12 of a ziggurat
174412 | Zig:12   | Noticed a royal mummy
174412 | Zig:12   | Noticed a royal mummy
174412 | Zig:12   | Noticed a royal mummy
174412 | Zig:12   | Noticed a royal mummy
174412 | Zig:12   | Noticed a royal mummy
174412 | Zig:12   | Noticed a royal mummy
174412 | Zig:12   | Noticed a royal mummy
174412 | Zig:12   | Noticed a royal mummy
174414 | Zig:12   | Killed a royal mummy
174414 | Zig:12   | Noticed a royal mummy
174416 | Zig:12   | Noticed a royal mummy
174416 | Zig:12   | Noticed a royal mummy
174417 | Zig:12   | Noticed a royal mummy
174419 | Zig:12   | Noticed a royal mummy
174421 | Zig:12   | Killed a royal mummy
174421 | Zig:12   | Noticed a royal mummy
174421 | Zig:12   | Noticed a royal mummy
174422 | Zig:12   | Killed a royal mummy
174423 | Zig:12   | Noticed a royal mummy
174424 | Zig:12   | Killed a royal mummy
174424 | Zig:12   | Killed a royal mummy
174424 | Zig:12   | Killed a royal mummy
174425 | Zig:12   | Killed a royal mummy
174425 | Zig:12   | Noticed a royal mummy
174427 | Zig:12   | Noticed a royal mummy
174428 | Zig:12   | Killed a royal mummy
174429 | Zig:12   | Noticed a royal mummy
174430 | Zig:12   | Noticed a royal mummy
174433 | Zig:12   | Killed a royal mummy
174434 | Zig:12   | Killed a royal mummy
174434 | Zig:12   | Killed a royal mummy
174434 | Zig:12   | Killed a royal mummy
174437 | Zig:12   | Killed a royal mummy
174437 | Zig:12   | Killed a royal mummy
174437 | Zig:12   | Noticed a royal mummy
174438 | Zig:12   | Killed a royal mummy
174438 | Zig:12   | Killed a royal mummy
174439 | Zig:12   | Noticed a royal mummy
174439 | Zig:12   | Noticed a royal mummy
174439 | Zig:12   | Noticed a royal mummy
174439 | Zig:12   | Killed a royal mummy
174439 | Zig:12   | Killed a royal mummy
174440 | Zig:12   | Noticed a royal mummy
174440 | Zig:12   | Killed a royal mummy
174441 | Zig:12   | Noticed a royal mummy
174441 | Zig:12   | Noticed a royal mummy
174442 | Zig:12   | Noticed a royal mummy
174444 | Zig:12   | Killed a royal mummy
174444 | Zig:12   | Noticed a royal mummy
174446 | Zig:12   | Noticed a royal mummy
174446 | Zig:12   | Noticed a royal mummy
174450 | Zig:12   | Killed a royal mummy
174452 | Zig:12   | Killed a royal mummy
174454 | Zig:12   | Killed a royal mummy
174454 | Zig:12   | Killed a royal mummy
174455 | Zig:12   | Killed a royal mummy
174456 | Zig:12   | Killed a royal mummy
174457 | Zig:12   | Killed a royal mummy
174459 | Zig:12   | Killed a royal mummy
174459 | Zig:12   | Killed a royal mummy
174459 | Zig:12   | Killed a royal mummy
174461 | Zig:12   | Killed a royal mummy
174751 | Zig:12   | Got a brightly glowing steel ring
174772 | Zig:12   | Identified the Disquisition on Floating Orientation
174776 | Zig:12   | Got a crude marble ring
174778 | Zig:12   | Identified the Catalogue of Quantum Weightlessness
174782 | Zig:12   | Got a pitted amber ring
174784 | Zig:12   | Got a steaming ivory ring
174791 | Zig:12   | Got a serpentine ivory ring
174810 | Zig:13   | Entered Level 13 of a ziggurat
174811 | Zig:13   | Noticed an ancient lich
174811 | Zig:13   | Noticed an ancient lich
174812 | Zig:13   | Noticed an ancient lich
174812 | Zig:13   | Noticed an ancient lich
174813 | Zig:13   | Noticed an ancient lich
174813 | Zig:13   | Noticed an ancient lich
174813 | Zig:13   | Noticed an ancient lich
174813 | Zig:13   | Noticed an ancient lich
174814 | Zig:13   | Noticed an ancient lich
174814 | Zig:13   | Noticed an ancient lich
174814 | Zig:13   | Noticed an ancient lich
174814 | Zig:13   | Noticed an ancient lich
174814 | Zig:13   | Noticed an ancient lich
174815 | Zig:13   | Noticed an ancient lich
174815 | Zig:13   | Noticed an ancient lich
174816 | Zig:13   | Noticed an ancient lich
174816 | Zig:13   | Killed an ancient lich
174816 | Zig:13   | Killed an ancient lich
174816 | Zig:13   | Killed an ancient lich
174816 | Zig:13   | Killed an ancient lich
174816 | Zig:13   | Killed an ancient lich
174816 | Zig:13   | Killed an ancient lich
174816 | Zig:13   | Noticed an ancient lich
174817 | Zig:13   | Noticed an ancient lich
174817 | Zig:13   | Noticed an ancient lich
174817 | Zig:13   | Killed an ancient lich
174817 | Zig:13   | Killed an ancient lich
174817 | Zig:13   | Killed an ancient lich
174817 | Zig:13   | Noticed an ancient lich
174818 | Zig:13   | Noticed an ancient lich
174818 | Zig:13   | Killed an ancient lich
174818 | Zig:13   | Killed an ancient lich
174819 | Zig:13   | Killed an ancient lich
174819 | Zig:13   | Killed an ancient lich
174819 | Zig:13   | Killed an ancient lich
174819 | Zig:13   | Killed an ancient lich
174819 | Zig:13   | Killed an ancient lich
174819 | Zig:13   | Noticed an ancient lich
174819 | Zig:13   | Noticed an ancient lich
174820 | Zig:13   | Killed an ancient lich
174820 | Zig:13   | Killed an ancient lich
174820 | Zig:13   | Killed an ancient lich
174820 | Zig:13   | Killed an ancient lich
174820 | Zig:13   | Noticed an ancient lich
174821 | Zig:13   | Killed an ancient lich
174821 | Zig:13   | Killed an ancient lich
174823 | Zig:13   | Noticed an ancient lich
174823 | Zig:13   | Noticed an ancient lich
174824 | Zig:13   | Noticed an ancient lich
174827 | Zig:13   | Noticed an ancient lich
174829 | Zig:13   | Noticed an ancient lich
174833 | Zig:13   | Killed an ancient lich
174833 | Zig:13   | Killed an ancient lich
174833 | Zig:13   | Killed an ancient lich
174833 | Zig:13   | Killed an ancient lich
174834 | Zig:13   | Noticed an ancient lich
174834 | Zig:13   | Noticed an ancient lich
174836 | Zig:13   | Noticed an ancient lich
174838 | Zig:13   | Killed an ancient lich
174840 | Zig:13   | Killed an ancient lich
174841 | Zig:13   | Killed an ancient lich
174842 | Zig:13   | Noticed an ancient lich
174843 | Zig:13   | Noticed an ancient lich
174845 | Zig:13   | Noticed an ancient lich
174853 | Zig:13   | Killed an ancient lich
174854 | Zig:13   | Killed an ancient lich
174854 | Zig:13   | Noticed an ancient lich
174856 | Zig:13   | Noticed an ancient lich
174856 | Zig:13   | Killed an ancient lich
174856 | Zig:13   | Killed an ancient lich
174857 | Zig:13   | Killed an ancient lich
174857 | Zig:13   | Killed an ancient lich
174874 | Zig:13   | Killed an ancient lich
174881 | Zig:13   | Killed an ancient lich
175135 | Zig:13   | Identified the Papyrus of Necromancy
175137 | Zig:13   | Identified the Grimoire of Flying Conjuration
175150 | Zig:13   | Identified Sif Muna's Grimoire of Air
175190 | Zig:14   | Entered Level 14 of a ziggurat
175190 | Zig:14   | Noticed a royal mummy
175190 | Zig:14   | Noticed a royal mummy
175190 | Zig:14   | Noticed a royal mummy
175190 | Zig:14   | Noticed a royal mummy
175190 | Zig:14   | Noticed a royal mummy
175190 | Zig:14   | Noticed a royal mummy
175190 | Zig:14   | Noticed a royal mummy
175190 | Zig:14   | Noticed a royal mummy
175190 | Zig:14   | Noticed a royal mummy
175196 | Zig:14   | Noticed a royal mummy
175196 | Zig:14   | Noticed a royal mummy
175197 | Zig:14   | Killed a royal mummy
175197 | Zig:14   | Killed a royal mummy
175197 | Zig:14   | Killed a royal mummy
175197 | Zig:14   | Killed a royal mummy
175197 | Zig:14   | Noticed a royal mummy
175198 | Zig:14   | Noticed a royal mummy
175198 | Zig:14   | Noticed a royal mummy
175199 | Zig:14   | Noticed a royal mummy
175200 | Zig:14   | Killed a royal mummy
175201 | Zig:14   | Noticed a royal mummy
175201 | Zig:14   | Noticed a royal mummy
175201 | Zig:14   | Killed a royal mummy
175201 | Zig:14   | Killed a royal mummy
175201 | Zig:14   | Killed a royal mummy
175203 | Zig:14   | Noticed a royal mummy
175204 | Zig:14   | Noticed a royal mummy
175205 | Zig:14   | Noticed a royal mummy
175206 | Zig:14   | Killed a royal mummy
175206 | Zig:14   | Killed a royal mummy
175206 | Zig:14   | Noticed a royal mummy
175206 | Zig:14   | Noticed a royal mummy
175208 | Zig:14   | Killed a royal mummy
175208 | Zig:14   | Killed a royal mummy
175208 | Zig:14   | Killed a royal mummy
175208 | Zig:14   | Killed a royal mummy
175208 | Zig:14   | Killed a royal mummy
175208 | Zig:14   | Killed a royal mummy
175208 | Zig:14   | Noticed a royal mummy
175208 | Zig:14   | Noticed a royal mummy
175208 | Zig:14   | Noticed a royal mummy
175208 | Zig:14   | Noticed a royal mummy
175208 | Zig:14   | Noticed a royal mummy
175209 | Zig:14   | Noticed a royal mummy
175211 | Zig:14   | Killed a royal mummy
175212 | Zig:14   | Killed a royal mummy
175214 | Zig:14   | Killed a royal mummy
175221 | Zig:14   | Noticed a royal mummy
175221 | Zig:14   | Noticed a royal mummy
175222 | Zig:14   | Noticed a royal mummy
175222 | Zig:14   | Noticed a royal mummy
175226 | Zig:14   | Killed a royal mummy
175226 | Zig:14   | Noticed a royal mummy
175227 | Zig:14   | Killed a royal mummy
175228 | Zig:14   | Killed a royal mummy
175228 | Zig:14   | Killed a royal mummy
175228 | Zig:14   | Killed a royal mummy
175228 | Zig:14   | Killed a royal mummy
175229 | Zig:14   | Killed a royal mummy
175237 | Zig:14   | Killed a royal mummy
175237 | Zig:14   | Killed a royal mummy
175237 | Zig:14   | Killed a royal mummy
175237 | Zig:14   | Killed a royal mummy
175237 | Zig:14   | Noticed a royal mummy
175239 | Zig:14   | Killed a royal mummy
175239 | Zig:14   | Noticed a royal mummy
175241 | Zig:14   | Killed a royal mummy
175245 | Zig:14   | Killed a royal mummy
175245 | Zig:14   | Noticed a royal mummy
175246 | Zig:14   | Noticed a royal mummy
175249 | Zig:14   | Killed a royal mummy
175249 | Zig:14   | Killed a royal mummy
175250 | Zig:14   | Killed a royal mummy
175252 | Zig:14   | Killed a royal mummy
175679 | Zig:14   | Identified Horrylapp's Almanac of the Traveller and
                  | Moulding
175737 | Zig:15   | Entered Level 15 of a ziggurat
175737 | Zig:15   | Noticed a royal mummy
175737 | Zig:15   | Noticed a royal mummy
175737 | Zig:15   | Noticed a royal mummy
175737 | Zig:15   | Noticed a royal mummy
175737 | Zig:15   | Noticed a royal mummy
175737 | Zig:15   | Noticed a royal mummy
175737 | Zig:15   | Noticed a royal mummy
175737 | Zig:15   | Noticed a royal mummy
175737 | Zig:15   | Noticed a royal mummy
175737 | Zig:15   | Noticed a royal mummy
175738 | Zig:15   | Noticed a royal mummy
175739 | Zig:15   | Killed a royal mummy
175739 | Zig:15   | Killed a royal mummy
175739 | Zig:15   | Killed a royal mummy
175741 | Zig:15   | Noticed a royal mummy
175743 | Zig:15   | Noticed a royal mummy
175743 | Zig:15   | Noticed a royal mummy
175743 | Zig:15   | Killed a royal mummy
175743 | Zig:15   | Killed a royal mummy
175743 | Zig:15   | Killed a royal mummy
175743 | Zig:15   | Killed a royal mummy
175744 | Zig:15   | Noticed a royal mummy
175744 | Zig:15   | Killed a royal mummy
175745 | Zig:15   | Noticed a royal mummy
175745 | Zig:15   | Noticed a royal mummy
175745 | Zig:15   | Noticed a royal mummy
175745 | Zig:15   | Killed a royal mummy
175745 | Zig:15   | Killed a royal mummy
175746 | Zig:15   | Noticed a royal mummy
175746 | Zig:15   | Killed a royal mummy
175748 | Zig:15   | Killed a royal mummy
175748 | Zig:15   | Killed a royal mummy
175748 | Zig:15   | Noticed a royal mummy
175748 | Zig:15   | Noticed a royal mummy
175748 | Zig:15   | Noticed a royal mummy
175748 | Zig:15   | Noticed a royal mummy
175748 | Zig:15   | Noticed a royal mummy
175751 | Zig:15   | Killed a royal mummy
175751 | Zig:15   | Killed a royal mummy
175751 | Zig:15   | Noticed a royal mummy
175751 | Zig:15   | Noticed a royal mummy
175751 | Zig:15   | Noticed a royal mummy
175752 | Zig:15   | Noticed a royal mummy
175752 | Zig:15   | Killed a royal mummy
175752 | Zig:15   | Killed a royal mummy
175752 | Zig:15   | Killed a royal mummy
175752 | Zig:15   | Killed a royal mummy
175752 | Zig:15   | Noticed a royal mummy
175758 | Zig:15   | Killed a royal mummy
175759 | Zig:15   | Killed a royal mummy
175759 | Zig:15   | Killed a royal mummy
175759 | Zig:15   | Killed a royal mummy
175764 | Zig:15   | Noticed a royal mummy
175765 | Zig:15   | Noticed a royal mummy
175769 | Zig:15   | Noticed a royal mummy
175769 | Zig:15   | Noticed a royal mummy
175770 | Zig:15   | Killed a royal mummy
175771 | Zig:15   | Killed a royal mummy
175773 | Zig:15   | Killed a royal mummy
175773 | Zig:15   | Killed a royal mummy
175773 | Zig:15   | Killed a royal mummy
175773 | Zig:15   | Noticed a royal mummy
175774 | Zig:15   | Noticed a royal mummy
175776 | Zig:15   | Noticed a royal mummy
175776 | Zig:15   | Noticed a royal mummy
175777 | Zig:15   | Noticed a royal mummy
175782 | Zig:15   | Killed a royal mummy
175782 | Zig:15   | Killed a royal mummy
175784 | Zig:15   | Killed a royal mummy
175785 | Zig:15   | Noticed a royal mummy
175785 | Zig:15   | Noticed a royal mummy
175787 | Zig:15   | Killed a royal mummy
175789 | Zig:15   | Killed a royal mummy
175789 | Zig:15   | Noticed a royal mummy
175792 | Zig:15   | Killed a royal mummy
175792 | Zig:15   | Killed a royal mummy
175792 | Zig:15   | Killed a royal mummy
175798 | Zig:15   | Noticed a royal mummy
175800 | Zig:15   | Noticed a royal mummy
175800 | Zig:15   | Noticed a royal mummy
175803 | Zig:15   | Killed a royal mummy
175807 | Zig:15   | Noticed a royal mummy
175808 | Zig:15   | Noticed a royal mummy
175809 | Zig:15   | Killed a royal mummy
175811 | Zig:15   | Killed a royal mummy
175812 | Zig:15   | Killed a royal mummy
175814 | Zig:15   | Killed a royal mummy
175814 | Zig:15   | Killed a royal mummy
175818 | Zig:15   | Killed a royal mummy
175818 | Zig:15   | Killed a royal mummy
175823 | Zig:15   | Killed a royal mummy
175823 | Zig:15   | Killed a royal mummy
176242 | Zig:15   | Identified Obeeqame's Compendium of Shifting Hexes
176268 | Zig:16   | Entered Level 16 of a ziggurat
176268 | Zig:16   | Noticed a shard shrike
176268 | Zig:16   | Noticed a shard shrike
176269 | Zig:16   | Noticed a shard shrike
176269 | Zig:16   | Noticed a shard shrike
176269 | Zig:16   | Noticed a shard shrike
176270 | Zig:16   | Noticed a shard shrike
176271 | Zig:16   | Noticed a shard shrike
176271 | Zig:16   | Noticed a shard shrike
176274 | Zig:16   | Killed a shard shrike
176274 | Zig:16   | Killed a shard shrike
176274 | Zig:16   | Killed a shard shrike
176274 | Zig:16   | Killed a shard shrike
176275 | Zig:16   | Killed a shard shrike
176275 | Zig:16   | Killed a shard shrike
176276 | Zig:16   | Killed a shard shrike
176277 | Zig:16   | Noticed a shard shrike
176277 | Zig:16   | Killed a shard shrike
176277 | Zig:16   | Noticed a shard shrike
176278 | Zig:16   | Noticed a shard shrike
176282 | Zig:16   | Noticed a shard shrike
176282 | Zig:16   | Noticed a shard shrike
176284 | Zig:16   | Noticed a shard shrike
176284 | Zig:16   | Noticed a shard shrike
176285 | Zig:16   | Noticed a shard shrike
176286 | Zig:16   | Noticed a shard shrike
176286 | Zig:16   | Killed a shard shrike
176286 | Zig:16   | Killed a shard shrike
176286 | Zig:16   | Killed a shard shrike
176286 | Zig:16   | Noticed a shard shrike
176287 | Zig:16   | Killed a shard shrike
176287 | Zig:16   | Killed a shard shrike
176288 | Zig:16   | Killed a shard shrike
176291 | Zig:16   | Killed a shard shrike
176294 | Zig:16   | Noticed a shard shrike
176303 | Zig:16   | Noticed a shard shrike
176303 | Zig:16   | Killed a shard shrike
176304 | Zig:16   | Noticed a shard shrike
176305 | Zig:16   | Killed a shard shrike
176316 | Zig:16   | Killed a shard shrike
176317 | Zig:16   | Killed a shard shrike
176335 | Zig:16   | Killed a shard shrike
176349 | Zig:16   | Killed a shard shrike
176798 | Zig:16   | Identified the Papyrus of Creative Confrontation
176870 | Zig:17   | Entered Level 17 of a ziggurat
176873 | Zig:17   | Noticed an ancient lich
176874 | Zig:17   | Noticed an ancient lich
176875 | Zig:17   | Noticed an ancient lich
176875 | Zig:17   | Noticed an ancient lich
176875 | Zig:17   | Noticed an ancient lich
176876 | Zig:17   | Killed an ancient lich
176876 | Zig:17   | Killed an ancient lich
176876 | Zig:17   | Killed an ancient lich
176876 | Zig:17   | Killed an ancient lich
176876 | Zig:17   | Noticed an ancient lich
176876 | Zig:17   | Noticed an ancient lich
176878 | Zig:17   | Noticed an ancient lich
176879 | Zig:17   | Noticed an ancient lich
176879 | Zig:17   | Killed an ancient lich
176880 | Zig:17   | Noticed an ancient lich
176880 | Zig:17   | Noticed an ancient lich
176880 | Zig:17   | Noticed an ancient lich
176880 | Zig:17   | Noticed an ancient lich
176881 | Zig:17   | Noticed an ancient lich
176881 | Zig:17   | Noticed an ancient lich
176881 | Zig:17   | Noticed an ancient lich
176882 | Zig:17   | Noticed an ancient lich
176882 | Zig:17   | Noticed an ancient lich
176882 | Zig:17   | Noticed an ancient lich
176883 | Zig:17   | Killed an ancient lich
176883 | Zig:17   | Killed an ancient lich
176883 | Zig:17   | Killed an ancient lich
176883 | Zig:17   | Killed an ancient lich
176883 | Zig:17   | Killed an ancient lich
176883 | Zig:17   | Killed an ancient lich
176883 | Zig:17   | Killed an ancient lich
176883 | Zig:17   | Noticed an ancient lich
176883 | Zig:17   | Noticed an ancient lich
176884 | Zig:17   | Noticed an ancient lich
176884 | Zig:17   | Noticed an ancient lich
176884 | Zig:17   | Noticed an ancient lich
176884 | Zig:17   | Noticed an ancient lich
176886 | Zig:17   | Noticed an ancient lich
176887 | Zig:17   | Noticed an ancient lich
176887 | Zig:17   | Noticed an ancient lich
176887 | Zig:17   | Noticed an ancient lich
176889 | Zig:17   | Killed an ancient lich
176889 | Zig:17   | Killed an ancient lich
176889 | Zig:17   | Killed an ancient lich
176889 | Zig:17   | Killed an ancient lich
176889 | Zig:17   | Killed an ancient lich
176889 | Zig:17   | Killed an ancient lich
176889 | Zig:17   | Killed an ancient lich
176890 | Zig:17   | Noticed an ancient lich
176890 | Zig:17   | Killed an ancient lich
176890 | Zig:17   | Killed an ancient lich
176890 | Zig:17   | Killed an ancient lich
176890 | Zig:17   | Killed an ancient lich
176890 | Zig:17   | Killed an ancient lich
176890 | Zig:17   | Killed an ancient lich
176890 | Zig:17   | Killed an ancient lich
176890 | Zig:17   | Killed an ancient lich
176890 | Zig:17   | Killed an ancient lich
176890 | Zig:17   | Killed an ancient lich
176890 | Zig:17   | Killed an ancient lich
177340 | Zig:17   | Got a brightly glowing iron ring
177341 | Zig:17   | Identified Sif Muna's Almanac of Aerial Attacks
177395 | Zig:18   | Entered Level 18 of a ziggurat
177398 | Zig:18   | Noticed an ancient lich
177399 | Zig:18   | Noticed an ancient lich
177400 | Zig:18   | Noticed an ancient lich
177400 | Zig:18   | Noticed an ancient lich
177400 | Zig:18   | Noticed an ancient lich
177400 | Zig:18   | Noticed an ancient lich
177401 | Zig:18   | Noticed an ancient lich
177401 | Zig:18   | Noticed an ancient lich
177401 | Zig:18   | Noticed an ancient lich
177403 | Zig:18   | Killed an ancient lich
177404 | Zig:18   | Noticed an ancient lich
177404 | Zig:18   | Killed an ancient lich
177404 | Zig:18   | Killed an ancient lich
177404 | Zig:18   | Killed an ancient lich
177404 | Zig:18   | Killed an ancient lich
177404 | Zig:18   | Killed an ancient lich
177404 | Zig:18   | Killed an ancient lich
177404 | Zig:18   | Killed an ancient lich
177404 | Zig:18   | Killed an ancient lich
177404 | Zig:18   | Noticed an ancient lich
177405 | Zig:18   | Noticed an ancient lich
177405 | Zig:18   | Noticed an ancient lich
177405 | Zig:18   | Noticed an ancient lich
177405 | Zig:18   | Noticed an ancient lich
177406 | Zig:18   | Noticed an ancient lich
177406 | Zig:18   | Noticed an ancient lich
177406 | Zig:18   | Noticed an ancient lich
177406 | Zig:18   | Noticed an ancient lich
177406 | Zig:18   | Noticed an ancient lich
177406 | Zig:18   | Noticed an ancient lich
177406 | Zig:18   | Noticed an ancient lich
177406 | Zig:18   | Noticed an ancient lich
177407 | Zig:18   | Noticed an ancient lich
177407 | Zig:18   | Noticed an ancient lich
177407 | Zig:18   | Noticed an ancient lich
177408 | Zig:18   | Noticed an ancient lich
177408 | Zig:18   | Noticed an ancient lich
177408 | Zig:18   | Noticed an ancient lich
177408 | Zig:18   | Noticed an ancient lich
177409 | Zig:18   | Noticed an ancient lich
177409 | Zig:18   | Noticed an ancient lich
177409 | Zig:18   | Noticed an ancient lich
177410 | Zig:18   | Noticed an ancient lich
177410 | Zig:18   | Killed an ancient lich
177410 | Zig:18   | Killed an ancient lich
177410 | Zig:18   | Killed an ancient lich
177411 | Zig:18   | Noticed an ancient lich
177411 | Zig:18   | Noticed an ancient lich
177411 | Zig:18   | Noticed an ancient lich
177411 | Zig:18   | Noticed an ancient lich
177412 | Zig:18   | Noticed an ancient lich
177413 | Zig:18   | Killed an ancient lich
177413 | Zig:18   | Killed an ancient lich
177413 | Zig:18   | Killed an ancient lich
177413 | Zig:18   | Killed an ancient lich
177413 | Zig:18   | Killed an ancient lich
177413 | Zig:18   | Killed an ancient lich
177413 | Zig:18   | Killed an ancient lich
177413 | Zig:18   | Killed an ancient lich
177413 | Zig:18   | Killed an ancient lich
177413 | Zig:18   | Killed an ancient lich
177414 | Zig:18   | Noticed an ancient lich
177415 | Zig:18   | Noticed an ancient lich
177415 | Zig:18   | Noticed an ancient lich
177415 | Zig:18   | Noticed an ancient lich
177417 | Zig:18   | Killed an ancient lich
177417 | Zig:18   | Killed an ancient lich
177418 | Zig:18   | Noticed an ancient lich
177418 | Zig:18   | Noticed an ancient lich
177418 | Zig:18   | Killed an ancient lich
177418 | Zig:18   | Killed an ancient lich
177418 | Zig:18   | Killed an ancient lich
177418 | Zig:18   | Killed an ancient lich
177418 | Zig:18   | Killed an ancient lich
177418 | Zig:18   | Killed an ancient lich
177418 | Zig:18   | Killed an ancient lich
177418 | Zig:18   | Killed an ancient lich
177418 | Zig:18   | Killed an ancient lich
177418 | Zig:18   | Killed an ancient lich
177418 | Zig:18   | Killed an ancient lich
177418 | Zig:18   | Killed an ancient lich
177418 | Zig:18   | Killed an ancient lich
177418 | Zig:18   | Killed an ancient lich
177418 | Zig:18   | Killed an ancient lich
177418 | Zig:18   | Killed an ancient lich
177418 | Zig:18   | Noticed an ancient lich
177418 | Zig:18   | Noticed an ancient lich
177419 | Zig:18   | Noticed an ancient lich
177420 | Zig:18   | Killed an ancient lich
177420 | Zig:18   | Killed an ancient lich
177420 | Zig:18   | Killed an ancient lich
177420 | Zig:18   | Killed an ancient lich
177420 | Zig:18   | Killed an ancient lich
177420 | Zig:18   | Killed an ancient lich
177421 | Zig:18   | Noticed an ancient lich
177421 | Zig:18   | Noticed an ancient lich
177421 | Zig:18   | Noticed an ancient lich
177421 | Zig:18   | Killed an ancient lich
177422 | Zig:18   | Noticed an ancient lich
177423 | Zig:18   | Noticed an ancient lich
177423 | Zig:18   | Killed an ancient lich
177423 | Zig:18   | Killed an ancient lich
177425 | Zig:18   | Noticed an ancient lich
177425 | Zig:18   | Noticed an ancient lich
177428 | Zig:18   | Noticed an ancient lich
177430 | Zig:18   | Killed an ancient lich
177433 | Zig:18   | Killed an ancient lich
177438 | Zig:18   | Killed an ancient lich
177438 | Zig:18   | Killed an ancient lich
177438 | Zig:18   | Killed an ancient lich
177438 | Zig:18   | Killed an ancient lich
177438 | Zig:18   | Killed an ancient lich
177488 | Zig:18   | Identified the Handbook of Combat Magic and Creation
177779 | Zig:18   | Identified the Catalogue of Dislocation
177812 | Zig:18   | Got a glittering copper ring
177842 | Zig:18   | Got a faintly glowing marble ring
177864 | Zig:18   | Identified The Lost Catalogue of Boris
177948 | Zig:19   | Entered Level 19 of a ziggurat
177951 | Zig:19   | Noticed an ancient lich
177952 | Zig:19   | Noticed an ancient lich
177953 | Zig:19   | Noticed an ancient lich
177953 | Zig:19   | Noticed an ancient lich
177954 | Zig:19   | Noticed an ancient lich
177954 | Zig:19   | Noticed an ancient lich
177955 | Zig:19   | Noticed an ancient lich
177955 | Zig:19   | Noticed an ancient lich
177955 | Zig:19   | Noticed an ancient lich
177955 | Zig:19   | Noticed an ancient lich
177956 | Zig:19   | Noticed an ancient lich
177957 | Zig:19   | Killed an ancient lich
177958 | Zig:19   | Noticed an ancient lich
177958 | Zig:19   | Noticed an ancient lich
177959 | Zig:19   | Noticed an ancient lich
177959 | Zig:19   | Killed an ancient lich
177959 | Zig:19   | Killed an ancient lich
177959 | Zig:19   | Killed an ancient lich
177959 | Zig:19   | Killed an ancient lich
177959 | Zig:19   | Killed an ancient lich
177959 | Zig:19   | Killed an ancient lich
177959 | Zig:19   | Killed an ancient lich
177959 | Zig:19   | Killed an ancient lich
177959 | Zig:19   | Noticed an ancient lich
177959 | Zig:19   | Noticed an ancient lich
177960 | Zig:19   | Killed an ancient lich
177960 | Zig:19   | Killed an ancient lich
177960 | Zig:19   | Killed an ancient lich
177960 | Zig:19   | Killed an ancient lich
177960 | Zig:19   | Killed an ancient lich
177960 | Zig:19   | Killed an ancient lich
177960 | Zig:19   | Noticed an ancient lich
177960 | Zig:19   | Noticed an ancient lich
177960 | Zig:19   | Noticed an ancient lich
177960 | Zig:19   | Noticed an ancient lich
177961 | Zig:19   | Noticed an ancient lich
177961 | Zig:19   | Noticed an ancient lich
177961 | Zig:19   | Noticed an ancient lich
177964 | Zig:19   | Noticed an ancient lich
177964 | Zig:19   | Noticed an ancient lich
177967 | Zig:19   | Noticed an ancient lich
177969 | Zig:19   | Noticed an ancient lich
177971 | Zig:19   | Noticed an ancient lich
177972 | Zig:19   | Noticed an ancient lich
177972 | Zig:19   | Noticed an ancient lich
177973 | Zig:19   | Noticed an ancient lich
177973 | Zig:19   | Noticed an ancient lich
177975 | Zig:19   | Noticed an ancient lich
177975 | Zig:19   | Noticed an ancient lich
177976 | Zig:19   | Noticed an ancient lich
177976 | Zig:19   | Noticed an ancient lich
177977 | Zig:19   | Noticed an ancient lich
177978 | Zig:19   | Killed an ancient lich
177978 | Zig:19   | Noticed an ancient lich
177979 | Zig:19   | Noticed an ancient lich
177979 | Zig:19   | Killed an ancient lich
177979 | Zig:19   | Killed an ancient lich
177979 | Zig:19   | Killed an ancient lich
177980 | Zig:19   | Killed an ancient lich
177980 | Zig:19   | Killed an ancient lich
177980 | Zig:19   | Killed an ancient lich
177980 | Zig:19   | Killed an ancient lich
177980 | Zig:19   | Killed an ancient lich
177980 | Zig:19   | Noticed an ancient lich
177980 | Zig:19   | Noticed an ancient lich
177981 | Zig:19   | Noticed an ancient lich
177981 | Zig:19   | Noticed an ancient lich
177981 | Zig:19   | Noticed an ancient lich
177986 | Zig:19   | Noticed an ancient lich
177992 | Zig:19   | Killed an ancient lich
177992 | Zig:19   | Killed an ancient lich
177993 | Zig:19   | Killed an ancient lich
177993 | Zig:19   | Killed an ancient lich
177994 | Zig:19   | Killed an ancient lich
177994 | Zig:19   | Killed an ancient lich
177995 | Zig:19   | Noticed an ancient lich
177995 | Zig:19   | Killed an ancient lich
177997 | Zig:19   | Noticed an ancient lich
177997 | Zig:19   | Noticed an ancient lich
178001 | Zig:19   | Noticed an ancient lich
178001 | Zig:19   | Noticed an ancient lich
178001 | Zig:19   | Noticed an ancient lich
178001 | Zig:19   | Noticed an ancient lich
178001 | Zig:19   | Noticed an ancient lich
178002 | Zig:19   | Noticed an ancient lich
178003 | Zig:19   | Noticed an ancient lich
178004 | Zig:19   | Noticed an ancient lich
178004 | Zig:19   | Noticed an ancient lich
178005 | Zig:19   | Noticed an ancient lich
178006 | Zig:19   | Killed an ancient lich
178007 | Zig:19   | Killed an ancient lich
178007 | Zig:19   | Killed an ancient lich
178007 | Zig:19   | Killed an ancient lich
178007 | Zig:19   | Killed an ancient lich
178008 | Zig:19   | Noticed an ancient lich
178008 | Zig:19   | Killed an ancient lich
178009 | Zig:19   | Killed an ancient lich
178009 | Zig:19   | Killed an ancient lich
178009 | Zig:19   | Killed an ancient lich
178009 | Zig:19   | Killed an ancient lich
178009 | Zig:19   | Killed an ancient lich
178009 | Zig:19   | Killed an ancient lich
178009 | Zig:19   | Killed an ancient lich
178009 | Zig:19   | Killed an ancient lich
178009 | Zig:19   | Killed an ancient lich
178009 | Zig:19   | Killed an ancient lich
178009 | Zig:19   | Killed an ancient lich
178009 | Zig:19   | Noticed an ancient lich
178010 | Zig:19   | Killed an ancient lich
178010 | Zig:19   | Killed an ancient lich
178010 | Zig:19   | Killed an ancient lich
178010 | Zig:19   | Killed an ancient lich
178010 | Zig:19   | Killed an ancient lich
178010 | Zig:19   | Killed an ancient lich
178010 | Zig:19   | Killed an ancient lich
178010 | Zig:19   | Killed an ancient lich
178011 | Zig:19   | Noticed an ancient lich
178011 | Zig:19   | Killed an ancient lich
178011 | Zig:19   | Killed an ancient lich
178011 | Zig:19   | Killed an ancient lich
178011 | Zig:19   | Killed an ancient lich
178013 | Zig:19   | Noticed an ancient lich
178014 | Zig:19   | Killed an ancient lich
178015 | Zig:19   | Killed an ancient lich
178019 | Zig:19   | Noticed an ancient lich
178019 | Zig:19   | Killed an ancient lich
178305 | Zig:19   | Identified Nesukh's Papyrus of the Rocks and Translocation
178318 | Zig:19   | Got a wavering brass ring
178325 | Zig:19   | Identified Qynon's Compendium of Mutagenic Intoxication
178350 | Zig:20   | Entered Level 20 of a ziggurat
178355 | Zig:20   | Noticed a Killer Klown
178355 | Zig:20   | Noticed Lotuig the pandemonium lord
178356 | Zig:20   | Noticed Xaxzeggu the pandemonium lord
178356 | Zig:20   | Noticed Was Oles the pandemonium lord
178356 | Zig:20   | Noticed a Killer Klown
178357 | Zig:20   | Noticed Maorchosi the pandemonium lord
178364 | Zig:20   | Noticed Uqethrilo the pandemonium lord
178367 | Zig:20   | Noticed Nanophal the pandemonium lord
178369 | Zig:20   | Killed Uqethrilo the pandemonium lord
178369 | Zig:20   | Killed a Killer Klown
178369 | Zig:20   | Killed Lotuig the pandemonium lord
178370 | Zig:20   | Killed Maorchosi the pandemonium lord
178370 | Zig:20   | Killed Was Oles the pandemonium lord
178370 | Zig:20   | Killed a Killer Klown
178371 | Zig:20   | Noticed a Killer Klown
178371 | Zig:20   | Noticed a Killer Klown
178371 | Zig:20   | Noticed Tiudis the pandemonium lord
178373 | Zig:20   | Noticed a Killer Klown
178376 | Zig:20   | Killed Nanophal the pandemonium lord
178376 | Zig:20   | Killed Xaxzeggu the pandemonium lord
178376 | Zig:20   | Noticed a Killer Klown
178377 | Zig:20   | Noticed Sysmasysh the pandemonium lord
178377 | Zig:20   | Noticed a Killer Klown
178378 | Zig:20   | Killed a Killer Klown
178378 | Zig:20   | Killed a Killer Klown
178378 | Zig:20   | Killed Tiudis the pandemonium lord
178378 | Zig:20   | Noticed Cyabamac the pandemonium lord
178379 | Zig:20   | Killed a Killer Klown
178379 | Zig:20   | Noticed Kaowol the pandemonium lord
178379 | Zig:20   | Killed a Killer Klown
178381 | Zig:20   | Noticed Ireqi the pandemonium lord
178381 | Zig:20   | Noticed Vin Meok the pandemonium lord
178382 | Zig:20   | Noticed Rymunk the pandemonium lord
178382 | Zig:20   | Noticed Hohiur the pandemonium lord
178383 | Zig:20   | Noticed a Killer Klown
178383 | Zig:20   | Noticed Midyjidd the pandemonium lord
178386 | Zig:20   | Noticed Ociusi the pandemonium lord
178386 | Zig:20   | Noticed Rejubum the pandemonium lord
178387 | Zig:20   | Noticed Qoreddetz the pandemonium lord
178387 | Zig:20   | Noticed a Killer Klown
178388 | Zig:20   | Noticed a Killer Klown
178388 | Zig:20   | Noticed Ymaoteno the pandemonium lord
178388 | Zig:20   | Noticed Ydekiaz the pandemonium lord
178389 | Zig:20   | Killed Vin Meok the pandemonium lord
178389 | Zig:20   | Noticed Jeuro the pandemonium lord
178389 | Zig:20   | Noticed Hecheux the pandemonium lord
178390 | Zig:20   | Noticed Geotafa the pandemonium lord
178390 | Zig:20   | Noticed Wiur the pandemonium lord
178391 | Zig:20   | Killed Cyabamac the pandemonium lord
178391 | Zig:20   | Killed a Killer Klown
178391 | Zig:20   | Noticed Ucwilurch the pandemonium lord
178391 | Zig:20   | Noticed Qer Bez the pandemonium lord
178391 | Zig:20   | Noticed Quelokh the pandemonium lord
178392 | Zig:20   | Noticed Kaje Susm the pandemonium lord
178392 | Zig:20   | Noticed Uroxiep the pandemonium lord
178393 | Zig:20   | Killed a Killer Klown
178393 | Zig:20   | Killed a Killer Klown
178393 | Zig:20   | Killed Ymaoteno the pandemonium lord
178393 | Zig:20   | Killed a Killer Klown
178393 | Zig:20   | Killed Kaowol the pandemonium lord
178393 | Zig:20   | Killed Ireqi the pandemonium lord
178393 | Zig:20   | Killed Hohiur the pandemonium lord
178393 | Zig:20   | Killed Qoreddetz the pandemonium lord
178394 | Zig:20   | Noticed Kuof the pandemonium lord
178394 | Zig:20   | Noticed Gasetra the pandemonium lord
178395 | Zig:20   | Killed Rejubum the pandemonium lord
178395 | Zig:20   | Killed Sysmasysh the pandemonium lord
178395 | Zig:20   | Killed Hecheux the pandemonium lord
178395 | Zig:20   | Killed Ociusi the pandemonium lord
178395 | Zig:20   | Noticed Muuskorch the pandemonium lord
178395 | Zig:20   | Noticed Dieqis the pandemonium lord
178396 | Zig:20   | Noticed Yzapsoaq the pandemonium lord
178396 | Zig:20   | Killed Kaje Susm the pandemonium lord
178396 | Zig:20   | Killed Ydekiaz the pandemonium lord
178396 | Zig:20   | Killed Qer Bez the pandemonium lord
178396 | Zig:20   | Killed Jeuro the pandemonium lord
178396 | Zig:20   | Noticed Votaell the pandemonium lord
178396 | Zig:20   | Noticed a Killer Klown
178397 | Zig:20   | Killed Midyjidd the pandemonium lord
178397 | Zig:20   | Killed Muuskorch the pandemonium lord
178397 | Zig:20   | Killed Rymunk the pandemonium lord
178397 | Zig:20   | Killed Quelokh the pandemonium lord
178397 | Zig:20   | Noticed Jitounup the pandemonium lord
178397 | Zig:20   | Killed Ucwilurch the pandemonium lord
178397 | Zig:20   | Noticed Tuthrir the pandemonium lord
178398 | Zig:20   | Killed Uroxiep the pandemonium lord
178398 | Zig:20   | Killed a Killer Klown
178398 | Zig:20   | Noticed Dotounoa the pandemonium lord
178398 | Zig:20   | Killed Gasetra the pandemonium lord
178398 | Zig:20   | Killed Dieqis the pandemonium lord
178399 | Zig:20   | Killed Geotafa the pandemonium lord
178399 | Zig:20   | Killed Wiur the pandemonium lord
178399 | Zig:20   | Killed Kuof the pandemonium lord
178399 | Zig:20   | Noticed Zooheock the pandemonium lord
178399 | Zig:20   | Noticed Kaptiah the pandemonium lord
178399 | Zig:20   | Noticed Hodet the pandemonium lord
178400 | Zig:20   | Noticed Weneseur the pandemonium lord
178400 | Zig:20   | Noticed Tip Lyl the pandemonium lord
178400 | Zig:20   | Noticed a Killer Klown
178401 | Zig:20   | Noticed Uhefeon the pandemonium lord
178401 | Zig:20   | Noticed Qiamajue the pandemonium lord
178401 | Zig:20   | Noticed a Killer Klown
178402 | Zig:20   | Noticed Ynosk the pandemonium lord
178402 | Zig:20   | Noticed a Killer Klown
178402 | Zig:20   | Noticed Fimpef the pandemonium lord
178403 | Zig:20   | Noticed Vucaaledi the pandemonium lord
178403 | Zig:20   | Noticed Goysm the pandemonium lord
178403 | Zig:20   | Noticed Ydghocua the pandemonium lord
178404 | Zig:20   | Killed Jitounup the pandemonium lord
178404 | Zig:20   | Killed Kaptiah the pandemonium lord
178404 | Zig:20   | Noticed Toxestoott the pandemonium lord
178405 | Zig:20   | Noticed Dypto the pandemonium lord
178405 | Zig:20   | Noticed Sira the pandemonium lord
178406 | Zig:20   | Noticed Fameor the pandemonium lord
178406 | Zig:20   | Noticed Ujastrio the pandemonium lord
178406 | Zig:20   | Noticed Dayl the pandemonium lord
178407 | Zig:20   | Noticed Pecleoh the pandemonium lord
178407 | Zig:20   | Noticed Xolooku the pandemonium lord
178407 | Zig:20   | Killed a Killer Klown
178407 | Zig:20   | Killed a Killer Klown
178407 | Zig:20   | Killed a Killer Klown
178407 | Zig:20   | Killed Ydghocua the pandemonium lord
178407 | Zig:20   | Killed Tuthrir the pandemonium lord
178407 | Zig:20   | Noticed a Killer Klown
178407 | Zig:20   | Noticed Hobo the pandemonium lord
178407 | Zig:20   | Noticed Qosheoz the pandemonium lord
178408 | Zig:20   | Noticed a Killer Klown
178408 | Zig:20   | Killed Votaell the pandemonium lord
178409 | Zig:20   | Killed Toxestoott the pandemonium lord
178409 | Zig:20   | Killed Sira the pandemonium lord
178409 | Zig:20   | Killed a Killer Klown
178409 | Zig:20   | Killed Tip Lyl the pandemonium lord
178409 | Zig:20   | Noticed Xulew the pandemonium lord
178410 | Zig:20   | Noticed Looky the pandemonium lord
178410 | Zig:20   | Noticed Tiseorph the pandemonium lord
178410 | Zig:20   | Killed Goysm the pandemonium lord
178410 | Zig:20   | Killed Uhefeon the pandemonium lord
178410 | Zig:20   | Noticed Deafeow the pandemonium lord
178410 | Zig:20   | Noticed a Killer Klown
178410 | Zig:20   | Noticed Useush the pandemonium lord
178410 | Zig:20   | Noticed Naemikixui the pandemonium lord
178411 | Zig:20   | Noticed Himp the pandemonium lord
178411 | Zig:20   | Killed Hodet the pandemonium lord
178411 | Zig:20   | Noticed Kaaseb the pandemonium lord
178412 | Zig:20   | Noticed Eweosom the pandemonium lord
178412 | Zig:20   | Killed Dotounoa the pandemonium lord
178413 | Zig:20   | Noticed Icasto Tupe the pandemonium lord
178413 | Zig:20   | Killed Fameor the pandemonium lord
178413 | Zig:20   | Killed Tiseorph the pandemonium lord
178413 | Zig:20   | Noticed Pacah the pandemonium lord
178414 | Zig:20   | Noticed Retzu the pandemonium lord
178415 | Zig:20   | Killed Yzapsoaq the pandemonium lord
178415 | Zig:20   | Noticed Zunugiadd the pandemonium lord
178416 | Zig:20   | Killed Weneseur the pandemonium lord
178416 | Zig:20   | Noticed Adduetuti the pandemonium lord
178417 | Zig:20   | Noticed Kaku the pandemonium lord
178417 | Zig:20   | Killed Qosheoz the pandemonium lord
178417 | Zig:20   | Noticed Ynezat the pandemonium lord
178418 | Zig:20   | Killed Zooheock the pandemonium lord
178418 | Zig:20   | Killed Qiamajue the pandemonium lord
178418 | Zig:20   | Killed Xolooku the pandemonium lord
178418 | Zig:20   | Killed Naemikixui the pandemonium lord
178418 | Zig:20   | Noticed Conawn the pandemonium lord
178420 | Zig:20   | Killed Fimpef the pandemonium lord
178420 | Zig:20   | Noticed Eseonn the pandemonium lord
178421 | Zig:20   | Noticed Maputwab the pandemonium lord
178421 | Zig:20   | Killed Eweosom the pandemonium lord
178422 | Zig:20   | Killed Ynezat the pandemonium lord
178423 | Zig:20   | Noticed Hydaonopp the pandemonium lord
178423 | Zig:20   | Killed Xulew the pandemonium lord
178424 | Zig:20   | Killed Ujastrio the pandemonium lord
178424 | Zig:20   | Killed Pacah the pandemonium lord
178424 | Zig:20   | Noticed Zacsetog the pandemonium lord
178424 | Zig:20   | Noticed Asmorakh the pandemonium lord
178425 | Zig:20   | Killed Icasto Tupe the pandemonium lord
178425 | Zig:20   | Killed Deafeow the pandemonium lord
178426 | Zig:20   | Killed Pecleoh the pandemonium lord
178426 | Zig:20   | Killed Looky the pandemonium lord
178426 | Zig:20   | Killed Kaku the pandemonium lord
178426 | Zig:20   | Killed Adduetuti the pandemonium lord
178427 | Zig:20   | Killed Hobo the pandemonium lord
178427 | Zig:20   | Killed Ynosk the pandemonium lord
178427 | Zig:20   | Noticed a Killer Klown
178427 | Zig:20   | Noticed a Killer Klown
178429 | Zig:20   | Noticed Axou the pandemonium lord
178429 | Zig:20   | Noticed Tuept the pandemonium lord
178430 | Zig:20   | Noticed Sodutyxy the pandemonium lord
178430 | Zig:20   | Killed a Killer Klown
178430 | Zig:20   | Killed a Killer Klown
178430 | Zig:20   | Killed Dypto the pandemonium lord
178430 | Zig:20   | Noticed a Killer Klown
178430 | Zig:20   | Noticed Xosunusk the pandemonium lord
178430 | Zig:20   | Noticed Lusyat the pandemonium lord
178431 | Zig:20   | Noticed Peczati the pandemonium lord
178431 | Zig:20   | Noticed Tisicve the pandemonium lord
178431 | Zig:20   | Noticed Hecejill the pandemonium lord
178432 | Zig:20   | Noticed Moonwat the pandemonium lord
178432 | Zig:20   | Noticed Cief the pandemonium lord
178432 | Zig:20   | Noticed Igromn the pandemonium lord
178432 | Zig:20   | Killed Conawn the pandemonium lord
178433 | Zig:20   | Noticed Dimug the pandemonium lord
178433 | Zig:20   | Noticed Kimab the pandemonium lord
178433 | Zig:20   | Killed a Killer Klown
178433 | Zig:20   | Killed Himp the pandemonium lord
178433 | Zig:20   | Killed Maputwab the pandemonium lord
178433 | Zig:20   | Killed a Killer Klown
178433 | Zig:20   | Killed Hecejill the pandemonium lord
178433 | Zig:20   | Noticed Kiddil the pandemonium lord
178433 | Zig:20   | Noticed Xuem the pandemonium lord
178435 | Zig:20   | Noticed Exull the pandemonium lord
178435 | Zig:20   | Killed Lusyat the pandemonium lord
178436 | Zig:20   | Killed Kaaseb the pandemonium lord
178436 | Zig:20   | Noticed Yruumn the pandemonium lord
178437 | Zig:20   | Noticed Fidghini the pandemonium lord
178437 | Zig:20   | Killed a Killer Klown
178437 | Zig:20   | Noticed Ukazygg the pandemonium lord
178437 | Zig:20   | Noticed Setzyxaf the pandemonium lord
178437 | Zig:20   | Noticed Ewutuny the pandemonium lord
178438 | Zig:20   | Noticed a Killer Klown
178439 | Zig:20   | Killed Axou the pandemonium lord
178439 | Zig:20   | Killed Igromn the pandemonium lord
178439 | Zig:20   | Noticed Ocuupsyf the pandemonium lord
178439 | Zig:20   | Noticed a Killer Klown
178439 | Zig:20   | Killed Peczati the pandemonium lord
178440 | Zig:20   | Killed Xuem the pandemonium lord
178440 | Zig:20   | Killed Ukazygg the pandemonium lord
178440 | Zig:20   | Killed Tuept the pandemonium lord
178440 | Zig:20   | Killed Setzyxaf the pandemonium lord
178440 | Zig:20   | Noticed Awkakkat the pandemonium lord
178440 | Zig:20   | Noticed Boghuwn the pandemonium lord
178441 | Zig:20   | Noticed Kuko the pandemonium lord
178441 | Zig:20   | Noticed a Killer Klown
178442 | Zig:20   | Noticed Ocuuzo the pandemonium lord
178442 | Zig:20   | Noticed Setaaff the pandemonium lord
178442 | Zig:20   | Noticed Labreyn the pandemonium lord
178446 | Zig:20   | Killed Hydaonopp the pandemonium lord
178446 | Zig:20   | Killed Useush the pandemonium lord
178447 | Zig:20   | Killed a Killer Klown
178447 | Zig:20   | Killed Kuko the pandemonium lord
178447 | Zig:20   | Noticed a Killer Klown
178448 | Zig:20   | Noticed Xaqaul the pandemonium lord
178448 | Zig:20   | Killed Kimab the pandemonium lord
178448 | Zig:20   | Killed Cief the pandemonium lord
178449 | Zig:20   | Killed Asmorakh the pandemonium lord
178449 | Zig:20   | Killed Tisicve the pandemonium lord
178449 | Zig:20   | Killed Moonwat the pandemonium lord
178449 | Zig:20   | Noticed Uguschim the pandemonium lord
178451 | Zig:20   | Killed a Killer Klown
178451 | Zig:20   | Killed Dayl the pandemonium lord
178451 | Zig:20   | Killed a Killer Klown
178451 | Zig:20   | Noticed Vyceo the pandemonium lord
178452 | Zig:20   | Killed Dimug the pandemonium lord
178452 | Zig:20   | Killed Exull the pandemonium lord
178453 | Zig:20   | Noticed a Killer Klown
178453 | Zig:20   | Noticed Bainurorr the pandemonium lord
178454 | Zig:20   | Noticed Soprof the pandemonium lord
178455 | Zig:20   | Killed Awkakkat the pandemonium lord
178455 | Zig:20   | Killed Yruumn the pandemonium lord
178455 | Zig:20   | Killed Zunugiadd the pandemonium lord
178455 | Zig:20   | Killed Ewutuny the pandemonium lord
178455 | Zig:20   | Killed Zacsetog the pandemonium lord
178455 | Zig:20   | Killed Uguschim the pandemonium lord
178455 | Zig:20   | Noticed Duxocsik the pandemonium lord
178455 | Zig:20   | Noticed Ziumo the pandemonium lord
178455 | Zig:20   | Noticed Huduz the pandemonium lord
178456 | Zig:20   | Killed Fidghini the pandemonium lord
178457 | Zig:20   | Noticed a Killer Klown
178458 | Zig:20   | Killed Ocuupsyf the pandemonium lord
178458 | Zig:20   | Killed Eseonn the pandemonium lord
178459 | Zig:20   | Noticed Las Mutyri the pandemonium lord
178459 | Zig:20   | Noticed Vezxuniw the pandemonium lord
178461 | Zig:20   | Noticed Ziodac the pandemonium lord
178461 | Zig:20   | Noticed Ophon the pandemonium lord
178462 | Zig:20   | Noticed Igagrist the pandemonium lord
178462 | Zig:20   | Noticed a Killer Klown
178462 | Zig:20   | Noticed a Killer Klown
178462 | Zig:20   | Noticed Timaqabe the pandemonium lord
178462 | Zig:20   | Noticed a Killer Klown
178463 | Zig:20   | Noticed Vaxt the pandemonium lord
178463 | Zig:20   | Noticed a Killer Klown
178463 | Zig:20   | Noticed a Killer Klown
178463 | Zig:20   | Noticed Ikaetaonul the pandemonium lord
178463 | Zig:20   | Noticed a Killer Klown
178463 | Zig:20   | Noticed Pixkaj the pandemonium lord
178463 | Zig:20   | Noticed Qyplyum the pandemonium lord
178463 | Zig:20   | Noticed Zyliquub the pandemonium lord
178464 | Zig:20   | Noticed Bonk the pandemonium lord
178464 | Zig:20   | Noticed Ufralea the pandemonium lord
178465 | Zig:20   | Noticed Cank the pandemonium lord
178465 | Zig:20   | Noticed Serosolurch the pandemonium lord
178465 | Zig:20   | Noticed Utuvubb the pandemonium lord
178465 | Zig:20   | Noticed Hadghehui the pandemonium lord
178466 | Zig:20   | Noticed a Killer Klown
178466 | Zig:20   | Noticed Imaustrirr the pandemonium lord
178468 | Zig:20   | Killed Kiddil the pandemonium lord
178468 | Zig:20   | Killed a Killer Klown
178468 | Zig:20   | Killed Vucaaledi the pandemonium lord
178468 | Zig:20   | Killed Retzu the pandemonium lord
178468 | Zig:20   | Killed a Killer Klown
178469 | Zig:20   | Killed Bainurorr the pandemonium lord
178469 | Zig:20   | Killed Labreyn the pandemonium lord
178469 | Zig:20   | Killed Boghuwn the pandemonium lord
178469 | Zig:20   | Killed Ocuuzo the pandemonium lord
178469 | Zig:20   | Killed a Killer Klown
178470 | Zig:20   | Noticed Fuir the pandemonium lord
178470 | Zig:20   | Killed Sodutyxy the pandemonium lord
178470 | Zig:20   | Killed Xaqaul the pandemonium lord
178470 | Zig:20   | Killed a Killer Klown
178470 | Zig:20   | Killed Xosunusk the pandemonium lord
178470 | Zig:20   | Killed Huduz the pandemonium lord
178470 | Zig:20   | Killed Ziumo the pandemonium lord
178470 | Zig:20   | Killed Cank the pandemonium lord
178470 | Zig:20   | Killed a Killer Klown
178470 | Zig:20   | Killed Hadghehui the pandemonium lord
178470 | Zig:20   | Killed a Killer Klown
178470 | Zig:20   | Killed Vezxuniw the pandemonium lord
178470 | Zig:20   | Killed Vyceo the pandemonium lord
178470 | Zig:20   | Killed a Killer Klown
178470 | Zig:20   | Killed Duxocsik the pandemonium lord
178470 | Zig:20   | Killed Ophon the pandemonium lord
178470 | Zig:20   | Killed a Killer Klown
178470 | Zig:20   | Killed a Killer Klown
178470 | Zig:20   | Killed a Killer Klown
178470 | Zig:20   | Killed Utuvubb the pandemonium lord
178470 | Zig:20   | Noticed Voesk the pandemonium lord
178471 | Zig:20   | Killed Setaaff the pandemonium lord
178471 | Zig:20   | Killed Qyplyum the pandemonium lord
178471 | Zig:20   | Killed Ziodac the pandemonium lord
178471 | Zig:20   | Killed Igagrist the pandemonium lord
178471 | Zig:20   | Killed Las Mutyri the pandemonium lord
178471 | Zig:20   | Killed Ikaetaonul the pandemonium lord
178471 | Zig:20   | Killed Pixkaj the pandemonium lord
178471 | Zig:20   | Killed Ufralea the pandemonium lord
178472 | Zig:20   | Killed Timaqabe the pandemonium lord
178472 | Zig:20   | Killed Zyliquub the pandemonium lord
178472 | Zig:20   | Killed Bonk the pandemonium lord
178472 | Zig:20   | Killed Voesk the pandemonium lord
178472 | Zig:20   | Killed Vaxt the pandemonium lord
178473 | Zig:20   | Killed Soprof the pandemonium lord
178473 | Zig:20   | Killed Serosolurch the pandemonium lord
178483 | Zig:20   | Killed Imaustrirr the pandemonium lord
178483 | Zig:20   | Killed Fuir the pandemonium lord
178855 | Zig:20   | Identified Sif Muna's Collected Works on Poisoning
178878 | Zig:20   | Got a pair of translucent boots
178899 | Zig:21   | Entered Level 21 of a ziggurat
178903 | Zig:21   | Noticed a juggernaut
178904 | Zig:21   | Noticed a juggernaut
178904 | Zig:21   | Noticed a juggernaut
178905 | Zig:21   | Noticed a juggernaut
178908 | Zig:21   | Noticed a juggernaut
178909 | Zig:21   | Noticed a juggernaut
178909 | Zig:21   | Noticed a juggernaut
178910 | Zig:21   | Noticed a juggernaut
178910 | Zig:21   | Noticed a juggernaut
178910 | Zig:21   | Noticed a juggernaut
178910 | Zig:21   | Noticed a juggernaut
178911 | Zig:21   | Noticed a juggernaut
178911 | Zig:21   | Noticed a juggernaut
178911 | Zig:21   | Noticed a juggernaut
178911 | Zig:21   | Killed a juggernaut
178911 | Zig:21   | Killed a juggernaut
178911 | Zig:21   | Noticed a juggernaut
178912 | Zig:21   | Noticed a juggernaut
178912 | Zig:21   | Noticed a juggernaut
178912 | Zig:21   | Noticed a juggernaut
178912 | Zig:21   | Noticed a juggernaut
178912 | Zig:21   | Noticed a juggernaut
178912 | Zig:21   | Noticed a juggernaut
178912 | Zig:21   | Noticed a juggernaut
178912 | Zig:21   | Killed a juggernaut
178912 | Zig:21   | Killed a juggernaut
178912 | Zig:21   | Killed a juggernaut
178912 | Zig:21   | Noticed a juggernaut
178913 | Zig:21   | Noticed a juggernaut
178913 | Zig:21   | Noticed a juggernaut
178913 | Zig:21   | Noticed a juggernaut
178913 | Zig:21   | Noticed a juggernaut
178913 | Zig:21   | Noticed a juggernaut
178914 | Zig:21   | Noticed a juggernaut
178916 | Zig:21   | Killed a juggernaut
178916 | Zig:21   | Killed a juggernaut
178916 | Zig:21   | Killed a juggernaut
178916 | Zig:21   | Killed a juggernaut
178916 | Zig:21   | Killed a juggernaut
178916 | Zig:21   | Killed a juggernaut
178916 | Zig:21   | Killed a juggernaut
178916 | Zig:21   | Killed a juggernaut
178916 | Zig:21   | Killed a juggernaut
178916 | Zig:21   | Killed a juggernaut
178916 | Zig:21   | Killed a juggernaut
178916 | Zig:21   | Killed a juggernaut
178916 | Zig:21   | Noticed a juggernaut
178916 | Zig:21   | Noticed a juggernaut
178916 | Zig:21   | Noticed a juggernaut
178917 | Zig:21   | Killed a juggernaut
178917 | Zig:21   | Killed a juggernaut
178917 | Zig:21   | Killed a juggernaut
178917 | Zig:21   | Killed a juggernaut
178917 | Zig:21   | Killed a juggernaut
178917 | Zig:21   | Killed a juggernaut
178917 | Zig:21   | Killed a juggernaut
178917 | Zig:21   | Killed a juggernaut
178917 | Zig:21   | Killed a juggernaut
178917 | Zig:21   | Killed a juggernaut
178917 | Zig:21   | Killed a juggernaut
178917 | Zig:21   | Noticed a juggernaut
178919 | Zig:21   | Noticed a juggernaut
178920 | Zig:21   | Killed a juggernaut
178920 | Zig:21   | Killed a juggernaut
178920 | Zig:21   | Killed a juggernaut
178921 | Zig:21   | Noticed a juggernaut
178921 | Zig:21   | Noticed a juggernaut
178921 | Zig:21   | Noticed a juggernaut
178922 | Zig:21   | Noticed a juggernaut
178922 | Zig:21   | Noticed a juggernaut
178922 | Zig:21   | Noticed a juggernaut
178923 | Zig:21   | Noticed a juggernaut
178924 | Zig:21   | Noticed a juggernaut
178928 | Zig:21   | Killed a juggernaut
178928 | Zig:21   | Killed a juggernaut
178928 | Zig:21   | Killed a juggernaut
178930 | Zig:21   | Noticed a juggernaut
178932 | Zig:21   | Noticed a juggernaut
178933 | Zig:21   | Killed a juggernaut
178933 | Zig:21   | Killed a juggernaut
178933 | Zig:21   | Killed a juggernaut
178933 | Zig:21   | Killed a juggernaut
178933 | Zig:21   | Killed a juggernaut
178933 | Zig:21   | Killed a juggernaut
178933 | Zig:21   | Noticed a juggernaut
178933 | Zig:21   | Noticed a juggernaut
178938 | Zig:21   | Killed a juggernaut
178942 | Zig:21   | Killed a juggernaut
178942 | Zig:21   | Killed a juggernaut
178954 | Zig:21   | Killed a juggernaut
178959 | Zig:21   | Killed a juggernaut
178961 | Zig:21   | Killed a juggernaut
179392 | Zig:21   | Identified the ring of the Bull {rPois rC+ rN+ Str-4} (You
                  | found it on level 12 of a ziggurat)
179400 | Zig:21   | Gained mutation: You are very weak. (Str -4) [mutagenic
                  | glow]
179405 | Zig:21   | Identified the cursed +0 pair of boots "Daigg" {Slay+5}
                  | (You found it on level 20 of a ziggurat)
179420 | Zig:21   | Identified the ring of the Clam {rElec MP+9} (You found it
                  | on level 12 of a ziggurat)
179424 | Zig:21   | Identified the Reference Book on Twisted Stones
179430 | Zig:21   | Identified Sif Muna's Reference Book on Harmful Dislocation
179439 | Zig:21   | Identified the Volume of Focus
179444 | Zig:21   | Identified Vuof Bah's Disquisition on Lightness
179447 | Zig:21   | Got a crude ivory ring
179453 | Zig:21   | Got a coiled steel ring
179458 | Zig:21   | Got a flickering silver ring
179462 | Zig:21   | Identified the ring of Noozxir {rElec Will+} (You found it
                  | on level 21 of a ziggurat)
179464 | Zig:21   | Identified the ring of Najiex {+Blink rF+ rC+ Int+6 Dex-3}
                  | (You found it on level 21 of a ziggurat)
179467 | Zig:21   | Identified the ring "Dotet" {rPois rC+ Slay+4} (You found
                  | it on level 12 of a ziggurat)
179470 | Zig:21   | Identified the ring "Hiaps" {Ice *Drain +Blink Int+4 Dex+2}
                  | (You found it on level 12 of a ziggurat)
179473 | Zig:21   | Identified the ring of Ikoigeopp {rC++ Str+5 Int+2 SInv}
                  | (You found it on level 12 of a ziggurat)
179476 | Zig:21   | Identified the ring "Kyenoloroh" {*Drain rF- rN+ Dex+5
                  | SInv} (You found it on level 17 of a ziggurat)
179479 | Zig:21   | Identified the ring of Omoe {rF+ Will+} (You found it on
                  | level 18 of a ziggurat)
179482 | Zig:21   | Identified the ring of the Monkey's Uncle {rC+ Str+6} (You
                  | found it on level 18 of a ziggurat)
179485 | Zig:21   | Identified the ring of Idwuitwa {Will+ MP+9 Int+4 SInv
                  | Stlth-} (You found it on level 19 of a ziggurat)
179488 | Zig:21   | Identified the ring "Touph" {*Tele rC+ Str+2 Int-3 SInv}
                  | (You found it on level 21 of a ziggurat)
179509 | Zig:22   | Entered Level 22 of a ziggurat
180425 | Zig:23   | Entered Level 23 of a ziggurat
180512 | Zig:23   | Noticed Zeta the pandemonium lord
180536 | Zig:23   | Killed Zeta the pandemonium lord
180892 | Zig:23   | Identified the Incunabulum of Orientation
180905 | Zig:23   | Got a pitted brass ring
180908 | Zig:23   | Identified the Reference Book on Sinister Magic
180914 | Zig:23   | Identified the Papyrus of Darkness and the Glacier
180923 | Zig:23   | Identified the Papyrus of Flying Attacks
180995 | Zig:24   | Entered Level 24 of a ziggurat
180997 | Zig:24   | Noticed a shard shrike
180998 | Zig:24   | Noticed a shard shrike
180998 | Zig:24   | Noticed a shard shrike
181000 | Zig:24   | Noticed a shard shrike
181004 | Zig:24   | Killed a shard shrike
181005 | Zig:24   | Killed a shard shrike
181005 | Zig:24   | Killed a shard shrike
181005 | Zig:24   | Killed a shard shrike
181006 | Zig:24   | Noticed a shard shrike
181006 | Zig:24   | Noticed a shard shrike
181006 | Zig:24   | Noticed a shard shrike
181007 | Zig:24   | Noticed a shard shrike
181008 | Zig:24   | Noticed a shard shrike
181009 | Zig:24   | Noticed an ancient lich
181009 | Zig:24   | Noticed a shard shrike
181009 | Zig:24   | Noticed a shard shrike
181010 | Zig:24   | Noticed a shard shrike
181010 | Zig:24   | Noticed a shard shrike
181010 | Zig:24   | Noticed a shard shrike
181011 | Zig:24   | Noticed a shard shrike
181012 | Zig:24   | Noticed a shard shrike
181012 | Zig:24   | Noticed a shard shrike
181014 | Zig:24   | Killed a shard shrike
181015 | Zig:24   | Noticed a shard shrike
181015 | Zig:24   | Noticed a shard shrike
181015 | Zig:24   | Killed a shard shrike
181016 | Zig:24   | Noticed a shard shrike
181016 | Zig:24   | Killed an ancient lich
181016 | Zig:24   | Killed a shard shrike
181016 | Zig:24   | Killed a shard shrike
181016 | Zig:24   | Killed a shard shrike
181016 | Zig:24   | Noticed a shard shrike
181017 | Zig:24   | Killed a shard shrike
181018 | Zig:24   | Noticed a shard shrike
181018 | Zig:24   | Noticed a shard shrike
181018 | Zig:24   | Noticed a shard shrike
181018 | Zig:24   | Noticed a shard shrike
181018 | Zig:24   | Noticed a shard shrike
181018 | Zig:24   | Killed a shard shrike
181019 | Zig:24   | Noticed a shard shrike
181019 | Zig:24   | Noticed a shard shrike
181019 | Zig:24   | Noticed a shard shrike
181019 | Zig:24   | Killed a shard shrike
181019 | Zig:24   | Killed a shard shrike
181019 | Zig:24   | Killed a shard shrike
181019 | Zig:24   | Killed a shard shrike
181020 | Zig:24   | Noticed a shard shrike
181021 | Zig:24   | Noticed a shard shrike
181021 | Zig:24   | Noticed a shard shrike
181022 | Zig:24   | Noticed a shard shrike
181026 | Zig:24   | Noticed a shard shrike
181035 | Zig:24   | Killed a shard shrike
181035 | Zig:24   | Killed a shard shrike
181036 | Zig:24   | Killed a shard shrike
181036 | Zig:24   | Killed a shard shrike
181038 | Zig:24   | Killed a shard shrike
181048 | Zig:24   | Noticed a shard shrike
181053 | Zig:24   | Killed a shard shrike
181054 | Zig:24   | Killed a shard shrike
181054 | Zig:24   | Killed a shard shrike
181060 | Zig:24   | Noticed a shard shrike
181060 | Zig:24   | Killed a shard shrike
181067 | Zig:24   | Noticed a shard shrike
181068 | Zig:24   | Noticed a shard shrike
181069 | Zig:24   | Killed a shard shrike
181069 | Zig:24   | Killed a shard shrike
181069 | Zig:24   | Killed a shard shrike
181069 | Zig:24   | Killed a shard shrike
181069 | Zig:24   | Killed a shard shrike
181069 | Zig:24   | Killed a shard shrike
181069 | Zig:24   | Killed a shard shrike
181070 | Zig:24   | Killed a shard shrike
181070 | Zig:24   | Killed a shard shrike
181070 | Zig:24   | Killed a shard shrike
181070 | Zig:24   | Killed a shard shrike
181070 | Zig:24   | Killed a shard shrike
181077 | Zig:24   | Noticed a shard shrike
181080 | Zig:24   | Noticed a shard shrike
181085 | Zig:24   | Noticed a shard shrike
181092 | Zig:24   | Noticed a shard shrike
181094 | Zig:24   | Noticed a shard shrike
181096 | Zig:24   | Killed a shard shrike
181100 | Zig:24   | Noticed a shard shrike
181109 | Zig:24   | Killed a shard shrike
181111 | Zig:24   | Killed a shard shrike
181117 | Zig:24   | Killed a shard shrike
181139 | Zig:24   | Killed a shard shrike
181140 | Zig:24   | Killed a shard shrike
181142 | Zig:24   | Killed a shard shrike
181155 | Zig:24   | Killed a shard shrike
181675 | Zig:24   | Got a sparkling bone amulet
181678 | Zig:24   | Identified the Handbook of the Igneous Birds
181708 | Zig:24   | Got a scintillating bone ring
181728 | Zig:24   | Got a brightly glowing gossamer ring
181737 | Zig:24   | Identified the Tome of Moulding and Flight
181744 | Zig:24   | Got a brightly glowing steel ring
181747 | Zig:24   | Got a clouded iron ring
181753 | Zig:24   | Got a coiled lead ring
181865 | Zig:25   | Entered Level 25 of a ziggurat
181869 | Zig:25   | Noticed a shard shrike
181870 | Zig:25   | Noticed a shard shrike
181870 | Zig:25   | Noticed a shard shrike
181872 | Zig:25   | Noticed a shard shrike
181873 | Zig:25   | Noticed a shard shrike
181874 | Zig:25   | Killed a shard shrike
181875 | Zig:25   | Killed a shard shrike
181876 | Zig:25   | Killed a shard shrike
181876 | Zig:25   | Killed a shard shrike
181878 | Zig:25   | Noticed a shard shrike
181878 | Zig:25   | Killed a shard shrike
181878 | Zig:25   | Noticed a shard shrike
181879 | Zig:25   | Noticed a shard shrike
181889 | Zig:25   | Killed a shard shrike
181889 | Zig:25   | Killed a shard shrike
181891 | Zig:25   | Noticed a shard shrike
181891 | Zig:25   | Noticed a shard shrike
181894 | Zig:25   | Noticed a shard shrike
181894 | Zig:25   | Noticed a shard shrike
181895 | Zig:25   | Noticed a shard shrike
181896 | Zig:25   | Noticed a shard shrike
181896 | Zig:25   | Noticed a shard shrike
181899 | Zig:25   | Killed a shard shrike
181900 | Zig:25   | Killed a shard shrike
181900 | Zig:25   | Killed a shard shrike
181901 | Zig:25   | Noticed a shard shrike
181901 | Zig:25   | Noticed a shard shrike
181912 | Zig:25   | Noticed a shard shrike
181913 | Zig:25   | Noticed a shard shrike
181916 | Zig:25   | Killed a shard shrike
181916 | Zig:25   | Killed a shard shrike
181917 | Zig:25   | Killed a shard shrike
181919 | Zig:25   | Noticed a shard shrike
181919 | Zig:25   | Killed a shard shrike
181919 | Zig:25   | Noticed a shard shrike
181923 | Zig:25   | Killed a shard shrike
181926 | Zig:25   | Noticed a shard shrike
181927 | Zig:25   | Noticed a shard shrike
181927 | Zig:25   | Noticed a shard shrike
181929 | Zig:25   | Noticed a shard shrike
181929 | Zig:25   | Noticed a shard shrike
181929 | Zig:25   | Noticed a shard shrike
181930 | Zig:25   | Killed a shard shrike
181930 | Zig:25   | Killed a shard shrike
181932 | Zig:25   | Killed a shard shrike
181935 | Zig:25   | Noticed a shard shrike
181936 | Zig:25   | Noticed a shard shrike
181936 | Zig:25   | Noticed a shard shrike
181937 | Zig:25   | Noticed a shard shrike
181939 | Zig:25   | Noticed a shard shrike
181939 | Zig:25   | Killed a shard shrike
181940 | Zig:25   | Killed a shard shrike
181941 | Zig:25   | Noticed a shard shrike
181941 | Zig:25   | Noticed a shard shrike
181941 | Zig:25   | Noticed a shard shrike
181941 | Zig:25   | Noticed a shard shrike
181941 | Zig:25   | Killed a shard shrike
181941 | Zig:25   | Killed a shard shrike
181942 | Zig:25   | Noticed a shard shrike
181943 | Zig:25   | Killed a shard shrike
181944 | Zig:25   | Killed a shard shrike
181944 | Zig:25   | Killed a shard shrike
181947 | Zig:25   | Killed a shard shrike
181947 | Zig:25   | Killed a shard shrike
181949 | Zig:25   | Noticed a shard shrike
181952 | Zig:25   | Killed a shard shrike
181952 | Zig:25   | Killed a shard shrike
181953 | Zig:25   | Noticed a shard shrike
181953 | Zig:25   | Noticed a shard shrike
181954 | Zig:25   | Noticed a shard shrike
181955 | Zig:25   | Found the +3 warlock's mirror {reflect}
181960 | Zig:25   | Noticed a shard shrike
181964 | Zig:25   | Killed a shard shrike
181966 | Zig:25   | Noticed a shard shrike
181968 | Zig:25   | Killed a shard shrike
181976 | Zig:25   | Killed a shard shrike
181977 | Zig:25   | Killed a shard shrike
181980 | Zig:25   | Noticed a shard shrike
181984 | Zig:25   | Killed a shard shrike
181984 | Zig:25   | Killed a shard shrike
181985 | Zig:25   | Killed a shard shrike
181987 | Zig:25   | Killed a shard shrike
181987 | Zig:25   | Killed a shard shrike
181988 | Zig:25   | Killed a shard shrike
181997 | Zig:25   | Noticed a shard shrike
182002 | Zig:25   | Killed a shard shrike
182002 | Zig:25   | Noticed a shard shrike
182003 | Zig:25   | Killed a shard shrike
182004 | Zig:25   | Killed a shard shrike
182005 | Zig:25   | Killed a shard shrike
182006 | Zig:25   | Killed a shard shrike
182011 | Zig:25   | Killed a shard shrike
182019 | Zig:25   | Killed a shard shrike
182020 | Zig:25   | Noticed a shard shrike
182031 | Zig:25   | Killed a shard shrike
182123 | Zig:25   | Got a transparent platinum amulet
182128 | Zig:25   | Identified the Handbook of Frigorific Malediction
182167 | Zig:25   | Identified Fepo's Compendium of Execration and the Rocks
182824 | Zig:26   | Entered Level 26 of a ziggurat
183399 | Zig:26   | Identified the Grimoire of Stolen Souls and the Arsonist
183415 | Zig:26   | Got a wavering amber ring
183422 | Zig:26   | Identified the Disquisition on Venomous Shape Shifting
183499 | Zig:27   | Entered Level 27 of a ziggurat
183831 | Zig:27   | Identified the ring "Roczew" {*Drain rPois rC+ Str+3} (You
                  | found it on level 23 of a ziggurat)
183833 | Zig:27   | Identified the amulet of Qotrits {Faith rElec} (You found
                  | it on level 24 of a ziggurat)
183835 | Zig:27   | Identified the ring of Kyawy {rPois rN+ Dex-4 SInv} (You
                  | found it on level 24 of a ziggurat)
183837 | Zig:27   | Identified the ring of Cashrecw {Str+2 Int+6} (You found it
                  | on level 24 of a ziggurat)
183839 | Zig:27   | Identified the ring of Uxant {*Slow rF+ EV+4 Dex+5} (You
                  | found it on level 24 of a ziggurat)
183840 | Zig:27   | Identified the ring of Jaggogaf {*Tele rElec rF+} (You
                  | found it on level 24 of a ziggurat)
183842 | Zig:27   | Identified the amulet "Tusezuh" {Acrobat rElec Dex+7} (You
                  | found it on level 25 of a ziggurat)
183844 | Zig:27   | Identified the ring "Adirir" {EV+4 Dex+3} (You found it on
                  | level 24 of a ziggurat)
183847 | Zig:27   | Identified the ring "Adwiekol" {rN+ Str+6 Dex+3} (You found
                  | it on level 26 of a ziggurat)
183860 | Zig:27   | Identified the Volume of Attacks
183881 | Zig:27   | Got a clouded tin amulet
183883 | Zig:27   | Got a translucent diamond amulet
184640 | Zig:27   | Got a clouded platinum amulet
184648 | Zig:27   | Identified An Early Guide to Magic
184651 | Zig:27   | Got a steaming iron ring
184661 | Zig:27   | Identified the Papyrus of Vitriolic Malediction
184713 | Zig:27   | Identified the amulet "Elamed" {Acrobat rN++} (You found it
                  | on level 27 of a ziggurat)
184715 | Zig:27   | Identified the amulet "Fearphast" {RegenMP Int+3} (You
                  | found it on level 27 of a ziggurat)
184717 | Zig:27   | Identified the amulet "Waaxuoq" {RegenMP +Inv rElec rC+}
                  | (You found it on level 27 of a ziggurat)
184719 | Zig:27   | Identified the ring "Puoj Feh" {+Fly rPois Int+2} (You
                  | found it on level 27 of a ziggurat)
184726 | Zig:27   | Acquired 1035 gold pieces
184727 | Zig:27   | Acquired 819 gold pieces
184728 | Zig:27   | Acquired 622 gold pieces
184729 | Zig:27   | Acquired 794 gold pieces
184730 | Zig:27   | Acquired 430 gold pieces
184731 | Zig:27   | Acquired 401 gold pieces
184732 | Zig:27   | Acquired 475 gold pieces
184733 | Zig:27   | Acquired 656 gold pieces
184734 | Zig:27   | Acquired 733 gold pieces
184985 | D:1      | Lost mutation: You are very weak. (Str -4) [potion of
                  | mutation]
184985 | D:1      | Lost mutation: You are agile. (Dex +2) [potion of mutation]
184985 | D:1      | Gained mutation: Your flesh is cold resistant. (rC+)
                  | [potion of mutation]
184985 | D:1      | Gained mutation: You have sharp fingernails. [potion of
                  | mutation]
184992 | Zig:1    | Entered Level 1 of a ziggurat
184993 | Zig:1    | Noticed a shard shrike
185001 | Zig:1    | Killed a shard shrike
185040 | Zig:2    | Entered Level 2 of a ziggurat
185138 | Zig:3    | Entered Level 3 of a ziggurat
185142 | Zig:3    | Noticed Ishroll the pandemonium lord
185157 | Zig:3    | Killed Ishroll the pandemonium lord
185256 | Zig:4    | Entered Level 4 of a ziggurat
185386 | Zig:5    | Entered Level 5 of a ziggurat
185536 | Zig:6    | Entered Level 6 of a ziggurat
185536 | Zig:6    | Noticed a royal mummy
185536 | Zig:6    | Noticed a royal mummy
185536 | Zig:6    | Noticed a royal mummy
185536 | Zig:6    | Noticed a royal mummy
185536 | Zig:6    | Noticed a royal mummy
185537 | Zig:6    | Noticed a royal mummy
185537 | Zig:6    | Noticed a royal mummy
185541 | Zig:6    | Noticed a royal mummy
185542 | Zig:6    | Noticed a royal mummy
185542 | Zig:6    | Killed a royal mummy
185542 | Zig:6    | Killed a royal mummy
185542 | Zig:6    | Noticed a royal mummy
185544 | Zig:6    | Killed a royal mummy
185545 | Zig:6    | Killed a royal mummy
185547 | Zig:6    | Killed a royal mummy
185547 | Zig:6    | Noticed a royal mummy
185553 | Zig:6    | Killed a royal mummy
185553 | Zig:6    | Killed a royal mummy
185553 | Zig:6    | Killed a royal mummy
185555 | Zig:6    | Killed a royal mummy
185557 | Zig:6    | Killed a royal mummy
185564 | Zig:6    | Killed a royal mummy
185724 | Zig:7    | Entered Level 7 of a ziggurat
185923 | Zig:8    | Entered Level 8 of a ziggurat
186087 | Zig:9    | Entered Level 9 of a ziggurat
186087 | Zig:9    | Noticed an ancient lich
186087 | Zig:9    | Noticed an ancient lich
186087 | Zig:9    | Noticed an ancient lich
186087 | Zig:9    | Noticed an ancient lich
186087 | Zig:9    | Noticed an ancient lich
186087 | Zig:9    | Noticed an ancient lich
186087 | Zig:9    | Noticed an ancient lich
186087 | Zig:9    | Noticed an ancient lich
186088 | Zig:9    | Killed an ancient lich
186090 | Zig:9    | Killed an ancient lich
186090 | Zig:9    | Killed an ancient lich
186090 | Zig:9    | Killed an ancient lich
186090 | Zig:9    | Killed an ancient lich
186090 | Zig:9    | Killed an ancient lich
186090 | Zig:9    | Killed an ancient lich
186090 | Zig:9    | Killed an ancient lich
186091 | Zig:9    | Noticed an ancient lich
186091 | Zig:9    | Noticed an ancient lich
186092 | Zig:9    | Noticed an ancient lich
186093 | Zig:9    | Noticed an ancient lich
186095 | Zig:9    | Noticed an ancient lich
186100 | Zig:9    | Noticed an ancient lich
186104 | Zig:9    | Noticed an ancient lich
186105 | Zig:9    | Noticed an ancient lich
186111 | Zig:9    | Killed an ancient lich
186111 | Zig:9    | Killed an ancient lich
186111 | Zig:9    | Killed an ancient lich
186111 | Zig:9    | Killed an ancient lich
186113 | Zig:9    | Killed an ancient lich
186115 | Zig:9    | Killed an ancient lich
186115 | Zig:9    | Killed an ancient lich
186115 | Zig:9    | Killed an ancient lich
186123 | Zig:9    | Noticed an ancient lich
186136 | Zig:9    | Killed an ancient lich
186300 | Zig:9    | Identified Talu Fan's Compendium of Twisted Enchantment
186302 | Zig:9    | Identified the Catalogue of the Congealing Rocks
186305 | Zig:9    | Got a transparent bronze ring
186322 | Zig:10   | Entered Level 10 of a ziggurat
186337 | Zig:10   | Noticed Odghiffo the pandemonium lord
186356 | Zig:10   | Killed Odghiffo the pandemonium lord
186519 | Zig:10   | Found the +7 Kryia's mail coat {PotionHeal*2 rC+}
186532 | Zig:11   | Entered Level 11 of a ziggurat
186555 | Zig:11   | Noticed Ximevu the pandemonium lord
186559 | Zig:11   | Killed Ximevu the pandemonium lord
186714 | Zig:11   | Identified Utixook's Volume of Flight and Shape Shifting
186721 | Zig:11   | Identified the Catalogue of Ashen Necromancy
186724 | Zig:11   | Identified the Guide on Excruciating Orientation
186731 | Zig:11   | Identified Sif Muna's Collected Works on Conjuration and
                  | the Rocks
186740 | Zig:11   | Got an ancient turquoise ring
186750 | Zig:12   | Entered Level 12 of a ziggurat
186750 | Zig:12   | Noticed a shard shrike
186750 | Zig:12   | Noticed a shard shrike
186750 | Zig:12   | Noticed a shard shrike
186750 | Zig:12   | Noticed a shard shrike
186750 | Zig:12   | Noticed a shard shrike
186750 | Zig:12   | Noticed a shard shrike
186750 | Zig:12   | Noticed a shard shrike
186750 | Zig:12   | Noticed a shard shrike
186750 | Zig:12   | Noticed a shard shrike
186750 | Zig:12   | Noticed a shard shrike
186750 | Zig:12   | Noticed a shard shrike
186750 | Zig:12   | Noticed a shard shrike
186752 | Zig:12   | Killed a shard shrike
186752 | Zig:12   | Noticed a shard shrike
186752 | Zig:12   | Noticed a shard shrike
186753 | Zig:12   | Killed a shard shrike
186753 | Zig:12   | Killed a shard shrike
186755 | Zig:12   | Killed a shard shrike
186756 | Zig:12   | Killed a shard shrike
186756 | Zig:12   | Killed a shard shrike
186759 | Zig:12   | Killed a shard shrike
186759 | Zig:12   | Noticed a shard shrike
186760 | Zig:12   | Noticed a shard shrike
186762 | Zig:12   | Killed a shard shrike
186763 | Zig:12   | Killed a shard shrike
186764 | Zig:12   | Killed a shard shrike
186765 | Zig:12   | Killed a shard shrike
186766 | Zig:12   | Killed a shard shrike
186767 | Zig:12   | Noticed a shard shrike
186768 | Zig:12   | Noticed a shard shrike
186780 | Zig:12   | Noticed a shard shrike
186782 | Zig:12   | Noticed a shard shrike
186783 | Zig:12   | Noticed a shard shrike
186785 | Zig:12   | Noticed a shard shrike
186787 | Zig:12   | Noticed a shard shrike
186788 | Zig:12   | Killed a shard shrike
186788 | Zig:12   | Noticed a shard shrike
186788 | Zig:12   | Killed a shard shrike
186789 | Zig:12   | Killed a shard shrike
186789 | Zig:12   | Killed a shard shrike
186790 | Zig:12   | Noticed a shard shrike
186790 | Zig:12   | Killed a shard shrike
186790 | Zig:12   | Killed a shard shrike
186791 | Zig:12   | Killed a shard shrike
186791 | Zig:12   | Killed a shard shrike
186792 | Zig:12   | Noticed a shard shrike
186792 | Zig:12   | Killed a shard shrike
186793 | Zig:12   | Noticed a shard shrike
186794 | Zig:12   | Noticed a shard shrike
186794 | Zig:12   | Noticed a shard shrike
186794 | Zig:12   | Noticed a shard shrike
186796 | Zig:12   | Killed a shard shrike
186797 | Zig:12   | Noticed a shard shrike
186804 | Zig:12   | Killed a shard shrike
186804 | Zig:12   | Killed a shard shrike
186805 | Zig:12   | Killed a shard shrike
186807 | Zig:12   | Killed a shard shrike
186808 | Zig:12   | Killed a shard shrike
186816 | Zig:12   | Killed a shard shrike
186818 | Zig:12   | Noticed a shard shrike
186818 | Zig:12   | Noticed a shard shrike
186819 | Zig:12   | Killed a shard shrike
186821 | Zig:12   | Noticed a shard shrike
186835 | Zig:12   | Killed a shard shrike
186838 | Zig:12   | Killed a shard shrike
186839 | Zig:12   | Killed a shard shrike
186839 | Zig:12   | Killed a shard shrike
186851 | Zig:12   | Killed a shard shrike
186855 | Zig:12   | Got a clouded bronze ring
187035 | Zig:13   | Entered Level 13 of a ziggurat
187035 | Zig:13   | Noticed a Killer Klown
187035 | Zig:13   | Noticed Pesiob the pandemonium lord
187035 | Zig:13   | Noticed Pizuir the pandemonium lord
187035 | Zig:13   | Noticed Ujuwnuod the pandemonium lord
187035 | Zig:13   | Noticed Wavileso the pandemonium lord
187035 | Zig:13   | Noticed Wullaff the pandemonium lord
187035 | Zig:13   | Noticed Suntios the pandemonium lord
187035 | Zig:13   | Noticed Kaitzi the pandemonium lord
187035 | Zig:13   | Noticed Etry the pandemonium lord
187035 | Zig:13   | Noticed a Killer Klown
187035 | Zig:13   | Noticed Xyalo the pandemonium lord
187035 | Zig:13   | Noticed a Killer Klown
187035 | Zig:13   | Noticed Jazefyw the pandemonium lord
187035 | Zig:13   | Noticed Gataall the pandemonium lord
187035 | Zig:13   | Noticed a Killer Klown
187035 | Zig:13   | Noticed Kebluuste the pandemonium lord
187035 | Zig:13   | Noticed Kaomo the pandemonium lord
187035 | Zig:13   | Noticed a Killer Klown
187035 | Zig:13   | Noticed Ecaceh the pandemonium lord
187035 | Zig:13   | Noticed Jaxtocik the pandemonium lord
187035 | Zig:13   | Noticed Xangup the pandemonium lord
187035 | Zig:13   | Noticed a Killer Klown
187035 | Zig:13   | Noticed Menn the pandemonium lord
187035 | Zig:13   | Noticed Axathrumn the pandemonium lord
187035 | Zig:13   | Noticed Jaugayst the pandemonium lord
187035 | Zig:13   | Noticed Ysiunnior the pandemonium lord
187035 | Zig:13   | Noticed Ania the pandemonium lord
187035 | Zig:13   | Noticed a Killer Klown
187035 | Zig:13   | Noticed a Killer Klown
187035 | Zig:13   | Noticed Zamiej the pandemonium lord
187035 | Zig:13   | Noticed a Killer Klown
187035 | Zig:13   | Noticed a Killer Klown
187035 | Zig:13   | Noticed Pexkause the pandemonium lord
187035 | Zig:13   | Noticed Odaffot the pandemonium lord
187035 | Zig:13   | Noticed Decsy Kurch the pandemonium lord
187035 | Zig:13   | Noticed Townoz the pandemonium lord
187037 | Zig:13   | Noticed a Killer Klown
187037 | Zig:13   | Noticed a Killer Klown
187037 | Zig:13   | Noticed a Killer Klown
187039 | Zig:13   | Noticed Vulun the pandemonium lord
187039 | Zig:13   | Noticed Kishaq the pandemonium lord
187039 | Zig:13   | Noticed Dasats the pandemonium lord
187039 | Zig:13   | Noticed Xohehicw the pandemonium lord
187039 | Zig:13   | Killed a Killer Klown
187040 | Zig:13   | Noticed Mon Lohi the pandemonium lord
187040 | Zig:13   | Killed a Killer Klown
187040 | Zig:13   | Killed a Killer Klown
187040 | Zig:13   | Killed a Killer Klown
187040 | Zig:13   | Noticed Zineg the pandemonium lord
187041 | Zig:13   | Noticed a Killer Klown
187041 | Zig:13   | Killed Odaffot the pandemonium lord
187041 | Zig:13   | Killed Kebluuste the pandemonium lord
187041 | Zig:13   | Killed a Killer Klown
187041 | Zig:13   | Killed a Killer Klown
187041 | Zig:13   | Killed a Killer Klown
187041 | Zig:13   | Killed Xangup the pandemonium lord
187041 | Zig:13   | Killed a Killer Klown
187041 | Zig:13   | Killed a Killer Klown
187041 | Zig:13   | Killed Ania the pandemonium lord
187041 | Zig:13   | Killed Xyalo the pandemonium lord
187041 | Zig:13   | Noticed Butog the pandemonium lord
187042 | Zig:13   | Killed Suntios the pandemonium lord
187042 | Zig:13   | Noticed Mem Numi the pandemonium lord
187042 | Zig:13   | Killed a Killer Klown
187042 | Zig:13   | Noticed Ilyl the pandemonium lord
187043 | Zig:13   | Noticed Icodghal the pandemonium lord
187043 | Zig:13   | Noticed a Killer Klown
187043 | Zig:13   | Noticed Dugeh the pandemonium lord
187046 | Zig:13   | Killed Axathrumn the pandemonium lord
187046 | Zig:13   | Noticed Ceotrief the pandemonium lord
187046 | Zig:13   | Noticed Qixammakucw the pandemonium lord
187046 | Zig:13   | Noticed Docwel the pandemonium lord
187046 | Zig:13   | Noticed Otuk the pandemonium lord
187046 | Zig:13   | Noticed Bijosep the pandemonium lord
187047 | Zig:13   | Killed Kaitzi the pandemonium lord
187048 | Zig:13   | Noticed Fiedin the pandemonium lord
187048 | Zig:13   | Noticed Oraott the pandemonium lord
187048 | Zig:13   | Noticed Busasovi the pandemonium lord
187048 | Zig:13   | Killed Jaugayst the pandemonium lord
187048 | Zig:13   | Killed Ysiunnior the pandemonium lord
187048 | Zig:13   | Killed Jazefyw the pandemonium lord
187049 | Zig:13   | Noticed Nifekym the pandemonium lord
187049 | Zig:13   | Killed a Killer Klown
187049 | Zig:13   | Killed a Killer Klown
187049 | Zig:13   | Killed Zineg the pandemonium lord
187049 | Zig:13   | Killed a Killer Klown
187049 | Zig:13   | Killed Dasats the pandemonium lord
187049 | Zig:13   | Noticed Ujeh the pandemonium lord
187050 | Zig:13   | Killed Jaxtocik the pandemonium lord
187050 | Zig:13   | Killed Zamiej the pandemonium lord
187050 | Zig:13   | Killed Decsy Kurch the pandemonium lord
187050 | Zig:13   | Killed Xohehicw the pandemonium lord
187050 | Zig:13   | Killed Pizuir the pandemonium lord
187050 | Zig:13   | Killed Wavileso the pandemonium lord
187050 | Zig:13   | Killed Wullaff the pandemonium lord
187050 | Zig:13   | Killed Kishaq the pandemonium lord
187050 | Zig:13   | Killed Gataall the pandemonium lord
187050 | Zig:13   | Killed Busasovi the pandemonium lord
187050 | Zig:13   | Killed Vulun the pandemonium lord
187050 | Zig:13   | Killed Mon Lohi the pandemonium lord
187050 | Zig:13   | Noticed Widaodd the pandemonium lord
187050 | Zig:13   | Noticed Unomibru the pandemonium lord
187050 | Zig:13   | Noticed a Killer Klown
187051 | Zig:13   | Noticed Tereitid the pandemonium lord
187051 | Zig:13   | Killed Townoz the pandemonium lord
187051 | Zig:13   | Killed Etry the pandemonium lord
187051 | Zig:13   | Killed a Killer Klown
187051 | Zig:13   | Killed a Killer Klown
187051 | Zig:13   | Killed Oraott the pandemonium lord
187051 | Zig:13   | Killed Ilyl the pandemonium lord
187051 | Zig:13   | Killed Dugeh the pandemonium lord
187051 | Zig:13   | Killed Ujuwnuod the pandemonium lord
187051 | Zig:13   | Noticed Qew Ihis the pandemonium lord
187053 | Zig:13   | Killed Pesiob the pandemonium lord
187053 | Zig:13   | Killed Pexkause the pandemonium lord
187053 | Zig:13   | Killed Ceotrief the pandemonium lord
187053 | Zig:13   | Killed a Killer Klown
187053 | Zig:13   | Killed Butog the pandemonium lord
187054 | Zig:13   | Killed Qew Ihis the pandemonium lord
187054 | Zig:13   | Killed Tereitid the pandemonium lord
187054 | Zig:13   | Noticed Qoesavy the pandemonium lord
187054 | Zig:13   | Noticed Lack the pandemonium lord
187055 | Zig:13   | Killed Ecaceh the pandemonium lord
187055 | Zig:13   | Killed Mem Numi the pandemonium lord
187055 | Zig:13   | Killed Kaomo the pandemonium lord
187055 | Zig:13   | Noticed a Killer Klown
187055 | Zig:13   | Noticed Ginem the pandemonium lord
187055 | Zig:13   | Noticed Nomaqusm the pandemonium lord
187055 | Zig:13   | Noticed Luggah the pandemonium lord
187055 | Zig:13   | Noticed Luhoamer the pandemonium lord
187055 | Zig:13   | Noticed a Killer Klown
187055 | Zig:13   | Noticed a Killer Klown
187056 | Zig:13   | Noticed Pieshyxa the pandemonium lord
187056 | Zig:13   | Noticed Zual the pandemonium lord
187057 | Zig:13   | Killed a Killer Klown
187057 | Zig:13   | Killed Fiedin the pandemonium lord
187057 | Zig:13   | Killed Menn the pandemonium lord
187057 | Zig:13   | Killed a Killer Klown
187058 | Zig:13   | Killed Ujeh the pandemonium lord
187058 | Zig:13   | Killed Qoesavy the pandemonium lord
187058 | Zig:13   | Killed Bijosep the pandemonium lord
187058 | Zig:13   | Killed a Killer Klown
187059 | Zig:13   | Noticed Sebbum the pandemonium lord
187059 | Zig:13   | Noticed Afrat Piu the pandemonium lord
187060 | Zig:13   | Noticed Ruolo the pandemonium lord
187060 | Zig:13   | Noticed Miutto the pandemonium lord
187060 | Zig:13   | Noticed Haesud the pandemonium lord
187060 | Zig:13   | Noticed Mehoen the pandemonium lord
187060 | Zig:13   | Noticed Gotwihai the pandemonium lord
187060 | Zig:13   | Noticed Paczanad the pandemonium lord
187061 | Zig:13   | Noticed Jokod the pandemonium lord
187061 | Zig:13   | Noticed a Killer Klown
187061 | Zig:13   | Noticed Lepile the pandemonium lord
187061 | Zig:13   | Noticed Nonum the pandemonium lord
187061 | Zig:13   | Killed Nifekym the pandemonium lord
187061 | Zig:13   | Killed Pieshyxa the pandemonium lord
187061 | Zig:13   | Noticed Fedeaj the pandemonium lord
187062 | Zig:13   | Noticed Galarato the pandemonium lord
187062 | Zig:13   | Noticed Pisyez the pandemonium lord
187062 | Zig:13   | Noticed Garop the pandemonium lord
187063 | Zig:13   | Noticed Qytyotiu the pandemonium lord
187063 | Zig:13   | Noticed Uqocheb the pandemonium lord
187063 | Zig:13   | Noticed Igrabr Libu the pandemonium lord
187064 | Zig:13   | Noticed Tuxirourph the pandemonium lord
187064 | Zig:13   | Killed a Killer Klown
187064 | Zig:13   | Killed Qixammakucw the pandemonium lord
187064 | Zig:13   | Killed Ginem the pandemonium lord
187064 | Zig:13   | Killed Docwel the pandemonium lord
187064 | Zig:13   | Killed Icodghal the pandemonium lord
187064 | Zig:13   | Killed Luggah the pandemonium lord
187064 | Zig:13   | Killed Lack the pandemonium lord
187069 | Zig:13   | Killed Mehoen the pandemonium lord
187070 | Zig:13   | Killed Jokod the pandemonium lord
187070 | Zig:13   | Killed Lepile the pandemonium lord
187070 | Zig:13   | Killed Luhoamer the pandemonium lord
187070 | Zig:13   | Killed Pisyez the pandemonium lord
187070 | Zig:13   | Killed Unomibru the pandemonium lord
187070 | Zig:13   | Killed Otuk the pandemonium lord
187070 | Zig:13   | Killed Sebbum the pandemonium lord
187070 | Zig:13   | Killed Widaodd the pandemonium lord
187071 | Zig:13   | Killed Qytyotiu the pandemonium lord
187071 | Zig:13   | Killed Haesud the pandemonium lord
187071 | Zig:13   | Killed Igrabr Libu the pandemonium lord
187072 | Zig:13   | Killed Tuxirourph the pandemonium lord
187072 | Zig:13   | Killed Gotwihai the pandemonium lord
187072 | Zig:13   | Killed Zual the pandemonium lord
187072 | Zig:13   | Killed Miutto the pandemonium lord
187072 | Zig:13   | Killed Uqocheb the pandemonium lord
187072 | Zig:13   | Killed Afrat Piu the pandemonium lord
187073 | Zig:13   | Killed Fedeaj the pandemonium lord
187073 | Zig:13   | Killed Nomaqusm the pandemonium lord
187074 | Zig:13   | Killed Ruolo the pandemonium lord
187074 | Zig:13   | Killed Garop the pandemonium lord
187078 | Zig:13   | Killed Paczanad the pandemonium lord
187088 | Zig:13   | Killed Galarato the pandemonium lord
187091 | Zig:13   | Killed Nonum the pandemonium lord
187299 | Zig:13   | Identified the Papyrus of Flying Dislocation
187306 | Zig:13   | Identified the Compendium of Fascination and the Mountains
187310 | Zig:13   | Got a pair of warped gloves
187317 | Zig:14   | Entered Level 14 of a ziggurat
187317 | Zig:14   | Noticed an ancient lich
187317 | Zig:14   | Noticed an ancient lich
187317 | Zig:14   | Noticed an ancient lich
187317 | Zig:14   | Noticed an ancient lich
187317 | Zig:14   | Noticed an ancient lich
187317 | Zig:14   | Noticed an ancient lich
187317 | Zig:14   | Noticed an ancient lich
187317 | Zig:14   | Noticed an ancient lich
187317 | Zig:14   | Noticed an ancient lich
187317 | Zig:14   | Noticed an ancient lich
187317 | Zig:14   | Noticed an ancient lich
187318 | Zig:14   | Killed an ancient lich
187318 | Zig:14   | Killed an ancient lich
187319 | Zig:14   | Killed an ancient lich
187319 | Zig:14   | Killed an ancient lich
187319 | Zig:14   | Killed an ancient lich
187319 | Zig:14   | Killed an ancient lich
187319 | Zig:14   | Killed an ancient lich
187319 | Zig:14   | Killed an ancient lich
187319 | Zig:14   | Killed an ancient lich
187319 | Zig:14   | Noticed an ancient lich
187320 | Zig:14   | Killed an ancient lich
187320 | Zig:14   | Noticed an ancient lich
187320 | Zig:14   | Noticed an ancient lich
187321 | Zig:14   | Killed an ancient lich
187321 | Zig:14   | Killed an ancient lich
187321 | Zig:14   | Noticed an ancient lich
187321 | Zig:14   | Noticed an ancient lich
187322 | Zig:14   | Noticed an ancient lich
187322 | Zig:14   | Noticed an ancient lich
187323 | Zig:14   | Noticed an ancient lich
187323 | Zig:14   | Noticed an ancient lich
187323 | Zig:14   | Killed an ancient lich
187323 | Zig:14   | Killed an ancient lich
187324 | Zig:14   | Noticed an ancient lich
187325 | Zig:14   | Noticed an ancient lich
187325 | Zig:14   | Noticed an ancient lich
187325 | Zig:14   | Noticed an ancient lich
187326 | Zig:14   | Noticed an ancient lich
187326 | Zig:14   | Noticed an ancient lich
187326 | Zig:14   | Noticed an ancient lich
187327 | Zig:14   | Noticed an ancient lich
187327 | Zig:14   | Noticed an ancient lich
187330 | Zig:14   | Noticed an ancient lich
187332 | Zig:14   | Noticed an ancient lich
187332 | Zig:14   | Killed an ancient lich
187332 | Zig:14   | Killed an ancient lich
187332 | Zig:14   | Killed an ancient lich
187332 | Zig:14   | Killed an ancient lich
187332 | Zig:14   | Killed an ancient lich
187332 | Zig:14   | Killed an ancient lich
187332 | Zig:14   | Killed an ancient lich
187332 | Zig:14   | Killed an ancient lich
187332 | Zig:14   | Noticed an ancient lich
187335 | Zig:14   | Killed an ancient lich
187339 | Zig:14   | Killed an ancient lich
187339 | Zig:14   | Killed an ancient lich
187339 | Zig:14   | Killed an ancient lich
187339 | Zig:14   | Killed an ancient lich
187339 | Zig:14   | Noticed an ancient lich
187341 | Zig:14   | Noticed an ancient lich
187345 | Zig:14   | Noticed an ancient lich
187346 | Zig:14   | Killed an ancient lich
187346 | Zig:14   | Killed an ancient lich
187346 | Zig:14   | Killed an ancient lich
187346 | Zig:14   | Killed an ancient lich
187346 | Zig:14   | Killed an ancient lich
187346 | Zig:14   | Killed an ancient lich
187346 | Zig:14   | Killed an ancient lich
187346 | Zig:14   | Noticed an ancient lich
187349 | Zig:14   | Noticed an ancient lich
187352 | Zig:14   | Noticed an ancient lich
187363 | Zig:14   | Killed an ancient lich
187364 | Zig:14   | Killed an ancient lich
187365 | Zig:14   | Killed an ancient lich
187382 | Zig:14   | Killed an ancient lich
187647 | Zig:14   | Identified the Volume of Dark Rites
187653 | Zig:14   | Got a bound golden ring
187702 | Zig:14   | Got a pair of pitted gloves
187717 | Zig:15   | Entered Level 15 of a ziggurat
187717 | Zig:15   | Noticed an ancient lich
187717 | Zig:15   | Noticed an ancient lich
187717 | Zig:15   | Noticed an ancient lich
187717 | Zig:15   | Noticed an ancient lich
187717 | Zig:15   | Noticed an ancient lich
187717 | Zig:15   | Noticed an ancient lich
187717 | Zig:15   | Noticed an ancient lich
187717 | Zig:15   | Noticed an ancient lich
187717 | Zig:15   | Noticed an ancient lich
187717 | Zig:15   | Noticed an ancient lich
187717 | Zig:15   | Noticed an ancient lich
187717 | Zig:15   | Noticed an ancient lich
187717 | Zig:15   | Noticed an ancient lich
187717 | Zig:15   | Noticed an ancient lich
187717 | Zig:15   | Noticed an ancient lich
187717 | Zig:15   | Noticed an ancient lich
187717 | Zig:15   | Noticed an ancient lich
187718 | Zig:15   | Killed an ancient lich
187718 | Zig:15   | Killed an ancient lich
187718 | Zig:15   | Killed an ancient lich
187718 | Zig:15   | Killed an ancient lich
187718 | Zig:15   | Noticed an ancient lich
187719 | Zig:15   | Killed an ancient lich
187719 | Zig:15   | Killed an ancient lich
187719 | Zig:15   | Killed an ancient lich
187719 | Zig:15   | Killed an ancient lich
187719 | Zig:15   | Killed an ancient lich
187719 | Zig:15   | Killed an ancient lich
187719 | Zig:15   | Killed an ancient lich
187719 | Zig:15   | Killed an ancient lich
187719 | Zig:15   | Killed an ancient lich
187719 | Zig:15   | Killed an ancient lich
187719 | Zig:15   | Killed an ancient lich
187719 | Zig:15   | Killed an ancient lich
187719 | Zig:15   | Killed an ancient lich
187721 | Zig:15   | Noticed an ancient lich
187722 | Zig:15   | Killed an ancient lich
187724 | Zig:15   | Noticed an ancient lich
187726 | Zig:15   | Noticed an ancient lich
187731 | Zig:15   | Noticed an ancient lich
187732 | Zig:15   | Noticed an ancient lich
187734 | Zig:15   | Killed an ancient lich
187734 | Zig:15   | Killed an ancient lich
187734 | Zig:15   | Killed an ancient lich
187735 | Zig:15   | Noticed an ancient lich
187735 | Zig:15   | Noticed an ancient lich
187743 | Zig:15   | Killed an ancient lich
187744 | Zig:15   | Noticed an ancient lich
187747 | Zig:15   | Killed an ancient lich
187747 | Zig:15   | Killed an ancient lich
187747 | Zig:15   | Noticed an ancient lich
187748 | Zig:15   | Noticed an ancient lich
187748 | Zig:15   | Noticed an ancient lich
187757 | Zig:15   | Noticed an ancient lich
187758 | Zig:15   | Noticed an ancient lich
187760 | Zig:15   | Killed an ancient lich
187763 | Zig:15   | Killed an ancient lich
187763 | Zig:15   | Killed an ancient lich
187763 | Zig:15   | Killed an ancient lich
187767 | Zig:15   | Noticed an ancient lich
187768 | Zig:15   | Noticed an ancient lich
187768 | Zig:15   | Killed an ancient lich
187768 | Zig:15   | Killed an ancient lich
187768 | Zig:15   | Killed an ancient lich
187773 | Zig:15   | Killed an ancient lich
187773 | Zig:15   | Killed an ancient lich
187773 | Zig:15   | Noticed an ancient lich
187778 | Zig:15   | Noticed an ancient lich
187778 | Zig:15   | Killed an ancient lich
187778 | Zig:15   | Killed an ancient lich
188005 | Zig:15   | Identified the Volume of Moulding
188021 | Zig:15   | Got a crude ivory ring
188044 | Zig:15   | Identified the Incunabulum of Snow and Curses
188056 | Zig:15   | Got a pair of bloodstained boots
188065 | Zig:16   | Entered Level 16 of a ziggurat
188065 | Zig:16   | Noticed an ancient lich
188065 | Zig:16   | Noticed an ancient lich
188065 | Zig:16   | Noticed an ancient lich
188065 | Zig:16   | Noticed an ancient lich
188065 | Zig:16   | Noticed an ancient lich
188065 | Zig:16   | Noticed an ancient lich
188065 | Zig:16   | Noticed an ancient lich
188065 | Zig:16   | Noticed an ancient lich
188065 | Zig:16   | Noticed an ancient lich
188065 | Zig:16   | Noticed an ancient lich
188065 | Zig:16   | Noticed an ancient lich
188065 | Zig:16   | Noticed an ancient lich
188065 | Zig:16   | Noticed an ancient lich
188065 | Zig:16   | Noticed an ancient lich
188066 | Zig:16   | Killed an ancient lich
188066 | Zig:16   | Killed an ancient lich
188066 | Zig:16   | Killed an ancient lich
188066 | Zig:16   | Killed an ancient lich
188066 | Zig:16   | Killed an ancient lich
188066 | Zig:16   | Killed an ancient lich
188066 | Zig:16   | Killed an ancient lich
188067 | Zig:16   | Killed an ancient lich
188067 | Zig:16   | Killed an ancient lich
188067 | Zig:16   | Killed an ancient lich
188067 | Zig:16   | Killed an ancient lich
188067 | Zig:16   | Killed an ancient lich
188067 | Zig:16   | Killed an ancient lich
188067 | Zig:16   | Noticed an ancient lich
188068 | Zig:16   | Noticed an ancient lich
188069 | Zig:16   | Noticed an ancient lich
188071 | Zig:16   | Noticed an ancient lich
188071 | Zig:16   | Killed an ancient lich
188071 | Zig:16   | Killed an ancient lich
188071 | Zig:16   | Noticed an ancient lich
188072 | Zig:16   | Noticed an ancient lich
188072 | Zig:16   | Noticed an ancient lich
188072 | Zig:16   | Noticed an ancient lich
188074 | Zig:16   | Killed an ancient lich
188075 | Zig:16   | Noticed an ancient lich
188075 | Zig:16   | Noticed an ancient lich
188075 | Zig:16   | Killed an ancient lich
188076 | Zig:16   | Noticed an ancient lich
188076 | Zig:16   | Noticed an ancient lich
188077 | Zig:16   | Noticed an ancient lich
188078 | Zig:16   | Killed an ancient lich
188078 | Zig:16   | Killed an ancient lich
188078 | Zig:16   | Killed an ancient lich
188078 | Zig:16   | Killed an ancient lich
188078 | Zig:16   | Killed an ancient lich
188078 | Zig:16   | Killed an ancient lich
188078 | Zig:16   | Noticed an ancient lich
188078 | Zig:16   | Noticed an ancient lich
188079 | Zig:16   | Killed an ancient lich
188079 | Zig:16   | Killed an ancient lich
188079 | Zig:16   | Killed an ancient lich
188079 | Zig:16   | Killed an ancient lich
188079 | Zig:16   | Killed an ancient lich
188080 | Zig:16   | Noticed an ancient lich
188080 | Zig:16   | Noticed an ancient lich
188081 | Zig:16   | Noticed an ancient lich
188081 | Zig:16   | Noticed an ancient lich
188082 | Zig:16   | Noticed an ancient lich
188082 | Zig:16   | Killed an ancient lich
188082 | Zig:16   | Killed an ancient lich
188082 | Zig:16   | Killed an ancient lich
188083 | Zig:16   | Killed an ancient lich
188083 | Zig:16   | Killed an ancient lich
188083 | Zig:16   | Killed an ancient lich
188083 | Zig:16   | Noticed an ancient lich
188090 | Zig:16   | Killed an ancient lich
188380 | Zig:16   | Got a steaming silver amulet
188389 | Zig:16   | Identified the Almanac of Snow and Confrontation
188438 | Zig:17   | Entered Level 17 of a ziggurat
188566 | Zig:17   | Got a bound bone ring
188574 | Zig:17   | Identified the ring "Bogid" {Will+ Dex+5} (You found it on
                  | level 9 of a ziggurat)
188576 | Zig:17   | Identified the ring of Ymyroy {rF+ Int+3} (You found it on
                  | level 11 of a ziggurat)
188578 | Zig:17   | Identified the ring "Qoyplozu" {Will+ rCorr Str-5 Int+2}
                  | (You found it on level 12 of a ziggurat)
188580 | Zig:17   | Identified the ring of Summer {rPois rC+++ MP-9 Str+4
                  | Stlth+} (You found it on level 14 of a ziggurat)
188582 | Zig:17   | Identified the ring "Okosoi" {rElec rC+ Str-4 Stlth+} (You
                  | found it on level 15 of a ziggurat)
188584 | Zig:17   | Identified the ring of Nir Guil {rN+ Str+2} (You found it
                  | on level 17 of a ziggurat)
188586 | Zig:17   | Identified the +4 pair of boots "Sifuor" {Str+4 Int+4} (You
                  | found it on level 15 of a ziggurat)
188587 | Zig:17   | Identified the amulet of Equilibrium {Spirit rPois Will+}
                  | (You found it on level 16 of a ziggurat)
188592 | Zig:17   | Got a glittering platinum ring
188597 | Zig:17   | Got a brightly glowing bronze ring
188601 | Zig:17   | Got a sparkling iron ring
188879 | Zig:17   | Identified the ring "Refoakh" {rC+ AC+4 Str+2 Dex+4} (You
                  | found it on level 17 of a ziggurat)
188880 | Zig:17   | Identified the ring "Tumolig" {Will+ Str+2} (You found it
                  | on level 17 of a ziggurat)
188882 | Zig:17   | Identified the cursed ring "Weonn" {rF- Int+7 Slay-4} (You
                  | found it on level 17 of a ziggurat)
188895 | Zig:17   | Identified the cursed +0 pair of gloves of Demons {rC+
                  | Slay+5 Stlth-} (You found it on level 13 of a ziggurat)
188908 | Zig:17   | Identified the +2 pair of gloves of Indomitability {Stlth+}
                  | (You found it on level 14 of a ziggurat)
188920 | Zig:17   | Acquired 879 gold pieces
188921 | Zig:17   | Acquired 971 gold pieces
188922 | Zig:17   | Acquired 1103 gold pieces
188960 | Zig:18   | Entered Level 18 of a ziggurat
189278 | Zig:18   | Identified the Incunabulum of Evil Malediction
189282 | Zig:18   | Got a clouded amber ring
189285 | Zig:18   | Got an ancient platinum ring
189295 | Zig:18   | Got a coiled granite ring
189304 | Zig:18   | Got an ancient bronze ring
189394 | Zig:19   | Entered Level 19 of a ziggurat
189464 | Zig:19   | Noticed Datwaac the pandemonium lord
189488 | Zig:19   | Killed Datwaac the pandemonium lord
189680 | Zig:19   | Got a slimy silver ring
189686 | Zig:19   | Identified the Reference Book on Warped Cold
189727 | Zig:20   | Entered Level 20 of a ziggurat
190125 | Zig:20   | Got a twitching golden ring
190130 | Zig:20   | Identified the Catalogue of Ice and Moulding
190153 | Zig:20   | Identified the Guide on Evil Dislocation
190163 | Zig:20   | Got a bound pewter amulet
190226 | Zig:21   | Entered Level 21 of a ziggurat
190467 | Zig:21   | Got a flickering bronze amulet
190474 | Zig:21   | Identified the Almanac of the Quantum Snowflakes
190487 | Zig:21   | Got a polished cloak
190497 | Zig:22   | Entered Level 22 of a ziggurat
190497 | Zig:22   | Identified the +0 tower shield of the Teacher {rPois rN+}
190502 | Zig:22   | Identified the cursed -4 tower shield of Lugonu's Fury
                  | {Str+3 SInv Stlth+}
190519 | Zig:22   | Identified the +13 tower shield of Love and Death {Dex+5}
190568 | Zig:22   | Identified the +6 tower shield "Sawneb" {Stlth+}
190585 | Zig:22   | Identified the cursed +0 buckler of the Devil's Team {+Inv
                  | rF+++ Str+4 Dex-2}
190763 | Zig:22   | Found the +9 scales of the Dragon King {rPois rF+ rC+
                  | Will+}
190826 | Zig:22   | Identified the Grimoire of Entrancing Earth
190833 | Zig:22   | Identified Sif Muna's Compendium of the Volcanoes and
                  | Transmutation
190841 | Zig:22   | Identified the ring "Sopnur" {rN++ rCorr} (You found it on
                  | level 18 of a ziggurat)
190853 | Zig:22   | Identified the +0 cloak of Dim Light {rN+ Str+3 Dex-2} (You
                  | found it on level 21 of a ziggurat)
190864 | Zig:22   | Identified the ring "Fimeew" {rElec rF+ Str-3 Dex-2 Slay+6}
                  | (You found it on level 18 of a ziggurat)
190866 | Zig:22   | Identified the ring "Zoor" {Int+6 Dex+3 Slay+3 SInv} (You
                  | found it on level 18 of a ziggurat)
190868 | Zig:22   | Identified the ring "Catta" {Dex+2 Stlth-} (You found it on
                  | level 18 of a ziggurat)
190870 | Zig:22   | Identified the ring "Ininuremn" {*Tele *Drain rElec Will+
                  | Stlth+} (You found it on level 19 of a ziggurat)
190872 | Zig:22   | Identified the ring of Bethrie {rPois Int+6 Dex+5} (You
                  | found it on level 20 of a ziggurat)
190874 | Zig:22   | Identified the amulet "Doic" {Spirit rElec rPois MP+9
                  | Stlth+} (You found it on level 20 of a ziggurat)
190876 | Zig:22   | Identified the amulet "Azxeusuw" {Spirit *Slow rN+++ Int+4
                  | Dex+2} (You found it on level 21 of a ziggurat)
190880 | Zig:22   | Got a brightly glowing bronze ring
190883 | Zig:22   | Got a transparent granite ring
190898 | Zig:22   | Got a crude iron ring
190904 | Zig:22   | Identified the ring "Lof Tepo" {rPois Str+2 Stlth+} (You
                  | found it on level 22 of a ziggurat)
190906 | Zig:22   | Identified the ring "Ysasuol" {rC+ Will++ MP+9 Dex+2
                  | Stlth-} (You found it on level 22 of a ziggurat)
190908 | Zig:22   | Identified the ring of Hayddo {*Slow +Fly rN+ MP+9 Dex+6}
                  | (You found it on level 22 of a ziggurat)
190944 | Zig:23   | Entered Level 23 of a ziggurat
191177 | Zig:23   | Identified Dayror's Tome of Hexes
191180 | Zig:23   | Identified the Tome of Freezing Necromancy
191519 | Zig:24   | Entered Level 24 of a ziggurat
191789 | Zig:24   | Identified the Handbook of Attacks
192005 | Zig:24   | Got an ancient lead amulet
192026 | Zig:24   | Identified the Guide on Black Magic
192076 | Zig:24   | Got a pair of faintly humming boots
192086 | Zig:25   | Entered Level 25 of a ziggurat
192578 | Zig:25   | Got a glittering crystal amulet
192611 | Zig:26   | Entered Level 26 of a ziggurat
193125 | Zig:26   | Got a warped ivory ring
193134 | Zig:26   | Identified the Collected Works on Weightlessness
193140 | Zig:26   | Identified Zej Ocino's Volume of the Volcanoes and Battle
                  | Magic
193254 | Zig:27   | Entered Level 27 of a ziggurat
193490 | Zig:27   | Got a scorched zirconium amulet
193499 | Zig:27   | Got a wavering zirconium amulet
193758 | Zig:27   | Identified the amulet "Xigep" {Acrobat Int+9} (You found it
                  | on level 24 of a ziggurat)
193768 | Zig:27   | Lost mutation: You are weak. (Str -2) [mutagenic glow]
193770 | Zig:27   | Identified the cursed +0 pair of boots of Daffodils {Int-2
                  | Dex+6} (You found it on level 24 of a ziggurat)
193783 | Zig:27   | Identified the amulet "Ulunocku" {Reflect Slay+3 SH+5} (You
                  | found it on level 25 of a ziggurat)
193785 | Zig:27   | Identified the ring "Xiarhul" {rElec Str+6 Int+4} (You
                  | found it on level 26 of a ziggurat)
193787 | Zig:27   | Identified the amulet of Veaseun {Inacc rPois Str+3 Int-2}
                  | (You found it on level 27 of a ziggurat)
193789 | Zig:27   | Identified the amulet "Dokicoane" {Inacc rC+} (You found it
                  | on level 27 of a ziggurat)
193796 | Zig:27   | Acquired 1040 gold pieces
193797 | Zig:27   | Acquired 531 gold pieces
193798 | Zig:27   | Acquired 844 gold pieces
193799 | Zig:27   | Acquired 1019 gold pieces
194014 | Zig:1    | Entered Level 1 of a ziggurat
194014 | Zig:1    | Noticed Deufot the pandemonium lord
194014 | Zig:1    | Noticed Suq Ril the pandemonium lord
194014 | Zig:1    | Noticed Qeneclij the pandemonium lord
194014 | Zig:1    | Noticed a Killer Klown
194014 | Zig:1    | Noticed Wima the pandemonium lord
194017 | Zig:1    | Killed a Killer Klown
194017 | Zig:1    | Killed Deufot the pandemonium lord
194018 | Zig:1    | Killed Suq Ril the pandemonium lord
194019 | Zig:1    | Killed Qeneclij the pandemonium lord
194020 | Zig:1    | Killed Wima the pandemonium lord
194076 | Zig:2    | Entered Level 2 of a ziggurat
194076 | Zig:2    | Noticed a royal mummy
194076 | Zig:2    | Noticed a royal mummy
194076 | Zig:2    | Noticed a royal mummy
194076 | Zig:2    | Noticed a royal mummy
194085 | Zig:2    | Killed a royal mummy
194086 | Zig:2    | Killed a royal mummy
194087 | Zig:2    | Killed a royal mummy
194092 | Zig:2    | Killed a royal mummy
194166 | Zig:3    | Entered Level 3 of a ziggurat
194166 | Zig:3    | Noticed a juggernaut
194166 | Zig:3    | Noticed a juggernaut
194166 | Zig:3    | Noticed a juggernaut
194166 | Zig:3    | Noticed a juggernaut
194166 | Zig:3    | Noticed a juggernaut
194169 | Zig:3    | Killed a juggernaut
194170 | Zig:3    | Killed a juggernaut
194170 | Zig:3    | Killed a juggernaut
194170 | Zig:3    | Killed a juggernaut
194170 | Zig:3    | Killed a juggernaut
194341 | Zig:4    | Entered Level 4 of a ziggurat
194341 | Zig:4    | Noticed an ancient lich
194341 | Zig:4    | Noticed an ancient lich
194341 | Zig:4    | Noticed an ancient lich
194341 | Zig:4    | Noticed an ancient lich
194341 | Zig:4    | Noticed an ancient lich
194341 | Zig:4    | Noticed an ancient lich
194341 | Zig:4    | Noticed an ancient lich
194342 | Zig:4    | Killed an ancient lich
194342 | Zig:4    | Killed an ancient lich
194342 | Zig:4    | Killed an ancient lich
194343 | Zig:4    | Killed an ancient lich
194343 | Zig:4    | Killed an ancient lich
194343 | Zig:4    | Killed an ancient lich
194343 | Zig:4    | Killed an ancient lich
194493 | Zig:5    | Entered Level 5 of a ziggurat
194537 | Zig:5    | Got a coiled wooden ring
194582 | Zig:5    | Got a glittering iron ring
194686 | Zig:6    | Entered Level 6 of a ziggurat
194979 | Zig:7    | Entered Level 7 of a ziggurat
195244 | Zig:8    | Entered Level 8 of a ziggurat
195244 | Zig:8    | Noticed an ancient lich
195244 | Zig:8    | Noticed an ancient lich
195244 | Zig:8    | Noticed an ancient lich
195244 | Zig:8    | Noticed an ancient lich
195244 | Zig:8    | Noticed an ancient lich
195244 | Zig:8    | Noticed an ancient lich
195244 | Zig:8    | Noticed an ancient lich
195244 | Zig:8    | Noticed an ancient lich
195244 | Zig:8    | Noticed an ancient lich
195244 | Zig:8    | Noticed an ancient lich
195244 | Zig:8    | Noticed an ancient lich
195244 | Zig:8    | Noticed an ancient lich
195244 | Zig:8    | Noticed an ancient lich
195245 | Zig:8    | Killed an ancient lich
195245 | Zig:8    | Killed an ancient lich
195245 | Zig:8    | Killed an ancient lich
195245 | Zig:8    | Noticed an ancient lich
195245 | Zig:8    | Noticed an ancient lich
195246 | Zig:8    | Killed an ancient lich
195246 | Zig:8    | Killed an ancient lich
195246 | Zig:8    | Killed an ancient lich
195246 | Zig:8    | Killed an ancient lich
195246 | Zig:8    | Killed an ancient lich
195246 | Zig:8    | Killed an ancient lich
195246 | Zig:8    | Killed an ancient lich
195246 | Zig:8    | Killed an ancient lich
195246 | Zig:8    | Killed an ancient lich
195246 | Zig:8    | Killed an ancient lich
195246 | Zig:8    | Killed an ancient lich
195248 | Zig:8    | Noticed an ancient lich
195249 | Zig:8    | Noticed an ancient lich
195250 | Zig:8    | Noticed an ancient lich
195250 | Zig:8    | Noticed an ancient lich
195250 | Zig:8    | Noticed an ancient lich
195250 | Zig:8    | Killed an ancient lich
195253 | Zig:8    | Killed an ancient lich
195253 | Zig:8    | Killed an ancient lich
195253 | Zig:8    | Killed an ancient lich
195255 | Zig:8    | Killed an ancient lich
195261 | Zig:8    | Killed an ancient lich
195517 | Zig:8    | Got a fine cloak
195524 | Zig:9    | Entered Level 9 of a ziggurat
195524 | Zig:9    | Noticed an ancient lich
195524 | Zig:9    | Noticed an ancient lich
195524 | Zig:9    | Noticed an ancient lich
195524 | Zig:9    | Noticed an ancient lich
195525 | Zig:9    | Noticed an ancient lich
195525 | Zig:9    | Noticed an ancient lich
195526 | Zig:9    | Noticed an ancient lich
195526 | Zig:9    | Noticed an ancient lich
195526 | Zig:9    | Noticed an ancient lich
195526 | Zig:9    | Noticed an ancient lich
195526 | Zig:9    | Noticed an ancient lich
195526 | Zig:9    | Noticed an ancient lich
195527 | Zig:9    | Noticed an ancient lich
195527 | Zig:9    | Noticed an ancient lich
195527 | Zig:9    | Killed an ancient lich
195527 | Zig:9    | Killed an ancient lich
195527 | Zig:9    | Killed an ancient lich
195527 | Zig:9    | Killed an ancient lich
195527 | Zig:9    | Killed an ancient lich
195527 | Zig:9    | Killed an ancient lich
195527 | Zig:9    | Noticed an ancient lich
195528 | Zig:9    | Noticed an ancient lich
195529 | Zig:9    | Killed an ancient lich
195529 | Zig:9    | Killed an ancient lich
195529 | Zig:9    | Killed an ancient lich
195529 | Zig:9    | Killed an ancient lich
195529 | Zig:9    | Killed an ancient lich
195529 | Zig:9    | Killed an ancient lich
195529 | Zig:9    | Killed an ancient lich
195529 | Zig:9    | Noticed an ancient lich
195530 | Zig:9    | Noticed an ancient lich
195531 | Zig:9    | Noticed an ancient lich
195531 | Zig:9    | Killed an ancient lich
195532 | Zig:9    | Killed an ancient lich
195532 | Zig:9    | Killed an ancient lich
195532 | Zig:9    | Killed an ancient lich
195533 | Zig:9    | Noticed an ancient lich
195533 | Zig:9    | Noticed an ancient lich
195534 | Zig:9    | Noticed an ancient lich
195544 | Zig:9    | Killed an ancient lich
195545 | Zig:9    | Killed an ancient lich
195545 | Zig:9    | Killed an ancient lich
195546 | Zig:9    | Killed an ancient lich
195546 | Zig:9    | Killed an ancient lich
195621 | Zig:9    | Got a heavily runed graven amulet
195844 | Zig:10   | Entered Level 10 of a ziggurat
195844 | Zig:10   | Noticed a juggernaut
195844 | Zig:10   | Noticed a juggernaut
195844 | Zig:10   | Noticed a juggernaut
195844 | Zig:10   | Noticed a juggernaut
195844 | Zig:10   | Noticed a juggernaut
195844 | Zig:10   | Noticed a juggernaut
195844 | Zig:10   | Noticed a juggernaut
195844 | Zig:10   | Noticed a juggernaut
195844 | Zig:10   | Noticed a juggernaut
195844 | Zig:10   | Noticed a juggernaut
195844 | Zig:10   | Noticed a juggernaut
195844 | Zig:10   | Noticed a juggernaut
195846 | Zig:10   | Killed a juggernaut
195846 | Zig:10   | Killed a juggernaut
195846 | Zig:10   | Killed a juggernaut
195846 | Zig:10   | Killed a juggernaut
195847 | Zig:10   | Killed a juggernaut
195847 | Zig:10   | Killed a juggernaut
195847 | Zig:10   | Killed a juggernaut
195847 | Zig:10   | Killed a juggernaut
195847 | Zig:10   | Killed a juggernaut
195847 | Zig:10   | Killed a juggernaut
195847 | Zig:10   | Killed a juggernaut
195847 | Zig:10   | Noticed a juggernaut
195848 | Zig:10   | Noticed a juggernaut
195849 | Zig:10   | Noticed a juggernaut
195849 | Zig:10   | Noticed a juggernaut
195849 | Zig:10   | Noticed a juggernaut
195849 | Zig:10   | Noticed a juggernaut
195850 | Zig:10   | Killed a juggernaut
195850 | Zig:10   | Noticed a juggernaut
195851 | Zig:10   | Noticed a juggernaut
195859 | Zig:10   | Killed a juggernaut
195859 | Zig:10   | Killed a juggernaut
195859 | Zig:10   | Killed a juggernaut
195859 | Zig:10   | Killed a juggernaut
195860 | Zig:10   | Killed a juggernaut
195860 | Zig:10   | Killed a juggernaut
195860 | Zig:10   | Killed a juggernaut
195861 | Zig:10   | Killed a juggernaut
196232 | Zig:10   | Identified the Papyrus of Attacks and Poison
196249 | Zig:11   | Entered Level 11 of a ziggurat
196249 | Zig:11   | Noticed a juggernaut
196249 | Zig:11   | Noticed a juggernaut
196249 | Zig:11   | Noticed a juggernaut
196249 | Zig:11   | Noticed a juggernaut
196249 | Zig:11   | Noticed a juggernaut
196249 | Zig:11   | Noticed a juggernaut
196249 | Zig:11   | Noticed a juggernaut
196249 | Zig:11   | Noticed a juggernaut
196249 | Zig:11   | Noticed a juggernaut
196249 | Zig:11   | Noticed a juggernaut
196249 | Zig:11   | Noticed a juggernaut
196249 | Zig:11   | Noticed a juggernaut
196249 | Zig:11   | Noticed a juggernaut
196249 | Zig:11   | Noticed a juggernaut
196249 | Zig:11   | Noticed a juggernaut
196250 | Zig:11   | Noticed a juggernaut
196251 | Zig:11   | Killed a juggernaut
196251 | Zig:11   | Killed a juggernaut
196251 | Zig:11   | Killed a juggernaut
196251 | Zig:11   | Killed a juggernaut
196251 | Zig:11   | Killed a juggernaut
196251 | Zig:11   | Killed a juggernaut
196251 | Zig:11   | Killed a juggernaut
196251 | Zig:11   | Killed a juggernaut
196251 | Zig:11   | Killed a juggernaut
196251 | Zig:11   | Killed a juggernaut
196251 | Zig:11   | Noticed a juggernaut
196252 | Zig:11   | Noticed a juggernaut
196253 | Zig:11   | Noticed a juggernaut
196253 | Zig:11   | Noticed a juggernaut
196256 | Zig:11   | Noticed a juggernaut
196257 | Zig:11   | Noticed a juggernaut
196257 | Zig:11   | Noticed a juggernaut
196258 | Zig:11   | Noticed a juggernaut
196258 | Zig:11   | Noticed a juggernaut
196261 | Zig:11   | Killed a juggernaut
196261 | Zig:11   | Killed a juggernaut
196261 | Zig:11   | Killed a juggernaut
196261 | Zig:11   | Killed a juggernaut
196261 | Zig:11   | Killed a juggernaut
196261 | Zig:11   | Killed a juggernaut
196262 | Zig:11   | Noticed a juggernaut
196263 | Zig:11   | Killed a juggernaut
196263 | Zig:11   | Killed a juggernaut
196263 | Zig:11   | Killed a juggernaut
196264 | Zig:11   | Noticed a juggernaut
196264 | Zig:11   | Killed a juggernaut
196264 | Zig:11   | Killed a juggernaut
196264 | Zig:11   | Killed a juggernaut
196264 | Zig:11   | Killed a juggernaut
196264 | Zig:11   | Killed a juggernaut
196264 | Zig:11   | Noticed a juggernaut
196264 | Zig:11   | Noticed a juggernaut
196265 | Zig:11   | Killed a juggernaut
196265 | Zig:11   | Noticed a juggernaut
196265 | Zig:11   | Noticed a juggernaut
196272 | Zig:11   | Noticed a juggernaut
196279 | Zig:11   | Killed a juggernaut
196280 | Zig:11   | Killed a juggernaut
196281 | Zig:11   | Killed a juggernaut
196281 | Zig:11   | Killed a juggernaut
196281 | Zig:11   | Killed a juggernaut
196283 | Zig:11   | Noticed a juggernaut
196295 | Zig:11   | Killed a juggernaut
196309 | Zig:11   | Killed a juggernaut
196316 | Zig:11   | Killed a juggernaut
196667 | Zig:12   | Entered Level 12 of a ziggurat
196667 | Zig:12   | Noticed a juggernaut
196667 | Zig:12   | Noticed a juggernaut
196667 | Zig:12   | Noticed a juggernaut
196667 | Zig:12   | Noticed a juggernaut
196667 | Zig:12   | Noticed a juggernaut
196667 | Zig:12   | Noticed a juggernaut
196667 | Zig:12   | Noticed a juggernaut
196667 | Zig:12   | Noticed a juggernaut
196667 | Zig:12   | Noticed a juggernaut
196667 | Zig:12   | Noticed a juggernaut
196667 | Zig:12   | Noticed a juggernaut
196667 | Zig:12   | Noticed a juggernaut
196667 | Zig:12   | Noticed a juggernaut
196668 | Zig:12   | Noticed a juggernaut
196668 | Zig:12   | Noticed a juggernaut
196671 | Zig:12   | Noticed a juggernaut
196671 | Zig:12   | Killed a juggernaut
196671 | Zig:12   | Noticed a juggernaut
196672 | Zig:12   | Killed a juggernaut
196672 | Zig:12   | Killed a juggernaut
196672 | Zig:12   | Noticed a juggernaut
196673 | Zig:12   | Noticed a juggernaut
196673 | Zig:12   | Noticed a juggernaut
196673 | Zig:12   | Killed a juggernaut
196673 | Zig:12   | Killed a juggernaut
196673 | Zig:12   | Killed a juggernaut
196673 | Zig:12   | Killed a juggernaut
196673 | Zig:12   | Killed a juggernaut
196674 | Zig:12   | Killed a juggernaut
196674 | Zig:12   | Killed a juggernaut
196675 | Zig:12   | Noticed a juggernaut
196675 | Zig:12   | Noticed a juggernaut
196676 | Zig:12   | Noticed a juggernaut
196678 | Zig:12   | Noticed a juggernaut
196681 | Zig:12   | Noticed a juggernaut
196681 | Zig:12   | Noticed a juggernaut
196685 | Zig:12   | Noticed a juggernaut
196686 | Zig:12   | Killed a juggernaut
196687 | Zig:12   | Noticed a juggernaut
196687 | Zig:12   | Killed a juggernaut
196687 | Zig:12   | Noticed a juggernaut
196687 | Zig:12   | Noticed a juggernaut
196688 | Zig:12   | Killed a juggernaut
196688 | Zig:12   | Killed a juggernaut
196688 | Zig:12   | Killed a juggernaut
196688 | Zig:12   | Killed a juggernaut
196688 | Zig:12   | Killed a juggernaut
196688 | Zig:12   | Killed a juggernaut
196688 | Zig:12   | Killed a juggernaut
196688 | Zig:12   | Noticed a juggernaut
196688 | Zig:12   | Noticed a juggernaut
196689 | Zig:12   | Killed a juggernaut
196689 | Zig:12   | Killed a juggernaut
196689 | Zig:12   | Killed a juggernaut
196690 | Zig:12   | Killed a juggernaut
196690 | Zig:12   | Killed a juggernaut
196691 | Zig:12   | Killed a juggernaut
196691 | Zig:12   | Killed a juggernaut
196692 | Zig:12   | Noticed a juggernaut
196692 | Zig:12   | Noticed a juggernaut
196693 | Zig:12   | Noticed a juggernaut
196695 | Zig:12   | Killed a juggernaut
196695 | Zig:12   | Killed a juggernaut
196695 | Zig:12   | Killed a juggernaut
196695 | Zig:12   | Killed a juggernaut
196717 | Zig:12   | Killed a juggernaut
196717 | Zig:12   | Killed a juggernaut
196718 | Zig:12   | Killed a juggernaut
196719 | Zig:12   | Killed a juggernaut
196719 | Zig:12   | Killed a juggernaut
197046 | Zig:12   | Got a transparent zirconium amulet
197047 | Zig:12   | Identified Qerifris's Handbook of the Blaze and Curses
197050 | Zig:12   | Identified the Handbook of Unholy Combat Magic
197091 | Zig:13   | Entered Level 13 of a ziggurat
197091 | Zig:13   | Noticed an ancient lich
197091 | Zig:13   | Noticed an ancient lich
197091 | Zig:13   | Noticed an ancient lich
197092 | Zig:13   | Killed an ancient lich
197093 | Zig:13   | Noticed an ancient lich
197093 | Zig:13   | Noticed an ancient lich
197094 | Zig:13   | Killed an ancient lich
197094 | Zig:13   | Killed an ancient lich
197094 | Zig:13   | Killed an ancient lich
197094 | Zig:13   | Noticed an ancient lich
197094 | Zig:13   | Noticed an ancient lich
197095 | Zig:13   | Noticed an ancient lich
197095 | Zig:13   | Noticed an ancient lich
197096 | Zig:13   | Noticed an ancient lich
197096 | Zig:13   | Noticed an ancient lich
197097 | Zig:13   | Noticed an ancient lich
197099 | Zig:13   | Noticed an ancient lich
197099 | Zig:13   | Noticed an ancient lich
197100 | Zig:13   | Noticed an ancient lich
197101 | Zig:13   | Killed an ancient lich
197101 | Zig:13   | Killed an ancient lich
197102 | Zig:13   | Killed an ancient lich
197103 | Zig:13   | Killed an ancient lich
197103 | Zig:13   | Killed an ancient lich
197103 | Zig:13   | Killed an ancient lich
197103 | Zig:13   | Killed an ancient lich
197103 | Zig:13   | Killed an ancient lich
197103 | Zig:13   | Killed an ancient lich
197103 | Zig:13   | Noticed an ancient lich
197103 | Zig:13   | Noticed an ancient lich
197103 | Zig:13   | Noticed an ancient lich
197104 | Zig:13   | Noticed an ancient lich
197107 | Zig:13   | Noticed an ancient lich
197107 | Zig:13   | Noticed an ancient lich
197109 | Zig:13   | Noticed an ancient lich
197109 | Zig:13   | Noticed an ancient lich
197111 | Zig:13   | Noticed an ancient lich
197111 | Zig:13   | Killed an ancient lich
197114 | Zig:13   | Noticed an ancient lich
197114 | Zig:13   | Killed an ancient lich
197114 | Zig:13   | Killed an ancient lich
197114 | Zig:13   | Killed an ancient lich
197114 | Zig:13   | Killed an ancient lich
197115 | Zig:13   | Noticed an ancient lich
197116 | Zig:13   | Noticed an ancient lich
197116 | Zig:13   | Noticed an ancient lich
197117 | Zig:13   | Noticed an ancient lich
197117 | Zig:13   | Noticed an ancient lich
197118 | Zig:13   | Noticed an ancient lich
197119 | Zig:13   | Noticed an ancient lich
197119 | Zig:13   | Noticed an ancient lich
197124 | Zig:13   | Noticed an ancient lich
197124 | Zig:13   | Noticed an ancient lich
197126 | Zig:13   | Killed an ancient lich
197127 | Zig:13   | Killed an ancient lich
197127 | Zig:13   | Killed an ancient lich
197128 | Zig:13   | Killed an ancient lich
197128 | Zig:13   | Killed an ancient lich
197129 | Zig:13   | Noticed an ancient lich
197129 | Zig:13   | Killed an ancient lich
197129 | Zig:13   | Killed an ancient lich
197129 | Zig:13   | Killed an ancient lich
197129 | Zig:13   | Noticed an ancient lich
197136 | Zig:13   | Killed an ancient lich
197136 | Zig:13   | Killed an ancient lich
197136 | Zig:13   | Killed an ancient lich
197136 | Zig:13   | Killed an ancient lich
197136 | Zig:13   | Killed an ancient lich
197136 | Zig:13   | Killed an ancient lich
197136 | Zig:13   | Killed an ancient lich
197136 | Zig:13   | Killed an ancient lich
197136 | Zig:13   | Killed an ancient lich
197136 | Zig:13   | Killed an ancient lich
197136 | Zig:13   | Killed an ancient lich
197137 | Zig:13   | Noticed an ancient lich
197139 | Zig:13   | Noticed an ancient lich
197145 | Zig:13   | Noticed an ancient lich
197146 | Zig:13   | Noticed an ancient lich
197149 | Zig:13   | Killed an ancient lich
197154 | Zig:13   | Killed an ancient lich
197154 | Zig:13   | Killed an ancient lich
197154 | Zig:13   | Noticed an ancient lich
197155 | Zig:13   | Killed an ancient lich
197155 | Zig:13   | Killed an ancient lich
197374 | Zig:13   | Identified Beul's Tome of the Mutagenic Arsonist
197397 | Zig:13   | Got a vibrating golden ring
197447 | Zig:14   | Entered Level 14 of a ziggurat
197447 | Zig:14   | Noticed an ancient lich
197447 | Zig:14   | Noticed an ancient lich
197447 | Zig:14   | Noticed an ancient lich
197448 | Zig:14   | Noticed an ancient lich
197449 | Zig:14   | Noticed an ancient lich
197449 | Zig:14   | Noticed an ancient lich
197451 | Zig:14   | Noticed an ancient lich
197451 | Zig:14   | Noticed an ancient lich
197453 | Zig:14   | Noticed an ancient lich
197453 | Zig:14   | Noticed an ancient lich
197453 | Zig:14   | Killed an ancient lich
197455 | Zig:14   | Noticed an ancient lich
197456 | Zig:14   | Killed an ancient lich
197456 | Zig:14   | Noticed an ancient lich
197457 | Zig:14   | Killed an ancient lich
197459 | Zig:14   | Killed an ancient lich
197459 | Zig:14   | Killed an ancient lich
197459 | Zig:14   | Noticed an ancient lich
197460 | Zig:14   | Noticed an ancient lich
197461 | Zig:14   | Noticed an ancient lich
197464 | Zig:14   | Noticed an ancient lich
197465 | Zig:14   | Killed an ancient lich
197465 | Zig:14   | Killed an ancient lich
197465 | Zig:14   | Killed an ancient lich
197465 | Zig:14   | Killed an ancient lich
197465 | Zig:14   | Killed an ancient lich
197465 | Zig:14   | Killed an ancient lich
197465 | Zig:14   | Noticed an ancient lich
197468 | Zig:14   | Noticed an ancient lich
197468 | Zig:14   | Noticed an ancient lich
197470 | Zig:14   | Noticed an ancient lich
197470 | Zig:14   | Noticed an ancient lich
197470 | Zig:14   | Noticed an ancient lich
197470 | Zig:14   | Noticed an ancient lich
197471 | Zig:14   | Killed an ancient lich
197471 | Zig:14   | Killed an ancient lich
197473 | Zig:14   | Killed an ancient lich
197473 | Zig:14   | Killed an ancient lich
197473 | Zig:14   | Killed an ancient lich
197473 | Zig:14   | Killed an ancient lich
197473 | Zig:14   | Killed an ancient lich
197473 | Zig:14   | Killed an ancient lich
197473 | Zig:14   | Killed an ancient lich
197473 | Zig:14   | Noticed an ancient lich
197474 | Zig:14   | Noticed an ancient lich
197479 | Zig:14   | Killed an ancient lich
197479 | Zig:14   | Killed an ancient lich
197479 | Zig:14   | Killed an ancient lich
197479 | Zig:14   | Killed an ancient lich
197481 | Zig:14   | Noticed an ancient lich
197484 | Zig:14   | Noticed an ancient lich
197489 | Zig:14   | Noticed an ancient lich
197493 | Zig:14   | Killed an ancient lich
197495 | Zig:14   | Killed an ancient lich
197495 | Zig:14   | Killed an ancient lich
197500 | Zig:14   | Noticed an ancient lich
197507 | Zig:14   | Noticed an ancient lich
197510 | Zig:14   | Killed an ancient lich
197510 | Zig:14   | Killed an ancient lich
197516 | Zig:14   | Noticed an ancient lich
197528 | Zig:14   | Killed an ancient lich
197528 | Zig:14   | Killed an ancient lich
197774 | Zig:14   | Identified Denwuk's Handbook of Transformation and
                  | Translocation
197795 | Zig:14   | Got a flickering bronze ring
197803 | Zig:14   | Got a coiled tin amulet
197842 | Zig:15   | Entered Level 15 of a ziggurat
197842 | Zig:15   | Noticed an ancient lich
197842 | Zig:15   | Noticed an ancient lich
197843 | Zig:15   | Killed an ancient lich
197843 | Zig:15   | Noticed an ancient lich
197843 | Zig:15   | Noticed an ancient lich
197844 | Zig:15   | Noticed an ancient lich
197844 | Zig:15   | Noticed an ancient lich
197845 | Zig:15   | Noticed an ancient lich
197846 | Zig:15   | Killed an ancient lich
197846 | Zig:15   | Killed an ancient lich
197846 | Zig:15   | Killed an ancient lich
197846 | Zig:15   | Killed an ancient lich
197846 | Zig:15   | Noticed an ancient lich
197848 | Zig:15   | Noticed an ancient lich
197848 | Zig:15   | Noticed an ancient lich
197848 | Zig:15   | Noticed an ancient lich
197849 | Zig:15   | Killed an ancient lich
197849 | Zig:15   | Killed an ancient lich
197849 | Zig:15   | Killed an ancient lich
197849 | Zig:15   | Killed an ancient lich
197850 | Zig:15   | Noticed an ancient lich
197850 | Zig:15   | Noticed an ancient lich
197850 | Zig:15   | Noticed an ancient lich
197851 | Zig:15   | Noticed an ancient lich
197851 | Zig:15   | Noticed an ancient lich
197852 | Zig:15   | Noticed an ancient lich
197852 | Zig:15   | Noticed an ancient lich
197853 | Zig:15   | Noticed an ancient lich
197854 | Zig:15   | Killed an ancient lich
197855 | Zig:15   | Killed an ancient lich
197855 | Zig:15   | Killed an ancient lich
197855 | Zig:15   | Killed an ancient lich
197855 | Zig:15   | Killed an ancient lich
197855 | Zig:15   | Killed an ancient lich
197855 | Zig:15   | Noticed an ancient lich
197855 | Zig:15   | Noticed an ancient lich
197855 | Zig:15   | Noticed an ancient lich
197855 | Zig:15   | Noticed an ancient lich
197855 | Zig:15   | Noticed an ancient lich
197856 | Zig:15   | Noticed an ancient lich
197856 | Zig:15   | Noticed an ancient lich
197857 | Zig:15   | Noticed an ancient lich
197858 | Zig:15   | Noticed an ancient lich
197859 | Zig:15   | Noticed an ancient lich
197860 | Zig:15   | Noticed an ancient lich
197860 | Zig:15   | Killed an ancient lich
197860 | Zig:15   | Killed an ancient lich
197860 | Zig:15   | Killed an ancient lich
197860 | Zig:15   | Killed an ancient lich
197860 | Zig:15   | Killed an ancient lich
197860 | Zig:15   | Killed an ancient lich
197860 | Zig:15   | Killed an ancient lich
197860 | Zig:15   | Killed an ancient lich
197860 | Zig:15   | Killed an ancient lich
197860 | Zig:15   | Killed an ancient lich
197860 | Zig:15   | Noticed an ancient lich
197861 | Zig:15   | Noticed an ancient lich
197861 | Zig:15   | Noticed an ancient lich
197862 | Zig:15   | Noticed an ancient lich
197862 | Zig:15   | Noticed an ancient lich
197865 | Zig:15   | Noticed an ancient lich
197866 | Zig:15   | Killed an ancient lich
197868 | Zig:15   | Noticed an ancient lich
197868 | Zig:15   | Noticed an ancient lich
197870 | Zig:15   | Noticed an ancient lich
197871 | Zig:15   | Noticed an ancient lich
197871 | Zig:15   | Killed an ancient lich
197871 | Zig:15   | Killed an ancient lich
197871 | Zig:15   | Killed an ancient lich
197871 | Zig:15   | Killed an ancient lich
197871 | Zig:15   | Killed an ancient lich
197871 | Zig:15   | Killed an ancient lich
197874 | Zig:15   | Noticed an ancient lich
197874 | Zig:15   | Killed an ancient lich
197874 | Zig:15   | Killed an ancient lich
197874 | Zig:15   | Killed an ancient lich
197874 | Zig:15   | Killed an ancient lich
197874 | Zig:15   | Killed an ancient lich
197874 | Zig:15   | Killed an ancient lich
197874 | Zig:15   | Killed an ancient lich
197875 | Zig:15   | Noticed an ancient lich
197875 | Zig:15   | Noticed an ancient lich
197880 | Zig:15   | Noticed an ancient lich
197883 | Zig:15   | Killed an ancient lich
197883 | Zig:15   | Killed an ancient lich
197883 | Zig:15   | Killed an ancient lich
197883 | Zig:15   | Noticed an ancient lich
197887 | Zig:15   | Killed an ancient lich
197887 | Zig:15   | Killed an ancient lich
197888 | Zig:15   | Noticed an ancient lich
197890 | Zig:15   | Killed an ancient lich
197892 | Zig:15   | Killed an ancient lich
197894 | Zig:15   | Noticed an ancient lich
197897 | Zig:15   | Noticed an ancient lich
197898 | Zig:15   | Killed an ancient lich
197898 | Zig:15   | Killed an ancient lich
197899 | Zig:15   | Noticed an ancient lich
197899 | Zig:15   | Noticed an ancient lich
197900 | Zig:15   | Killed an ancient lich
197901 | Zig:15   | Killed an ancient lich
198121 | Zig:15   | Identified Sif Muna's Papyrus of Sinister Magic and Snow
198132 | Zig:15   | Got a sparkling copper amulet
198136 | Zig:15   | Identified the Almanac of Dusty Transformation
198151 | Zig:15   | Identified the ring of Xom's Whimsicality {rPois Int+3
                  | SInv} (You found it on level 5 of a ziggurat)
198154 | Zig:15   | Identified the ring of Wuchul {Ice Int+3} (You found it on
                  | level 5 of a ziggurat)
198157 | Zig:15   | Identified the amulet "Cusuxti" {Faith rN+} (You found it
                  | on level 9 of a ziggurat)
198160 | Zig:15   | Identified the ring of Immorality {Fire rPois Str-4 Dex+6}
                  | (You found it on level 13 of a ziggurat)
198163 | Zig:15   | Identified the ring "Omareq" {rElec rPois rC+ Str-5 Int+6}
                  | (You found it on level 14 of a ziggurat)
198165 | Zig:15   | Identified the amulet of Vinluw {RegenMP rN+ Str+6 Dex+4}
                  | (You found it on level 14 of a ziggurat)
198168 | Zig:15   | Identified the amulet of Incredulity {Reflect Slay+2 SH+5}
                  | (You found it on level 15 of a ziggurat)
198170 | Zig:15   | Identified the amulet of Onifyiz {Spirit Str+3} (You found
                  | it on level 12 of a ziggurat)
198184 | Zig:15   | Identified the +0 cloak of the Sun {rElec SInv} (You found
                  | it on level 8 of a ziggurat)
198198 | Zig:15   | Acquired 612 gold pieces
198199 | Zig:15   | Acquired 787 gold pieces
198216 | Zig:15   | Got a bound tin ring
198218 | Zig:15   | Got a scorched pewter amulet
198224 | Zig:15   | Identified the Volume of Excruciating Poison
198253 | Zig:15   | Identified the ring of Naust {rC+ EV+4} (You found it on
                  | level 15 of a ziggurat)
198255 | Zig:15   | Identified the amulet of Fanaticism {RegenMP Int+8} (You
                  | found it on level 15 of a ziggurat)
198273 | Zig:16   | Entered Level 16 of a ziggurat
198683 | Zig:16   | Got a heavily runed silver ring
198794 | Zig:16   | Got an encrusted cloak
198802 | Zig:17   | Entered Level 17 of a ziggurat
198803 | Zig:17   | Noticed an ancient lich
198803 | Zig:17   | Noticed an ancient lich
198803 | Zig:17   | Noticed an ancient lich
198803 | Zig:17   | Noticed an ancient lich
198803 | Zig:17   | Noticed an ancient lich
198803 | Zig:17   | Noticed an ancient lich
198804 | Zig:17   | Noticed an ancient lich
198804 | Zig:17   | Noticed an ancient lich
198804 | Zig:17   | Noticed an ancient lich
198804 | Zig:17   | Noticed an ancient lich
198806 | Zig:17   | Noticed an ancient lich
198806 | Zig:17   | Killed an ancient lich
198806 | Zig:17   | Killed an ancient lich
198806 | Zig:17   | Killed an ancient lich
198806 | Zig:17   | Noticed an ancient lich
198806 | Zig:17   | Noticed an ancient lich
198806 | Zig:17   | Noticed an ancient lich
198807 | Zig:17   | Noticed an ancient lich
198807 | Zig:17   | Killed an ancient lich
198807 | Zig:17   | Killed an ancient lich
198807 | Zig:17   | Killed an ancient lich
198807 | Zig:17   | Killed an ancient lich
198807 | Zig:17   | Killed an ancient lich
198807 | Zig:17   | Killed an ancient lich
198807 | Zig:17   | Killed an ancient lich
198807 | Zig:17   | Noticed an ancient lich
198807 | Zig:17   | Noticed an ancient lich
198807 | Zig:17   | Noticed an ancient lich
198807 | Zig:17   | Noticed an ancient lich
198808 | Zig:17   | Noticed an ancient lich
198808 | Zig:17   | Noticed an ancient lich
198808 | Zig:17   | Noticed an ancient lich
198808 | Zig:17   | Noticed an ancient lich
198808 | Zig:17   | Noticed an ancient lich
198808 | Zig:17   | Noticed an ancient lich
198808 | Zig:17   | Noticed an ancient lich
198808 | Zig:17   | Noticed an ancient lich
198808 | Zig:17   | Noticed an ancient lich
198809 | Zig:17   | Noticed an ancient lich
198809 | Zig:17   | Noticed an ancient lich
198809 | Zig:17   | Noticed an ancient lich
198809 | Zig:17   | Noticed an ancient lich
198809 | Zig:17   | Noticed an ancient lich
198809 | Zig:17   | Noticed an ancient lich
198809 | Zig:17   | Noticed an ancient lich
198809 | Zig:17   | Noticed an ancient lich
198809 | Zig:17   | Noticed an ancient lich
198810 | Zig:17   | Noticed an ancient lich
198810 | Zig:17   | Noticed an ancient lich
198810 | Zig:17   | Noticed an ancient lich
198810 | Zig:17   | Noticed an ancient lich
198810 | Zig:17   | Noticed an ancient lich
198810 | Zig:17   | Noticed an ancient lich
198812 | Zig:17   | Noticed an ancient lich
198812 | Zig:17   | Noticed an ancient lich
198812 | Zig:17   | Noticed an ancient lich
198813 | Zig:17   | Noticed an ancient lich
198813 | Zig:17   | Killed an ancient lich
198813 | Zig:17   | Killed an ancient lich
198813 | Zig:17   | Killed an ancient lich
198813 | Zig:17   | Killed an ancient lich
198813 | Zig:17   | Killed an ancient lich
198813 | Zig:17   | Killed an ancient lich
198813 | Zig:17   | Killed an ancient lich
198813 | Zig:17   | Killed an ancient lich
198813 | Zig:17   | Killed an ancient lich
198813 | Zig:17   | Killed an ancient lich
198813 | Zig:17   | Killed an ancient lich
198813 | Zig:17   | Killed an ancient lich
198813 | Zig:17   | Killed an ancient lich
198814 | Zig:17   | Noticed an ancient lich
198814 | Zig:17   | Noticed an ancient lich
198814 | Zig:17   | Killed an ancient lich
198814 | Zig:17   | Killed an ancient lich
198814 | Zig:17   | Killed an ancient lich
198814 | Zig:17   | Killed an ancient lich
198814 | Zig:17   | Killed an ancient lich
198814 | Zig:17   | Killed an ancient lich
198815 | Zig:17   | Noticed an ancient lich
198815 | Zig:17   | Noticed an ancient lich
198815 | Zig:17   | Noticed an ancient lich
198815 | Zig:17   | Noticed an ancient lich
198815 | Zig:17   | Killed an ancient lich
198815 | Zig:17   | Killed an ancient lich
198815 | Zig:17   | Killed an ancient lich
198815 | Zig:17   | Killed an ancient lich
198815 | Zig:17   | Killed an ancient lich
198815 | Zig:17   | Killed an ancient lich
198815 | Zig:17   | Killed an ancient lich
198815 | Zig:17   | Killed an ancient lich
198815 | Zig:17   | Killed an ancient lich
198815 | Zig:17   | Killed an ancient lich
198815 | Zig:17   | Killed an ancient lich
198815 | Zig:17   | Noticed an ancient lich
198816 | Zig:17   | Noticed an ancient lich
198816 | Zig:17   | Noticed an ancient lich
198816 | Zig:17   | Noticed an ancient lich
198816 | Zig:17   | Noticed an ancient lich
198816 | Zig:17   | Noticed an ancient lich
198816 | Zig:17   | Killed an ancient lich
198816 | Zig:17   | Killed an ancient lich
198817 | Zig:17   | Killed an ancient lich
198817 | Zig:17   | Killed an ancient lich
198817 | Zig:17   | Killed an ancient lich
198817 | Zig:17   | Killed an ancient lich
198817 | Zig:17   | Killed an ancient lich
198817 | Zig:17   | Killed an ancient lich
198817 | Zig:17   | Killed an ancient lich
198817 | Zig:17   | Noticed an ancient lich
198817 | Zig:17   | Noticed an ancient lich
198818 | Zig:17   | Killed an ancient lich
198818 | Zig:17   | Killed an ancient lich
198818 | Zig:17   | Killed an ancient lich
198818 | Zig:17   | Killed an ancient lich
198818 | Zig:17   | Killed an ancient lich
198818 | Zig:17   | Killed an ancient lich
198818 | Zig:17   | Killed an ancient lich
198818 | Zig:17   | Killed an ancient lich
198818 | Zig:17   | Killed an ancient lich
198818 | Zig:17   | Killed an ancient lich
198818 | Zig:17   | Killed an ancient lich
198818 | Zig:17   | Noticed an ancient lich
198818 | Zig:17   | Noticed an ancient lich
198820 | Zig:17   | Noticed an ancient lich
198821 | Zig:17   | Noticed an ancient lich
198822 | Zig:17   | Noticed an ancient lich
198823 | Zig:17   | Noticed an ancient lich
198823 | Zig:17   | Noticed an ancient lich
198824 | Zig:17   | Killed an ancient lich
198824 | Zig:17   | Killed an ancient lich
198824 | Zig:17   | Killed an ancient lich
198824 | Zig:17   | Killed an ancient lich
198824 | Zig:17   | Killed an ancient lich
198825 | Zig:17   | Noticed an ancient lich
198825 | Zig:17   | Killed an ancient lich
198825 | Zig:17   | Killed an ancient lich
198825 | Zig:17   | Killed an ancient lich
198825 | Zig:17   | Noticed an ancient lich
198829 | Zig:17   | Noticed an ancient lich
198836 | Zig:17   | Noticed an ancient lich
198838 | Zig:17   | Killed an ancient lich
198838 | Zig:17   | Killed an ancient lich
198838 | Zig:17   | Killed an ancient lich
198846 | Zig:17   | Killed an ancient lich
198920 | Zig:17   | Got a transparent iron ring
198926 | Zig:17   | Identified the Reference Book on Conjuration
198933 | Zig:17   | Identified Piwexzimeh's Guide on Vitriolic Translocation
198936 | Zig:17   | Got a transparent amber ring
198944 | Zig:17   | Got a glittering brass ring
198953 | Zig:17   | Got a flickering tin ring
199314 | Zig:17   | Got a brightly glowing tower shield
199337 | Zig:18   | Entered Level 18 of a ziggurat
199340 | Zig:18   | Noticed an ancient lich
199340 | Zig:18   | Noticed an ancient lich
199340 | Zig:18   | Noticed an ancient lich
199340 | Zig:18   | Noticed an ancient lich
199341 | Zig:18   | Noticed an ancient lich
199341 | Zig:18   | Noticed an ancient lich
199341 | Zig:18   | Noticed an ancient lich
199342 | Zig:18   | Noticed an ancient lich
199342 | Zig:18   | Noticed an ancient lich
199344 | Zig:18   | Killed an ancient lich
199344 | Zig:18   | Noticed an ancient lich
199344 | Zig:18   | Noticed an ancient lich
199347 | Zig:18   | Noticed an ancient lich
199347 | Zig:18   | Noticed an ancient lich
199347 | Zig:18   | Noticed an ancient lich
199347 | Zig:18   | Noticed an ancient lich
199347 | Zig:18   | Noticed an ancient lich
199347 | Zig:18   | Killed an ancient lich
199347 | Zig:18   | Killed an ancient lich
199347 | Zig:18   | Killed an ancient lich
199347 | Zig:18   | Killed an ancient lich
199348 | Zig:18   | Noticed an ancient lich
199348 | Zig:18   | Noticed an ancient lich
199348 | Zig:18   | Killed an ancient lich
199348 | Zig:18   | Killed an ancient lich
199349 | Zig:18   | Noticed an ancient lich
199349 | Zig:18   | Noticed an ancient lich
199349 | Zig:18   | Noticed an ancient lich
199349 | Zig:18   | Noticed an ancient lich
199349 | Zig:18   | Killed an ancient lich
199350 | Zig:18   | Noticed an ancient lich
199350 | Zig:18   | Noticed an ancient lich
199350 | Zig:18   | Noticed an ancient lich
199350 | Zig:18   | Noticed an ancient lich
199350 | Zig:18   | Noticed an ancient lich
199350 | Zig:18   | Noticed an ancient lich
199351 | Zig:18   | Noticed an ancient lich
199351 | Zig:18   | Noticed an ancient lich
199351 | Zig:18   | Noticed an ancient lich
199351 | Zig:18   | Noticed an ancient lich
199352 | Zig:18   | Noticed an ancient lich
199352 | Zig:18   | Noticed an ancient lich
199352 | Zig:18   | Noticed an ancient lich
199353 | Zig:18   | Noticed an ancient lich
199353 | Zig:18   | Noticed an ancient lich
199354 | Zig:18   | Killed an ancient lich
199354 | Zig:18   | Killed an ancient lich
199354 | Zig:18   | Killed an ancient lich
199354 | Zig:18   | Killed an ancient lich
199354 | Zig:18   | Killed an ancient lich
199354 | Zig:18   | Killed an ancient lich
199354 | Zig:18   | Killed an ancient lich
199354 | Zig:18   | Killed an ancient lich
199354 | Zig:18   | Killed an ancient lich
199354 | Zig:18   | Killed an ancient lich
199354 | Zig:18   | Killed an ancient lich
199354 | Zig:18   | Killed an ancient lich
199354 | Zig:18   | Killed an ancient lich
199354 | Zig:18   | Noticed an ancient lich
199355 | Zig:18   | Killed an ancient lich
199355 | Zig:18   | Killed an ancient lich
199355 | Zig:18   | Killed an ancient lich
199355 | Zig:18   | Killed an ancient lich
199355 | Zig:18   | Killed an ancient lich
199355 | Zig:18   | Killed an ancient lich
199355 | Zig:18   | Killed an ancient lich
199355 | Zig:18   | Killed an ancient lich
199355 | Zig:18   | Killed an ancient lich
199355 | Zig:18   | Killed an ancient lich
199355 | Zig:18   | Killed an ancient lich
199355 | Zig:18   | Killed an ancient lich
199355 | Zig:18   | Killed an ancient lich
199355 | Zig:18   | Killed an ancient lich
199355 | Zig:18   | Killed an ancient lich
199355 | Zig:18   | Noticed an ancient lich
199355 | Zig:18   | Noticed an ancient lich
199356 | Zig:18   | Killed an ancient lich
199356 | Zig:18   | Killed an ancient lich
199356 | Zig:18   | Killed an ancient lich
199356 | Zig:18   | Noticed an ancient lich
199357 | Zig:18   | Noticed an ancient lich
199358 | Zig:18   | Noticed an ancient lich
199358 | Zig:18   | Noticed an ancient lich
199359 | Zig:18   | Noticed an ancient lich
199360 | Zig:18   | Noticed an ancient lich
199362 | Zig:18   | Noticed an ancient lich
199363 | Zig:18   | Killed an ancient lich
199374 | Zig:18   | Killed an ancient lich
199374 | Zig:18   | Killed an ancient lich
199381 | Zig:18   | Killed an ancient lich
199381 | Zig:18   | Killed an ancient lich
199397 | Zig:18   | Killed an ancient lich
199403 | Zig:18   | Killed an ancient lich
199403 | Zig:18   | Killed an ancient lich
199841 | Zig:18   | Identified Diaf's Compendium of Ashen Changing
199843 | Zig:18   | Identified the Grimoire of Thrice Damned Blessings
199850 | Zig:18   | Got a shimmering lapis lazuli ring
199851 | Zig:18   | Identified the Incunabulum of Necromancy and Clay
199862 | Zig:18   | Got a clouded iron ring
199878 | Zig:18   | Identified the Volume of the Silversmith
199886 | Zig:18   | Identified the ring of Muyzujum {rC+++ MP+9 Str-4 Int-5
                  | SInv} (You found it on level 16 of a ziggurat)
199888 | Zig:18   | Identified the ring of Relativism {Wiz Str+2} (You found it
                  | on level 17 of a ziggurat)
199890 | Zig:18   | Identified the ring "Reteus" {+Inv rF+ Will++ Str-5 Dex+3}
                  | (You found it on level 17 of a ziggurat)
199892 | Zig:18   | Identified the ring "Ammo" {rC+ Int+4} (You found it on
                  | level 17 of a ziggurat)
199904 | Zig:18   | Identified the +1 cloak "Nistryasu" {Will+ Stlth+} (You
                  | found it on level 16 of a ziggurat)
199920 | Zig:18   | Identified the +6 tower shield of Wydi {rPois rC+} (You
                  | found it on level 17 of a ziggurat)
199936 | Zig:18   | Identified the ring "Safol" {*Tele Str+3 Int+4 Stlth+} (You
                  | found it on level 17 of a ziggurat)
199938 | Zig:18   | Identified the ring "Aliwk" {rN+ Dex+4 SInv} (You found it
                  | on level 18 of a ziggurat)
199940 | Zig:18   | Identified the ring "Bopsoluk" {Wiz Will+} (You found it on
                  | level 18 of a ziggurat)
199945 | Zig:18   | Got a vibrating turquoise ring
199960 | Zig:18   | Identified the ring "Fesott" {+Fly rElec Str-4 Int+6 Dex+8
                  | Stlth+} (You found it on level 18 of a ziggurat)
199989 | Zig:19   | Entered Level 19 of a ziggurat
199989 | Zig:19   | Noticed a royal mummy
199989 | Zig:19   | Noticed a royal mummy
199989 | Zig:19   | Noticed a royal mummy
199989 | Zig:19   | Noticed a royal mummy
199989 | Zig:19   | Noticed a royal mummy
199989 | Zig:19   | Noticed a royal mummy
199989 | Zig:19   | Noticed a royal mummy
199989 | Zig:19   | Noticed a royal mummy
199989 | Zig:19   | Noticed a royal mummy
199989 | Zig:19   | Noticed a royal mummy
199989 | Zig:19   | Noticed a royal mummy
199989 | Zig:19   | Noticed a royal mummy
199989 | Zig:19   | Noticed a royal mummy
199990 | Zig:19   | Noticed a royal mummy
199990 | Zig:19   | Noticed a royal mummy
199993 | Zig:19   | Killed a royal mummy
199993 | Zig:19   | Killed a royal mummy
199993 | Zig:19   | Killed a royal mummy
199996 | Zig:19   | Killed a royal mummy
199998 | Zig:19   | Noticed a royal mummy
200001 | Zig:19   | Noticed a royal mummy
200001 | Zig:19   | Noticed a royal mummy
200003 | Zig:19   | Killed a royal mummy
200003 | Zig:19   | Killed a royal mummy
200003 | Zig:19   | Killed a royal mummy
200003 | Zig:19   | Killed a royal mummy
200003 | Zig:19   | Killed a royal mummy
200003 | Zig:19   | Killed a royal mummy
200003 | Zig:19   | Killed a royal mummy
200003 | Zig:19   | Killed a royal mummy
200003 | Zig:19   | Killed a royal mummy
200003 | Zig:19   | Noticed a royal mummy
200008 | Zig:19   | Killed a royal mummy
200009 | Zig:19   | Killed a royal mummy
200012 | Zig:19   | Killed a royal mummy
200012 | Zig:19   | Killed a royal mummy
200013 | Zig:19   | Killed a royal mummy
200014 | Zig:19   | Noticed a royal mummy
200016 | Zig:19   | Noticed a royal mummy
200016 | Zig:19   | Noticed a royal mummy
200018 | Zig:19   | Killed a royal mummy
200019 | Zig:19   | Noticed a royal mummy
200020 | Zig:19   | Noticed a royal mummy
200023 | Zig:19   | Noticed a royal mummy
200024 | Zig:19   | Noticed a royal mummy
200025 | Zig:19   | Noticed a royal mummy
200025 | Zig:19   | Noticed a royal mummy
200027 | Zig:19   | Noticed a royal mummy
200028 | Zig:19   | Killed a royal mummy
200029 | Zig:19   | Killed a royal mummy
200029 | Zig:19   | Killed a royal mummy
200029 | Zig:19   | Killed a royal mummy
200029 | Zig:19   | Killed a royal mummy
200029 | Zig:19   | Killed a royal mummy
200029 | Zig:19   | Killed a royal mummy
200029 | Zig:19   | Killed a royal mummy
200029 | Zig:19   | Noticed a royal mummy
200030 | Zig:19   | Noticed a royal mummy
200031 | Zig:19   | Noticed a royal mummy
200034 | Zig:19   | Killed a royal mummy
200035 | Zig:19   | Killed a royal mummy
200035 | Zig:19   | Noticed a royal mummy
200036 | Zig:19   | Noticed a royal mummy
200036 | Zig:19   | Noticed a royal mummy
200038 | Zig:19   | Noticed a royal mummy
200038 | Zig:19   | Noticed a royal mummy
200038 | Zig:19   | Noticed a royal mummy
200040 | Zig:19   | Killed a royal mummy
200041 | Zig:19   | Noticed a royal mummy
200041 | Zig:19   | Noticed a royal mummy
200041 | Zig:19   | Noticed a royal mummy
200041 | Zig:19   | Killed a royal mummy
200042 | Zig:19   | Killed a royal mummy
200042 | Zig:19   | Noticed a royal mummy
200045 | Zig:19   | Killed a royal mummy
200045 | Zig:19   | Killed a royal mummy
200045 | Zig:19   | Killed a royal mummy
200045 | Zig:19   | Noticed a royal mummy
200045 | Zig:19   | Noticed a royal mummy
200045 | Zig:19   | Noticed a royal mummy
200046 | Zig:19   | Noticed a royal mummy
200046 | Zig:19   | Noticed a royal mummy
200048 | Zig:19   | Noticed a royal mummy
200048 | Zig:19   | Noticed a royal mummy
200048 | Zig:19   | Noticed a royal mummy
200048 | Zig:19   | Noticed a royal mummy
200049 | Zig:19   | Killed a royal mummy
200049 | Zig:19   | Killed a royal mummy
200049 | Zig:19   | Killed a royal mummy
200049 | Zig:19   | Killed a royal mummy
200049 | Zig:19   | Killed a royal mummy
200049 | Zig:19   | Noticed a royal mummy
200049 | Zig:19   | Noticed a royal mummy
200050 | Zig:19   | Noticed a royal mummy
200050 | Zig:19   | Noticed a royal mummy
200050 | Zig:19   | Noticed a royal mummy
200051 | Zig:19   | Killed a royal mummy
200052 | Zig:19   | Noticed a royal mummy
200052 | Zig:19   | Noticed a royal mummy
200052 | Zig:19   | Noticed a royal mummy
200052 | Zig:19   | Noticed a royal mummy
200052 | Zig:19   | Noticed a royal mummy
200052 | Zig:19   | Noticed a royal mummy
200053 | Zig:19   | Noticed a royal mummy
200053 | Zig:19   | Killed a royal mummy
200054 | Zig:19   | Noticed a royal mummy
200054 | Zig:19   | Noticed a royal mummy
200054 | Zig:19   | Killed a royal mummy
200054 | Zig:19   | Killed a royal mummy
200054 | Zig:19   | Noticed a royal mummy
200055 | Zig:19   | Killed a royal mummy
200055 | Zig:19   | Killed a royal mummy
200055 | Zig:19   | Killed a royal mummy
200055 | Zig:19   | Killed a royal mummy
200055 | Zig:19   | Killed a royal mummy
200055 | Zig:19   | Killed a royal mummy
200055 | Zig:19   | Noticed a royal mummy
200056 | Zig:19   | Killed a royal mummy
200056 | Zig:19   | Killed a royal mummy
200056 | Zig:19   | Killed a royal mummy
200056 | Zig:19   | Killed a royal mummy
200056 | Zig:19   | Killed a royal mummy
200056 | Zig:19   | Killed a royal mummy
200056 | Zig:19   | Killed a royal mummy
200056 | Zig:19   | Killed a royal mummy
200056 | Zig:19   | Noticed a royal mummy
200061 | Zig:19   | Killed a royal mummy
200061 | Zig:19   | Killed a royal mummy
200061 | Zig:19   | Killed a royal mummy
200061 | Zig:19   | Killed a royal mummy
200061 | Zig:19   | Killed a royal mummy
200061 | Zig:19   | Killed a royal mummy
200061 | Zig:19   | Killed a royal mummy
200061 | Zig:19   | Noticed a royal mummy
200062 | Zig:19   | Noticed a royal mummy
200062 | Zig:19   | Noticed a royal mummy
200067 | Zig:19   | Killed a royal mummy
200068 | Zig:19   | Killed a royal mummy
200068 | Zig:19   | Killed a royal mummy
200069 | Zig:19   | Killed a royal mummy
200071 | Zig:19   | Killed a royal mummy
200074 | Zig:19   | Killed a royal mummy
200121 | Zig:19   | Identified the Volume of Sinister Flight
200128 | Zig:19   | Identified the Reference Book on Shifting Darkness
200131 | Zig:19   | Got an ancient bronze ring
200144 | Zig:19   | Identified the Volume of Orientation
200150 | Zig:19   | Got a scorched platinum ring
200151 | Zig:19   | Identified the Tome of the Damaging Oath
200154 | Zig:19   | Got a clouded emerald amulet
200160 | Zig:19   | Got an ancient wooden ring
200743 | Zig:20   | Entered Level 20 of a ziggurat
201428 | Zig:20   | Got a fine granite ring
201468 | Zig:20   | Got a flickering steel ring
201489 | Zig:20   | Got a scintillating pewter ring
201580 | Zig:20   | Got an ancient cloak
201602 | Zig:21   | Entered Level 21 of a ziggurat
201602 | Zig:21   | Noticed a shard shrike
201602 | Zig:21   | Noticed a shard shrike
201602 | Zig:21   | Noticed a shard shrike
201602 | Zig:21   | Noticed a shard shrike
201603 | Zig:21   | Noticed a shard shrike
201604 | Zig:21   | Noticed a shard shrike
201606 | Zig:21   | Noticed a shard shrike
201606 | Zig:21   | Noticed a shard shrike
201608 | Zig:21   | Killed a shard shrike
201608 | Zig:21   | Killed a shard shrike
201608 | Zig:21   | Killed a shard shrike
201609 | Zig:21   | Killed a shard shrike
201609 | Zig:21   | Killed a shard shrike
201611 | Zig:21   | Noticed a shard shrike
201612 | Zig:21   | Killed a shard shrike
201615 | Zig:21   | Noticed a shard shrike
201616 | Zig:21   | Killed a shard shrike
201617 | Zig:21   | Noticed a shard shrike
201617 | Zig:21   | Noticed a shard shrike
201618 | Zig:21   | Noticed a shard shrike
201618 | Zig:21   | Noticed a shard shrike
201621 | Zig:21   | Killed a shard shrike
201622 | Zig:21   | Killed a shard shrike
201622 | Zig:21   | Killed a shard shrike
201623 | Zig:21   | Killed a shard shrike
201624 | Zig:21   | Killed a shard shrike
201624 | Zig:21   | Killed a shard shrike
201625 | Zig:21   | Noticed a shard shrike
201626 | Zig:21   | Noticed a shard shrike
201627 | Zig:21   | Noticed a shard shrike
201628 | Zig:21   | Noticed a shard shrike
201634 | Zig:21   | Noticed a shard shrike
201634 | Zig:21   | Noticed a shard shrike
201635 | Zig:21   | Noticed a shard shrike
201636 | Zig:21   | Killed a shard shrike
201637 | Zig:21   | Killed a shard shrike
201637 | Zig:21   | Killed a shard shrike
201638 | Zig:21   | Noticed a shard shrike
201638 | Zig:21   | Killed a shard shrike
201639 | Zig:21   | Noticed a shard shrike
201642 | Zig:21   | Noticed a shard shrike
201642 | Zig:21   | Noticed a shard shrike
201642 | Zig:21   | Noticed a shard shrike
201643 | Zig:21   | Noticed a shard shrike
201648 | Zig:21   | Noticed a shard shrike
201652 | Zig:21   | Killed a shard shrike
201654 | Zig:21   | Noticed a shard shrike
201654 | Zig:21   | Killed a shard shrike
201654 | Zig:21   | Killed a shard shrike
201655 | Zig:21   | Killed a shard shrike
201655 | Zig:21   | Killed a shard shrike
201655 | Zig:21   | Killed a shard shrike
201655 | Zig:21   | Killed a shard shrike
201655 | Zig:21   | Noticed a shard shrike
201656 | Zig:21   | Noticed a shard shrike
201656 | Zig:21   | Killed a shard shrike
201656 | Zig:21   | Noticed a shard shrike
201656 | Zig:21   | Noticed a shard shrike
201657 | Zig:21   | Noticed a shard shrike
201668 | Zig:21   | Killed a shard shrike
201668 | Zig:21   | Killed a shard shrike
201669 | Zig:21   | Killed a shard shrike
201670 | Zig:21   | Killed a shard shrike
201683 | Zig:21   | Killed a shard shrike
201684 | Zig:21   | Killed a shard shrike
201684 | Zig:21   | Killed a shard shrike
201692 | Zig:21   | Killed a shard shrike
201710 | Zig:21   | Killed a shard shrike
201727 | Zig:21   | Identified the Compendium of Earthen Malediction
201734 | Zig:21   | Got an ancient jade amulet
201807 | Zig:21   | Identified the cursed ring of Conflict {Will+ Str-4 Dex-3
                  | Stlth+} (You found it on level 19 of a ziggurat)
201810 | Zig:21   | Identified the ring of Giurph {rElec rCorr Int+3} (You
                  | found it on level 19 of a ziggurat)
201812 | Zig:21   | Identified the amulet of Kops {Faith Str+2} (You found it
                  | on level 19 of a ziggurat)
201814 | Zig:21   | Identified the ring "Naaclie" {EV+4 Int+10} (You found it
                  | on level 19 of a ziggurat)
201815 | Zig:21   | Identified the ring "Aqiu" {Fire +Fly Stlth+} (You found it
                  | on level 20 of a ziggurat)
201817 | Zig:21   | Identified the ring of Luonn {MP+9 Int+6 Dex+3} (You found
                  | it on level 20 of a ziggurat)
201819 | Zig:21   | Identified the amulet of Hizubb {Reflect rPois rF- rN+
                  | SH+5} (You found it on level 21 of a ziggurat)
201821 | Zig:21   | Identified the +2 cloak of Dusexteh {rF+ Str+4} (You found
                  | it on level 20 of a ziggurat)
201822 | Zig:21   | Identified the ring of Pytuse {rPois rF+ rC- Int+6} (You
                  | found it on level 20 of a ziggurat)
201900 | Zig:21   | Got a heavily runed platinum ring
201912 | Zig:21   | Got a scintillating copper ring
201914 | Zig:21   | Got a clouded ruby amulet
201916 | Zig:21   | Got a fine jade ring
201925 | Zig:21   | Got a faintly glowing silver ring
201928 | Zig:21   | Identified Ynidiy's Handbook of Warped Ice
201935 | Zig:21   | Got a coiled tin ring
202389 | Zig:21   | Identified the Volume of Calling
202441 | Zig:21   | Identified the ring of Fotank {rElec Stlth-} (You found it
                  | on level 21 of a ziggurat)
202443 | Zig:21   | Identified the amulet of Jablour {RegenMP rC+ rN+ Str+4}
                  | (You found it on level 21 of a ziggurat)
202445 | Zig:21   | Identified the ring "Gapna" {rN++ EV+4 Int+7} (You found it
                  | on level 21 of a ziggurat)
202447 | Zig:21   | Identified the ring of False Pretenses {Will+ Int+5} (You
                  | found it on level 21 of a ziggurat)
202449 | Zig:21   | Identified the ring "Siclolom" {+Fly rF++ MP+9 Str+5} (You
                  | found it on level 21 of a ziggurat)
202451 | Zig:21   | Identified the ring of Obsession {Wiz rPois Int+4 Dex+8
                  | Slay+2} (You found it on level 21 of a ziggurat)
202475 | Zig:22   | Entered Level 22 of a ziggurat
202482 | Zig:22   | Noticed an ancient lich
202482 | Zig:22   | Noticed an ancient lich
202482 | Zig:22   | Noticed an ancient lich
202483 | Zig:22   | Noticed an ancient lich
202483 | Zig:22   | Noticed an ancient lich
202483 | Zig:22   | Noticed an ancient lich
202483 | Zig:22   | Noticed an ancient lich
202484 | Zig:22   | Killed an ancient lich
202485 | Zig:22   | Noticed an ancient lich
202485 | Zig:22   | Noticed an ancient lich
202485 | Zig:22   | Noticed an ancient lich
202485 | Zig:22   | Noticed an ancient lich
202485 | Zig:22   | Noticed an ancient lich
202486 | Zig:22   | Noticed an ancient lich
202486 | Zig:22   | Killed an ancient lich
202486 | Zig:22   | Killed an ancient lich
202486 | Zig:22   | Killed an ancient lich
202486 | Zig:22   | Killed an ancient lich
202486 | Zig:22   | Killed an ancient lich
202486 | Zig:22   | Killed an ancient lich
202486 | Zig:22   | Killed an ancient lich
202486 | Zig:22   | Killed an ancient lich
202486 | Zig:22   | Killed an ancient lich
202486 | Zig:22   | Noticed an ancient lich
202487 | Zig:22   | Noticed an ancient lich
202487 | Zig:22   | Noticed an ancient lich
202488 | Zig:22   | Noticed an ancient lich
202488 | Zig:22   | Noticed an ancient lich
202488 | Zig:22   | Noticed an ancient lich
202488 | Zig:22   | Noticed an ancient lich
202490 | Zig:22   | Killed an ancient lich
202490 | Zig:22   | Killed an ancient lich
202490 | Zig:22   | Killed an ancient lich
202490 | Zig:22   | Noticed an ancient lich
202491 | Zig:22   | Noticed an ancient lich
202493 | Zig:22   | Noticed an ancient lich
202493 | Zig:22   | Noticed an ancient lich
202493 | Zig:22   | Noticed an ancient lich
202493 | Zig:22   | Noticed an ancient lich
202493 | Zig:22   | Noticed an ancient lich
202494 | Zig:22   | Noticed an ancient lich
202494 | Zig:22   | Noticed an ancient lich
202495 | Zig:22   | Noticed an ancient lich
202495 | Zig:22   | Noticed an ancient lich
202496 | Zig:22   | Noticed an ancient lich
202496 | Zig:22   | Noticed an ancient lich
202497 | Zig:22   | Noticed an ancient lich
202497 | Zig:22   | Noticed an ancient lich
202497 | Zig:22   | Noticed an ancient lich
202497 | Zig:22   | Killed an ancient lich
202497 | Zig:22   | Killed an ancient lich
202497 | Zig:22   | Killed an ancient lich
202497 | Zig:22   | Killed an ancient lich
202497 | Zig:22   | Killed an ancient lich
202497 | Zig:22   | Killed an ancient lich
202497 | Zig:22   | Killed an ancient lich
202497 | Zig:22   | Killed an ancient lich
202497 | Zig:22   | Noticed an ancient lich
202497 | Zig:22   | Noticed an ancient lich
202497 | Zig:22   | Killed an ancient lich
202497 | Zig:22   | Killed an ancient lich
202497 | Zig:22   | Noticed an ancient lich
202498 | Zig:22   | Killed an ancient lich
202499 | Zig:22   | Noticed an ancient lich
202499 | Zig:22   | Killed an ancient lich
202499 | Zig:22   | Killed an ancient lich
202500 | Zig:22   | Killed an ancient lich
202500 | Zig:22   | Killed an ancient lich
202500 | Zig:22   | Killed an ancient lich
202500 | Zig:22   | Killed an ancient lich
202500 | Zig:22   | Killed an ancient lich
202500 | Zig:22   | Killed an ancient lich
202500 | Zig:22   | Killed an ancient lich
202500 | Zig:22   | Killed an ancient lich
202500 | Zig:22   | Killed an ancient lich
202500 | Zig:22   | Killed an ancient lich
202500 | Zig:22   | Killed an ancient lich
202500 | Zig:22   | Killed an ancient lich
202503 | Zig:22   | Killed an ancient lich
202503 | Zig:22   | Killed an ancient lich
202503 | Zig:22   | Noticed an ancient lich
202503 | Zig:22   | Noticed an ancient lich
202505 | Zig:22   | Noticed an ancient lich
202510 | Zig:22   | Killed an ancient lich
202510 | Zig:22   | Killed an ancient lich
202511 | Zig:22   | Noticed an ancient lich
202512 | Zig:22   | Noticed an ancient lich
202526 | Zig:22   | Noticed an ancient lich
202532 | Zig:22   | Killed an ancient lich
202536 | Zig:22   | Noticed an ancient lich
202542 | Zig:22   | Killed an ancient lich
202543 | Zig:22   | Killed an ancient lich
202544 | Zig:22   | Killed an ancient lich
202544 | Zig:22   | Killed an ancient lich
202545 | Zig:22   | Killed an ancient lich
202975 | Zig:22   | Got a heavily runed diamond amulet
202985 | Zig:22   | Got a pitted glass ring
203070 | Zig:23   | Entered Level 23 of a ziggurat
203323 | Zig:23   | Identified the Grimoire of Black Rituals and Malediction
203442 | Zig:23   | Got a smoking garnet amulet
204124 | Zig:23   | Got a translucent amethyst amulet
204188 | Zig:24   | Entered Level 24 of a ziggurat
204216 | Zig:24   | Killed from afar by a white draconian stormcaller

Illustrated notes

Levels and vault maps discovered:
D:1:      onia_arrival_mini_spirals, layout_loops_corners, minmay_tromino_v4_b
D:2:      layout_basic
D:3:      kb_forest_paths, layout_basic, lemuel_crystal_altar, uniq_ijyb,
          uniq_crazy_yiuf_cottage
D:4:      kennysheep_goblin_castle, layout_layer_cave,
          nemelex_xobeh_ov_fountains_minmay, enter_ossuary_2
D:5:      layout_basic, general_overflow_altar,
          minmay_temple_entry_gardened_gates, serial_shops, nicolae_shop_stone,
          kennysheep_little_box, shop_fountains, shop_statue, zaba_anthole,
          abandoned_shop, goddamned_bats
D:6:      layout_loops_cross, kennysheep_okawaru_gauntlet, gammafunk_ghost_split
D:7:      layout_basic, uniq_duvessa
D:8:      layout_rooms, lair_entry_dummy, minmay_tree_intersection,
          hangedman_decor_points
D:9:      layout_roguey, serial_shops, shop, gammafunk_ghost_nasty_kobolds,
          minmay_misc_feat_x
D:10:     minmay_blocky_corners, layout_loops_ring
D:11:     layout_loops_ring, hiddenorc2_lemuel
D:12:     layout_cave_pools, special_room [special_room_bee],
          gauntlet_entry_generic
D:13:     layout_irregular_city, uniq_urug
D:14:     layout_rooms, ximxim_vaults_locker_room, grunt_decor_cap
D:15:     gammafunk_enter_depths_forms, layout_irregular_city, hive_lemuel
Temple:   hc_temple_tempest_star
Lair:1:   layout_gridlike, infiniplex_staircase_pool_2
Lair:2:   statuecave_lemuel, layout_cave_shapes, serial_rivers,
          chequers_serial_rivers_marsh, chequers_serial_rivers_micro_b,
          chequers_serial_rivers_large_b, chequers_serial_rivers_micro_e,
          chequers_serial_rivers_room_b, chequers_serial_rivers_large_a
Lair:3:   layout_misc_corridors, minmay_swamp_entry_worms, serial_rivers,
          chequers_serial_rivers_small_b, chequers_serial_rivers_marsh,
          chequers_serial_rivers_small_a, chequers_serial_rivers_micro_e,
          chequers_serial_rivers_small_3, amcnicky_altar_gilded
Lair:4:   layout_roguey, spider_nest_entry_a
Lair:5:   layout_concentric_octagons, slime_altar_1, serial_bayou,
          serial_bayou_shore_a, serial_bayou_pond_b, serial_bayou_pond_d,
          serial_bayou_pond_b, serial_bayou_crossing, serial_bayou_lagoon_b
Lair:6:   minmay_lair_end_frog_pond, layout_regular_city,
          portal_ice_cave_entry_pillars_2, gammafunk_lair_bear_cave,
          uniq_josephine
Swamp:1:  layout_basic_swamp, nicolae_swamp_very_dense_foliage, swamp_pool1,
          st_swamp_mini
Swamp:2:  layout_falls_marsh, evilmike_swamp_ruin_house_4
Swamp:3:  layout_basic_swamp, evilmike_swamp_ruin_wall
Swamp:4:  swamp_vile, layout_basic_swamp, roderic_carrion_pond
Spider:1: layout_spider_delve
Spider:2: layout_spider_delve, uniq_arachne, uniq_jorgrun
Spider:3: spiders_nest_scorpion_pit, hangedman_spider_mandibles, drop_trap,
          guppyfry_spider_mini_3
Spider:4: spider_rune_water, uniq_kirke, uniq_donald
Orc:1:    layout_caves, basic_altar, serial_shops, shop, nicolae_shop_stone,
          minmay_orc_barracks
Orc:2:    st_orc_pillars, layout_caves, basic_altar,
          nicolae_orc_flooded_monolith
Elf:1:    eino_elf_arrival_the_gate, layout_gridlike, minivault_28,
          grunt_megastairs_1
Elf:2:    layout_gridlike, serial_shops, nicolae_shop_stone, shop, shop,
          feat_on_display
Elf:3:    grunt_elf_hall_diamonds, layout_geoelf_grid, serial_shops, statue_bzr,
          serial_aquarium, aquarium_bridge_square [aquarium_subvault_bridge,
          aquarium_subvault_bridge, aquarium_subvault_bridge,
          aquarium_subvault_bridge], aquarium_window_1, aquarium_window_fake,
          aquarium_view_2e, aquarium_balcony_5b, aquarium_pool_2
Vaults:1: ontoclasm_vaults_claustrophobia, nicolae_vaults_theta, v_misc_5,
          st_squares, vaults_room_fancy_cross, v_alt_pattern_2, v_misc_9,
          vaults_dpeg_cross, v_alt_pattern_2, layout_vaults_big_room
Vaults:2: nicolae_vaults_border_crossing, nicolae_vaults_little_squares_2,
          vaults_standard_mumra_lines, nicolae_vaults_little_squares_1,
          nicolae_vaults_three_branches, ontoclasm_vaults_decontamination,
          nicolae_vaults_little_ls, grunt_vaults_twisty,
          grunt_vaults_hallway_short, layout_vaults_omnigrid, serial_shops,
          shop, basic_altar
Vaults:3: vaults_mumra_chevron_long, minmay_crypt_entry_simple_plaza,
          grunt_vaults_hallway_long, kennysheep_vaults_gozag_temple,
          vaults_room_fours, v_alt_pattern_2, nicolae_vaults_little_squares_6,
          nicolae_vaults_theta, ontoclasm_vaults_chip, grunt_vaults_diagonal,
          nicolae_vaults_ring_of_whatevers, hangedman_vaults_nails, v_misc_16,
          layout_vaults_omnibox, serial_shops, shop, uniq_jory
Vaults:4: nicolae_vaults_quartermaster, ontoclasm_vaults_shuriken, v_rooms_4,
          v_alt_pattern_2, v_alt_pattern_1, hangedman_vaults_stretched_pinwheel,
          vaults_room_corners, nicolae_vaults_little_squares_4,
          layout_vaults_omnicross, uniq_frederick
Vaults:5
Crypt:1:  layout_misc_corridors, grunt_crypt_arrival_guarded_gate, uniq_aizul
Crypt:2:  layout_catacombs
Crypt:3:  david_glass_crypt, layout_misc_corridors, special_room
          [special_room_morgue], minivault_23, grunt_ministairs_1
Tomb:1:   uniq_mara
Tomb:2
Tomb:3
Zig:24:   ziggurat_pillar_abc, ziggurat_pillar_abc, ziggurat_pillar_abc,
          ziggurat_pillar_abc, ziggurat_pillar_abc, ziggurat_pillar_abc,
          ziggurat_pillar_abc, ziggurat_pillar_abc,
          ziggurat_pillar_centre_dispersal, ziggurat_pillar_centre_dispersal,
          ziggurat_pillar_centre_dispersal, ziggurat_pillar_centre_dispersal

Skill      XL: |  1  2  3  4  5  6  7  8  9 10 11 12 13 14 15 16 17 18 19 20 21 22 23 24 25 26 27 |
---------------+----------------------------------------------------------------------------------+-----
Conjurations   | 4 5 6 27 | 27.0
Fighting       | 1 2 3 5 6 9 10 11 12 27 | 27.0
Armour         | 1 2 3 5 6 9 10 11 15 18 27 | 27.0
Spellcasting   | 3 6 7 9 10 12 13 14 27 | 27.0
Necromancy     | 5 8 9 12 15 17 18 19 20 27 | 27.0
Shields        | 9 13 15 27 | 27.0
Dodging        | 4 7 8 9 10 27 | 27.0
Transmutations | 11 15 18 19 20 27 | 27.0
Ice Magic      | 6 8 27 | 27.0
Earth Magic    | 3 12 17 20 21 22 27 | 27.0
Long Blades    | 27 | 27.0
Stealth        | 27 | 27.0
Evocations     | 27 | 27.0
Staves         | 27 | 27.0
Fire Magic     | 27 | 27.0
Maces & Flails | 27 | 27.0
Throwing       | 27 | 27.0
Axes           | 27 | 27.0
Air Magic      | 27 | 27.0
Crossbows      | 27 | 27.0
Polearms       | 27 | 27.0
Unarmed Combat | 27 | 27.0
Translocations | 27 | 27.0
Summonings     | 27 | 27.0
Short Blades   | 27 | 27.0
Slings         | 27 | 27.0
Bows           | 27 | 27.0
Hexes          | 27 | 27.0
Poison Magic   | 27 | 27.0
Invocations    | 27 | 27.0

Action                   |  1- 3 |  4- 6 |  7- 9 | 10-12 | 13-15 | 16-18 | 19-21 | 22-24 | 25-27 || total
-------------------------+-------+-------+-------+-------+-------+-------+-------+-------+-------++-------
Melee: Club              |     9 |       |       |       |       |       |       |       |       ||     9
       Dagger            |    39 |    21 |    11 |       |       |       |       |       |       ||    71
       Mace              |       |       |    15 |       |       |       |       |       |       ||    15
       Flail             |       |       |    56 |   564 |   225 |       |       |       |       ||   845
       Whip              |       |       |       |       |  1165 |   631 |  1711 |  1187 |   399 ||  5093
       Scimitar          |       |       |       |       |     7 |    17 |    58 |       |       ||    82
       Quarterstaff      |       |       |       |       |       |    19 |    10 |   147 |    16 ||   192
       Pair of quick bla |       |       |       |       |       |       |       |     6 |       ||     6
       Staff             |       |       |       |       |       |       |       |       |  6989 ||  6989
       Double sword      |       |       |       |       |       |       |       |       |  2064 ||  2064
       Demon whip        |       |       |       |       |       |       |       |       |    96 ||    96
 Fire: Hunting sling     |    21 |    81 |   151 |       |     2 |       |       |       |       ||   255
Throw: Javelin           |       |       |       |       |       |       |       |       |    79 ||    79
 Cast: Magic Dart        |    39 |     5 |    10 |     2 |    13 |    79 |    29 |       |       ||   177
       Searing Ray       |     2 |    21 |    66 |    24 |    33 |   266 |    71 |    70 |       ||   553
       Vampiric Draining |       |       |     3 |   164 |   148 |   115 |   382 |   184 |       ||   996
       Dispel Undead     |       |       |       |     5 |    58 |       |    33 |    54 |    86 ||   236
       Sublimation of Bl |       |       |       |       |       |    16 |    32 |    44 |   366 ||   458
       Irradiate         |       |       |       |       |       |     2 |     3 |    39 |     1 ||    45
       Necromutation     |       |       |       |       |       |       |    69 |    88 |   610 ||   767
       Ozocubu's Armour  |       |       |       |       |       |       |    42 |    35 |   182 ||   259
       Frozen Ramparts   |       |       |       |       |       |       |     4 |       |     1 ||     5
       Stone Arrow       |       |       |       |       |       |       |       |     5 |       ||     5
       Borgnjor's Vile C |       |       |       |       |       |       |       |    76 |   698 ||   774
       Shatter           |       |       |       |       |       |       |       |       |  2362 ||  2362
       Tornado           |       |       |       |       |       |       |       |       |  1068 ||  1068
       Chain Lightning   |       |       |       |       |       |       |       |       |   176 ||   176
       Fire Storm        |       |       |       |       |       |       |       |       |    27 ||    27
       Lehudib's Crystal |       |       |       |       |       |       |       |       |    22 ||    22
       Absolute Zero     |       |       |       |       |       |       |       |       |     8 ||     8
       Bolt of Magma     |       |       |       |       |       |       |       |       |     3 ||     3
       Portal Projectile |       |       |       |       |       |       |       |       |     2 ||     2
       Iron Shot         |       |       |       |       |       |       |       |       |     2 ||     2
Invok: Receive Necronomi |       |       |       |     1 |       |       |       |       |       ||     1
       Renounce Religion |       |       |       |     1 |       |       |       |       |       ||     1
       Potion Petition   |       |       |       |       |       |       |     3 |       |   515 ||   518
       Call Merchant     |       |       |       |       |       |       |       |       |    40 ||    40
 Abil: Dig               |     1 |     5 |    17 |    36 |    21 |    71 |     5 |    35 |    78 ||   269
       End Transformatio |       |       |       |       |       |       |    12 |    14 |   177 ||   203
Evoke: Wand              |       |       |       |     2 |       |     1 |     1 |       |    26 ||    30
       Condenser vane    |       |       |       |       |       |       |       |     1 |    30 ||    31
       Box of beasts     |       |       |       |       |       |       |       |     1 |     4 ||     5
       Phial of floods   |       |       |       |       |       |       |       |     1 |     2 ||     3
       Phantom mirror    |       |       |       |       |       |       |       |     1 |     2 ||     3
       Lightning rod     |       |       |       |       |       |       |       |       |    16 ||    16
       Figurine of a zig |       |       |       |       |       |       |       |       |    16 ||    16
       Tin of tremorston |       |       |       |       |       |       |       |       |     2 ||     2
  Use: Scroll            |       |     2 |     6 |     3 |     9 |    14 |    11 |     7 |   551 ||   603
       Potion            |       |       |       |     2 |     3 |       |       |       |   321 ||   326
 Stab: Sleeping          |     3 |       |     2 |       |       |       |       |       |     3 ||     8
       Distracted        |       |       |       |     1 |     2 |     4 |     7 |     2 |  1053 ||  1069
       Invisible         |       |       |       |       |       |       |       |       |    61 ||    61
       Petrified         |       |       |       |       |       |       |       |       |     7 ||     7
Armor: Robe              |     9 |     2 |       |       |       |       |       |    87 |   698 ||   796
       Leather armour    |       |    15 |    50 |       |       |       |       |       |       ||    65
       Ring mail         |       |       |    28 |   179 |   102 |       |       |       |       ||   309
       Quicksilver drago |       |       |       |       |   344 |   682 |  1124 |   512 |       ||  2662
       Pearl dragon scal |       |       |       |       |       |       |       |       |  3138 ||  3138
       Skin              |       |       |       |       |       |       |       |       |    14 ||    14
       Shadow dragon sca |       |       |       |       |       |       |       |       |    10 ||    10
Dodge: Dodged            |    48 |    44 |   116 |   185 |   561 |   587 |   969 |   653 | 11971 || 15134
Block: Kite shield       |       |       |       |    26 |       |       |       |       |       ||    26
       Tower shield      |       |       |       |   478 |  1418 |  1465 |  2179 |  1465 | 16753 || 23758
       Reflection        |       |       |       |       |       |       |       |       |  1326 ||  1326
       Rpst.: Scimitar   |       |       |       |       |       |     1 |     4 |       |       ||     5
       Double sword      |       |       |       |       |       |       |       |       |   112 ||   112
